 Dungeon Crawl Stone Soup version 0.30-a0-304-gdc4b735fe1 (webtiles) character file.

Game seed: 11480452187617731050

1879999 holysushi the Plane Wriggler (level 27, 291/291 HPs)
             Began as an Octopode Transmuter on May 21, 2022.
             Was an Initiate of Gozag.
             Quit the game in the Vestibule of Hell on Oct 20, 2022.
             The game lasted 23:46:52 (677716 turns).

holysushi the Plane Wriggler (OpTm)               Turns: 677716, Time: 23:46:53

Health: 291/291    AC: 10    Str: 24    XL:     27
Magic:  97/97      EV: 99    Int: 46    God:    Gozag
Gold:   409051     SH: 52    Dex: 81    Spells: 5/80 levels left

rFire   + + +      SeeInvis +    h - +9 staff of Wucad Mu {*channel}
rCold   + + +      Faith    .    X - +0 tower shield "Batyo" {Regen+ MP+9}
rNeg    + + .      Spirit   .    G - amulet of Ytalacir {RegenMP Will+ Str-2 Dex+9 SInv}
rPois   +          Reflect  .    j - ring "Fasipt" {Fly rF+ Int+4 Dex+7}
rElec   +          Harm     .    o - ring "Cavu" {Str+3 Int+2 Dex+6}
rCorr   +          Rampage  .    Q - ring "Mampol" {Drain rCorr Int+10 Dex+6}
rMut    +          Archmagi +    m - ring of Foixez {MP+9 Str+5 Dex+6}
Will    +++++      Clarity  +    O - ring "Qocaxoaj" {rPois Int+5 Dex+7 Slay-3} Stlth ******++++
                                 t - ring of Biotonlu {Contam MP+9 Str+4 Dex+5}
HPRegen 3.88/turn                N - ring of the Mage {Wiz Archmagi}
MPRegen 0.95/turn                T - ring of Maahion {Contam rC+ rN++ Int+3 Dex+8}

@: flying, studying 3 skills
A: almost no armour, amphibious, 8 rings, camouflage 3, gelatinous body 1,
(nimble swimmer 1), tentacles, antennae 3, fangs 1, tentacle spike 3, iridescent
scales 3, large bone plates 3, see invisible, agile 2, clarity, clever 2, cold
resistance 3, fire resistance 3, high MP 3, strong-willed 3, mutation resistance
3, passive freeze, sense surroundings 3, poison resistance, regeneration 3,
robust 3, shaggy fur 3, electricity resistance, strong 2, wild magic 3,
MP-powered wands, noise suppression
}: 15/15 runes: decaying, serpentine, slimy, silver, golden, iron, obsidian,
icy, bone, abyssal, demonic, glowing, magical, fiery, dark
a: Renounce Religion, Potion Petition, Call Merchant, Bribe Branch


You were in the Vestibule of Hell.
You worshipped Gozag.
Gozag was exalted by your worship.
You visited 18 branches of the dungeon, and saw 89 of its levels.
You visited Pandemonium 4 times, and saw 59 of its levels.
You visited the Abyss 5 times.
You visited 1 bazaar.
You completed 18 ziggurats, and saw 486 of their levels.
You also visited: Gauntlet, Ice Cave and Wizlab.

You collected 954635 gold pieces.
You spent 25077 gold pieces at shops.
You paid 520507 gold pieces to Gozag.

Inventory:

Hand Weapons
 d - the +8 autumn katana {vorpal, manifold assault}
   (You found it on level 6 of a ziggurat)

   It sometimes launches melee attacks against multiple visible enemies.
 h - the +9 staff of Wucad Mu (weapon) {*channel}
   (You found it on level 10 of a ziggurat)

   It occasionally powers its wielder's spells, but with a chance of causing
   confusion or draining the wielder's intelligence.
   It becomes more likely to activate and less likely to backfire with increased
   Evocations skill.
Armour
 X - the +0 tower shield "Batyo" (worn) {Regen+ MP+9}
   (You took it off a daeva on level 25 of a ziggurat)

   MP:        It affects your magic capacity (+9).
   Regen:     It increases your rate of health regeneration.
Jewellery
 j - the ring "Fasipt" (left tentacle) {Fly rF+ Int+4 Dex+7}
   (You found it on level 25 of a ziggurat)

   [ring of flight]

   Int:       It affects your intelligence (+4).
   Dex:       It affects your dexterity (+7).
   rF:        It protects you from fire.
   Fly:       It grants you flight.
 m - the ring of Foixez (on tentacle) {MP+9 Str+5 Dex+6}
   (You found it on level 13 of a ziggurat)

   [ring of dexterity]

   Str:       It affects your strength (+5).
   Dex:       It affects your dexterity (+6).
   MP:        It affects your magic capacity (+9).
 o - the ring "Cavu" (right tentacle) {Str+3 Int+2 Dex+6}
   (You found it on level 19 of a ziggurat)

   [ring of dexterity]

   Str:       It affects your strength (+3).
   Int:       It affects your intelligence (+2).
   Dex:       It affects your dexterity (+6).
 t - the ring of Biotonlu (on tentacle) {Contam MP+9 Str+4 Dex+5}
   (You found it on level 18 of a ziggurat)

   [ring of magical power]

   Str:       It affects your strength (+4).
   Dex:       It affects your dexterity (+5).
   MP:        It affects your magic capacity (+9).
   Contam:    It causes magical contamination when unequipped.
 u - the ring "Uwyott" {MP+9 Dex+5 SInv Stlth+}
   (You found it on level 11 of a ziggurat)

   [ring of see invisible]

   Dex:       It affects your dexterity (+5).
   MP:        It affects your magic capacity (+9).
   SInv:      It lets you see invisible.
   Stlth:     It makes you more stealthy.
 G - the amulet of Ytalacir (around mantle) {RegenMP Will+ Str-2 Dex+9 SInv}
   (You found it on level 19 of a ziggurat)

   [amulet of magic regeneration]

   It increases your rate of magic regeneration.
   Str:       It affects your strength (-2).
   Dex:       It affects your dexterity (+9).
   SInv:      It lets you see invisible.
   Will:      It increases your willpower.
 N - the ring of the Mage (on tentacle) {Wiz Archmagi}
   (You bought it in a shop on level 4 of the Depths)

   [ring of wizardry]

   It improves your spell success rate.
   Archmagi:  It increases the power of your magical spells.
 O - the ring "Qocaxoaj" (on tentacle) {rPois Int+5 Dex+7 Slay-3}
   (You found it on level 17 of a ziggurat)

   [ring of poison resistance]

   Int:       It affects your intelligence (+5).
   Dex:       It affects your dexterity (+7).
   Slay:      It affects your accuracy & damage with ranged weapons and melee
   (-3).
   rPois:     It protects you from poison.
 Q - the ring "Mampol" (on tentacle) {Drain rCorr Int+10 Dex+6}
   (You found it on level 18 of a ziggurat)

   [ring of dexterity]

   Int:       It affects your intelligence (+10).
   Dex:       It affects your dexterity (+6).
   rCorr:     It protects you from acid and corrosion.
   Drain:     It drains your maximum health when unequipped.
 T - the ring of Maahion (on tentacle) {Contam rC+ rN++ Int+3 Dex+8}
   (You found it on level 23 of a ziggurat)

   [ring of protection from cold]

   Int:       It affects your intelligence (+3).
   Dex:       It affects your dexterity (+8).
   rC:        It protects you from cold.
   rN:        It greatly protects you from negative energy.
   Contam:    It causes magical contamination when unequipped.
Wands
 l - a wand of digging (136)
 v - a wand of acid (91) (quivered)
 I - a wand of iceblast (273)
Scrolls
 c - 545 scrolls of teleportation
 e - 182 scrolls of amnesia
 g - 21 scrolls of acquirement
 k - 206 scrolls of magic mapping
 n - 367 scrolls of fog
 B - 74 scrolls of vulnerability
 D - 25 scrolls of summoning
 R - 260 scrolls of blinking
 U - 169 scrolls of immolation
Potions
 a - 146 potions of curing
 b - 254 potions of experience
 f - 24 potions of invisibility
 p - 533 potions of mutation
 r - 30 potions of resistance
 x - 29 potions of berserk rage
 A - 42 potions of brilliance
 H - 78 potions of magic
 J - 45 potions of might
 L - 134 potions of haste
 S - 147 potions of heal wounds
 Y - 112 potions of cancellation
Miscellaneous
 i - 2 +18 figurines of a ziggurat
 q - a box of beasts
 s - the horn of Geryon
 w - a tin of tremorstones (2/2)
 E - a phantom mirror
 K - a condenser vane
 W - a lightning rod (4/4)


   Skills:
 O Level 27 Fighting
 O Level 27 Short Blades
 O Level 27 Long Blades
 O Level 27 Axes
 O Level 27 Maces & Flails
 O Level 27 Polearms
 O Level 27 Staves
 O Level 27 Ranged Weapons
 O Level 27 Throwing
 O Level 27 Dodging
 O Level 27 Stealth
 O Level 27 Shields
 O Level 27 Unarmed Combat
 O Level 27 Spellcasting
 O Level 27 Conjurations
 O Level 27 Hexes
 O Level 27 Summonings
 O Level 27 Necromancy
 O Level 27 Translocations
 O Level 27 Transmutations
 O Level 27 Fire Magic
 O Level 27 Ice Magic
 O Level 27 Air Magic
 O Level 27 Earth Magic
 O Level 27 Poison Magic
 O Level 27 Invocations
 O Level 27 Evocations


You had 5 spell levels left.
You knew the following spells:

 Your Spells              Type           Power      Damage    Failure   Level
a - Manifold Assault      Tloc           100%       N/A       1%          4
b - Necromutation         Tmut/Necr      100%       N/A       1%          8
c - Fire Storm            Conj/Fire      100%       8d25      1%          9
d - Discord               Hex            100%       N/A       1%          8
e - Borgnjor's Vile Clut  Necr/Erth      100%       N/A       1%          5
f - Shatter               Erth           100%       3d71*     1%          9
g - Chain Lightning       Conj/Air       100%       3d133     1%          9
i - Ignition              Fire           100%       3d25      1%          8
j - Polar Vortex          Ice            100%       N/A       1%          9
k - Death Channel         Necr           100%       N/A       1%          6

Your spell library contained the following spells:

 Spells                   Type           Power      Damage    Failure   Level
 Apportation              Tloc           100%       N/A       1%          1
 Beastly Appendage        Tmut           100%       N/A       1%          1
 Foxfire                  Conj/Fire      100%       2x1d9     1%          1
 Freeze                   Ice            100%       1d10      1%          1
 Magic Dart               Conj           100%       1d8       1%          1
 Necrotise                Necr           100%       1d9       1%          1
 Sandblast                Erth           100%       2d20      1%          1
 Shock                    Conj/Air       100%       1d9       1%          1
 Slow                     Hex            100%       N/A       1%          1
 Sting                    Tmut/Pois      100%       1d8       1%          1
 Summon Small Mammal      Summ           100%       N/A       1%          1
 Blink                    Tloc           100%       N/A       1%          2
 Call Imp                 Summ           100%       N/A       1%          2
 Ensorcelled Hibernation  Hex/Ice        100%       N/A       1%          2
 Passwall                 Tmut/Erth      100%       N/A       1%          2
 Poisonous Vapours        Pois/Air       100%       N/A       1%          2
 Scorch                   Fire           100%       2d10      1%          2
 Searing Ray              Conj           100%       2d8       1%          2
 Static Discharge         Conj/Air       100%       2-7/arc   1%          2
 Sublimation of Blood     Necr           100%       N/A       1%          2
 Wereblood                Tmut           100%       N/A       1%          2
 Call Canine Familiar     Summ           100%       N/A       1%          3
 Confusing Touch          Hex            100%       N/A       1%          3
 Dazzling Flash           Conj/Hex       100%       N/A       1%          3
 Frozen Ramparts          Ice            100%       1d16      1%          3
 Gell's Gravitas          Tloc           100%       N/A       1%          3
 Hailstorm                Conj/Ice       100%       3d20      1%          3
 Ignite Poison            Fire/Tmut/Pois 100%       N/A       1%          3
 Inner Flame              Hex/Fire       100%       N/A       1%          3
 Lesser Beckoning         Tloc           100%       N/A       1%          3
 Mephitic Cloud           Conj/Pois/Air  100%       N/A       1%          3
 Ozocubu's Armour         Ice            100%       N/A       1%          3
 Portal Projectile        Hex/Tloc       100%       N/A       1%          3
 Spider Form              Tmut/Pois      100%       N/A       1%          3
 Stone Arrow              Conj/Erth      100%       3d13      1%          3
 Summon Guardian Golem    Hex/Summ       100%       N/A       1%          3
 Swiftness                Air            100%       N/A       1%          3
 Teleport Other           Tloc           100%       N/A       1%          3
 Tukima's Dance           Hex            100%       N/A       1%          3
 Vampiric Draining        Necr           100%       2d13      1%          3
 Airstrike                Air            100%       2d(15-31) 1%          4
 Anguish                  Hex/Necr       100%       N/A       1%          4
 Cause Fear               Hex            100%       N/A       1%          4
 Dispel Undead            Necr           100%       3d31      1%          4
 Flame Wave               Conj/Fire      100%       2d21      1%          4
 Fulminant Prism          Conj/Hex       100%       3d41      1%          4
 Ice Form                 Ice/Tmut       100%       N/A       1%          4
 Iskenderun's Mystic Bla  Conj/Tloc      100%       2d19      1%          4
 Leda's Liquefaction      Hex/Erth       100%       N/A       1%          4
 Olgreb's Toxic Radiance  Pois           100%       N/A       1%          4
 Passage of Golubria      Tloc           100%       N/A       1%          4
 Petrify                  Tmut/Erth      100%       N/A       1%          4
 Sticky Flame             Conj/Fire      100%       2d11      1%          4
 Summon Ice Beast         Ice/Summ       100%       N/A       1%          4
 Summon Lightning Spire   Summ/Air       100%       N/A       1%          4
 Agony                    Necr           100%       N/A       1%          5
 Alistair's Intoxication  Tmut/Pois      100%       N/A       1%          5
 Blade Hands              Tmut           100%       N/A       1%          5
 Fireball                 Conj/Fire      100%       3d36      1%          5
 Freezing Cloud           Conj/Ice/Air   100%       6-21      1%          5
 Irradiate                Conj/Tmut      100%       3d45      1%          5
 Iskenderun's Battlesphe  Conj           100%       2d15      1%          5
 Lee's Rapid Deconstruct  Erth           100%       3d44*     1%          5
 Lightning Bolt           Conj/Air       100%       1d131     1%          5
 Metabolic Englaciation   Hex/Ice        100%       N/A       1%          5
 Silence                  Hex/Air        100%       N/A       1%          5
 Summon Forest            Summ/Tloc      100%       N/A       1%          5
 Summon Mana Viper        Hex/Summ       100%       N/A       1%          5
 Yara's Violent Unravell  Hex/Tmut       100%       3d36      1%          5
 Conjure Ball Lightning   Conj/Air       100%       3x3d38    1%          6
 Dispersal                Tloc           100%       N/A       1%          6
 Eringya's Noxious Bog    Tmut/Pois      100%       N/A       1%          6
 Iron Shot                Conj/Erth      100%       9d18      1%          6
 Starburst                Conj/Fire      100%       6d25      1%          6
 Statue Form              Tmut/Erth      100%       N/A       1%          6
 Summon Cactus Giant      Summ           100%       N/A       1%          6
 Dragon Form              Tmut           100%       N/A       1%          7
 Enfeeble                 Hex            100%       N/A       1%          7
 Haunt                    Necr/Summ      100%       N/A       1%          7
 Malign Gateway           Summ/Tloc      100%       N/A       1%          7
 Monstrous Menagerie      Summ           100%       N/A       1%          7
 Orb of Destruction       Conj           100%       9d21      1%          7
 Ozocubu's Refrigeration  Ice            100%       4d29      1%          7
 Spellforged Servitor     Conj/Summ      100%       N/A       1%          7
 Storm Form               Tmut/Air       100%       N/A       1%          7
 Summon Hydra             Summ           100%       N/A       1%          7
 Borgnjor's Revivificati  Necr           100%       N/A       1%          8
 Disjunction              Tloc           100%       N/A       1%          8
 Infestation              Necr           100%       N/A       1%          8
 Lehudib's Crystal Spear  Conj/Erth      100%       10d22     1%          8
 Maxwell's Capacitive Co  Air            100%       ∞         1%          8
 Summon Horrible Things   Summ           100%       N/A       1%          8
 Death's Door             Necr           100%       N/A       1%          9
 Dragon's Call            Summ           100%       N/A       1%          9
 Animate Armour           Summ/Erth      Unusable   N/A       N/A         4
 Animate Dead             Necr           Unusable   N/A       N/A         4
 Simulacrum               Ice/Necr       Unusable   N/A       N/A         6

Dungeon Overview and Level Annotations

Branches:
Dungeon (15/15)            Temple (1/1) D:6            Lair (6/6) D:9
  Swamp (4/4) Lair:2        Snake (4/4) Lair:3        Slime (5/5) Lair:6
    Orc (2/2) D:11            Elf (3/3) Orc:2        Vaults (5/5) D:14
  Crypt (3/3) Vaults:3       Tomb (3/3) Crypt:3      Depths (4/4) D:15
   Hell (1/1)                 Dis (7/7) Hell            Geh (7/7) Hell
    Coc (7/7) Hell            Tar (7/7) Hell            Zot (5/5) Depths:4
  IceCv (visited)          WizLab (visited)         Gauntlet (visited)

Altars:
Ashenzari
Cheibriados
Dithmenos
Elyvilon
Fedhas
Gozag
Hepliaklqana
Kikubaaqudgha
Makhleb
Nemelex Xobeh
Okawaru
Qazlal
Ru
Sif Muna
Trog
Uskayaw
Vehumet
Wu Jian
Xom
Yredelemnul
Zin
The Shining One
Jiyva

Shops:
D:5 *   D:11 *?   Orc:1 (   Orc:2 *(:[   Elf:1 ::==   Elf:2 *(   Lair:6 (
Swamp:1 =   Snake:3 !?   Vaults:3 ?   Vaults:4 *   Vaults:5 :
Hell =??=*==!*==[*:=**?=***!=[:[*=(!([*==*?!=!(*=!**=   Depths:4 =*:

Portals:
Hell: Depths:1 Depths:2 Depths:3 Depths:4
Abyss: Depths:3
Pandemonium: Depths:2 Depths:3 Depths:4

Annotations:
D:2 1 runed translucent door, exclusion: door, Crazy Yiuf
D:5 exclusion: downstairs
D:7 exclusion: upstairs
D:11 exclusion: downstairs
Lair:1 exclusion: downstairs
Lair:3 2 transporters
Snake:3 exclusion: 2 downstairs
Slime:4 exclusion: downstairs


Innate Abilities, Weirdness & Mutations

You cannot wear most types of armour.
You are amphibious.
You can wear up to eight rings at the same time.
Your skin perfectly mimics your surroundings (Stealth+++).
Your rubbery body absorbs attacks. (AC +1, EV +1)
((You are camouflaged when in or above water. (Stealth+)))
You have tentacles for arms and can constrict up to eight enemies at once.
You have a pair of large antennae on your head. (SInv)
You have very sharp teeth.
One of your tentacles bears a large vicious spike.
You are completely covered in iridescent scales. (AC +6)
You are completely covered in large bone plates. (SH +8)
You have supernaturally acute eyesight. (SInv)
You are very agile. (Dex +8, Str/Int -2)
You possess an exceptional clarity of mind.
Your mind is very acute. (Int +8, Str/Dex -2)
Your flesh is almost immune to the effects of cold. (rC+++)
Your flesh is almost immune to the effects of heat. (rF+++)
You have a greatly increased reservoir of magic. (+30% MP)
You are extremely strong-willed. (Will+++)
You are almost entirely resistant to further mutation and mutation removal.
A frigid envelope surrounds you and freezes all who hurt you.
You passively map a large area around you.
Your system is resistant to poisons. (rPois)
You regenerate.
You are extremely robust. (+30% HP)
Your thick and shaggy fur keeps you warm. (AC +3, rC+)
You are resistant to electric shocks. (rElec)
Your muscles are very strong. (Str +8, Int/Dex -2)
Your spells are much harder to cast, but much more powerful.
You expend magic power (3 MP) to strengthen your wands.
You passively dampen the noise of your surroundings.


Message History

You see here a box of beasts.
You see here a +3 mace of venom.
You see here a staff of conjuration.
You see here a ring of poison resistance.
Okay, then.
You see here the amulet "Jonawk" {Spirit Harm rF+}.
You see here a +1 spear of freezing.
You see here a +6 morningstar of draining.
You see here a staff of fire.
You see here a +1 great mace of protection.
You see here a +3 scale mail of willpower.
You see here the amulet of Mewun {RegenMP -Tele Rampage rF++ rN+}.
You see here a staff of fire.
You see here a scroll of enchant weapon.
You see here a +3 chain mail of poison resistance.
You see here a scroll of enchant armour.
There is a gate leading back out of this place here.
You see here a +2 chain mail of cold resistance.
Welcome back to the Vestibule of Hell!
There is an empty arch of ancient stone here.
There is an empty arch of ancient stone here.
You see here the +4 fustibalus "Ducohah" {venom, rC- Int+8 Dex+10}.
You see here an orb of mayhem.
You see here a ring of the Octopus King {Wiz AC+1 EV+1 Str+1 Int+1 Dex+1}.
You drop a ring of the Octopus King {rF+ AC+1 EV+1 Str+1 Int+1 Dex+1}.
Unknown command.
You see here the +3 warlock's mirror {reflect}.
Press: ? - help, v - describe, . - travel, g - get item Item here: the +3 warlock's mirror {reflect}.
The floor.
Saving game... please wait.
You cannot train any new skills!
You feel omnipotent.
Welcome back, holysushi the Octopode Transmuter.
Gozag says: Greed is good.
Press ? for a list of commands and other information.
You see here an orb of guile.
You see here a piece from Xom's chessboard (15/15).
You see here the +3 hat of Pondering {ponderous, Will+ MP+10 Int+5}.
You see here the +0 hat of Resourcefulness {rC+ MP+9 Dex+4 Stlth+}.
Are you sure you want to abandon this character and quit the game? (Confirm with "yes".)

##.......#.....#.......###......#
.........#..∩..#.................
.........#..)..#.................
.........#.....#...)=======......
.........###'###.................
...)))))))))))[).[[[.............
........=="""""[.................
......)))))))))..................
......∩∩∩∩∩∩....@.[[}[...........
......∩∩∩∩∩∩......"=[[[..........
.......∩∩∩∩∩.....................
........."[==))..................
...........=.....................
..................∩∩∩∩∩∩∩∩∩∩∩∩∩∩∩
..........#...#...∩∩∩∩∩∩∩∩∩∩∩∩∩∩∩
..........#...#...∩∩∩∩∩∩∩∩∩∩∩∩∩∩∩
..............................§.§


There were no monsters in sight!

Vanquished Creatures
  Cerebov (Pan)
  Antaeus (Coc:7)
  The ghost of Haitsiopt the Axe Maniac, a legendary DsGl of Makhleb (Zig:15)
  Asmodeus (Geh:7)
  The ghost of SevenDeadlySins the Archmage, a legendary DrCj of Vehumet (Zig:15)
  the Royal Jelly (Slime:5)
  The ghost of Gelos the Hawkeye, a legendary GnWn of Ashenzari (Zig:12)
  Gloorx Vloq (Pan)
  The ghost of Dalot the Archmage, a legendary OpCj of Gozag (Zig:15)
  The ghost of Dalot the Archmage, a legendary OpCj of Gozag (Zig:15)
  The ghost of Motirgh the Ruinous, a legendary DgWz (Zig:12)
  The ghost of Motirgh the Ruinous, a legendary DgWz (Zig:15)
  Ereshkigal (Tar:7)
  The ghost of Reun the Infernalist, a legendary GrEE of the Shining One (Zig:15)
  the Serpent of Hell (Geh:7)
  A seraph (Pan)
  Mnoleg (Pan)
  The ghost of Nenig the Conqueror, a legendary GnFi of Okawaru (Zig:15)
  Lom Lobon (Pan)
  The ghost of Huju the Spawn of Chaos, a legendary HOFi of Makhleb (Zig:15)
  The ghost of Ikusitist the Infernalist, a legendary NaFE of Cheibriados (Zig:12)
  Dispater (Dis:7)
  The ghost of Oreexun the Archmage, a legendary DECj of Vehumet (Zig:15)
  The ghost of Oreexun the Archmage, a legendary DECj of Vehumet (Zig:15)
  The ghost of Oreexun the Archmage, a legendary DECj of Vehumet (Zig:15)
  The ghost of holysushi the Gloomy, a legendary KoAr of Dithmenos (Zig:12)
  The ghost of tigertrap the Metallomancer, a legendary DgWz (Zig:15)
  The ghost of tigertrap the Metallomancer, a legendary DgWz (Zig:15)
  The ghost of tigertrap the Metallomancer, a legendary DgWz (Zig:15)
  The ghost of tigertrap the Metallomancer, a legendary DgWz (Zig:15)
  The ghost of WiseOSalty the Conqueror, a legendary TrGl of Qazlal (Zig:12)
  The ghost of WiseOSalty the Conqueror, a legendary TrGl of Qazlal (Zig:12)
  368 dread liches
  The ghost of Fenir the Acrobat, a legendary GnAE of Ashenzari (Zig:15)
  The ghost of swap the Archmage, a legendary DEFE of Vehumet (Zig:15)
  The ghost of Marixus the Axe Maniac, a legendary DDFi of Cheibriados (Zig:15)
  The ghost of Marixus the Axe Maniac, a legendary DDFi of Cheibriados (Zig:6)
  455 ancient liches
  The ghost of Manman the Conqueror, a legendary HOGl of Makhleb (Zig:15)
  The ghost of Manman the Conqueror, a legendary HOGl of Makhleb (Zig:15)
  The ghost of Kucykkydd the Axe Maniac, a legendary MiFi of Gozag (Zig:15)
  The ghost of BerryKnight the Divine Blade, a legendary DgFi (Zig:15)
  943 pandemonium lords
  The ghost of Rueful the Heavyweight Champion, a legendary TrWr of Qazlal (Zig:15)
  216 orbs of fire
  The ghost of Boduf the Metallomancer, a legendary FoHu of Cheibriados (Zig:15)
  The ghost of scarywalker64 the Sorcerer, a veteran BaSu of Sif Muna (Zig:15)
  The ghost of Dittersdorf the Conqueror, a legendary MiBe of Trog (Zig:15)
  The ghost of GlasyaLabolas the Conqueror, a legendary MiFi of Dithmenos (Zig:15)
  The ghost of Hacvoq the Conqueror, a legendary HOFi of Zin (Zig:15)
  The ghost of GlasyaLabolas the Conqueror, a legendary MiFi of Dithmenos (Zig:15)
  The ghost of corvin the Slayer, a legendary OgWn of Dithmenos (Zig:15)
  The ghost of Fouwomub the Sorcerer, a legendary FoEE of Vehumet (Zig:12)
  The ghost of Sext the Conqueror, a legendary MiFi of the Shining One (Zig:15)
  The ghost of Sext the Conqueror, a legendary MiFi of the Shining One (Zig:15)
  The ghost of Loffalid the Hoplite, a legendary OpEE of Gozag (Zig:15)
  The ghost of Loffalid the Hoplite, a legendary OpEE of Gozag (Zig:12)
  The ghost of Ucrups the Swordmaster, a legendary MiFi of the Shining One (Zig:6)
  The ghost of Xatwola the Axe Maniac, a legendary DDFi of Makhleb (Zig:15)
  The ghost of Veodywke the Conqueror, a legendary MiBe of the Shining One (Zig:15)
  The ghost of Veodywke the Conqueror, a legendary MiBe of the Shining One (Zig:15)
  The ghost of Veodywke the Conqueror, a legendary MiBe of the Shining One (Zig:15)
  The ghost of sleeves the Metallomancer, a legendary HuEE of Vehumet (Zig:15)
  The ghost of sleeves the Metallomancer, a legendary HuEE of Vehumet (Zig:6)
  Mennas (Tomb:2)
  The ghost of Hewasun the Conqueror, a legendary MiBe of the Shining One (Zig:15)
  The ghost of Hewasun the Conqueror, a legendary MiBe of the Shining One (Zig:15)
  The ghost of Hewasun the Conqueror, a legendary MiBe of the Shining One (Zig:15)
  The ghost of agentgt the Executioner, a legendary MiCK of Xom (Zig:15)
  The ghost of Fexazias the Cloud Mage, a legendary DEAE of Vehumet (Zig:15)
  The ghost of thechecker02 the Slayer, a master DDFi of Makhleb (Zig:15)
  The ghost of Jeklifit the Conqueror, a legendary FoFi of the Shining One (Zig:15)
  The ghost of Totuz the Messenger, a legendary HOFi of Beogh (Zig:15)
  The ghost of Lasuan the Slayer, a master MiWr of Cheibriados (Zig:15)
  The ghost of Fugi the Sniper, a legendary FoFi of Ashenzari (Zig:12)
  The ghost of Fugi the Sniper, a legendary FoFi of Ashenzari (Zig:15)
  The ghost of Zenecom the Conqueror, a legendary MiFi of Makhleb (Zig:15)
  The ghost of runemage the Impregnable, a legendary GnFi of Gozag (Zig:15)
  351 juggernauts
  The ghost of Denobboc the Imperceptible, a legendary OpMo of Jiyva (Zig:15)
  The ghost of MrChinwatt the Slayer, a legendary DsWn of Qazlal (Zig:15)
  The ghost of MrChinwatt the Slayer, a legendary DsWn of Qazlal (Zig:15)
  The ghost of MrChinwatt the Slayer, a legendary DsWn of Qazlal (Zig:15)
  The ghost of Ecsetopt the Hawkeye, a legendary BaWn of Cheibriados (Zig:15)
  The ghost of Ecsetopt the Hawkeye, a legendary BaWn of Cheibriados (Zig:15)
  The ghost of Kalug the Executioner, a legendary DrFi of Cheibriados (Zig:15)
  The ghost of Zoplarin the Conqueror, a legendary BaSk of Cheibriados (Zig:15)
  The ghost of Hillam the Grand Master, a legendary DsTm of Cheibriados (Zig:15)
  The ghost of frimble the Slayer, a legendary DsFi of Okawaru (Zig:15)
  The ghost of frimble the Slayer, a legendary DsFi of Okawaru (Zig:12)
  The ghost of frimble the Slayer, a legendary DsFi of Okawaru (Zig:15)
  The ghost of Xaowkis the Impregnable, a legendary GnWr of Cheibriados (Zig:15)
  The ghost of Xaowkis the Impregnable, a legendary GnWr of Cheibriados (Zig:12)
  The ghost of Xaowkis the Impregnable, a legendary GnWr of Cheibriados (Zig:15)
  The ghost of Xaowkis the Impregnable, a legendary GnWr of Cheibriados (Zig:6)
  The ghost of Zachydoop the Conqueror, a veteran MiMo of Ru (Zig:15)
  The ghost of Eringya the Cryomancer, a legendary OpCj of Gozag (Zig:12)
  The ghost of Talannal the Sharpshooter, a legendary GnWz of Cheibriados (Zig:15)
  658 royal mummies
  The ghost of Xocw the Executioner, a legendary GrMo of the Shining One (Zig:15)
  The ghost of Xocw the Executioner, a legendary GrMo of the Shining One (Zig:15)
  The ghost of Xocw the Executioner, a legendary GrMo of the Shining One (Zig:15)
  The ghost of Xocw the Executioner, a legendary GrMo of the Shining One (Zig:15)
  The ghost of TuffENuff the Formicid Mishap, a legendary FoFi of Qazlal (Zig:15)
  The ghost of TuffENuff the Formicid Mishap, a legendary FoFi of Qazlal (Zig:15)
  The ghost of Rirumasy the Octopoid Blade, a legendary OpWn of Gozag (Zig:15)
  The ghost of Rirumasy the Octopoid Blade, a legendary OpWn of Gozag (Zig:15)
  The ghost of Kufiz the Slayer, a master GrCK of Xom (Zig:12)
  The ghost of thechecker02 the Impregnable, a legendary DDFi of Makhleb (Zig:15)
  The ghost of heteroy the Invulnerable, a legendary DsHu of Uskayaw (Zig:15)
  The ghost of heteroy the Invulnerable, a legendary DsHu of Uskayaw (Zig:15)
  The ghost of heteroy the Invulnerable, a legendary DsHu of Uskayaw (Zig:15)
  The ghost of heteroy the Invulnerable, a legendary DsHu of Uskayaw (Zig:15)
  The ghost of Viugiw the Slayer, a legendary TeBe of the Shining One (Zig:12)
  Saint Roka (Vaults:1)
  The ghost of Waohesse the Slayer, a legendary VSFi of the Shining One (Zig:12)
  The ghost of Evehuixoju the Rhythm of Life and Death, a legendary VSFi of Uskayaw (Zig:15)
  The ghost of Dameikh the Hoplite, a veteran FoFi of Nemelex Xobeh (Zig:15)
  The ghost of Piginabag the Questioner, a veteran GnMo of Ru (Zig:12)
  283 Killer Klowns
  The ghost of yaoilover the Conqueror, a veteran MiBe of Trog (Zig:15)
  The ghost of yaoilover the Conqueror, a veteran MiBe of Trog (Zig:15)
  313 shard shrikes
  The ghost of lmSkywalker the Warrior, an adept DrTm of Okawaru (Zig:15)
  Vashnia (Snake:4)
  The ghost of frimble the Slayer, a legendary GrFi of Okawaru (Zig:12)
  The ghost of Qatinlae the Archmage, a veteran DEFE of Sif Muna (Zig:15)
  The ghost of Qatinlae the Archmage, a veteran DEFE of Sif Muna (Zig:15)
  The ghost of WeeknightWizard the Sorcerer, a veteran DEFE of Vehumet (Zig:15)
  The ghost of WeeknightWizard the Sorcerer, a veteran DEFE of Vehumet (Zig:6)
  The ghost of Ycuhohed the Acrobat, a veteran TeBe of Trog (Zig:15)
  The ghost of Ycuhohed the Acrobat, a veteran TeBe of Trog (Zig:12)
  The ghost of Ycuhohed the Acrobat, a veteran TeBe of Trog (Zig:15)
  22 curse toes
  The ghost of astronautguy the Purveyor of Pain, a master DEFE of Kikubaaqudgha (Zig:15)
  The ghost of Heartburn the Minotaur Barricade, a veteran MiFi of Okawaru (Zig:15)
  The ghost of Heartburn the Minotaur Barricade, a veteran MiFi of Okawaru (Zig:15)
  The ghost of Heartburn the Minotaur Barricade, a veteran MiFi of Okawaru (Zig:15)
  513 caustic shrikes
  The ghost of Doorstop00 the Executioner, a veteran MiBe of Trog (Zot:1)
  5 caustic shrikes (shapeshifter)
  Geryon (Hell)
  The ghost of Janeylunn the Struggler, a veteran GnWn of Okawaru (Zig:15)
  274 profane servitors
  The ghost of Pohawk the Severer, an adept MiGl of the Shining One (Zig:12)
  The ghost of Gemnonof the Warrior, an adept DgCj (Zig:15)
  813 golden dragons
  The ghost of Uhosoup the Slayer, a veteran GrFi of Okawaru (Zig:15)
  The ghost of Ebassic the Hoplite, a veteran GrFi of the Shining One (Zig:15)
  The ghost of Rocah the Hoplite, a veteran GrFi of the Shining One (Zig:15)
  4 golden dragons (shapeshifter)
  The ghost of Pikuto the Slayer, an adept MiBe of Trog (Zig:15)
  The ghost of Pikuto the Slayer, an adept MiBe of Trog (Zig:15)
  The ghost of Pikuto the Slayer, an adept MiBe of Trog (Zig:15)
  the Enchantress (Depths:3)
  355 pearl dragons
  255 Tzitzimimeh
  731 bone dragons
  2 iron giants (shapeshifter)
  215 electric golems
  142 doom hounds
  238 iron giants
  430 Brimstone Fiends
  The ghost of Xutext the Spry, an adept DsAK of Lugonu (Zig:12)
  The ghost of Xutext the Spry, an adept DsAK of Lugonu (Zig:15)
  3 spectral shard shrikes
  592 hellephants
  25 Orb Guardians (Zot:5)
  870 tentacled monstrosities
  606 Ice Fiends
  164 tainted leviathans
  A walking earthen tome (Depths:3)
  Mlioglotl (Swamp:3)
  361 searing wretches
  Jorgrun (D:12)
  486 Hell Sentinels
  440 deep elf blademasters
  441 liches
  A shard shrike skeleton (Crypt:3)
  528 deep elf master archers
  386 quicksilver dragons
  17 quicksilver dragons (shapeshifter)
  686 titans
  11 sphinxes (shapeshifter)
  4 acid blobs (shapeshifter) (Zig:22)
  1179 acid blobs
  11 death cobs
  4 eldritch tentacles
  Gastronok (Lair:1)
  241 tentacled starspawn
  238 Executioners
  The ghost of frimble the Struggler, an adept DsGl of Okawaru (Zig:15)
  601 ancient champions
  The ghost of Viocziel the Brawler, an adept TrMo of Nemelex Xobeh (Zig:15)
  The ghost of Viocziel the Brawler, an adept TrMo of Nemelex Xobeh (Zig:15)
  The ghost of Viocziel the Brawler, an adept TrMo of Nemelex Xobeh (Zig:6)
  The ghost of Viocziel the Brawler, an adept TrMo of Nemelex Xobeh (Zig:15)
  The ghost of Himmaryad the Brawler, an adept TrMo of Nemelex Xobeh (Zig:6)
  The ghost of Amikeex the Brawler, an adept TrMo of Nemelex Xobeh (Zig:6)
  The ghost of Viocziel the Brawler, an adept TrMo of Nemelex Xobeh (Zig:15)
  Kirke (Snake:2)
  248 shadow dragons
  127 sphinxes
  78 tengu reavers
  19 shadow dragons (shapeshifter)
  409 draconian monks
  20 azure jellies (shapeshifter)
  34 thorn hunters
  Donald (Snake:4)
  A shard shrike (shapeshifter) (Zig:24)
  A storm dragon (shapeshifter) (Zig:26)
  166 demonspawn warmongers
  23 fire giants (shapeshifter)
  432 storm dragons
  295 daevas
  656 draconian knights
  190 rockslimes
  16 fenstrider witches (shapeshifter)
  210 quicksilver elementals
  8 emperor scorpions (shapeshifter)
  510 revenants
  1261 nagarajas
  269 narguns
  283 fire giants
  406 draconian scorchers
  217 frost giants
  791 orc warlords
  99 vault wardens
  264 azure jellies
  15 frost giants (shapeshifter)
  23 fenstrider witches
  3 iron dragons (shapeshifter)
  A rockslime (shapeshifter) (Zig:20)
  833 emperor scorpions
  10 ghost moths (shapeshifter)
  33 juggernaut zombies
  194 cacodemons
  8 spectral juggernauts
  26 caustic shrike zombies
  313 iron dragons
  882 balrugs
  1412 ghost moths
  65 deep elf sorcerers
  157 angels
  446 draconian shifters
  460 draconian stormcallers
  4 shard shrike simulacra
  Aizul (Snake:4)
  9 spectral caustic shrikes
  22 deep elf elementalists
  Louise (Swamp:3)
  7 spriggan defenders
  62 ironbound preservers
  36 juggernaut skeletons
  250 quicksilver oozes
  87 ghouls
  8 ironbound thunderhulks
  9 quicksilver oozes (shapeshifter)
  144 ophanim
  37 caustic shrike skeletons
  442 stone giants
  414 curse skulls
  264 very ugly things
  598 demonspawn corrupters
  265 reapers
  268 deep elf demonologists
  443 draconian annihilators
  13 stone giants (shapeshifter)
  284 war gargoyles
  86 broodmothers
  139 apis
  207 demonspawn blood saints
  6 broodmothers (shapeshifter)
  17 elemental wellsprings
  24 eleionomae (shapeshifter)
  116 eleionomae
  261 demonspawn black suns
  289 bennus
  221 green draconians
  284 vampire knights
  213 black draconians
  176 lorocyprocas
  2 bunyips (shapeshifter)
  182 dire elephants
  4 entropy weavers (shapeshifter)
  195 purple draconians
  5 minotaurs (shapeshifter)
  114 bunyips
  183 red draconians
  184 putrid mouths
  20 dire elephants (shapeshifter)
  3 spark wasps (shapeshifter)
  7 spectral titans
  207 yellow draconians
  889 entropy weavers
  284 deep elf annihilators
  256 wendigos
  186 white draconians
  711 green deaths
  267 spark wasps
  2 spectral quicksilver dragons
  140 yaktaur captains
  6 ettins (shapeshifter)
  489 blizzard demons
  320 eidola
  8 quicksilver dragon zombies
  193 deep elf death magi
  208 iron golems
  3 fire dragons (shapeshifter)
  657 shambling mangroves
  91 merfolk impalers
  6 spectral golden dragons
  109 ettins
  581 merfolk javelineers
  535 mummy priests
  238 fire dragons
  150 great orbs of eyes
  3 great orbs of eyes (shapeshifter)
  Josephine (Lair:3)
  481 deep elf high priests
  67 jiangshi
  25 crystal guardians
  A fenstrider witch zombie (Crypt:2)
  302 ice dragons
  6 spectral spriggans
  109 hell beasts
  3 peacekeepers (Vaults:3)
  41 vault guards
  22 spriggan zombies
  26 ogre magi
  2 boulder beetles (shapeshifter)
  768 hydras
  65 rakshasas
  7 quicksilver dragon skeletons
  3 ice dragons (shapeshifter)
  66 ghost crabs
  70 boulder beetles
  A spectral tengu (Zig:13)
  2 spectral sphinxes (Zig:19)
  658 salamander tyrants
  5 spectral shadow dragons
  293 spriggan air magi
  78 jorogumos
  A spectral frost giant (Zig:9)
  12 anacondas (shapeshifter)
  24 spriggan skeletons
  32 merfolk avatars
  18 two-headed ogres (shapeshifter)
  26 caustic shrike simulacra
  4 jorogumos (shapeshifter)
  A hydra (shapeshifter) (Zig:26)
  9 ironbound frosthearts
  41 stokers
  742 merfolk aquamancers
  7 radroaches (shapeshifter)
  56 two-headed ogres
  149 alligator snapping turtles
  20 juggernaut simulacra
  2 spectral fire giants (Zig:9)
  6 satyrs (shapeshifter)
  11 alligator snapping turtles (shapeshifter)
  9 death knights
  4 dancing weapons (Zig:19)
  2 fenstrider witch skeletons (Crypt:3)
  151 anacondas
  312 catoblepae
  97 centaur warriors
  4 alligators (shapeshifter)
  10 deep troll shamans
  5 death yaks (shapeshifter)
  185 naga warriors
  300 vampire magi
  86 satyrs
  263 death scarabs
  89 alligators
  26 death yaks
  3 tengu warriors
  128 radroaches
  343 naga sharpshooters
  216 thrashing horrors
  811 orc high priests
  111 hell hogs
  14 shock serpents (shapeshifter)
  5 spectral storm dragons
  A spectral dire elephant (Tar:1)
  13 spriggan berserkers
  29 titan zombies
  388 shock serpents
  366 deep elf knights
  17 storm dragon zombies
  100 hell knights
  35 titan skeletons
  18 deep troll earth magi
  154 crystal echidnas
  1003 sun demons
  970 soul eaters
  41 salamander mystics
  55 fire crabs
  2 fire crabs (shapeshifter)
  Nergalle (D:12)
  169 sixfirhies
  565 wretched stars
  61 sun moths
  15 iron trolls (shapeshifter)
  52 skeletal warriors
  5 goliath frogs (shapeshifter)
  163 shadow wraiths
  104 spatial maelstroms
  218 iron trolls
  10 spark wasp zombies
  132 cherubim
  16 death drakes (shapeshifter)
  77 goliath frogs
  A spriggan rider (Zig:24)
  8 deep trolls (shapeshifter)
  381 spriggan druids
  205 shadow demons
  142 sea snakes
  13 storm dragon skeletons
  8 quicksilver dragon simulacra
  252 pharaoh ants
  646 swamp dragons
  16 orb spiders (shapeshifter)
  5 spectral iron dragons
  511 death drakes
  7 sea snakes (shapeshifter)
  203 flayed ghosts
  794 orb spiders
  27 golden dragon zombies
  14 glowing orange brains (shapeshifter)
  36 obsidian statues
  8 steelbarb worms (shapeshifter)
  14 swamp dragons (shapeshifter)
  34 orange crystal statues
  108 naga ritualists
  62 deep trolls
  194 steelbarb worms
  Pikel (D:4)
  2 bunyip skeletons
  71 glowing orange brains
  45 bog bodies
  170 harpies
  316 deep elf archers
  179 orc knights
  14 lindwurms (shapeshifter)
  12 shadow dragon zombies
  542 deep elf zephyrmancers
  30 golden dragon skeletons
  34 wizards
  57 ironbound convokers
  28 sphinx zombies
  24 tengu zombies
  2 broodmother zombies
  17 lindwurms
  107 ugly things
  18 wolf spiders (shapeshifter)
  8 harpies (shapeshifter)
  34 necromancers
  16 iron dragon zombies
  510 deep elf pyromancers
  110 fauns
  3 stone giant zombies
  182 shining eyes
  8 fauns (shapeshifter)
  177 phantasmal warriors
  119 cyclopes
  A fenstrider witch simulacrum (Coc:2)
  10 shining eyes (shapeshifter)
  14 mana vipers (shapeshifter)
  90 will-o-the-wisps
  21 shadow dragon skeletons
  24 tengu skeletons
  A jorogumo skeleton (Crypt:3)
  3 frost giant zombies
  130 mana vipers
  3 oklob plants
  314 wolf spiders
  3 salamanders (shapeshifter)
  113 manticores
  3 fire giant zombies
  78 salamanders
  71 merfolk sirens
  14 cyclopes (shapeshifter)
  358 orc sorcerers
  18 iron dragon skeletons
  11 manticores (shapeshifter)
  19 sphinx skeletons
  1390 large abominations
  18 moths of wrath (shapeshifter)
  18 elephants (shapeshifter)
  394 guardian serpents
  57 worldbinders
  30 rust devils
  655 water nymphs
  5 fire giant skeletons
  10 guardian serpents (shapeshifter)
  2 stone giant skeletons
  715 moths of wrath
  665 black mambas
  8 frost giant skeletons
  7 black mambas (shapeshifter)
  27 titan simulacra
  340 naga magi
  14 torpor snails (shapeshifter)
  69 vault sentinels
  12 molten gargoyles
  37 elephants
  12 gargoyles
  56 ice statues
  881 torpor snails
  6 cane toads (shapeshifter)
  1979 smoke demons
  12 water nymphs (shapeshifter)
  138 orange demons
  216 apocalypse crabs
  A centaur skeleton (Crypt:3)
  Psyche (D:12)
  3 naga skeletons
  A yaktaur zombie (Vaults:3)
  2 dire elephant skeletons (Crypt:3)
  14 eyes of devastation (shapeshifter)
  120 eyes of devastation
  2 kobold demonologists
  An alligator snapping turtle zombie (Crypt:2)
  175 rime drakes
  30 unseen horrors
  123 cane toads
  16 storm dragon simulacra
  An alligator snapping turtle skeleton (Crypt:3)
  450 hellions
  1216 demonic crawlers
  4 sea snake zombies
  3 rime drakes (shapeshifter)
  15 komodo dragons (shapeshifter)
  6 unseen horrors (shapeshifter)
  50 freezing wraiths
  A spark wasp simulacrum (Zig:12)
  113 efreet
  3 iron giant simulacra
  91 komodo dragons
  A minotaur zombie (Crypt:3)
  106 yaktaurs
  4 yaktaurs (shapeshifter)
  252 ancient zymes
  An elf skeleton (Vaults:1)
  A purple draconian skeleton (Crypt:3)
  3 bunyip simulacra
  An entropy weaver simulacrum (IceCv)
  7 anaconda simulacra
  917 guardian mummies
  100 ice devils
  392 tormentors
  10 queen bees (shapeshifter)
  59 red devils
  7 spectral glowing shapeshifters
  13 merfolk (shapeshifter)
  183 hellwings
  21 golden dragon simulacra
  4 spectral harpies
  27 polar bears
  A harpy zombie (Crypt:1)
  A sea snake skeleton (Hell)
  22 silent spectres
  65 meliai
  13 tengu simulacra
  2 tyrant leeches (shapeshifter)
  42 bloated husks
  5 hornets (shapeshifter)
  14 shadow dragon simulacra
  3 polar bears (shapeshifter)
  3 trolls (shapeshifter)
  442 merfolk
  113 wind drakes
  7 sphinx simulacra
  10 meliai (shapeshifter)
  223 trolls
  66 tyrant leeches
  A wolf spider simulacrum (D:14)
  6 tarantellas (shapeshifter)
  187 tarantellas
  9 raiju (shapeshifter)
  5 blink frogs (shapeshifter)
  13 dream sheep (shapeshifter)
  8 slime creatures (shapeshifter)
  2 hydra skeletons
  233 raiju
  680 slime creatures
  14 snapping turtles (shapeshifter)
  Grinder (D:3)
  1002 hornets
  10 wind drakes (shapeshifter)
  21 dream sheep
  74 blink frogs
  10 iron dragon simulacra
  3 frost giant simulacra
  3 harpy skeletons (Crypt:3)
  A fire giant simulacrum (Zig:8)
  88 snapping turtles
  139 jumping spiders
  410 flying skulls
  5 stone giant simulacra
  9 spriggans (shapeshifter)
  15 jumping spiders (shapeshifter)
  240 small abominations
  A centaur simulacrum (D:14)
  14 shadows
  255 water elementals
  An alligator skeleton (Hell)
  2 shapeshifters
  80 spriggans
  Sigmund (D:2)
  An elf simulacrum (Vaults:1)
  32 wraiths
  161 culicivoras
  7 culicivoras (shapeshifter)
  8 fire bats
  1305 ynoxinuls
  169 air elementals
  2 ettin skeletons
  11 vampires
  73 wyverns
  10 dire elephant simulacra
  2 golden eyes (shapeshifter)
  2 wyverns (shapeshifter)
  4 hogs (shapeshifter)
  122 yaks
  419 ushabtiu
  5 basilisks (shapeshifter)
  8 yaks (shapeshifter)
  35 basilisks
  251 redbacks
  115 golden eyes
  2 humans (shapeshifter)
  Eustachio (D:3)
  79 steam dragons
  120 fire elementals
  28 vampire mosquitoes
  A death yak simulacrum (IceCv)
  506 chaos spawn
  272 neqoxecs
  16 redbacks (shapeshifter)
  21 spatial vortices
  A naga (shapeshifter) (Zig:24)
  205 wargs
  14 harpy simulacra
  216 nagas
  9 swamp worms
  2 acid dragons (shapeshifter)
  14 glowing shapeshifter zombies
  16 swamp worms (shapeshifter)
  69 hell hounds
  80 acid dragons
  86 floating eyes
  A swamp drake (shapeshifter) (Zig:24)
  125 water moccasins
  2 water moccasins (shapeshifter)
  97 swamp drakes
  3 hydra simulacra
  A demonspawn skeleton (Crypt:2)
  An ogre skeleton (Vaults:1)
  20 floating eyes (shapeshifter)
  8 glowing shapeshifter skeletons
  4 ice beasts (shapeshifter)
  978 orc warriors
  2 water nymph skeletons (Crypt:1)
  47 ice beasts
  2 floating eye zombies
  A human zombie (Vaults:3)
  3 ettin simulacra
  3 black bears (shapeshifter)
  A sky beast (shapeshifter) (Zig:25)
  41 centaurs
  3 wolves (shapeshifter)
  422 ogres
  A boggart (shapeshifter) (Zig:27)
  45 wolves
  7 boggarts
  A blink frog skeleton (Crypt:1)
  A swamp dragon skeleton (Crypt:2)
  A hog skeleton (Crypt:1)
  2 floating eye skeletons
  A lemure (D:3)
  A dream sheep skeleton (Crypt:2)
  A kobold brigand (D:10)
  2 phantoms
  7 bullfrogs
  4 necrophages
  5 two-headed ogre simulacra
  Blork the orc (D:4)
  101 earth elementals
  A human simulacrum (Zig:4)
  10 glowing shapeshifter simulacra
  4 scorpions
  9 gnoll sergeants
  2 cane toad simulacra (IceCv)
  8 wights
  2 elephant simulacra (IceCv)
  A floating eye simulacrum (Zig:9)
  A killer bee (shapeshifter) (Zig:26)
  7 howler monkeys
  9 electric eels
  A troll skeleton (Crypt:2)
  5 crimson imps
  1060 starcursed masses
  9 jellies
  A lava snake (Zig:26)
  A quasit (Abyss:1)
  7 hounds
  6 gnoll boudas
  153 orc priests
  9 iguanas
  3 iron imps
  Natasha (twice) (D:2)
  5 lightning spires
  163 orc wizards
  4 polar bear simulacra (IceCv)
  3 hell rats
  27 spriggan simulacra
  3 wolf simulacra (IceCv)
  9 troll simulacra (IceCv)
  A deep dwarf zombie (Crypt:2)
  1509 mummies
  A hound skeleton (Crypt:3)
  32 gnolls
  14 adders
  9 naga simulacra
  A river rat (shapeshifter) (Zig:24)
  3 shadow imps (Tar:7)
  A swamp drake skeleton (Crypt:2)
  4 white imps
  9 ufetubi
  An iguana zombie (Crypt:2)
  An iguana skeleton (Crypt:2)
  A worm (shapeshifter) (Zig:20)
  6 dart slugs
  95 orcs
  4 bats
  7 endoplasms
  4 giant cockroaches
  A giant cockroach (shapeshifter) (Vaults:5)
  10 goblins
  A goblin (shapeshifter) (Zig:24)
  5 hobgoblins
  6 quokkas
  12 ball pythons
  3 frilled lizards
  A frilled lizard zombie (Crypt:2)
  A jackal skeleton (Crypt:3)
  9 kobolds
  5 rats
  21 ball lightnings
  33 briar patches
  7 creeping infernos
  39 fire vortices
  6 plants (Pan)
  67 starspawn tentacles
87538 creatures vanquished.

Vanquished Creatures (collateral kills)
  30 dread liches
  37 ancient liches
  28 pandemonium lords
  3 royal mummies (Zig:25)
  34 juggernauts
  14 shard shrikes
  6 Killer Klowns
  118 caustic shrikes
  210 golden dragons
  3 profane servitors
  10 pearl dragons
  3 Brimstone Fiends
  20 bone dragons
  67 electric golems
  7 Tzitzimimeh
  43 hellephants
  268 tentacled monstrosities
  23 iron giants
  10 Ice Fiends
  9 doom hounds
  5 Hell Sentinels
  13 tainted leviathans
  A lich (Zig:15)
  A searing wretch (Zig:27)
  8 deep elf blademasters
  5 deep elf master archers
  34 titans
  62 acid blobs
  2 Executioners
  A sphinx (shapeshifter) (Zig:24)
  4 sphinxes
  11 quicksilver dragons
  An ancient champion (Zig:20)
  2 thorn hunters
  A shadow dragon (shapeshifter) (Zig:21)
  3 demonspawn warmongers
  A tengu reaver (Zig:6)
  13 storm dragons
  7 shadow dragons
  An azure jelly (Zig:21)
  31 nagarajas
  7 narguns
  27 fire giants
  An azure jelly (shapeshifter) (Zig:20)
  6 draconian monks
  10 daevas
  26 draconian knights
  161 rockslimes
  27 emperor scorpions
  10 orc warlords
  A quicksilver elemental (Zig:15)
  4 frost giants
  3 vault wardens
  A cacodemon (Zig:23)
  2 fire giants (shapeshifter)
  61 ghost moths
  56 iron dragons
  14 balrugs
  2 spectral juggernauts
  3 demonspawn corrupters
  A ghoul (Zig:27)
  5 angels
  7 draconian stormcallers
  26 draconian scorchers
  6 draconian annihilators
  6 quicksilver oozes
  3 ironbound preservers
  5 demonspawn blood saints
  13 draconian shifters
  14 stone giants
  5 reapers
  2 war gargoyles
  5 ophanim
  4 broodmothers
  8 very ugly things
  A vampire knight (Zig:20)
  A demonspawn black sun (Zig:14)
  7 green draconians
  2 deep elf demonologists
  5 eleionomae
  3 apis
  2 lorocyprocas
  3 bennus
  3 wendigos
  6 deep elf annihilators
  9 putrid mouths
  A bunyip (Zig:21)
  5 black draconians
  6 purple draconians
  14 spark wasps
  34 entropy weavers
  10 yellow draconians
  13 dire elephants
  20 red draconians
  5 white draconians
  3 iron golems
  4 blizzard demons
  2 eidola
  7 ettins
  4 merfolk impalers
  20 green deaths
  93 fire dragons
  A great orb of eyes (shapeshifter) (Zig:15)
  3 yaktaur captains
  15 merfolk javelineers
  2 ice dragons (Zig:20)
  29 shambling mangroves
  5 great orbs of eyes
  7 deep elf high priests
  6 boulder beetles
  138 salamander tyrants
  32 hydras
  A hell beast (Pan)
  A centaur warrior (Zig:19)
  2 radroaches
  An anaconda (Zig:19)
  A rakshasa (Zig:23)
  3 jorogumos
  15 merfolk aquamancers
  2 ghost crabs
  3 naga warriors
  12 catoblepae
  40 dancing weapons
  13 alligator snapping turtles
  3 hell hogs
  4 satyrs
  4 thrashing horrors
  4 shock serpents
  A vampire mage (Zig:21)
  4 deep elf knights
  6 naga sharpshooters
  2 crystal echidnas (Zig:15)
  A shock serpent (shapeshifter) (Zig:15)
  10 orc high priests
  3 soul eaters
  3 hell knights
  8 sun demons
  6 sun moths
  8 salamander mystics
  18 wretched stars
  7 pharaoh ants
  A goliath frog (Zig:26)
  13 spatial maelstroms
  An iron troll (shapeshifter) (Zig:24)
  14 iron trolls
  3 sea snakes
  12 cherubim
  A shadow demon (Zig:26)
  14 steelbarb worms
  32 orb spiders
  18 death drakes
  4 glowing orange brains
  4 spriggan druids
  An orange crystal statue (Zig:15)
  4 phantasmal warriors
  18 swamp dragons
  2 obsidian statues
  7 deep elf archers
  2 bog bodies
  A mana viper (Zig:19)
  A naga ritualist (Zig:19)
  13 deep elf zephyrmancers
  An orc knight (Zig:13)
  A swamp dragon (shapeshifter) (Zig:22)
  2 lindwurms (shapeshifter)
  14 harpies
  13 wolf spiders
  8 deep elf pyromancers
  4 salamanders
  3 will-o-the-wisps (Zig:26)
  7 fauns
  3 ugly things
  3 cyclopes
  5 manticores
  4 shining eyes
  A salamander (shapeshifter) (Zig:15)
  22 moths of wrath
  5 large abominations
  An elephant (Zig:26)
  2 naga magi
  23 water nymphs
  12 black mambas
  A titan simulacrum (Zig:13)
  2 eyes of devastation
  7 guardian serpents
  A rust devil (Zig:14)
  25 torpor snails
  10 apocalypse crabs
  15 smoke demons
  2 gargoyles (Zig:23)
  An orange demon (Pan)
  5 cane toads
  A torpor snail (shapeshifter) (Zig:11)
  3 hellions (Zig:26)
  5 rime drakes
  13 demonic crawlers
  11 tormentors
  7 efreet
  3 komodo dragons
  2 silent spectres
  2 red devils (Zig:14)
  An ancient zyme (Zig:5)
  18 merfolk
  2 meliai
  3 wind drakes
  A troll (Zig:23)
  A polar bear (Zig:14)
  78 hornets
  3 raiju
  A sphinx simulacrum (Zig:25)
  4 tarantellas
  21 slime creatures
  A dream sheep (shapeshifter) (Zig:24)
  A spriggan (Zig:26)
  6 air elementals
  3 ynoxinuls (Pan)
  2 snapping turtles
  2 culicivoras
  A jumping spider (shapeshifter) (Zig:22)
  15 jumping spiders
  2 wyverns
  2 water elementals
  An ushabti (Zig:25)
  A fire bat (Zig:23)
  54 fire elementals
  5 starcursed masses
  A fire bat (shapeshifter) (Zig:27)
  A golden eye (Zig:18)
  2 basilisks (Zig:26)
  8 redbacks
  A chaos spawn (Zig:24)
  2 neqoxecs (Pan)
  A redback (shapeshifter) (Zig:15)
  4 steam dragons (Zig:20)
  A vampire mosquito (Zig:12)
  3 wargs
  A spatial vortex (Zig:23)
  3 nagas
  2 acid dragons
  2 hell hounds
  2 water moccasins
  7 floating eyes
  5 orc warriors
  A swamp drake (Zig:20)
  An ice beast (Zig:18)
  5 ogres
  47 earth elementals
  3 orc priests
  5 orc wizards
  2 mummies (Zig:25)
  2 starspawn tentacles
3146 creatures vanquished.

Vanquished Creatures (others)
  45 pandemonium lords
  3 dread liches
  2 ancient liches (Zig:25)
  A shard shrike (Zig:14)
  25 Killer Klowns
  A caustic shrike (shapeshifter) (Zig:22)
  5 caustic shrikes
  16 golden dragons
  A profane servitor (Zig:23)
  An iron giant (Zig:2)
  2 Tzitzimimeh (Zig:23)
  An iron giant (shapeshifter) (Zig:21)
  A Hell Sentinel (Zig:23)
  18 tentacled monstrosities
  5 Ice Fiends
  A tainted leviathan (Zig:26)
  2 quicksilver dragons (shapeshifter)
  A deep elf master archer (Zig:22)
  A deep elf blademaster (Zig:27)
  A quicksilver dragon (Zig:26)
  6 eldritch tentacles
  A sphinx (Zig:22)
  5 sphinxes (shapeshifter)
  2 acid blobs (Zig:21)
  A tentacled starspawn (Zig:10)
  2 shadow dragons (shapeshifter)
  A shadow dragon (Zig:15)
  6 draconian monks
  A tengu reaver (Zig:15)
  6 nagarajas
  A demonspawn warmonger (Zig:16)
  A daeva (Pan)
  A fenstrider witch (shapeshifter) (Zig:19)
  An azure jelly (shapeshifter) (Zig:26)
  A revenant (Zig:15)
  5 draconian knights
  4 fire giants (shapeshifter)
  An iron dragon (shapeshifter) (Zig:19)
  2 frost giants
  A fire giant (Zig:17)
  6 iron dragons
  4 emperor scorpions
  4 draconian stormcallers
  3 ghost moths
  5 cacodemons
  10 draconian scorchers
  2 ironbound preservers
  2 draconian annihilators (Zig:26)
  A war gargoyle (Zig:15)
  6 draconian shifters
  3 reapers
  4 stone giants (shapeshifter)
  5 demonspawn blood saints
  16 very ugly things
  2 stone giants
  2 demonspawn corrupters
  An eleionoma (shapeshifter) (Zig:22)
  An eleionoma (Zig:20)
  2 purple draconians
  4 entropy weavers
  2 demonspawn black suns (Zig:15)
  A vampire knight (Zig:20)
  5 white draconians
  A yellow draconian (Zig:27)
  3 lorocyprocas
  A wendigo (Zig:13)
  A dire elephant (shapeshifter) (Zig:19)
  An eidolon (Zig:15)
  4 red draconians
  A spark wasp (Zig:21)
  2 green deaths
  3 merfolk javelineers
  A merfolk impaler (Zig:19)
  6 blizzard demons
  2 fire dragons
  A spectral golden dragon (Zig:26)
  3 deep elf high priests
  4 shambling mangroves
  17 salamander tyrants
  2 hell beasts
  A jorogumo (shapeshifter) (Zig:19)
  A caustic shrike simulacrum (Zig:25)
  A boulder beetle (shapeshifter) (Zig:24)
  2 ice dragons
  8 hydras
  3 spriggan air magi
  4 juggernaut simulacra
  A catoblepas (Zig:26)
  3 ghost crabs
  2 catoblepae (shapeshifter) (Zig:19)
  2 two-headed ogres (shapeshifter)
  A satyr (Zig:22)
  3 alligators
  A satyr (shapeshifter) (Zig:19)
  A death yak (shapeshifter) (Zig:19)
  490 dancing weapons
  An alligator snapping turtle (Zig:21)
  A merfolk aquamancer (Zig:24)
  A vampire mage (Zig:9)
  A naga sharpshooter (Zig:26)
  2 shock serpents
  2 soul eaters (Pan)
  2 sun demons (Pan)
  3 fire crabs (shapeshifter)
  2 deep elf knights
  3 iron trolls (shapeshifter)
  A goliath frog (shapeshifter) (Zig:19)
  A salamander mystic (Zig:14)
  A pharaoh ant (Zig:27)
  2 spriggan druids
  A sea snake (Zig:25)
  A sea snake (shapeshifter) (Zig:24)
  A shadow demon (Zig:25)
  5 swamp dragons
  An obsidian statue (Zig:26)
  A deep elf archer (Zig:20)
  2 steelbarb worms (shapeshifter)
  10 death drakes
  6 large abominations (Pan)
  A spriggan simulacrum (Zig:25)
  A glowing orange brain (shapeshifter) (Zig:21)
  4 deep elf pyromancers
  A swamp dragon (shapeshifter) (Zig:24)
  An ironbound convoker (Zig:11)
  A harpy (Zig:22)
  A phantasmal warrior (Zig:15)
  2 wolf spiders (shapeshifter) (Zig:24)
  5 wolf spiders
  A will-o-the-wisp (Zig:24)
  A mana viper (shapeshifter) (Zig:21)
  2 deep elf zephyrmancers (Zig:20)
  16 ugly things
  A manticore (Zig:19)
  2 manticores (shapeshifter)
  A merfolk siren (Zig:26)
  A moth of wrath (Zig:26)
  36 apocalypse crabs
  8 smoke demons
  4 naga magi
  A black mamba (Zig:21)
  A guardian serpent (Zig:14)
  An eye of devastation (shapeshifter) (Zig:21)
  A titan simulacrum (Zig:13)
  An eye of devastation (Zig:23)
  A rust devil (Zig:14)
  A gargoyle (Zig:23)
  2 rime drakes (shapeshifter)
  A hellion (Zig:24)
  A komodo dragon (Zig:26)
  A yaktaur (shapeshifter) (Zig:11)
  2 demonic crawlers (Pan)
  5 tormentors
  2 rime drakes
  A yaktaur (Zig:19)
  A golden dragon simulacrum (Zig:23)
  A komodo dragon (shapeshifter) (Zig:11)
  A merfolk (shapeshifter) (Zig:24)
  A red devil (Zig:16)
  An ancient zyme (Zig:19)
  3 bloated husks
  2 shadow dragon simulacra
  A hornet (shapeshifter) (Zig:26)
  A tarantella (Zig:18)
  A wind drake (shapeshifter) (Zig:24)
  26 hornets
  A wind drake (Zig:25)
  A tengu simulacrum (Zig:9)
  2 dream sheep (shapeshifter)
  A sphinx simulacrum (Zig:14)
  An iron dragon simulacrum (Zig:25)
  2 slime creatures (shapeshifter)
  An air elemental (Zig:10)
  A spriggan (shapeshifter) (Zig:11)
  A culicivora (shapeshifter) (Zig:22)
  A snapping turtle (shapeshifter) (Zig:22)
  A jumping spider (Zig:18)
  2 spriggans
  A jumping spider (shapeshifter) (Zig:19)
  A yak (shapeshifter) (Zig:26)
  2 culicivoras
  A water elemental (Zig:16)
  A wyvern (Zig:13)
  7 ynoxinuls
  A steam dragon (Zig:20)
  2 golden eyes (Abyss:4)
  6 golden eyes (shapeshifter)
  3 fire elementals
  3 redbacks (shapeshifter)
  A basilisk (Lair:6)
  A small abomination (Zig:12)
  2 humans (Snake:2)
  20 chaos spawn
  A naga (Zig:18)
  A warg (shapeshifter) (Zig:22)
  A water moccasin (Zig:26)
  A swamp worm (shapeshifter) (Zig:21)
  A floating eye (Zig:23)
  An acid dragon (Zig:20)
  A floating eye (shapeshifter) (Vaults:5)
  A swamp drake (Zig:20)
  2 ettin simulacra
  A sky beast (shapeshifter) (Zig:24)
  2 ice beasts
  A black bear (shapeshifter) (Zig:26)
  A bullfrog (shapeshifter) (Zig:24)
  2 earth elementals
  A glowing shapeshifter simulacrum (Zig:25)
  54 ball lightnings
  A block of ice (Zig:19)
  4 briar patches
  9 fire vortices
  41 foxfires
  29 fungi
  A lurking horror (Abyss:4)
  134 plants
  74 starspawn tentacles
1484 creatures vanquished.

Grand Total: 92168 creatures vanquished

Notes
Turn   | Place    | Note
-------+----------+-------------------------------------------
     0 | D:1      | holysushi the Octopode Transmuter began the quest for the
                  | Orb.
     0 | D:1      | Reached XP level 1. HP: 13/13 MP: 3/3
   190 | D:1      | Reached XP level 2. HP: 17/18 MP: 3/5
   513 | D:1      | Learned a level 2 spell: Wereblood
  1147 | D:1      | Reached XP level 3. HP: 17/23 MP: 4/6
  1479 | D:2      | Learned a level 3 spell: Spider Form
  1611 | D:2      | Identified the +5 mace of Beogh's Hope {protect, rElec
                  | Str+2 Int-5}
  1682 | D:2      | Reached XP level 4. HP: 26/29 MP: 7/7
  1974 | D:2      | Identified the amulet of Ignis's Scorn {Acrobat rElec rCorr
                  | SInv}
  2005 | D:2      | Noticed Natasha
  2018 | D:2      | Killed Natasha
  2026 | D:2      | Found a runed translucent door.
  2027 | D:2      | Noticed Crazy Yiuf
  2224 | D:2      | Reached XP level 5. HP: 29/34 MP: 4/8
  2226 | D:2      | Noticed Natasha
  2234 | D:2      | Killed Natasha
  2486 | D:2      | Noticed Sigmund
  2704 | D:3      | Reached skill level 1 in Poison Magic
  2880 | D:3      | Identified the +3 chain mail "Owunupiw" {rN++ Will-}
  3406 | D:4      | Noticed Grinder
  3465 | D:4      | Paralysed by Grinder for 5 turns
  4025 | D:4      | Reached XP level 6. HP: 38/41 MP: 9/9
  4042 | D:3      | Paralysed by Grinder for 4 turns
  4052 | D:3      | Killed Grinder
  4053 | D:3      | Reached skill level 5 in Unarmed Combat
  4512 | D:4      | Reached XP level 7. HP: 30/45 MP: 10/10
  4571 | D:4      | Identified the +4 hand axe "Awkott" {chaos, Fly rElec rN++
                  | Str-3}
  4651 | D:4      | Noticed Eustachio
  4663 | D:4      | Learned a level 4 spell: Ice Form
  4797 | D:3      | Killed Eustachio
  5095 | D:3      | Reached skill level 1 in Ice Magic
  5555 | D:4      | Noticed Blork the orc
  5564 | D:4      | HP: 1/46 [Blork the orc/magic dart (6)]
  5566 | D:4      | Killed Blork the orc
  6079 | D:4      | Reached XP level 8. HP: 42/53 MP: 11/11
  6338 | D:4      | Found a radiant altar of Vehumet.
  6338 | D:4      | Found a snail-covered altar of Cheibriados.
  6338 | D:4      | Found an ancient bone altar of Kikubaaqudgha.
  6359 | D:5      | Entered Level 5 of the Dungeon
  6428 | D:5      | Noticed Pikel
  6587 | D:4      | Killed Pikel
  6588 | D:4      | Reached skill level 5 in Dodging
  6913 | D:5      | Reached XP level 9. HP: 45/60 MP: 13/13
  7217 | D:5      | Reached skill level 5 in Fighting
  7291 | D:5      | Found Rutze's Assorted Antiques.
  7298 | D:5      | Bought an iron wand for 124 gold pieces
  8583 | D:6      | Found a staircase to the Ecumenical Temple.
  8604 | Temple   | Entered the Ecumenical Temple
  8849 | Temple   | Became a worshipper of Gozag Ym Sagoz the Greedy
 10917 | D:7      | Reached XP level 10. HP: 69/69 MP: 14/14
 11410 | D:5      | Bought a silver wand for 124 gold pieces
 12529 | D:9      | Found a sparkling altar of Nemelex Xobeh.
 12539 | D:9      | Reached skill level 10 in Unarmed Combat
 12656 | D:9      | Found a staircase to the Lair.
 13247 | D:9      | Learned a level 5 spell: Blade Hands
 14047 | Lair:1   | Entered Level 1 of the Lair of Beasts
 14319 | Lair:1   | Noticed a cane toad
 14333 | Lair:1   | Killed a cane toad
 14738 | Lair:1   | Noticed Gastronok
 14774 | Lair:1   | Noticed a cane toad
 14788 | Lair:1   | Killed a cane toad
 14789 | Lair:1   | Reached skill level 5 in Transmutations
 14789 | Lair:1   | Reached XP level 11. HP: 35/75 MP: 17/17
 15218 | Lair:1   | Killed Gastronok
 15774 | Lair:2   | Found a staircase to the Swamp.
 17924 | Lair:2   | Reached skill level 1 in Stealth
 18985 | Lair:3   | Found a staircase to the Snake Pit.
 19012 | Lair:3   | Reached XP level 12. HP: 29/84 MP: 18/18
 19775 | Lair:3   | Found a transporter.
 19776 | Lair:3   | Found a transporter.
 19777 | Lair:3   | Noticed a boulder beetle
 19778 | Lair:3   | Noticed a boulder beetle
 20883 | Lair:4   | Noticed Josephine
 20897 | Lair:3   | Reached skill level 5 in Stealth
 21003 | Lair:4   | Found a gate leading to a gauntlet.
 21029 | Gauntlet | Entered a Gauntlet
 21029 | Gauntlet | Found a transporter.
 21029 | Gauntlet | Found a transporter.
 21029 | Gauntlet | Found a transporter.
 21050 | Gauntlet | Found a transporter.
 21060 | Gauntlet | Found a transporter.
 21063 | Gauntlet | Found a transporter.
 21065 | Gauntlet | Noticed an entropy weaver
 21073 | Gauntlet | Found a transporter.
 21091 | Gauntlet | Noticed a death yak
 21091 | Gauntlet | Noticed a death yak
 21091 | Gauntlet | Noticed a death yak
 21092 | Gauntlet | Found a transporter.
 21093 | Gauntlet | Noticed a death yak
 21098 | Gauntlet | Found a transporter.
 21099 | Gauntlet | Found a transporter.
 21107 | Gauntlet | Found a transporter.
 21110 | Gauntlet | Found a transporter.
 21115 | Gauntlet | Noticed a soul eater
 21327 | Lair:3   | Killed Josephine
 21895 | Lair:4   | Noticed a six-headed hydra
 21902 | Lair:4   | Killed a six-headed hydra
 22468 | Lair:5   | Gained mutation: You are robust. (+10% HP) [mutagenic glow]
 22629 | Lair:5   | Reached XP level 13. HP: 100/100 MP: 19/19
 22807 | Lair:5   | Reached skill level 10 in Dodging
 23828 | Lair:5   | Reached skill level 10 in Fighting
 25902 | Lair:6   | Entered Level 6 of the Lair of Beasts
 26258 | Lair:6   | Learned a level 5 spell: Irradiate
 26435 | Lair:6   | Reached skill level 15 in Unarmed Combat
 26763 | Lair:5   | Reached skill level 1 in Conjurations
 27707 | Lair:6   | Reached XP level 14. HP: 60/108 MP: 20/20
 28122 | Lair:6   | Found a viscous altar of Jiyva.
 28122 | Lair:6   | Found a staircase to the Slime Pits.
 28904 | Lair:6   | Reached skill level 5 in Spellcasting
 29042 | Lair:6   | Found a runed translucent door.
 29623 | D:10     | Entered Level 10 of the Dungeon
 30849 | D:11     | Found a frozen archway.
 30879 | IceCv    | Entered an ice cave
 32604 | D:11     | Paralysed by an ogre mage for 2 turns
 33500 | D:11     | Found a staircase to the Orcish Mines.
 34242 | Orc:1    | Entered Level 1 of the Orcish Mines
 34259 | Orc:1    | Found Wuru's Weapon Emporium.
 34622 | Orc:2    | Entered Level 2 of the Orcish Mines
 34622 | Orc:2    | Found a staircase to the Elven Halls.
 36133 | Orc:2    | Learned a level 4 spell: Manifold Assault
 36184 | Orc:2    | Reached XP level 15. HP: 113/117 MP: 24/24
 36417 | Orc:2    | Paralysed by an orc sorcerer for 4 turns
 37271 | Orc:2    | Noticed an orc warlord
 37573 | Orc:2    | Killed an orc warlord
 37756 | Orc:2    | Reached skill level 1 in Translocations
 38912 | Orc:2    | Found Quvoitz's Antique Weapon Shop.
 39005 | Orc:2    | Found Uxzodgh's Book Shop.
 39022 | Orc:2    | Found Tunadd's Antique Armour Shop.
 39282 | Orc:2    | Found Seebb's General Store.
 39289 | Orc:2    | Bought a potion of heal wounds for 55 gold pieces
 39289 | Orc:2    | Bought a scroll of vulnerability for 82 gold pieces
 39510 | Orc:1    | Paralysed by an ogre mage for 4 turns
 40968 | D:11     | Bought a scroll of summoning for 161 gold pieces
 40970 | D:11     | Identified a scroll of acquirement
 40972 | D:11     | Acquired the +0 hat of Articulation {Will+ Str-5 Slay+5}
 40986 | D:11     | Bought a scroll of teleportation for 99 gold pieces
 40986 | D:11     | Bought a scroll labelled ZOSMOSMIGRA for 33 gold pieces
 41367 | D:12     | Noticed Nergalle
 41379 | D:12     | Killed Nergalle
 41787 | D:12     | Noticed Psyche
 41793 | D:12     | Killed Psyche
 42398 | D:12     | Noticed a tengu reaver
 42408 | D:12     | Killed a tengu reaver
 43007 | D:12     | Noticed Jorgrun
 43030 | D:12     | Killed Jorgrun
 43806 | D:13     | Found a flickering gateway to a bazaar.
 43837 | Bazaar   | Entered a bazaar
 43942 | Bazaar   | Found Venaf's Book Shoppe.
 43942 | Bazaar   | Found Goxtit's Magic Scroll Emporium.
 43953 | Bazaar   | Bought a scroll of magic mapping for 35 gold pieces
 43964 | Bazaar   | Found Podusk's Jewellery Shoppe.
 43964 | Bazaar   | Found Xentiq's Antique Weapon Emporium.
 43969 | Bazaar   | Bought a ring of willpower for 350 gold pieces
 43969 | Bazaar   | Bought a +4 ring of evasion for 504 gold pieces
 43999 | Bazaar   | Bought a warped short sword for 224 gold pieces
 43999 | Bazaar   | Identified the +5 short sword "Empeompucu" {flame, rN+}
                  | (You bought it in a shop in a bazaar)
 43999 | Bazaar   | Bought a scorched hunting sling for 182 gold pieces
 43999 | Bazaar   | Identified the +8 hunting sling "Idutarih" {venom, rPois
                  | SInv} (You bought it in a shop in a bazaar)
 45024 | D:13     | Reached skill level 10 in Transmutations
 45140 | D:14     | Found a blossoming altar of Fedhas.
 46475 | D:14     | Found a gate to the Vaults.
 47184 | D:15     | Entered Level 15 of the Dungeon
 48176 | D:15     | Reached XP level 16. HP: 117/125 MP: 26/26
 49001 | Snake:1  | Entered Level 1 of the Snake Pit
 52113 | Snake:1  | Reached skill level 5 in Translocations
 52139 | Snake:1  | Learned a level 1 spell: Apportation
 52765 | Snake:2  | Noticed a nagaraja
 52765 | Snake:2  | Noticed a nagaraja
 53246 | Snake:2  | Killed a nagaraja
 53455 | Snake:2  | Killed a nagaraja
 55075 | Snake:2  | Noticed Kirke
 55696 | Snake:2  | Killed Kirke
 55981 | Snake:1  | Reached skill level 15 in Dodging
 56969 | Snake:1  | Reached XP level 17. HP: 135/135 MP: 10/27
 57599 | Snake:2  | Found a shadowy altar of Dithmenos.
 58311 | Snake:3  | Reached skill level 1 in Evocations
 60602 | Snake:3  | Bought a scroll of teleportation for 54 gold pieces
 60602 | Snake:3  | Bought a scroll of blinking for 135 gold pieces
 60611 | Snake:3  | Bought a potion of berserk rage for 60 gold pieces
 60611 | Snake:3  | Bought a potion of heal wounds for 60 gold pieces
 60671 | Snake:4  | Entered Level 4 of the Snake Pit
 62318 | Snake:4  | Noticed Aizul
 62329 | Snake:4  | Killed Aizul
 62880 | Snake:4  | Noticed Vashnia
 65994 | Snake:4  | Noticed Donald
 66175 | Snake:4  | Killed Donald
 69551 | D:11     | Bought a scroll of amnesia for 59 gold pieces
 69562 | D:11     | Learned a level 7 spell: Dragon Form
 69858 | Snake:4  | Killed Vashnia
 70166 | Snake:4  | Gained mutation: You are clumsy. (Dex -2) [mutagenic glow]
 70849 | Snake:4  | Reached XP level 18. HP: 143/143 MP: 11/30
 71359 | Snake:4  | Got a serpentine rune of Zot
 72164 | Swamp:1  | Entered Level 1 of the Swamp
 73471 | Swamp:1  | Bought the ring "Zoociefuo" {+Blink Str+6 Dex+4 SInv} for
                  | 936 gold pieces
 73687 | Swamp:1  | Lost mutation: You are robust. (+10% HP) [mutagenic glow]
 73845 | Swamp:1  | Lost mutation: You are clumsy. (Dex -2) [potion of
                  | mutation]
 73845 | Swamp:1  | Gained mutation: One of your tentacles bears a spike.
                  | [potion of mutation]
 73845 | Swamp:1  | Gained mutation: Your body sometimes deteriorates upon
                  | taking damage. [potion of mutation]
 73846 | Swamp:1  | Lost mutation: Your body sometimes deteriorates upon taking
                  | damage. [potion of mutation]
 73846 | Swamp:1  | Lost mutation: One of your tentacles bears a spike. [potion
                  | of mutation]
 73846 | Swamp:1  | Gained mutation: You are clumsy. (Dex -2) [potion of
                  | mutation]
 73846 | Swamp:1  | Gained mutation: One of your tentacles bears a spike.
                  | [potion of mutation]
 73846 | Swamp:1  | Gained mutation: You have hidden genetic potential. [potion
                  | of mutation]
 73847 | Swamp:1  | Lost mutation: One of your tentacles bears a spike. [potion
                  | of mutation]
 73847 | Swamp:1  | Lost mutation: You are clumsy. (Dex -2) [potion of
                  | mutation]
 73847 | Swamp:1  | Lost mutation: You have hidden genetic potential. [potion
                  | of mutation]
 73847 | Swamp:1  | Gained mutation: You possess an exceptional clarity of
                  | mind. [potion of mutation]
 73847 | Swamp:1  | Lost mutation: You possess an exceptional clarity of mind.
                  | [potion of mutation]
 73847 | Swamp:1  | Gained mutation: You are agile. (Dex +4, Str/Int -1)
                  | [potion of mutation]
 73847 | Swamp:1  | Gained mutation: Your muscles are strong. (Str +4, Int/Dex
                  | -1) [potion of mutation]
 75407 | Swamp:3  | Reached skill level 10 in Translocations
 75911 | Swamp:3  | Noticed Louise
 75915 | Swamp:3  | Killed Louise
 75920 | Swamp:3  | Noticed a tentacled monstrosity
 75925 | Swamp:3  | Killed a tentacled monstrosity
 76206 | Swamp:3  | Noticed Mlioglotl
 76211 | Swamp:3  | Killed Mlioglotl
 76676 | Swamp:4  | Entered Level 4 of the Swamp
 76926 | Swamp:4  | Reached skill level 10 in Spellcasting
 77284 | Swamp:4  | Reached XP level 19. HP: 135/135 MP: 25/33
 77975 | Swamp:4  | Got a decaying rune of Zot
 78135 | Swamp:3  | Identified the +10 trident "Soewk" {antimagic, rF++ Str+3
                  | Int-4}
 79121 | D:15     | Found a shimmering blue altar of Sif Muna.
 79279 | D:15     | Found a staircase to the Depths.
 79285 | D:15     | Gained mutation: You are dopey. (Int -2) [mutagenic glow]
 79841 | D:15     | Got the Collected Works on the Entourage
 80319 | Elf:1    | Entered Level 1 of the Elven Halls
 80929 | Elf:1    | Found Cemauss's Book Shop.
 81039 | Elf:1    | Found Ojib's Book Shop.
 81039 | Elf:1    | Found Obupaow's Jewellery Emporium.
 81041 | Elf:1    | Found Zipnisch's Jewellery Emporium.
 81055 | Elf:1    | Bought a +6 ring of dexterity for 936 gold pieces
 82608 | Elf:2    | Found Veanag's Antique Weapon Shoppe.
 82864 | Elf:2    | Paralysed by an air elemental for 1 turns
 82982 | Elf:2    | Reached skill level 5 in Evocations
 83067 | Elf:2    | Paralysed by an air elemental for 1 turns
 83072 | Elf:2    | Paralysed by an air elemental for 1 turns
 83429 | Elf:2    | Found Finlieba's General Store.
 83440 | Elf:2    | Bought a potion of invisibility for 88 gold pieces
 83440 | Elf:2    | Bought a potion of invisibility for 88 gold pieces
 83538 | Elf:2    | Found a runed translucent gate.
 83538 | Elf:2    | Found a runed translucent gate.
 83538 | Elf:2    | Found a runed translucent gate.
 83763 | Elf:2    | Reached XP level 20. HP: 142/142 MP: 9/34
 84421 | Elf:3    | Entered Level 3 of the Elven Halls
 85086 | Elf:3    | Gained mutation: Potions are less effective at restoring
                  | your health. [mutagenic glow]
 85566 | Elf:3    | Identified the +2 robe of Festooned Amelioration {Regen+
                  | Slay+3}
 85566 | Elf:3    | Identified the ring "Koekhlaa" {+Blink rElec rPois Str-3
                  | SInv}
 85775 | Elf:3    | Paralysed by an air elemental for 1 turns
 86343 | Elf:3    | Identified the ring "Edulesky" {rPois rF- rN+ Dex+2}
 86510 | Elf:3    | Identified the amulet "Tuedout" {RegenMP Dex+3}
 86519 | Elf:3    | Reached skill level 15 in Transmutations
 86529 | Elf:3    | Identified the +10 hand axe of Doom {freeze, rCorr Str+4}
 86529 | Elf:3    | Identified the ring "Kyedgh" {rPois rF+ EV+4}
 86543 | Elf:3    | Identified the +3 quarterstaff "Beushen" {vorpal, Will+}
 86553 | Elf:3    | Identified the +1 scale mail of Beogh's Reproof {rElec
                  | rPois Int-3}
 86689 | Elf:3    | Found the +15 Maxwell's patent armour {-Cast -Tele rElec
                  | Will+ rCorr}
 87114 | Vaults:1 | Entered Level 1 of the Vaults
 88308 | Vaults:1 | Reached XP level 21. HP: 147/147 MP: 35/35
 89150 | Vaults:1 | Noticed Saint Roka
 89166 | Vaults:1 | Killed Saint Roka
 89623 | Vaults:1 | Reached skill level 15 in Translocations
 91937 | Vaults:3 | Reached XP level 22. HP: 140/153 MP: 36/36
 92388 | Vaults:3 | Found Waov's Magic Scroll Emporium.
 92397 | Vaults:3 | Bought a scroll of noise for 19 gold pieces
 92773 | Vaults:3 | Identified the ring of Nasinod {MP+9 Str+3}
 92994 | Vaults:3 | Found a staircase to the Crypt.
 93205 | Vaults:4 | Found a magical portal.
 93217 | WizLab   | Entered Alistair's Party Mansion
 93759 | WizLab   | Got the Catalogue of Contamination and Transmigration
 94399 | Vaults:4 | Found Silidwe's Assorted Antiques.
 94408 | Vaults:4 | Bought a scroll of acquirement for 2080 gold pieces
 94410 | Vaults:4 | Acquired 787 gold pieces
 94412 | Vaults:4 | Acquired the amulet of the Will of the Gods {Acrobat Str-4
                  | Dex+7 SInv}
 94950 | Vaults:4 | Gained mutation: Your body sometimes deteriorates upon
                  | taking damage. [mutagenic glow]
 95002 | Vaults:4 | Lost mutation: Your muscles are strong. (Str +4, Int/Dex
                  | -1) [potion of mutation]
 95002 | Vaults:4 | Lost mutation: You are dopey. (Int -2) [potion of mutation]
 95002 | Vaults:4 | Gained mutation: You are strong-willed. (Will+) [potion of
                  | mutation]
 95002 | Vaults:4 | Gained mutation: Your mind is acute. (Int +4, Str/Dex -1)
                  | [potion of mutation]
 95003 | Vaults:4 | Lost mutation: Your body sometimes deteriorates upon taking
                  | damage. [potion of mutation]
 95003 | Vaults:4 | Lost mutation: Your mind is acute. (Int +4, Str/Dex -1)
                  | [potion of mutation]
 95003 | Vaults:4 | Lost mutation: You are agile. (Dex +4, Str/Int -1) [potion
                  | of mutation]
 95003 | Vaults:4 | Gained mutation: You are resistant to electric shocks.
                  | (rElec) [potion of mutation]
 96491 | Vaults:5 | Entered Level 5 of the Vaults
 96507 | Vaults:5 | Reached XP level 23. HP: 160/160 MP: 3/37
 97527 | Vaults:5 | Noticed a golden dragon
 97699 | Vaults:5 | Killed a golden dragon
 98256 | Vaults:5 | Reached skill level 15 in Fighting
 98551 | Vaults:5 | Found Niqijib's Book Boutique.
 98570 | Vaults:5 | Bought a manual of Transmutations for 1440 gold pieces
 98707 | Vaults:5 | Got a silver rune of Zot
 99138 | Vaults:5 | Got the Incunabulum of Noxious Snow
 99144 | Vaults:5 | Got Sif Muna's Tome of Earthen Confrontation
 99175 | Vaults:5 | Identified the +8 war axe of Melee {protect, rC+}
 99255 | Vaults:5 | Noticed a golden dragon
 99272 | Vaults:5 | Killed a golden dragon
100335 | Depths:1 | Entered Level 1 of the Depths
100350 | Depths:1 | Reached XP level 24. HP: 170/170 MP: 37/37
100535 | Depths:1 | Found a gateway to Hell.
101531 | Depths:1 | Found a one-way gateway to a ziggurat.
101545 | Depths:1 | Identified the +1 robe of the Flute {Str+3}
101656 | Depths:1 | Got the Disquisition on Destructive Shape Shifting
102341 | Elf:1    | Bought an Inescapable Atlas for 510 gold pieces
102350 | Elf:1    | Learned a level 7 spell: Storm Form
102742 | Depths:2 | Reached skill level 1 in Air Magic
103103 | Depths:2 | Found a sacrificial altar of Ru.
103177 | Depths:2 | Noticed a caustic shrike
103188 | Depths:2 | Noticed a caustic shrike
103196 | Depths:2 | Killed a caustic shrike
103197 | Depths:2 | Noticed a juggernaut
103208 | Depths:2 | Killed a caustic shrike
103218 | Depths:2 | Killed a juggernaut
103932 | Depths:2 | Found a one-way gate leading to the halls of Pandemonium.
104568 | Depths:3 | Noticed a juggernaut
104574 | Depths:3 | Killed a juggernaut
104575 | Depths:3 | Reached XP level 25. HP: 179/179 MP: 5/37
104765 | Depths:3 | Noticed a juggernaut
104770 | Depths:3 | Killed a juggernaut
104771 | Depths:3 | Reached skill level 5 in Air Magic
105252 | Depths:3 | Found a one-way gate to the infinite horrors of the Abyss.
105633 | Depths:3 | Found the +10 dark maul {vorpal}
105673 | Depths:3 | Identified the +7 scythe of Infinity {vorpal, Fly Str-3
                  | Dex+9}
106466 | Depths:4 | Entered Level 4 of the Depths
106470 | Depths:4 | Noticed the Enchantress
106485 | Depths:3 | Killed the Enchantress
107214 | Depths:4 | Found a gate to the Realm of Zot.
108299 | Depths:4 | Identified the +6 rapier of Trog's Whim {vorpal, rPois}
108329 | Depths:4 | Bought a scroll of blinking for 172 gold pieces
108331 | Depths:4 | Bought the ring of the Mage {Wiz Archmagi} for 816 gold
                  | pieces
108331 | Depths:4 | Found the ring of the Mage {Wiz Archmagi}
108781 | Orc:2    | Bought a Necronomicon for 560 gold pieces
109136 | Slime:1  | Entered Level 1 of the Pits of Slime
109793 | Slime:3  | Reached XP level 26. HP: 191/191 MP: 1/37
110067 | Slime:5  | Entered Level 5 of the Pits of Slime
110456 | Slime:5  | Noticed the Royal Jelly
111113 | Slime:1  | You are sucked into a shaft and drop 1 floor!
111952 | Slime:3  | Gained mutation: Your spells are a little easier to cast,
                  | but a little less powerful. [a shining eye]
114738 | Slime:5  | Found a viscous altar of Jiyva.
115051 | Slime:5  | Killed the Royal Jelly
115266 | Slime:5  | Identified the +9 spear "Laozemp" {vamp, Fly Stlth+}
115317 | Slime:5  | Got a slimy rune of Zot
116154 | Crypt:1  | Entered Level 1 of the Crypt
117363 | Crypt:1  | Found a basalt altar of Yredelemnul.
118284 | Crypt:3  | Entered Level 3 of the Crypt
118679 | Crypt:3  | Noticed an ancient lich
118685 | Crypt:3  | Killed an ancient lich
119016 | Crypt:3  | Reached XP level 27. HP: 201/201 MP: 18/37
119361 | Crypt:3  | Found a basalt altar of Yredelemnul.
119670 | Crypt:3  | Noticed a dread lich
119680 | Crypt:3  | Killed a dread lich
119851 | Crypt:3  | Got the Handbook of the Snowflakes
119852 | Crypt:3  | Identified the amulet of Qeczenk {Spirit Str+3 Dex+4}
119854 | Crypt:3  | Identified the ring of Suemiwki {rN+ MP+9 Stlth+}
119854 | Crypt:3  | Identified the ring of Behari Oddun {rF+ rC+ rN+ Will+
                  | Stlth-}
120172 | Crypt:3  | Found a staircase to the Tomb.
120304 | Crypt:3  | Identified the ring of the Nightingale {Fly rF- Will+ Int+3
                  | Dex+3}
120975 | Hell     | Entered the Vestibule of Hell
120975 | Hell     | Noticed Geryon
121002 | Hell     | Killed Geryon
121184 | Hell     | Reached skill level 10 in Stealth
121200 | Hell     | Found a gateway to the freezing wastes of Cocytus.
121232 | Hell     | Found a gateway to the ashen valley of Gehenna.
121540 | Hell     | Found a gateway to the Iron City of Dis.
121658 | Hell     | Found a gateway to the decaying netherworld of Tartarus.
121829 | Pan      | Entered Pandemonium
122191 | Pan      | Noticed Lohosmis the pandemonium lord
122204 | Pan      | Killed Lohosmis the pandemonium lord
123569 | Pan      | Noticed Jusat the pandemonium lord
123580 | Pan      | Killed Jusat the pandemonium lord
123981 | Pan      | Acquired the ring of Adghuqoba {MP+9 Str+4 Int+6}
124680 | Pan      | Identified the amulet of Lust {Faith Will+}
124683 | Pan      | Got a demonic rune of Zot
125109 | Pan      | Found a white marble altar of Elyvilon.
125566 | Pan      | Reached skill level 15 in Stealth
125783 | Pan      | Identified the +8 hand crossbow "Boeruog" {penet, Dex+4}
125877 | Pan      | Found a glowing silver altar of Zin.
126658 | Pan      | Identified the +0 buckler "Ehevas" {+Inv rN+ Str+3}
126917 | Pan      | Found a glowing golden altar of the Shining One.
126917 | Pan      | Noticed a seraph
126923 | Pan      | Killed a seraph
126937 | Pan      | Identified the +2 ring mail of Refuge {Contam rF+ MP+9
                  | Dex+4}
128265 | Pan      | Entered the realm of Cerebov.
128270 | Pan      | Found the +6 sword of Cerebov {flame}
128270 | Pan      | Noticed Cerebov
128288 | Pan      | Killed Cerebov
128446 | Pan      | Identified the +8 mace "Wagistaa" {protect, Int+3}
128532 | Pan      | Identified the ring "Zoj Qiod" {rF+ Slay+4 Stlth+}
128613 | Pan      | Got a fiery rune of Zot
128675 | Pan      | Got the Compendium of Darkness and Ignition
129355 | Pan      | Noticed Ygetiuj the pandemonium lord
129361 | Pan      | Killed Ygetiuj the pandemonium lord
129584 | Pan      | Entered the realm of Mnoleg.
129812 | Pan      | Gained mutation: You do not regenerate when monsters are
                  | visible. [a cacodemon]
130075 | Pan      | Noticed Mnoleg
130094 | Pan      | Killed Mnoleg
130111 | Pan      | Got a glowing rune of Zot
130497 | Pan      | Noticed Ataff the pandemonium lord
130513 | Pan      | Killed Ataff the pandemonium lord
130728 | Pan      | Entered the realm of Lom Lobon.
131783 | Pan      | Noticed Lom Lobon
132164 | Pan      | Found an exit through the horrors of the Abyss.
132446 | Pan      | Killed Lom Lobon
133731 | Pan      | Got a magical rune of Zot
133847 | Pan      | Entered the realm of Gloorx Vloq.
133906 | Pan      | Noticed Gloorx Vloq
133915 | Pan      | Killed Gloorx Vloq
133930 | Pan      | Got a dark rune of Zot
134225 | Pan      | Noticed Moloxe the pandemonium lord
134589 | Pan      | Found an exit through the horrors of the Abyss.
134776 | Pan      | Found a huge runed translucent gate.
134778 | Pan      | Found a huge runed translucent gate.
134779 | Pan      | Found a huge runed translucent gate.
134781 | Pan      | Found a huge runed translucent gate.
134782 | Pan      | Found a huge runed translucent gate.
134783 | Pan      | Found a huge runed translucent gate.
134784 | Pan      | Found a huge runed translucent gate.
134792 | Pan      | Noticed Jorcheimm the pandemonium lord
134800 | Pan      | Killed Jorcheimm the pandemonium lord
135039 | Pan      | Gained mutation: You are frail. (-10% HP) [a cacodemon]
135041 | Pan      | Noticed Uheq the pandemonium lord
135077 | Pan      | Killed Uheq the pandemonium lord
135324 | Pan      | Found an exit through the horrors of the Abyss.
135341 | Pan      | Took an exit into the Abyss.
135341 | Abyss:1  | Escaped into the Abyss
135437 | Abyss:1  | Noticed an ancient lich
135442 | Abyss:1  | Killed an ancient lich
135927 | Abyss:3  | Noticed a dread lich
135932 | Abyss:3  | Killed a dread lich
136033 | Abyss:4  | Found an ornate altar of the Wu Jian Council.
136100 | Abyss:4  | Got an abyssal rune of Zot
136467 | Abyss:4  | Gained mutation: You are dopey. (Int -2) [a neqoxec]
136471 | Depths:2 | Escaped the Abyss
136675 | Zot:1    | Entered Level 1 of the Realm of Zot
137711 | Zot:1    | Found a runed translucent gate.
137711 | Zot:1    | Found a runed translucent gate.
137711 | Zot:1    | Found a runed translucent gate.
137714 | Zot:1    | Noticed Doorstop00's ghost (veteran MiBe)
139333 | Zot:3    | Noticed an orb of fire
139339 | Zot:3    | Gained mutation: You are very frail. (-20% HP) [an orb of
                  | fire]
139345 | Zot:3    | Killed an orb of fire
139765 | Zot:3    | You fall into a shaft and drop 1 floor!
141466 | Zot:5    | Entered Level 5 of the Realm of Zot
142248 | Zot:5    | Noticed an ancient lich
142257 | Zot:5    | Noticed an ancient lich
142259 | Zot:5    | Killed an ancient lich
142270 | Zot:5    | Noticed an orb of fire
142273 | Zot:5    | Noticed an orb of fire
142276 | Zot:5    | Noticed an orb of fire
142277 | Zot:5    | Killed an ancient lich
142279 | Zot:5    | Killed an orb of fire
142279 | Zot:5    | Noticed an ancient lich
142281 | Zot:5    | Killed an orb of fire
142281 | Zot:5    | Killed an ancient lich
142281 | Zot:5    | Killed an orb of fire
142282 | Zot:5    | Noticed a dread lich
142282 | Zot:5    | Noticed an ancient lich
142282 | Zot:5    | Noticed an ancient lich
142284 | Zot:5    | Noticed an ancient lich
142302 | Zot:5    | Killed an ancient lich
142305 | Zot:5    | Killed a dread lich
142307 | Zot:5    | Killed an ancient lich
142315 | Zot:5    | Noticed an ancient lich
142315 | Zot:5    | Noticed a dread lich
142318 | Zot:5    | Killed an ancient lich
142323 | Zot:5    | Killed an ancient lich
142334 | Zot:5    | Killed a dread lich
143662 | Zot:1    | Killed Doorstop00's ghost
143698 | Zot:1    | Identified the +5 scimitar "Puma" {freeze, Will+}
144324 | D:2      | Killed Sigmund
144750 | Tar:1    | Entered Level 1 of Tartarus
145894 | Tar:7    | Entered Level 7 of Tartarus
146754 | Tar:7    | Got the Guide on the Mountains
147524 | Tar:7    | Noticed Ereshkigal
147559 | Tar:7    | HP: 9/256 [tainted leviathan][the player character] (9)]
147563 | Tar:7    | Lost mutation: You are very frail. (-20% HP) [potion of
                  | mutation]
147563 | Tar:7    | Lost mutation: You are dopey. (Int -2) [potion of mutation]
147563 | Tar:7    | Lost mutation: Potions are less effective at restoring your
                  | health. [potion of mutation]
147563 | Tar:7    | Gained mutation: Potions are less effective at restoring
                  | your health. [potion of mutation]
147565 | Tar:7    | Lost mutation: You do not regenerate when monsters are
                  | visible. [potion of mutation]
147565 | Tar:7    | Lost mutation: You are resistant to electric shocks.
                  | (rElec) [potion of mutation]
147565 | Tar:7    | Lost mutation: Potions are less effective at restoring your
                  | health. [potion of mutation]
147565 | Tar:7    | Gained mutation: You are partially covered in iridescent
                  | scales. (AC +2) [potion of mutation]
147566 | Tar:7    | Lost mutation: You are strong-willed. (Will+) [potion of
                  | mutation]
147566 | Tar:7    | Lost mutation: You are frail. (-10% HP) [potion of
                  | mutation]
147566 | Tar:7    | Lost mutation: Your spells are a little easier to cast, but
                  | a little less powerful. [potion of mutation]
147566 | Tar:7    | Gained mutation: You have a pair of small antennae on your
                  | head. [potion of mutation]
147566 | Tar:7    | Gained mutation: You are resistant to electric shocks.
                  | (rElec) [potion of mutation]
147566 | Tar:7    | Gained mutation: You have very sharp teeth. [potion of
                  | mutation]
148211 | Tar:7    | Killed Ereshkigal
148224 | Tar:7    | Got a bone rune of Zot
148975 | Tar:7    | Identified the ring "Sowir" {rPois Int+5}
149198 | Hell     | Bought the ring "Huocir" {Fire Contam rPois Will++ MP+9}
                  | for 1042 gold pieces
149227 | Hell     | Bought a potion of heal wounds for 115 gold pieces
149227 | Hell     | Bought a potion of mutation for 184 gold pieces
149227 | Hell     | Bought a potion of heal wounds for 115 gold pieces
149227 | Hell     | Bought a potion of invisibility for 184 gold pieces
149227 | Hell     | Bought a potion of haste for 230 gold pieces
149227 | Hell     | Bought a potion of mutation for 184 gold pieces
149229 | Hell     | Bought a potion of might for 208 gold pieces
149229 | Hell     | Bought a potion of mutation for 416 gold pieces
149245 | Hell     | Bought the amulet of Boymp {Faith rC+++ Int-3 Dex+6} for
                  | 1766 gold pieces
149323 | Coc:1    | Entered Level 1 of Cocytus
149375 | Coc:2    | Paralysed by a wendigo for 1 turns
150478 | Coc:7    | Entered Level 7 of Cocytus
150876 | Coc:7    | Reached skill level 10 in Evocations
152024 | Coc:7    | Noticed Antaeus
152069 | Coc:7    | Killed Antaeus
152313 | Coc:7    | Paralysed by a wendigo for 1 turns
152696 | Coc:7    | Identified the ring of Greed {+Blink rPois rF+ Will-
                  | Slay+4}
152739 | Coc:7    | Got an icy rune of Zot
152949 | Geh:1    | Entered Level 1 of Gehenna
154178 | Geh:7    | Entered Level 7 of Gehenna
154600 | Geh:7    | Noticed the Serpent of Hell
154611 | Geh:7    | Killed the Serpent of Hell
155044 | Geh:7    | Reached skill level 15 in Evocations
155723 | Geh:7    | Found the +7 sceptre of Asmodeus
155723 | Geh:7    | Noticed Asmodeus
155733 | Geh:7    | Killed Asmodeus
155752 | Geh:7    | Got an obsidian rune of Zot
156145 | Pan      | Entered Pandemonium
156391 | Pan      | Noticed Nesk the pandemonium lord
156397 | Pan      | Killed Nesk the pandemonium lord
156974 | Pan      | Found an exit through the horrors of the Abyss.
157452 | Pan      | Found an exit through the horrors of the Abyss.
158730 | Pan      | Found an exit through the horrors of the Abyss.
159253 | Pan      | Found an exit through the horrors of the Abyss.
160034 | Pan      | Found an exit through the horrors of the Abyss.
160691 | Pan      | Found an exit through the horrors of the Abyss.
161298 | Pan      | Found an exit through the horrors of the Abyss.
161902 | Pan      | Found an exit through the horrors of the Abyss.
162627 | Pan      | Found an exit through the horrors of the Abyss.
162778 | Pan      | Gained mutation: You are agile. (Dex +4, Str/Int -1) [a
                  | cacodemon]
163092 | Pan      | Found an exit through the horrors of the Abyss.
164265 | Pan      | Found an exit through the horrors of the Abyss.
164654 | Pan      | Found an exit through the horrors of the Abyss.
165547 | Pan      | Found an exit through the horrors of the Abyss.
165753 | Pan      | Found an exit through the horrors of the Abyss.
166431 | Pan      | Found an exit through the horrors of the Abyss.
166899 | Depths:2 | Escaped Pandemonium
166959 | Dis:1    | Entered Level 1 of the Iron City of Dis
166959 | Dis:1    | You are sucked into a shaft and drop 1 floor!
166960 | Dis:2    | Acquired 722 gold pieces
167083 | Dis:3    | Reached skill level 15 in Spellcasting
168095 | Dis:6    | Found a burning altar of Makhleb.
168188 | Dis:6    | Noticed a dread lich
168695 | Dis:6    | Killed a dread lich
168784 | Dis:7    | Entered Level 7 of the Iron City of Dis
168856 | Dis:7    | Noticed a juggernaut
168864 | Dis:7    | Killed a juggernaut
169196 | Dis:7    | Found the +14 obsidian axe {vorpal, Mesm Drain Fly SInv}
169246 | Dis:7    | Noticed a juggernaut
169247 | Dis:7    | Noticed a juggernaut
169251 | Dis:7    | Killed a juggernaut
169253 | Dis:7    | Killed a juggernaut
169909 | Dis:7    | Found the +4 staff of Dispater
169909 | Dis:7    | Identified the amulet of Pevutsit {Faith -Tele rC+ Str+3}
169909 | Dis:7    | Noticed Dispater
169920 | Dis:7    | Killed Dispater
169943 | Dis:7    | Identified the ring "Gunoeb" {Fire rN+ Dex+3 SInv}
169951 | Dis:7    | Got an iron rune of Zot
170490 | Tomb:1   | Entered Level 1 of the Tomb of the Ancients
170866 | Tomb:1   | Noticed a royal mummy
170870 | Tomb:1   | Killed a royal mummy
172176 | Tomb:2   | Noticed Mennas
172180 | Tomb:2   | Killed Mennas
172182 | Tomb:2   | Noticed a royal mummy
172182 | Tomb:2   | Noticed a royal mummy
172182 | Tomb:2   | Noticed a royal mummy
172185 | Tomb:2   | Noticed a royal mummy
172186 | Tomb:2   | Killed a royal mummy
172187 | Tomb:2   | Killed a royal mummy
172188 | Tomb:2   | Killed a royal mummy
172189 | Tomb:2   | Killed a royal mummy
172921 | Tomb:2   | Identified the +0 robe of Lufuv {Int+4}
173364 | Tomb:1   | Noticed a royal mummy
173364 | Tomb:1   | Noticed a royal mummy
173364 | Tomb:1   | Noticed a royal mummy
173369 | Tomb:1   | Killed a royal mummy
173371 | Tomb:1   | Killed a royal mummy
173375 | Tomb:1   | Killed a royal mummy
173375 | Tomb:1   | Noticed a royal mummy
173376 | Tomb:1   | Noticed a royal mummy
173376 | Tomb:1   | Noticed a royal mummy
173381 | Tomb:1   | Killed a royal mummy
173382 | Tomb:1   | Killed a royal mummy
174035 | Tomb:1   | Killed a royal mummy
174268 | Tomb:1   | Noticed a royal mummy
174274 | Tomb:1   | Noticed a royal mummy
174276 | Tomb:1   | Killed a royal mummy
174279 | Tomb:1   | Killed a royal mummy
174321 | Tomb:1   | Noticed a royal mummy
174323 | Tomb:1   | Killed a royal mummy
174540 | Tomb:1   | Noticed a royal mummy
174544 | Tomb:1   | Killed a royal mummy
174729 | Tomb:1   | Noticed a royal mummy
174734 | Tomb:1   | Killed a royal mummy
175116 | Tomb:1   | Noticed a royal mummy
175117 | Tomb:1   | Noticed a royal mummy
175120 | Tomb:1   | Killed a royal mummy
175120 | Tomb:1   | Killed a royal mummy
175156 | Tomb:1   | Noticed a royal mummy
175161 | Tomb:1   | Killed a royal mummy
175900 | Tomb:3   | Entered Level 3 of the Tomb of the Ancients
175972 | Tomb:3   | Noticed a royal mummy
175979 | Tomb:3   | Killed a royal mummy
175983 | Tomb:3   | Noticed a royal mummy
175986 | Tomb:3   | Killed a royal mummy
175988 | Tomb:3   | Noticed a royal mummy
176378 | Tomb:3   | Killed a royal mummy
176380 | Tomb:3   | Noticed a royal mummy
176381 | Tomb:3   | Noticed a royal mummy
176384 | Tomb:3   | Killed a royal mummy
176385 | Tomb:3   | Noticed a royal mummy
176387 | Tomb:3   | Killed a royal mummy
176390 | Tomb:3   | Killed a royal mummy
176391 | Tomb:3   | Noticed a royal mummy
176391 | Tomb:3   | Noticed a royal mummy
176833 | Tomb:3   | Killed a royal mummy
176835 | Tomb:3   | Killed a royal mummy
176835 | Tomb:3   | Noticed a royal mummy
176838 | Tomb:3   | Killed a royal mummy
177246 | Tomb:3   | Identified the +12 spear of Dust {pain, rC- Str-5 Dex+8
                  | SInv}
177316 | Tomb:3   | Got Boigapp's Handbook of Creative Fire
177557 | Tomb:3   | Identified the +9 great mace "Siesaso" {spect, rF+ rCorr
                  | Dex+4}
177562 | Tomb:3   | Identified the +7 long sword "Itrye" {flame, Will+}
177771 | Tomb:3   | Got a golden rune of Zot
178303 | Hell     | Bought a scroll of summoning for 161 gold pieces
178303 | Hell     | Bought a scroll of blinking for 127 gold pieces
178310 | Hell     | Bought the ring of the Mashing Gods {rPois rN+ Dex+3} for
                  | 787 gold pieces
178324 | Hell     | Learned a level 8 spell: Ignition
178744 | Temple   | Fell from the grace of Gozag
178744 | Temple   | Became a worshipper of Xom of Chaos
179134 | Pan      | Entered Pandemonium
179211 | Pan      | Found an exit through the horrors of the Abyss.
179294 | Pan      | XOM: 6-stop teleportation journey
179296 | Pan      | Reached skill level 1 in Fire Magic
179490 | Pan      | XOM: 1-stop teleportation journey
179514 | Pan      | Noticed Ogefah the pandemonium lord
179526 | Pan      | Killed Ogefah the pandemonium lord
179599 | Pan      | XOM: cloud trail
179736 | Pan      | XOM: god gift: scroll of teleportation
179818 | Pan      | XOM: 2-stop teleportation journey
179835 | Pan      | XOM: summons 2 friendly demons
179856 | Pan      | XOM: confuse monster(s)
180132 | Pan      | XOM: give mutations
180132 | Pan      | Gained mutation: You are dopey. (Int -2) [Xom's mischief]
180132 | Pan      | Gained mutation: You occasionally lose the ability to read
                  | scrolls when taking damage. [Xom's mischief]
180132 | Pan      | Gained mutation: You have a pair of antennae on your head.
                  | [Xom's mischief]
180241 | Pan      | XOM: polymorph demonspawn corrupter -> shapeshifter
180245 | Pan      | XOM: fog
180253 | Pan      | XOM: polymorph Tzitzimitl -> Hell Sentinel
180376 | Pan      | XOM: 5-stop teleportation journey
180380 | Pan      | XOM: noise
180920 | Pan      | Reached skill level 5 in Fire Magic
180947 | Pan      | XOM: summons friendly iron imp
181017 | Pan      | XOM: noise
181105 | Pan      | XOM: 2-stop teleportation journey
181821 | Pan      | XOM: divination: magic mapping
182496 | Pan      | Found an exit through the horrors of the Abyss.
182631 | Pan      | XOM: stat loss: -1 Dex (46/47)
182753 | Pan      | XOM: divination: detect creatures
182804 | Pan      | XOM: god gift: glowing mace {god gift}
182917 | Pan      | Found an exit through the horrors of the Abyss.
183055 | Pan      | XOM: god gift: helmet {god gift}
183058 | Pan      | XOM: give mutations
183058 | Pan      | Gained mutation: You are mostly covered in iridescent
                  | scales. (AC +4) [Xom's grace]
183058 | Pan      | Gained mutation: You are completely covered in iridescent
                  | scales. (AC +6) [Xom's grace]
183058 | Pan      | Gained mutation: One of your tentacles bears a spike.
                  | [Xom's grace]
183178 | Pan      | XOM: 8-stop teleportation journey
183705 | Pan      | XOM: cloud trail
183716 | Pan      | XOM: noise
183870 | Pan      | XOM: divination: detect items
184060 | Pan      | XOM: god gift: scroll of fear
184578 | Pan      | XOM: draining
184677 | Pan      | XOM: god gift: wand of acid (5)
184827 | Pan      | Found an exit through the horrors of the Abyss.
184894 | Pan      | XOM: god gift: hand axe {god gift}
185810 | Pan      | Found an exit through the horrors of the Abyss.
186229 | Pan      | XOM: summons 4 hostile shadow creatures
186597 | Pan      | Identified the ring of Balance {Fly rF+++ Str-4 Int-2
                  | Dex+6} (Xom gifted it to you in Pandemonium)
186597 | Pan      | XOM: god gift: ring of Balance {Fly rF+++ Str-4 Int-2
                  | Dex+6}
186756 | Pan      | XOM: give mutation
186756 | Pan      | Gained mutation: You are somewhat resistant to further
                  | mutation. [Xom's grace]
186991 | Pan      | XOM: cloud trail
187073 | Pan      | Found an exit through the horrors of the Abyss.
187223 | Pan      | XOM: god gift: potion of degeneration
187460 | Pan      | XOM: cloud trail
187619 | Pan      | XOM: give mutations
187619 | Pan      | Gained mutation: Your flesh is heat resistant. (rF+) [Xom's
                  | grace]
187619 | Pan      | Lost mutation: You have very sharp teeth. [Xom's grace]
187619 | Pan      | Gained mutation: You have a beak for a mouth. [Xom's grace]
187619 | Pan      | Gained mutation: Your muscles are strong. (Str +4, Int/Dex
                  | -1) [Xom's grace]
187694 | Pan      | XOM: 3-stop teleportation journey
187736 | Pan      | XOM: give mutations
187736 | Pan      | Gained mutation: You expend magic power (3 MP) to
                  | strengthen your wands. [Xom's grace]
187736 | Pan      | Gained mutation: You are strong-willed. (Will+) [Xom's
                  | grace]
187736 | Pan      | Lost mutation: You are somewhat resistant to further
                  | mutation. [Xom's grace]
187736 | Pan      | Gained mutation: You have hidden genetic potential. [Xom's
                  | grace]
187845 | Pan      | XOM: give mutations
187845 | Pan      | Gained mutation: One of your tentacles bears a nasty spike.
                  | [Xom's grace]
187845 | Pan      | Gained mutation: You have a pair of large antennae on your
                  | head. (SInv) [Xom's grace]
188108 | Pan      | XOM: scenery: create altars
188606 | Pan      | Found an exit through the horrors of the Abyss.
188623 | Pan      | XOM: scenery: create altars
188761 | Pan      | Found a shimmering altar of Xom.
189257 | Pan      | Identified the ring of Efeu {rN++ rCorr Str-3 Slay+4
                  | Stlth+} (Xom gifted it to you in Pandemonium)
189257 | Pan      | XOM: god gift: ring of Efeu {rN++ rCorr Str-3 Slay+4
                  | Stlth+}
189349 | Pan      | XOM: god gift: wand of iceblast (6)
189402 | Pan      | XOM: give mutations
189402 | Pan      | Gained mutation: Your muscles are very strong. (Str +8,
                  | Int/Dex -2) [Xom's grace]
189402 | Pan      | Gained mutation: One of your tentacles bears a large
                  | vicious spike. [Xom's grace]
189521 | Pan      | XOM: give mutations
189521 | Pan      | Gained mutation: You have great hidden genetic potential.
                  | [Xom's grace]
189521 | Pan      | Gained mutation: Your natural rate of healing is unusually
                  | fast. [Xom's grace]
189521 | Pan      | Gained mutation: You are very agile. (Dex +8, Str/Int -2)
                  | [Xom's grace]
189521 | Pan      | Gained mutation: You possess an exceptional clarity of
                  | mind. [Xom's grace]
189854 | Pan      | XOM: scenery: create altars
189882 | Pan      | Found a shimmering altar of Xom.
190019 | Pan      | XOM: fog
190236 | Pan      | Found a shimmering altar of Xom.
190268 | Pan      | XOM: give mutations
190268 | Pan      | Gained mutation: You passively map a small area around you.
                  | [Xom's grace]
190268 | Pan      | Gained mutation: You passively dampen the noise of your
                  | surroundings. [Xom's grace]
190268 | Pan      | Gained mutation: You are highly strong-willed. (Will++)
                  | [Xom's grace]
190487 | Pan      | XOM: god gift: 15 gold pieces
190786 | Pan      | XOM: divination: magic mapping
190958 | Pan      | XOM: noise
190960 | Pan      | XOM: give mutations
190960 | Pan      | Lost mutation: You have great hidden genetic potential.
                  | [Xom's grace]
190960 | Pan      | Lost mutation: You have hidden genetic potential. [Xom's
                  | grace]
190960 | Pan      | Gained mutation: You are somewhat resistant to further
                  | mutation. [Xom's grace]
190960 | Pan      | Gained mutation: You are extremely strong-willed. (Will+++)
                  | [Xom's grace]
190960 | Pan      | Gained mutation: Your skin blends seamlessly with your
                  | surroundings (Stealth++). [Xom's grace]
190960 | Pan      | Gained mutation: Your spells are a little harder to cast,
                  | but a little more powerful. [Xom's grace]
191260 | Pan      | XOM: cloud trail
191338 | Pan      | XOM: silly message
191406 | Pan      | Found an exit through the horrors of the Abyss.
191464 | Pan      | XOM: 5-stop teleportation journey
191607 | Pan      | Reached skill level 10 in Fire Magic
191623 | Pan      | XOM: summons 4 hostile shadow creatures
192078 | Pan      | Found a shimmering altar of Xom.
192088 | Pan      | XOM: summons 4 friendly demons
192388 | Pan      | Found a shimmering altar of Xom.
192415 | Pan      | Found an exit through the horrors of the Abyss.
192441 | Pan      | Found a shimmering altar of Xom.
192652 | Pan      | XOM: 1-stop teleportation journey
192655 | Pan      | XOM: silly message
192735 | Pan      | Found a shimmering altar of Xom.
192750 | Pan      | Found a shimmering altar of Xom.
192802 | Pan      | XOM: scenery: summon butterflies
193111 | Pan      | XOM: swap monsters
193144 | Pan      | Found an exit through the horrors of the Abyss.
193331 | Pan      | Found a shimmering altar of Xom.
193583 | Pan      | XOM: give mutations
193583 | Pan      | Lost mutation: Your natural rate of healing is unusually
                  | fast. [Xom's mischief]
193583 | Pan      | Lost mutation: You passively map a small area around you.
                  | [Xom's mischief]
193583 | Pan      | Lost mutation: You are extremely strong-willed. (Will+++)
                  | [Xom's mischief]
193902 | Pan      | XOM: summons 14 hostile demons
193936 | Pan      | Found a shimmering altar of Xom.
193936 | Pan      | XOM: 1-stop teleportation journey
193950 | Pan      | XOM: god gift: 9 stones
193973 | Pan      | Found an exit through the horrors of the Abyss.
194000 | Pan      | Found a shimmering altar of Xom.
194383 | Pan      | Found a shimmering altar of Xom.
194546 | Pan      | XOM: cloud trail
194781 | Pan      | XOM: stat loss: -1 Int (18/19)
195009 | Pan      | XOM: summons 2 hostile demons
195109 | Pan      | XOM: 1-stop teleportation journey
195484 | Pan      | XOM: silly message
195489 | Pan      | XOM: polymorph sun demon -> sixfirhy
195524 | Pan      | XOM: enchant monster (good)
195638 | Pan      | XOM: noise
195975 | Pan      | XOM: scenery: summon butterflies
196035 | Pan      | XOM: summons 6 friendly demons
196195 | Pan      | XOM: give mutations
196195 | Pan      | Gained mutation: You are extremely strong-willed. (Will+++)
                  | [Xom's grace]
196195 | Pan      | Gained mutation: Your natural rate of healing is unusually
                  | fast. [Xom's grace]
196195 | Pan      | Lost mutation: You are dopey. (Int -2) [Xom's grace]
196322 | Pan      | XOM: give mutations
196322 | Pan      | Lost mutation: You possess an exceptional clarity of mind.
                  | [Xom's mischief]
196322 | Pan      | Lost mutation: Your natural rate of healing is unusually
                  | fast. [Xom's mischief]
196350 | Pan      | XOM: give mutations
196350 | Pan      | Lost mutation: You have a beak for a mouth. [Xom's
                  | mischief]
196350 | Pan      | Lost mutation: You have a pair of large antennae on your
                  | head. (SInv) [Xom's mischief]
196350 | Pan      | Lost mutation: Your spells are a little harder to cast, but
                  | a little more powerful. [Xom's mischief]
196350 | Pan      | Lost mutation: You are extremely strong-willed. (Will+++)
                  | [Xom's mischief]
196470 | Pan      | XOM: cloud trail
196719 | Pan      | XOM: silly message
197310 | Pan      | Found a shimmering altar of Xom.
197336 | Pan      | Found an exit through the horrors of the Abyss.
197367 | Pan      | XOM: cloud trail
197412 | Pan      | Found a shimmering altar of Xom.
197828 | Pan      | Found a shimmering altar of Xom.
197921 | Pan      | XOM: draining
198258 | Pan      | XOM: noise
198353 | Pan      | XOM: draining
198553 | Pan      | Found a shimmering altar of Xom.
198651 | Pan      | Found an exit through the horrors of the Abyss.
198676 | Pan      | Found a shimmering altar of Xom.
199057 | Pan      | XOM: give mutation
199057 | Pan      | Lost mutation: One of your tentacles bears a large vicious
                  | spike. [Xom's mischief]
199137 | Pan      | XOM: silly message
199497 | Pan      | XOM: divination: detect items
199504 | Pan      | XOM: divination: detect creatures
199703 | Pan      | Found a shimmering altar of Xom.
199732 | Pan      | XOM: divination: detect items
199857 | Pan      | XOM: silly message
199935 | Pan      | XOM: polymorph sun demon -> soul eater
200248 | Pan      | Found a shimmering altar of Xom.
200269 | Pan      | Found a shimmering altar of Xom.
200324 | Pan      | Found an exit through the horrors of the Abyss.
200601 | Pan      | Found a shimmering altar of Xom.
200611 | Pan      | XOM: enchant monster (bad)
200832 | Pan      | XOM: draining
200966 | Pan      | XOM: silly message
201091 | Pan      | Glimpsed the power of Zot.
201302 | Pan      | XOM: divination: detect items
201677 | Pan      | XOM: give mutations
201677 | Pan      | Gained mutation: Your system is resistant to poisons.
                  | (rPois) [Xom's grace]
201677 | Pan      | Gained mutation: You have supernaturally acute eyesight.
                  | (SInv) [Xom's grace]
201715 | Pan      | Reached skill level 15 in Fire Magic
201800 | Pan      | Noticed Hiyqozeik the pandemonium lord
201804 | Pan      | Killed Hiyqozeik the pandemonium lord
201829 | Pan      | XOM: 2-stop teleportation journey
202160 | Pan      | XOM: give mutations
202160 | Pan      | Gained mutation: You passively map a small area around you.
                  | [Xom's grace]
202160 | Pan      | Gained mutation: Your mind is acute. (Int +4, Str/Dex -1)
                  | [Xom's grace]
202160 | Pan      | Gained mutation: Your spells are a little harder to cast,
                  | but a little more powerful. [Xom's grace]
202402 | Pan      | Found an exit through the horrors of the Abyss.
202564 | Pan      | XOM: god gift: runed short sword {god gift}
202610 | Pan      | Found an exit through the horrors of the Abyss.
202610 | Pan      | XOM: 7-stop teleportation journey
202774 | Pan      | XOM: 1-stop teleportation journey
202786 | Pan      | XOM: silly message
202925 | Pan      | XOM: 2-stop teleportation journey
203255 | Pan      | XOM: god gift: wand of charming (5)
203360 | Pan      | Noticed Bubodam the pandemonium lord
203364 | Pan      | Killed Bubodam the pandemonium lord
203402 | Pan      | XOM: confuse monster(s)
203413 | Pan      | XOM: swap monsters
203422 | Pan      | XOM: noise
203444 | Pan      | Was forgiven by Gozag
203475 | Pan      | XOM: 1-stop teleportation journey
203532 | Pan      | XOM: 10-stop teleportation journey
203596 | Pan      | XOM: give mutation
203596 | Pan      | Gained mutation: Your mind is very acute. (Int +8, Str/Dex
                  | -2) [Xom's grace]
203641 | Pan      | XOM: swap monsters
203778 | Pan      | Noticed Siveoshy the pandemonium lord
203782 | Pan      | Killed Siveoshy the pandemonium lord
203803 | Pan      | XOM: cast spell 'Necromutation'
203822 | Pan      | XOM: scenery: 3 doors close
204052 | Pan      | XOM: chaos cloud
204068 | Pan      | XOM: summons 9 hostile demons
204332 | Pan      | XOM: butterfly on damage
204354 | Pan      | XOM: enchant monster (bad)
204358 | Pan      | Found a runed translucent door.
204444 | Pan      | XOM: summons friendly white imp
204842 | Pan      | XOM: enchant monster (bad)
205174 | Pan      | XOM: noise
205274 | Pan      | XOM: blink monster(s)
205281 | Pan      | XOM: torment (201/333 hp)
205290 | Pan      | XOM: enchant monster (good)
205414 | Pan      | XOM: 3-stop teleportation journey
205483 | Pan      | XOM: summons 12 hostile demons
205745 | Pan      | Found a runed translucent door.
206176 | Pan      | Found a runed translucent door.
206265 | Pan      | XOM: give mutations
206265 | Pan      | Lost mutation: You passively dampen the noise of your
                  | surroundings. [Xom's mischief]
206265 | Pan      | Lost mutation: You expend magic power (3 MP) to strengthen
                  | your wands. [Xom's mischief]
206265 | Pan      | Lost mutation: You occasionally lose the ability to read
                  | scrolls when taking damage. [Xom's mischief]
206265 | Pan      | Lost mutation: You have supernaturally acute eyesight.
                  | (SInv) [Xom's mischief]
206573 | Pan      | XOM: summons 2 hostile shadow creatures
206938 | Pan      | XOM: summons 2 hostile shadow creatures
207162 | Pan      | XOM: swap monsters
207166 | Pan      | Found a runed translucent door.
207236 | Pan      | XOM: 2-stop teleportation journey
207362 | Pan      | XOM: silly message
207600 | Pan      | XOM: god gift: book of the Senses
207830 | Pan      | XOM: noise
207986 | Pan      | XOM: polymorph sun demon -> soul eater
207999 | Pan      | Found a runed translucent door.
208179 | Pan      | XOM: give mutations
208179 | Pan      | Lost mutation: You are highly strong-willed. (Will++)
                  | [Xom's mischief]
208179 | Pan      | Lost mutation: Your muscles are very strong. (Str +8,
                  | Int/Dex -2) [Xom's mischief]
208232 | Pan      | XOM: 1-stop teleportation journey
208541 | Pan      | XOM: summons 1 hostile demon
208750 | Pan      | XOM: summons 1 hostile demon
209061 | Pan      | Found a runed translucent door.
209175 | Pan      | XOM: summons 1 hostile demon
209442 | Pan      | XOM: 1-stop teleportation journey
209485 | Pan      | XOM: summons 2 hostile shadow creatures
209657 | Pan      | XOM: draining
209808 | Pan      | XOM: blink monster(s)
209933 | Pan      | XOM: give mutation
209933 | Pan      | Lost mutation: You are resistant to electric shocks.
                  | (rElec) [Xom's mischief]
210022 | Pan      | XOM: give mutations
210022 | Pan      | Lost mutation: You are strong-willed. (Will+) [Xom's
                  | mischief]
210022 | Pan      | Lost mutation: Your flesh is heat resistant. (rF+) [Xom's
                  | mischief]
210022 | Pan      | Lost mutation: You are somewhat resistant to further
                  | mutation. [Xom's mischief]
210052 | Pan      | Found a runed translucent door.
210355 | Pan      | XOM: confusion (+ monsters)
210363 | Pan      | XOM: summons friendly quasit
210365 | Pan      | XOM: confusion (+ monsters)
210519 | Pan      | XOM: 8-stop teleportation journey
210546 | Pan      | Found a runed translucent door.
210826 | Pan      | XOM: summons 8 friendly demons
211048 | Pan      | Found a runed translucent door.
211204 | Pan      | XOM: noise
211431 | Pan      | XOM: give mutations
211431 | Pan      | Lost mutation: Your skin blends seamlessly with your
                  | surroundings (Stealth++). [Xom's mischief]
211431 | Pan      | Lost mutation: You have a pair of antennae on your head.
                  | [Xom's mischief]
211431 | Pan      | Lost mutation: You passively map a small area around you.
                  | [Xom's mischief]
211431 | Pan      | Lost mutation: Your spells are a little harder to cast, but
                  | a little more powerful. [Xom's mischief]
211499 | Pan      | XOM: silly message
211970 | Pan      | XOM: enchant monster (bad)
212143 | Pan      | XOM: 1-stop teleportation journey
212278 | Pan      | XOM: scenery: 3 doors close
212293 | Pan      | XOM: scenery: 2 doors close
212480 | Pan      | XOM: scenery: summon butterflies
212506 | Pan      | XOM: give mutations
212506 | Pan      | Gained mutation: You have supernaturally acute eyesight.
                  | (SInv) [Xom's grace]
212506 | Pan      | Gained mutation: One of your tentacles bears a large
                  | vicious spike. [Xom's grace]
212676 | Pan      | Found a runed translucent door.
213068 | Pan      | Found a runed translucent door.
213185 | Pan      | XOM: give mutations
213185 | Pan      | Gained mutation: You passively map a small area around you.
                  | [Xom's grace]
213185 | Pan      | Gained mutation: You have an increased reservoir of magic.
                  | (+10% MP) [Xom's grace]
213309 | Pan      | XOM: cloud trail
213690 | Pan      | XOM: divination: detect creatures
214008 | Pan      | XOM: scenery: 1 doors close
214025 | Pan      | Found a runed translucent door.
214047 | Pan      | XOM: cloud trail
214314 | Pan      | XOM: god gift: staff of poison
214731 | Pan      | Found a runed translucent door.
215167 | Pan      | XOM: summons 2 hostile shadow creatures
215327 | Pan      | XOM: 3-stop teleportation journey
215434 | Pan      | Found a runed translucent door.
215494 | Pan      | XOM: fog
215920 | Pan      | XOM: give mutation
215920 | Pan      | Lost mutation: You have a pair of small antennae on your
                  | head. [Xom's mischief]
216013 | Pan      | XOM: divination: detect creatures
216119 | Pan      | Found a runed translucent door.
216326 | Pan      | XOM: confusion
216520 | Pan      | XOM: 1-stop teleportation journey
216559 | Pan      | XOM: god gift: +2 dagger of chaos
216708 | Pan      | XOM: give mutation
216708 | Pan      | Gained mutation: You have a pair of small antennae on your
                  | head. [Xom's grace]
216758 | Pan      | XOM: give mutation
216758 | Pan      | Gained mutation: You have a pair of antennae on your head.
                  | [Xom's grace]
216826 | Pan      | XOM: scenery: 2 doors close
216829 | Pan      | Upgraded the game from 0.29-a0-468-ge57f7f99b4 to
                  | 0.29-a0-472-ge5599a681e
217093 | Pan      | Found a huge runed translucent gate.
217094 | Pan      | Found a huge runed translucent gate.
217095 | Pan      | Found a huge runed translucent gate.
217095 | Pan      | Found a huge runed translucent gate.
217095 | Pan      | Found a huge runed translucent gate.
217095 | Pan      | Found a huge runed translucent gate.
217097 | Pan      | Found a huge runed translucent gate.
217105 | Pan      | XOM: summons friendly ufetubus
217105 | Pan      | Gained mutation: You have hidden genetic defects. [a
                  | neqoxec]
217106 | Pan      | XOM: cleaving
217107 | Pan      | Noticed Pysil the pandemonium lord
217110 | Pan      | Killed Pysil the pandemonium lord
217399 | Pan      | XOM: scenery: 1 doors open, 1 doors close
217456 | Pan      | XOM: destruction
217579 | Pan      | XOM: cloud trail
217705 | Pan      | Found an exit through the horrors of the Abyss.
217935 | Pan      | XOM: noise
217939 | Pan      | XOM: cast spell 'Discord'
217944 | Pan      | XOM: give mutations
217944 | Pan      | Lost mutation: One of your tentacles bears a large vicious
                  | spike. [Xom's mischief]
217944 | Pan      | Lost mutation: You have an increased reservoir of magic.
                  | (+10% MP) [Xom's mischief]
217967 | Pan      | XOM: god gift: 33 gold pieces
218048 | Pan      | Noticed Qehuirr the pandemonium lord
218053 | Pan      | Killed Qehuirr the pandemonium lord
218065 | Pan      | Gained mutation: You are frail. (-10% HP) [hidden defects]
218169 | Pan      | Found an exit through the horrors of the Abyss.
218318 | Pan      | XOM: give mutations
218318 | Pan      | Gained mutation: Your muscles are very strong. (Str +8,
                  | Int/Dex -2) [Xom's grace]
218318 | Pan      | Gained mutation: You expend magic power (3 MP) to
                  | strengthen your wands. [Xom's grace]
218388 | Pan      | XOM: scenery: summon butterflies
218425 | Pan      | XOM: polymorph sun demon -> sixfirhy
218499 | Pan      | XOM: summons 3 hostile demons
218542 | Pan      | XOM: enchant monster (good)
218826 | Pan      | XOM: fog
218845 | Pan      | XOM: cloud trail
218894 | Pan      | XOM: give mutations
218894 | Pan      | Lost mutation: You have hidden genetic defects. [Xom's
                  | mischief]
218894 | Pan      | Lost mutation: You passively map a small area around you.
                  | [Xom's mischief]
218894 | Pan      | Lost mutation: Your muscles are very strong. (Str +8,
                  | Int/Dex -2) [Xom's mischief]
218894 | Pan      | Lost mutation: Your system is resistant to poisons. (rPois)
                  | [Xom's mischief]
218933 | Pan      | Found a runed translucent door.
218939 | Pan      | Found a runed translucent door.
218945 | Pan      | Found a runed translucent door.
218947 | Pan      | Noticed Omil the pandemonium lord
218950 | Pan      | XOM: summons 7 friendly demons
218952 | Pan      | Killed Omil the pandemonium lord
218957 | Pan      | Found a runed translucent door.
219031 | Pan      | XOM: summons 3 hostile demons
219134 | Pan      | XOM: draining
219136 | Pan      | XOM: stat loss: -1 Dex (48/49)
219538 | Pan      | XOM: god gift: 5 javelins
219583 | Pan      | XOM: cloud trail
219630 | Pan      | XOM: divination: detect items
219647 | Pan      | XOM: 1-stop teleportation journey
219964 | Pan      | Noticed Zour the pandemonium lord
219966 | Pan      | XOM: summons friendly quasit
219969 | Pan      | Killed Zour the pandemonium lord
219986 | Pan      | XOM: butterfly on damage
220002 | Pan      | XOM: 1-stop teleportation journey
220029 | Pan      | XOM: cloud trail
220094 | Pan      | XOM: confuse monster(s)
220249 | Pan      | XOM: 1-stop teleportation journey
220447 | Pan      | Found an exit through the horrors of the Abyss.
220465 | Pan      | XOM: scenery: summon butterflies
220475 | Pan      | XOM: summons friendly ufetubus
220571 | Pan      | XOM: noise
220679 | Pan      | XOM: confuse monster(s)
220692 | Pan      | Noticed Uprul the pandemonium lord
220695 | Pan      | Killed Uprul the pandemonium lord
220723 | Pan      | XOM: cloud trail
220762 | Pan      | XOM: god gift: 22 stones
220864 | Pan      | XOM: 8-stop teleportation journey
220868 | Pan      | Found an exit through the horrors of the Abyss.
221675 | Pan      | XOM: noise
221688 | Pan      | XOM: cast spell 'Summon Cactus Giant'
221731 | Pan      | XOM: fake destruction
221810 | Pan      | XOM: divination: detect creatures
221856 | Pan      | XOM: enchant monster (good)
221856 | Pan      | Noticed Ceasutwe the pandemonium lord
221858 | Pan      | XOM: summons friendly shadow imp
221859 | Pan      | XOM: enchant monster (good)
221860 | Pan      | XOM: summons friendly quasit
221862 | Pan      | XOM: fake destruction
221866 | Pan      | XOM: noise
221871 | Pan      | Killed Ceasutwe the pandemonium lord
221879 | Pan      | Identified the ring "Juycseo" {rPois rN+ Will+ Dex+4
                  | Slay+2}
222449 | Pan      | XOM: 1-stop teleportation journey
222825 | Pan      | XOM: polymorph demonic crawler -> apocalypse crab
222942 | Pan      | XOM: polymorph neqoxec -> ynoxinul
223264 | Pan      | XOM: god gift: 22 gold pieces
223352 | Pan      | XOM: give mutation
223352 | Pan      | Gained mutation: You possess an exceptional clarity of
                  | mind. [Xom's grace]
223478 | Pan      | XOM: god gift: 1134 gold pieces
223480 | Pan      | Noticed Rasesh the pandemonium lord
223483 | Pan      | Killed Rasesh the pandemonium lord
223738 | Pan      | Identified the +0 leather armour "Rusemumo" {Int+6 Dex+2}
223992 | Pan      | XOM: god gift: 2 javelins
224134 | Pan      | XOM: god gift: arbalest {god gift}
224162 | Pan      | XOM: god gift: 5 javelins
224351 | Pan      | XOM: god gift: potion of lignification
224571 | Pan      | XOM: 2-stop teleportation journey
224620 | Pan      | XOM: give mutations
224620 | Pan      | Gained mutation: Your flesh is cold resistant. (rC+) [Xom's
                  | grace]
224620 | Pan      | Gained mutation: You are somewhat resistant to further
                  | mutation. [Xom's grace]
224620 | Pan      | Gained mutation: A frigid envelope surrounds you and
                  | freezes all who hurt you. [Xom's grace]
224992 | Pan      | XOM: scenery: 1 doors close
225115 | Pan      | XOM: scenery: 1 doors close
225200 | Pan      | Noticed Timivor the pandemonium lord
225215 | Pan      | Killed Timivor the pandemonium lord
225229 | Pan      | XOM: scenery: create altars
225272 | Pan      | XOM: scenery: 3 doors close
225339 | Pan      | XOM: silly message
225528 | Pan      | XOM: give mutations
225528 | Pan      | Lost mutation: Your flesh is cold resistant. (rC+) [Xom's
                  | mischief]
225528 | Pan      | Lost mutation: One of your tentacles bears a nasty spike.
                  | [Xom's mischief]
225528 | Pan      | Lost mutation: You have a pair of antennae on your head.
                  | [Xom's mischief]
225528 | Pan      | Lost mutation: You are very agile. (Dex +8, Str/Int -2)
                  | [Xom's mischief]
225579 | Pan      | Identified the +4 battleaxe of Eternal Harmony {spect,
                  | rPois Dex-2 Stlth+}
225885 | Pan      | XOM: god gift: 6 javelins
225958 | Pan      | XOM: summons 14 hostile demons
226066 | Pan      | Found an exit through the horrors of the Abyss.
226346 | Pan      | XOM: stat loss: -1 Int (24/25)
226459 | Pan      | XOM: stat loss: -1 Int (23/25)
226716 | Pan      | XOM: summons 14 hostile demons
226758 | Pan      | XOM: give mutations
226758 | Pan      | Lost mutation: You expend magic power (3 MP) to strengthen
                  | your wands. [Xom's mischief]
226758 | Pan      | Lost mutation: One of your tentacles bears a spike. [Xom's
                  | mischief]
226758 | Pan      | Lost mutation: You possess an exceptional clarity of mind.
                  | [Xom's mischief]
226758 | Pan      | Lost mutation: You are agile. (Dex +4, Str/Int -1) [Xom's
                  | mischief]
226801 | Pan      | XOM: polymorph smoke demon -> sixfirhy
226802 | Pan      | XOM: silly message
226912 | Pan      | XOM: god gift: 22 gold pieces
226997 | Pan      | Noticed Yplasch the pandemonium lord
227000 | Pan      | XOM: noise
227003 | Pan      | XOM: cast spell 'Summon Ice Beast'
227005 | Pan      | XOM: potion effect (might)
227009 | Pan      | Killed Yplasch the pandemonium lord
227017 | Pan      | XOM: noise
227027 | Pan      | XOM: cast spell 'Monstrous Menagerie'
227133 | Pan      | XOM: 1-stop teleportation journey
227140 | Pan      | XOM: torment (163/298 hp)
227355 | Pan      | XOM: 5-stop teleportation journey
227356 | Pan      | XOM: swap monsters
227430 | Pan      | XOM: enchant monster (good)
227526 | Pan      | XOM: potion effect (berserk rage)
228002 | Pan      | XOM: potion effect (heal wounds)
228003 | Pan      | XOM: fog
228101 | Pan      | XOM: divination: detect items
228129 | Pan      | XOM: confuse monster(s)
228130 | Pan      | XOM: god gift: scroll of fear
228175 | Pan      | XOM: divination: magic mapping
228225 | Pan      | XOM: divination: magic mapping
228297 | Pan      | Noticed Vegroell the pandemonium lord
228304 | Pan      | Killed Vegroell the pandemonium lord
228327 | Pan      | Identified the +11 dagger of the Mauling Whale {vorpal,
                  | Drain rPois Str+4}
228384 | Pan      | XOM: summons 6 hostile demons
228400 | Pan      | Noticed Wumy the pandemonium lord
228404 | Pan      | XOM: summons friendly ufetubus
228408 | Pan      | Killed Wumy the pandemonium lord
228437 | Pan      | Learned a level 9 spell: Polar Vortex
228550 | Pan      | XOM: cast spell 'Summon Mana Viper'
228566 | Pan      | XOM: destruction
228734 | Pan      | XOM: enchant monster (bad)
228785 | Pan      | XOM: stat loss: -1 Dex (48/49)
228907 | Pan      | Reached skill level 5 in Ice Magic
228981 | Pan      | XOM: 3-stop teleportation journey
228995 | Pan      | XOM: 5-stop teleportation journey
229131 | Pan      | XOM: give mutations
229131 | Pan      | Lost mutation: You are somewhat resistant to further
                  | mutation. [Xom's mischief]
229131 | Pan      | Lost mutation: Your muscles are strong. (Str +4, Int/Dex
                  | -1) [Xom's mischief]
229310 | Pan      | Noticed Aleq the pandemonium lord
229319 | Pan      | Killed Aleq the pandemonium lord
229409 | Pan      | XOM: scenery: create altars
229698 | Pan      | Found an exit through the horrors of the Abyss.
229706 | Pan      | XOM: enchant monster (bad)
229718 | Pan      | XOM: divination: detect items
229771 | Pan      | Noticed Comemiu the pandemonium lord
229780 | Pan      | Killed Comemiu the pandemonium lord
229788 | Pan      | Reached skill level 10 in Ice Magic
229824 | Pan      | XOM: 1-stop teleportation journey
229849 | Pan      | XOM: noise
230240 | Pan      | XOM: cloud trail
230575 | Pan      | XOM: enchant monster (bad)
230586 | Pan      | Noticed Yllext the pandemonium lord
230595 | Pan      | Killed Yllext the pandemonium lord
230597 | Pan      | XOM: 2-stop teleportation journey
230738 | Pan      | XOM: swap monsters
230752 | Pan      | XOM: polymorph sun demon -> soul eater
230939 | Pan      | Found an exit through the horrors of the Abyss.
230987 | Pan      | XOM: noise
231084 | Pan      | XOM: silly message
231167 | Pan      | XOM: god gift: helmet {god gift}
231521 | Pan      | Noticed Yleoz the pandemonium lord
231526 | Pan      | Killed Yleoz the pandemonium lord
232095 | Pan      | XOM: scenery: summon butterflies
232201 | Pan      | Found an exit through the horrors of the Abyss.
232231 | Pan      | XOM: god gift: scroll of noise
232633 | Pan      | XOM: scenery: summon butterflies
232801 | Pan      | XOM: scenery: 1 doors close
232803 | Pan      | Noticed Tiack the pandemonium lord
232810 | Pan      | XOM: enchant monster (good)
232812 | Pan      | Killed Tiack the pandemonium lord
232819 | Pan      | XOM: destruction
232892 | Pan      | Reached skill level 15 in Ice Magic
233123 | Pan      | XOM: swap monsters
233263 | Pan      | XOM: silly message
233425 | Pan      | XOM: 3-stop teleportation journey
233451 | Pan      | XOM: god gift: 23 stones
233496 | Pan      | Found an exit through the horrors of the Abyss.
233591 | Pan      | XOM: stealth player
233595 | Pan      | XOM: fog
233695 | Pan      | Found an exit through the horrors of the Abyss.
233869 | Pan      | Found a transporter.
233916 | Pan      | Found a transporter.
233951 | Pan      | XOM: silly message
233985 | Pan      | Identified the ring "Viceagaq" {Ice rN+}
234000 | Pan      | Identified the amulet "Fipix" {Acrobat Dex+2}
234236 | Pan      | XOM: stat loss: -1 Str (29/30)
234278 | Pan      | XOM: summons 1 hostile demon
234297 | Pan      | XOM: give mutations
234297 | Pan      | Lost mutation: Your mind is very acute. (Int +8, Str/Dex
                  | -2) [Xom's mischief]
234297 | Pan      | Gained mutation: You are weak. (Str -2) [Xom's mischief]
234343 | Pan      | XOM: stat loss: -1 Dex (48/49)
234648 | Pan      | XOM: give mutations
234648 | Pan      | Gained mutation: Your body sometimes deteriorates upon
                  | taking damage. [Xom's mischief]
234648 | Pan      | Gained mutation: You occasionally lose the ability to read
                  | scrolls when taking damage. [Xom's mischief]
234648 | Pan      | Lost mutation: You are weak. (Str -2) [Xom's mischief]
234648 | Pan      | Lost mutation: You are completely covered in iridescent
                  | scales. (AC +6) [Xom's mischief]
234762 | Pan      | XOM: scenery: summon butterflies
234882 | Pan      | Found an exit through the horrors of the Abyss.
235117 | Pan      | Noticed Fafeur the pandemonium lord
235120 | Pan      | Killed Fafeur the pandemonium lord
235396 | Pan      | XOM: cast spell 'Discord'
235399 | Pan      | XOM: enchant monster (good)
235418 | Pan      | XOM: scenery: summon butterflies
235846 | Pan      | XOM: scenery: 1 doors open, 2 doors close
235853 | Pan      | XOM: enchant monster (good)
235924 | Pan      | XOM: divination: detect creatures
236205 | Pan      | XOM: noise
236211 | Pan      | Noticed Nagraot the pandemonium lord
236215 | Pan      | Killed Nagraot the pandemonium lord
236216 | Pan      | Reached skill level 27 in Translocations
236222 | Pan      | Identified the ring "Kiwail" {rC+ Int+2 Stlth+}
236394 | Pan      | XOM: summons 2 hostile shadow creatures
236395 | Pan      | Lost mutation: Your mind is acute. (Int +4, Str/Dex -1) [a
                  | neqoxec]
236408 | Pan      | XOM: potion effect (magic)
236410 | Pan      | XOM: potion effect (heal wounds)
236464 | Pan      | Reached skill level 27 in Stealth
236677 | Pan      | XOM: cloud trail
236830 | Pan      | XOM: fake destruction
236831 | Pan      | XOM: enchant monster (good)
236845 | Pan      | XOM: polymorph smoke demon -> neqoxec
236940 | Pan      | Found an exit through the horrors of the Abyss.
236953 | Pan      | XOM: god gift: 1333 gold pieces
237100 | Pan      | XOM: give mutations
237100 | Pan      | Gained mutation: You are partially covered in large bone
                  | plates. (SH +4) [Xom's grace]
237100 | Pan      | Gained mutation: You have a pair of antennae on your head.
                  | [Xom's grace]
237100 | Pan      | Gained mutation: One of your tentacles bears a spike.
                  | [Xom's grace]
237201 | Pan      | Noticed Ottip the pandemonium lord
237204 | Pan      | XOM: chaos upgrade
237210 | Pan      | Killed Ottip the pandemonium lord
237311 | Pan      | Reached skill level 27 in Evocations
237548 | Pan      | Reached skill level 27 in Fighting
237560 | Pan      | XOM: give mutations
237560 | Pan      | Gained mutation: Your magical capacity is low. (-10% MP)
                  | [Xom's mischief]
237560 | Pan      | Lost mutation: You have a pair of antennae on your head.
                  | [Xom's mischief]
237599 | Pan      | XOM: chaos cloud
237610 | Pan      | XOM: summons 3 friendly demons
237615 | Pan      | Reached skill level 27 in Unarmed Combat
237618 | Pan      | Reached skill level 27 in Dodging
237634 | Pan      | Reached skill level 27 in Fire Magic
237667 | Pan      | Noticed Qoenluss the pandemonium lord
237677 | Pan      | Killed Qoenluss the pandemonium lord
237678 | Pan      | Reached skill level 27 in Spellcasting
237780 | Pan      | XOM: confusion
237782 | Pan      | XOM: swap monsters
237832 | Pan      | XOM: summons 3 hostile shadow creatures
238040 | Pan      | Identified the +7 broad axe "Qoczocekh" {distort, rN+
                  | Dex+4}
238067 | Pan      | XOM: summons 3 hostile demons
238131 | Pan      | Found an exit through the horrors of the Abyss.
238338 | Pan      | XOM: give mutation
238338 | Pan      | Gained mutation: You are very frail. (-20% HP) [Xom's
                  | mischief]
238551 | Pan      | XOM: summons 4 hostile shadow creatures
238592 | Pan      | XOM: confusion
238648 | Pan      | Noticed Qunlihe the pandemonium lord
238650 | Pan      | Killed Qunlihe the pandemonium lord
238689 | Pan      | XOM: scenery: 3 doors close
238734 | Pan      | Noticed Sypn the pandemonium lord
238736 | Pan      | XOM: enchant monster (bad)
238738 | Pan      | Killed Sypn the pandemonium lord
238753 | Pan      | Reached skill level 10 in Air Magic
239040 | Pan      | XOM: cloud trail
239048 | Pan      | XOM: polymorph red devil -> chaos spawn
239242 | Pan      | XOM: noise
239462 | Pan      | XOM: god gift: scroll of brand weapon
239538 | Pan      | XOM: god gift: potion of curing
239957 | Pan      | XOM: silly message
239967 | Pan      | XOM: noise
239975 | Pan      | XOM: cast spell 'Monstrous Menagerie'
239997 | Pan      | XOM: blink monster(s)
240026 | Pan      | XOM: noise
240178 | Pan      | XOM: 1-stop teleportation journey
240186 | Pan      | XOM: summons 4 hostile shadow creatures
240332 | Pan      | Noticed Agoph the pandemonium lord
240344 | Pan      | Killed Agoph the pandemonium lord
240372 | Pan      | Found an exit through the horrors of the Abyss.
240393 | Pan      | Gained mutation: Your magical capacity is very low. (-20%
                  | MP) [a neqoxec]
240394 | Pan      | Lost mutation: You are mostly covered in iridescent scales.
                  | (AC +4) [a neqoxec]
240508 | Pan      | XOM: noise
240527 | Pan      | XOM: stat loss: -1 Str (29/30)
240528 | Pan      | XOM: swap monsters
240735 | Pan      | Noticed Fefrymn the pandemonium lord
240739 | Pan      | XOM: swap monsters
240747 | Pan      | XOM: fog
240772 | Pan      | Killed Fefrymn the pandemonium lord
240966 | Pan      | XOM: give mutations
240966 | Pan      | Lost mutation: A frigid envelope surrounds you and freezes
                  | all who hurt you. [Xom's mischief]
240966 | Pan      | Gained mutation: You possess an exceptional clarity of
                  | mind. [Xom's mischief]
241037 | Pan      | Lost mutation: You are partially covered in large bone
                  | plates. (SH +4) [potion of mutation]
241037 | Pan      | Lost mutation: You have a pair of small antennae on your
                  | head. [potion of mutation]
241037 | Pan      | Lost mutation: Your body sometimes deteriorates upon taking
                  | damage. [potion of mutation]
241037 | Pan      | Gained mutation: One of your tentacles bears a nasty spike.
                  | [potion of mutation]
241037 | Pan      | Gained mutation: Your muscles are strong. (Str +4, Int/Dex
                  | -1) [potion of mutation]
241038 | Pan      | Lost mutation: You are very frail. (-20% HP) [potion of
                  | mutation]
241038 | Pan      | Lost mutation: Your muscles are strong. (Str +4, Int/Dex
                  | -1) [potion of mutation]
241038 | Pan      | Lost mutation: You have supernaturally acute eyesight.
                  | (SInv) [potion of mutation]
241038 | Pan      | Lost mutation: Your magical capacity is very low. (-20% MP)
                  | [potion of mutation]
241038 | Pan      | Gained mutation: You have a pair of small antennae on your
                  | head. [potion of mutation]
241039 | Pan      | Lost mutation: One of your tentacles bears a nasty spike.
                  | [potion of mutation]
241039 | Pan      | Lost mutation: One of your tentacles bears a spike. [potion
                  | of mutation]
241039 | Pan      | Lost mutation: You occasionally lose the ability to read
                  | scrolls when taking damage. [potion of mutation]
241039 | Pan      | Lost mutation: You possess an exceptional clarity of mind.
                  | [potion of mutation]
241040 | Pan      | Lost mutation: Your magical capacity is low. (-10% MP)
                  | [potion of mutation]
241040 | Pan      | Lost mutation: You are frail. (-10% HP) [potion of
                  | mutation]
241040 | Pan      | Gained mutation: You are covered in fur. (AC +1) [potion of
                  | mutation]
241242 | Pan      | XOM: noise
241356 | Pan      | XOM: noise
241404 | Pan      | XOM: polymorph ynoxinul -> soul eater
241426 | Pan      | XOM: polymorph ynoxinul -> sun demon
241439 | Pan      | Noticed Suyfipn the pandemonium lord
241446 | Pan      | Killed Suyfipn the pandemonium lord
241459 | Pan      | XOM: 8-stop teleportation journey
241495 | Pan      | Noticed Wokadocs the pandemonium lord
241501 | Pan      | Killed Wokadocs the pandemonium lord
241545 | Pan      | Found a runed translucent door.
241599 | Pan      | Noticed Kedep the pandemonium lord
241601 | Pan      | Killed Kedep the pandemonium lord
241718 | Pan      | XOM: give mutations
241718 | Pan      | Gained mutation: You expend magic power (3 MP) to
                  | strengthen your wands. [Xom's grace]
241718 | Pan      | Gained mutation: You are robust. (+10% HP) [Xom's grace]
241718 | Pan      | Gained mutation: You have hidden genetic potential. [Xom's
                  | grace]
241718 | Pan      | Gained mutation: You have an increased reservoir of magic.
                  | (+10% MP) [Xom's grace]
241804 | Pan      | XOM: summons 1 hostile demon
241883 | Pan      | Found an exit through the horrors of the Abyss.
242183 | Pan      | XOM: summons 3 friendly demons
242289 | Pan      | Noticed Gockued the pandemonium lord
242292 | Pan      | Killed Gockued the pandemonium lord
242326 | Pan      | XOM: summons friendly quasit
242336 | Pan      | Gained mutation: Your body sometimes deteriorates upon
                  | taking damage. [a neqoxec]
242483 | Pan      | XOM: polymorph demonic crawler -> rakshasa
242501 | Pan      | XOM: divination: magic mapping
242562 | Pan      | XOM: scenery: create altars
243822 | Pan      | XOM: 1-stop teleportation journey
243879 | Pan      | XOM: divination: detect items
243966 | Pan      | XOM: god gift: long sword {god gift}
244006 | Pan      | Found an exit through the horrors of the Abyss.
244047 | Pan      | XOM: god gift: 541 gold pieces
244504 | Pan      | XOM: cloud trail
245910 | Pan      | XOM is BORED!
245910 | Pan      | XOM: torment (161/246 hp)
245916 | Pan      | Found a shimmering altar of Xom.
245916 | Pan      | Found a shimmering altar of Xom.
245916 | Pan      | Found a shimmering altar of Xom.
245917 | Pan      | XOM: polymorph large abomination -> large abomination
245921 | Pan      | XOM: summons 2 friendly demons
246078 | Pan      | XOM: god gift: hand axe {god gift}
246098 | Pan      | XOM: god gift: ring of positive energy
246110 | Pan      | XOM: give mutation
246110 | Pan      | Gained mutation: You have great hidden genetic potential.
                  | [Xom's grace]
246192 | Pan      | XOM: cast spell 'Alistair's Intoxication'
246194 | Pan      | XOM: potion effect (might)
246476 | Pan      | XOM: confuse monster(s)
246488 | Pan      | XOM: 1-stop teleportation journey
246573 | Pan      | Found an exit through the horrors of the Abyss.
246581 | Pan      | XOM: give mutations
246581 | Pan      | Lost mutation: You are partially covered in iridescent
                  | scales. (AC +2) [Xom's mischief]
246581 | Pan      | Gained mutation: Your skin blends seamlessly with your
                  | surroundings (Stealth++). [Xom's mischief]
246581 | Pan      | Gained mutation: You are occasionally teleported next to
                  | monsters. [Xom's mischief]
246581 | Pan      | Gained mutation: You are clumsy. (Dex -2) [Xom's mischief]
246636 | Pan      | Identified the +2 scale mail of Coumeh {rElec}
246744 | Pan      | Noticed Qetoalergh the pandemonium lord
246749 | Pan      | Killed Qetoalergh the pandemonium lord
247009 | Pan      | XOM: god gift: scroll of amnesia
247138 | Pan      | XOM: god gift: 8 stones
247164 | Pan      | XOM: god gift: 20 gold pieces
247271 | Pan      | XOM: god gift: scroll of teleportation
247550 | Pan      | XOM: scenery: 1 doors close
247717 | Pan      | Found an exit through the horrors of the Abyss.
247764 | Pan      | XOM: 2-stop teleportation journey
247774 | Pan      | XOM: divination: detect creatures
247861 | Pan      | XOM: give mutations
247861 | Pan      | Gained mutation: One of your tentacles bears a spike.
                  | [Xom's grace]
247861 | Pan      | Gained mutation: Your spells are a little harder to cast,
                  | but a little more powerful. [Xom's grace]
247861 | Pan      | Gained mutation: Your muscles are strong. (Str +4, Int/Dex
                  | -1) [Xom's grace]
247861 | Pan      | Gained mutation: You possess an exceptional clarity of
                  | mind. [Xom's grace]
247899 | Pan      | XOM: cloud trail
247906 | Pan      | XOM: scenery: 1 doors close
247933 | Pan      | XOM: 2-stop teleportation journey
247960 | Pan      | Noticed Hynuomez the pandemonium lord
247961 | Pan      | XOM: summons friendly white imp
247965 | Pan      | XOM: give mutations
247965 | Pan      | Lost mutation: You expend magic power (3 MP) to strengthen
                  | your wands. [Xom's mischief]
247965 | Pan      | Lost mutation: You are robust. (+10% HP) [Xom's mischief]
247965 | Pan      | Lost mutation: You are covered in fur. (AC +1) [Xom's
                  | mischief]
247965 | Pan      | Lost mutation: You have great hidden genetic potential.
                  | [Xom's mischief]
247966 | Pan      | Killed Hynuomez the pandemonium lord
248138 | Pan      | XOM: stat loss: -1 Dex (46/47)
248172 | Pan      | XOM: stat loss: -1 Str (31/32)
248205 | Pan      | XOM: scenery: 4 doors close
248536 | Pan      | XOM: give mutations
248536 | Pan      | Lost mutation: You are occasionally teleported next to
                  | monsters. [Xom's mischief]
248536 | Pan      | Lost mutation: You possess an exceptional clarity of mind.
                  | [Xom's mischief]
248536 | Pan      | Gained mutation: You are dopey. (Int -2) [Xom's mischief]
248566 | Pan      | Lost mutation: You have hidden genetic potential. [potion
                  | of mutation]
248566 | Pan      | Lost mutation: Your skin blends seamlessly with your
                  | surroundings (Stealth++). [potion of mutation]
248566 | Pan      | Gained mutation: A frigid envelope surrounds you and
                  | freezes all who hurt you. [potion of mutation]
248566 | Pan      | Gained mutation: One of your tentacles bears a nasty spike.
                  | [potion of mutation]
248567 | Pan      | Lost mutation: You are dopey. (Int -2) [potion of mutation]
248567 | Pan      | Lost mutation: One of your tentacles bears a nasty spike.
                  | [potion of mutation]
248567 | Pan      | Gained mutation: One of your tentacles bears a nasty spike.
                  | [potion of mutation]
248567 | Pan      | Gained mutation: You passively map a small area around you.
                  | [potion of mutation]
248568 | Pan      | Lost mutation: You are clumsy. (Dex -2) [potion of
                  | mutation]
248568 | Pan      | Lost mutation: You have a pair of small antennae on your
                  | head. [potion of mutation]
248568 | Pan      | Lost mutation: A frigid envelope surrounds you and freezes
                  | all who hurt you. [potion of mutation]
248568 | Pan      | Gained mutation: Your spells are harder to cast, but more
                  | powerful. [potion of mutation]
248568 | Pan      | Lost mutation: You passively map a small area around you.
                  | [potion of mutation]
248568 | Pan      | Gained mutation: You are partially covered in iridescent
                  | scales. (AC +2) [potion of mutation]
248569 | Pan      | Lost mutation: Your muscles are strong. (Str +4, Int/Dex
                  | -1) [potion of mutation]
248569 | Pan      | Lost mutation: Your spells are harder to cast, but more
                  | powerful. [potion of mutation]
248569 | Pan      | Gained mutation: You are somewhat resistant to further
                  | mutation. [potion of mutation]
248570 | Pan      | Lost mutation: You have an increased reservoir of magic.
                  | (+10% MP) [potion of mutation]
248570 | Pan      | Lost mutation: Your spells are a little harder to cast, but
                  | a little more powerful. [potion of mutation]
248570 | Pan      | Lost mutation: You are somewhat resistant to further
                  | mutation. [potion of mutation]
248570 | Pan      | Gained mutation: You are clumsy. (Dex -2) [potion of
                  | mutation]
248570 | Pan      | Gained mutation: One of your tentacles bears a large
                  | vicious spike. [potion of mutation]
248571 | Pan      | Lost mutation: Your body sometimes deteriorates upon taking
                  | damage. [potion of mutation]
248571 | Pan      | Lost mutation: You are clumsy. (Dex -2) [potion of
                  | mutation]
248571 | Pan      | Lost mutation: You are partially covered in iridescent
                  | scales. (AC +2) [potion of mutation]
248571 | Pan      | Gained mutation: You sometimes lose your temper in combat.
                  | [potion of mutation]
248571 | Pan      | Gained mutation: Your mind is acute. (Int +4, Str/Dex -1)
                  | [potion of mutation]
248572 | Pan      | Lost mutation: Your mind is acute. (Int +4, Str/Dex -1)
                  | [potion of mutation]
248572 | Pan      | Lost mutation: One of your tentacles bears a large vicious
                  | spike. [potion of mutation]
248572 | Pan      | Gained mutation: You are strong-willed. (Will+) [potion of
                  | mutation]
248572 | Pan      | Gained mutation: Your flesh is cold resistant. (rC+)
                  | [potion of mutation]
248572 | Pan      | Gained mutation: You are partially covered in iridescent
                  | scales. (AC +2) [potion of mutation]
248573 | Pan      | Lost mutation: You are partially covered in iridescent
                  | scales. (AC +2) [potion of mutation]
248573 | Pan      | Lost mutation: You are strong-willed. (Will+) [potion of
                  | mutation]
248573 | Pan      | Lost mutation: Your flesh is cold resistant. (rC+) [potion
                  | of mutation]
248573 | Pan      | Gained mutation: You have hidden genetic potential. [potion
                  | of mutation]
248573 | Pan      | Gained mutation: You are resistant to electric shocks.
                  | (rElec) [potion of mutation]
248573 | Pan      | Gained mutation: You are partially covered in large bone
                  | plates. (SH +4) [potion of mutation]
248574 | Pan      | Lost mutation: You sometimes lose your temper in combat.
                  | [potion of mutation]
248574 | Pan      | Lost mutation: You are resistant to electric shocks.
                  | (rElec) [potion of mutation]
248576 | Pan      | XOM: give mutation
248576 | Pan      | Gained mutation: You are covered in fur. (AC +1) [Xom's
                  | mischief]
249027 | Pan      | XOM: give mutations
249027 | Pan      | Gained mutation: You are clumsy. (Dex -2) [Xom's mischief]
249027 | Pan      | Gained mutation: You are frail. (-10% HP) [Xom's mischief]
249027 | Pan      | Lost mutation: You have hidden genetic potential. [Xom's
                  | mischief]
249027 | Pan      | Lost mutation: One of your tentacles bears a nasty spike.
                  | [Xom's mischief]
249049 | Pan      | Learned a level 6 spell: Death Channel
249058 | Pan      | Learned a level 8 spell: Infestation
249067 | Pan      | Learned a level 8 spell: Necromutation
249184 | Pan      | Found an exit through the horrors of the Abyss.
249655 | Pan      | Lost mutation: You are covered in fur. (AC +1) [potion of
                  | mutation]
249655 | Pan      | Lost mutation: You are frail. (-10% HP) [potion of
                  | mutation]
249655 | Pan      | Gained mutation: You are strong-willed. (Will+) [potion of
                  | mutation]
249655 | Pan      | Gained mutation: You are very clumsy. (Dex -4) [potion of
                  | mutation]
249655 | Pan      | Gained mutation: You are highly strong-willed. (Will++)
                  | [potion of mutation]
249656 | Pan      | Lost mutation: You are partially covered in large bone
                  | plates. (SH +4) [potion of mutation]
249656 | Pan      | Lost mutation: You are very clumsy. (Dex -4) [potion of
                  | mutation]
249656 | Pan      | Gained mutation: You occasionally lose the ability to read
                  | scrolls when taking damage. [potion of mutation]
249657 | Pan      | Lost mutation: One of your tentacles bears a spike. [potion
                  | of mutation]
249657 | Pan      | Lost mutation: You are clumsy. (Dex -2) [potion of
                  | mutation]
249657 | Pan      | Gained mutation: You are partially covered in iridescent
                  | scales. (AC +2) [potion of mutation]
249657 | Pan      | Gained mutation: You are occasionally teleported next to
                  | monsters. [potion of mutation]
249657 | Pan      | Gained mutation: Your natural rate of healing is unusually
                  | fast. [potion of mutation]
249658 | Pan      | Lost mutation: You are occasionally teleported next to
                  | monsters. [potion of mutation]
249658 | Pan      | Lost mutation: You are highly strong-willed. (Will++)
                  | [potion of mutation]
249658 | Pan      | Lost mutation: You are partially covered in iridescent
                  | scales. (AC +2) [potion of mutation]
249658 | Pan      | Gained mutation: Potions are less effective at restoring
                  | your health. [potion of mutation]
249658 | Pan      | Gained mutation: You are dopey. (Int -2) [potion of
                  | mutation]
249658 | Pan      | Gained mutation: You passively map a small area around you.
                  | [potion of mutation]
249659 | Pan      | Lost mutation: Potions are less effective at restoring your
                  | health. [potion of mutation]
249659 | Pan      | Lost mutation: You occasionally lose the ability to read
                  | scrolls when taking damage. [potion of mutation]
249659 | Pan      | Gained mutation: You heal very quickly. [potion of
                  | mutation]
249659 | Pan      | Gained mutation: You possess an exceptional clarity of
                  | mind. [potion of mutation]
249659 | Pan      | Gained mutation: You passively dampen the noise of your
                  | surroundings. [potion of mutation]
249659 | Pan      | Gained mutation: Your muscles are strong. (Str +4, Int/Dex
                  | -1) [potion of mutation]
249745 | Pan      | XOM: cloud trail
249809 | Pan      | Found an exit through the horrors of the Abyss.
249885 | Pan      | XOM: fog
250411 | Pan      | XOM: god gift: 2 boomerangs
250748 | Pan      | Reached skill level 15 in Air Magic
250840 | Pan      | Found an exit through the horrors of the Abyss.
251073 | Pan      | XOM: give mutation
251073 | Pan      | Gained mutation: Your system is resistant to poisons.
                  | (rPois) [Xom's grace]
251084 | Pan      | XOM: scenery: 4 doors close
251093 | Pan      | XOM: enchant monster (good)
251552 | Pan      | Found an exit through the horrors of the Abyss.
251583 | Pan      | XOM: scenery: 1 doors close
251853 | Pan      | XOM: give mutations
251853 | Pan      | Gained mutation: Your spells are a little harder to cast,
                  | but a little more powerful. [Xom's grace]
251853 | Pan      | Gained mutation: Your flesh is heat resistant. (rF+) [Xom's
                  | grace]
251853 | Pan      | Gained mutation: You expend magic power (3 MP) to
                  | strengthen your wands. [Xom's grace]
251853 | Pan      | Gained mutation: Your muscles are very strong. (Str +8,
                  | Int/Dex -2) [Xom's grace]
251863 | Pan      | XOM: scenery: 1 doors close
252067 | Pan      | Identified the ring of Nucaen {rF+ Str-4 Dex+6} (Xom gifted
                  | it to you in Pandemonium)
252067 | Pan      | XOM: god gift: ring of Nucaen {rF+ Str-4 Dex+6}
252187 | Pan      | XOM: silly message
252362 | Pan      | XOM: divination: magic mapping
252399 | Pan      | Found an exit through the horrors of the Abyss.
252526 | Pan      | XOM: divination: detect items
252750 | Pan      | XOM: cast spell 'Metabolic Englaciation'
252752 | Pan      | XOM: summons 3 friendly demons
252987 | Pan      | XOM: 8-stop teleportation journey
253296 | Pan      | XOM: confuse monster(s)
253342 | Pan      | Found an exit through the horrors of the Abyss.
253368 | Pan      | XOM: silly message
253458 | Pan      | XOM: summons friendly ufetubus
253669 | Pan      | XOM: 5-stop teleportation journey
253745 | Pan      | XOM: silly message
253755 | Pan      | XOM: 1-stop teleportation journey
253832 | Pan      | XOM: give mutations
253832 | Pan      | Lost mutation: You expend magic power (3 MP) to strengthen
                  | your wands. [Xom's mischief]
253832 | Pan      | Gained mutation: You are frail. (-10% HP) [Xom's mischief]
253832 | Pan      | Lost mutation: You passively map a small area around you.
                  | [Xom's mischief]
253917 | Pan      | XOM: noise
253919 | Pan      | XOM: summons 2 hostile shadow creatures
254083 | Pan      | XOM: destruction
254834 | Pan      | XOM: 8-stop teleportation journey
254925 | Pan      | XOM: enchant monster (good)
254964 | Pan      | XOM: divination: detect creatures
255046 | Pan      | XOM: 8-stop teleportation journey
255252 | Pan      | XOM: divination: detect items
255345 | Pan      | XOM: cleaving
255430 | Pan      | XOM: give mutations
255430 | Pan      | Lost mutation: You are frail. (-10% HP) [Xom's grace]
255430 | Pan      | Gained mutation: You are robust. (+10% HP) [Xom's grace]
255430 | Pan      | Gained mutation: Your spells are harder to cast, but more
                  | powerful. [Xom's grace]
255652 | Pan      | Found an exit through the horrors of the Abyss.
255696 | Pan      | XOM: scenery: 2 doors close
255951 | Pan      | XOM: torment (241/369 hp)
256260 | Pan      | XOM: god gift: condenser vane
256281 | Pan      | XOM is BORED!
256281 | Pan      | XOM: give mutations
256281 | Pan      | Lost mutation: You are robust. (+10% HP) [Xom's mischief]
256281 | Pan      | Lost mutation: Your spells are harder to cast, but more
                  | powerful. [Xom's mischief]
256651 | Pan      | XOM: give mutation
256651 | Pan      | Gained mutation: You are clumsy. (Dex -2) [Xom's mischief]
256735 | Pan      | XOM: silly message
256823 | Pan      | XOM: give mutations
256823 | Pan      | Lost mutation: You are dopey. (Int -2) [Xom's mischief]
256823 | Pan      | Lost mutation: Your system is resistant to poisons. (rPois)
                  | [Xom's mischief]
256823 | Pan      | Lost mutation: You passively dampen the noise of your
                  | surroundings. [Xom's mischief]
256823 | Pan      | Lost mutation: Your spells are a little harder to cast, but
                  | a little more powerful. [Xom's mischief]
256928 | Pan      | XOM: summons 3 hostile demons
256984 | Pan      | XOM: give mutation
256984 | Pan      | Lost mutation: You heal very quickly. [Xom's mischief]
257657 | Pan      | XOM: god gift: broad axe {god gift}
257813 | Pan      | XOM: cloud trail
258229 | Pan      | XOM: scenery: summon butterflies
258298 | Pan      | XOM: noise
258308 | Pan      | XOM: divination: detect creatures
258311 | Pan      | XOM: fake destruction
258363 | Pan      | Found an exit through the horrors of the Abyss.
258563 | Pan      | XOM: polymorph soul eater -> soul eater
259017 | Pan      | XOM: give mutation
259017 | Pan      | Gained mutation: You are highly strong-willed. (Will++)
                  | [Xom's grace]
259320 | Pan      | Found an exit through the horrors of the Abyss.
259528 | Pan      | XOM: destruction
259597 | Pan      | XOM: silly message
259738 | Pan      | XOM: summons 9 hostile demons
260276 | Pan      | Noticed Waysid the pandemonium lord
260278 | Pan      | Killed Waysid the pandemonium lord
260490 | Pan      | XOM: 2-stop teleportation journey
260733 | Pan      | XOM: god gift: leather armour {god gift}
260846 | Pan      | Reached skill level 27 in Transmutations
260905 | Pan      | XOM: cast spell 'Summon Dragon'
261043 | Pan      | XOM: polymorph storm dragon -> dire elephant
261216 | Pan      | XOM: give mutations
261216 | Pan      | Lost mutation: Your natural rate of healing is unusually
                  | fast. [Xom's mischief]
261216 | Pan      | Gained mutation: You are dopey. (Int -2) [Xom's mischief]
261216 | Pan      | Lost mutation: You possess an exceptional clarity of mind.
                  | [Xom's mischief]
261216 | Pan      | Lost mutation: You are dopey. (Int -2) [Xom's mischief]
261468 | Pan      | XOM: summons 2 hostile shadow creatures
261633 | Pan      | XOM: 2-stop teleportation journey
261653 | Pan      | Noticed Ivyfaluc the pandemonium lord
261658 | Pan      | XOM: give mutations
261658 | Pan      | Lost mutation: Your muscles are very strong. (Str +8,
                  | Int/Dex -2) [Xom's mischief]
261658 | Pan      | Lost mutation: You are clumsy. (Dex -2) [Xom's mischief]
261658 | Pan      | Gained mutation: Your body sometimes deteriorates upon
                  | taking damage. [Xom's mischief]
261661 | Pan      | XOM: stat loss: -1 Dex (48/49)
261663 | Pan      | Killed Ivyfaluc the pandemonium lord
261764 | Pan      | XOM: 5-stop teleportation journey
261777 | Pan      | XOM: 3-stop teleportation journey
261796 | Pan      | XOM: stat loss: -1 Int (20/21)
261813 | Pan      | XOM: stat loss: -1 Int (19/21)
261961 | Pan      | XOM: stat loss: -1 Str (31/32)
261982 | Pan      | XOM: swap monsters
262118 | Pan      | XOM: give mutations
262118 | Pan      | Lost mutation: Your body sometimes deteriorates upon taking
                  | damage. [Xom's mischief]
262118 | Pan      | Gained mutation: Your body sometimes deteriorates upon
                  | taking damage. [Xom's mischief]
262173 | Pan      | XOM: stat loss: -1 Str (30/32)
262203 | Pan      | XOM: give mutations
262203 | Pan      | Lost mutation: Your body sometimes deteriorates upon taking
                  | damage. [Xom's mischief]
262203 | Pan      | Gained mutation: Your body sometimes deteriorates upon
                  | taking damage. [Xom's mischief]
262313 | Pan      | XOM: swap monsters
262409 | Pan      | XOM: give mutation
262409 | Pan      | Gained mutation: Your body often deteriorates upon taking
                  | damage. [Xom's mischief]
262534 | Pan      | Noticed Wanaduna the pandemonium lord
262538 | Pan      | Killed Wanaduna the pandemonium lord
262684 | Pan      | XOM: 4-stop teleportation journey
262716 | Pan      | XOM: summons friendly iron imp
262734 | Pan      | Identified the +12 rapier of Awkwardness {venom, rPois
                  | Int+4}
262824 | Pan      | XOM: god gift: lightning rod (4/4)
262943 | Pan      | Found an exit through the horrors of the Abyss.
262943 | Pan      | XOM: 7-stop teleportation journey
262958 | Pan      | XOM: cloud trail
263177 | Pan      | XOM: polymorph soul eater -> sixfirhy
263314 | Pan      | XOM: cleaving
263325 | Pan      | Noticed Zug Jes the pandemonium lord
263331 | Pan      | Killed Zug Jes the pandemonium lord
263496 | Pan      | XOM: cloud trail
263503 | Pan      | Found an exit through the horrors of the Abyss.
263551 | Pan      | XOM: destruction
263560 | Pan      | XOM: cast spell 'Statue Form'
263731 | Pan      | Learned a level 6 spell: Statue Form
263756 | Pan      | Found a transporter.
263932 | Pan      | Found a transporter.
263947 | Pan      | Identified the amulet of Irrepressible Laughter {rElec
                  | Regen+ Int+6 Dex+2 SInv}
263950 | Pan      | Identified the ring of Day {rC+ rN+ Str-2 Dex+3}
263954 | Pan      | Identified the amulet of Lucidity {Reflect rElec SH+5}
263985 | Pan      | XOM: 5-stop teleportation journey
263990 | Pan      | XOM: give mutations
263990 | Pan      | Gained mutation: You are frail. (-10% HP) [Xom's mischief]
263990 | Pan      | Lost mutation: Your body often deteriorates upon taking
                  | damage. [Xom's mischief]
263990 | Pan      | Gained mutation: Your magical capacity is low. (-10% MP)
                  | [Xom's mischief]
263997 | Pan      | Lost mutation: Your flesh is heat resistant. (rF+) [potion
                  | of mutation]
263997 | Pan      | Lost mutation: Your magical capacity is low. (-10% MP)
                  | [potion of mutation]
263997 | Pan      | Lost mutation: Your muscles are strong. (Str +4, Int/Dex
                  | -1) [potion of mutation]
263997 | Pan      | Gained mutation: You sometimes lose your temper in combat.
                  | [potion of mutation]
263997 | Pan      | Gained mutation: Your mind is acute. (Int +4, Str/Dex -1)
                  | [potion of mutation]
264161 | Pan      | Lost mutation: You are highly strong-willed. (Will++)
                  | [potion of mutation]
264161 | Pan      | Lost mutation: Your mind is acute. (Int +4, Str/Dex -1)
                  | [potion of mutation]
264161 | Pan      | Lost mutation: You are strong-willed. (Will+) [potion of
                  | mutation]
264161 | Pan      | Lost mutation: You are frail. (-10% HP) [potion of
                  | mutation]
264161 | Pan      | Gained mutation: Your flesh is cold resistant. (rC+)
                  | [potion of mutation]
264387 | Pan      | XOM: summons 4 hostile shadow creatures
264465 | Pan      | XOM: divination: detect creatures
264528 | Pan      | Noticed Docashigo the pandemonium lord
264535 | Pan      | Killed Docashigo the pandemonium lord
264538 | Pan      | XOM: silly message
264563 | Pan      | XOM: summons 2 friendly demons
264564 | Pan      | Found an exit through the horrors of the Abyss.
264580 | Pan      | Took an exit into the Abyss.
264580 | Abyss:1  | Escaped into the Abyss
264664 | Depths:2 | Escaped the Abyss
264743 | Zig:1    | Entered Level 1 of a ziggurat
264783 | Zig:2    | Entered Level 2 of a ziggurat
264793 | Zig:2    | XOM: give mutations
264793 | Zig:2    | Gained mutation: You are robust. (+10% HP) [Xom's grace]
264793 | Zig:2    | Gained mutation: Your mind is acute. (Int +4, Str/Dex -1)
                  | [Xom's grace]
264802 | Zig:3    | Entered Level 3 of a ziggurat
264888 | Zig:4    | Entered Level 4 of a ziggurat
264895 | Zig:4    | Reached skill level 1 in Necromancy
264923 | Zig:5    | Entered Level 5 of a ziggurat
264951 | Zig:5    | XOM: god gift: +1 buckler of poison resistance
265063 | Zig:5    | XOM: summons 4 hostile demons
265084 | Zig:6    | Entered Level 6 of a ziggurat
265101 | Zig:6    | Reached skill level 5 in Necromancy
265113 | Zig:6    | Identified the +6 arbalest "Tomma" {freeze, Dex+3}
265132 | Zig:7    | Entered Level 7 of a ziggurat
265155 | Zig:7    | Identified the +4 hand axe of Pandemonium {venom, Dex+5}
265171 | Zig:8    | Entered Level 8 of a ziggurat
265176 | Zig:8    | Noticed a dread lich
265176 | Zig:8    | XOM: cleaving
265180 | Zig:8    | Killed a dread lich
265193 | Zig:8    | Identified the +1 scale mail of Sunlight {rN+ MP+9}
265195 | Zig:8    | Identified the +5 trident of Winter {freeze, *Rage rCorr
                  | Int+2 Stlth+}
265196 | Zig:8    | Identified the +2 plate armour "Ihyus" {rF+ rCorr}
265313 | Zig:8    | XOM: give mutations
265313 | Zig:8    | Lost mutation: Your mind is acute. (Int +4, Str/Dex -1)
                  | [Xom's mischief]
265313 | Zig:8    | Lost mutation: Your body sometimes deteriorates upon taking
                  | damage. [Xom's mischief]
265318 | Zig:9    | XOM: stealth player
265318 | Zig:9    | Entered Level 9 of a ziggurat
265324 | Zig:9    | Noticed an ancient lich
265328 | Zig:9    | Noticed a dread lich
265331 | Zig:9    | Killed an ancient lich
265340 | Zig:9    | Killed a dread lich
265353 | Zig:9    | Identified the +9 great mace of the Holding Firefly {venom,
                  | rPois Will+ SInv}
265424 | Zig:9    | XOM: give mutations
265424 | Zig:9    | Gained mutation: You are dopey. (Int -2) [Xom's mischief]
265424 | Zig:9    | Gained mutation: You occasionally shout uncontrollably at
                  | your foes. [Xom's mischief]
265424 | Zig:9    | Gained mutation: You are clumsy. (Dex -2) [Xom's mischief]
265424 | Zig:9    | Gained mutation: You passively dampen the noise of your
                  | surroundings. [Xom's mischief]
265428 | Zig:10   | Entered Level 10 of a ziggurat
265476 | Zig:10   | Lost mutation: You sometimes lose your temper in combat.
                  | [potion of mutation]
265476 | Zig:10   | Lost mutation: You are clumsy. (Dex -2) [potion of
                  | mutation]
265476 | Zig:10   | Gained mutation: You are agile. (Dex +4, Str/Int -1)
                  | [potion of mutation]
265476 | Zig:10   | Gained mutation: You have very sharp teeth. [potion of
                  | mutation]
265479 | Zig:11   | Entered Level 11 of a ziggurat
265493 | Zig:11   | Noticed a juggernaut
265502 | Zig:11   | Killed a juggernaut
265514 | Zig:11   | Identified the +2 battleaxe of Cocytus {venom, Stlth+}
265541 | Zig:12   | Entered Level 12 of a ziggurat
265570 | Zig:12   | Identified the amulet "Nifovvak" {RegenMP rPois Regen+}
265580 | Zig:12   | Acquired the +0 hat of Resourcefulness {rC+ MP+9 Dex+4
                  | Stlth+}
265600 | Zig:12   | Identified the ring of Cuabueg {Fly rPois MP+9 Dex-3 SInv}
265605 | Zig:12   | Got the Collected Works on Dark Secrets and Ice
265623 | Zig:13   | Entered Level 13 of a ziggurat
265637 | Zig:13   | Found the +3 pair of gauntlets of War {Slay+5}
265638 | Zig:13   | Found the +5 sword of Power {vorpal}
265689 | Zig:14   | Entered Level 14 of a ziggurat
265702 | Zig:14   | Noticed Ytiots the pandemonium lord
265702 | Zig:14   | Found the +10 zealot's sword {holy, *Rage rN+ EV+3}
265702 | Zig:14   | Noticed Diur the pandemonium lord
265703 | Zig:14   | Noticed Mijobod the pandemonium lord
265703 | Zig:14   | Noticed Cisoidd the pandemonium lord
265703 | Zig:14   | Found the macabre finger necklace {rN+}
265704 | Zig:14   | Noticed Vyawos the pandemonium lord
265706 | Zig:14   | Found the +8 trishula "Condemnation" {holy, anguish, *Noise
                  | Fly rN+}
265706 | Zig:14   | XOM: swap monsters
265709 | Zig:14   | Killed Ytiots the pandemonium lord
265710 | Zig:14   | Reached skill level 10 in Necromancy
265710 | Zig:14   | Killed Vyawos the pandemonium lord
265712 | Zig:14   | Killed Mijobod the pandemonium lord
265716 | Zig:14   | Killed Cisoidd the pandemonium lord
265717 | Zig:14   | Killed Diur the pandemonium lord
265778 | Zig:14   | Got the Tome of the Igneous Traveller
265796 | Zig:14   | XOM: give mutations
265796 | Zig:14   | Lost mutation: You are robust. (+10% HP) [Xom's mischief]
265796 | Zig:14   | Gained mutation: You have hidden genetic defects. [Xom's
                  | mischief]
265796 | Zig:14   | Lost mutation: You are dopey. (Int -2) [Xom's mischief]
265801 | Zig:15   | Entered Level 15 of a ziggurat
265930 | Zig:15   | Identified the ring "Atalil" {Wiz Drain rF++ Str+2 Int+2}
265950 | Zig:16   | Entered Level 16 of a ziggurat
265977 | Zig:16   | Gained mutation: You are frail. (-10% HP) [hidden defects]
266223 | Zig:16   | Identified the amulet "Wusopp" {Spirit Slay+4}
266249 | Zig:16   | Lost mutation: You have very sharp teeth. [potion of
                  | mutation]
266249 | Zig:16   | Lost mutation: You passively dampen the noise of your
                  | surroundings. [potion of mutation]
266249 | Zig:16   | Lost mutation: You are frail. (-10% HP) [potion of
                  | mutation]
266250 | Zig:16   | Lost mutation: You occasionally shout uncontrollably at
                  | your foes. [potion of mutation]
266250 | Zig:16   | Lost mutation: You have hidden genetic defects. [potion of
                  | mutation]
266250 | Zig:16   | Lost mutation: You are agile. (Dex +4, Str/Int -1) [potion
                  | of mutation]
266252 | Zig:17   | XOM: stealth player
266252 | Zig:17   | Entered Level 17 of a ziggurat
266264 | Zig:17   | Noticed a juggernaut
266264 | Zig:17   | XOM: swap monsters
266268 | Zig:17   | Noticed a juggernaut
266270 | Zig:17   | Killed a juggernaut
266270 | Zig:17   | Killed a juggernaut
266270 | Zig:17   | Noticed a juggernaut
266272 | Zig:17   | XOM: summons 3 friendly demons
266272 | Zig:17   | Noticed a juggernaut
266274 | Zig:17   | Killed a juggernaut
266281 | Zig:17   | Killed a juggernaut
266291 | Zig:17   | Identified the amulet "Ijoczuv" {Spirit Fragile rElec rC+}
266298 | Zig:17   | Identified the +4 mace of the Unspeakable One {spect, rF+++
                  | Str-2 Int-3}
266299 | Zig:17   | Identified the ring "Buos" {Str+4 Dex+6}
266320 | Zig:17   | Identified the +6 triple sword of the Peculiar Hells
                  | {drain, rElec}
266329 | Zig:18   | Entered Level 18 of a ziggurat
266342 | Zig:18   | XOM: polymorph mana viper -> water nymph
266349 | Zig:18   | Found the +7 great mace "Firestarter" {inner flame, rF++}
266369 | Zig:18   | Identified the ring of Biotonlu {Contam MP+9 Str+4 Dex+5}
266385 | Zig:18   | Identified the +0 robe of Gestures {Str+2}
266407 | Zig:18   | Identified the +5 shortbow of Iconoclasm {freeze, rCorr
                  | Int+3}
266718 | Zig:19   | Entered Level 19 of a ziggurat
266730 | Zig:19   | XOM: 2-stop teleportation journey
266742 | Zig:19   | Found the +4 skin of Zhor {*Englaciate rC+++ SInv}
266768 | Zig:19   | Identified the amulet of Morality {Faith rPois Slay+3}
266775 | Zig:19   | Identified the +8 dagger "Allizaym" {vorpal, rC+ rCorr
                  | Str+3 Int+3}
266779 | Zig:20   | Entered Level 20 of a ziggurat
266797 | Zig:20   | Found the +8 mithril axe "Arga" {speed, Will+}
266803 | Zig:20   | Noticed a dread lich
266804 | Zig:20   | Noticed a dread lich
266806 | Zig:20   | Killed a dread lich
266809 | Zig:20   | Killed a dread lich
266810 | Zig:20   | Found the +8 arc blade {discharge, rElec}
267221 | Zig:20   | Identified the +12 long sword of the Bouncing Brambles
                  | {holy, *Noise rElec rPois}
267228 | Zig:20   | Identified the ring "Cuite" {Fire Will++}
267245 | Zig:21   | Entered Level 21 of a ziggurat
267245 | Zig:21   | XOM: summons 1 hostile demon
267258 | Zig:21   | XOM: enchant monster (bad)
267269 | Zig:21   | Reached skill level 15 in Necromancy
267278 | Zig:21   | XOM: chaos cloud
267296 | Zig:21   | Found the +7 great mace "Undeadhunter" {disrupt, rN+}
267299 | Zig:21   | Found the +3 hat of Pondering {ponderous, Will+ MP+10
                  | Int+5}
267305 | Zig:21   | XOM: silly message
267363 | Zig:21   | Identified the +8 hand axe "Orb Guardian's Peril"
                  | {antimagic, rPois Str+3}
267440 | Zig:21   | XOM: scenery: create altars
267442 | Zig:21   | Identified the +4 hand axe "Daun" {vorpal, Fly}
267583 | Zig:21   | XOM: divination: detect creatures
267585 | Zig:21   | Acquired 1007 gold pieces
267586 | Zig:21   | Acquired 1038 gold pieces
267605 | Zig:21   | Identified the +10 war axe of the Equator {vorpal, Drain
                  | Dex-3 SInv Stlth+}
267606 | Zig:21   | Identified the +1 falchion of Qoarch {speed, MP+9 Str+2}
267613 | Zig:21   | Identified the +4 fustibalus "Ducohah" {venom, rC- Int+8
                  | Dex+10}
267632 | Zig:22   | Entered Level 22 of a ziggurat
267664 | Zig:22   | XOM: destruction
267668 | Zig:22   | XOM: summons 13 friendly demons
267697 | Zig:22   | XOM: cloud trail
267717 | Zig:22   | Reached skill level 27 in Ice Magic
267725 | Zig:22   | Identified the ring of Divine Compulsion {Fire +Blink rN+
                  | Str+3}
267852 | Zig:22   | Identified the +8 morningstar "Ogrebane" {freeze, rC+ rCorr
                  | Int+6}
267860 | Zig:23   | Entered Level 23 of a ziggurat
267886 | Zig:23   | XOM: summons 8 friendly demons
267919 | Zig:23   | XOM: 5-stop teleportation journey
267961 | Zig:23   | Found the +8 whip "Snakebite" {venom, curare, rPois}
267963 | Zig:23   | Found the +8 Wrath of Trog {antimagic, *Rage Rampage}
267982 | Zig:23   | Identified the ring of Sumuyluh {Fire Int+4}
267994 | Zig:23   | Identified the ring of Maahion {Contam rC+ rN++ Int+3
                  | Dex+8}
268240 | Zig:24   | Entered Level 24 of a ziggurat
268258 | Zig:24   | XOM: destruction
268260 | Zig:24   | XOM: confuse monster(s)
268266 | Zig:24   | XOM: cloud trail
268269 | Zig:24   | XOM: destruction
268612 | Zig:24   | Identified the +1 chain mail of Dyspraxia {*Corrode rC-
                  | Int+5 Dex+7}
268623 | Zig:24   | Identified the ring of Paoxuwn {Wiz rPois rN+ MP+9}
268627 | Zig:24   | Identified the +3 hand axe of Imogik {vorpal, rC- Str-5
                  | Int+6 Dex+9}
268632 | Zig:24   | Identified the +2 mace "Qilus" {vorpal, rPois Stlth+}
268637 | Zig:25   | Entered Level 25 of a ziggurat
268689 | Zig:25   | XOM: god gift: book of Blood
268790 | Zig:25   | Identified the ring "Firha" {rElec MP+9 SInv}
268795 | Zig:25   | Identified the +7 quarterstaff "Gider" {drain, Str+2
                  | Stlth+}
268798 | Zig:25   | XOM: god gift: flail {god gift}
268799 | Zig:25   | Identified the +4 broad axe of the Lusting Gods {flame,
                  | rPois rCorr Str+4}
268800 | Zig:25   | Identified the +8 morningstar "Killer Bee's Peril" {vorpal,
                  | *Corrode rPois Dex+8}
268803 | Zig:25   | Identified the +11 scimitar of Balance {venom, rElec rN+
                  | Str-2 Dex+3}
268805 | Zig:25   | Identified the +4 dagger "Tiadutsoi" {flame, Dex+5}
268810 | Zig:25   | Identified the +0 robe of the Shining Light {Archmagi}
268812 | Zig:26   | Entered Level 26 of a ziggurat
268835 | Zig:26   | XOM: divine lightning
268840 | Zig:26   | XOM: smoke on damage
268886 | Zig:26   | Reached skill level 27 in Air Magic
268892 | Zig:26   | Identified the +2 hunting sling "Ahu Agel" {freeze, Int+4}
268893 | Zig:26   | Identified the +3 hunting sling of Ravage {venom, rF+ Dex+4
                  | SInv}
269047 | Zig:26   | XOM: god gift: 6 gold pieces
269052 | Zig:27   | Entered Level 27 of a ziggurat
269063 | Zig:27   | Noticed Abraleg the pandemonium lord
269067 | Zig:27   | Noticed Seppep the pandemonium lord
269070 | Zig:27   | Killed Abraleg the pandemonium lord
269074 | Zig:27   | Noticed Uruhimek the pandemonium lord
269076 | Zig:27   | Killed Seppep the pandemonium lord
269078 | Zig:27   | Noticed Laaph the pandemonium lord
269079 | Zig:27   | Noticed Kywn the pandemonium lord
269080 | Zig:27   | Noticed Gequ the pandemonium lord
269080 | Zig:27   | Noticed Virghem the pandemonium lord
269080 | Zig:27   | Noticed Wicsum the pandemonium lord
269080 | Zig:27   | Noticed Vaolicucs the pandemonium lord
269080 | Zig:27   | Noticed Sugigian the pandemonium lord
269081 | Zig:27   | XOM: enchant monster (good)
269082 | Zig:27   | Noticed Utuen the pandemonium lord
269082 | Zig:27   | Noticed Cuef the pandemonium lord
269082 | Zig:27   | Killed Gequ the pandemonium lord
269082 | Zig:27   | Noticed Feetum the pandemonium lord
269082 | Zig:27   | Noticed Gog Vekour the pandemonium lord
269083 | Zig:27   | Noticed Wiubeib the pandemonium lord
269084 | Zig:27   | Killed Virghem the pandemonium lord
269085 | Zig:27   | Noticed Naom the pandemonium lord
269085 | Zig:27   | XOM: summons 6 friendly demons
269087 | Zig:27   | Killed Vaolicucs the pandemonium lord
269087 | Zig:27   | Killed Kywn the pandemonium lord
269087 | Zig:27   | Killed Feetum the pandemonium lord
269087 | Zig:27   | Killed Wiubeib the pandemonium lord
269087 | Zig:27   | Killed Wicsum the pandemonium lord
269087 | Zig:27   | Killed Uruhimek the pandemonium lord
269089 | Zig:27   | Killed Naom the pandemonium lord
269089 | Zig:27   | Killed Sugigian the pandemonium lord
269089 | Zig:27   | Killed Cuef the pandemonium lord
269090 | Zig:27   | Killed Utuen the pandemonium lord
269091 | Zig:27   | Noticed Qomuip the pandemonium lord
269091 | Zig:27   | Noticed Leasmutz the pandemonium lord
269093 | Zig:27   | XOM: scenery: summon butterflies
269093 | Zig:27   | Noticed Yquagye the pandemonium lord
269096 | Zig:27   | XOM: destruction
269096 | Zig:27   | Noticed Ylikhlan the pandemonium lord
269096 | Zig:27   | Noticed Pemnih the pandemonium lord
269096 | Zig:27   | Noticed Tymotov the pandemonium lord
269097 | Zig:27   | Noticed Zugujil the pandemonium lord
269097 | Zig:27   | Killed Gog Vekour the pandemonium lord
269099 | Zig:27   | Noticed Vafupit the pandemonium lord
269099 | Zig:27   | Noticed Alegotwy the pandemonium lord
269099 | Zig:27   | Killed Laaph the pandemonium lord
269100 | Zig:27   | XOM: enchant monster (good)
269106 | Zig:27   | Killed Qomuip the pandemonium lord
269112 | Zig:27   | Killed Pemnih the pandemonium lord
269112 | Zig:27   | Killed Leasmutz the pandemonium lord
269112 | Zig:27   | Your ally Alegotwy died
269114 | Zig:27   | Killed Tymotov the pandemonium lord
269114 | Zig:27   | Killed Yquagye the pandemonium lord
269121 | Zig:27   | Killed Ylikhlan the pandemonium lord
269122 | Zig:27   | Killed Vafupit the pandemonium lord
269124 | Zig:27   | Killed Zugujil the pandemonium lord
269133 | Zig:27   | Noticed Myskaf the pandemonium lord
269141 | Zig:27   | Killed Myskaf the pandemonium lord
269253 | Zig:27   | XOM: scenery: create altars
269363 | Zig:27   | Found the +10 tower shield of Ignorance {rN+ Int-4}
269363 | Zig:27   | XOM: 4-stop teleportation journey
269368 | Zig:27   | XOM: divination: magic mapping
269418 | Zig:27   | Identified the +0 hand axe of Subjectivity {venom, Drain
                  | rPois Stlth+}
269456 | Depths:1 | Upgraded the game from 0.29-a0-472-ge5599a681e to
                  | 0.29-a0-477-g62b78b4225
269483 | Depths:1 | XOM: give mutation
269483 | Depths:1 | Gained mutation: You are partially covered in iridescent
                  | scales. (AC +2) [Xom's grace]
269508 | Depths:1 | XOM: scenery: summon butterflies
269563 | Pan      | Entered Pandemonium
269580 | Pan      | Reached skill level 1 in Shields
269606 | Pan      | Noticed Woycio the pandemonium lord
269613 | Pan      | Killed Woycio the pandemonium lord
269935 | Pan      | XOM: summons 3 friendly demons
269974 | Pan      | XOM: god gift: book of Dreams
270100 | Pan      | XOM: cloud trail
270360 | Pan      | Found an exit through the horrors of the Abyss.
270602 | Pan      | XOM: divination: magic mapping
270811 | Pan      | XOM: scenery: create altars
270947 | Pan      | Found an exit through the horrors of the Abyss.
271238 | Pan      | Reached skill level 5 in Shields
271710 | Pan      | Found a shimmering altar of Xom.
271715 | Pan      | XOM: give mutations
271715 | Pan      | Gained mutation: Your body sometimes deteriorates upon
                  | taking damage. [Xom's mischief]
271715 | Pan      | Gained mutation: Your magical capacity is low. (-10% MP)
                  | [Xom's mischief]
271720 | Pan      | Found a shimmering altar of Xom.
271773 | Pan      | Lost mutation: Your flesh is cold resistant. (rC+) [potion
                  | of mutation]
271773 | Pan      | Lost mutation: Your body sometimes deteriorates upon taking
                  | damage. [potion of mutation]
271773 | Pan      | Gained mutation: You have hidden genetic potential. [potion
                  | of mutation]
271773 | Pan      | Gained mutation: You are agile. (Dex +4, Str/Int -1)
                  | [potion of mutation]
271773 | Pan      | Gained mutation: One of your tentacles bears a spike.
                  | [potion of mutation]
271774 | Pan      | Lost mutation: Your magical capacity is low. (-10% MP)
                  | [potion of mutation]
271774 | Pan      | Lost mutation: You are agile. (Dex +4, Str/Int -1) [potion
                  | of mutation]
271774 | Pan      | Gained mutation: You occasionally shout uncontrollably at
                  | your foes. [potion of mutation]
271774 | Pan      | Gained mutation: Your natural rate of healing is unusually
                  | fast. [potion of mutation]
271774 | Pan      | Gained mutation: Your spells are a little easier to cast,
                  | but a little less powerful. [potion of mutation]
271775 | Pan      | Lost mutation: You have hidden genetic potential. [potion
                  | of mutation]
271775 | Pan      | Lost mutation: Your spells are a little easier to cast, but
                  | a little less powerful. [potion of mutation]
271775 | Pan      | Gained mutation: You are clumsy. (Dex -2) [potion of
                  | mutation]
271775 | Pan      | Gained mutation: You sometimes lose your temper in combat.
                  | [potion of mutation]
271776 | Pan      | Lost mutation: You are clumsy. (Dex -2) [potion of
                  | mutation]
271776 | Pan      | Lost mutation: One of your tentacles bears a spike. [potion
                  | of mutation]
271776 | Pan      | Gained mutation: Your mind is acute. (Int +4, Str/Dex -1)
                  | [potion of mutation]
271777 | Pan      | Lost mutation: Your mind is acute. (Int +4, Str/Dex -1)
                  | [potion of mutation]
271777 | Pan      | Lost mutation: You occasionally shout uncontrollably at
                  | your foes. [potion of mutation]
271777 | Pan      | Gained mutation: You are agile. (Dex +4, Str/Int -1)
                  | [potion of mutation]
271778 | Pan      | Lost mutation: You are agile. (Dex +4, Str/Int -1) [potion
                  | of mutation]
271778 | Pan      | Lost mutation: Your natural rate of healing is unusually
                  | fast. [potion of mutation]
271778 | Pan      | Lost mutation: You are partially covered in iridescent
                  | scales. (AC +2) [potion of mutation]
271778 | Pan      | Gained mutation: You are partially covered in iridescent
                  | scales. (AC +2) [potion of mutation]
271778 | Pan      | Gained mutation: You are frail. (-10% HP) [potion of
                  | mutation]
271779 | Pan      | Lost mutation: You sometimes lose your temper in combat.
                  | [potion of mutation]
271779 | Pan      | Lost mutation: You are partially covered in iridescent
                  | scales. (AC +2) [potion of mutation]
271779 | Pan      | Lost mutation: You are frail. (-10% HP) [potion of
                  | mutation]
271779 | Pan      | Gained mutation: You are dopey. (Int -2) [potion of
                  | mutation]
271779 | Pan      | Gained mutation: You are agile. (Dex +4, Str/Int -1)
                  | [potion of mutation]
271779 | Pan      | Gained mutation: Your spells are a little harder to cast,
                  | but a little more powerful. [potion of mutation]
271779 | Pan      | Gained mutation: You have hidden genetic potential. [potion
                  | of mutation]
271835 | Pan      | Found a shimmering altar of Xom.
271846 | Pan      | Found a shimmering altar of Xom.
271846 | Pan      | Found a shimmering altar of Xom.
271932 | Pan      | Found an exit through the horrors of the Abyss.
272264 | Pan      | XOM: 3-stop teleportation journey
272556 | Pan      | XOM: give mutations
272556 | Pan      | Lost mutation: You are dopey. (Int -2) [Xom's mischief]
272556 | Pan      | Gained mutation: You expend magic power (3 MP) to
                  | strengthen your wands. [Xom's mischief]
272746 | Pan      | XOM: summons 2 hostile shadow creatures
273027 | Pan      | XOM: stat loss: -1 Str (27/28)
273121 | Pan      | XOM: scenery: summon butterflies
273307 | Pan      | XOM: give mutations
273307 | Pan      | Gained mutation: Your system is resistant to poisons.
                  | (rPois) [Xom's grace]
273307 | Pan      | Gained mutation: Your muscles are strong. (Str +4, Int/Dex
                  | -1) [Xom's grace]
273307 | Pan      | Lost mutation: You have hidden genetic potential. [Xom's
                  | grace]
273307 | Pan      | Gained mutation: You are somewhat resistant to further
                  | mutation. [Xom's grace]
273307 | Pan      | Gained mutation: You are partially covered in iridescent
                  | scales. (AC +2) [Xom's grace]
273360 | Pan      | Found an exit through the horrors of the Abyss.
273753 | Pan      | XOM: cloud trail
273984 | Pan      | Found an exit through the horrors of the Abyss.
274012 | Pan      | XOM: god gift: 32 gold pieces
274037 | Pan      | XOM: god gift: wand of polymorph (2)
274063 | Pan      | XOM: 3-stop teleportation journey
274146 | Pan      | XOM: 1-stop teleportation journey
274193 | Pan      | XOM: give mutation
274193 | Pan      | Gained mutation: You occasionally shout uncontrollably at
                  | your foes. [Xom's mischief]
274218 | Pan      | XOM: 1-stop teleportation journey
274394 | Pan      | XOM: summons 14 hostile demons
274459 | Pan      | XOM: summons 8 hostile demons
274847 | Pan      | XOM: summons 8 hostile demons
274940 | Pan      | XOM: noise
275161 | Pan      | XOM: stat loss: -1 Int (23/24)
275179 | Pan      | Found a shimmering altar of Xom.
275188 | Pan      | Found a shimmering altar of Xom.
275191 | Pan      | Found a shimmering altar of Xom.
275562 | Pan      | XOM: god gift: 5 atropa-tipped darts
275758 | Pan      | XOM: smoke on damage
275781 | Pan      | Found a shimmering altar of Xom.
275803 | Pan      | Found a shimmering altar of Xom.
275803 | Pan      | Found a shimmering altar of Xom.
275811 | Pan      | XOM: scenery: create altars
275841 | Pan      | Found an exit through the horrors of the Abyss.
275875 | Pan      | XOM: cast spell 'Olgreb's Toxic Radiance'
276074 | Pan      | XOM: give mutations
276074 | Pan      | Gained mutation: One of your tentacles bears a spike.
                  | [Xom's grace]
276074 | Pan      | Gained mutation: You have a pair of small antennae on your
                  | head. [Xom's grace]
276074 | Pan      | Gained mutation: Your skin blends seamlessly with your
                  | surroundings (Stealth++). [Xom's grace]
276085 | Pan      | XOM: scenery: summon butterflies
276238 | Pan      | XOM: god gift: 6 boomerangs of dispersal
276376 | Pan      | XOM: cleaving
276513 | Pan      | XOM: give mutations
276513 | Pan      | Lost mutation: You are somewhat resistant to further
                  | mutation. [Xom's grace]
276513 | Pan      | Gained mutation: You have hidden genetic potential. [Xom's
                  | grace]
276513 | Pan      | Gained mutation: You are very agile. (Dex +8, Str/Int -2)
                  | [Xom's grace]
276513 | Pan      | Lost mutation: You have hidden genetic potential. [Xom's
                  | grace]
276513 | Pan      | Gained mutation: You are somewhat resistant to further
                  | mutation. [Xom's grace]
276729 | Pan      | Found a shimmering altar of Xom.
276733 | Pan      | Found a shimmering altar of Xom.
276742 | Pan      | Found a shimmering altar of Xom.
276746 | Pan      | Found a shimmering altar of Xom.
276950 | Pan      | Found an exit through the horrors of the Abyss.
277266 | Pan      | XOM: silly message
277397 | Pan      | XOM: cast spell 'Summon Small Mammal'
277709 | Pan      | Found a shimmering altar of Xom.
277721 | Pan      | Found a shimmering altar of Xom.
277721 | Pan      | Found a shimmering altar of Xom.
277722 | Pan      | Found a shimmering altar of Xom.
277747 | Pan      | XOM: 3-stop teleportation journey
277754 | Pan      | XOM: god gift: staff of fire
277800 | Pan      | Found an exit through the horrors of the Abyss.
277885 | Pan      | XOM: summons 1 hostile demon
278474 | Pan      | XOM: swap monsters
278477 | Pan      | XOM: enchant monster (bad)
278715 | Pan      | Found an exit through the horrors of the Abyss.
278721 | Pan      | XOM: summons 2 hostile demons
278887 | Pan      | Found a shimmering altar of Xom.
278889 | Pan      | Found a shimmering altar of Xom.
278902 | Pan      | Found a shimmering altar of Xom.
278903 | Pan      | XOM: stat loss: -1 Int (23/24)
278915 | Pan      | Found a shimmering altar of Xom.
278969 | Pan      | XOM: silly message
279277 | Pan      | Found a shimmering altar of Xom.
279288 | Pan      | Found a shimmering altar of Xom.
279288 | Pan      | Found a shimmering altar of Xom.
279289 | Pan      | Found a shimmering altar of Xom.
279364 | Pan      | Found an exit through the horrors of the Abyss.
279580 | Pan      | XOM: summons 11 hostile demons
279967 | Pan      | Found a shimmering altar of Xom.
280129 | Pan      | Found an exit through the horrors of the Abyss.
280466 | Pan      | Found a shimmering altar of Xom.
280476 | Pan      | Found a shimmering altar of Xom.
280698 | Pan      | Found an exit through the horrors of the Abyss.
280726 | Pan      | Found a shimmering altar of Xom.
280727 | Pan      | Found a shimmering altar of Xom.
280736 | Pan      | Found a shimmering altar of Xom.
280740 | Pan      | Found a shimmering altar of Xom.
281017 | Pan      | XOM is BORED!
281017 | Pan      | XOM: stat loss: -1 Dex (59/60)
281156 | Pan      | XOM: noise
281234 | Pan      | XOM: enchant monster (bad)
281326 | Pan      | XOM: god gift: wand of iceblast (5)
281479 | Pan      | XOM: 1-stop teleportation journey
281537 | Pan      | XOM: silly message
281569 | Pan      | Found a shimmering altar of Xom.
281581 | Pan      | Found a shimmering altar of Xom.
281581 | Pan      | Found a shimmering altar of Xom.
281582 | Pan      | Found a shimmering altar of Xom.
281627 | Pan      | Found an exit through the horrors of the Abyss.
281862 | Pan      | XOM: 5-stop teleportation journey
282147 | Pan      | XOM: summons 1 hostile shadow creature
282588 | Pan      | Found a shimmering altar of Xom.
282601 | Pan      | Found a shimmering altar of Xom.
282601 | Pan      | Found a shimmering altar of Xom.
282602 | Pan      | Found a shimmering altar of Xom.
282662 | Pan      | Found an exit through the horrors of the Abyss.
282781 | Pan      | XOM: noise
282939 | Pan      | XOM: silly message
283003 | Pan      | XOM: summons 4 hostile demons
283114 | Pan      | XOM: confusion (+ monsters)
283116 | Pan      | XOM: polymorph sun demon -> blizzard demon
283210 | Pan      | XOM: summons 2 hostile shadow creatures
283508 | Pan      | XOM: stat loss: -1 Int (20/24)
283536 | Pan      | XOM: cloud trail
283611 | Pan      | XOM: 3-stop teleportation journey
283629 | Pan      | Reached skill level 10 in Shields
283632 | Pan      | XOM: scenery: summon butterflies
283714 | Pan      | Found an exit through the horrors of the Abyss.
283982 | Pan      | XOM: god gift: 58 gold pieces
284110 | Pan      | XOM: give mutations
284110 | Pan      | Lost mutation: You are somewhat resistant to further
                  | mutation. [Xom's mischief]
284110 | Pan      | Gained mutation: You have hidden genetic potential. [Xom's
                  | mischief]
284110 | Pan      | Lost mutation: You are very agile. (Dex +8, Str/Int -2)
                  | [Xom's mischief]
284387 | Pan      | XOM: give mutations
284387 | Pan      | Gained mutation: Your skin perfectly mimics your
                  | surroundings (Stealth+++). [Xom's grace]
284387 | Pan      | Gained mutation: You passively dampen the noise of your
                  | surroundings. [Xom's grace]
284387 | Pan      | Gained mutation: You are resistant to electric shocks.
                  | (rElec) [Xom's grace]
284644 | Pan      | XOM: god gift: hand crossbow {god gift}
285104 | Pan      | XOM: cloud trail
285348 | Pan      | XOM: cloud trail
285470 | Pan      | XOM: god gift: scroll of immolation
286271 | Pan      | XOM: god gift: 27 gold pieces
286474 | Pan      | XOM: noise
287369 | Pan      | XOM: noise
287463 | Pan      | XOM: 3-stop teleportation journey
287627 | Pan      | XOM: summons 1 hostile demon
288311 | Pan      | Learned a level 5 spell: Borgnjor's Vile Clutch
288694 | Pan      | XOM: scenery: summon butterflies
288695 | Pan      | XOM: give mutations
288695 | Pan      | Gained mutation: You have an increased reservoir of magic.
                  | (+10% MP) [Xom's grace]
288695 | Pan      | Gained mutation: You are very agile. (Dex +8, Str/Int -2)
                  | [Xom's grace]
288695 | Pan      | Gained mutation: Your mind is acute. (Int +4, Str/Dex -1)
                  | [Xom's grace]
289059 | Pan      | XOM is BORED!
289069 | Pan      | Learned a level 9 spell: Shatter
289133 | Pan      | XOM: cast spell 'Call Canine Familiar'
289292 | Pan      | XOM: summons 3 hostile demons
289548 | Pan      | XOM: silly message
289845 | Pan      | XOM: stat loss: -1 Dex (59/60)
290463 | Pan      | XOM: summons 1 hostile shadow creature
291256 | Pan      | XOM: noise
291328 | Pan      | XOM: summons 2 hostile demons
291906 | Pan      | XOM: noise
292060 | Pan      | XOM: stat loss: -1 Dex (58/60)
292068 | Pan      | XOM: summons 2 hostile demons
292974 | Pan      | XOM: summons 2 hostile shadow creatures
293227 | Pan      | XOM: summons 2 hostile demons
293348 | Pan      | XOM: stat loss: -1 Str (29/30)
293473 | Pan      | XOM is BORED!
293473 | Pan      | XOM: summons 9 hostile demons
293474 | Pan      | XOM: chaos cloud
293484 | Pan      | Reached skill level 1 in Earth Magic
293539 | Pan      | XOM: summons 12 hostile demons
293541 | Pan      | XOM: silly message
293542 | Pan      | XOM: enchant monster (bad)
293543 | Pan      | XOM: swap monsters
293549 | Pan      | Reached skill level 27 in Necromancy
293557 | Pan      | XOM: blink monster(s)
293579 | Pan      | XOM: cast spell 'Chain of Chaos'
293600 | Pan      | XOM: chaos cloud
293690 | Pan      | XOM: enchant monster (bad)
293693 | Pan      | XOM: swap monsters
293943 | Pan      | XOM: polymorph ynoxinul -> smoke demon
294151 | Pan      | XOM: stat loss: -1 Str (29/30)
294726 | Pan      | XOM: summons 2 hostile demons
295094 | Pan      | XOM: give mutations
295094 | Pan      | Lost mutation: You are resistant to electric shocks.
                  | (rElec) [Xom's mischief]
295094 | Pan      | Lost mutation: You have hidden genetic potential. [Xom's
                  | mischief]
295094 | Pan      | Lost mutation: Your spells are a little harder to cast, but
                  | a little more powerful. [Xom's mischief]
295435 | Pan      | XOM: noise
295453 | Pan      | XOM: noise
295492 | Pan      | XOM: noise
295593 | Pan      | XOM: god gift: 15 stones
295732 | Pan      | XOM: stat loss: -1 Int (25/26)
296126 | Pan      | XOM: divination: detect items
296660 | Pan      | XOM: cloud trail
297018 | Pan      | XOM: summons 3 hostile demons
297949 | Pan      | XOM: 8-stop teleportation journey
298058 | Pan      | XOM: god gift: wand of paralysis (7)
298083 | Pan      | XOM: confusion (+ monsters)
298104 | Pan      | Reached skill level 5 in Earth Magic
298199 | Pan      | Found an exit through the horrors of the Abyss.
298199 | Pan      | XOM: 2-stop teleportation journey
298427 | Pan      | XOM: 11-stop teleportation journey
298449 | Pan      | XOM: chaos cloud
298450 | Pan      | Paralysed by you for 4 turns
299500 | Pan      | XOM: stat loss: -1 Str (29/30)
299635 | Pan      | XOM: summons 2 hostile shadow creatures
300396 | Pan      | XOM: summons 1 hostile demon
300544 | Pan      | XOM: noise
300773 | Pan      | Found a shimmering altar of Xom.
300818 | Pan      | Found an exit through the horrors of the Abyss.
300836 | Pan      | Found a shimmering altar of Xom.
300837 | Pan      | Found a shimmering altar of Xom.
300837 | Pan      | Found a shimmering altar of Xom.
300889 | Pan      | XOM: summons 11 hostile demons
300967 | Pan      | XOM: blink monster(s)
300978 | Pan      | XOM: swap monsters
301007 | Pan      | XOM: divination: magic mapping
301010 | Pan      | XOM: silly message
301034 | Pan      | XOM: divination: magic mapping
301046 | Pan      | XOM: cloud trail
301090 | Pan      | XOM: cast spell 'Leda's Liquefaction'
301750 | Pan      | Cast into level 5 of the Abyss (Xom)
301750 | Abyss:5  | Entered Level 5 of the Abyss
301753 | Abyss:5  | Found a snail-covered altar of Cheibriados.
301784 | Abyss:5  | XOM: summons 12 hostile demons
301873 | Abyss:5  | XOM: noise
301880 | Pan      | Escaped the Abyss
302154 | Pan      | XOM: silly message
302418 | Pan      | XOM: noise
302551 | Pan      | XOM: summons 4 hostile demons
302688 | Pan      | XOM: stat loss: -1 Str (29/30)
302974 | Pan      | XOM: confusion
302988 | Pan      | XOM: 1-stop teleportation journey
302989 | Pan      | XOM: polymorph smoke demon -> ynoxinul
303066 | Pan      | XOM: god gift: potion of heal wounds
303123 | Pan      | XOM: stat loss: -1 Str (28/30)
303127 | Pan      | XOM: cloud trail
303241 | Pan      | Found a shimmering altar of Xom.
303241 | Pan      | Found a shimmering altar of Xom.
303241 | Pan      | XOM: 6-stop teleportation journey
303525 | Pan      | XOM: 2-stop teleportation journey
303531 | Pan      | Found a shimmering altar of Xom.
304122 | Pan      | Found a shimmering altar of Xom.
304580 | Pan      | XOM: scenery: summon butterflies
305057 | Pan      | XOM: silly message
305150 | Pan      | XOM: divination: detect items
305594 | Pan      | XOM: cast spell 'Cause Fear'
305604 | Pan      | XOM: cast spell 'Summon Mana Viper'
305764 | Pan      | XOM: summons 2 hostile shadow creatures
305876 | Pan      | XOM: 3-stop teleportation journey
305898 | Pan      | XOM: noise
305950 | Pan      | XOM: stat loss: -1 Str (29/30)
306307 | Pan      | XOM: 6-stop teleportation journey
306313 | Pan      | Found an exit through the horrors of the Abyss.
306375 | Pan      | XOM: summons 1 hostile demon
306414 | Pan      | XOM: repel stairs
306454 | Pan      | XOM: 5-stop teleportation journey
306496 | Pan      | XOM: swap monsters
306500 | Pan      | XOM: confuse monster(s)
306617 | Pan      | XOM: noise
306690 | Pan      | XOM: blink monster(s)
306726 | Pan      | Reached skill level 15 in Shields
306751 | Pan      | XOM: stat loss: -1 Str (29/30)
306768 | Pan      | XOM: potion effect (invisibility)
307041 | Pan      | XOM: silly message
307081 | Pan      | XOM: polymorph ufetubus -> crimson imp
307101 | Pan      | XOM: scenery: summon butterflies
307227 | Pan      | XOM: divination: magic mapping
307806 | Pan      | XOM: give mutations
307806 | Pan      | Gained mutation: You are mostly covered in iridescent
                  | scales. (AC +4) [Xom's grace]
307806 | Pan      | Gained mutation: Your spells are a little harder to cast,
                  | but a little more powerful. [Xom's grace]
308183 | Pan      | XOM: give mutations
308183 | Pan      | Gained mutation: You are completely covered in iridescent
                  | scales. (AC +6) [Xom's grace]
308183 | Pan      | Gained mutation: Your spells are harder to cast, but more
                  | powerful. [Xom's grace]
308183 | Pan      | Gained mutation: Your flesh is heat resistant. (rF+) [Xom's
                  | grace]
308199 | Pan      | XOM: 6-stop teleportation journey
308217 | Pan      | XOM: 8-stop teleportation journey
308275 | Pan      | XOM: 1-stop teleportation journey
308531 | Pan      | XOM: noise
308586 | Pan      | XOM: scenery: create altars
308601 | Pan      | XOM: chaos cloud
308709 | Pan      | XOM: divination: detect creatures
308715 | Pan      | Reached skill level 10 in Earth Magic
308732 | Pan      | XOM: scenery: create altars
309052 | Pan      | XOM: god gift: 49 gold pieces
309255 | Pan      | XOM: give mutation
309255 | Pan      | Gained mutation: You are resistant to electric shocks.
                  | (rElec) [Xom's grace]
309498 | Pan      | XOM: cloud trail
309544 | Pan      | XOM: god gift: scale mail {god gift}
309708 | Pan      | XOM: god gift: staff of earth
309815 | Pan      | Identified the ring "Petuz" {Will+ rCorr} (Xom gifted it to
                  | you in Pandemonium)
309815 | Pan      | XOM: god gift: ring "Petuz" {Will+ rCorr}
309844 | Pan      | XOM: god gift: potion of curing
309960 | Pan      | XOM: divination: magic mapping
309981 | Pan      | XOM: potion effect (might)
310045 | Pan      | XOM: cast spell 'Summon Small Mammal'
310072 | Pan      | XOM: scenery: create altars
310074 | Pan      | XOM: divination: detect items
310389 | Pan      | XOM: god gift: ring mail {god gift}
310585 | Pan      | XOM: scenery: create altars
310613 | Pan      | XOM: noise
310699 | Pan      | XOM: divination: detect creatures
310850 | Pan      | XOM: noise
310856 | Pan      | XOM: enchant monster (good)
310939 | Pan      | XOM: silly message
310945 | Pan      | XOM: enchant monster (bad)
310977 | Pan      | XOM: confusion (+ monsters)
311678 | Pan      | XOM: god gift: lightning rod (4/4)
312064 | Pan      | XOM: give mutation
312064 | Pan      | Gained mutation: You passively map a small area around you.
                  | [Xom's grace]
312295 | Pan      | XOM: polymorph demonic crawler -> apocalypse crab
312322 | Pan      | XOM: swap monsters
312333 | Pan      | XOM: summons 2 friendly demons
312387 | Pan      | XOM: cleaving
312397 | Pan      | XOM: potion effect (might)
312570 | Pan      | XOM: give mutations
312570 | Pan      | Lost mutation: You are completely covered in iridescent
                  | scales. (AC +6) [Xom's mischief]
312570 | Pan      | Lost mutation: Your muscles are strong. (Str +4, Int/Dex
                  | -1) [Xom's mischief]
312632 | Pan      | XOM: cloud trail
312653 | Pan      | XOM: divination: detect creatures
312787 | Pan      | XOM: summons 2 hostile demons
312957 | Pan      | XOM: noise
312974 | Pan      | XOM: 1-stop teleportation journey
313154 | Pan      | XOM: noise
313173 | Pan      | XOM: noise
313208 | Pan      | XOM: divination: magic mapping
313518 | Pan      | XOM: confusion (+ monsters)
313553 | Pan      | XOM: confuse monster(s)
313619 | Pan      | XOM: cast spell 'Summon Small Mammal'
313626 | Pan      | XOM: silly message
313646 | Pan      | XOM: silly message
313691 | Pan      | XOM: silly message
313878 | Pan      | XOM: silly message
313943 | Pan      | XOM: silly message
313945 | Pan      | XOM: silly message
314078 | Pan      | XOM: divination: detect items
314092 | Pan      | XOM: silly message
314202 | Pan      | XOM: silly message
314246 | Pan      | XOM: divination: magic mapping
314271 | Pan      | XOM: polymorph demonic crawler -> rakshasa
314273 | Pan      | XOM: 3-stop teleportation journey
314367 | Pan      | XOM: swap monsters
314410 | Pan      | XOM: summons 14 hostile demons
314494 | Pan      | XOM: noise
314727 | Pan      | XOM: summons 1 hostile demon
314754 | Pan      | XOM: silly message
315068 | Pan      | XOM: divination: detect creatures
315860 | Pan      | XOM: divination: detect items
315904 | Pan      | XOM: cloud trail
316161 | Pan      | XOM: silly message
316373 | Pan      | XOM: cloud trail
316438 | Pan      | XOM: give mutations
316438 | Pan      | Gained mutation: Your muscles are strong. (Str +4, Int/Dex
                  | -1) [Xom's grace]
316438 | Pan      | Gained mutation: You are completely covered in iridescent
                  | scales. (AC +6) [Xom's grace]
316438 | Pan      | Gained mutation: Your natural rate of healing is unusually
                  | fast. [Xom's grace]
316565 | Pan      | XOM: cloud trail
316654 | Pan      | XOM: give mutation
316654 | Pan      | Gained mutation: One of your tentacles bears a nasty spike.
                  | [Xom's grace]
316832 | Pan      | XOM: god gift: 771 gold pieces
316874 | Pan      | XOM: cloud trail
317153 | Pan      | XOM: 2-stop teleportation journey
317176 | Pan      | XOM: enchant monster (good)
317236 | Pan      | XOM: confusion
317281 | Pan      | XOM: confusion
317325 | Pan      | XOM: god gift: 10 stones
317332 | Pan      | XOM: enchant monster (bad)
317956 | Pan      | XOM: give mutations
317956 | Pan      | Lost mutation: Your system is resistant to poisons. (rPois)
                  | [Xom's mischief]
317956 | Pan      | Lost mutation: Your skin perfectly mimics your surroundings
                  | (Stealth+++). [Xom's mischief]
317969 | Pan      | XOM: scenery: summon butterflies
318600 | Pan      | XOM: scenery: summon butterflies
318635 | Pan      | XOM: god gift: 802 gold pieces
318716 | Pan      | XOM: god gift: morningstar {god gift}
318906 | Pan      | XOM: 8-stop teleportation journey
318923 | Pan      | XOM: polymorph soul eater -> sun demon
319151 | Pan      | XOM: divination: magic mapping
319325 | Pan      | XOM: confuse monster(s)
319429 | Pan      | XOM: god gift: scroll of enchant weapon
319507 | Pan      | XOM: give mutation
319507 | Pan      | Gained mutation: You have hidden genetic potential. [Xom's
                  | grace]
320550 | Pan      | XOM: 7-stop teleportation journey
320666 | Pan      | XOM: god gift: wand of acid (4)
321185 | Pan      | Identified the ring "Agrysoxt" {Fly Str+4} (Xom gifted it
                  | to you in Pandemonium)
321185 | Pan      | XOM: god gift: ring "Agrysoxt" {Fly Str+4}
321566 | Pan      | XOM: scenery: summon butterflies
321619 | Pan      | XOM: summons friendly white imp
321627 | Pan      | XOM: silly message
322123 | Pan      | XOM: divination: detect items
322132 | Pan      | XOM: confuse monster(s)
322145 | Pan      | XOM: silly message
322183 | Pan      | XOM: cleaving
322185 | Pan      | XOM: cast spell 'Summon Dragon'
322222 | Pan      | XOM: enchant monster (good)
322441 | Pan      | XOM: enchant monster (good)
322608 | Pan      | XOM: divination: magic mapping
323409 | Pan      | XOM: summons 1 hostile demon
323889 | Pan      | XOM: god gift: +2 demon blade of chaos
323917 | Pan      | XOM: scenery: summon butterflies
324006 | Pan      | XOM: summons 2 hostile demons
324040 | Pan      | XOM: divination: detect creatures
325085 | Pan      | XOM is BORED!
325085 | Pan      | XOM: stat loss: -3 Str (27/30)
325216 | Pan      | XOM: god gift: 20 stones
325819 | Pan      | XOM: stat loss: -1 Str (26/30)
325906 | Pan      | XOM: summons 2 hostile demons
326893 | Pan      | XOM: give mutation
326893 | Pan      | Gained mutation: Your spells are much harder to cast, but
                  | much more powerful. [Xom's grace]
326916 | Pan      | XOM: give mutations
326916 | Pan      | Gained mutation: Your mind is very acute. (Int +8, Str/Dex
                  | -2) [Xom's grace]
326916 | Pan      | Gained mutation: You have supernaturally acute eyesight.
                  | (SInv) [Xom's grace]
326923 | Pan      | XOM: silly message
327007 | Pan      | XOM: summons 1 hostile demon
328010 | Pan      | XOM: smoke on damage
329143 | Pan      | XOM: swap monsters
329192 | Pan      | XOM: silly message
329566 | Pan      | XOM: stat loss: -1 Int (27/28)
329820 | Pan      | XOM: stat loss: -1 Dex (59/60)
331646 | Pan      | XOM: summons 2 hostile demons
332006 | Pan      | XOM: silly message
332027 | Pan      | XOM: noise
332145 | Pan      | XOM: silly message
332327 | Pan      | XOM: god gift: scroll of noise
332495 | Pan      | XOM: summons 1 hostile demon
332589 | Pan      | XOM is BORED!
332589 | Pan      | XOM: polymorph soul eater -> sun demon
332628 | Pan      | XOM: confusion
332822 | Pan      | XOM: summons 2 friendly demons
332969 | Pan      | XOM: confusion
332979 | Pan      | XOM: polymorph demonic crawler -> hell hog
333032 | Pan      | XOM: divination: magic mapping
333040 | Pan      | XOM: summons 8 friendly demons
333071 | Pan      | XOM: polymorph white imp -> crimson imp
333174 | Pan      | Reached skill level 15 in Earth Magic
333448 | Pan      | XOM: god gift: +6 ring of strength
333527 | Pan      | XOM: stat loss: -1 Str (29/30)
333566 | Pan      | XOM: summons 2 hostile demons
333603 | Pan      | XOM: summons 2 hostile shadow creatures
333786 | Pan      | XOM: stat loss: -1 Str (28/30)
333808 | Pan      | XOM: noise
333833 | Pan      | XOM: summons 2 hostile demons
333845 | Pan      | XOM: summons 1 hostile shadow creature
334010 | Pan      | XOM: noise
334122 | Pan      | XOM: noise
334588 | Pan      | XOM: stat loss: -1 Str (27/30)
335334 | Pan      | XOM: stat loss: -1 Dex (59/60)
335428 | Pan      | XOM: summons 2 hostile shadow creatures
335623 | Pan      | XOM: summons 2 hostile demons
335834 | Pan      | XOM: 2-stop teleportation journey
335880 | Pan      | XOM: silly message
335888 | Pan      | XOM: noise
335925 | Pan      | XOM: noise
336222 | Pan      | XOM: silly message
336980 | Pan      | XOM: god gift: potion of heal wounds
337002 | Pan      | XOM: cloud trail
337613 | Pan      | XOM is BORED!
337613 | Pan      | XOM: noise
337981 | Pan      | XOM is BORED!
338049 | Pan      | XOM: summons 2 hostile demons
338727 | Pan      | XOM: silly message
338992 | Pan      | XOM: silly message
339160 | Pan      | XOM: cloud trail
340208 | Pan      | XOM: divination: detect items
340488 | Pan      | XOM: god gift: hand crossbow {god gift}
340602 | Pan      | XOM: summons 2 hostile demons
340757 | Pan      | XOM: god gift: scroll of teleportation
340761 | Pan      | XOM: god gift: scroll of enchant weapon
341168 | Pan      | XOM: god gift: scroll of immolation
341313 | Pan      | XOM: cloud trail
341350 | Pan      | XOM: 1-stop teleportation journey
341369 | Pan      | XOM: silly message
341384 | Pan      | XOM: cast spell 'Summon Small Mammal'
341429 | Pan      | XOM: enchant monster (good)
341443 | Pan      | XOM: silly message
341450 | Pan      | XOM: scenery: create altars
341459 | Pan      | XOM: confuse monster(s)
341467 | Pan      | Gained mutation: You are strong-willed. (Will+) [hidden
                  | potential]
341485 | Pan      | XOM: enchant monster (good)
341489 | Pan      | XOM: repel stairs
341548 | Pan      | XOM: fog
341844 | Pan      | XOM: potion effect (experience)
342208 | Pan      | XOM: scenery: summon butterflies
342236 | Pan      | XOM: cloud trail
342333 | Pan      | XOM: scenery: summon butterflies
342506 | Pan      | XOM: god gift: 54 gold pieces
342910 | Pan      | XOM: give mutations
342910 | Pan      | Gained mutation: Your flesh is cold resistant. (rC+) [Xom's
                  | grace]
342910 | Pan      | Gained mutation: You are highly strong-willed. (Will++)
                  | [Xom's grace]
342910 | Pan      | Gained mutation: You heal very quickly. [Xom's grace]
343145 | Pan      | XOM: god gift: amulet of magic regeneration
343292 | Pan      | XOM: cloud trail
343566 | Pan      | XOM: god gift: staff of earth
343709 | Pan      | XOM: god gift: wand of paralysis (5)
343883 | Pan      | XOM: give mutations
343883 | Pan      | Gained mutation: You possess an exceptional clarity of
                  | mind. [Xom's grace]
343883 | Pan      | Lost mutation: You have hidden genetic potential. [Xom's
                  | grace]
343883 | Pan      | Gained mutation: You are somewhat resistant to further
                  | mutation. [Xom's grace]
343883 | Pan      | Gained mutation: Your muscles are very strong. (Str +8,
                  | Int/Dex -2) [Xom's grace]
343902 | Pan      | XOM: god gift: scimitar {god gift}
344162 | Pan      | XOM: give mutations
344162 | Pan      | Gained mutation: You are extremely strong-willed. (Will+++)
                  | [Xom's grace]
344162 | Pan      | Gained mutation: One of your tentacles bears a large
                  | vicious spike. [Xom's grace]
344822 | Pan      | Identified the amulet "Uquemylu" {Faith *Corrode Will++
                  | Int+4 Dex+2} (Xom gifted it to you in Pandemonium)
344822 | Pan      | XOM: god gift: amulet "Uquemylu" {Faith *Corrode Will++
                  | Int+4 Dex+2}
345358 | Pan      | XOM: god gift: +2 kite shield of cold resistance
345387 | Pan      | XOM: god gift: scroll of teleportation
345411 | Pan      | XOM: give mutations
345411 | Pan      | Gained mutation: You are robust. (+10% HP) [Xom's grace]
345411 | Pan      | Gained mutation: You regenerate. [Xom's grace]
345411 | Pan      | Gained mutation: Your system is resistant to poisons.
                  | (rPois) [Xom's grace]
345411 | Pan      | Gained mutation: You are very robust. (+20% HP) [Xom's
                  | grace]
345578 | Pan      | XOM: scenery: summon butterflies
345643 | Pan      | XOM: give mutations
345643 | Pan      | Gained mutation: Your flesh is very cold resistant. (rC++)
                  | [Xom's grace]
345643 | Pan      | Gained mutation: You have a pair of antennae on your head.
                  | [Xom's grace]
345726 | Pan      | XOM: god gift: potion of lignification
345730 | Pan      | Upgraded the game from 0.29-a0-477-g62b78b4225 to
                  | 0.29-a0-483-g69413ace17
345918 | Pan      | XOM: god gift: amulet of reflection
346349 | Pan      | XOM: god gift: +2 hat
346451 | Pan      | XOM: god gift: +2 hat of intelligence
346571 | Pan      | XOM: scenery: summon butterflies
346994 | Pan      | XOM is BORED!
346994 | Pan      | XOM: summons 3 hostile shadow creatures
347147 | Pan      | XOM: 5-stop teleportation journey
347272 | Pan      | XOM: polymorph demonic crawler -> rakshasa
347297 | Pan      | XOM: confuse monster(s)
347328 | Pan      | XOM: stat loss: -1 Str (31/32)
347397 | Pan      | XOM: enchant monster (bad)
347402 | Pan      | XOM: noise
347530 | Pan      | XOM: summons 2 hostile demons
348452 | Pan      | XOM: summons 2 hostile demons
348484 | Pan      | XOM: summons 2 hostile demons
348950 | Pan      | XOM: summons 2 hostile shadow creatures
349157 | Pan      | XOM: summons 2 hostile shadow creatures
349484 | Pan      | XOM: silly message
349607 | Pan      | XOM: silly message
349693 | Pan      | XOM: stat loss: -1 Int (27/28)
349895 | Pan      | XOM: summons 2 hostile demons
350092 | Pan      | XOM: stat loss: -1 Dex (59/60)
350449 | Pan      | XOM: summons 1 hostile demon
350466 | Pan      | XOM: stat loss: -1 Int (26/28)
350873 | Pan      | XOM: cloud trail
351187 | Pan      | XOM: god gift: 1196 gold pieces
351392 | Pan      | XOM: god gift: 32 gold pieces
351472 | Pan      | XOM: god gift: 28 gold pieces
351503 | Pan      | XOM: give mutations
351503 | Pan      | Gained mutation: Your flesh is very heat resistant. (rF++)
                  | [Xom's grace]
351503 | Pan      | Gained mutation: You are partially covered in large bone
                  | plates. (SH +4) [Xom's grace]
351534 | Pan      | XOM: scenery: summon butterflies
351822 | Pan      | XOM: scenery: create altars
352004 | Pan      | XOM: scenery: summon butterflies
352033 | Pan      | XOM: silly message
352397 | Pan      | XOM: divination: detect items
352834 | Pan      | XOM: god gift: chain mail {god gift}
353342 | Pan      | XOM: divination: magic mapping
353833 | Pan      | XOM: noise
354149 | Pan      | XOM: summons 1 hostile shadow creature
354352 | Pan      | XOM: enchant monster (bad)
354356 | Pan      | XOM: scenery: create altars
354502 | Pan      | XOM: blink monster(s)
355003 | Pan      | XOM: summons 2 hostile demons
356088 | Pan      | XOM: divination: detect items
356529 | Pan      | XOM: god gift: 2 potions of flight
356674 | Pan      | XOM: cloud trail
356837 | Pan      | XOM: summons 2 friendly demons
357444 | Pan      | XOM: stat loss: -1 Int (27/28)
357544 | Pan      | XOM: stat loss: -1 Int (26/28)
357571 | Pan      | XOM: polymorph smoke demon -> neqoxec
357573 | Pan      | XOM: cast spell 'Summon Mana Viper'
357584 | Pan      | XOM: summons friendly ufetubus
357694 | Pan      | XOM: summons 2 hostile shadow creatures
357832 | Pan      | XOM: cloud trail
358496 | Pan      | XOM: cloud trail
359003 | Pan      | XOM: scenery: summon butterflies
359359 | Pan      | XOM: silly message
360004 | Pan      | XOM: divination: detect creatures
360198 | Pan      | XOM: give mutations
360198 | Pan      | Gained mutation: You are mostly covered in large bone
                  | plates. (SH +6) [Xom's grace]
360198 | Pan      | Gained mutation: You have a pair of large antennae on your
                  | head. (SInv) [Xom's grace]
360198 | Pan      | Gained mutation: Your flesh is almost immune to the effects
                  | of heat. (rF+++) [Xom's grace]
360198 | Pan      | Gained mutation: You are somewhat resistant to both further
                  | mutation and mutation removal. [Xom's grace]
360784 | Pan      | XOM: silly message
360884 | Pan      | XOM: silly message
361359 | Pan      | XOM: noise
361386 | Pan      | XOM: summons 2 hostile demons
361462 | Pan      | XOM: stat loss: -1 Int (27/28)
361753 | Pan      | XOM: noise
362102 | Pan      | XOM: stat loss: -1 Dex (55/56)
362300 | Pan      | XOM: silly message
362485 | Pan      | XOM: summons 2 hostile shadow creatures
363495 | Pan      | XOM: god gift: leather armour {god gift}
363901 | Pan      | XOM: stat loss: -1 Int (26/28)
363956 | Pan      | XOM: cloud trail
364152 | Pan      | XOM: stat loss: -1 Str (31/32)
364734 | Pan      | XOM: cloud trail
364767 | Pan      | XOM: silly message
364809 | Pan      | XOM: god gift: potion of heal wounds
364907 | Pan      | XOM: silly message
365251 | Pan      | XOM: divination: detect items
365482 | Pan      | XOM: divination: detect items
365701 | Pan      | XOM: god gift: plate armour {god gift}
366198 | Pan      | XOM: summons 2 hostile shadow creatures
366275 | Pan      | XOM: summons 2 hostile shadow creatures
366378 | Pan      | XOM: divination: magic mapping
366782 | Pan      | XOM: enchant monster (good)
366793 | Pan      | XOM: repel stairs
366871 | Pan      | XOM: chaos cloud
366910 | Pan      | XOM: noise
367018 | Pan      | XOM: polymorph smoke demon -> sixfirhy
367035 | Pan      | XOM: polymorph soul eater -> sun demon
367091 | Pan      | XOM: silly message
367105 | Pan      | XOM: summons 3 hostile shadow creatures
367132 | Pan      | XOM: summons 2 hostile demons
367410 | Pan      | XOM: silly message
367515 | Pan      | XOM: silly message
367616 | Pan      | XOM: cloud trail
368119 | Pan      | XOM: god gift: potion of resistance
368372 | Pan      | XOM: cloud trail
368502 | Pan      | XOM: silly message
368553 | Pan      | XOM: cloud trail
368631 | Pan      | XOM: summons 2 hostile demons
369222 | Pan      | XOM: swap monsters
369276 | Pan      | XOM: summons 3 hostile shadow creatures
369295 | Pan      | XOM: swap monsters
369336 | Pan      | XOM: swap monsters
369381 | Pan      | XOM: enchant monster (bad)
369646 | Pan      | XOM: summons 1 hostile shadow creature
370278 | Pan      | XOM: god gift: potion of lignification
370486 | Pan      | XOM: god gift: ichor-stained ring mail {god gift}
370486 | Pan      | Identified the +1 ring mail "Ufompas" {Harm Dex+3} (Xom
                  | gifted it to you in Pandemonium)
370558 | Pan      | XOM: scenery: create altars
371204 | Pan      | XOM: god gift: scroll of vulnerability
371212 | Pan      | Cast into level 5 of the Abyss (Xom)
371212 | Abyss:5  | Entered Level 5 of the Abyss
371260 | Pan      | Escaped the Abyss
371292 | Pan      | XOM: swap monsters
371319 | Pan      | XOM: summons 4 hostile shadow creatures
371361 | Pan      | XOM: silly message
371857 | Pan      | XOM: noise
372042 | Pan      | XOM: cloud trail
372109 | Pan      | XOM: god gift: 59 gold pieces
372129 | Pan      | XOM: silly message
372296 | Pan      | XOM: summons 2 hostile demons
372461 | Pan      | XOM: summons 2 hostile shadow creatures
373088 | Pan      | XOM: summons 3 hostile demons
373291 | Pan      | XOM: stat loss: -1 Int (27/28)
373883 | Pan      | XOM: summons 1 hostile shadow creature
373909 | Pan      | XOM: stat loss: -1 Dex (55/56)
373927 | Pan      | XOM: scenery: summon butterflies
374671 | Pan      | XOM: stat loss: -1 Int (26/28)
374745 | Pan      | XOM: summons 3 hostile demons
374774 | Pan      | XOM: summons 2 hostile demons
374799 | Pan      | XOM: summons 3 hostile demons
374801 | Pan      | XOM: silly message
374947 | Pan      | XOM: polymorph ynoxinul -> soul eater
375128 | Pan      | XOM: summons 3 hostile demons
375132 | Pan      | XOM: cloud trail
375324 | Pan      | XOM: god gift: 17 stones
375410 | Pan      | XOM: cloud trail
375780 | Pan      | XOM: give mutations
375780 | Pan      | Lost mutation: You passively map a small area around you.
                  | [Xom's mischief]
375780 | Pan      | Lost mutation: You occasionally shout uncontrollably at
                  | your foes. [Xom's mischief]
375780 | Pan      | Lost mutation: Your flesh is very cold resistant. (rC++)
                  | [Xom's mischief]
375780 | Pan      | Lost mutation: You are extremely strong-willed. (Will+++)
                  | [Xom's mischief]
376802 | Pan      | XOM is BORED!
377286 | Pan      | XOM: god gift: 6 javelins
377635 | Pan      | XOM: summons 3 hostile shadow creatures
377718 | Pan      | XOM: divination: detect creatures
377884 | Pan      | XOM: god gift: potion of mutation
378121 | Pan      | XOM: noise
378329 | Pan      | XOM: stat loss: -1 Str (31/32)
378572 | Pan      | XOM: god gift: 50 gold pieces
378800 | Pan      | XOM: summons 4 hostile demons
378823 | Pan      | XOM: confuse monster(s)
378824 | Pan      | XOM: cast spell 'Dispersal'
378829 | Pan      | XOM: swap monsters
378857 | Pan      | XOM: repel stairs
379019 | Pan      | XOM: summons friendly white imp
379038 | Pan      | XOM: destruction
379170 | Pan      | XOM: polymorph sun demon -> sixfirhy
379174 | Pan      | XOM: god gift: ring of positive energy
379278 | Pan      | XOM: enchant monster (bad)
379326 | Pan      | XOM: summons friendly iron imp
379332 | Pan      | XOM: blink monster(s)
379477 | Pan      | XOM: summons 2 hostile shadow creatures
379691 | Pan      | XOM: god gift: scroll of acquirement
379717 | Pan      | Acquired 1273 gold pieces
380460 | Pan      | Identified the +2 kite shield of Raoghut {Dex+4} (Xom
                  | gifted it to you in Pandemonium)
380460 | Pan      | XOM: god gift: +2 kite shield of Raoghut {Dex+4}
380947 | Pan      | Identified the ring "Meagh" {Contam rN+ Will+ rCorr} (Xom
                  | gifted it to you in Pandemonium)
380947 | Pan      | XOM: god gift: ring "Meagh" {Contam rN+ Will+ rCorr}
380971 | Pan      | XOM: summons 2 hostile demons
381415 | Pan      | XOM: god gift: 14 stones
381644 | Pan      | XOM: scenery: summon butterflies
381861 | Pan      | XOM: god gift: scroll of immolation
382163 | Pan      | XOM: summons 2 hostile demons
382182 | Pan      | XOM: summons 3 hostile shadow creatures
382608 | Pan      | XOM: enchant monster (good)
382626 | Pan      | XOM: god gift: potion of curing
383406 | Pan      | XOM: god gift: shiny orb {god gift}
383481 | Pan      | XOM: god gift: wand of acid (5)
383553 | Pan      | XOM: scenery: summon butterflies
383614 | Pan      | XOM: divination: magic mapping
383904 | Pan      | XOM: scenery: summon butterflies
383942 | Pan      | XOM: silly message
384049 | Pan      | XOM: cloud trail
384149 | Pan      | XOM is BORED!
384180 | Pan      | XOM: enchant monster (bad)
384225 | Pan      | XOM: enchant monster (bad)
384319 | Pan      | XOM: destruction
384374 | Pan      | XOM: summons 9 hostile demons
384463 | Pan      | XOM: cast spell 'Olgreb's Toxic Radiance'
384550 | Pan      | XOM: cleaving
384584 | Pan      | XOM: cast spell 'Summon Horrible Things'
384625 | Pan      | XOM: enchant monster (bad)
385450 | Pan      | XOM: cloud trail
386008 | Pan      | XOM is BORED!
386691 | Pan      | XOM: divination: detect creatures
387019 | Pan      | XOM: summons 2 hostile demons
387146 | Pan      | XOM: stat loss: -1 Dex (55/56)
387431 | Pan      | XOM: silly message
387658 | Pan      | XOM: noise
387769 | Pan      | XOM: scenery: summon butterflies
389202 | Pan      | XOM: swap monsters
389218 | Pan      | XOM: smoke on damage
389262 | Pan      | XOM: swap monsters
389263 | Pan      | XOM: summons friendly crimson imp
389349 | Pan      | XOM: enchant monster (good)
389447 | Pan      | XOM: noise
389649 | Pan      | XOM: give mutations
389649 | Pan      | Gained mutation: You are almost entirely resistant to
                  | further mutation and mutation removal. [Xom's grace]
389649 | Pan      | Gained mutation: You passively map a small area around you.
                  | [Xom's grace]
389649 | Pan      | Gained mutation: You are extremely strong-willed. (Will+++)
                  | [Xom's grace]
389649 | Pan      | Gained mutation: You are covered in fur. (AC +1) [Xom's
                  | grace]
389949 | Pan      | XOM: god gift: 48 gold pieces
390485 | Pan      | XOM: god gift: 3 boomerangs
390598 | Pan      | XOM: silly message
391118 | Pan      | XOM: silly message
391706 | Pan      | XOM: divination: magic mapping
391765 | Pan      | XOM: silly message
392702 | Pan      | XOM: silly message
392886 | Pan      | XOM: god gift: 19 stones
393362 | Pan      | XOM: stat loss: -1 Str (31/32)
393653 | Pan      | XOM: summons 2 hostile shadow creatures
393937 | Pan      | XOM: noise
394077 | Pan      | XOM: noise
394295 | Pan      | XOM: stat loss: -1 Str (30/32)
394383 | Pan      | XOM: stat loss: -1 Str (29/32)
395456 | Pan      | XOM: summons 1 hostile shadow creature
396180 | Pan      | XOM: summons 2 hostile shadow creatures
396559 | Pan      | XOM: enchant monster (bad)
396602 | Pan      | XOM: chaos cloud
396604 | Pan      | Paralysed by you for 4 turns
396676 | Pan      | XOM: swap monsters
396683 | Pan      | XOM: summons 4 hostile shadow creatures
396691 | Pan      | XOM: blink monster(s)
396697 | Pan      | XOM: stat loss: -1 Dex (59/60)
396715 | Pan      | XOM: summons 7 hostile demons
396733 | Pan      | XOM: summons 16 friendly demons
396775 | Pan      | XOM: summons 16 friendly demons
396778 | Pan      | XOM: summons friendly quasit
396784 | Pan      | XOM: cast spell 'Cause Fear'
396811 | Pan      | XOM: fog
396824 | Pan      | XOM: confuse monster(s)
396843 | Pan      | XOM: enchant monster (good)
396933 | Pan      | XOM: scenery: create altars
397083 | Pan      | XOM: polymorph smoke demon -> ynoxinul
397121 | Pan      | XOM: fake destruction
397129 | Pan      | XOM: god gift: scroll of torment
397360 | Pan      | XOM: fog
397413 | Pan      | XOM: fog
397526 | Pan      | XOM: give mutations
397526 | Pan      | Gained mutation: You are extremely robust. (+30% HP) [Xom's
                  | grace]
397526 | Pan      | Gained mutation: You passively map the area around you.
                  | [Xom's grace]
397531 | Pan      | XOM: noise
398269 | Pan      | XOM: stat loss: -1 Int (27/28)
399127 | Pan      | XOM: silly message
399201 | Pan      | XOM: stat loss: -1 Dex (59/60)
399281 | Pan      | XOM: summons 14 hostile demons
399360 | Pan      | XOM: noise
399388 | Pan      | XOM: summons 3 hostile demons
399510 | Pan      | XOM: summons 3 hostile shadow creatures
399683 | Pan      | XOM: god gift: plate armour {god gift}
400662 | Pan      | XOM: scenery: summon butterflies
400796 | Pan      | XOM: cloud trail
401060 | Pan      | XOM: 8-stop teleportation journey
401366 | Pan      | XOM: cloud trail
402316 | Pan      | XOM: scenery: summon butterflies
402538 | Pan      | XOM: god gift: quarterstaff {god gift}
402776 | Pan      | XOM: cloud trail
403730 | Pan      | XOM: divination: detect creatures
403740 | Pan      | XOM: potion effect (curing)
403762 | Pan      | XOM: potion effect (haste)
403770 | Pan      | XOM: summons 8 friendly demons
403824 | Pan      | XOM: polymorph ynoxinul -> hell beast
403838 | Pan      | XOM: polymorph large abomination -> large abomination
403916 | Pan      | XOM: destruction
403918 | Pan      | XOM: enchant monster (good)
404115 | Pan      | XOM: give mutations
404115 | Pan      | Lost mutation: Your system is resistant to poisons. (rPois)
                  | [Xom's mischief]
404115 | Pan      | Lost mutation: One of your tentacles bears a large vicious
                  | spike. [Xom's mischief]
404115 | Pan      | Lost mutation: Your flesh is almost immune to the effects
                  | of heat. (rF+++) [Xom's mischief]
404115 | Pan      | Lost mutation: You possess an exceptional clarity of mind.
                  | [Xom's mischief]
404175 | Pan      | XOM: potion effect (curing)
404255 | Pan      | XOM: blink monster(s)
404285 | Pan      | XOM: summons friendly shadow imp
404325 | Pan      | XOM: swap monsters
404353 | Pan      | XOM: summons 2 friendly demons
404546 | Pan      | XOM: polymorph large abomination -> large abomination
404580 | Pan      | XOM: enchant monster (good)
404622 | Pan      | XOM: noise
404633 | Pan      | XOM: confusion (+ monsters)
404739 | Pan      | XOM: noise
404975 | Pan      | XOM: polymorph large abomination -> large abomination
405015 | Pan      | XOM: god gift: 43 gold pieces
405773 | Pan      | XOM: summons 2 hostile demons
405890 | Pan      | XOM: noise
407195 | Pan      | XOM: silly message
407276 | Pan      | XOM: summons 3 hostile demons
407763 | Pan      | XOM: silly message
407792 | Pan      | XOM: cloud trail
407856 | Pan      | XOM: give mutation
407856 | Pan      | Gained mutation: You possess an exceptional clarity of
                  | mind. [Xom's grace]
407933 | Pan      | XOM: scenery: summon butterflies
408042 | Pan      | XOM: noise
408070 | Pan      | XOM: noise
408092 | Pan      | XOM: enchant monster (good)
408099 | Pan      | XOM: cast spell 'Summon Small Mammal'
408284 | Pan      | Reached skill level 27 in Shields
408789 | Pan      | XOM: silly message
408798 | Pan      | XOM: polymorph large abomination -> large abomination
408924 | Pan      | XOM: enchant monster (good)
408952 | Pan      | XOM: divination: detect creatures
408958 | Pan      | XOM: noise
409040 | Pan      | XOM: polymorph large abomination -> large abomination
409106 | Pan      | XOM: scenery: create altars
409111 | Pan      | XOM: cast spell 'Dispersal'
409174 | Pan      | XOM: divination: detect items
409225 | Pan      | XOM: polymorph large abomination -> large abomination
409269 | Pan      | XOM: divination: detect creatures
409293 | Pan      | XOM: divination: detect creatures
409311 | Pan      | XOM: polymorph large abomination -> large abomination
409407 | Pan      | XOM: summons 2 hostile demons
409415 | Pan      | XOM: noise
409431 | Pan      | XOM: noise
409441 | Pan      | XOM: swap monsters
409512 | Pan      | XOM: summons friendly ufetubus
409536 | Pan      | XOM: swap monsters
409691 | Pan      | XOM: cast spell 'Summon Horrible Things'
409778 | Pan      | XOM: summons 2 hostile demons
409964 | Pan      | XOM: blink monster(s)
410019 | Pan      | XOM: polymorph soul eater -> sun demon
410055 | Pan      | XOM: divination: detect creatures
410112 | Pan      | XOM: silly message
410324 | Pan      | XOM: noise
410329 | Pan      | XOM: noise
410418 | Pan      | XOM: summons 2 hostile shadow creatures
410536 | Pan      | XOM: polymorph sun demon -> soul eater
410546 | Pan      | XOM: swap monsters
410552 | Pan      | XOM: repel stairs
410558 | Pan      | XOM: chaos cloud
410619 | Pan      | XOM: chaos cloud
410692 | Pan      | XOM: cleaving
410945 | Pan      | XOM: polymorph soul eater -> sun demon
411031 | Pan      | XOM: noise
411052 | Pan      | XOM: polymorph sun demon -> sixfirhy
411055 | Pan      | XOM: polymorph sixfirhy -> smoke demon
411065 | Pan      | XOM: god gift: scroll of immolation
411096 | Pan      | XOM: summons 3 hostile shadow creatures
411195 | Pan      | XOM: scenery: summon butterflies
411807 | Pan      | XOM: cloud trail
412100 | Pan      | XOM: summons 3 hostile demons
412615 | Pan      | XOM: scenery: summon butterflies
412726 | Pan      | XOM: enchant monster (bad)
412785 | Pan      | XOM: cloud trail
413429 | Pan      | XOM: give mutations
413429 | Pan      | Gained mutation: You passively map a large area around you.
                  | [Xom's grace]
413429 | Pan      | Gained mutation: Your system is resistant to poisons.
                  | (rPois) [Xom's grace]
413429 | Pan      | Gained mutation: One of your tentacles bears a large
                  | vicious spike. [Xom's grace]
413429 | Pan      | Gained mutation: You are completely covered in large bone
                  | plates. (SH +8) [Xom's grace]
413513 | Pan      | XOM: scenery: summon butterflies
413520 | Pan      | XOM: cloud trail
413772 | Pan      | XOM: give mutations
413772 | Pan      | Gained mutation: You have a considerably increased
                  | reservoir of magic. (+20% MP) [Xom's grace]
413772 | Pan      | Gained mutation: Your flesh is almost immune to the effects
                  | of heat. (rF+++) [Xom's grace]
413895 | Pan      | XOM: divination: magic mapping
413949 | Pan      | XOM: god gift: +0 kite shield of protection
414174 | Pan      | XOM: scenery: summon butterflies
414235 | Pan      | XOM: scenery: summon butterflies
414611 | Pan      | XOM: silly message
415042 | Pan      | XOM: god gift: 9 stones
416245 | Pan      | XOM: god gift: 29 gold pieces
416824 | Pan      | XOM: give mutation
416824 | Pan      | Gained mutation: Your flesh is very cold resistant. (rC++)
                  | [Xom's grace]
416932 | Pan      | XOM: give mutations
416932 | Pan      | Gained mutation: Your skin perfectly mimics your
                  | surroundings (Stealth+++). [Xom's grace]
416932 | Pan      | Gained mutation: Your flesh is almost immune to the effects
                  | of cold. (rC+++) [Xom's grace]
417049 | Pan      | XOM: give mutations
417049 | Pan      | Gained mutation: You are covered in thick fur. (AC +2)
                  | [Xom's grace]
417049 | Pan      | Lost mutation: You are almost entirely resistant to further
                  | mutation and mutation removal. [Xom's grace]
417049 | Pan      | Lost mutation: You are somewhat resistant to both further
                  | mutation and mutation removal. [Xom's grace]
417049 | Pan      | Lost mutation: You are somewhat resistant to further
                  | mutation. [Xom's grace]
417049 | Pan      | Gained mutation: You have hidden genetic potential. [Xom's
                  | grace]
417049 | Pan      | Lost mutation: You have hidden genetic potential. [Xom's
                  | grace]
417049 | Pan      | Gained mutation: You are somewhat resistant to further
                  | mutation. [Xom's grace]
417663 | Pan      | XOM: god gift: 2 atropa-tipped darts
417710 | Pan      | XOM: scenery: create altars
417933 | Pan      | XOM: god gift: scroll of enchant weapon
418164 | Pan      | XOM: cloud trail
418757 | Pan      | XOM: god gift: 38 gold pieces
419107 | Pan      | XOM: silly message
419145 | Pan      | XOM: noise
419282 | Pan      | XOM: cloud trail
419391 | Pan      | XOM: divination: magic mapping
419652 | Pan      | XOM: scenery: summon butterflies
419837 | Pan      | XOM: god gift: 37 gold pieces
420221 | Pan      | XOM: polymorph demonic crawler -> apocalypse crab
420270 | Pan      | XOM: divination: detect items
420304 | Pan      | XOM: cast spell 'Dispersal'
420321 | Pan      | XOM: fog
420521 | Pan      | XOM: stat loss: -1 Str (31/32)
420914 | Pan      | XOM: scenery: summon butterflies
420923 | Pan      | XOM: enchant monster (good)
420935 | Pan      | XOM: polymorph sun demon -> soul eater
420938 | Pan      | XOM: summons 4 friendly demons
420948 | Pan      | XOM: summons 4 friendly demons
420955 | Pan      | XOM: divination: detect creatures
420961 | Pan      | XOM: 1-stop teleportation journey
420984 | Pan      | XOM: divine lightning
420986 | Pan      | XOM: polymorph smoke demon -> neqoxec
420994 | Pan      | XOM: scenery: create altars
421001 | Pan      | XOM: god gift: +1 hand crossbow of chaos
421017 | Pan      | XOM: cast spell 'Leda's Liquefaction'
421021 | Pan      | XOM: confuse monster(s)
421043 | Pan      | XOM: god gift: runed cloak {god gift}
421694 | Pan      | XOM: give mutation
421694 | Pan      | Lost mutation: You are somewhat resistant to further
                  | mutation. [Xom's grace]
421694 | Pan      | Gained mutation: You have hidden genetic potential. [Xom's
                  | grace]
422134 | Pan      | XOM: god gift: 8 boomerangs
422181 | Pan      | XOM: god gift: wand of charming (6)
422286 | Pan      | XOM: summons 4 hostile demons
422310 | Pan      | XOM: divination: magic mapping
422396 | Pan      | XOM: scenery: summon butterflies
422665 | Pan      | XOM: god gift: ring of flight
422752 | Pan      | XOM: give mutations
422752 | Pan      | Gained mutation: You have a greatly increased reservoir of
                  | magic. (+30% MP) [Xom's grace]
422752 | Pan      | Gained mutation: You have great hidden genetic potential.
                  | [Xom's grace]
422752 | Pan      | Gained mutation: You have very sharp teeth. [Xom's grace]
422752 | Pan      | Lost mutation: You have great hidden genetic potential.
                  | [Xom's grace]
422752 | Pan      | Lost mutation: You have hidden genetic potential. [Xom's
                  | grace]
422752 | Pan      | Gained mutation: You are somewhat resistant to further
                  | mutation. [Xom's grace]
422781 | Pan      | XOM: divination: detect items
422870 | Pan      | XOM: god gift: 775 gold pieces
422957 | Pan      | XOM: give mutations
422957 | Pan      | Lost mutation: You are somewhat resistant to further
                  | mutation. [Xom's grace]
422957 | Pan      | Gained mutation: You have hidden genetic potential. [Xom's
                  | grace]
422957 | Pan      | Lost mutation: You have hidden genetic potential. [Xom's
                  | grace]
422957 | Pan      | Gained mutation: You are somewhat resistant to further
                  | mutation. [Xom's grace]
422982 | Pan      | XOM: divination: magic mapping
423018 | Pan      | XOM: divination: magic mapping
423057 | Pan      | XOM: noise
423114 | Pan      | XOM: summons 16 friendly demons
423235 | Pan      | XOM: cast spell 'Cause Fear'
423629 | Pan      | XOM: noise
423857 | Pan      | XOM: divination: detect items
423943 | Pan      | XOM: silly message
424337 | Pan      | XOM: divination: detect items
424827 | Pan      | XOM: silly message
424958 | Pan      | XOM: god gift: wand of iceblast (5)
425455 | Pan      | XOM: cloud trail
425532 | Pan      | XOM: god gift: wavering bone ring {god gift}
425532 | Pan      | Identified the ring "Pythac" {rF+ Int+4 Slay+4 Stlth-} (Xom
                  | gifted it to you in Pandemonium)
425620 | Pan      | XOM: god gift: 28 gold pieces
425808 | Pan      | XOM: god gift: +2 kite shield of positive energy
425821 | Pan      | XOM: noise
426583 | Pan      | XOM is BORED!
426583 | Pan      | XOM: noise
426690 | Pan      | XOM: god gift: Xom's Compendium of the Aged Orbs {god gift}
426704 | Pan      | XOM: cloud trail
427283 | Pan      | XOM: silly message
427391 | Pan      | XOM is BORED!
427391 | Pan      | XOM: summons 3 hostile demons
427839 | Pan      | XOM: scenery: summon butterflies
427859 | Pan      | Reached skill level 27 in Earth Magic
428115 | Pan      | XOM: god gift: wand of iceblast (1)
428205 | Pan      | XOM: scenery: summon butterflies
428226 | Pan      | XOM: give mutation
428226 | Pan      | Lost mutation: You have very sharp teeth. [Xom's grace]
428226 | Pan      | Gained mutation: You have a beak for a mouth. [Xom's grace]
428273 | Pan      | XOM: cloud trail
428910 | Pan      | XOM: 6-stop teleportation journey
429078 | Pan      | XOM: god gift: wand of acid (3)
429095 | Pan      | XOM: give mutations
429095 | Pan      | Lost mutation: You are somewhat resistant to further
                  | mutation. [Xom's grace]
429095 | Pan      | Gained mutation: You have hidden genetic potential. [Xom's
                  | grace]
429095 | Pan      | Gained mutation: You have great hidden genetic potential.
                  | [Xom's grace]
429095 | Pan      | Gained mutation: A frigid envelope surrounds you and
                  | freezes all who hurt you. [Xom's grace]
429107 | Pan      | Identified the +3 tower shield "Ynirriot" {rF+ Will- Regen+
                  | Str+4} (Xom gifted it to you in Pandemonium)
429107 | Pan      | XOM: god gift: +3 tower shield "Ynirriot" {rF+ Will- Regen+
                  | Str+4}
429223 | Pan      | XOM: cloud trail
429286 | Pan      | XOM: god gift: book of Transfigurations
429681 | Pan      | XOM: god gift: scroll of summoning
430007 | Pan      | XOM: god gift: +5 fustibalus of chaos
430198 | Pan      | XOM: god gift: longbow {god gift}
430388 | Pan      | XOM: scenery: create altars
430781 | Pan      | XOM: polymorph ynoxinul -> sixfirhy
430907 | Pan      | XOM: 7-stop teleportation journey
430911 | Pan      | XOM: noise
430914 | Pan      | Reached skill level 5 in Conjurations
430921 | Pan      | XOM: polymorph ufetubus -> shadow imp
430930 | Pan      | XOM: god gift: 625 gold pieces
430968 | Pan      | Reached skill level 10 in Conjurations
430983 | Pan      | XOM: polymorph ufetubus -> crimson imp
431187 | Pan      | XOM: summons 3 hostile shadow creatures
431233 | Pan      | XOM: summons 3 hostile demons
431516 | Pan      | XOM: summons 2 hostile shadow creatures
431755 | Pan      | XOM: summons 3 hostile demons
432149 | Pan      | XOM: silly message
432391 | Pan      | XOM: silly message
432424 | Pan      | XOM: summons 1 hostile demon
432510 | Pan      | XOM: summons 3 hostile demons
432529 | Pan      | XOM: stat loss: -1 Int (26/28)
433253 | Pan      | XOM: summons 3 hostile demons
433532 | Pan      | XOM: summons 2 hostile shadow creatures
433781 | Pan      | XOM: summons 3 hostile demons
433871 | Pan      | XOM: god gift: 42 gold pieces
434016 | Pan      | XOM: noise
434100 | Pan      | XOM: divination: detect items
434421 | Pan      | XOM: divination: detect creatures
434450 | Pan      | XOM: enchant monster (good)
434484 | Pan      | XOM: noise
434491 | Pan      | XOM: swap monsters
434521 | Pan      | XOM: chaos cloud
434552 | Pan      | XOM: summons 6 hostile demons
434867 | Pan      | XOM: stat loss: -1 Int (27/28)
434943 | Pan      | XOM: stat loss: -1 Str (31/32)
435286 | Pan      | XOM: stat loss: -1 Dex (59/60)
435547 | Pan      | XOM: stat loss: -1 Str (30/32)
436136 | Pan      | XOM: stat loss: -1 Dex (58/60)
436406 | Pan      | XOM: silly message
436648 | Pan      | XOM: summons 1 hostile shadow creature
436696 | Pan      | XOM: summons 6 hostile demons
436718 | Pan      | XOM: swap monsters
436765 | Pan      | XOM: god gift: scroll of noise
437445 | Pan      | XOM: cast spell 'Necromutation'
438332 | Pan      | XOM: divination: detect creatures
438641 | Pan      | XOM: 1-stop teleportation journey
439046 | Pan      | XOM: give mutations
439046 | Pan      | Lost mutation: You have a beak for a mouth. [Xom's grace]
439046 | Pan      | Gained mutation: You have very sharp teeth. [Xom's grace]
439046 | Pan      | Lost mutation: You have great hidden genetic potential.
                  | [Xom's grace]
439046 | Pan      | Lost mutation: You have hidden genetic potential. [Xom's
                  | grace]
439046 | Pan      | Gained mutation: You are somewhat resistant to further
                  | mutation. [Xom's grace]
439125 | Pan      | XOM: god gift: Xom's Incunabulum of Domination {god gift}
439164 | Pan      | XOM: god gift: potion of resistance
439397 | Pan      | XOM: summons 2 hostile shadow creatures
440709 | Pan      | XOM: god gift: scroll of enchant armour
441045 | Pan      | XOM: god gift: 18 gold pieces
441081 | Pan      | XOM: cloud trail
441087 | Pan      | XOM: divination: detect items
441118 | Pan      | XOM: scenery: summon butterflies
441152 | Pan      | XOM: silly message
441206 | Pan      | XOM: summons 3 hostile demons
441457 | Pan      | XOM: stat loss: -1 Int (27/28)
441687 | Pan      | XOM: swap monsters
441852 | Pan      | XOM is BORED!
441852 | Pan      | XOM: repel stairs
442066 | Pan      | XOM: god gift: potion of brilliance
442813 | Pan      | XOM: silly message
442985 | Pan      | XOM: summons 2 hostile demons
443084 | Pan      | XOM: stat loss: -1 Str (31/32)
443159 | Pan      | XOM: noise
443288 | Pan      | XOM: cloud trail
443336 | Pan      | XOM: summons 3 hostile demons
443829 | Pan      | XOM: stat loss: -1 Dex (59/60)
444004 | Pan      | XOM: summons 3 hostile demons
444042 | Pan      | XOM: summons 2 hostile shadow creatures
444279 | Pan      | XOM is BORED!
444279 | Pan      | XOM: summons 3 hostile demons
445735 | Pan      | Reached skill level 15 in Conjurations
445741 | Pan      | XOM: cleaving
445763 | Pan      | XOM: enchant monster (bad)
445764 | Pan      | XOM: repel stairs
445778 | Pan      | XOM: noise
445796 | Pan      | XOM: polymorph smoke demon -> neqoxec
445866 | Pan      | XOM: scenery: summon butterflies
446040 | Pan      | XOM: scenery: summon butterflies
446123 | Pan      | XOM: polymorph ynoxinul -> smoke demon
446354 | Pan      | XOM: god gift: 24 gold pieces
446751 | Pan      | XOM: scenery: summon butterflies
446867 | Pan      | XOM: scenery: create altars
447165 | Pan      | XOM: divination: magic mapping
447370 | Pan      | XOM: scenery: summon butterflies
447441 | Pan      | XOM: divination: detect creatures
447690 | Pan      | XOM: scenery: summon butterflies
448514 | Pan      | XOM: silly message
449095 | Pan      | XOM: god gift: wand of digging (4)
449775 | Pan      | XOM: summons 2 hostile demons
450189 | Pan      | XOM: silly message
450234 | Pan      | XOM: potion effect (heal wounds)
451266 | Pan      | XOM: cloud trail
451296 | Pan      | XOM: scenery: summon butterflies
451303 | Pan      | XOM: swap monsters
451307 | Pan      | XOM: polymorph butterfly -> giant cockroach
452082 | Pan      | XOM: stat loss: -1 Int (27/28)
452632 | Pan      | XOM: enchant monster (bad)
452710 | Pan      | XOM: enchant monster (good)
452772 | Pan      | XOM: scenery: summon butterflies
452847 | Pan      | XOM: summons 2 friendly demons
452881 | Pan      | XOM: confuse monster(s)
452887 | Pan      | XOM: god gift: leather armour {god gift}
452917 | Pan      | XOM: polymorph soul eater -> soul eater
453050 | Pan      | XOM: blink monster(s)
453067 | Pan      | XOM: summons friendly ufetubus
453142 | Pan      | XOM: summons 2 friendly demons
453194 | Pan      | XOM: silly message
453243 | Pan      | XOM: polymorph soul eater -> sixfirhy
453307 | Pan      | XOM: god gift: leather armour {god gift}
453341 | Pan      | XOM: cast spell 'Summon Ice Beast'
453381 | Pan      | XOM: summons friendly white imp
453403 | Pan      | XOM: summons 1 friendly demon
453410 | Pan      | XOM: enchant monster (bad)
453442 | Pan      | XOM: stat loss: -1 Str (31/32)
453505 | Pan      | XOM: fog
453537 | Pan      | XOM: swap monsters
453852 | Pan      | XOM: summons 2 hostile demons
454426 | Pan      | XOM: chaos upgrade
454437 | Pan      | XOM: chaos cloud
454766 | Pan      | XOM: stat loss: -1 Int (26/28)
454896 | Pan      | XOM: summons 3 hostile demons
455632 | Pan      | XOM: summons 3 hostile demons
455825 | Pan      | XOM: repel stairs
455837 | Pan      | XOM: swap monsters
455873 | Pan      | XOM: swap monsters
455931 | Pan      | XOM: polymorph demonic crawler -> apocalypse crab
456134 | Pan      | XOM: cleaving
456209 | Pan      | XOM: fog
456236 | Pan      | XOM: god gift: potion of curing
456424 | Pan      | XOM: polymorph demonic crawler -> rakshasa
456510 | Pan      | XOM: god gift: 25 stones
456620 | Pan      | XOM: god gift: 1008 gold pieces
456681 | Pan      | XOM: god gift: +2 fustibalus of chaos
456933 | Pan      | XOM: god gift: 40 gold pieces
456958 | Pan      | XOM: silly message
457083 | Pan      | XOM: silly message
458234 | Pan      | XOM: enchant monster (bad)
458270 | Pan      | XOM: repel stairs
458272 | Pan      | XOM: summons 2 friendly demons
458308 | Pan      | XOM: silly message
458576 | Pan      | XOM: summons 3 hostile demons
458711 | Pan      | XOM: noise
459020 | Pan      | XOM: god gift: 28 gold pieces
459052 | Pan      | XOM: god gift: wand of digging (6)
459585 | Pan      | XOM is BORED!
459585 | Pan      | XOM: stat loss: -3 Str (29/32)
459814 | Pan      | XOM: 1-stop teleportation journey
459869 | Pan      | XOM: divination: magic mapping
459877 | Pan      | XOM: summons 2 friendly demons
459960 | Pan      | XOM: blink monster(s)
460417 | Pan      | XOM: stat loss: -1 Str (30/32)
460701 | Pan      | XOM: stat loss: -1 Int (27/28)
460737 | Pan      | XOM: summons 1 hostile demon
461555 | Pan      | XOM: summons 3 hostile demons
461710 | Pan      | XOM: divination: detect items
462430 | Pan      | XOM: divination: detect items
462752 | Pan      | Learned a level 5 spell: Summon Mana Viper
462795 | Pan      | XOM: scenery: summon butterflies
463162 | Pan      | XOM: summons 1 hostile demon
463261 | Pan      | XOM: god gift: 5 atropa-tipped darts
463707 | Pan      | XOM: silly message
464159 | Pan      | Identified the +5 kite shield of the Volcano {Fly rN+ Will+
                  | Str-2} (Xom gifted it to you in Pandemonium)
464159 | Pan      | XOM: god gift: +5 kite shield of the Volcano {Fly rN+ Will+
                  | Str-2}
464560 | Pan      | XOM: noise
464670 | Pan      | XOM is BORED!
464670 | Pan      | XOM: summons 2 hostile demons
464721 | Pan      | XOM: stat loss: -1 Dex (59/60)
465031 | Pan      | XOM: cloud trail
465206 | Pan      | XOM: summons 2 hostile demons
465225 | Pan      | XOM: summons friendly ufetubus
465265 | Pan      | XOM: scenery: summon butterflies
465271 | Pan      | XOM: summons 4 friendly demons
465290 | Pan      | XOM: silly message
465391 | Pan      | XOM: scenery: summon butterflies
465405 | Pan      | XOM: polymorph butterfly -> gnoll
465718 | Pan      | XOM: god gift: 10 gold pieces
465794 | Pan      | XOM: 5-stop teleportation journey
465880 | Pan      | XOM: silly message
465909 | Pan      | XOM: silly message
466398 | Pan      | XOM: silly message
466441 | Pan      | XOM: silly message
466465 | Pan      | XOM: divination: detect creatures
466704 | Pan      | XOM: noise
467033 | Pan      | XOM: silly message
467081 | Pan      | XOM: silly message
467175 | Pan      | XOM: summons 1 hostile demon
467179 | Pan      | XOM: cloud trail
467275 | Pan      | XOM: god gift: scroll of amnesia
467399 | Pan      | XOM: stat loss: -1 Int (27/28)
468343 | Pan      | XOM: silly message
468441 | Pan      | XOM: cloud trail
469144 | Pan      | XOM: stat loss: -1 Int (26/28)
469301 | Pan      | XOM: summons 3 hostile demons
469568 | Pan      | XOM: silly message
469792 | Pan      | XOM: silly message
469863 | Pan      | XOM: silly message
470004 | Pan      | XOM: noise
470540 | Pan      | XOM: summons 3 hostile shadow creatures
471026 | Pan      | XOM: summons 3 hostile demons
471276 | Pan      | XOM: stat loss: -1 Dex (59/60)
471996 | Pan      | XOM: summons 2 hostile shadow creatures
472315 | Pan      | XOM: summons 3 hostile demons
472694 | Pan      | XOM: 7-stop teleportation journey
472954 | Pan      | XOM: cloud trail
473294 | Pan      | XOM: scenery: summon butterflies
473571 | Pan      | XOM: god gift: robe {god gift}
473681 | Pan      | XOM: give mutation
473681 | Pan      | Lost mutation: You are somewhat resistant to further
                  | mutation. [Xom's grace]
473681 | Pan      | Gained mutation: You have hidden genetic potential. [Xom's
                  | grace]
473825 | Pan      | XOM: 3-stop teleportation journey
473926 | Pan      | XOM: scenery: summon butterflies
473933 | Pan      | XOM: cloud trail
474209 | Pan      | XOM: cloud trail
474313 | Pan      | XOM: divination: detect items
474472 | Pan      | XOM: give mutations
474472 | Pan      | Gained mutation: Your thick and shaggy fur keeps you warm.
                  | (AC +3, rC+) [Xom's grace]
474472 | Pan      | Lost mutation: You have hidden genetic potential. [Xom's
                  | grace]
474472 | Pan      | Gained mutation: You are somewhat resistant to further
                  | mutation. [Xom's grace]
474530 | Pan      | XOM: divination: detect items
474765 | Pan      | XOM: cloud trail
474901 | Pan      | XOM: divination: detect creatures
474933 | Pan      | XOM: give mutations
474933 | Pan      | Lost mutation: You are somewhat resistant to further
                  | mutation. [Xom's grace]
474933 | Pan      | Gained mutation: You have hidden genetic potential. [Xom's
                  | grace]
474933 | Pan      | Lost mutation: You have hidden genetic potential. [Xom's
                  | grace]
474933 | Pan      | Gained mutation: You are somewhat resistant to further
                  | mutation. [Xom's grace]
474933 | Pan      | Gained mutation: You are somewhat resistant to both further
                  | mutation and mutation removal. [Xom's grace]
475456 | Pan      | XOM: scenery: create altars
475469 | Pan      | XOM: confuse monster(s)
475508 | Pan      | XOM: give mutations
475508 | Pan      | Lost mutation: You have very sharp teeth. [Xom's grace]
475508 | Pan      | Gained mutation: You have a beak for a mouth. [Xom's grace]
475508 | Pan      | Lost mutation: You are somewhat resistant to both further
                  | mutation and mutation removal. [Xom's grace]
475508 | Pan      | Lost mutation: You are somewhat resistant to further
                  | mutation. [Xom's grace]
475508 | Pan      | Gained mutation: You have hidden genetic potential. [Xom's
                  | grace]
475508 | Pan      | Gained mutation: You have great hidden genetic potential.
                  | [Xom's grace]
475508 | Pan      | Lost mutation: You have great hidden genetic potential.
                  | [Xom's grace]
475508 | Pan      | Lost mutation: You have hidden genetic potential. [Xom's
                  | grace]
475508 | Pan      | Gained mutation: You are somewhat resistant to further
                  | mutation. [Xom's grace]
475602 | Pan      | XOM: cloud trail
475820 | Pan      | XOM: give mutations
475820 | Pan      | Lost mutation: You are somewhat resistant to further
                  | mutation. [Xom's grace]
475820 | Pan      | Gained mutation: You have hidden genetic potential. [Xom's
                  | grace]
475820 | Pan      | Gained mutation: You have great hidden genetic potential.
                  | [Xom's grace]
475820 | Pan      | Lost mutation: You have great hidden genetic potential.
                  | [Xom's grace]
475820 | Pan      | Lost mutation: You have hidden genetic potential. [Xom's
                  | grace]
475820 | Pan      | Gained mutation: You are somewhat resistant to further
                  | mutation. [Xom's grace]
475820 | Pan      | Gained mutation: You are somewhat resistant to both further
                  | mutation and mutation removal. [Xom's grace]
476095 | Pan      | XOM: give mutations
476095 | Pan      | Gained mutation: You are almost entirely resistant to
                  | further mutation and mutation removal. [Xom's grace]
476095 | Pan      | Lost mutation: You are almost entirely resistant to further
                  | mutation and mutation removal. [Xom's grace]
476095 | Pan      | Lost mutation: You are somewhat resistant to both further
                  | mutation and mutation removal. [Xom's grace]
476095 | Pan      | Lost mutation: You are somewhat resistant to further
                  | mutation. [Xom's grace]
476095 | Pan      | Gained mutation: You have hidden genetic potential. [Xom's
                  | grace]
476095 | Pan      | Lost mutation: You have hidden genetic potential. [Xom's
                  | grace]
476095 | Pan      | Gained mutation: You are somewhat resistant to further
                  | mutation. [Xom's grace]
476095 | Pan      | Gained mutation: You are somewhat resistant to both further
                  | mutation and mutation removal. [Xom's grace]
476224 | Pan      | XOM is BORED!
476224 | Pan      | XOM: polymorph soul eater -> orange demon
476243 | Pan      | XOM: divination: detect creatures
476378 | Pan      | XOM: god gift: 36 gold pieces
476843 | Pan      | XOM: 6-stop teleportation journey
476863 | Pan      | XOM: enchant monster (good)
476864 | Pan      | XOM: cast spell 'Discord'
477279 | Pan      | XOM: cloud trail
477378 | Pan      | XOM: stat loss: -1 Dex (59/60)
477710 | Pan      | XOM: god gift: 3 scrolls of blinking
477852 | Pan      | XOM: god gift: 45 gold pieces
477859 | Pan      | XOM: summons 3 hostile demons
477870 | Pan      | XOM: summons 2 hostile shadow creatures
477914 | Pan      | XOM: silly message
477947 | Pan      | XOM: stat loss: -1 Int (27/28)
478070 | Pan      | XOM: silly message
478193 | Pan      | Upgraded the game from 0.29-a0-483-g69413ace17 to
                  | 0.29-a0-490-g77b3608bb8
478214 | Pan      | XOM: silly message
478237 | Pan      | XOM: noise
478277 | Pan      | XOM: divination: detect items
478306 | Pan      | XOM: cast spell 'Call Canine Familiar'
478310 | Pan      | XOM: potion effect (heal wounds)
478391 | Pan      | XOM: noise
478421 | Pan      | XOM: cast spell 'Cause Fear'
478434 | Pan      | XOM: silly message
478690 | Pan      | XOM: divination: detect items
478973 | Pan      | XOM: god gift: scroll of vulnerability
478981 | Pan      | XOM: summons 3 hostile demons
479226 | Pan      | XOM: summons 4 hostile demons
479965 | Pan      | XOM: noise
480029 | Pan      | XOM: summons 1 hostile shadow creature
480401 | Pan      | XOM: silly message
480716 | Pan      | XOM: stat loss: -1 Int (27/28)
480742 | Pan      | XOM: summons 3 hostile demons
480972 | Pan      | XOM: summons 2 hostile shadow creatures
481206 | Pan      | XOM: summons 2 hostile shadow creatures
481364 | Pan      | XOM: summons 3 hostile demons
481529 | Pan      | XOM: noise
481966 | Pan      | XOM: summons 1 hostile demon
482105 | Pan      | XOM: summons 3 hostile demons
482271 | Pan      | XOM: enchant monster (bad)
482670 | Pan      | XOM: silly message
482807 | Pan      | XOM: summons 2 hostile shadow creatures
482873 | Pan      | XOM: noise
482936 | Pan      | XOM: noise
482939 | Pan      | XOM: cast spell 'Dispersal'
482950 | Pan      | XOM: polymorph soul eater -> sun demon
482990 | Pan      | XOM: blink monster(s)
482995 | Pan      | XOM: divination: magic mapping
483027 | Pan      | XOM: noise
483036 | Pan      | XOM: noise
483047 | Pan      | XOM: scenery: summon butterflies
483093 | Pan      | XOM: summons friendly iron imp
483176 | Pan      | XOM: swap monsters
483240 | Pan      | XOM: cast spell 'Metabolic Englaciation'
483297 | Pan      | XOM: repel stairs
483511 | Pan      | XOM: noise
483536 | Pan      | XOM: confuse monster(s)
483605 | Pan      | XOM: stat loss: -1 Str (31/32)
483639 | Pan      | XOM: summons 2 hostile demons
483733 | Pan      | XOM: silly message
483758 | Pan      | XOM: silly message
483883 | Pan      | XOM: silly message
483896 | Pan      | XOM: potion effect (invisibility)
483995 | Pan      | XOM: silly message
484065 | Pan      | XOM: divination: magic mapping
484100 | Pan      | XOM: divination: detect items
484123 | Pan      | XOM: silly message
484149 | Pan      | XOM: noise
484180 | Pan      | XOM: silly message
484183 | Pan      | XOM: silly message
484260 | Pan      | XOM: polymorph ynoxinul -> neqoxec
484269 | Pan      | XOM: polymorph neqoxec -> smoke demon
484533 | Pan      | XOM: divination: magic mapping
484645 | Pan      | XOM: potion effect (might)
484765 | Pan      | XOM: divination: detect creatures
484799 | Pan      | XOM: enchant monster (good)
484834 | Pan      | XOM: polymorph sun demon -> sun demon
484930 | Pan      | XOM: enchant monster (good)
484940 | Pan      | XOM: god gift: scroll of fear
485048 | Pan      | XOM: scenery: summon butterflies
485291 | Pan      | XOM: cloud trail
485379 | Pan      | XOM: god gift: potion of mutation
485478 | Pan      | XOM: scenery: summon butterflies
485674 | Pan      | XOM: god gift: book of the Wilderness
487163 | Pan      | XOM: cloud trail
487197 | Pan      | XOM: silly message
487720 | Pan      | XOM: god gift: 12 gold pieces
488123 | Pan      | XOM: divination: magic mapping
488246 | Pan      | XOM: god gift: quarterstaff {god gift}
488286 | Pan      | XOM: silly message
488290 | Pan      | XOM: summons 3 hostile demons
488548 | Pan      | XOM: god gift: scale mail {god gift}
489262 | Pan      | XOM is BORED!
489347 | Pan      | XOM: god gift: piece from Xom's chessboard (15/15)
489503 | Pan      | XOM: 7-stop teleportation journey
489543 | Pan      | XOM: scenery: create altars
489559 | Pan      | XOM: swap monsters
489585 | Pan      | XOM: enchant monster (bad)
489605 | Pan      | XOM: blink monster(s)
489610 | Pan      | XOM: divination: detect items
489615 | Pan      | XOM: potion effect (invisibility)
489618 | Pan      | XOM: potion effect (might)
489619 | Pan      | XOM: summons friendly quasit
490240 | Pan      | XOM: god gift: wand of digging (6)
490518 | Pan      | XOM: cloud trail
490577 | Pan      | Identified the +9 spear of the Doomed God {freeze, MP+9}
                  | (Xom gifted it to you in Pandemonium)
490577 | Pan      | XOM: god gift: +9 spear of the Doomed God {chaos, MP+9}
490741 | Pan      | XOM: god gift: 2 boomerangs of dispersal
490768 | Pan      | XOM: give mutations
490768 | Pan      | Lost mutation: You are somewhat resistant to both further
                  | mutation and mutation removal. [Xom's grace]
490768 | Pan      | Lost mutation: You are somewhat resistant to further
                  | mutation. [Xom's grace]
490768 | Pan      | Gained mutation: You have hidden genetic potential. [Xom's
                  | grace]
490768 | Pan      | Lost mutation: You have hidden genetic potential. [Xom's
                  | grace]
490768 | Pan      | Gained mutation: You are somewhat resistant to further
                  | mutation. [Xom's grace]
490768 | Pan      | Lost mutation: You are somewhat resistant to further
                  | mutation. [Xom's grace]
490768 | Pan      | Gained mutation: You have hidden genetic potential. [Xom's
                  | grace]
490768 | Pan      | Lost mutation: You have hidden genetic potential. [Xom's
                  | grace]
490768 | Pan      | Gained mutation: You are somewhat resistant to further
                  | mutation. [Xom's grace]
491356 | Pan      | XOM: cloud trail
491602 | Pan      | XOM: god gift: 39 gold pieces
491802 | Pan      | XOM: give mutations
491802 | Pan      | Lost mutation: You are somewhat resistant to further
                  | mutation. [Xom's grace]
491802 | Pan      | Gained mutation: You have hidden genetic potential. [Xom's
                  | grace]
491802 | Pan      | Gained mutation: You have great hidden genetic potential.
                  | [Xom's grace]
491802 | Pan      | Lost mutation: You have a beak for a mouth. [Xom's grace]
491802 | Pan      | Gained mutation: You have very sharp teeth. [Xom's grace]
491824 | Pan      | XOM: cloud trail
491958 | Pan      | XOM: scenery: create altars
492049 | Pan      | XOM: cloud trail
492094 | Pan      | XOM: divination: magic mapping
492105 | Pan      | XOM: god gift: 22 gold pieces
492354 | Pan      | XOM: scenery: summon butterflies
492385 | Pan      | XOM: polymorph butterfly -> river rat
492565 | Pan      | XOM: silly message
492867 | Pan      | XOM: god gift: scimitar {god gift}
493295 | Pan      | XOM: god gift: Xom's Volume of Lethargy {god gift}
493532 | Pan      | XOM: god gift: 526 gold pieces
493785 | Pan      | XOM is BORED!
493964 | Pan      | XOM: 7-stop teleportation journey
493972 | Pan      | XOM: summons friendly quasit
493986 | Pan      | XOM: enchant monster (good)
493996 | Pan      | XOM: polymorph smoke demon -> ynoxinul
494039 | Pan      | XOM: divination: detect creatures
494073 | Pan      | XOM: summons 3 friendly demons
494075 | Pan      | XOM: give mutation
494075 | Pan      | Lost mutation: Your system is resistant to poisons. (rPois)
                  | [Xom's mischief]
494079 | Pan      | XOM: blink monster(s)
494089 | Pan      | XOM: silly message
494102 | Pan      | XOM: enchant monster (good)
494116 | Pan      | Reached skill level 27 in Conjurations
494119 | Pan      | XOM: god gift: 25 stones
494168 | Pan      | Reached skill level 1 in Summonings
494177 | Pan      | Reached skill level 1 in Hexes
494208 | Pan      | XOM: polymorph ynoxinul -> smoke demon
494884 | Pan      | XOM: god gift: 44 gold pieces
495125 | Pan      | XOM: god gift: club {god gift}
495130 | Pan      | XOM: 2-stop teleportation journey
495278 | Pan      | XOM: god gift: war axe {god gift}
495557 | Pan      | XOM: give mutation
495557 | Pan      | Lost mutation: You have great hidden genetic potential.
                  | [Xom's grace]
495557 | Pan      | Lost mutation: You have hidden genetic potential. [Xom's
                  | grace]
495557 | Pan      | Gained mutation: You are somewhat resistant to further
                  | mutation. [Xom's grace]
495666 | Pan      | XOM: 2-stop teleportation journey
495751 | Pan      | XOM: god gift: potion of lignification
495781 | Pan      | XOM: summons 2 hostile demons
496042 | Pan      | XOM: summons 2 hostile demons
496332 | Pan      | XOM: divination: magic mapping
496549 | Pan      | XOM: scenery: create altars
496652 | Pan      | XOM: summons 2 hostile demons
497154 | Pan      | XOM: god gift: phial of floods
497487 | Pan      | XOM: god gift: 63 gold pieces
497631 | Pan      | XOM: stat loss: -1 Str (31/32)
497770 | Pan      | XOM: cloud trail
497811 | Pan      | XOM: god gift: potion of lignification
497951 | Pan      | XOM: god gift: Grand Grimoire
498320 | Pan      | XOM: noise
498328 | Pan      | XOM: summons 2 hostile demons
498486 | Pan      | XOM: stat loss: -1 Int (27/28)
498859 | Pan      | XOM: summons 2 hostile demons
499433 | Pan      | XOM: summons 2 hostile shadow creatures
499786 | Pan      | XOM: noise
499990 | Pan      | XOM: stat loss: -1 Dex (59/60)
500356 | Pan      | XOM is BORED!
500453 | Pan      | XOM: blink monster(s)
500458 | Pan      | XOM: summons friendly quasit
500465 | Pan      | XOM: fog
500472 | Pan      | XOM: scenery: create altars
500523 | Pan      | XOM: swap monsters
500533 | Pan      | Reached skill level 5 in Summonings
500543 | Pan      | XOM: cleaving
500546 | Pan      | XOM: cast spell 'Summon Small Mammal'
500551 | Pan      | XOM: confuse monster(s)
500560 | Pan      | XOM: divine lightning
500578 | Pan      | XOM: cast spell 'Call Canine Familiar'
500579 | Pan      | XOM: destruction
500584 | Pan      | Reached skill level 5 in Hexes
500592 | Pan      | XOM: divination: magic mapping
500597 | Pan      | XOM: divination: detect creatures
500598 | Pan      | XOM: polymorph ufetubus -> white imp
500677 | Pan      | XOM: blink monster(s)
500679 | Pan      | XOM: confuse monster(s)
500861 | Pan      | XOM: divination: magic mapping
500915 | Pan      | XOM: noise
501220 | Pan      | XOM: god gift: scroll of immolation
501771 | Pan      | XOM: give mutations
501771 | Pan      | Gained mutation: Your system is resistant to poisons.
                  | (rPois) [Xom's grace]
501771 | Pan      | Gained mutation: You are somewhat resistant to both further
                  | mutation and mutation removal. [Xom's grace]
502057 | Pan      | XOM: cloud trail
502155 | Pan      | XOM: summons 1 hostile demon
502305 | Pan      | XOM: cloud trail
502747 | Pan      | XOM: summons 1 hostile demon
502969 | Pan      | XOM: summons 1 hostile demon
502989 | Pan      | XOM: summons 1 hostile demon
503242 | Pan      | XOM: potion effect (invisibility)
503254 | Pan      | XOM: divination: detect items
503361 | Pan      | XOM: enchant monster (bad)
503371 | Pan      | XOM: swap monsters
503470 | Pan      | XOM: cloud trail
503777 | Pan      | XOM: divination: magic mapping
503948 | Pan      | XOM: god gift: scale mail {god gift}
504195 | Pan      | XOM: give mutations
504195 | Pan      | Lost mutation: You are somewhat resistant to both further
                  | mutation and mutation removal. [Xom's grace]
504195 | Pan      | Lost mutation: You are somewhat resistant to further
                  | mutation. [Xom's grace]
504195 | Pan      | Gained mutation: You have hidden genetic potential. [Xom's
                  | grace]
504195 | Pan      | Lost mutation: You have hidden genetic potential. [Xom's
                  | grace]
504195 | Pan      | Gained mutation: You are somewhat resistant to further
                  | mutation. [Xom's grace]
504195 | Pan      | Gained mutation: You are somewhat resistant to both further
                  | mutation and mutation removal. [Xom's grace]
504195 | Pan      | Gained mutation: You are almost entirely resistant to
                  | further mutation and mutation removal. [Xom's grace]
504197 | Pan      | Fell from the grace of Xom
504225 | Pan      | Reached skill level 10 in Summonings
506991 | Pan      | Took an exit into the Abyss.
506991 | Abyss:1  | Escaped into the Abyss
506991 | Abyss:1  | Found a corrupted altar of Lugonu.
507073 | Depths:2 | Escaped the Abyss
507762 | Temple   | Became a worshipper of Gozag Ym Sagoz the Greedy
508170 | Hell     | Bought an encrusted short sword for 240 gold pieces
508170 | Hell     | Identified the +3 short sword of Foolhardiness {protect,
                  | rPois rC+ Dex+4} (You bought it in a shop in the Vestibule
                  | of Hell)
508170 | Hell     | Bought an encrusted falchion for 240 gold pieces
508170 | Hell     | Identified the +1 falchion of the Exiled Xeniums {drain,
                  | *Rage rF+++ rN+++} (You bought it in a shop in the
                  | Vestibule of Hell)
508477 | Elf:1    | Bought the ring of the Tortoise {AC+8} for 1792 gold pieces
508477 | Elf:1    | Found the ring of the Tortoise {AC+8}
508823 | Zig:1    | Entered Level 1 of a ziggurat
508842 | Zig:2    | Entered Level 2 of a ziggurat
508870 | Zig:3    | Entered Level 3 of a ziggurat
508915 | Zig:3    | Learned a level 9 spell: Chain Lightning
508920 | Zig:4    | Entered Level 4 of a ziggurat
508968 | Zig:4    | Identified the +4 trident "Saupebbu" {venom, rElec Will+
                  | Dex+4}
508979 | Zig:4    | Identified the +1 plate armour of the Goldsmith {Str+5}
509002 | Zig:5    | Entered Level 5 of a ziggurat
509007 | Zig:5    | Noticed an ancient lich
509010 | Zig:5    | Killed an ancient lich
509011 | Zig:5    | Reached skill level 10 in Hexes
509024 | Zig:5    | XOM: torment (176/291 hp)
509082 | Zig:5    | Identified the +5 halberd of Wondrous Power {vorpal, Str+5}
509091 | Zig:6    | Entered Level 6 of a ziggurat
509135 | Zig:6    | Identified the +0 pair of gloves of Supple Strength
                  | {Will++}
509141 | Zig:7    | Entered Level 7 of a ziggurat
509198 | Zig:7    | XOM: noise
509241 | Zig:7    | XOM: noise
509264 | Zig:8    | Entered Level 8 of a ziggurat
509269 | Zig:8    | Noticed Cagguk the pandemonium lord
509269 | Zig:8    | Noticed Ritzual the pandemonium lord
509270 | Zig:8    | Noticed Tacrog the pandemonium lord
509272 | Zig:8    | Killed Cagguk the pandemonium lord
509275 | Zig:8    | Killed Tacrog the pandemonium lord
509275 | Zig:8    | Killed Ritzual the pandemonium lord
509279 | Zig:8    | Reached skill level 15 in Summonings
509325 | Zig:8    | Identified the +5 scythe of the Wary Brambles {drain,
                  | Str+2}
509332 | Zig:8    | Identified the +8 chain mail of Fresh Salvation {Int+4}
509334 | Zig:9    | Entered Level 9 of a ziggurat
509723 | Zig:10   | Entered Level 10 of a ziggurat
509737 | Zig:10   | Found the +7 sceptre of Torment {pain, torment}
509780 | Zig:10   | XOM: summons 3 hostile shadow creatures
510112 | Zig:10   | Identified the ring "Xucruin" {Contam rPois rC+ rN+ Dex+3}
510117 | Zig:11   | Entered Level 11 of a ziggurat
510451 | Zig:11   | Identified the ring of Navoyhug {rElec Str+7 Int+6}
510465 | Zig:12   | Entered Level 12 of a ziggurat
510949 | Zig:12   | Identified the +7 falchion of Appy {drain, Int+4}
510957 | Zig:12   | Identified the +0 plate armour of Afeoteis {Rampage rCorr
                  | Int-4}
510996 | Zig:13   | Entered Level 13 of a ziggurat
511100 | Zig:13   | Found the +8 demon blade "Leech" {vamp, Harm Drain rN+}
511347 | Zig:13   | Identified the ring of Oscho {Contam rCorr Str+7}
511426 | Zig:13   | Identified the ring of Fupups {rF+ rN++ Will- Str+6}
511501 | Zig:14   | Entered Level 14 of a ziggurat
511518 | Zig:14   | Reached skill level 15 in Hexes
511585 | Zig:14   | XOM: stat loss: -1 Int (38/39)
511660 | Zig:14   | Identified the amulet of Xaill {Spirit rF++ rC- rN++}
511672 | Zig:14   | Learned a level 6 spell: Statue Form
511673 | Zig:14   | Identified the +3 scimitar of the Little People {chaos,
                  | Int+4}
511675 | Zig:15   | Entered Level 15 of a ziggurat
511989 | Zig:15   | XOM: summons 2 hostile shadow creatures
512381 | Zig:15   | Identified the +4 shadow dragon scales "Omutount" {rElec
                  | rF+ rCorr Stlth++++}
512416 | Zig:15   | Identified the +1 leather armour of the Mind {Will+}
512422 | Zig:15   | Identified the +1 scale mail of Toighood {Contam Harm Int+4
                  | Stlth+}
512435 | Zig:15   | Identified the +8 spear of Taxation {freeze, Will+}
512509 | Zig:16   | Entered Level 16 of a ziggurat
512677 | Zig:16   | XOM: summons 14 hostile demons
513531 | Zig:16   | Identified the +5 morningstar "Rummage" {vorpal, Str+4
                  | SInv}
513535 | Zig:17   | Entered Level 17 of a ziggurat
513570 | Zig:17   | Noticed a dread lich
513582 | Zig:17   | Killed a dread lich
513803 | Zig:17   | XOM: summons 1 hostile shadow creature
513948 | Zig:17   | XOM: summons 9 hostile demons
514240 | Zig:17   | XOM: summons 1 hostile shadow creature
514345 | Zig:17   | XOM: summons 2 hostile shadow creatures
514539 | Zig:17   | XOM: stat loss: -3 Int (36/39)
514558 | Zig:17   | XOM: scenery: create altars
514608 | Zig:17   | XOM: stat loss: -3 Str (25/28)
514650 | Zig:17   | XOM: stat loss: -3 Dex (68/71)
514967 | Zig:17   | Identified the +9 dagger of the Crypt {freeze, *Rage rPois
                  | rN+ rCorr}
514986 | Zig:17   | Identified the +2 battleaxe "Beastslayer" {vorpal, Contam
                  | rElec Dex+5 Stlth+}
514988 | Zig:17   | Identified the +5 war axe "Yhutif Laor" {flame, Int+2}
515145 | Zig:18   | Entered Level 18 of a ziggurat
515527 | Zig:18   | Identified the ring of the Changing Madman {Int+6 Dex+3}
515540 | Zig:18   | XOM: cloud trail
515541 | Zig:18   | Identified the +8 fire dragon scales of the Bouncing
                  | Artisans {rF++ rC- Will+ Int+4 Dex+3}
515542 | Zig:18   | Identified the +3 quarterstaff "Nari" {flame, Drain rElec
                  | rN+}
515646 | Zig:18   | XOM: god gift: wand of iceblast (5)
515890 | Zig:18   | XOM: stat loss: -3 Str (24/28)
516090 | Zig:18   | Was forgiven by Xom
516121 | Zig:19   | Entered Level 19 of a ziggurat
516179 | Zig:19   | Found the +3 robe of Clouds {*Thunder rCloud rElec}
516179 | Zig:19   | Found the +5 glaive of the Guard {elec, spectral, AC+5}
516407 | Zig:19   | Identified the +0 scale mail of Fallacy {+Blink Int+2 SInv}
516439 | Zig:19   | Identified the amulet of Xuicerph {Faith rC++ rCorr}
516442 | Zig:19   | Identified the ring "Rotig" {rC+ Dex+2 Stlth+}
516488 | Zig:20   | Entered Level 20 of a ziggurat
516591 | Zig:20   | Identified the +4 spear of Somewhere Else {antimagic,
                  | *Corrode rN++}
516595 | Zig:20   | Identified the ring of Benevolence {Fire Str+4}
516600 | Zig:20   | Identified the +8 mace of Jauth {antimagic, rN+}
516743 | Zig:21   | Entered Level 21 of a ziggurat
516866 | Zig:21   | Found the +5 scythe "Finisher" {speed, eviscerate}
516874 | Zig:21   | Identified the ring of Beproopn {+Blink rPois rCorr Str-3
                  | SInv}
516876 | Zig:21   | Identified the ring of the Blind Eye {+Blink rN+ Will++
                  | Int-3 SInv}
516879 | Zig:21   | Identified the +7 falchion "Daih" {flame, rPois rCorr Str+9
                  | Int-2}
516891 | Zig:21   | Identified the +0 helmet of Rekucuk {Harm}
516912 | Zig:21   | Identified the +5 mace of Cataclysm {vorpal, rPois Str+4
                  | Stlth+}
517188 | Zig:22   | Entered Level 22 of a ziggurat
517306 | Zig:22   | Noticed a dread lich
517311 | Zig:22   | Killed a dread lich
517331 | Zig:22   | Found the +3 giant club "Skullcrusher" {speed, Str+7}
517331 | Zig:22   | Found the +7 Spriggan's Knife {stab, EV+4 Stlth+}
517348 | Zig:22   | Identified the +6 trident "Bogimor" {vorpal, rC+ Int+4}
517664 | Zig:22   | Identified the +11 short sword "Zialaler" {distort, *Noise
                  | Fragile rPois Str+2 Dex+7}
517665 | Zig:22   | Identified the +10 short sword "Fula" {venom, Drain rC+++
                  | rN+ Dex-3}
517675 | Zig:23   | Entered Level 23 of a ziggurat
517689 | Zig:23   | Noticed an ancient lich
517689 | Zig:23   | Noticed a dread lich
517690 | Zig:23   | Noticed an ancient lich
517692 | Zig:23   | Noticed a dread lich
517694 | Zig:23   | Noticed an ancient lich
517696 | Zig:23   | Noticed an ancient lich
517696 | Zig:23   | Killed an ancient lich
517697 | Zig:23   | Noticed an ancient lich
517697 | Zig:23   | Killed a dread lich
517697 | Zig:23   | Killed an ancient lich
517698 | Zig:23   | Noticed a dread lich
517698 | Zig:23   | Killed a dread lich
517698 | Zig:23   | Killed an ancient lich
517700 | Zig:23   | Noticed an ancient lich
517701 | Zig:23   | Killed a dread lich
517701 | Zig:23   | Killed an ancient lich
517704 | Zig:23   | Killed an ancient lich
517705 | Zig:23   | Found the +9 staff of Olgreb {rPois∞}
517707 | Zig:23   | Killed an ancient lich
517724 | Zig:23   | Identified the +3 rapier "Ceffaul" {vorpal, Int+3 Stlth+}
517725 | Zig:23   | Identified the +5 morningstar of Pyru {flame, Int+6}
517733 | Zig:23   | Identified the amulet "Gulu" {Reflect Harm rElec rPois rC-
                  | SH+5}
517756 | Zig:23   | Identified the ring of Silyvied {Fire rN+++ Int-3 Dex+4}
517964 | Zig:24   | Entered Level 24 of a ziggurat
517979 | Zig:24   | Noticed Piss the pandemonium lord
517980 | Zig:24   | Noticed Caaran the pandemonium lord
517999 | Zig:24   | Noticed Omome the pandemonium lord
518005 | Zig:24   | Killed Caaran the pandemonium lord
518010 | Zig:24   | Killed Omome the pandemonium lord
518024 | Zig:24   | Noticed Waerr the pandemonium lord
518027 | Zig:24   | Killed Waerr the pandemonium lord
518027 | Zig:24   | Noticed Zexteolo the pandemonium lord
518039 | Zig:24   | Noticed Biuroc the pandemonium lord
518046 | Zig:24   | Killed Biuroc the pandemonium lord
518048 | Zig:24   | Noticed Hosuvim the pandemonium lord
518052 | Zig:24   | Killed Hosuvim the pandemonium lord
518053 | Zig:24   | Noticed Paevasok the pandemonium lord
518055 | Zig:24   | Noticed Xoyciak the pandemonium lord
518056 | Zig:24   | Noticed Hirea the pandemonium lord
518057 | Zig:24   | Killed Xoyciak the pandemonium lord
518061 | Zig:24   | Killed Paevasok the pandemonium lord
518061 | Zig:24   | Killed Hirea the pandemonium lord
518061 | Zig:24   | Noticed Qipihipt the pandemonium lord
518072 | Zig:24   | Killed Qipihipt the pandemonium lord
518083 | Zig:24   | Noticed Zaet Adast the pandemonium lord
518089 | Zig:24   | Noticed Bod Ageri the pandemonium lord
518089 | Zig:24   | Noticed Lerchaf the pandemonium lord
518092 | Zig:24   | Noticed Jelykhan the pandemonium lord
518093 | Zig:24   | Killed Zaet Adast the pandemonium lord
518099 | Zig:24   | Killed Lerchaf the pandemonium lord
518099 | Zig:24   | Noticed Goar the pandemonium lord
518104 | Zig:24   | Killed Jelykhan the pandemonium lord
518108 | Zig:24   | Killed Zexteolo the pandemonium lord
518109 | Zig:24   | Noticed Lanoof the pandemonium lord
518110 | Zig:24   | Noticed Bigicvim the pandemonium lord
518133 | Zig:24   | Killed Bigicvim the pandemonium lord
518135 | Zig:24   | Killed Goar the pandemonium lord
518143 | Zig:24   | Killed Bod Ageri the pandemonium lord
518144 | Zig:24   | Killed Piss the pandemonium lord
518146 | Zig:24   | Killed Lanoof the pandemonium lord
518175 | Zig:24   | Noticed Zoew the pandemonium lord
518195 | Zig:24   | Killed Zoew the pandemonium lord
518393 | Zig:24   | Identified the ring of the Locust {rF+ Int+4}
518400 | Zig:24   | Identified the +4 buckler of Awe {rElec}
518405 | Zig:24   | Identified the +2 cloak of Dogmatism {Regen+ Dex+3}
518429 | Zig:24   | Reached skill level 27 in Summonings
518432 | Zig:24   | Reached skill level 27 in Hexes
518435 | Zig:24   | Reached skill level 1 in Staves
518437 | Zig:24   | Reached skill level 5 in Long Blades
518437 | Zig:24   | Reached skill level 5 in Maces & Flails
518437 | Zig:24   | Reached skill level 5 in Polearms
518437 | Zig:24   | Reached skill level 5 in Slings
518438 | Zig:24   | Reached skill level 5 in Poison Magic
518461 | Zig:24   | Acquired 569 gold pieces
518463 | Zig:24   | Acquired 888 gold pieces
518465 | Zig:24   | Acquired the amulet of Kepoliudd {RegenMP MP+9 Int+4}
518477 | Zig:25   | Entered Level 25 of a ziggurat
518504 | Zig:25   | Reached skill level 5 in Staves
518514 | Zig:25   | Found the +2 Maxwell's thermic engine {flame, freeze}
518515 | Zig:25   | Found the +4 moon troll leather armour {Spirit, Regen++
                  | MP+5}
518549 | Zig:25   | Identified the amulet of Spite {Acrobat rC+}
518926 | Zig:26   | Entered Level 26 of a ziggurat
519006 | Zig:26   | Reached skill level 10 in Long Blades
519006 | Zig:26   | Reached skill level 10 in Maces & Flails
519006 | Zig:26   | Reached skill level 10 in Polearms
519006 | Zig:26   | Reached skill level 10 in Slings
519344 | Zig:26   | Reached skill level 10 in Poison Magic
519525 | Zig:26   | Identified the ring of Lady Luck {Fire rCorr Str+3 Int+3
                  | Dex-3}
519532 | Zig:26   | Identified the +5 whip of Naowytig {vorpal, rElec Str+7}
519535 | Zig:26   | Identified the +2 leather armour of Mental Paralysis
                  | {Regen+}
519568 | Zig:26   | Identified the +0 dagger "Huucsam" {venom, rC+ rCorr Dex-2}
519582 | Zig:27   | Entered Level 27 of a ziggurat
519607 | Zig:27   | Identified the +1 tower shield of the Merchant {Rampage rC-
                  | rCorr SInv}
519677 | Zig:27   | Identified the -1 pair of boots of the Stars {rElec Str+2
                  | Int+4}
519679 | Zig:27   | Identified the +8 hunting sling of the Glowing Butterfly
                  | {venom, Fly Will+++ Int-3 Dex-4}
519680 | Zig:27   | Identified the +2 flail of Jobi {flame, rC+ Str+4 Dex+5}
519691 | Zig:27   | Identified the +0 pair of boots "Mefuwna" {Harm rElec rF+
                  | Int-5 Stlth+}
519700 | Zig:27   | Identified the +6 long sword "Fudaxtucs" {vorpal, rN++
                  | Will-}
520010 | Zig:1    | Entered Level 1 of a ziggurat
520033 | Zig:2    | Entered Level 2 of a ziggurat
520088 | Zig:3    | Entered Level 3 of a ziggurat
520136 | Zig:3    | Identified the +2 pair of gloves "Morutz" {Contam rC+ Str+7
                  | Int+3}
520139 | Zig:4    | Entered Level 4 of a ziggurat
520140 | Zig:4    | Found the +2 hat of the Bear Spirit {Spirit, *Rage Will++}
520148 | Zig:4    | Reached skill level 10 in Staves
520170 | Zig:4    | Identified the ring "Tupeplau" {Will+ Str+4 Int-2 Dex+4}
520203 | Zig:5    | Entered Level 5 of a ziggurat
520261 | Zig:5    | Identified the +10 broad axe "Usmemoyvyn" {drain, +Blink
                  | rPois Str+4 Dex+5}
520273 | Zig:5    | Identified the +3 scale mail of Integrity {rC+ rN+}
520276 | Zig:6    | Entered Level 6 of a ziggurat
520341 | Zig:6    | Identified the amulet of Juephira {Reflect Int+4 SH+5}
520373 | Zig:6    | Reached skill level 15 in Long Blades
520385 | Zig:7    | Entered Level 7 of a ziggurat
520393 | Zig:7    | Reached skill level 15 in Polearms
520394 | Zig:7    | Reached skill level 1 in Short Blades
520394 | Zig:7    | Reached skill level 1 in Axes
520475 | Zig:7    | Identified the +2 robe of the Game of Life {Contam Fly
                  | rElec Slay+2}
520483 | Zig:8    | Entered Level 8 of a ziggurat
520489 | Zig:8    | Noticed Oscheibb the pandemonium lord
520490 | Zig:8    | Noticed Kudaon the pandemonium lord
520492 | Zig:8    | Noticed Aluo the pandemonium lord
520495 | Zig:8    | Killed Oscheibb the pandemonium lord
520497 | Zig:8    | Killed Kudaon the pandemonium lord
520497 | Zig:8    | Killed Aluo the pandemonium lord
520647 | Zig:8    | Identified the +10 quarterstaff of the Viper {flame, Str+6}
520659 | Zig:9    | Entered Level 9 of a ziggurat
520807 | Zig:9    | Identified the ring "Mucyvved" {Ice Dex+2}
520846 | Zig:10   | Entered Level 10 of a ziggurat
520859 | Zig:10   | Reached skill level 15 in Maces & Flails
520940 | Zig:10   | Identified the +0 leather armour of Courage {Int+2}
520986 | Zig:11   | Entered Level 11 of a ziggurat
521048 | Zig:11   | Identified the +5 great sword of Joggucim {venom, rPois
                  | Int+2 Stlth+}
521054 | Zig:11   | Identified the +8 hand axe "Gydiss" {vorpal, rPois rC+
                  | Dex+4}
521066 | Zig:11   | Identified the quicksilver dragon scales of Cogist {rN+
                  | Will+}
521068 | Zig:11   | Identified the +0 fire dragon scales of the Shoals {-Tele
                  | rElec rPois rF++ rC- rCorr Slay+5}
521117 | Zig:12   | Entered Level 12 of a ziggurat
521130 | Zig:12   | Reached skill level 5 in Short Blades
521130 | Zig:12   | Reached skill level 5 in Axes
521134 | Zig:12   | Reached skill level 15 in Slings
521134 | Zig:12   | Reached skill level 15 in Poison Magic
521329 | Zig:13   | Entered Level 13 of a ziggurat
521341 | Zig:13   | Noticed an ancient lich
521343 | Zig:13   | Found the +8 Vampire's Tooth {vamp}
521345 | Zig:13   | Reached skill level 1 in Crossbows
521345 | Zig:13   | Reached skill level 1 in Invocations
521345 | Zig:13   | Killed an ancient lich
521346 | Zig:13   | Reached skill level 1 in Throwing
521535 | Zig:13   | Identified the +2 hand axe of Tension {drain, Drain rC+
                  | Stlth+}
521562 | Zig:13   | Acquired 1040 gold pieces
521564 | Zig:13   | Acquired the +1 tower shield of Crawling {Harm Will- SInv}
521588 | Zig:13   | Identified the +10 dagger "Hydraslayer" {freeze, Fragile
                  | rC++}
521598 | Zig:13   | Identified the +7 trident "Focaw" {venom, Fly rC- rN++
                  | Dex+2}
521611 | Zig:14   | Entered Level 14 of a ziggurat
521654 | Zig:14   | Reached skill level 5 in Invocations
521943 | Zig:14   | Identified the ring of Jovvu Ynno {Fly rElec Str+3 Dex+6}
521953 | Zig:15   | Entered Level 15 of a ziggurat
521972 | Zig:15   | Reached skill level 5 in Crossbows
522051 | Zig:15   | Identified the +1 leather armour of Daeskug {Rampage Int+4}
522185 | Zig:15   | Identified the +7 war axe of Ykiyb {flame, Will+ Str+2
                  | Int-3 Dex+3}
522191 | Zig:16   | Entered Level 16 of a ziggurat
522504 | Zig:16   | Identified the amulet "Zaled" {Faith Harm Dex+3}
522506 | Zig:16   | Identified the +6 mace of Qazlal's Wrath {elec, rPois Int-5
                  | Dex+2}
522508 | Zig:16   | Identified the +3 spear "Innimum" {freeze, +Blink rPois
                  | rF-}
522512 | Zig:16   | Identified the +7 war axe of Sugorem {flame, rF- rCorr
                  | Dex+7}
522526 | Zig:17   | Entered Level 17 of a ziggurat
522544 | Zig:17   | Reached skill level 5 in Throwing
522656 | Zig:17   | Identified the +1 chain mail of Precision Catastrophes
                  | {Will+ Dex+3}
522832 | Zig:17   | Identified the +4 war axe "Rietoeq" {vorpal, rC+}
522837 | Zig:18   | Entered Level 18 of a ziggurat
523247 | Zig:18   | Identified the +4 glaive "Zamaotaf" {freeze, Dex+3}
523275 | Zig:18   | Identified the +7 hand axe "String" {vorpal, rPois rCorr
                  | Str+4 Stlth+}
523278 | Zig:18   | Identified the +9 lajatang of the Clean God {drain, rF+}
523287 | Zig:18   | Identified the +5 scimitar "Hun Jorora" {drain, rF+ rC+}
523289 | Zig:18   | Identified the +6 fustibalus of Dividends {speed, rN+}
523302 | Zig:19   | Entered Level 19 of a ziggurat
523313 | Zig:19   | Noticed a juggernaut
523313 | Zig:19   | Noticed a juggernaut
523315 | Zig:19   | Noticed a juggernaut
523318 | Zig:19   | Noticed a juggernaut
523318 | Zig:19   | Killed a juggernaut
523318 | Zig:19   | Killed a juggernaut
523319 | Zig:19   | Killed a juggernaut
523320 | Zig:19   | Reached skill level 10 in Invocations
523320 | Zig:19   | Noticed a juggernaut
523320 | Zig:19   | Noticed a juggernaut
523322 | Zig:19   | Killed a juggernaut
523322 | Zig:19   | Killed a juggernaut
523322 | Zig:19   | Noticed a juggernaut
523323 | Zig:19   | Reached skill level 15 in Staves
523325 | Zig:19   | Killed a juggernaut
523328 | Zig:19   | Killed a juggernaut
523426 | Zig:19   | Identified the +6 leather armour of Elyvilon's Displeasure
                  | {rPois Str+5 Stlth-}
523635 | Zig:19   | Identified the +1 leather armour of the Wilderness {+Inv
                  | Int-3 SInv}
523640 | Zig:19   | Identified the ring "Somesebo" {Fire Int+2}
523645 | Zig:19   | Identified the amulet of Ytalacir {RegenMP Will+ Str-2
                  | Dex+9 SInv}
523654 | Zig:19   | Reached skill level 10 in Crossbows
523670 | Zig:19   | Identified the +6 leather armour of Hadjma {rC- Regen+
                  | Stlth+}
523680 | Zig:20   | Entered Level 20 of a ziggurat
523691 | Zig:20   | Noticed Hudyten the pandemonium lord
523708 | Zig:20   | Noticed Reawnur the pandemonium lord
523710 | Zig:20   | Noticed Tyis the pandemonium lord
523716 | Zig:20   | Killed Reawnur the pandemonium lord
523721 | Zig:20   | Killed Tyis the pandemonium lord
523722 | Zig:20   | Noticed Kylopsaf the pandemonium lord
523727 | Zig:20   | Killed Kylopsaf the pandemonium lord
523730 | Zig:20   | Noticed Daet the pandemonium lord
523736 | Zig:20   | Noticed Hots the pandemonium lord
523740 | Zig:20   | Killed Daet the pandemonium lord
523740 | Zig:20   | Noticed Xynacoin the pandemonium lord
523742 | Zig:20   | Noticed Ikoecseole the pandemonium lord
523743 | Zig:20   | Killed Ikoecseole the pandemonium lord
523743 | Zig:20   | Killed Hots the pandemonium lord
523744 | Zig:20   | Killed Hudyten the pandemonium lord
523745 | Zig:20   | Killed Xynacoin the pandemonium lord
523749 | Zig:20   | Noticed Okareniss the pandemonium lord
523753 | Zig:20   | Noticed Cusuv the pandemonium lord
523756 | Zig:20   | Noticed Zoptipou the pandemonium lord
523757 | Zig:20   | Noticed Ryzo Wuss the pandemonium lord
523757 | Zig:20   | Noticed Noro Izi the pandemonium lord
523757 | Zig:20   | Noticed Beulup the pandemonium lord
523757 | Zig:20   | Noticed Ifoiq the pandemonium lord
523757 | Zig:20   | Killed Noro Izi the pandemonium lord
523759 | Zig:20   | Reached skill level 10 in Short Blades
523760 | Zig:20   | Noticed Ryfixkedi the pandemonium lord
523764 | Zig:20   | Killed Okareniss the pandemonium lord
523771 | Zig:20   | Killed Cusuv the pandemonium lord
523772 | Zig:20   | Killed Ryfixkedi the pandemonium lord
523780 | Zig:20   | Killed Ifoiq the pandemonium lord
523781 | Zig:20   | Reached skill level 10 in Axes
523781 | Zig:20   | Killed Zoptipou the pandemonium lord
523783 | Zig:20   | Killed Ryzo Wuss the pandemonium lord
523786 | Zig:20   | Killed Beulup the pandemonium lord
523790 | Zig:20   | Noticed Soaney the pandemonium lord
523791 | Zig:20   | Noticed Lyucireo the pandemonium lord
523793 | Zig:20   | Noticed Featzow the pandemonium lord
523794 | Zig:20   | Noticed Igotiyrch the pandemonium lord
523797 | Zig:20   | Killed Soaney the pandemonium lord
523805 | Zig:20   | Killed Igotiyrch the pandemonium lord
523811 | Zig:20   | Noticed Zuulip the pandemonium lord
523815 | Zig:20   | Killed Featzow the pandemonium lord
523817 | Zig:20   | Noticed Ysoun the pandemonium lord
523819 | Zig:20   | Noticed Wuwkil the pandemonium lord
523820 | Zig:20   | Killed Lyucireo the pandemonium lord
523822 | Zig:20   | Killed Zuulip the pandemonium lord
523828 | Zig:20   | Killed Wuwkil the pandemonium lord
523832 | Zig:20   | Killed Ysoun the pandemonium lord
523839 | Zig:20   | Found the +7 Singing Sword {vorpal, sonic wave}
523874 | Zig:20   | Identified the ring of Trepidation {Ice rPois Int+4}
523877 | Zig:20   | Identified the +0 pair of gloves "Vekumen" {Str+2 Dex+2}
523885 | Zig:20   | Identified the +11 flail "Demonbane" {freeze, rF++ Str+3}
523888 | Zig:20   | Identified the +8 falchion "Plog" {vorpal, Int+3}
523923 | Zig:20   | Identified the +3 scale mail of the Mantidfly {Slay+3}
524082 | Zig:21   | Entered Level 21 of a ziggurat
524330 | Zig:21   | Identified the +7 great sword of Eneggusm {vorpal, Stlth+}
524331 | Zig:21   | Identified the +3 triple sword "Rekkevegy" {vorpal, rPois
                  | rC+}
524333 | Zig:21   | Identified the +0 cloak of Paranoia {Harm Drain rC+}
524352 | Zig:22   | Entered Level 22 of a ziggurat
524368 | Zig:22   | Noticed Lisy the pandemonium lord
524368 | Zig:22   | Noticed Ligaxy the pandemonium lord
524369 | Zig:22   | Noticed Ypusuyllan the pandemonium lord
524377 | Zig:22   | Killed Lisy the pandemonium lord
524377 | Zig:22   | Killed Ligaxy the pandemonium lord
524379 | Zig:22   | Noticed Maomiu Juacu the pandemonium lord
524384 | Zig:22   | Noticed Sowuam the pandemonium lord
524385 | Zig:22   | Killed Maomiu Juacu the pandemonium lord
524386 | Zig:22   | Noticed Hidghir the pandemonium lord
524386 | Zig:22   | Noticed Wocsozet the pandemonium lord
524388 | Zig:22   | Noticed Kiojit the pandemonium lord
524389 | Zig:22   | Killed Sowuam the pandemonium lord
524390 | Zig:22   | Noticed Asaec the pandemonium lord
524390 | Zig:22   | Noticed Qegaychu the pandemonium lord
524393 | Zig:22   | Killed Wocsozet the pandemonium lord
524394 | Zig:22   | Reached skill level 15 in Invocations
524395 | Zig:22   | Killed Qegaychu the pandemonium lord
524398 | Zig:22   | Noticed Degit the pandemonium lord
524398 | Zig:22   | Noticed Gikhly Qule the pandemonium lord
524403 | Zig:22   | Noticed Xeotefo the pandemonium lord
524404 | Zig:22   | Noticed Widoef the pandemonium lord
524405 | Zig:22   | Reached skill level 10 in Throwing
524405 | Zig:22   | Killed Hidghir the pandemonium lord
524405 | Zig:22   | Killed Kiojit the pandemonium lord
524405 | Zig:22   | Noticed Pysureut the pandemonium lord
524408 | Zig:22   | Killed Gikhly Qule the pandemonium lord
524408 | Zig:22   | Killed Degit the pandemonium lord
524410 | Zig:22   | Noticed Wyuwk the pandemonium lord
524412 | Zig:22   | Noticed Betwir the pandemonium lord
524414 | Zig:22   | Noticed Ehevukil the pandemonium lord
524414 | Zig:22   | Killed Widoef the pandemonium lord
524415 | Zig:22   | Killed Ypusuyllan the pandemonium lord
524416 | Zig:22   | Killed Pysureut the pandemonium lord
524417 | Zig:22   | Killed Wyuwk the pandemonium lord
524420 | Zig:22   | Killed Betwir the pandemonium lord
524426 | Zig:22   | Noticed Tialekal the pandemonium lord
524428 | Zig:22   | Noticed Faiteige the pandemonium lord
524429 | Zig:22   | Killed Ehevukil the pandemonium lord
524431 | Zig:22   | Killed Tialekal the pandemonium lord
524431 | Zig:22   | Killed Xeotefo the pandemonium lord
524431 | Zig:22   | Noticed Iboid the pandemonium lord
524449 | Zig:22   | Noticed Nolaesui the pandemonium lord
524450 | Zig:22   | Noticed Uffuh the pandemonium lord
524450 | Zig:22   | Killed Iboid the pandemonium lord
524458 | Zig:22   | Killed Nolaesui the pandemonium lord
524460 | Zig:22   | Noticed Viopnus the pandemonium lord
524469 | Zig:22   | Killed Uffuh the pandemonium lord
524471 | Zig:22   | Killed Viopnus the pandemonium lord
524475 | Zig:22   | Noticed Mopt the pandemonium lord
524483 | Zig:22   | Noticed Nyveedda the pandemonium lord
524494 | Zig:22   | Killed Nyveedda the pandemonium lord
524495 | Zig:22   | Killed Mopt the pandemonium lord
524498 | Zig:22   | Killed Asaec the pandemonium lord
524515 | Zig:22   | Killed Faiteige the pandemonium lord
524797 | Zig:23   | Entered Level 23 of a ziggurat
524946 | Zig:23   | Identified the +5 ring mail "Luoth" {+Inv rElec}
524948 | Zig:23   | Identified the amulet "Voregaz" {Spirit Fragile rPois
                  | Int+4}
524950 | Zig:23   | Identified the ring of Foocasm {rN+ Will+}
525229 | Zig:23   | Identified the ring "Aqeixabi" {rN+ Will- Int+2 SInv}
525230 | Zig:23   | Identified the +12 long sword of Ackobuodyxt {chaos, rF+
                  | rC+ Will-}
525238 | Zig:24   | Entered Level 24 of a ziggurat
525251 | Zig:24   | Noticed Bedicw the pandemonium lord
525253 | Zig:24   | Noticed Kearyoth the pandemonium lord
525254 | Zig:24   | Noticed Disozakluu the pandemonium lord
525256 | Zig:24   | Noticed Nuynnext the pandemonium lord
525259 | Zig:24   | Killed Disozakluu the pandemonium lord
525263 | Zig:24   | Noticed Woph the pandemonium lord
525266 | Zig:24   | Noticed Zesug the pandemonium lord
525267 | Zig:24   | Killed Bedicw the pandemonium lord
525268 | Zig:24   | Noticed Yrodik the pandemonium lord
525269 | Zig:24   | Noticed Banguihe the pandemonium lord
525269 | Zig:24   | Noticed Puax the pandemonium lord
525269 | Zig:24   | Killed Kearyoth the pandemonium lord
525275 | Zig:24   | Killed Puax the pandemonium lord
525275 | Zig:24   | Killed Banguihe the pandemonium lord
525277 | Zig:24   | Killed Woph the pandemonium lord
525279 | Zig:24   | Killed Nuynnext the pandemonium lord
525289 | Zig:24   | Killed Yrodik the pandemonium lord
525294 | Zig:24   | Killed Zesug the pandemonium lord
525321 | Zig:24   | Noticed Tuttorir the pandemonium lord
525323 | Zig:24   | Noticed Xeduasm the pandemonium lord
525323 | Zig:24   | Noticed Eleur the pandemonium lord
525324 | Zig:24   | Noticed Ruru the pandemonium lord
525325 | Zig:24   | Noticed Argho the pandemonium lord
525326 | Zig:24   | Killed Tuttorir the pandemonium lord
525327 | Zig:24   | Killed Ruru the pandemonium lord
525327 | Zig:24   | Noticed Fumpir the pandemonium lord
525328 | Zig:24   | Noticed Tenisus the pandemonium lord
525328 | Zig:24   | Noticed Ymacuile the pandemonium lord
525328 | Zig:24   | Noticed Toc Joc the pandemonium lord
525328 | Zig:24   | Noticed Istus the pandemonium lord
525329 | Zig:24   | Noticed Eklev the pandemonium lord
525330 | Zig:24   | Noticed Ovin the pandemonium lord
525331 | Zig:24   | Noticed Jinufiablu the pandemonium lord
525335 | Zig:24   | Killed Xeduasm the pandemonium lord
525336 | Zig:24   | Noticed Aliudu the pandemonium lord
525336 | Zig:24   | Noticed Enluac the pandemonium lord
525337 | Zig:24   | Killed Istus the pandemonium lord
525337 | Zig:24   | Noticed Pirud the pandemonium lord
525338 | Zig:24   | Killed Fumpir the pandemonium lord
525338 | Zig:24   | Killed Argho the pandemonium lord
525338 | Zig:24   | Killed Tenisus the pandemonium lord
525338 | Zig:24   | Killed Ymacuile the pandemonium lord
525338 | Zig:24   | Killed Jinufiablu the pandemonium lord
525338 | Zig:24   | Killed Ovin the pandemonium lord
525338 | Zig:24   | Killed Eleur the pandemonium lord
525338 | Zig:24   | Killed Enluac the pandemonium lord
525339 | Zig:24   | Killed Eklev the pandemonium lord
525339 | Zig:24   | Noticed Onteem Koiw the pandemonium lord
525340 | Zig:24   | Killed Toc Joc the pandemonium lord
525340 | Zig:24   | Noticed Buqiklyi the pandemonium lord
525341 | Zig:24   | Killed Aliudu the pandemonium lord
525343 | Zig:24   | Noticed Gumnex the pandemonium lord
525352 | Zig:24   | Noticed Vyir the pandemonium lord
525354 | Zig:24   | Noticed Pavu the pandemonium lord
525357 | Zig:24   | Killed Gumnex the pandemonium lord
525357 | Zig:24   | Killed Vyir the pandemonium lord
525358 | Zig:24   | Reached skill level 15 in Crossbows
525364 | Zig:24   | Killed Pavu the pandemonium lord
525374 | Zig:24   | Killed Buqiklyi the pandemonium lord
525377 | Zig:24   | Noticed Ikaor the pandemonium lord
525382 | Zig:24   | Killed Onteem Koiw the pandemonium lord
525387 | Zig:24   | Killed Ikaor the pandemonium lord
525395 | Zig:24   | Killed Pirud the pandemonium lord
525396 | Zig:24   | Found the +1 cloak of Starlight {*Dazzle EV+4 Stlth--}
525401 | Zig:24   | Acquired 970 gold pieces
525413 | Zig:24   | Identified the +1 robe of Experimentation {rC+ rN+ Str+5
                  | Dex-4}
525632 | Zig:24   | Identified the +4 falchion of Ointment {drain, rPois}
525634 | Zig:24   | Identified the +1 leather armour of Pride {rElec rC+ Str+5}
525638 | Zig:25   | Entered Level 25 of a ziggurat
525693 | Zig:25   | Acquired 571 gold pieces
525708 | Zig:25   | Identified the ring "Fasipt" {Fly rF+ Int+4 Dex+7}
525715 | Zig:25   | Identified the ring "Zeihan" {rF+ rN+}
525716 | Zig:25   | Identified the amulet "Mufor" {Spirit -Cast Fly rN+ Str+8}
525733 | Zig:25   | Identified the +3 battleaxe "Killer Bee's Peril" {speed,
                  | Str+4 Dex+3}
525736 | Zig:25   | Identified the +4 dire flail of Dull Resourcefulness
                  | {drain, rN++ Str+3}
525737 | Zig:25   | Identified the ring "Opsau" {rC+ Str+2 Int+6 Dex+6}
526031 | Zig:26   | Entered Level 26 of a ziggurat
526048 | Zig:26   | Noticed Jegi the pandemonium lord
526050 | Zig:26   | Noticed Rosy the pandemonium lord
526050 | Zig:26   | Noticed Giusug the pandemonium lord
526050 | Zig:26   | Noticed Toloxkojus the pandemonium lord
526050 | Zig:26   | Noticed Munar the pandemonium lord
526054 | Zig:26   | Noticed Arghum the pandemonium lord
526054 | Zig:26   | Noticed Icyas the pandemonium lord
526054 | Zig:26   | Noticed Heklat the pandemonium lord
526054 | Zig:26   | Noticed Xulott the pandemonium lord
526056 | Zig:26   | Noticed Pirolaff the pandemonium lord
526057 | Zig:26   | Killed Arghum the pandemonium lord
526057 | Zig:26   | Killed Heklat the pandemonium lord
526057 | Zig:26   | Killed Icyas the pandemonium lord
526057 | Zig:26   | Killed Xulott the pandemonium lord
526058 | Zig:26   | Killed Toloxkojus the pandemonium lord
526059 | Zig:26   | Killed Pirolaff the pandemonium lord
526059 | Zig:26   | Killed Giusug the pandemonium lord
526059 | Zig:26   | Killed Munar the pandemonium lord
526060 | Zig:26   | Noticed Neal the pandemonium lord
526064 | Zig:26   | Killed Jegi the pandemonium lord
526073 | Zig:26   | Noticed Pageyqif the pandemonium lord
526078 | Zig:26   | Killed Neal the pandemonium lord
526081 | Zig:26   | Killed Pageyqif the pandemonium lord
526100 | Zig:26   | Killed Rosy the pandemonium lord
526101 | Zig:26   | Noticed Raatonno the pandemonium lord
526106 | Zig:26   | Noticed Qinnecw the pandemonium lord
526112 | Zig:26   | Noticed Nehuw the pandemonium lord
526115 | Zig:26   | Killed Raatonno the pandemonium lord
526123 | Zig:26   | Killed Nehuw the pandemonium lord
526124 | Zig:26   | Noticed Odduacw the pandemonium lord
526127 | Zig:26   | Killed Qinnecw the pandemonium lord
526135 | Zig:26   | Killed Odduacw the pandemonium lord
526138 | Zig:26   | Noticed Rierr the pandemonium lord
526151 | Zig:26   | Noticed Fodiol the pandemonium lord
526152 | Zig:26   | Killed Rierr the pandemonium lord
526153 | Zig:26   | Noticed Cerovon the pandemonium lord
526155 | Zig:26   | Noticed Jinysip the pandemonium lord
526158 | Zig:26   | Killed Jinysip the pandemonium lord
526160 | Zig:26   | Noticed Yrolox the pandemonium lord
526160 | Zig:26   | Noticed Nojablue the pandemonium lord
526162 | Zig:26   | Killed Fodiol the pandemonium lord
526163 | Zig:26   | Killed Cerovon the pandemonium lord
526165 | Zig:26   | Killed Yrolox the pandemonium lord
526165 | Zig:26   | Noticed Mumi the pandemonium lord
526169 | Zig:26   | Noticed Jiteuc the pandemonium lord
526172 | Zig:26   | Noticed Hivaok the pandemonium lord
526174 | Zig:26   | Killed Nojablue the pandemonium lord
526182 | Zig:26   | Killed Hivaok the pandemonium lord
526185 | Zig:26   | Killed Jiteuc the pandemonium lord
526186 | Zig:26   | Killed Mumi the pandemonium lord
526186 | Zig:26   | Noticed Lelihe the pandemonium lord
526201 | Zig:26   | Killed Lelihe the pandemonium lord
526219 | Zig:26   | Noticed Paeqagajes the pandemonium lord
526229 | Zig:26   | Killed Paeqagajes the pandemonium lord
526247 | Zig:26   | Noticed Nonisilo the pandemonium lord
526247 | Zig:26   | Noticed Poesmuzu the pandemonium lord
526251 | Zig:26   | Noticed Lanuf the pandemonium lord
526255 | Zig:26   | Killed Poesmuzu the pandemonium lord
526262 | Zig:26   | Killed Lanuf the pandemonium lord
526264 | Zig:26   | Killed Nonisilo the pandemonium lord
526265 | Zig:26   | Noticed Cuul the pandemonium lord
526272 | Zig:26   | Killed Cuul the pandemonium lord
526272 | Zig:26   | Noticed Pekhle Gofrem the pandemonium lord
526279 | Zig:26   | Killed Pekhle Gofrem the pandemonium lord
526295 | Zig:26   | Noticed Vaniwkel the pandemonium lord
526302 | Zig:26   | Killed Vaniwkel the pandemonium lord
526306 | Zig:26   | Noticed Bokku the pandemonium lord
526318 | Zig:26   | Killed Bokku the pandemonium lord
526343 | Zig:26   | Identified the +8 hand crossbow of Fate {penet, Drain Str+2
                  | Dex+2 Stlth+}
526346 | Zig:26   | Identified the +6 war axe of the Lost Villages {vorpal,
                  | Will+ rCorr Str+9 Dex-5}
526376 | Zig:26   | Identified the ring "Onaoh" {rPois rN+ rCorr Int+2}
526384 | Zig:26   | Identified the +2 rapier of Annihilation {spect, rN+}
526386 | Zig:26   | Identified the +0 rapier "Jehokaec" {speed, Str+4}
526643 | Zig:26   | Identified the ring "Qaklanouh" {Ice rPois rN++ MP+9
                  | Slay+4}
526652 | Zig:27   | Entered Level 27 of a ziggurat
526749 | Zig:27   | Paralysed by accursed screaming for 2 turns
526854 | Zig:27   | Reached skill level 15 in Short Blades
527528 | Hell     | Bought the brooch of Shielding {Spirit SH+8} for 1306 gold
                  | pieces
527528 | Hell     | Found the brooch of Shielding {Spirit SH+8}
527552 | Hell     | Bought a scroll of summoning for 142 gold pieces
527552 | Hell     | Bought a scroll of summoning for 142 gold pieces
527554 | Hell     | Bought a potion of heal wounds for 165 gold pieces
527554 | Hell     | Bought a potion of invisibility for 264 gold pieces
527556 | Hell     | Bought a scroll of blinking for 300 gold pieces
527648 | Zig:1    | Entered Level 1 of a ziggurat
527653 | Zig:1    | Reached skill level 15 in Axes
527686 | Zig:1    | Identified the +5 hunting sling of Pain and Death {freeze,
                  | rPois rCorr Stlth+}
527688 | Zig:2    | Entered Level 2 of a ziggurat
527688 | Zig:2    | Noticed an ancient lich
527692 | Zig:2    | Killed an ancient lich
527719 | Zig:3    | Entered Level 3 of a ziggurat
527792 | Zig:3    | Identified the +9 short sword of Durable Reinforcement
                  | {freeze, rC+ Int+4}
527799 | Zig:4    | Entered Level 4 of a ziggurat
527801 | Zig:4    | Noticed an ancient lich
527805 | Zig:4    | Killed an ancient lich
527840 | Zig:5    | Entered Level 5 of a ziggurat
527843 | Zig:5    | Noticed an ancient lich
527844 | Zig:5    | Noticed an ancient lich
527845 | Zig:5    | Killed an ancient lich
527846 | Zig:5    | Killed an ancient lich
527960 | Zig:5    | Identified the +10 spear of Deflation {vorpal, rPois Dex+2}
527962 | Zig:5    | Identified the +9 bardiche of Luixzoho {antimagic, rF+ rC+
                  | Will++}
527980 | Zig:6    | Entered Level 6 of a ziggurat
527983 | Zig:6    | Found the +0 mask of the Dragon {Will+ Slay+3 SInv}
527984 | Zig:6    | Noticed an ancient lich
527984 | Zig:6    | Noticed a dread lich
527985 | Zig:6    | Noticed a dread lich
527985 | Zig:6    | Noticed an ancient lich
527986 | Zig:6    | Killed a dread lich
527987 | Zig:6    | Killed an ancient lich
527987 | Zig:6    | Killed an ancient lich
527987 | Zig:6    | Killed a dread lich
528054 | Zig:7    | Entered Level 7 of a ziggurat
528059 | Zig:7    | Noticed Jaypheom the pandemonium lord
528059 | Zig:7    | Noticed Fuoc the pandemonium lord
528060 | Zig:7    | Noticed Bikk the pandemonium lord
528061 | Zig:7    | Noticed Ruc Cysh the pandemonium lord
528063 | Zig:7    | Killed Fuoc the pandemonium lord
528063 | Zig:7    | Killed Bikk the pandemonium lord
528067 | Zig:7    | Killed Jaypheom the pandemonium lord
528068 | Zig:7    | Killed Ruc Cysh the pandemonium lord
528158 | Zig:8    | Entered Level 8 of a ziggurat
528256 | Zig:9    | Entered Level 9 of a ziggurat
528282 | Zig:9    | Found the +0 pair of fencer's gloves {Riposte Dex+3}
528419 | Zig:9    | Identified the +7 war axe "Atwaer" {flame, rC+ Str+3 Dex+4
                  | Stlth+}
528472 | Zig:10   | Entered Level 10 of a ziggurat
528480 | Zig:10   | Found the +9 staff of Wucad Mu {*channel}
528482 | Zig:10   | Found the +9 sword of Zonguldrok {reap}
528584 | Zig:10   | Identified the amulet "Nasagawn" {Acrobat rPois rF+ Will+}
528609 | Zig:11   | Entered Level 11 of a ziggurat
528623 | Zig:11   | Reached skill level 15 in Throwing
528632 | Zig:11   | Found the +8 longbow "Zephyr" {speed, Dex+3 SInv}
528732 | Zig:11   | Identified the +5 scythe of Qoefaoso {vorpal, rF- Str+2
                  | Int+2}
528780 | Zig:12   | Entered Level 12 of a ziggurat
528972 | Zig:13   | Entered Level 13 of a ziggurat
528981 | Zig:13   | Noticed an orb of fire
528982 | Zig:13   | Noticed an orb of fire
528984 | Zig:13   | Noticed an orb of fire
528984 | Zig:13   | Noticed an orb of fire
528986 | Zig:13   | Noticed an orb of fire
528987 | Zig:13   | Noticed an orb of fire
528987 | Zig:13   | Killed an orb of fire
528987 | Zig:13   | Noticed an orb of fire
528988 | Zig:13   | Killed an orb of fire
528988 | Zig:13   | Killed an orb of fire
528988 | Zig:13   | Noticed an orb of fire
528990 | Zig:13   | Killed an orb of fire
528991 | Zig:13   | Killed an orb of fire
528994 | Zig:13   | Killed an orb of fire
528994 | Zig:13   | Killed an orb of fire
528995 | Zig:13   | Killed an orb of fire
529061 | Zig:13   | Identified the +1 scale mail of Gravity {Str+2 Dex+5}
529075 | Zig:13   | Identified the +5 gold dragon scales of the Shore {Harm
                  | rPois rF+ rC+ Slay+2 Stlth+}
529121 | Zig:13   | Identified the +4 mace "Moynk" {vorpal, Will+ Str-4 Int+7}
529133 | Zig:13   | Identified the amulet of Tomorrow {Reflect rN+ Will- rCorr
                  | Int+3 SH+5}
529134 | Zig:13   | Identified the ring of the Imp {rCorr EV+4}
529137 | Zig:14   | Entered Level 14 of a ziggurat
529150 | Zig:14   | Noticed Qiewk the pandemonium lord
529150 | Zig:14   | Noticed Noisol the pandemonium lord
529151 | Zig:14   | Noticed Vedon the pandemonium lord
529152 | Zig:14   | Noticed Senlun the pandemonium lord
529154 | Zig:14   | Noticed Bigai the pandemonium lord
529155 | Zig:14   | Noticed Pugoikioxo the pandemonium lord
529157 | Zig:14   | Noticed Pouna the pandemonium lord
529163 | Zig:14   | Killed Qiewk the pandemonium lord
529163 | Zig:14   | Killed Vedon the pandemonium lord
529163 | Zig:14   | Noticed Ediqoiwyl the pandemonium lord
529164 | Zig:14   | Killed Pouna the pandemonium lord
529164 | Zig:14   | Killed Noisol the pandemonium lord
529165 | Zig:14   | Killed Bigai the pandemonium lord
529165 | Zig:14   | Noticed Heizoime the pandemonium lord
529166 | Zig:14   | Killed Ediqoiwyl the pandemonium lord
529166 | Zig:14   | Killed Pugoikioxo the pandemonium lord
529168 | Zig:14   | Killed Senlun the pandemonium lord
529168 | Zig:14   | Noticed Tairch the pandemonium lord
529171 | Zig:14   | Killed Heizoime the pandemonium lord
529174 | Zig:14   | Killed Tairch the pandemonium lord
529350 | Zig:14   | Identified the +1 hat "Zubec" {rC++ Regen+}
529353 | Zig:14   | Identified the +1 hat of Ypuar {rElec}
529399 | Zig:15   | Entered Level 15 of a ziggurat
529415 | Zig:15   | Noticed a juggernaut
529417 | Zig:15   | Noticed a juggernaut
529418 | Zig:15   | Found the +12 pair of quick blades "Gyre" and "Gimble"
                  | {protect}
529420 | Zig:15   | Killed a juggernaut
529420 | Zig:15   | Killed a juggernaut
529654 | Zig:16   | Entered Level 16 of a ziggurat
529667 | Zig:16   | Noticed an ancient lich
529669 | Zig:16   | Noticed a dread lich
529671 | Zig:16   | Killed a dread lich
529672 | Zig:16   | Killed an ancient lich
529673 | Zig:16   | Noticed an ancient lich
529674 | Zig:16   | Noticed a dread lich
529675 | Zig:16   | Killed an ancient lich
529675 | Zig:16   | Noticed an ancient lich
529675 | Zig:16   | Noticed an ancient lich
529676 | Zig:16   | Killed an ancient lich
529676 | Zig:16   | Killed a dread lich
529677 | Zig:16   | Killed an ancient lich
529681 | Zig:16   | Noticed a dread lich
529683 | Zig:16   | Killed a dread lich
529734 | Zig:16   | Found the +3 sling "Punk" {acid, rCorr}
529734 | Zig:16   | Found the +2 shield of Resistance {rF++ rC++ Will++}
529736 | Zig:16   | Found the ring of the Octopus King
529832 | Zig:16   | Identified the ring of Sif Muna's Vengeance {Dex+4 SInv}
529833 | Zig:16   | Identified the ring "Plog" {rCorr Str+2 SInv}
529853 | Zig:16   | Identified a ring of the Octopus King {Fly AC+1 EV+1 Str+1
                  | Int+1 Dex+1}
529873 | Zig:17   | Entered Level 17 of a ziggurat
529892 | Zig:17   | Found the +4 Cigotuvi's embrace {rMiasma Drain rN+}
529918 | Zig:17   | Identified the ring "Qocaxoaj" {rPois Int+5 Dex+7 Slay-3}
530120 | Zig:18   | Entered Level 18 of a ziggurat
530144 | Zig:18   | Found the +6 arbalest "Damnation" {damnation}
530160 | Zig:18   | Identified the +6 dagger of Wyrd {vorpal, Int+3}
530165 | Zig:18   | Identified the +1 war axe "Goblinslayer" {spect, rPois rC++
                  | Str-5 Int-2}
530169 | Zig:18   | Identified the +3 scimitar "Zotos" {elec, rF+ rN+ Int+2}
530181 | Zig:18   | Identified the ring of Loetequd {Fly Int+2}
530300 | Zig:19   | Entered Level 19 of a ziggurat
530309 | Zig:19   | Noticed a juggernaut
530312 | Zig:19   | Noticed a juggernaut
530314 | Zig:19   | Noticed a juggernaut
530315 | Zig:19   | Killed a juggernaut
530317 | Zig:19   | Noticed a juggernaut
530317 | Zig:19   | Killed a juggernaut
530318 | Zig:19   | Noticed a juggernaut
530319 | Zig:19   | Killed a juggernaut
530324 | Zig:19   | Killed a juggernaut
530324 | Zig:19   | Killed a juggernaut
530427 | Zig:19   | Reached skill level 27 in Long Blades
530579 | Zig:20   | Entered Level 20 of a ziggurat
530606 | Zig:20   | Found the +13 scythe of Curses {drain, Drain}
530644 | Zig:20   | Acquired 1159 gold pieces
530653 | Zig:20   | Identified the +0 ring mail "Efuo" {Str+4}
530833 | Zig:20   | Identified the +4 hunting sling of Esusyi Loph {vorpal,
                  | rPois}
530842 | Zig:21   | Entered Level 21 of a ziggurat
530883 | Zig:21   | Found the +7 staff of the Meek {protect, meekguard}
530899 | Zig:21   | Acquired 654 gold pieces
530952 | Zig:21   | Identified the +1 plate armour "Enurhaah" {Str+5}
531095 | Zig:21   | Identified the amulet "Vahoraji" {Faith Will+}
531146 | Zig:21   | Identified the ring of Zon Difo {rCorr Str+6}
531147 | Zig:21   | Identified the +10 falchion of Tenacity {protect, *Corrode
                  | rElec rPois}
531150 | Zig:21   | Identified the +6 flail "Worm" {spect, Str+3 Int+4}
531154 | Zig:22   | Entered Level 22 of a ziggurat
531169 | Zig:22   | Noticed a juggernaut
531169 | Zig:22   | Noticed a juggernaut
531173 | Zig:22   | Killed a juggernaut
531173 | Zig:22   | Killed a juggernaut
531176 | Zig:22   | Noticed a juggernaut
531182 | Zig:22   | Found the +7 Throatcutter {drain, coup de grace}
531182 | Zig:22   | Found the +8 lance "Wyrmbane" {slay drac, rPois rF+ rC+
                  | AC+3}
531183 | Zig:22   | Found the +7 lajatang of Order {silver, rMut}
531184 | Zig:22   | Killed a juggernaut
531186 | Zig:22   | Found the +4 robe of Folly {Brilliance Will-∞ Int+8}
531189 | Zig:22   | Found the amulet of the Air {Inacc Air Fly rElec RMsl}
531195 | Zig:22   | Identified the +1 robe of Plog {Int+7}
531211 | Zig:22   | Identified the +8 shortbow "Tajaimn" {flame, rPois Str+4}
531218 | Zig:22   | Identified the +3 glaive of the Chickpea {holy, Dex+8}
531510 | Zig:22   | Identified the ring of Onen {Ice Contam +Blink rCorr
                  | Stlth+}
531526 | Zig:23   | Entered Level 23 of a ziggurat
531542 | Zig:23   | Noticed a juggernaut
531542 | Zig:23   | Noticed a juggernaut
531543 | Zig:23   | Noticed a juggernaut
531544 | Zig:23   | Noticed a juggernaut
531544 | Zig:23   | Noticed a juggernaut
531545 | Zig:23   | Killed a juggernaut
531545 | Zig:23   | Killed a juggernaut
531545 | Zig:23   | Killed a juggernaut
531546 | Zig:23   | Killed a juggernaut
531546 | Zig:23   | Killed a juggernaut
531546 | Zig:23   | Noticed a juggernaut
531547 | Zig:23   | Noticed a juggernaut
531549 | Zig:23   | Noticed a juggernaut
531550 | Zig:23   | Killed a juggernaut
531550 | Zig:23   | Killed a juggernaut
531550 | Zig:23   | Noticed a juggernaut
531552 | Zig:23   | Killed a juggernaut
531552 | Zig:23   | Killed a juggernaut
531552 | Zig:23   | Noticed a juggernaut
531553 | Zig:23   | Noticed a juggernaut
531569 | Zig:23   | Killed a juggernaut
531571 | Zig:23   | Killed a juggernaut
531572 | Zig:23   | Noticed a juggernaut
531573 | Zig:23   | Noticed a juggernaut
531574 | Zig:23   | Noticed a juggernaut
531575 | Zig:23   | Noticed a juggernaut
531578 | Zig:23   | Killed a juggernaut
531579 | Zig:23   | Killed a juggernaut
531579 | Zig:23   | Killed a juggernaut
531580 | Zig:23   | Noticed a juggernaut
531583 | Zig:23   | Killed a juggernaut
531586 | Zig:23   | Killed a juggernaut
531603 | Zig:23   | Found the +6 Majin-Bo {vamp, MP+6 Int+6}
531604 | Zig:23   | Found the +4 robe of Augmentation {Str+4 Int+4 Dex+4}
531670 | Zig:23   | Identified the +5 falchion of Zehaizxa {flame, Str+3}
531875 | Zig:23   | Identified the +3 ring mail "Leorur" {+Blink rC- Will+++}
531876 | Zig:23   | Identified the amulet "Cisio" {Acrobat Regen+ Dex+3}
531891 | Zig:23   | Identified the +6 long sword of Frustration {pain, rElec
                  | rC+++ Will++ Int-3}
531898 | Zig:23   | Identified the +5 trident of the Shifting Gnat {flame, rF+
                  | Dex+4}
531907 | Zig:24   | Entered Level 24 of a ziggurat
531930 | Zig:24   | Noticed a juggernaut
531931 | Zig:24   | Noticed a juggernaut
531931 | Zig:24   | Noticed a juggernaut
531932 | Zig:24   | Noticed a juggernaut
531933 | Zig:24   | Killed a juggernaut
531933 | Zig:24   | Killed a juggernaut
531933 | Zig:24   | Killed a juggernaut
531933 | Zig:24   | Killed a juggernaut
531953 | Zig:24   | Identified the ring of Zuism {Fly rPois rC++ Will- rCorr}
531958 | Zig:24   | Identified the ring "Seywn" {rCorr Int+6}
531964 | Zig:24   | Identified the ring "Widiadd" {rPois rF- Str+2 Dex+7 SInv}
531965 | Zig:24   | Identified the +7 trident of Dissent {vamp, Fly rElec
                  | Int+4}
531977 | Zig:24   | Identified the +9 flail of the Gloaming {speed, *Rage rF+
                  | rN+ rCorr}
531980 | Zig:24   | Identified the ring "Ruuhesom" {rF+ rN+ EV+4 Str-4 Int+4}
531981 | Zig:24   | Identified the +1 fustibalus of Hubris {venom, Stlth+}
532303 | Zig:25   | Entered Level 25 of a ziggurat
532704 | Zig:25   | Identified the ring of Mouhyxkeo {Will++ rCorr}
532708 | Zig:25   | Identified the ring of Culluq Hiaje {Wiz Dex+4 Slay+2}
532713 | Zig:25   | Identified the +1 cloak of the Barber Surgeon {rC+ rN+}
532719 | Zig:25   | Identified the +7 falchion of Fatigue {protect, SInv}
532726 | Zig:26   | Entered Level 26 of a ziggurat
532753 | Zig:26   | Reached skill level 27 in Poison Magic
533095 | Zig:26   | Identified the +9 glaive "Cinu" {venom, *Corrode rF++
                  | Str+2}
533099 | Zig:26   | Identified the ring of Lust {rPois rF+ Str+6}
533102 | Zig:26   | Identified the ring of the Median {rC+ Int+5}
533107 | Zig:26   | Identified the +0 leather armour "Zeuqak" {Str+4}
533113 | Zig:27   | Entered Level 27 of a ziggurat
533495 | Zig:27   | Found the +11 plutonium sword {Contam Stlth-}
533497 | Zig:27   | Found the +7 mace of Variability {chain chaos}
533500 | Zig:27   | Identified the +1 robe of Insecurity {Rampage rElec}
533527 | Zig:27   | Identified the +4 troll leather armour of Liull {Fly Regen+
                  | Int+2 Stlth+}
533531 | Zig:27   | Identified the ring of Pyv Ahue {+Blink rC+ rCorr Int-5
                  | Slay+5}
533535 | Zig:27   | Identified the +7 pearl dragon scales "Galanumn" {rF- rC+++
                  | rN+ Will+++ Str-3}
533544 | Zig:27   | Identified the +4 flail "Viuhul" {flame, rElec rN+}
533548 | Zig:27   | Identified the +10 trident of Fuzzy Tortfeasance {vorpal,
                  | rPois}
533552 | Zig:27   | Identified the +5 hand crossbow "Kaimixog" {elec, Str+2
                  | Dex+4}
533563 | Zig:27   | Reached skill level 27 in Maces & Flails
533642 | Hell     | Bought 2 potions of haste for 420 gold pieces
533774 | Depths:1 | Identified the +1 helmet "Ziahora" {rC+ Dex+3}
533892 | Zig:1    | Entered Level 1 of a ziggurat
533919 | Zig:2    | Entered Level 2 of a ziggurat
533945 | Zig:2    | Identified the +1 plate armour "Zowi" {rCorr}
533951 | Zig:3    | Entered Level 3 of a ziggurat
534032 | Zig:4    | Entered Level 4 of a ziggurat
534034 | Zig:4    | Noticed a royal mummy
534038 | Zig:4    | Killed a royal mummy
534127 | Zig:5    | Entered Level 5 of a ziggurat
534205 | Zig:5    | Identified the +3 war axe "Vococaan" {vorpal, *Slow rN+++
                  | Will- Str+9}
534209 | Zig:6    | Entered Level 6 of a ziggurat
534266 | Zig:6    | Identified the +11 chain mail of Depression {rF+ Str+6
                  | Dex-4 SInv}
534300 | Zig:7    | Entered Level 7 of a ziggurat
534411 | Zig:7    | Identified the +5 rapier "Kifaet" {antimagic, rPois rN+
                  | Int-2}
534418 | Zig:8    | Entered Level 8 of a ziggurat
534540 | Zig:9    | Entered Level 9 of a ziggurat
534574 | Zig:9    | Identified the +9 hunting sling of Eppaczuch {speed,
                  | Fragile rF+ Will+ Stlth+}
534657 | Zig:9    | Identified the ring of Broken Luck {Str+6 Int+4 Dex-4
                  | Slay+2 Stlth+}
534664 | Zig:10   | Entered Level 10 of a ziggurat
534668 | Zig:10   | Noticed an orb of fire
534668 | Zig:10   | Noticed an orb of fire
534671 | Zig:10   | Killed an orb of fire
534672 | Zig:10   | Killed an orb of fire
534672 | Zig:10   | Noticed an orb of fire
534672 | Zig:10   | Noticed an orb of fire
534674 | Zig:10   | Noticed an orb of fire
534676 | Zig:10   | Killed an orb of fire
534676 | Zig:10   | Killed an orb of fire
534676 | Zig:10   | Noticed an orb of fire
534677 | Zig:10   | Killed an orb of fire
534681 | Zig:10   | Killed an orb of fire
534686 | Zig:10   | Found the +9 heavy crossbow "Sniper" {vorpal, Acc+∞ SInv}
534793 | Zig:11   | Entered Level 11 of a ziggurat
534964 | Zig:11   | Identified the +8 hunting sling "Zipo" {freeze, Fly Int+5}
534968 | Zig:12   | Entered Level 12 of a ziggurat
534980 | Zig:12   | Reached skill level 27 in Slings
535101 | Zig:12   | Identified the +8 battleaxe of the Revolution {vamp, Drain
                  | rElec rPois Int+6}
535112 | Zig:12   | Identified the +5 whip of Zealous Valiance {freeze, Will+
                  | Str+3 Int-5}
535196 | Zig:13   | Entered Level 13 of a ziggurat
535218 | Zig:13   | Found the +3 crown of Dyrovepreva {rElec Int+2 SInv}
535293 | Zig:13   | Identified the +11 hunting sling of Big Damage {freeze,
                  | +Blink Will+}
535351 | Zig:13   | Identified the +9 hunting sling "Nocao" {speed, Str+4}
535352 | Zig:13   | Identified the amulet "Niquakaj" {rF+ Regen+ Dex+2 Slay+3}
535355 | Zig:13   | Identified the ring of the Tarantula {Contam rPois rC- AC+4
                  | Str+6}
535373 | Zig:14   | Entered Level 14 of a ziggurat
535495 | Zig:14   | Identified the +10 plate armour of Dogma {rCorr Slay+2}
535503 | Zig:14   | Identified the +2 dagger of Karma {elec, rN+ Str+4 Int+4}
535597 | Zig:14   | Identified the ring of Departure {rC+ MP+9}
535602 | Zig:15   | Entered Level 15 of a ziggurat
535612 | Zig:15   | Noticed an ancient lich
535613 | Zig:15   | Noticed an ancient lich
535615 | Zig:15   | Noticed an ancient lich
535618 | Zig:15   | Reached skill level 27 in Polearms
535618 | Zig:15   | Killed an ancient lich
535618 | Zig:15   | Killed an ancient lich
535619 | Zig:15   | Killed an ancient lich
535658 | Zig:15   | Identified the ring "Iquel" {Ice Will- rCorr Str+3 SInv}
535793 | Zig:15   | Identified the ring of Joodam {rF+ rC- Will+ Str+2 Int+3}
535799 | Zig:16   | Entered Level 16 of a ziggurat
535807 | Zig:16   | Noticed an ancient lich
535808 | Zig:16   | Noticed an ancient lich
535809 | Zig:16   | Reached skill level 27 in Staves
535809 | Zig:16   | Killed an ancient lich
535809 | Zig:16   | Killed an ancient lich
535810 | Zig:16   | Noticed a dread lich
535812 | Zig:16   | Noticed a dread lich
535812 | Zig:16   | Killed a dread lich
535812 | Zig:16   | Killed a dread lich
535812 | Zig:16   | Noticed an ancient lich
535813 | Zig:16   | Noticed an ancient lich
535814 | Zig:16   | Noticed an ancient lich
535815 | Zig:16   | Noticed an ancient lich
535816 | Zig:16   | Killed an ancient lich
535816 | Zig:16   | Killed an ancient lich
535817 | Zig:16   | Killed an ancient lich
535818 | Zig:16   | Reached skill level 27 in Invocations
535818 | Zig:16   | Killed an ancient lich
535818 | Zig:16   | Noticed an ancient lich
535818 | Zig:16   | Noticed a dread lich
535819 | Zig:16   | Noticed a dread lich
535822 | Zig:16   | Noticed an ancient lich
535822 | Zig:16   | Killed an ancient lich
535823 | Zig:16   | Killed a dread lich
535823 | Zig:16   | Killed a dread lich
535824 | Zig:16   | Killed an ancient lich
535826 | Zig:16   | Found the +12 glaive of Prune {vorpal}
535842 | Zig:16   | Identified the amulet "Ongalec" {Spirit Str+6}
535845 | Zig:16   | Identified the +6 dire flail "Faxilem" {speed, *Rage Str+4}
535854 | Zig:16   | Identified the +5 hand crossbow "Beast's Undoing" {flame,
                  | rC- Str+4 Dex+5}
535860 | Zig:16   | Identified the ring "Cyimn" {Contam rN+ Str+3 Slay+3 SInv}
535861 | Zig:16   | Identified the ring "Tawocuim" {EV+4 Dex+2}
535862 | Zig:16   | Identified the +0 chain mail "Boidin" {-Tele rPois rF+
                  | Str+5}
536012 | Zig:17   | Entered Level 17 of a ziggurat
536047 | Zig:17   | Reached skill level 27 in Crossbows
536321 | Zig:17   | Identified the amulet "Onel" {Faith Str+3 Dex-5 SInv}
536324 | Zig:17   | Identified the ring of Vat Examo {Fly Dex+4}
536325 | Zig:17   | Identified the ring "Kezulaz" {+Blink rPois rN+ Str-2
                  | Dex-5}
536333 | Zig:18   | Entered Level 18 of a ziggurat
536344 | Zig:18   | Noticed Ramol the pandemonium lord
536346 | Zig:18   | Noticed Xus Bari the pandemonium lord
536346 | Zig:18   | Noticed Diyssoc the pandemonium lord
536346 | Zig:18   | Noticed Sepnoa the pandemonium lord
536346 | Zig:18   | Noticed Ucaxteq the pandemonium lord
536346 | Zig:18   | Noticed Nool the pandemonium lord
536346 | Zig:18   | Noticed Duec the pandemonium lord
536346 | Zig:18   | Noticed Fokkauno the pandemonium lord
536346 | Zig:18   | Noticed Zyak the pandemonium lord
536347 | Zig:18   | Noticed Casomyppi the pandemonium lord
536347 | Zig:18   | Noticed Fubu the pandemonium lord
536347 | Zig:18   | Noticed Vyunwik the pandemonium lord
536348 | Zig:18   | Noticed Ycwex the pandemonium lord
536348 | Zig:18   | Noticed Icuv Nif the pandemonium lord
536349 | Zig:18   | Noticed Viyqyof the pandemonium lord
536349 | Zig:18   | Noticed Atiup the pandemonium lord
536349 | Zig:18   | Noticed Tuetz the pandemonium lord
536350 | Zig:18   | Noticed Xyreil the pandemonium lord
536350 | Zig:18   | Noticed Becuoq the pandemonium lord
536350 | Zig:18   | Killed Ramol the pandemonium lord
536350 | Zig:18   | Killed Xus Bari the pandemonium lord
536350 | Zig:18   | Noticed Abreulag the pandemonium lord
536350 | Zig:18   | Noticed Wyich the pandemonium lord
536351 | Zig:18   | Noticed Fopn the pandemonium lord
536352 | Zig:18   | Killed Atiup the pandemonium lord
536353 | Zig:18   | Killed Xyreil the pandemonium lord
536353 | Zig:18   | Killed Viyqyof the pandemonium lord
536354 | Zig:18   | Killed Vyunwik the pandemonium lord
536357 | Zig:18   | Killed Casomyppi the pandemonium lord
536357 | Zig:18   | Killed Nool the pandemonium lord
536357 | Zig:18   | Killed Abreulag the pandemonium lord
536357 | Zig:18   | Killed Ucaxteq the pandemonium lord
536358 | Zig:18   | Noticed Oklieku the pandemonium lord
536358 | Zig:18   | Killed Ycwex the pandemonium lord
536358 | Zig:18   | Killed Sepnoa the pandemonium lord
536361 | Zig:18   | Killed Zyak the pandemonium lord
536361 | Zig:18   | Killed Duec the pandemonium lord
536361 | Zig:18   | Killed Oklieku the pandemonium lord
536361 | Zig:18   | Killed Fokkauno the pandemonium lord
536361 | Zig:18   | Killed Wyich the pandemonium lord
536361 | Zig:18   | Killed Icuv Nif the pandemonium lord
536361 | Zig:18   | Killed Tuetz the pandemonium lord
536361 | Zig:18   | Noticed Mecag the pandemonium lord
536364 | Zig:18   | Killed Becuoq the pandemonium lord
536364 | Zig:18   | Killed Fubu the pandemonium lord
536364 | Zig:18   | Killed Fopn the pandemonium lord
536364 | Zig:18   | Noticed Segouh the pandemonium lord
536365 | Zig:18   | Killed Mecag the pandemonium lord
536366 | Zig:18   | Killed Diyssoc the pandemonium lord
536369 | Zig:18   | Reached skill level 27 in Short Blades
536370 | Zig:18   | Killed Segouh the pandemonium lord
536390 | Zig:18   | Identified the +4 trident of Causality {pain, Will+}
536399 | Zig:18   | Identified the ring of Caudd {Will+ SInv}
536604 | Zig:18   | Identified the +8 great sword of Terra Cotta {speed, rC+
                  | rN++ Str+7}
536609 | Zig:18   | Identified the +1 flail of Hifioc {flame, Int+4}
536614 | Zig:19   | Entered Level 19 of a ziggurat
536624 | Zig:19   | Noticed a royal mummy
536625 | Zig:19   | Noticed a royal mummy
536627 | Zig:19   | Noticed a royal mummy
536628 | Zig:19   | Noticed a royal mummy
536628 | Zig:19   | Noticed an ancient lich
536629 | Zig:19   | Noticed a royal mummy
536629 | Zig:19   | Noticed a royal mummy
536629 | Zig:19   | Noticed a royal mummy
536631 | Zig:19   | Killed a royal mummy
536631 | Zig:19   | Killed a royal mummy
536631 | Zig:19   | Killed a royal mummy
536631 | Zig:19   | Killed an ancient lich
536631 | Zig:19   | Killed a royal mummy
536631 | Zig:19   | Killed a royal mummy
536631 | Zig:19   | Killed a royal mummy
536631 | Zig:19   | Noticed a royal mummy
536632 | Zig:19   | Reached skill level 27 in Throwing
536632 | Zig:19   | Noticed a royal mummy
536632 | Zig:19   | Noticed a royal mummy
536632 | Zig:19   | Noticed a royal mummy
536632 | Zig:19   | Noticed a royal mummy
536633 | Zig:19   | Noticed a royal mummy
536634 | Zig:19   | Killed a royal mummy
536634 | Zig:19   | Killed a royal mummy
536634 | Zig:19   | Noticed a royal mummy
536635 | Zig:19   | Killed a royal mummy
536635 | Zig:19   | Killed a royal mummy
536636 | Zig:19   | Reached skill level 27 in Axes
536636 | Zig:19   | Killed a royal mummy
536636 | Zig:19   | Noticed a royal mummy
536636 | Zig:19   | Noticed a royal mummy
536637 | Zig:19   | Killed a royal mummy
536637 | Zig:19   | Killed a royal mummy
536637 | Zig:19   | Killed a royal mummy
536638 | Zig:19   | Killed a royal mummy
536638 | Zig:19   | Killed a royal mummy
536732 | Zig:19   | Identified the +8 shortbow of the Eggplant {flame, rN+}
537004 | Zig:19   | Identified the amulet of Cefujaeh {Acrobat Rampage rElec
                  | rC+ Dex-2}
537011 | Zig:19   | Identified the +1 cloak "Kouckas" {Harm Fly Str+4 Dex-3}
537018 | Zig:19   | Identified the +3 buckler "Jiesoom" {Regen+ Int+4 Dex-5}
537028 | Zig:20   | Entered Level 20 of a ziggurat
537047 | Zig:20   | Reached skill level 10 in Ranged Weapons
537049 | Zig:20   | Noticed an ancient lich
537051 | Zig:20   | Killed an ancient lich
537068 | Zig:20   | Found the +10 morningstar "Eos" {elec, Halo rElec}
537374 | Zig:20   | Identified the +6 hunting sling "Grim Tooth" {freeze,
                  | Contam Str+2 Int+4 Dex+6}
537376 | Zig:20   | Identified the +3 rapier "Jennedoc" {vorpal, rF+ Str-2
                  | Int+3 Stlth+}
537390 | Zig:21   | Entered Level 21 of a ziggurat
537402 | Zig:21   | Reached skill level 15 in Ranged Weapons
537560 | Zig:21   | Found the +5 demon whip "Spellbinder" {antimagic, Will+}
537567 | Zig:21   | Identified the +3 leather armour "Lalo" {+Blink rPois Str-2
                  | Int-2}
537587 | Zig:21   | Identified the +1 flail of Painful Death {spect, Will+
                  | Int+4}
537605 | Zig:21   | Identified the ring "Dasoush" {Wiz Str+5}
537610 | Zig:22   | Entered Level 22 of a ziggurat
537634 | Zig:22   | Noticed Hyluvab the pandemonium lord
537637 | Zig:22   | Killed Hyluvab the pandemonium lord
537661 | Zig:22   | Found the +8 storm bow {elec, penet}
537668 | Zig:22   | Identified the +4 morningstar "Culunt" {vorpal, rC+}
537681 | Zig:22   | Identified the ring of Ciosm {*Corrode rPois MP+9 Slay+2
                  | Stlth+}
537691 | Zig:22   | Identified the ring of the Leaf {Dex+3 Slay+4}
537708 | Zig:22   | Identified the +5 war axe of Evolution {chaos, Str+6}
537926 | Zig:22   | Identified the +1 ring mail "Sostremne" {rElec}
537931 | Zig:23   | Entered Level 23 of a ziggurat
537960 | Zig:23   | Found the +7 captain's cutlass {speed, disarm}
537972 | Zig:23   | Identified the ring of Tesuf {rF+ rN+ SInv}
537986 | Zig:23   | Identified the ring of Kafai {rN+ Slay+3}
538286 | Zig:24   | Entered Level 24 of a ziggurat
538308 | Zig:24   | Reached skill level 27 in Ranged Weapons
538321 | Zig:24   | Found the +3 Elemental Staff {rElec rF++ rC++ AC+5}
538759 | Zig:24   | Identified the +2 mace of the Common Good {elec, rC+ Dex+2}
538764 | Zig:25   | Entered Level 25 of a ziggurat
538772 | Zig:25   | Noticed a juggernaut
538779 | Zig:25   | Noticed a juggernaut
538779 | Zig:25   | Noticed a juggernaut
538779 | Zig:25   | Noticed a juggernaut
538781 | Zig:25   | Noticed a juggernaut
538781 | Zig:25   | Killed a juggernaut
538782 | Zig:25   | Noticed a juggernaut
538786 | Zig:25   | Killed a juggernaut
538786 | Zig:25   | Killed a juggernaut
538786 | Zig:25   | Noticed a juggernaut
538787 | Zig:25   | Killed a juggernaut
538788 | Zig:25   | Killed a juggernaut
538788 | Zig:25   | Killed a juggernaut
538789 | Zig:25   | Noticed a juggernaut
538789 | Zig:25   | Killed a juggernaut
538793 | Zig:25   | Killed a juggernaut
538797 | Zig:25   | Noticed a juggernaut
538800 | Zig:25   | Killed a juggernaut
538829 | Zig:25   | Identified the +6 plate armour of the Cicada {Contam Int+2
                  | Dex+4 Stlth+}
539238 | Zig:25   | Identified the +8 hunting sling "Iliesued" {flame, Contam
                  | *Slow Str+8 Dex+9}
539244 | Zig:25   | Identified the amulet "Maowkav" {Spirit Int+2}
539275 | Zig:25   | Identified the ring of Dopeakei {rC- Str+9 Int+6 Dex+2
                  | Stlth-}
539279 | Zig:26   | Entered Level 26 of a ziggurat
539572 | Zig:26   | Identified the +4 halberd "Umaluxin" {freeze, Fragile rElec
                  | MP+9 Dex+2}
539643 | Zig:26   | Identified the amulet of Dabits {Acrobat rC+ Str+4}
539648 | Zig:27   | Entered Level 27 of a ziggurat
539659 | Zig:27   | Noticed an ancient lich
539660 | Zig:27   | Noticed an ancient lich
539662 | Zig:27   | Noticed a dread lich
539664 | Zig:27   | Killed an ancient lich
539664 | Zig:27   | Killed an ancient lich
539665 | Zig:27   | Noticed an ancient lich
539666 | Zig:27   | Noticed a dread lich
539667 | Zig:27   | Noticed a dread lich
539668 | Zig:27   | Killed a dread lich
539668 | Zig:27   | Killed a dread lich
539668 | Zig:27   | Noticed an ancient lich
539669 | Zig:27   | Killed a dread lich
539669 | Zig:27   | Killed an ancient lich
539670 | Zig:27   | Noticed an ancient lich
539670 | Zig:27   | Noticed an ancient lich
539672 | Zig:27   | Killed an ancient lich
539674 | Zig:27   | Killed an ancient lich
539674 | Zig:27   | Killed an ancient lich
539674 | Zig:27   | Noticed a dread lich
539675 | Zig:27   | Killed a dread lich
539677 | Zig:27   | Noticed a dread lich
539677 | Zig:27   | Noticed a dread lich
539680 | Zig:27   | Noticed an ancient lich
539682 | Zig:27   | Killed an ancient lich
539682 | Zig:27   | Killed a dread lich
539683 | Zig:27   | Killed a dread lich
539692 | Zig:27   | Found the +3 warlock's mirror {reflect}
539741 | Zig:27   | Identified the +8 lajatang of Aniti {vorpal, +Blink rCorr
                  | Int+2}
540031 | Zig:27   | Identified the +1 quarterstaff of the Thirteen Seers
                  | {distort, *Rage rPois rF+ Dex+5}
540123 | Zig:27   | Identified the ring of Kais {Wiz +Blink rPois Dex-4 SInv}
540135 | Zig:27   | Identified the +0 hat of Zaena Exe {Harm rF+}
540217 | Hell     | Bought a scroll of blinking for 172 gold pieces
540221 | Hell     | Bought the amulet of the Four Winds {rN+ Will+++ Clar} for
                  | 834 gold pieces
540221 | Hell     | Found the amulet of the Four Winds {rN+ Will+++ Clar}
540390 | Hell     | Upgraded the game from 0.29-a0-490-g77b3608bb8 to
                  | 0.29-a0-495-g17b79114eb
540404 | Zig:1    | Entered Level 1 of a ziggurat
540423 | Zig:2    | Entered Level 2 of a ziggurat
540475 | Zig:3    | Entered Level 3 of a ziggurat
540535 | Zig:4    | Entered Level 4 of a ziggurat
540552 | Zig:4    | Acquired 532 gold pieces
540594 | Zig:5    | Entered Level 5 of a ziggurat
540668 | Zig:6    | Entered Level 6 of a ziggurat
540673 | Zig:6    | Found the +8 autumn katana {vorpal, manifold assault}
540739 | Zig:6    | Identified the +3 long sword "Affuydog" {venom, rElec rF+
                  | Will+}
540750 | Zig:6    | Identified the +8 longbow of the Viper {vorpal, rN+}
540763 | Zig:7    | Entered Level 7 of a ziggurat
540885 | Zig:7    | Identified the ring of Wifiduti {rElec rPois rCorr Dex+5}
540900 | Zig:8    | Entered Level 8 of a ziggurat
540906 | Zig:8    | Noticed an ancient lich
540911 | Zig:8    | Paralysed by accursed screaming for 1 turns
540914 | Zig:8    | Killed an ancient lich
540951 | Zig:8    | Identified the ring of the Median {rPois rF+ Int+4 Stlth+}
541079 | Zig:9    | Entered Level 9 of a ziggurat
541179 | Zig:9    | Identified the amulet "Zisoe" {rElec Regen+ Str+9 Int+4
                  | Dex-3}
541242 | Zig:9    | Identified the amulet of Kuful {Reflect Str+4 Dex+4 SH+5}
541253 | Zig:10   | Entered Level 10 of a ziggurat
541364 | Zig:10   | Identified the ring "Qughoxze" {rC+ rCorr MP+9 Str+2 Int-5}
541374 | Zig:10   | Identified the amulet "Qeikiv" {Acrobat -Cast +Blink Dex+4
                  | Stlth+}
541445 | Zig:11   | Entered Level 11 of a ziggurat
541635 | Zig:12   | Entered Level 12 of a ziggurat
541639 | Zig:12   | Noticed a juggernaut
541640 | Zig:12   | Noticed a juggernaut
541643 | Zig:12   | Noticed a juggernaut
541644 | Zig:12   | Noticed a juggernaut
541645 | Zig:12   | Killed a juggernaut
541648 | Zig:12   | Killed a juggernaut
541649 | Zig:12   | Killed a juggernaut
541649 | Zig:12   | Killed a juggernaut
541877 | Zig:13   | Entered Level 13 of a ziggurat
541881 | Zig:13   | Noticed a dread lich
541881 | Zig:13   | Noticed a dread lich
541882 | Zig:13   | Noticed an ancient lich
541882 | Zig:13   | Noticed a dread lich
541883 | Zig:13   | Noticed a dread lich
541884 | Zig:13   | Noticed an ancient lich
541885 | Zig:13   | Killed a dread lich
541885 | Zig:13   | Killed an ancient lich
541886 | Zig:13   | Noticed an ancient lich
541887 | Zig:13   | Noticed an ancient lich
541888 | Zig:13   | Noticed a dread lich
541889 | Zig:13   | Killed a dread lich
541889 | Zig:13   | Killed an ancient lich
541889 | Zig:13   | Killed a dread lich
541889 | Zig:13   | Killed a dread lich
541889 | Zig:13   | Noticed an ancient lich
541890 | Zig:13   | Noticed an ancient lich
541892 | Zig:13   | Killed an ancient lich
541893 | Zig:13   | Noticed a dread lich
541893 | Zig:13   | Killed an ancient lich
541893 | Zig:13   | Killed an ancient lich
541893 | Zig:13   | Noticed an ancient lich
541894 | Zig:13   | Killed a dread lich
541894 | Zig:13   | Killed an ancient lich
541894 | Zig:13   | Killed a dread lich
541894 | Zig:13   | Killed an ancient lich
541895 | Zig:13   | Found the +8 trident of the Octopus King {venom, rElec
                  | rPois}
541904 | Zig:13   | Identified the ring of Doybrocs {rF- rC+ rCorr AC+4}
542021 | Zig:13   | Identified the +4 dagger of Eternal Vigilance {speed, *Rage
                  | Will+ Str+6 Dex+3}
542042 | Zig:13   | Identified the +6 great mace "Gaprorra" {vorpal, rPois rF+
                  | Int+10 Dex-3}
542043 | Zig:13   | Identified the +8 morningstar "Fuwar" {antimagic, Str-5
                  | Int+3}
542044 | Zig:13   | Identified the +6 flail of Conflict {antimagic, Dex+3}
542048 | Zig:13   | Identified the +4 plate armour "Zastretz" {+Inv rF+++
                  | Regen+ Dex-4}
542051 | Zig:14   | Entered Level 14 of a ziggurat
542064 | Zig:14   | Paralysed by an air elemental for 1 turns
542071 | Zig:14   | Found the +0 staff of Battle
542308 | Zig:15   | Entered Level 15 of a ziggurat
542318 | Zig:15   | Noticed an ancient lich
542319 | Zig:15   | Noticed an ancient lich
542327 | Zig:15   | Killed an ancient lich
542328 | Zig:15   | Killed an ancient lich
542568 | Zig:16   | Entered Level 16 of a ziggurat
542614 | Zig:16   | Identified the ring of Finality {rF- Str+5 Dex+2 SInv}
542820 | Zig:17   | Entered Level 17 of a ziggurat
542911 | Zig:17   | Identified the +8 dagger of the Crypt {drain, rCorr Int+3}
543103 | Zig:17   | Identified the +5 dagger "Killer Bee's Death" {drain, Drain
                  | rN+++ Will+}
543109 | Zig:17   | Identified the +5 trident of the Four Violins {vamp, rCorr
                  | Dex+2}
543115 | Zig:18   | Entered Level 18 of a ziggurat
543148 | Zig:18   | Found the +18 shield of the Gong {rElec rN+ Will+ EV-5}
543160 | Zig:18   | Identified the +5 great mace of Oxoahet {holy, Contam Will-
                  | Int+9 Dex+7}
543171 | Zig:18   | Identified the ring "Zonnopn" {rN+ Dex+6}
543174 | Zig:18   | Identified the amulet "Qeugirhu" {RegenMP Rampage rC+}
543247 | Zig:18   | Identified the +1 ring mail of the Armoured One {*Corrode
                  | Str+4 Dex+6}
543370 | Zig:18   | Identified the ring of Desaiwko {+Blink rElec rN+ rCorr
                  | Int-5}
543374 | Zig:18   | Identified the ring of Lust {rElec rC+ rCorr Dex-2}
543388 | Zig:19   | Entered Level 19 of a ziggurat
543398 | Zig:19   | Noticed an ancient lich
543407 | Zig:19   | Killed an ancient lich
543661 | Zig:19   | Identified the ring "Tiwkip" {rElec Dex+3 SInv}
543667 | Zig:19   | Identified the +3 pair of gloves of the Beggar {Harm
                  | +Blink}
543672 | Zig:19   | Identified the +9 double sword of Ulloge {vorpal, *Noise
                  | rN+ Will++ Stlth+}
543675 | Zig:19   | Identified the +3 morningstar of Pifats {speed, rC+}
543681 | Zig:20   | Entered Level 20 of a ziggurat
543685 | Zig:20   | Noticed a dread lich
543687 | Zig:20   | Killed a dread lich
543692 | Zig:20   | Noticed a juggernaut
543696 | Zig:20   | Noticed a juggernaut
543696 | Zig:20   | Noticed a juggernaut
543697 | Zig:20   | Noticed a juggernaut
543699 | Zig:20   | Killed a juggernaut
543699 | Zig:20   | Killed a juggernaut
543699 | Zig:20   | Noticed a juggernaut
543701 | Zig:20   | Noticed a juggernaut
543702 | Zig:20   | Killed a juggernaut
543704 | Zig:20   | Killed a juggernaut
543705 | Zig:20   | Noticed a juggernaut
543706 | Zig:20   | Noticed a juggernaut
543707 | Zig:20   | Noticed a juggernaut
543707 | Zig:20   | Killed a juggernaut
543708 | Zig:20   | Killed a juggernaut
543709 | Zig:20   | Noticed a juggernaut
543710 | Zig:20   | Noticed a juggernaut
543712 | Zig:20   | Killed a juggernaut
543712 | Zig:20   | Killed a juggernaut
543712 | Zig:20   | Killed a juggernaut
543717 | Zig:20   | Killed a juggernaut
543717 | Zig:20   | Killed a juggernaut
543718 | Zig:20   | Found the +6 shillelagh "Devastator" {shatter}
543720 | Zig:20   | Found the +3 woodcutter's axe {vorpal}
543998 | Zig:20   | Identified the +5 scale mail of Meager Leaves {Str+3 Int+4}
544095 | Zig:21   | Entered Level 21 of a ziggurat
544134 | Zig:21   | Found the +4 dagger "Morg" {pain, Will+ Int+5}
544183 | Zig:21   | Identified the amulet of the Madman {RegenMP Regen+ Int+4
                  | Dex-3 Slay+3}
544408 | Zig:21   | Identified the +8 broad axe of the End {flame, Int+2}
544412 | Zig:22   | Entered Level 22 of a ziggurat
544458 | Zig:22   | Identified the ring "Lacwuf" {Ice Stlth+}
544461 | Zig:22   | Identified the +5 dagger of Debt {flame, MP+9 Dex+6}
544468 | Zig:22   | Identified the +7 flail of Foul Odours {flame, rF- rC+ rN+}
544477 | Zig:22   | Identified the +9 mace of Infinity {venom, *Rage rN++ Will-
                  | SInv}
544478 | Zig:22   | Identified the +1 plate armour of Biota {rF- Int+8}
544755 | Zig:23   | Entered Level 23 of a ziggurat
544796 | Zig:23   | Found the +5 robe of Misfortune {Harm *Corrode *Slow EV+5}
545131 | Zig:23   | Identified the ring of Awe {rC+ rCorr Dex-4 Slay+4}
545134 | Zig:23   | Identified the amulet "Wuymog" {RegenMP +Blink}
545138 | Zig:23   | Identified the ring "Cenifurghe" {*Corrode rPois Will+
                  | Dex+3 Stlth+}
545146 | Zig:24   | Entered Level 24 of a ziggurat
545157 | Zig:24   | Noticed Uniocw the pandemonium lord
545158 | Zig:24   | Noticed Sasy the pandemonium lord
545158 | Zig:24   | Noticed Fada the pandemonium lord
545160 | Zig:24   | Noticed Gepoxtaj the pandemonium lord
545160 | Zig:24   | Noticed Nyatoc the pandemonium lord
545161 | Zig:24   | Killed Uniocw the pandemonium lord
545161 | Zig:24   | Killed Fada the pandemonium lord
545162 | Zig:24   | Noticed Ejeax the pandemonium lord
545162 | Zig:24   | Noticed Nirgh the pandemonium lord
545162 | Zig:24   | Noticed Cugisam the pandemonium lord
545162 | Zig:24   | Noticed Foaw the pandemonium lord
545162 | Zig:24   | Noticed Qalainuv the pandemonium lord
545162 | Zig:24   | Noticed Oxzieqem the pandemonium lord
545163 | Zig:24   | Killed Gepoxtaj the pandemonium lord
545163 | Zig:24   | Noticed Reppony the pandemonium lord
545164 | Zig:24   | Killed Qalainuv the pandemonium lord
545164 | Zig:24   | Noticed Guvibla the pandemonium lord
545165 | Zig:24   | Killed Sasy the pandemonium lord
545165 | Zig:24   | Noticed Etic the pandemonium lord
545166 | Zig:24   | Killed Nyatoc the pandemonium lord
545166 | Zig:24   | Noticed Taset the pandemonium lord
545166 | Zig:24   | Noticed Ogoto the pandemonium lord
545169 | Zig:24   | Noticed Fovariakh the pandemonium lord
545169 | Zig:24   | Noticed Xoishaf the pandemonium lord
545170 | Zig:24   | Killed Foaw the pandemonium lord
545170 | Zig:24   | Killed Ejeax the pandemonium lord
545170 | Zig:24   | Killed Cugisam the pandemonium lord
545170 | Zig:24   | Killed Oxzieqem the pandemonium lord
545170 | Zig:24   | Killed Etic the pandemonium lord
545170 | Zig:24   | Killed Reppony the pandemonium lord
545170 | Zig:24   | Killed Nirgh the pandemonium lord
545170 | Zig:24   | Noticed Musm the pandemonium lord
545171 | Zig:24   | Killed Taset the pandemonium lord
545171 | Zig:24   | Killed Guvibla the pandemonium lord
545171 | Zig:24   | Noticed Boekiq the pandemonium lord
545171 | Zig:24   | Noticed Woigruas the pandemonium lord
545172 | Zig:24   | Killed Xoishaf the pandemonium lord
545172 | Zig:24   | Noticed Ebaih the pandemonium lord
545173 | Zig:24   | Killed Fovariakh the pandemonium lord
545173 | Zig:24   | Killed Ogoto the pandemonium lord
545173 | Zig:24   | Noticed Xagofiorgh the pandemonium lord
545174 | Zig:24   | Noticed Wisoteem the pandemonium lord
545175 | Zig:24   | Killed Musm the pandemonium lord
545175 | Zig:24   | Noticed Seal the pandemonium lord
545175 | Zig:24   | Noticed Vycufa the pandemonium lord
545176 | Zig:24   | Killed Woigruas the pandemonium lord
545176 | Zig:24   | Noticed Gedwuera the pandemonium lord
545176 | Zig:24   | Noticed Xouhi the pandemonium lord
545177 | Zig:24   | Noticed Tynn the pandemonium lord
545178 | Zig:24   | Noticed Cesufeul the pandemonium lord
545179 | Zig:24   | Killed Xagofiorgh the pandemonium lord
545179 | Zig:24   | Noticed Wobbyas the pandemonium lord
545180 | Zig:24   | Noticed Wepior the pandemonium lord
545180 | Zig:24   | Killed Boekiq the pandemonium lord
545180 | Zig:24   | Killed Xouhi the pandemonium lord
545180 | Zig:24   | Killed Ebaih the pandemonium lord
545180 | Zig:24   | Noticed Heuhuc the pandemonium lord
545180 | Zig:24   | Noticed Wosudghan the pandemonium lord
545182 | Zig:24   | Noticed Xaef the pandemonium lord
545182 | Zig:24   | Killed Wisoteem the pandemonium lord
545182 | Zig:24   | Killed Vycufa the pandemonium lord
545183 | Zig:24   | Noticed Wulur the pandemonium lord
545183 | Zig:24   | Killed Wepior the pandemonium lord
545183 | Zig:24   | Killed Tynn the pandemonium lord
545183 | Zig:24   | Killed Cesufeul the pandemonium lord
545183 | Zig:24   | Killed Seal the pandemonium lord
545183 | Zig:24   | Noticed Ihe Nuevent the pandemonium lord
545184 | Zig:24   | Killed Heuhuc the pandemonium lord
545184 | Zig:24   | Noticed Pommyfil the pandemonium lord
545185 | Zig:24   | Noticed Haugurho the pandemonium lord
545185 | Zig:24   | Noticed Qurabome the pandemonium lord
545186 | Zig:24   | Killed Wulur the pandemonium lord
545186 | Zig:24   | Killed Gedwuera the pandemonium lord
545186 | Zig:24   | Killed Wobbyas the pandemonium lord
545186 | Zig:24   | Killed Xaef the pandemonium lord
545186 | Zig:24   | Noticed Wiriridd the pandemonium lord
545186 | Zig:24   | Noticed Momukhlys the pandemonium lord
545186 | Zig:24   | Noticed Lieqiaj the pandemonium lord
545187 | Zig:24   | Killed Pommyfil the pandemonium lord
545187 | Zig:24   | Killed Ihe Nuevent the pandemonium lord
545187 | Zig:24   | Killed Qurabome the pandemonium lord
545187 | Zig:24   | Noticed Giycuog the pandemonium lord
545187 | Zig:24   | Noticed Nesur the pandemonium lord
545188 | Zig:24   | Killed Haugurho the pandemonium lord
545188 | Zig:24   | Killed Wiriridd the pandemonium lord
545188 | Zig:24   | Noticed Otoepheisu the pandemonium lord
545188 | Zig:24   | Noticed Ulievieho the pandemonium lord
545206 | Zig:24   | Killed Otoepheisu the pandemonium lord
545208 | Zig:24   | Killed Ulievieho the pandemonium lord
545208 | Zig:24   | Killed Nesur the pandemonium lord
545220 | Zig:24   | Killed Lieqiaj the pandemonium lord
545224 | Zig:24   | Noticed Hiror the pandemonium lord
545224 | Zig:24   | Noticed Rehirima the pandemonium lord
545225 | Zig:24   | Noticed Sicughiq the pandemonium lord
545237 | Zig:24   | Killed Hiror the pandemonium lord
545240 | Zig:24   | Noticed Uries the pandemonium lord
545240 | Zig:24   | Noticed Ugac the pandemonium lord
545248 | Zig:24   | Killed Momukhlys the pandemonium lord
545249 | Zig:24   | Noticed Zuenin the pandemonium lord
545249 | Zig:24   | Noticed Mergh the pandemonium lord
545250 | Zig:24   | Noticed Teycsyn the pandemonium lord
545252 | Zig:24   | Noticed Yredwach the pandemonium lord
545262 | Zig:24   | Killed Mergh the pandemonium lord
545264 | Zig:24   | Killed Wosudghan the pandemonium lord
545265 | Zig:24   | Killed Uries the pandemonium lord
545267 | Zig:24   | Killed Ugac the pandemonium lord
545267 | Zig:24   | Killed Giycuog the pandemonium lord
545267 | Zig:24   | Killed Zuenin the pandemonium lord
545267 | Zig:24   | Killed Rehirima the pandemonium lord
545268 | Zig:24   | Killed Sicughiq the pandemonium lord
545276 | Zig:24   | Killed Yredwach the pandemonium lord
545277 | Zig:24   | Killed Teycsyn the pandemonium lord
545303 | Zig:24   | Found the ring of the Octopus King
545652 | Zig:24   | Identified a ring of the Octopus King {Wiz AC+1 EV+1 Str+1
                  | Int+1 Dex+1}
545694 | Zig:24   | Identified the +6 morningstar "Karir" {pain, *Noise rElec
                  | Str+2 Stlth+}
545695 | Zig:24   | Identified the ring "Etugih" {rC+ AC+4}
545707 | Zig:24   | Acquired 609 gold pieces
545708 | Zig:24   | Acquired 482 gold pieces
545720 | Zig:25   | Entered Level 25 of a ziggurat
545730 | Zig:25   | Noticed a dread lich
545733 | Zig:25   | Noticed an ancient lich
545735 | Zig:25   | Noticed an ancient lich
545737 | Zig:25   | Noticed an ancient lich
545739 | Zig:25   | Killed an ancient lich
545739 | Zig:25   | Killed a dread lich
545741 | Zig:25   | Noticed a dread lich
545741 | Zig:25   | Noticed an ancient lich
545742 | Zig:25   | Noticed an ancient lich
545742 | Zig:25   | Noticed an ancient lich
545743 | Zig:25   | Noticed an ancient lich
545743 | Zig:25   | Noticed an ancient lich
545743 | Zig:25   | Killed an ancient lich
545745 | Zig:25   | Killed an ancient lich
545745 | Zig:25   | Killed an ancient lich
545745 | Zig:25   | Killed a dread lich
545745 | Zig:25   | Killed an ancient lich
545745 | Zig:25   | Killed an ancient lich
545745 | Zig:25   | Noticed a dread lich
545745 | Zig:25   | Noticed an ancient lich
545746 | Zig:25   | Killed an ancient lich
545746 | Zig:25   | Killed an ancient lich
545748 | Zig:25   | Noticed an ancient lich
545750 | Zig:25   | Noticed an ancient lich
545750 | Zig:25   | Killed a dread lich
545750 | Zig:25   | Killed an ancient lich
545752 | Zig:25   | Killed an ancient lich
545752 | Zig:25   | Killed an ancient lich
545752 | Zig:25   | Noticed a dread lich
545753 | Zig:25   | Noticed a dread lich
545753 | Zig:25   | Noticed an ancient lich
545754 | Zig:25   | Noticed a dread lich
545754 | Zig:25   | Noticed a dread lich
545754 | Zig:25   | Noticed an ancient lich
545755 | Zig:25   | Noticed an ancient lich
545756 | Zig:25   | Noticed an ancient lich
545756 | Zig:25   | Killed a dread lich
545756 | Zig:25   | Killed a dread lich
545757 | Zig:25   | Noticed an ancient lich
545758 | Zig:25   | Killed a dread lich
545758 | Zig:25   | Killed an ancient lich
545758 | Zig:25   | Killed an ancient lich
545760 | Zig:25   | Killed an ancient lich
545760 | Zig:25   | Killed an ancient lich
545760 | Zig:25   | Killed an ancient lich
545763 | Zig:25   | Killed a dread lich
545788 | Zig:25   | Identified the +3 rapier "Sugav" {pain, rN+ Int+3}
545797 | Zig:25   | Identified the +9 flail "Impbane" {vorpal, rElec rPois}
545803 | Zig:25   | Identified the +10 plate armour of Hayz {Harm rCorr}
545804 | Zig:25   | Identified the amulet "Gonevol" {Spirit rC+}
546100 | Zig:26   | Entered Level 26 of a ziggurat
546175 | Zig:26   | Identified the ring of Daot {Wiz rF+ rC+ rN+}
546177 | Zig:26   | Identified the +2 longbow of Contradiction {flame, rC+
                  | Will+ Int-4}
546594 | Zig:26   | Identified the +8 hand axe "Ilang" {freeze, Contam rF+
                  | Str+2}
546599 | Zig:27   | Entered Level 27 of a ziggurat
546647 | Zig:27   | Found the +2 ratskin cloak {*Rats rPois rN+ Str-1 Int-1
                  | Dex+1}
546689 | Zig:27   | Identified the ring of Meruet {+Blink rN+ rCorr MP+9 Int-5}
546791 | Zig:27   | Identified the amulet "Xoxirgh Pycka" {Acrobat Fly rC++}
547083 | Zig:27   | Identified the +9 whip of Sequestration {elec, Dex+2}
547086 | Zig:27   | Identified the +3 battleaxe of Ickuamant {vorpal, rN+ rCorr
                  | Stlth+}
547089 | Zig:27   | Identified the +2 battleaxe of Hiben {antimagic, Dex+2}
547170 | Zig:27   | Identified the ring of Eternity {Fire Int+2}
547289 | Zig:1    | Entered Level 1 of a ziggurat
547347 | Zig:2    | Entered Level 2 of a ziggurat
547417 | Zig:3    | Entered Level 3 of a ziggurat
547445 | Zig:3    | Identified the +11 short sword of Noon {vorpal, MP+9 Str+4
                  | Int+3}
547480 | Zig:4    | Entered Level 4 of a ziggurat
547519 | Zig:4    | Identified the amulet "Poepoecsa" {RegenMP +Inv rN+++}
547567 | Zig:5    | Entered Level 5 of a ziggurat
547573 | Zig:5    | Paralysed by you for 4 turns
547606 | Zig:5    | Identified the +2 pair of gloves of the Pear {Dex+9}
547691 | Zig:5    | Identified the +2 rapier of Temperance {vamp, Will+}
547698 | Zig:6    | Entered Level 6 of a ziggurat
547772 | Zig:6    | Identified the +3 quarterstaff of Puarikh {flame, Contam
                  | rElec rC+ rN+}
547775 | Zig:7    | Entered Level 7 of a ziggurat
547821 | Zig:7    | Identified the +7 long sword of Moral Flaws {holy, Str+3}
547887 | Zig:7    | Identified the +12 arbalest of Trauma {elec, rF- Str+2
                  | Dex+3}
547899 | Zig:8    | Entered Level 8 of a ziggurat
548008 | Zig:8    | Identified the amulet "Ufroutrun" {Spirit Int+4}
548016 | Zig:8    | Identified the +4 mace of the Wizarding Vulture {flame,
                  | rPois rC+ Dex+2 SInv}
548057 | Zig:9    | Entered Level 9 of a ziggurat
548122 | Zig:9    | Identified the amulet "Ibbatzal" {Acrobat +Blink Dex+2}
548190 | Zig:9    | Identified the ring of Departure {rElec Will+ SInv}
548203 | Zig:9    | Identified the ring "Gossiumia" {rPois rC++ rCorr}
548206 | Zig:10   | Entered Level 10 of a ziggurat
548209 | Zig:10   | Noticed an ancient lich
548210 | Zig:10   | Noticed a dread lich
548210 | Zig:10   | Noticed an ancient lich
548210 | Zig:10   | Noticed an ancient lich
548210 | Zig:10   | Noticed an ancient lich
548210 | Zig:10   | Noticed an ancient lich
548211 | Zig:10   | Noticed a dread lich
548211 | Zig:10   | Noticed an ancient lich
548211 | Zig:10   | Noticed an ancient lich
548211 | Zig:10   | Noticed an ancient lich
548212 | Zig:10   | Noticed a dread lich
548212 | Zig:10   | Noticed an ancient lich
548213 | Zig:10   | Killed an ancient lich
548213 | Zig:10   | Killed a dread lich
548213 | Zig:10   | Killed a dread lich
548213 | Zig:10   | Killed an ancient lich
548213 | Zig:10   | Killed an ancient lich
548213 | Zig:10   | Noticed a dread lich
548214 | Zig:10   | Noticed an ancient lich
548215 | Zig:10   | Noticed a dread lich
548215 | Zig:10   | Noticed an ancient lich
548217 | Zig:10   | Killed an ancient lich
548217 | Zig:10   | Noticed an ancient lich
548218 | Zig:10   | Killed an ancient lich
548218 | Zig:10   | Killed an ancient lich
548218 | Zig:10   | Killed an ancient lich
548219 | Zig:10   | Killed a dread lich
548219 | Zig:10   | Killed a dread lich
548219 | Zig:10   | Killed an ancient lich
548219 | Zig:10   | Killed an ancient lich
548219 | Zig:10   | Killed an ancient lich
548219 | Zig:10   | Killed a dread lich
548220 | Zig:10   | Killed an ancient lich
548221 | Zig:10   | Killed an ancient lich
548237 | Zig:10   | Identified the +9 mace of Dithmenos, Brewing {chaos,
                  | Stlth+}
548267 | Zig:10   | Identified the +0 ring mail of Jocuric {Str+7}
548271 | Zig:10   | Identified the +5 triple sword "Reluahuk" {vamp, rC+ Str+2}
548278 | Zig:10   | Identified the +5 falchion of the Tired Violins {holy,
                  | rPois rCorr Stlth+}
548348 | Zig:11   | Entered Level 11 of a ziggurat
548574 | Zig:11   | Identified the +7 spear of the Three Queens {drain, rC+
                  | Str-5 Int+2 Dex+2}
548580 | Zig:12   | Entered Level 12 of a ziggurat
548590 | Zig:12   | Noticed Rupot the pandemonium lord
548600 | Zig:12   | Killed Rupot the pandemonium lord
548604 | Zig:12   | Identified the +10 great sword of Termination {vorpal,
                  | rPois rF+}
548612 | Zig:12   | Identified the amulet of Dienwoni {Spirit rPois Int+4}
548622 | Zig:12   | Identified the +0 robe "Deorygui" {*Slow Fly Int+5 SInv}
548779 | Zig:12   | Identified the +2 mace of Kismet {vorpal, Fragile Str+10
                  | Int+3}
548782 | Zig:13   | Entered Level 13 of a ziggurat
548787 | Zig:13   | Noticed a juggernaut
548790 | Zig:13   | Noticed a juggernaut
548791 | Zig:13   | Noticed a juggernaut
548792 | Zig:13   | Killed a juggernaut
548796 | Zig:13   | Killed a juggernaut
548796 | Zig:13   | Killed a juggernaut
549083 | Zig:14   | Entered Level 14 of a ziggurat
549117 | Zig:14   | Identified the +2 chain mail "Ikoon" {rF+ Int+4}
549119 | Zig:14   | Identified the +7 great sword "Fulurchuosa" {antimagic,
                  | Will+ Str+2 Int-3}
549345 | Zig:14   | Identified the ring of Celuloeq {Will+ Int+2}
549351 | Zig:15   | Entered Level 15 of a ziggurat
549597 | Zig:15   | Identified the +10 broad axe of Gesaoc {vorpal, rC+ rCorr
                  | Dex-4}
549608 | Zig:16   | Entered Level 16 of a ziggurat
549628 | Zig:16   | Found the +8 orange crystal plate armour {Archmagi, Int+3
                  | Clar}
549818 | Zig:16   | Identified the +11 rapier "Xehukhlir" {vorpal, rElec rC-
                  | rN+ rCorr Dex+4}
549854 | Zig:16   | Identified the +1 pair of gloves of Soafaops {Fly rF+ Str+2
                  | Int+3 Dex-5}
549855 | Zig:16   | Identified the +10 hunting sling "Xegioh" {flame, Str+3
                  | Dex+2 Stlth+}
549862 | Zig:17   | Entered Level 17 of a ziggurat
549865 | Zig:17   | Noticed an orb of fire
549866 | Zig:17   | Noticed an orb of fire
549866 | Zig:17   | Noticed an orb of fire
549866 | Zig:17   | Noticed an orb of fire
549867 | Zig:17   | Noticed an orb of fire
549867 | Zig:17   | Noticed an orb of fire
549867 | Zig:17   | Noticed an orb of fire
549867 | Zig:17   | Noticed an orb of fire
549867 | Zig:17   | Noticed an orb of fire
549868 | Zig:17   | Noticed an orb of fire
549868 | Zig:17   | Killed an orb of fire
549868 | Zig:17   | Noticed an orb of fire
549868 | Zig:17   | Noticed an orb of fire
549868 | Zig:17   | Noticed an orb of fire
549869 | Zig:17   | Killed an orb of fire
549869 | Zig:17   | Noticed an orb of fire
549870 | Zig:17   | Noticed an orb of fire
549870 | Zig:17   | Noticed an orb of fire
549870 | Zig:17   | Killed an orb of fire
549870 | Zig:17   | Killed an orb of fire
549871 | Zig:17   | Killed an orb of fire
549871 | Zig:17   | Killed an orb of fire
549871 | Zig:17   | Killed an orb of fire
549871 | Zig:17   | Killed an orb of fire
549872 | Zig:17   | Killed an orb of fire
549872 | Zig:17   | Killed an orb of fire
549872 | Zig:17   | Killed an orb of fire
549872 | Zig:17   | Noticed an orb of fire
549872 | Zig:17   | Noticed an orb of fire
549873 | Zig:17   | Killed an orb of fire
549873 | Zig:17   | Killed an orb of fire
549873 | Zig:17   | Killed an orb of fire
549874 | Zig:17   | Killed an orb of fire
549874 | Zig:17   | Killed an orb of fire
549875 | Zig:17   | Noticed an orb of fire
549876 | Zig:17   | Killed an orb of fire
549876 | Zig:17   | Killed an orb of fire
549876 | Zig:17   | Noticed an orb of fire
549878 | Zig:17   | Noticed an orb of fire
549879 | Zig:17   | Killed an orb of fire
549880 | Zig:17   | Killed an orb of fire
549881 | Zig:17   | Noticed an orb of fire
549882 | Zig:17   | Killed an orb of fire
549884 | Zig:17   | Noticed an orb of fire
549886 | Zig:17   | Killed an orb of fire
549887 | Zig:17   | Killed an orb of fire
550076 | Zig:17   | Identified the +1 leather armour of Qamiv {Str+3 Int+4}
550086 | Zig:17   | Identified the +7 quick blade of Sandy Valiance {vorpal,
                  | rPois rN+ Stlth-}
550087 | Zig:17   | Identified the +0 hand axe "Peet" {drain, rElec}
550088 | Zig:17   | Identified the +4 whip of Honour {vorpal, rElec rC- Int+10
                  | Stlth+}
550102 | Zig:17   | Identified the +3 falchion "Pysitaep" {drain, *Noise rPois
                  | rCorr Dex+5}
550111 | Zig:18   | Entered Level 18 of a ziggurat
550111 | Zig:18   | Noticed a royal mummy
550111 | Zig:18   | Noticed a royal mummy
550111 | Zig:18   | Noticed a royal mummy
550111 | Zig:18   | Noticed a royal mummy
550111 | Zig:18   | Noticed a royal mummy
550111 | Zig:18   | Noticed a royal mummy
550111 | Zig:18   | Noticed a royal mummy
550111 | Zig:18   | Noticed a royal mummy
550111 | Zig:18   | Noticed a royal mummy
550111 | Zig:18   | Noticed a royal mummy
550112 | Zig:18   | Noticed a royal mummy
550112 | Zig:18   | Noticed a royal mummy
550112 | Zig:18   | Noticed a royal mummy
550113 | Zig:18   | Noticed a royal mummy
550113 | Zig:18   | Noticed a royal mummy
550114 | Zig:18   | Noticed a royal mummy
550114 | Zig:18   | Noticed a royal mummy
550114 | Zig:18   | Noticed a royal mummy
550114 | Zig:18   | Noticed a royal mummy
550115 | Zig:18   | Killed a royal mummy
550115 | Zig:18   | Killed a royal mummy
550115 | Zig:18   | Killed a royal mummy
550115 | Zig:18   | Killed a royal mummy
550115 | Zig:18   | Killed a royal mummy
550115 | Zig:18   | Killed a royal mummy
550115 | Zig:18   | Killed a royal mummy
550115 | Zig:18   | Killed a royal mummy
550115 | Zig:18   | Noticed a royal mummy
550115 | Zig:18   | Noticed a royal mummy
550115 | Zig:18   | Noticed a royal mummy
550115 | Zig:18   | Noticed a royal mummy
550117 | Zig:18   | Killed a royal mummy
550117 | Zig:18   | Killed a royal mummy
550117 | Zig:18   | Killed a royal mummy
550117 | Zig:18   | Killed a royal mummy
550117 | Zig:18   | Killed a royal mummy
550117 | Zig:18   | Killed a royal mummy
550117 | Zig:18   | Killed a royal mummy
550117 | Zig:18   | Killed a royal mummy
550117 | Zig:18   | Killed a royal mummy
550117 | Zig:18   | Noticed a royal mummy
550117 | Zig:18   | Noticed a royal mummy
550118 | Zig:18   | Noticed a royal mummy
550119 | Zig:18   | Noticed a royal mummy
550119 | Zig:18   | Noticed a royal mummy
550119 | Zig:18   | Killed a royal mummy
550119 | Zig:18   | Noticed a royal mummy
550120 | Zig:18   | Killed a royal mummy
550121 | Zig:18   | Noticed a royal mummy
550121 | Zig:18   | Killed a royal mummy
550121 | Zig:18   | Killed a royal mummy
550121 | Zig:18   | Killed a royal mummy
550122 | Zig:18   | Noticed a royal mummy
550124 | Zig:18   | Killed a royal mummy
550124 | Zig:18   | Killed a royal mummy
550124 | Zig:18   | Killed a royal mummy
550124 | Zig:18   | Killed a royal mummy
550125 | Zig:18   | Killed a royal mummy
550125 | Zig:18   | Killed a royal mummy
550125 | Zig:18   | Killed a royal mummy
550126 | Zig:18   | Killed a royal mummy
550126 | Zig:18   | Noticed a royal mummy
550126 | Zig:18   | Noticed a royal mummy
550127 | Zig:18   | Killed a royal mummy
550128 | Zig:18   | Noticed a royal mummy
550131 | Zig:18   | Noticed a royal mummy
550132 | Zig:18   | Killed a royal mummy
550132 | Zig:18   | Killed a royal mummy
550133 | Zig:18   | Killed a royal mummy
550136 | Zig:18   | Found the +7 Kryia's mail coat {PotionHeal*2 rC+}
550137 | Zig:18   | Killed a royal mummy
550462 | Zig:18   | Identified the +6 plate armour of Ru's Respect {Will+
                  | Int+4}
550494 | Zig:19   | Entered Level 19 of a ziggurat
550502 | Zig:19   | Noticed an ancient lich
550503 | Zig:19   | Noticed an ancient lich
550506 | Zig:19   | Paralysed by accursed screaming for 1 turns
550509 | Zig:19   | Killed an ancient lich
550509 | Zig:19   | Killed an ancient lich
550520 | Zig:19   | Paralysed by you for 3 turns
550551 | Zig:19   | Identified the +6 spear "Cauptuzi" {vorpal, Str+4}
550620 | Zig:19   | Identified the +7 demon whip "Reden" {vamp, Will+ Str+3
                  | Stlth+}
550901 | Zig:20   | Entered Level 20 of a ziggurat
551152 | Zig:20   | Identified the +3 shortbow "Murregy" {flame, rN+ Str+4}
551231 | Zig:20   | Identified the amulet of Zufoecw {Regen+ Int+4}
551252 | Zig:21   | Entered Level 21 of a ziggurat
551559 | Zig:21   | Identified the +6 trident of Nich {flame, rC+ Dex+3}
551564 | Zig:22   | Entered Level 22 of a ziggurat
551569 | Zig:22   | Noticed an ancient lich
551570 | Zig:22   | Noticed an ancient lich
551571 | Zig:22   | Killed an ancient lich
551572 | Zig:22   | Killed an ancient lich
551573 | Zig:22   | Noticed a dread lich
551573 | Zig:22   | Noticed a dread lich
551574 | Zig:22   | Killed a dread lich
551575 | Zig:22   | Noticed an ancient lich
551575 | Zig:22   | Killed a dread lich
551575 | Zig:22   | Noticed a dread lich
551578 | Zig:22   | Noticed a dread lich
551579 | Zig:22   | Noticed an ancient lich
551580 | Zig:22   | Noticed a dread lich
551580 | Zig:22   | Killed an ancient lich
551581 | Zig:22   | Noticed a dread lich
551581 | Zig:22   | Killed a dread lich
551581 | Zig:22   | Noticed an ancient lich
551582 | Zig:22   | Killed an ancient lich
551582 | Zig:22   | Killed a dread lich
551582 | Zig:22   | Killed a dread lich
551582 | Zig:22   | Killed an ancient lich
551582 | Zig:22   | Noticed a dread lich
551583 | Zig:22   | Noticed a dread lich
551585 | Zig:22   | Killed a dread lich
551585 | Zig:22   | Killed a dread lich
551586 | Zig:22   | Killed a dread lich
551586 | Zig:22   | Noticed an ancient lich
551588 | Zig:22   | Noticed a dread lich
551592 | Zig:22   | Killed an ancient lich
551592 | Zig:22   | Killed a dread lich
551605 | Zig:22   | Identified the +6 rapier of the Wasteland {vamp, Dex+4}
551859 | Zig:22   | Identified the ring of the Doge {rElec rC+ Str-5 Stlth+}
551905 | Zig:22   | Identified the +5 war axe "Kexar" {holy, Contam rN+ Will+}
551920 | Zig:23   | Entered Level 23 of a ziggurat
552011 | Zig:23   | Identified the +2 ring mail of Tenacity {Stlth+}
552035 | Zig:23   | Identified the +2 robe of Experimentation {Str+3}
552147 | Zig:23   | Identified the +9 dagger "Suhapp" {venom, rN+ Dex+6 SInv}
552154 | Zig:24   | Entered Level 24 of a ziggurat
552508 | Zig:24   | Identified the ring "Kaceican" {*Slow rElec rF- AC+4
                  | Slay+6}
552545 | Zig:24   | Identified the ring "Seatsan" {Contam *Slow rC+++ rN+++
                  | rCorr}
552610 | Zig:24   | Identified the +3 broad axe of Defilement {vorpal, rF+}
552613 | Zig:24   | Identified the +4 helmet of the Cuttlefish {Dex+6}
552614 | Zig:24   | Identified the +6 dagger of Resumed Hostilities {speed,
                  | +Blink rElec rC+}
552625 | Zig:25   | Entered Level 25 of a ziggurat
552635 | Zig:25   | Paralysed by accursed screaming for 2 turns
552655 | Zig:25   | Paralysed by accursed screaming for 1 turns
553108 | Zig:25   | Identified the +3 kite shield of Fanaticism {rPois Str-5
                  | Int+5 Stlth+}
553114 | Zig:26   | Entered Level 26 of a ziggurat
553117 | Zig:26   | Noticed a juggernaut
553117 | Zig:26   | Noticed a juggernaut
553118 | Zig:26   | Noticed a juggernaut
553119 | Zig:26   | Noticed a juggernaut
553120 | Zig:26   | Noticed a juggernaut
553120 | Zig:26   | Noticed a juggernaut
553122 | Zig:26   | Killed a juggernaut
553123 | Zig:26   | Noticed a juggernaut
553124 | Zig:26   | Noticed a juggernaut
553124 | Zig:26   | Noticed a juggernaut
553124 | Zig:26   | Killed a juggernaut
553126 | Zig:26   | Noticed a juggernaut
553126 | Zig:26   | Noticed a juggernaut
553126 | Zig:26   | Killed a juggernaut
553126 | Zig:26   | Killed a juggernaut
553126 | Zig:26   | Killed a juggernaut
553126 | Zig:26   | Killed a juggernaut
553126 | Zig:26   | Killed a juggernaut
553127 | Zig:26   | Noticed a juggernaut
553128 | Zig:26   | Noticed a juggernaut
553128 | Zig:26   | Noticed a juggernaut
553128 | Zig:26   | Noticed a juggernaut
553129 | Zig:26   | Noticed a juggernaut
553129 | Zig:26   | Killed a juggernaut
553129 | Zig:26   | Killed a juggernaut
553129 | Zig:26   | Killed a juggernaut
553129 | Zig:26   | Killed a juggernaut
553129 | Zig:26   | Killed a juggernaut
553129 | Zig:26   | Killed a juggernaut
553130 | Zig:26   | Noticed a juggernaut
553130 | Zig:26   | Noticed a juggernaut
553130 | Zig:26   | Noticed a juggernaut
553131 | Zig:26   | Noticed a juggernaut
553133 | Zig:26   | Killed a juggernaut
553134 | Zig:26   | Noticed a juggernaut
553135 | Zig:26   | Killed a juggernaut
553135 | Zig:26   | Killed a juggernaut
553135 | Zig:26   | Killed a juggernaut
553135 | Zig:26   | Killed a juggernaut
553135 | Zig:26   | Killed a juggernaut
553137 | Zig:26   | Noticed a juggernaut
553139 | Zig:26   | Killed a juggernaut
553139 | Zig:26   | Killed a juggernaut
553143 | Zig:26   | Killed a juggernaut
553569 | Zig:27   | Entered Level 27 of a ziggurat
553569 | Zig:27   | Noticed a royal mummy
553569 | Zig:27   | Noticed a royal mummy
553569 | Zig:27   | Noticed a royal mummy
553569 | Zig:27   | Noticed a royal mummy
553569 | Zig:27   | Noticed a royal mummy
553569 | Zig:27   | Noticed a royal mummy
553569 | Zig:27   | Noticed a royal mummy
553569 | Zig:27   | Noticed a royal mummy
553569 | Zig:27   | Noticed a royal mummy
553569 | Zig:27   | Noticed a royal mummy
553569 | Zig:27   | Noticed a royal mummy
553569 | Zig:27   | Noticed a royal mummy
553570 | Zig:27   | Noticed a royal mummy
553570 | Zig:27   | Noticed a royal mummy
553572 | Zig:27   | Noticed a royal mummy
553572 | Zig:27   | Noticed a royal mummy
553573 | Zig:27   | Killed a royal mummy
553573 | Zig:27   | Killed a royal mummy
553573 | Zig:27   | Killed a royal mummy
553573 | Zig:27   | Killed a royal mummy
553573 | Zig:27   | Killed a royal mummy
553573 | Zig:27   | Killed a royal mummy
553574 | Zig:27   | Killed a royal mummy
553574 | Zig:27   | Killed a royal mummy
553574 | Zig:27   | Killed a royal mummy
553574 | Zig:27   | Killed a royal mummy
553574 | Zig:27   | Killed a royal mummy
553574 | Zig:27   | Killed a royal mummy
553574 | Zig:27   | Killed a royal mummy
553574 | Zig:27   | Killed a royal mummy
553574 | Zig:27   | Noticed a royal mummy
553574 | Zig:27   | Noticed a royal mummy
553574 | Zig:27   | Noticed a royal mummy
553574 | Zig:27   | Noticed a royal mummy
553574 | Zig:27   | Noticed a royal mummy
553574 | Zig:27   | Noticed a royal mummy
553575 | Zig:27   | Noticed a royal mummy
553575 | Zig:27   | Noticed a royal mummy
553575 | Zig:27   | Noticed a royal mummy
553576 | Zig:27   | Noticed a royal mummy
553576 | Zig:27   | Noticed a royal mummy
553576 | Zig:27   | Noticed a royal mummy
553576 | Zig:27   | Noticed a royal mummy
553576 | Zig:27   | Noticed a royal mummy
553578 | Zig:27   | Killed a royal mummy
553578 | Zig:27   | Killed a royal mummy
553578 | Zig:27   | Killed a royal mummy
553578 | Zig:27   | Noticed a royal mummy
553578 | Zig:27   | Noticed an ancient lich
553579 | Zig:27   | Noticed a royal mummy
553579 | Zig:27   | Noticed a royal mummy
553579 | Zig:27   | Noticed a royal mummy
553579 | Zig:27   | Killed a royal mummy
553579 | Zig:27   | Killed a royal mummy
553579 | Zig:27   | Killed a royal mummy
553579 | Zig:27   | Killed a royal mummy
553579 | Zig:27   | Killed a royal mummy
553580 | Zig:27   | Killed a royal mummy
553580 | Zig:27   | Killed a royal mummy
553580 | Zig:27   | Killed a royal mummy
553580 | Zig:27   | Killed a royal mummy
553580 | Zig:27   | Killed a royal mummy
553580 | Zig:27   | Killed a royal mummy
553580 | Zig:27   | Killed a royal mummy
553580 | Zig:27   | Noticed a royal mummy
553580 | Zig:27   | Noticed a royal mummy
553581 | Zig:27   | Noticed a royal mummy
553583 | Zig:27   | Killed an ancient lich
553583 | Zig:27   | Killed a royal mummy
553583 | Zig:27   | Killed a royal mummy
553583 | Zig:27   | Killed a royal mummy
553583 | Zig:27   | Noticed a royal mummy
553583 | Zig:27   | Noticed a royal mummy
553584 | Zig:27   | Killed a royal mummy
553584 | Zig:27   | Killed a royal mummy
553584 | Zig:27   | Killed a royal mummy
553584 | Zig:27   | Noticed a royal mummy
553584 | Zig:27   | Noticed a royal mummy
553584 | Zig:27   | Noticed a royal mummy
553585 | Zig:27   | Killed a royal mummy
553585 | Zig:27   | Killed a royal mummy
553585 | Zig:27   | Killed a royal mummy
553585 | Zig:27   | Killed a royal mummy
553585 | Zig:27   | Noticed a royal mummy
553587 | Zig:27   | Noticed a royal mummy
553587 | Zig:27   | Noticed a royal mummy
553588 | Zig:27   | Killed a royal mummy
553588 | Zig:27   | Noticed a royal mummy
553589 | Zig:27   | Noticed a royal mummy
553589 | Zig:27   | Noticed a royal mummy
553589 | Zig:27   | Killed a royal mummy
553589 | Zig:27   | Killed a royal mummy
553591 | Zig:27   | Noticed a royal mummy
553592 | Zig:27   | Noticed a royal mummy
553594 | Zig:27   | Killed a royal mummy
553594 | Zig:27   | Killed a royal mummy
553594 | Zig:27   | Killed a royal mummy
553594 | Zig:27   | Killed a royal mummy
553594 | Zig:27   | Killed a royal mummy
553594 | Zig:27   | Noticed a royal mummy
553594 | Zig:27   | Noticed a royal mummy
553595 | Zig:27   | Killed a royal mummy
553595 | Zig:27   | Killed a royal mummy
553595 | Zig:27   | Killed a royal mummy
553596 | Zig:27   | Noticed a royal mummy
553596 | Zig:27   | Noticed a royal mummy
553596 | Zig:27   | Noticed a royal mummy
553597 | Zig:27   | Noticed a royal mummy
553598 | Zig:27   | Killed a royal mummy
553598 | Zig:27   | Killed a royal mummy
553599 | Zig:27   | Killed a royal mummy
553599 | Zig:27   | Killed a royal mummy
553600 | Zig:27   | Killed a royal mummy
553600 | Zig:27   | Killed a royal mummy
553616 | Zig:27   | Identified the +1 buckler of Piwimojy {rN+ Int+4}
553622 | Zig:27   | Identified the +12 rapier of Agok Razy {antimagic, rC- rN++
                  | Dex+7}
553631 | Zig:27   | Identified the +5 flail of Radeed {vamp, rF+ Int+4 Stlth+}
553640 | Zig:27   | Identified the +1 war axe of the Sea {vorpal, rPois rF++
                  | Int+4}
554181 | Hell     | Acquired 799 gold pieces
554182 | Hell     | Acquired 1076 gold pieces
554212 | Hell     | Bought the dreamshard necklace {*Dream Drain} for 3400 gold
                  | pieces
554212 | Hell     | Found the dreamshard necklace {*Dream Drain}
554275 | Zig:1    | Entered Level 1 of a ziggurat
554314 | Zig:2    | Entered Level 2 of a ziggurat
554411 | Zig:2    | Identified the +0 ring mail of Circular Logic {Dex+2}
554418 | Zig:3    | Entered Level 3 of a ziggurat
554458 | Zig:3    | Identified the ring "Laduuru" {rPois MP+9 Str-3 Dex+5 SInv}
554483 | Zig:4    | Entered Level 4 of a ziggurat
554483 | Zig:4    | Noticed a juggernaut
554495 | Zig:4    | Killed a juggernaut
554639 | Zig:5    | Entered Level 5 of a ziggurat
554788 | Zig:6    | Entered Level 6 of a ziggurat
554788 | Zig:6    | Noticed a juggernaut
554790 | Zig:6    | Noticed a juggernaut
554791 | Zig:6    | Killed a juggernaut
554795 | Zig:6    | Noticed a juggernaut
554795 | Zig:6    | Killed a juggernaut
554803 | Zig:6    | Killed a juggernaut
554961 | Zig:7    | Entered Level 7 of a ziggurat
554962 | Zig:7    | Noticed a dread lich
554963 | Zig:7    | Noticed a dread lich
554963 | Zig:7    | Noticed an ancient lich
554963 | Zig:7    | Noticed a dread lich
554963 | Zig:7    | Noticed a dread lich
554964 | Zig:7    | Noticed an ancient lich
554965 | Zig:7    | Noticed an ancient lich
554965 | Zig:7    | Noticed a dread lich
554965 | Zig:7    | Noticed an ancient lich
554965 | Zig:7    | Noticed a dread lich
554966 | Zig:7    | Noticed an ancient lich
554966 | Zig:7    | Noticed a dread lich
554967 | Zig:7    | Killed an ancient lich
554967 | Zig:7    | Killed a dread lich
554967 | Zig:7    | Killed an ancient lich
554967 | Zig:7    | Killed a dread lich
554967 | Zig:7    | Killed a dread lich
554967 | Zig:7    | Noticed an ancient lich
554967 | Zig:7    | Noticed an ancient lich
554968 | Zig:7    | Killed a dread lich
554968 | Zig:7    | Killed an ancient lich
554968 | Zig:7    | Killed an ancient lich
554968 | Zig:7    | Killed an ancient lich
554968 | Zig:7    | Killed a dread lich
554968 | Zig:7    | Killed a dread lich
554969 | Zig:7    | Killed an ancient lich
554971 | Zig:7    | Killed a dread lich
554972 | Zig:7    | Killed an ancient lich
555010 | Zig:7    | Identified the +5 whip of the Blessed Realm {venom, rN+
                  | SInv}
555070 | Zig:8    | Entered Level 8 of a ziggurat
555075 | Zig:8    | Identified the +0 tower shield "Atoapol" {rElec rC- Stlth+}
555227 | Zig:8    | Identified the ring "Plog" {Fly Str+4 Dex+6}
555248 | Zig:8    | Identified the +7 plate armour of Pyipenn {+Inv Str+6}
555280 | Zig:9    | Entered Level 9 of a ziggurat
555367 | Zig:9    | Identified the +1 cloak of the Griffon {Harm rF- Dex+4
                  | SInv}
555375 | Zig:9    | Identified the +0 pair of gloves of Wu Jian's Regard {Fly
                  | rElec}
555379 | Zig:9    | Identified the +6 shortbow "Zestrewa" {freeze, rN+ Str+2}
555447 | Zig:10   | Entered Level 10 of a ziggurat
555448 | Zig:10   | Noticed an orb of fire
555449 | Zig:10   | Noticed an orb of fire
555450 | Zig:10   | Noticed an orb of fire
555450 | Zig:10   | Noticed an orb of fire
555450 | Zig:10   | Noticed an orb of fire
555450 | Zig:10   | Noticed an orb of fire
555450 | Zig:10   | Noticed an orb of fire
555450 | Zig:10   | Noticed an orb of fire
555451 | Zig:10   | Noticed an orb of fire
555451 | Zig:10   | Noticed an orb of fire
555452 | Zig:10   | Noticed an orb of fire
555452 | Zig:10   | Noticed an orb of fire
555454 | Zig:10   | Noticed an orb of fire
555455 | Zig:10   | Noticed an orb of fire
555456 | Zig:10   | Killed an orb of fire
555456 | Zig:10   | Killed an orb of fire
555456 | Zig:10   | Killed an orb of fire
555456 | Zig:10   | Killed an orb of fire
555456 | Zig:10   | Killed an orb of fire
555456 | Zig:10   | Noticed an orb of fire
555457 | Zig:10   | Killed an orb of fire
555457 | Zig:10   | Noticed an orb of fire
555457 | Zig:10   | Noticed an orb of fire
555458 | Zig:10   | Killed an orb of fire
555458 | Zig:10   | Killed an orb of fire
555458 | Zig:10   | Killed an orb of fire
555458 | Zig:10   | Noticed an orb of fire
555459 | Zig:10   | Killed an orb of fire
555459 | Zig:10   | Killed an orb of fire
555459 | Zig:10   | Killed an orb of fire
555459 | Zig:10   | Killed an orb of fire
555459 | Zig:10   | Noticed an orb of fire
555460 | Zig:10   | Noticed an orb of fire
555460 | Zig:10   | Killed an orb of fire
555460 | Zig:10   | Killed an orb of fire
555461 | Zig:10   | Killed an orb of fire
555461 | Zig:10   | Killed an orb of fire
555462 | Zig:10   | Killed an orb of fire
555462 | Zig:10   | Killed an orb of fire
555462 | Zig:10   | Killed an orb of fire
555625 | Zig:11   | Entered Level 11 of a ziggurat
555625 | Zig:11   | Noticed a juggernaut
555625 | Zig:11   | Noticed a juggernaut
555626 | Zig:11   | Noticed a juggernaut
555628 | Zig:11   | Killed a juggernaut
555628 | Zig:11   | Killed a juggernaut
555628 | Zig:11   | Killed a juggernaut
555629 | Zig:11   | Noticed a juggernaut
555632 | Zig:11   | Noticed a juggernaut
555633 | Zig:11   | Killed a juggernaut
555633 | Zig:11   | Killed a juggernaut
555640 | Zig:11   | Found the +5 robe of Night {Dark Will+ SInv}
555650 | Zig:11   | Identified the amulet of Surprise {Spirit rPois Str+4
                  | Stlth+}
555938 | Zig:12   | Entered Level 12 of a ziggurat
555941 | Zig:12   | Noticed Motirgh's ghost (legendary DgWz)
555941 | Zig:12   | Noticed Waohesse's ghost (legendary VSFi)
555941 | Zig:12   | Noticed Fugi's ghost (legendary FoFi)
555941 | Zig:12   | Noticed Xutext's ghost (adept DsAK)
555942 | Zig:12   | Noticed frimble's ghost (legendary GrFi)
555943 | Zig:12   | Noticed Ycuhohed's ghost (veteran TeBe)
555943 | Zig:12   | Noticed Pohawk's ghost (adept MiGl)
555943 | Zig:12   | Noticed WiseOSalty's ghost (legendary TrGl)
555944 | Zig:12   | Noticed WiseOSalty's ghost (legendary TrGl)
555944 | Zig:12   | Noticed Loffalid's ghost (legendary OpEE)
555945 | Zig:12   | Noticed frimble's ghost (legendary DsFi)
555946 | Zig:12   | Noticed Piginabag's ghost (veteran GnMo)
555947 | Zig:12   | Killed Xutext's ghost
555948 | Zig:12   | Noticed Marixus's ghost (legendary DDFi)
555948 | Zig:12   | Killed Ycuhohed's ghost
555948 | Zig:12   | Killed Pohawk's ghost
555948 | Zig:12   | Noticed Viugiw's ghost (legendary TeBe)
555949 | Zig:12   | Noticed Fouwomub's ghost (legendary FoEE)
555949 | Zig:12   | Noticed Xuqyot's ghost (legendary DsFi)
555949 | Zig:12   | Noticed Ikusitist's ghost (legendary NaFE)
555949 | Zig:12   | Killed Motirgh's ghost
555950 | Zig:12   | Noticed Eringya's ghost (legendary OpCj)
555950 | Zig:12   | Noticed Xaowkis's ghost (legendary GnWr)
555950 | Zig:12   | Killed Fugi's ghost
555950 | Zig:12   | Killed Loffalid's ghost
555950 | Zig:12   | Noticed Gelos's ghost (legendary GnWn)
555951 | Zig:12   | Killed Piginabag's ghost
555951 | Zig:12   | Killed Waohesse's ghost
555951 | Zig:12   | Killed WiseOSalty's ghost
555951 | Zig:12   | Killed frimble's ghost
555951 | Zig:12   | Noticed holysushi's ghost (legendary KoAr)
555952 | Zig:12   | Noticed Kufiz's ghost (master GrCK)
555953 | Zig:12   | Killed WiseOSalty's ghost
555954 | Zig:12   | Killed Viugiw's ghost
555956 | Zig:12   | Killed frimble's ghost
555957 | Zig:12   | Killed Gelos's ghost
555959 | Zig:12   | Killed Xaowkis's ghost
555959 | Zig:12   | Killed Fouwomub's ghost
555959 | Zig:12   | Killed Eringya's ghost
555959 | Zig:12   | Killed Ikusitist's ghost
555960 | Zig:12   | Killed holysushi's ghost
555961 | Zig:12   | Killed Kufiz's ghost
555985 | Zig:12   | Identified the ring of Onlym {rElec SInv}
555988 | Zig:12   | Identified the ring "Lulut" {rN+ MP+9 Str+2 Int-2 SInv}
556115 | Zig:12   | Identified the +12 hunting sling "Beast's Regret" {venom,
                  | Fragile rF+ Dex+4}
556125 | Zig:13   | Entered Level 13 of a ziggurat
556125 | Zig:13   | Noticed a juggernaut
556125 | Zig:13   | Noticed a juggernaut
556125 | Zig:13   | Noticed a juggernaut
556126 | Zig:13   | Killed a juggernaut
556126 | Zig:13   | Killed a juggernaut
556127 | Zig:13   | Noticed a juggernaut
556127 | Zig:13   | Noticed a juggernaut
556127 | Zig:13   | Noticed a juggernaut
556130 | Zig:13   | Noticed a juggernaut
556133 | Zig:13   | Killed a juggernaut
556133 | Zig:13   | Killed a juggernaut
556133 | Zig:13   | Killed a juggernaut
556133 | Zig:13   | Killed a juggernaut
556133 | Zig:13   | Killed a juggernaut
556133 | Zig:13   | Noticed a juggernaut
556136 | Zig:13   | Noticed a juggernaut
556137 | Zig:13   | Found the +2 hood of the Assassin {Detection Stab+ Stlth++}
556138 | Zig:13   | Noticed a juggernaut
556140 | Zig:13   | Killed a juggernaut
556140 | Zig:13   | Killed a juggernaut
556140 | Zig:13   | Killed a juggernaut
556412 | Zig:13   | Identified the +7 shortbow "Ucunamich" {freeze, rF- Will++}
556458 | Zig:13   | Identified the +5 scimitar of the Stopping Gods {holy,
                  | *Slow rCorr Int+6}
556465 | Zig:14   | Entered Level 14 of a ziggurat
556465 | Zig:14   | Noticed a juggernaut
556465 | Zig:14   | Noticed a juggernaut
556465 | Zig:14   | Noticed a juggernaut
556467 | Zig:14   | Noticed a juggernaut
556467 | Zig:14   | Noticed a juggernaut
556468 | Zig:14   | Killed a juggernaut
556468 | Zig:14   | Killed a juggernaut
556468 | Zig:14   | Killed a juggernaut
556468 | Zig:14   | Killed a juggernaut
556469 | Zig:14   | Noticed a juggernaut
556471 | Zig:14   | Noticed a juggernaut
556472 | Zig:14   | Noticed a juggernaut
556474 | Zig:14   | Noticed a juggernaut
556475 | Zig:14   | Killed a juggernaut
556475 | Zig:14   | Noticed a juggernaut
556476 | Zig:14   | Noticed a juggernaut
556480 | Zig:14   | Killed a juggernaut
556482 | Zig:14   | Killed a juggernaut
556482 | Zig:14   | Killed a juggernaut
556482 | Zig:14   | Killed a juggernaut
556482 | Zig:14   | Killed a juggernaut
556483 | Zig:14   | Killed a juggernaut
556776 | Zig:14   | Identified the amulet of Mistrust {Regen+ Int+2}
556836 | Zig:14   | Identified the +9 hand crossbow of Calamity {speed, rPois
                  | Dex+2}
556868 | Zig:15   | Entered Level 15 of a ziggurat
556962 | Zig:15   | Identified the +3 short sword of Loucat {protect, rN+
                  | Int+3}
557023 | Zig:15   | Identified the +2 robe "Tauskeim" {rF+}
557026 | Zig:15   | Identified the ring "Osoopeo" {Ice rN+}
557032 | Zig:15   | Identified the +4 scimitar "Ciggempuptu" {vorpal, rPois
                  | Will- MP+9 Stlth+}
557041 | Zig:16   | Entered Level 16 of a ziggurat
557277 | Zig:16   | Identified the ring of Lobof {rF+ Str+6 Int+3}
557285 | Zig:16   | Identified the ring of Felaekh {Will+ Str+4 Dex+2 SInv}
557291 | Zig:16   | Identified the +2 lajatang "Huucwunept" {vorpal, rPois rN++
                  | Will- rCorr}
557297 | Zig:16   | Identified the +0 helmet "Wexkod" {rElec rN+ Int+5 Dex-4}
557342 | Zig:16   | Identified the +1 cloak of Courage {Int+4}
557389 | Zig:16   | Identified the amulet of Knowledge {Acrobat *Corrode rN+
                  | Str+3}
557405 | Zig:16   | Identified the ring "Dimuepeu" {rC++ SInv}
557420 | Zig:17   | Entered Level 17 of a ziggurat
557433 | Zig:17   | Noticed a dread lich
557437 | Zig:17   | Paralysed by accursed screaming for 1 turns
557438 | Zig:17   | Killed a dread lich
557464 | Zig:17   | Identified the +9 trident of Balu {vorpal, Str-2 Int+8}
557769 | Zig:17   | Identified the +3 scimitar of Ehakoi {spect, Will- Dex+7
                  | SInv Stlth+}
557774 | Zig:17   | Identified the +2 crystal plate armour "Xueroux" {rElec}
557783 | Zig:18   | Entered Level 18 of a ziggurat
557783 | Zig:18   | Noticed a juggernaut
557783 | Zig:18   | Noticed a juggernaut
557785 | Zig:18   | Noticed a juggernaut
557785 | Zig:18   | Noticed a juggernaut
557786 | Zig:18   | Killed a juggernaut
557786 | Zig:18   | Killed a juggernaut
557786 | Zig:18   | Killed a juggernaut
557790 | Zig:18   | Noticed a juggernaut
557790 | Zig:18   | Noticed a juggernaut
557790 | Zig:18   | Noticed a juggernaut
557790 | Zig:18   | Noticed a juggernaut
557791 | Zig:18   | Noticed a juggernaut
557794 | Zig:18   | Noticed a juggernaut
557795 | Zig:18   | Killed a juggernaut
557795 | Zig:18   | Killed a juggernaut
557795 | Zig:18   | Killed a juggernaut
557795 | Zig:18   | Killed a juggernaut
557795 | Zig:18   | Killed a juggernaut
557795 | Zig:18   | Killed a juggernaut
557795 | Zig:18   | Killed a juggernaut
557795 | Zig:18   | Noticed a juggernaut
557796 | Zig:18   | Noticed a juggernaut
557798 | Zig:18   | Noticed a juggernaut
557800 | Zig:18   | Killed a juggernaut
557802 | Zig:18   | Killed a juggernaut
558221 | Zig:18   | Identified the ring "Maddoax" {rCorr Int+6 Dex+4}
558248 | Zig:18   | Identified the +7 falchion of Kejeuzi {vorpal, Dex+2}
558250 | Zig:18   | Identified the +6 flail of Eternal Vigilance {freeze, Str+3
                  | SInv}
558254 | Zig:18   | Identified the ring "Xyronumn" {*Slow Fly rPois Str+2
                  | Int+4}
558258 | Zig:18   | Identified the amulet "Put-Me-On" {Regen+ Str+4}
558260 | Zig:18   | Identified the +1 chain mail "Jowam" {Dex+6}
558266 | Zig:18   | Identified the ring "Cejimp" {rF+ Int-5 Dex+2 SInv Stlth+}
558281 | Zig:19   | Entered Level 19 of a ziggurat
558395 | Zig:19   | Identified the +1 cloak of Imappig {Rampage}
558405 | Zig:19   | Identified the ring "Amodih" {Will+ Dex+3}
558407 | Zig:19   | Identified the +1 ring mail of Dogmatism {Dex+6}
558413 | Zig:19   | Identified the +5 great sword "Rusuzo" {vorpal, Contam rN+
                  | Will+ Dex+4}
558440 | Zig:19   | Identified the ring of Jenejit {rPois Str+6 Int+4}
558442 | Zig:19   | Identified the +5 rapier "Raurch" {venom, *Noise Dex+4
                  | SInv}
558444 | Zig:19   | Identified the +2 morningstar of Kiry {freeze, Dex+4}
558460 | Zig:19   | Identified the +9 hunting sling of the Forging Owl {freeze,
                  | rN++ Str+2}
558683 | Zig:20   | Entered Level 20 of a ziggurat
558724 | Zig:20   | Identified the +9 morningstar of Guile {elec, Dex+3}
558971 | Zig:20   | Identified the ring "Sanoedd" {rF- Int+4 Dex+3 SInv}
558973 | Zig:20   | Identified the +7 hand axe "Huefoc" {flame, rF+ rC++ Str+2}
558979 | Zig:20   | Identified the ring "Jetaqov" {rPois rN+ Int+4 Dex-3}
559053 | Zig:20   | Identified the +1 plate armour "Ciemis" {Regen+ Str+3
                  | Dex+4}
559094 | Zig:20   | Identified the ring of the Harvest {rPois EV+4}
559115 | Zig:21   | Entered Level 21 of a ziggurat
559136 | Zig:21   | Found the +2 cloak of the Thief {*Fog Slay-2 SInv Stlth+}
559211 | Zig:21   | Identified the +1 great sword "Vogunt" {venom, rElec rN+}
559217 | Zig:21   | Identified the +2 pair of boots of the Thinker {-Cast rN+
                  | rCorr SInv}
559224 | Zig:21   | Identified the +0 leather armour of Dosaedeo {rElec}
559485 | Zig:21   | Identified the +5 ring mail "Hoempav" {rF++}
559486 | Zig:21   | Identified the ring of the Hero {rF- rN+++ rCorr Dex+7}
559487 | Zig:21   | Identified the ring "Joimemou" {Fly rElec rF- Int+3 Dex+4}
559505 | Zig:22   | Entered Level 22 of a ziggurat
559562 | Zig:22   | Identified the +0 arbalest of Tender Mercy {elec, rF+}
559814 | Zig:22   | Identified the +8 falchion of Woe {protect, +Blink rN+}
559827 | Zig:22   | Identified the +4 rapier of the Ghost {holy, Will+ Dex+6}
559831 | Zig:22   | Identified the +8 scimitar of the Final Chapter {drain,
                  | rElec}
559883 | Zig:22   | Identified the +2 dagger of the Grave {freeze, Int+4}
559925 | Zig:22   | Identified the +5 robe of Cynicism {Harm rC+++ Will- MP+9}
559936 | Zig:23   | Entered Level 23 of a ziggurat
559941 | Zig:23   | Noticed an ancient lich
559943 | Zig:23   | Noticed an ancient lich
559943 | Zig:23   | Noticed an ancient lich
559945 | Zig:23   | Noticed a dread lich
559946 | Zig:23   | Killed an ancient lich
559946 | Zig:23   | Killed an ancient lich
559946 | Zig:23   | Killed an ancient lich
559946 | Zig:23   | Killed a dread lich
559947 | Zig:23   | Noticed an ancient lich
559948 | Zig:23   | Noticed a dread lich
559948 | Zig:23   | Noticed a dread lich
559948 | Zig:23   | Noticed a dread lich
559949 | Zig:23   | Noticed a dread lich
559949 | Zig:23   | Noticed an ancient lich
559949 | Zig:23   | Noticed an ancient lich
559950 | Zig:23   | Noticed a dread lich
559952 | Zig:23   | Killed an ancient lich
559954 | Zig:23   | Noticed an ancient lich
559955 | Zig:23   | Killed a dread lich
559955 | Zig:23   | Killed an ancient lich
559955 | Zig:23   | Killed a dread lich
559955 | Zig:23   | Killed a dread lich
559955 | Zig:23   | Killed an ancient lich
559955 | Zig:23   | Killed an ancient lich
559955 | Zig:23   | Noticed an ancient lich
559955 | Zig:23   | Noticed an ancient lich
559956 | Zig:23   | Killed a dread lich
559956 | Zig:23   | Killed a dread lich
559956 | Zig:23   | Killed an ancient lich
559956 | Zig:23   | Noticed a dread lich
559956 | Zig:23   | Noticed an ancient lich
559961 | Zig:23   | Killed an ancient lich
559961 | Zig:23   | Killed an ancient lich
559961 | Zig:23   | Killed a dread lich
560032 | Zig:23   | Identified the +1 battleaxe of Bloody Death {venom,
                  | *Corrode rElec Str+8 Stlth-}
560313 | Zig:24   | Entered Level 24 of a ziggurat
560382 | Zig:24   | Identified the ring of Ehaj {rPois rF+ Int+5 Stlth-}
560633 | Zig:24   | Identified the +8 great sword "Otexzel" {vorpal, rC+ Will+
                  | Str+4}
560784 | Zig:24   | Identified the +3 broad axe of Tokkessua {freeze, Will+
                  | Stlth+}
560810 | Zig:24   | Identified the +2 hunting sling of the Unseen Realm
                  | {freeze, rPois Int+2}
560814 | Zig:24   | Identified the ring of Fifyuruu {Str+6 Dex+4}
560816 | Zig:24   | Identified the amulet of Qaf Fiharr {*Slow rPois Regen+
                  | Int+8 Slay-6}
560820 | Zig:24   | Identified the +2 buckler "Esoadud" {Harm Will+}
560838 | Zig:25   | Entered Level 25 of a ziggurat
560864 | Zig:25   | Noticed Laoh the pandemonium lord
560871 | Zig:25   | Killed Laoh the pandemonium lord
560943 | Zig:25   | Identified the ring of Avef {Wiz +Blink rPois rN+}
560954 | Zig:25   | Identified the ring "Pagic" {+Blink rPois rCorr Int+4}
560960 | Zig:25   | Identified the ring "Jeappoal" {Fly rElec rC+ rN+ EV+4}
561309 | Zig:25   | Identified the ring "Waphukk" {Fire Drain Str+4 Stlth+}
561313 | Zig:26   | Entered Level 26 of a ziggurat
561349 | Zig:26   | Found the +3 Mad Mage's Maulers {Infuse+∞ RegenMP Int-3}
561840 | Zig:26   | Identified the +5 hand axe of Omipp {spect, Int+3}
561847 | Zig:26   | Identified the +3 war axe of Ebrumahy {venom, rCorr Dex+7}
561850 | Zig:26   | Identified the +8 shortbow of Tumult {vorpal, rN+}
561856 | Zig:27   | Entered Level 27 of a ziggurat
561895 | Zig:27   | Identified the ring "Gixokk" {Fly rPois rN+ Int+7}
561897 | Zig:27   | Identified the ring of the Gloaming {rF+ rC+ SInv Stlth+}
561898 | Zig:27   | Identified the +5 war axe "Newtbane" {vorpal, Fly rElec
                  | Int-4 Dex+6}
561919 | Zig:27   | Identified the +4 hunting sling "Wolufah" {vorpal, Dex+4}
561925 | Zig:27   | Identified the +6 hand crossbow of Sandy Optimality {venom,
                  | rPois Will+}
561943 | Zig:27   | Identified the +8 chain mail of Dogma {*Corrode Will- Str+3
                  | Stlth+}
562465 | Zig:1    | Entered Level 1 of a ziggurat
562493 | Zig:2    | Entered Level 2 of a ziggurat
562546 | Zig:2    | Identified the +4 helmet of the Present {rPois Slay+3}
562555 | Zig:3    | Entered Level 3 of a ziggurat
562643 | Zig:3    | Identified the +9 mace of the Stork {holy, +Blink rPois
                  | rN+++ Int-4}
562646 | Zig:4    | Entered Level 4 of a ziggurat
562723 | Zig:4    | Identified the +4 great sword "Degitheth" {venom, rF+ rCorr
                  | Dex+4}
562744 | Zig:5    | Entered Level 5 of a ziggurat
562872 | Zig:6    | Entered Level 6 of a ziggurat
562874 | Zig:6    | Noticed an ancient lich
562874 | Zig:6    | Noticed an ancient lich
562880 | Zig:6    | Killed an ancient lich
562881 | Zig:6    | Killed an ancient lich
562994 | Zig:7    | Entered Level 7 of a ziggurat
563091 | Zig:7    | Identified the +6 halberd "Ojoschu" {venom, Str+2 Int+4}
563093 | Zig:8    | Entered Level 8 of a ziggurat
563100 | Zig:8    | Found the +6 lightning scales {swift, rElec}
563118 | Zig:8    | Identified the ring "Xomi" {rElec rC+ Will+ Dex+4 Stlth+}
563226 | Zig:8    | Identified the +0 robe of the Cockatrice {Harm rF++ Dex-2
                  | SInv}
563248 | Zig:8    | Identified the ring "Qaeg" {Fly rElec rF+++ rCorr Int-4}
563265 | Zig:9    | Entered Level 9 of a ziggurat
563273 | Zig:9    | Found the +3 pair of seven-league boots {Rampage+∞}
563336 | Zig:9    | Identified the +4 rapier "Fotrouno" {pain, rN+}
563395 | Zig:9    | Identified the +1 ring mail of Yttifes {rN+}
563447 | Zig:9    | Identified the +10 plate armour of the Chewing Gods {Fly
                  | rPois rC+ Dex-3}
563460 | Zig:9    | Identified the ring of the Briny Deep {rElec rF+++ rC+ MP+9
                  | Str-2}
563474 | Zig:10   | Entered Level 10 of a ziggurat
563474 | Zig:10   | Noticed a royal mummy
563474 | Zig:10   | Noticed a royal mummy
563474 | Zig:10   | Noticed a royal mummy
563474 | Zig:10   | Noticed a royal mummy
563475 | Zig:10   | Noticed a royal mummy
563476 | Zig:10   | Noticed a royal mummy
563476 | Zig:10   | Noticed a royal mummy
563476 | Zig:10   | Noticed a royal mummy
563477 | Zig:10   | Noticed a royal mummy
563478 | Zig:10   | Killed a royal mummy
563478 | Zig:10   | Killed a royal mummy
563478 | Zig:10   | Killed a royal mummy
563480 | Zig:10   | Killed a royal mummy
563480 | Zig:10   | Killed a royal mummy
563480 | Zig:10   | Killed a royal mummy
563480 | Zig:10   | Killed a royal mummy
563480 | Zig:10   | Killed a royal mummy
563480 | Zig:10   | Noticed a royal mummy
563480 | Zig:10   | Noticed a royal mummy
563481 | Zig:10   | Killed a royal mummy
563482 | Zig:10   | Killed a royal mummy
563484 | Zig:10   | Killed a royal mummy
563487 | Zig:10   | Noticed a royal mummy
563491 | Zig:10   | Killed a royal mummy
563728 | Zig:11   | Entered Level 11 of a ziggurat
563728 | Zig:11   | Noticed a dread lich
563730 | Zig:11   | Noticed an ancient lich
563730 | Zig:11   | Noticed a dread lich
563731 | Zig:11   | Noticed a dread lich
563731 | Zig:11   | Noticed a dread lich
563732 | Zig:11   | Noticed an ancient lich
563733 | Zig:11   | Killed a dread lich
563734 | Zig:11   | Noticed an ancient lich
563735 | Zig:11   | Killed a dread lich
563735 | Zig:11   | Killed a dread lich
563735 | Zig:11   | Killed an ancient lich
563735 | Zig:11   | Killed a dread lich
563735 | Zig:11   | Killed an ancient lich
563735 | Zig:11   | Noticed an ancient lich
563736 | Zig:11   | Noticed a dread lich
563736 | Zig:11   | Noticed an ancient lich
563737 | Zig:11   | Noticed an ancient lich
563738 | Zig:11   | Noticed an ancient lich
563738 | Zig:11   | Noticed a dread lich
563741 | Zig:11   | Killed an ancient lich
563741 | Zig:11   | Killed an ancient lich
563741 | Zig:11   | Killed a dread lich
563742 | Zig:11   | Killed a dread lich
563742 | Zig:11   | Killed an ancient lich
563742 | Zig:11   | Killed an ancient lich
563749 | Zig:11   | Killed an ancient lich
563801 | Zig:11   | Identified the +2 shortbow "Octopus's Regret" {venom, rPois
                  | Int+4}
563813 | Zig:11   | Identified the ring of Cowardice {Fly rElec rF- Str+6
                  | Slay+3}
563958 | Zig:11   | Identified the ring of Zageeg {Ice rPois Will+ Dex+4}
563961 | Zig:11   | Identified the +7 double sword of Paprorig {spect, Drain
                  | Int+5}
563967 | Zig:12   | Entered Level 12 of a ziggurat
563983 | Zig:12   | Found the -2 hat of the Alchemist {rElec rPois rF+ rC+ rN+
                  | Will+ rMut rCorr}
564297 | Zig:12   | Identified the ring "Tiegyceu" {EV+4 Str+7}
564301 | Zig:13   | Entered Level 13 of a ziggurat
564529 | Zig:13   | Identified the +1 robe "Cuiffeorch" {Harm Fly rElec Dex+6}
564556 | Zig:14   | Entered Level 14 of a ziggurat
564556 | Zig:14   | Noticed a juggernaut
564558 | Zig:14   | Killed a juggernaut
564559 | Zig:14   | Noticed a juggernaut
564561 | Zig:14   | Noticed a juggernaut
564562 | Zig:14   | Noticed a juggernaut
564564 | Zig:14   | Noticed a juggernaut
564565 | Zig:14   | Noticed a juggernaut
564566 | Zig:14   | Killed a juggernaut
564567 | Zig:14   | Killed a juggernaut
564570 | Zig:14   | Killed a juggernaut
564574 | Zig:14   | Killed a juggernaut
564574 | Zig:14   | Killed a juggernaut
564849 | Zig:14   | Identified the +0 robe of the Distant Future {rElec Will+
                  | Str+3}
564872 | Zig:14   | Identified the +1 ring mail of Saottuho {rPois Dex+4}
564928 | Zig:14   | Identified the amulet "Pyonnom" {Faith Dex+5 SInv}
564944 | Zig:15   | Entered Level 15 of a ziggurat
564945 | Zig:15   | Noticed a dread lich
564946 | Zig:15   | Noticed an ancient lich
564946 | Zig:15   | Noticed an ancient lich
564946 | Zig:15   | Noticed a dread lich
564948 | Zig:15   | Noticed an ancient lich
564949 | Zig:15   | Noticed a dread lich
564949 | Zig:15   | Noticed an ancient lich
564952 | Zig:15   | Noticed an ancient lich
564952 | Zig:15   | Killed a dread lich
564952 | Zig:15   | Killed an ancient lich
564954 | Zig:15   | Killed an ancient lich
564954 | Zig:15   | Killed an ancient lich
564954 | Zig:15   | Killed an ancient lich
564954 | Zig:15   | Noticed an ancient lich
564954 | Zig:15   | Noticed an ancient lich
564955 | Zig:15   | Killed a dread lich
564955 | Zig:15   | Killed an ancient lich
564956 | Zig:15   | Noticed a dread lich
564959 | Zig:15   | Noticed an ancient lich
564960 | Zig:15   | Found the +1 robe of Vines {NoPotionHeal Regen++++}
564960 | Zig:15   | Killed an ancient lich
564961 | Zig:15   | Killed an ancient lich
564961 | Zig:15   | Killed a dread lich
564962 | Zig:15   | Killed an ancient lich
564962 | Zig:15   | Noticed a dread lich
564963 | Zig:15   | Noticed a dread lich
564964 | Zig:15   | Noticed a dread lich
564968 | Zig:15   | Killed a dread lich
564968 | Zig:15   | Killed a dread lich
564969 | Zig:15   | Killed a dread lich
565038 | Zig:15   | Identified the +0 pair of gloves "Jearchy" {Harm rPois rC-
                  | Str+2}
565046 | Zig:15   | Identified the +6 great sword of Currency {drain, Dex+3}
565252 | Zig:15   | Identified the +4 flail "Fuarum Kikhlo" {freeze, rF++}
565268 | Zig:16   | Entered Level 16 of a ziggurat
565605 | Zig:16   | Identified the amulet of Alutiaqie {Harm rF+ Regen+ Str+5
                  | Slay-3}
565607 | Zig:16   | Identified the +4 mace of Calculation {freeze, Fragile
                  | rElec Stlth+}
565608 | Zig:16   | Identified the +5 short sword of Reason {flame, Drain rCorr
                  | MP+9 SInv}
565615 | Zig:17   | Entered Level 17 of a ziggurat
565645 | Zig:17   | Identified the +5 rapier of the Beds {protect, Fly rF-
                  | Int+2}
565673 | Zig:17   | Identified the +6 glaive of the Kidney {freeze, Int+3
                  | Dex+2}
565992 | Zig:18   | Entered Level 18 of a ziggurat
566063 | Zig:18   | Identified the +8 dagger of Glory {flame, rF+ Int+3}
566364 | Zig:18   | Identified the +1 hand crossbow "Weamp" {elec, rPois rCorr
                  | Str+7 Int-3}
566386 | Zig:18   | Identified the +11 dagger of Patterns {protect, rN+ Int+4
                  | Dex+4 Stlth-}
566390 | Zig:18   | Identified the +7 glaive "Isuesur" {holy, rN+}
566407 | Zig:18   | Identified the +1 ring mail "Ygoos" {Rampage}
566418 | Zig:18   | Identified the +7 falchion of Painted Optimality
                  | {antimagic, rC+ rN+ Will+}
566424 | Zig:19   | Entered Level 19 of a ziggurat
566493 | Zig:19   | Identified the ring of Cowardice {rC+ Str+4 Int+6}
566506 | Zig:19   | Identified the +0 scale mail of the Illusory Beds {Will+
                  | Dex+2}
566524 | Zig:19   | Identified the +6 hunting sling of Cuptehurgh {venom,
                  | Will+}
566555 | Zig:19   | Identified the +7 chain mail of Zin's Castigation {Will+
                  | Regen+ Stlth-}
566820 | Zig:19   | Identified the ring "Nachaset" {Ice rN+ rCorr Int+3}
566830 | Zig:20   | Entered Level 20 of a ziggurat
566830 | Zig:20   | Noticed a juggernaut
566830 | Zig:20   | Noticed a juggernaut
566830 | Zig:20   | Noticed a juggernaut
566831 | Zig:20   | Noticed a juggernaut
566831 | Zig:20   | Noticed a juggernaut
566831 | Zig:20   | Noticed a juggernaut
566832 | Zig:20   | Noticed a juggernaut
566835 | Zig:20   | Killed a juggernaut
566835 | Zig:20   | Killed a juggernaut
566835 | Zig:20   | Killed a juggernaut
566835 | Zig:20   | Killed a juggernaut
566835 | Zig:20   | Killed a juggernaut
566836 | Zig:20   | Noticed a juggernaut
566836 | Zig:20   | Noticed a juggernaut
566836 | Zig:20   | Noticed a juggernaut
566837 | Zig:20   | Noticed a juggernaut
566837 | Zig:20   | Noticed a juggernaut
566838 | Zig:20   | Noticed a juggernaut
566838 | Zig:20   | Noticed a juggernaut
566838 | Zig:20   | Noticed a juggernaut
566838 | Zig:20   | Noticed a juggernaut
566838 | Zig:20   | Noticed a juggernaut
566839 | Zig:20   | Noticed a juggernaut
566840 | Zig:20   | Noticed a juggernaut
566840 | Zig:20   | Noticed a juggernaut
566841 | Zig:20   | Noticed a juggernaut
566841 | Zig:20   | Noticed a juggernaut
566842 | Zig:20   | Killed a juggernaut
566842 | Zig:20   | Killed a juggernaut
566842 | Zig:20   | Killed a juggernaut
566842 | Zig:20   | Killed a juggernaut
566842 | Zig:20   | Killed a juggernaut
566842 | Zig:20   | Killed a juggernaut
566842 | Zig:20   | Killed a juggernaut
566842 | Zig:20   | Killed a juggernaut
566842 | Zig:20   | Killed a juggernaut
566842 | Zig:20   | Killed a juggernaut
566842 | Zig:20   | Killed a juggernaut
566842 | Zig:20   | Killed a juggernaut
566842 | Zig:20   | Killed a juggernaut
566842 | Zig:20   | Killed a juggernaut
566843 | Zig:20   | Noticed a juggernaut
566843 | Zig:20   | Noticed a juggernaut
566844 | Zig:20   | Noticed a juggernaut
566845 | Zig:20   | Noticed a juggernaut
566845 | Zig:20   | Noticed a juggernaut
566846 | Zig:20   | Noticed a juggernaut
566846 | Zig:20   | Noticed a juggernaut
566846 | Zig:20   | Found the +3 salamander hide armour {Flames rF++ rC--}
566847 | Zig:20   | Killed a juggernaut
566847 | Zig:20   | Killed a juggernaut
566847 | Zig:20   | Killed a juggernaut
566847 | Zig:20   | Killed a juggernaut
566847 | Zig:20   | Killed a juggernaut
566847 | Zig:20   | Killed a juggernaut
566847 | Zig:20   | Killed a juggernaut
566847 | Zig:20   | Killed a juggernaut
566850 | Zig:20   | Killed a juggernaut
566852 | Zig:20   | Killed a juggernaut
567284 | Zig:20   | Identified the ring "Hasischo" {rPois Int+6 Dex-3 Stlth+}
567299 | Zig:20   | Identified the +0 robe "Wigemm" {Harm rF+ Int+4 Dex+2}
567339 | Zig:20   | Identified the +10 plate armour "Navun" {Drain rPois rN+++
                  | rCorr}
567395 | Zig:21   | Entered Level 21 of a ziggurat
567401 | Zig:21   | Noticed an ancient lich
567401 | Zig:21   | Noticed a dread lich
567403 | Zig:21   | Killed a dread lich
567408 | Zig:21   | Killed an ancient lich
567437 | Zig:21   | Noticed an ancient lich
567440 | Zig:21   | Killed an ancient lich
567708 | Zig:21   | Identified the ring "Nerosch" {EV+4 Int+4}
567710 | Zig:21   | Identified the +5 dire flail of Jime Zoruh {pain, Drain
                  | Will+ MP+9 Int+5}
567712 | Zig:21   | Identified the +10 spear "Ukut Wao" {vorpal, rElec rF+}
567739 | Zig:22   | Entered Level 22 of a ziggurat
567769 | Zig:22   | Found the +9 scales of the Dragon King {rPois rF+ rC+
                  | Will+}
568416 | Zig:22   | Identified the +0 plate armour of Follow the Leader {rF+
                  | rC+ Dex+2}
568438 | Zig:22   | Identified the +8 spear of the Noxious God {flame, rPois}
568441 | Zig:22   | Identified the +10 morningstar of Xom's Favour {vorpal, rF-
                  | Int+3 Dex+2}
568447 | Zig:23   | Entered Level 23 of a ziggurat
568451 | Zig:23   | Noticed an ancient lich
568452 | Zig:23   | Noticed a dread lich
568452 | Zig:23   | Noticed an ancient lich
568452 | Zig:23   | Noticed a dread lich
568453 | Zig:23   | Noticed an ancient lich
568453 | Zig:23   | Noticed a dread lich
568453 | Zig:23   | Noticed an ancient lich
568455 | Zig:23   | Noticed a dread lich
568455 | Zig:23   | Noticed an ancient lich
568455 | Zig:23   | Noticed an ancient lich
568456 | Zig:23   | Killed an ancient lich
568456 | Zig:23   | Killed an ancient lich
568456 | Zig:23   | Killed an ancient lich
568458 | Zig:23   | Noticed an ancient lich
568458 | Zig:23   | Noticed a dread lich
568459 | Zig:23   | Killed an ancient lich
568459 | Zig:23   | Killed a dread lich
568459 | Zig:23   | Killed a dread lich
568459 | Zig:23   | Killed an ancient lich
568459 | Zig:23   | Killed a dread lich
568459 | Zig:23   | Killed a dread lich
568459 | Zig:23   | Killed an ancient lich
568461 | Zig:23   | Noticed a dread lich
568461 | Zig:23   | Noticed an ancient lich
568462 | Zig:23   | Noticed a dread lich
568462 | Zig:23   | Noticed an ancient lich
568462 | Zig:23   | Noticed an ancient lich
568462 | Zig:23   | Noticed an ancient lich
568462 | Zig:23   | Noticed a dread lich
568462 | Zig:23   | Noticed a dread lich
568462 | Zig:23   | Noticed an ancient lich
568463 | Zig:23   | Noticed an ancient lich
568463 | Zig:23   | Noticed a dread lich
568463 | Zig:23   | Noticed an ancient lich
568465 | Zig:23   | Killed an ancient lich
568465 | Zig:23   | Killed a dread lich
568465 | Zig:23   | Killed a dread lich
568465 | Zig:23   | Killed an ancient lich
568465 | Zig:23   | Killed an ancient lich
568465 | Zig:23   | Killed an ancient lich
568465 | Zig:23   | Noticed an ancient lich
568465 | Zig:23   | Noticed an ancient lich
568465 | Zig:23   | Noticed an ancient lich
568466 | Zig:23   | Killed a dread lich
568466 | Zig:23   | Killed a dread lich
568467 | Zig:23   | Killed a dread lich
568467 | Zig:23   | Killed an ancient lich
568467 | Zig:23   | Killed an ancient lich
568467 | Zig:23   | Killed an ancient lich
568467 | Zig:23   | Killed an ancient lich
568467 | Zig:23   | Killed an ancient lich
568467 | Zig:23   | Killed an ancient lich
568467 | Zig:23   | Killed an ancient lich
568467 | Zig:23   | Noticed an ancient lich
568468 | Zig:23   | Noticed an ancient lich
568469 | Zig:23   | Noticed a dread lich
568469 | Zig:23   | Found the +1 Delatra's gloves {ID++}
568469 | Zig:23   | Killed a dread lich
568470 | Zig:23   | Noticed a dread lich
568470 | Zig:23   | Noticed an ancient lich
568471 | Zig:23   | Noticed a dread lich
568472 | Zig:23   | Killed an ancient lich
568475 | Zig:23   | Killed an ancient lich
568475 | Zig:23   | Killed an ancient lich
568475 | Zig:23   | Killed a dread lich
568475 | Zig:23   | Killed a dread lich
568475 | Zig:23   | Killed a dread lich
568535 | Zig:23   | Identified the ring "Peefar" {rElec rC+ Str-2 Int+2}
568545 | Zig:23   | Identified the +4 mace "Jellybane" {freeze, +Blink rElec
                  | rN+ Int-5}
568547 | Zig:23   | Identified the +7 battleaxe "Siamyst" {elec, *Rage rN+++
                  | Int+7}
568833 | Zig:23   | Identified the +7 short sword of Fortitude {pain, rF+
                  | Int+4}
568868 | Zig:23   | Identified the amulet "Mamn" {Reflect Fly Str+4 Int+2 SH+5}
568894 | Zig:24   | Entered Level 24 of a ziggurat
568960 | Zig:24   | Identified the +5 rapier of Exquisite Death {pain, +Blink
                  | rC- Int+2}
569264 | Zig:24   | Identified the +0 leather armour of the Lizard {rCorr
                  | Stlth+}
569386 | Zig:25   | Entered Level 25 of a ziggurat
569770 | Zig:25   | Identified the +7 trident "Jaquhall" {vorpal, rN+}
569793 | Zig:25   | Identified the ring of the Barracuda {Dex+2 Slay+4}
569907 | Zig:25   | Identified the +1 hand axe of the Magi {freeze, rPois rCorr
                  | Int+2 Dex-5}
569915 | Zig:25   | Identified the +1 hat "Qeumn" {Str+2 Int+4 Dex+2}
569922 | Zig:25   | Identified the ring "Ifocsen" {rF+ AC+4 Str+4 Dex+4}
569943 | Zig:26   | Entered Level 26 of a ziggurat
569995 | Zig:26   | Found the +18 Lear's hauberk
570014 | Zig:26   | Identified the +7 mace "Gyzixoof" {freeze, rPois Dex+3}
570018 | Zig:26   | Identified the +3 plate armour "Meuzein" {rPois Str+4 Int-4
                  | Dex+5}
570027 | Zig:26   | Identified the ring "Tahugrapp" {rC+ SInv Stlth+}
570031 | Zig:26   | Identified the +0 leather armour of the Blind Marksman
                  | {Harm Str+2 Dex-3 Stlth+}
570096 | Zig:26   | Identified the amulet of the Wizarding Gods {Acrobat rF+
                  | Str+3}
570123 | Zig:26   | Identified the +8 scythe "Sexkir" {drain, Str+3}
570135 | Zig:26   | Identified the +9 falchion "Octopus's Peril" {freeze, Will-
                  | Str+4 Int+9 Stlth+}
570410 | Zig:26   | Identified the +8 glaive "Ryfissio" {drain, Fly rC+++ Int-4
                  | Dex-2}
570510 | Zig:26   | Identified the +10 short sword of the Verdant God {speed,
                  | Str+4 Dex+5}
570522 | Zig:26   | Identified the +8 halberd of Joyful Slaughter {vorpal,
                  | rF++}
570582 | Zig:26   | Identified the +0 leather armour "Avviw" {Harm Regen+}
570586 | Zig:26   | Identified the +6 rapier of Patience {vorpal, rF- rN+
                  | Will+}
570655 | Zig:27   | Entered Level 27 of a ziggurat
570833 | Zig:27   | Identified the +5 hand axe "Death Rattle" {distort, Int+6}
570853 | Zig:27   | Identified the ring "Oshreever" {Fire rPois Str-3 Stlth+}
570855 | Zig:27   | Identified the ring of Xom's Fair Game {rCorr Str-4 Slay+4
                  | Stlth+}
570857 | Zig:27   | Identified the +1 hat of the Salmon {-Cast rN+++ Regen+
                  | Dex-2}
571267 | Zig:27   | Identified the +11 spear of Sulphur {freeze, *Rage *Noise
                  | rPois rN+++}
571456 | Zig:1    | Entered Level 1 of a ziggurat
571498 | Zig:2    | Entered Level 2 of a ziggurat
571545 | Zig:3    | Entered Level 3 of a ziggurat
571545 | Zig:3    | Noticed a juggernaut
571545 | Zig:3    | Noticed a juggernaut
571545 | Zig:3    | Noticed a juggernaut
571545 | Zig:3    | Noticed a juggernaut
571545 | Zig:3    | Noticed a juggernaut
571545 | Zig:3    | Noticed a juggernaut
571546 | Zig:3    | Killed a juggernaut
571546 | Zig:3    | Killed a juggernaut
571546 | Zig:3    | Killed a juggernaut
571546 | Zig:3    | Killed a juggernaut
571547 | Zig:3    | Killed a juggernaut
571547 | Zig:3    | Killed a juggernaut
571659 | Zig:4    | Entered Level 4 of a ziggurat
571659 | Zig:4    | Noticed a royal mummy
571659 | Zig:4    | Noticed a royal mummy
571659 | Zig:4    | Noticed a dread lich
571659 | Zig:4    | Noticed a royal mummy
571661 | Zig:4    | Killed a royal mummy
571661 | Zig:4    | Killed a royal mummy
571661 | Zig:4    | Killed a dread lich
571661 | Zig:4    | Killed a royal mummy
571816 | Zig:5    | Entered Level 5 of a ziggurat
571911 | Zig:5    | Identified the +5 flail of the Original Sin {freeze, Str+4
                  | Int+4}
571917 | Zig:6    | Entered Level 6 of a ziggurat
571917 | Zig:6    | Noticed WeeknightWizard's ghost (veteran DEFE)
571917 | Zig:6    | Noticed Marixus's ghost (legendary DDFi)
571917 | Zig:6    | Noticed Amikeex's ghost (adept TrMo)
571917 | Zig:6    | Noticed Xaowkis's ghost (legendary GnWr)
571920 | Zig:6    | Noticed Himmaryad's ghost (adept TrMo)
571921 | Zig:6    | Noticed Ucrups's ghost (legendary MiFi)
571922 | Zig:6    | Noticed Viocziel's ghost (adept TrMo)
571925 | Zig:6    | Killed Amikeex's ghost
571925 | Zig:6    | Killed WeeknightWizard's ghost
571925 | Zig:6    | Noticed sleeves's ghost (legendary HuEE)
571926 | Zig:6    | Killed Himmaryad's ghost
571927 | Zig:6    | Killed Viocziel's ghost
571928 | Zig:6    | Killed Xaowkis's ghost
571931 | Zig:6    | Killed sleeves's ghost
571933 | Zig:6    | Killed Marixus's ghost
571933 | Zig:6    | Killed Ucrups's ghost
572091 | Zig:7    | Entered Level 7 of a ziggurat
572300 | Zig:8    | Entered Level 8 of a ziggurat
572495 | Zig:8    | Identified the +0 robe of a Million Princes {Rampage Int+4}
572571 | Zig:8    | Identified the +6 plate armour "Wuohuiha" {rC+ Will+ Str-5
                  | Dex+2}
572573 | Zig:8    | Identified the amulet of Heresy {rF+ Regen+ Dex+5}
572575 | Zig:8    | Identified the +9 trident "Egogei" {drain, Dex+3}
572580 | Zig:9    | Entered Level 9 of a ziggurat
572587 | Zig:9    | Noticed a dread lich
572589 | Zig:9    | Noticed a dread lich
572589 | Zig:9    | Noticed an ancient lich
572590 | Zig:9    | Noticed an ancient lich
572592 | Zig:9    | Noticed an ancient lich
572592 | Zig:9    | Killed an ancient lich
572592 | Zig:9    | Killed an ancient lich
572592 | Zig:9    | Killed a dread lich
572592 | Zig:9    | Killed a dread lich
572593 | Zig:9    | Killed an ancient lich
572616 | Zig:9    | Identified the +1 great sword of Diheb {freeze, Fly rPois
                  | rC- Dex+7}
572765 | Zig:10   | Entered Level 10 of a ziggurat
572765 | Zig:10   | Noticed a juggernaut
572766 | Zig:10   | Noticed a juggernaut
572768 | Zig:10   | Noticed a juggernaut
572769 | Zig:10   | Noticed a juggernaut
572771 | Zig:10   | Noticed a juggernaut
572772 | Zig:10   | Noticed a juggernaut
572772 | Zig:10   | Noticed a juggernaut
572773 | Zig:10   | Noticed a juggernaut
572773 | Zig:10   | Noticed a juggernaut
572773 | Zig:10   | Killed a juggernaut
572773 | Zig:10   | Killed a juggernaut
572773 | Zig:10   | Killed a juggernaut
572773 | Zig:10   | Killed a juggernaut
572773 | Zig:10   | Killed a juggernaut
572773 | Zig:10   | Killed a juggernaut
572773 | Zig:10   | Killed a juggernaut
572773 | Zig:10   | Noticed a juggernaut
572774 | Zig:10   | Noticed a juggernaut
572776 | Zig:10   | Noticed a juggernaut
572780 | Zig:10   | Killed a juggernaut
572781 | Zig:10   | Killed a juggernaut
572781 | Zig:10   | Killed a juggernaut
572782 | Zig:10   | Killed a juggernaut
572783 | Zig:10   | Killed a juggernaut
573036 | Zig:10   | Identified the +0 pair of boots of Ziezirin {rPois}
573078 | Zig:10   | Identified the +8 arbalest "Lomy" {flame, rCorr}
573107 | Zig:10   | Identified the +2 pair of boots "Zuihiw" {*Corrode rN+
                  | Str-3 Int+9}
573153 | Zig:11   | Entered Level 11 of a ziggurat
573445 | Zig:11   | Identified the +5 morningstar "Vostrey" {vorpal, rPois rF+
                  | Dex+4}
573482 | Zig:12   | Entered Level 12 of a ziggurat
573482 | Zig:12   | Noticed a juggernaut
573482 | Zig:12   | Noticed a juggernaut
573483 | Zig:12   | Noticed a juggernaut
573484 | Zig:12   | Noticed a juggernaut
573486 | Zig:12   | Noticed a juggernaut
573486 | Zig:12   | Noticed a juggernaut
573488 | Zig:12   | Noticed a juggernaut
573488 | Zig:12   | Killed a juggernaut
573488 | Zig:12   | Killed a juggernaut
573488 | Zig:12   | Killed a juggernaut
573490 | Zig:12   | Noticed a juggernaut
573490 | Zig:12   | Noticed a juggernaut
573493 | Zig:12   | Noticed a juggernaut
573494 | Zig:12   | Noticed a juggernaut
573494 | Zig:12   | Noticed a juggernaut
573494 | Zig:12   | Killed a juggernaut
573495 | Zig:12   | Killed a juggernaut
573495 | Zig:12   | Killed a juggernaut
573495 | Zig:12   | Killed a juggernaut
573496 | Zig:12   | Noticed a juggernaut
573496 | Zig:12   | Killed a juggernaut
573501 | Zig:12   | Killed a juggernaut
573502 | Zig:12   | Killed a juggernaut
573504 | Zig:12   | Killed a juggernaut
573507 | Zig:12   | Killed a juggernaut
573525 | Zig:12   | Killed a juggernaut
574021 | Zig:12   | Identified the +9 arbalest "Rayso" {penet, rElec rPois
                  | rCorr Int+6}
574052 | Zig:13   | Entered Level 13 of a ziggurat
574052 | Zig:13   | Noticed a dread lich
574053 | Zig:13   | Killed a dread lich
574136 | Zig:13   | Noticed a dread lich
574140 | Zig:13   | Killed a dread lich
574221 | Zig:13   | Identified the +3 mace of the Vestibule of Hell {vorpal,
                  | rPois rC+ Int+3}
574431 | Zig:14   | Entered Level 14 of a ziggurat
574730 | Zig:14   | Identified the +0 kite shield of the Shrike {Int+4}
574942 | Zig:15   | Entered Level 15 of a ziggurat
575042 | Zig:15   | Identified the +3 quarterstaff "Taedipri" {chaos, rF- rCorr
                  | Str+4}
575137 | Zig:15   | Identified the +1 plate armour of Naforgh {Int+3 Dex+3}
575381 | Zig:15   | Identified the +0 flail "Zeoh" {vorpal, Will++ Int+4}
575384 | Zig:15   | Identified the +7 fustibalus "Edicotul" {flame, Dex+2}
575391 | Zig:15   | Identified the +5 hand crossbow "Uriqiny" {flame, +Blink
                  | Fly Str-4 Dex-3}
575474 | Zig:16   | Entered Level 16 of a ziggurat
575474 | Zig:16   | Noticed a dread lich
575493 | Zig:16   | Killed a dread lich
575519 | Zig:16   | Identified the amulet "Oczeliow" {Faith Will+ Int+3}
575871 | Zig:16   | Identified the amulet of the Median {Acrobat Rampage rC+}
575916 | Zig:16   | Identified the +1 eveningstar of Gravity {vorpal, MP+9}
575933 | Zig:16   | Identified the +10 flail of the Gnashing Gods {speed, rF+}
576012 | Zig:17   | Entered Level 17 of a ziggurat
576017 | Zig:17   | Noticed a juggernaut
576018 | Zig:17   | Noticed a juggernaut
576019 | Zig:17   | Noticed a juggernaut
576022 | Zig:17   | Noticed a juggernaut
576022 | Zig:17   | Noticed a juggernaut
576023 | Zig:17   | Noticed a juggernaut
576023 | Zig:17   | Noticed a juggernaut
576023 | Zig:17   | Noticed a juggernaut
576023 | Zig:17   | Noticed a juggernaut
576023 | Zig:17   | Noticed a juggernaut
576024 | Zig:17   | Noticed a juggernaut
576024 | Zig:17   | Noticed a juggernaut
576024 | Zig:17   | Noticed a juggernaut
576025 | Zig:17   | Noticed a juggernaut
576026 | Zig:17   | Noticed a juggernaut
576026 | Zig:17   | Noticed a juggernaut
576027 | Zig:17   | Noticed a juggernaut
576027 | Zig:17   | Killed a juggernaut
576028 | Zig:17   | Killed a juggernaut
576028 | Zig:17   | Killed a juggernaut
576028 | Zig:17   | Killed a juggernaut
576028 | Zig:17   | Killed a juggernaut
576028 | Zig:17   | Killed a juggernaut
576028 | Zig:17   | Killed a juggernaut
576028 | Zig:17   | Killed a juggernaut
576028 | Zig:17   | Killed a juggernaut
576028 | Zig:17   | Killed a juggernaut
576028 | Zig:17   | Killed a juggernaut
576029 | Zig:17   | Noticed a juggernaut
576030 | Zig:17   | Noticed a juggernaut
576030 | Zig:17   | Noticed a juggernaut
576031 | Zig:17   | Killed a juggernaut
576033 | Zig:17   | Killed a juggernaut
576035 | Zig:17   | Killed a juggernaut
576038 | Zig:17   | Killed a juggernaut
576038 | Zig:17   | Killed a juggernaut
576038 | Zig:17   | Killed a juggernaut
576038 | Zig:17   | Killed a juggernaut
576038 | Zig:17   | Killed a juggernaut
576041 | Zig:17   | Killed a juggernaut
576669 | Zig:18   | Entered Level 18 of a ziggurat
576681 | Zig:18   | Noticed an ancient lich
576681 | Zig:18   | Noticed an ancient lich
576681 | Zig:18   | Noticed a dread lich
576682 | Zig:18   | Noticed a dread lich
576683 | Zig:18   | Noticed a dread lich
576683 | Zig:18   | Noticed a dread lich
576684 | Zig:18   | Killed a dread lich
576684 | Zig:18   | Killed an ancient lich
576684 | Zig:18   | Killed a dread lich
576684 | Zig:18   | Killed an ancient lich
576685 | Zig:18   | Noticed an ancient lich
576685 | Zig:18   | Noticed a dread lich
576685 | Zig:18   | Noticed an ancient lich
576687 | Zig:18   | Noticed a dread lich
576687 | Zig:18   | Noticed a dread lich
576687 | Zig:18   | Noticed a dread lich
576687 | Zig:18   | Noticed an ancient lich
576687 | Zig:18   | Noticed an ancient lich
576687 | Zig:18   | Noticed a dread lich
576688 | Zig:18   | Noticed a dread lich
576688 | Zig:18   | Noticed a dread lich
576688 | Zig:18   | Noticed an ancient lich
576688 | Zig:18   | Noticed an ancient lich
576689 | Zig:18   | Noticed a dread lich
576689 | Zig:18   | Noticed an ancient lich
576690 | Zig:18   | Noticed a dread lich
576691 | Zig:18   | Noticed an ancient lich
576691 | Zig:18   | Noticed an ancient lich
576692 | Zig:18   | Killed an ancient lich
576692 | Zig:18   | Killed an ancient lich
576692 | Zig:18   | Killed a dread lich
576692 | Zig:18   | Killed an ancient lich
576692 | Zig:18   | Killed a dread lich
576692 | Zig:18   | Killed an ancient lich
576692 | Zig:18   | Killed a dread lich
576692 | Zig:18   | Killed a dread lich
576692 | Zig:18   | Killed an ancient lich
576692 | Zig:18   | Killed an ancient lich
576692 | Zig:18   | Killed a dread lich
576692 | Zig:18   | Killed an ancient lich
576692 | Zig:18   | Killed a dread lich
576693 | Zig:18   | Killed a dread lich
576694 | Zig:18   | Killed a dread lich
576694 | Zig:18   | Killed an ancient lich
576694 | Zig:18   | Killed an ancient lich
576694 | Zig:18   | Killed a dread lich
576694 | Zig:18   | Killed a dread lich
576695 | Zig:18   | Killed a dread lich
577050 | Zig:18   | Identified the +3 spear "Vacaoveuch" {freeze, *Rage Int+4
                  | SInv}
577100 | Zig:18   | Identified the amulet of Olax {Reflect rElec Dex+7 Slay-3
                  | SH+5 Stlth+}
577124 | Zig:18   | Identified the +2 robe of the Barber Surgeon {Will+ Stlth+}
577263 | Zig:19   | Entered Level 19 of a ziggurat
577269 | Zig:19   | Noticed Obaife the pandemonium lord
577269 | Zig:19   | Noticed Wuxiulem the pandemonium lord
577270 | Zig:19   | Noticed Wosi Own the pandemonium lord
577271 | Zig:19   | Noticed Dunkidya the pandemonium lord
577271 | Zig:19   | Noticed Keasir the pandemonium lord
577271 | Zig:19   | Noticed Wudixat the pandemonium lord
577271 | Zig:19   | Noticed Boxzoc the pandemonium lord
577272 | Zig:19   | Noticed Qisiel the pandemonium lord
577273 | Zig:19   | Noticed Ypsiuf the pandemonium lord
577273 | Zig:19   | Noticed Qiacusch the pandemonium lord
577273 | Zig:19   | Noticed Reiw the pandemonium lord
577274 | Zig:19   | Noticed Xacux the pandemonium lord
577274 | Zig:19   | Noticed Etwemp the pandemonium lord
577274 | Zig:19   | Noticed Pilat the pandemonium lord
577274 | Zig:19   | Noticed Poecher the pandemonium lord
577274 | Zig:19   | Noticed Oluffof the pandemonium lord
577274 | Zig:19   | Noticed Xepn the pandemonium lord
577275 | Zig:19   | Noticed Umahibag the pandemonium lord
577275 | Zig:19   | Noticed Zaawkuf the pandemonium lord
577275 | Zig:19   | Noticed Xazidghimpu the pandemonium lord
577275 | Zig:19   | Noticed Maotux the pandemonium lord
577275 | Zig:19   | Noticed Yliwary the pandemonium lord
577275 | Zig:19   | Noticed Cuca the pandemonium lord
577275 | Zig:19   | Noticed Jinifod the pandemonium lord
577276 | Zig:19   | Killed Qisiel the pandemonium lord
577276 | Zig:19   | Killed Pilat the pandemonium lord
577276 | Zig:19   | Killed Wosi Own the pandemonium lord
577276 | Zig:19   | Noticed Waamouq the pandemonium lord
577277 | Zig:19   | Noticed Abbet the pandemonium lord
577277 | Zig:19   | Killed Jinifod the pandemonium lord
577277 | Zig:19   | Killed Poecher the pandemonium lord
577277 | Zig:19   | Killed Dunkidya the pandemonium lord
577277 | Zig:19   | Killed Cuca the pandemonium lord
577277 | Zig:19   | Killed Ypsiuf the pandemonium lord
577277 | Zig:19   | Killed Keasir the pandemonium lord
577277 | Zig:19   | Killed Zaawkuf the pandemonium lord
577277 | Zig:19   | Killed Seomynud the pandemonium lord
577277 | Zig:19   | Noticed Gaaqigubb the pandemonium lord
577277 | Zig:19   | Noticed Alifag the pandemonium lord
577277 | Zig:19   | Noticed Ecostul the pandemonium lord
577278 | Zig:19   | Killed Yliwary the pandemonium lord
577278 | Zig:19   | Killed Wudixat the pandemonium lord
577279 | Zig:19   | Noticed Duothruc the pandemonium lord
577279 | Zig:19   | Noticed Vopu the pandemonium lord
577279 | Zig:19   | Killed Xacux the pandemonium lord
577280 | Zig:19   | Killed Waamouq the pandemonium lord
577280 | Zig:19   | Killed Boxzoc the pandemonium lord
577280 | Zig:19   | Killed Abbet the pandemonium lord
577280 | Zig:19   | Noticed Fuaggine the pandemonium lord
577281 | Zig:19   | Noticed Goxiucu the pandemonium lord
577281 | Zig:19   | Killed Maotux the pandemonium lord
577281 | Zig:19   | Noticed Tehi the pandemonium lord
577282 | Zig:19   | Killed Reiw the pandemonium lord
577282 | Zig:19   | Noticed Yfill the pandemonium lord
577282 | Zig:19   | Noticed Jyjusk the pandemonium lord
577284 | Zig:19   | Noticed Lyhef the pandemonium lord
577284 | Zig:19   | Noticed Sunoirgh the pandemonium lord
577284 | Zig:19   | Noticed Ummedees the pandemonium lord
577285 | Zig:19   | Noticed Jammutt the pandemonium lord
577286 | Zig:19   | Noticed Suginuepp the pandemonium lord
577288 | Zig:19   | Noticed Relizoops the pandemonium lord
577288 | Zig:19   | Noticed Lenan the pandemonium lord
577289 | Zig:19   | Killed Gaaqigubb the pandemonium lord
577289 | Zig:19   | Noticed Erunuro the pandemonium lord
577291 | Zig:19   | Killed Wuxiulem the pandemonium lord
577291 | Zig:19   | Killed Qiacusch the pandemonium lord
577291 | Zig:19   | Killed Fuaggine the pandemonium lord
577291 | Zig:19   | Killed Sunoirgh the pandemonium lord
577291 | Zig:19   | Killed Yfill the pandemonium lord
577292 | Zig:19   | Noticed Zuts the pandemonium lord
577292 | Zig:19   | Noticed Pisewura the pandemonium lord
577292 | Zig:19   | Noticed Zeecarch the pandemonium lord
577293 | Zig:19   | Killed Goxiucu the pandemonium lord
577293 | Zig:19   | Killed Jammutt the pandemonium lord
577294 | Zig:19   | Killed Umahibag the pandemonium lord
577294 | Zig:19   | Killed Obaife the pandemonium lord
577298 | Zig:19   | Killed Oluffof the pandemonium lord
577298 | Zig:19   | Killed Zuts the pandemonium lord
577300 | Zig:19   | Killed Relizoops the pandemonium lord
577303 | Zig:19   | Killed Lenan the pandemonium lord
577303 | Zig:19   | Killed Etwemp the pandemonium lord
577304 | Zig:19   | Killed Ecostul the pandemonium lord
577307 | Zig:19   | Noticed Patoerr the pandemonium lord
577307 | Zig:19   | Noticed Kaxoixt the pandemonium lord
577309 | Zig:19   | Noticed Tizor the pandemonium lord
577309 | Zig:19   | Killed Bukho the pandemonium lord
577309 | Zig:19   | Noticed Nizxa the pandemonium lord
577309 | Zig:19   | Killed Suginuepp the pandemonium lord
577310 | Zig:19   | Killed Ummedees the pandemonium lord
577310 | Zig:19   | Killed Tizor the pandemonium lord
577310 | Zig:19   | Killed Erunuro the pandemonium lord
577311 | Zig:19   | Killed Zeecarch the pandemonium lord
577311 | Zig:19   | Noticed Somij the pandemonium lord
577311 | Zig:19   | Killed Xepn the pandemonium lord
577312 | Zig:19   | Killed Tehi the pandemonium lord
577312 | Zig:19   | Noticed Geh Irph the pandemonium lord
577312 | Zig:19   | Killed Duothruc the pandemonium lord
577312 | Zig:19   | Killed Jyjusk the pandemonium lord
577313 | Zig:19   | Noticed Lengeol the pandemonium lord
577314 | Zig:19   | Noticed Buseseod the pandemonium lord
577315 | Zig:19   | Noticed Diahix the pandemonium lord
577315 | Zig:19   | Killed Kaxoixt the pandemonium lord
577315 | Zig:19   | Noticed Yhiot the pandemonium lord
577315 | Zig:19   | Killed Vopu the pandemonium lord
577316 | Zig:19   | Noticed Lyrchesed the pandemonium lord
577316 | Zig:19   | Noticed Jekhesed the pandemonium lord
577316 | Zig:19   | Noticed Qawisyg the pandemonium lord
577316 | Zig:19   | Noticed Jovamoen the pandemonium lord
577316 | Zig:19   | Noticed Batoux the pandemonium lord
577317 | Zig:19   | Killed Pisewura the pandemonium lord
577317 | Zig:19   | Killed Geh Irph the pandemonium lord
577317 | Zig:19   | Killed Batoux the pandemonium lord
577317 | Zig:19   | Killed Diahix the pandemonium lord
577317 | Zig:19   | Killed Qawisyg the pandemonium lord
577317 | Zig:19   | Killed Lyrchesed the pandemonium lord
577317 | Zig:19   | Killed Alifag the pandemonium lord
577319 | Zig:19   | Killed Somij the pandemonium lord
577319 | Zig:19   | Noticed Fokinix the pandemonium lord
577320 | Zig:19   | Noticed Beab the pandemonium lord
577320 | Zig:19   | Killed Xazidghimpu the pandemonium lord
577322 | Zig:19   | Killed Lengeol the pandemonium lord
577322 | Zig:19   | Killed Yhiot the pandemonium lord
577322 | Zig:19   | Killed Nizxa the pandemonium lord
577323 | Zig:19   | Killed Jovamoen the pandemonium lord
577323 | Zig:19   | Killed Jekhesed the pandemonium lord
577323 | Zig:19   | Noticed Favoukub the pandemonium lord
577324 | Zig:19   | Killed Buseseod the pandemonium lord
577324 | Zig:19   | Killed Patoerr the pandemonium lord
577325 | Zig:19   | Noticed Moreehuto the pandemonium lord
577326 | Zig:19   | Noticed Dastrili the pandemonium lord
577328 | Zig:19   | Killed Fokinix the pandemonium lord
577328 | Zig:19   | Killed Favoukub the pandemonium lord
577338 | Zig:19   | Killed Dastrili the pandemonium lord
577339 | Zig:19   | Killed Beab the pandemonium lord
577342 | Zig:19   | Killed Moreehuto the pandemonium lord
577342 | Zig:19   | Killed Lyhef the pandemonium lord
577379 | Zig:19   | Identified the ring "Liciukh" {AC+4 Str-2 Int+6 Stlth+}
577395 | Zig:19   | Identified the +3 trident "Jajak" {drain, Str+4 Stlth+}
577683 | Zig:19   | Identified the +4 hand crossbow of Valour {elec, rN+ Will+
                  | Str+4}
577745 | Zig:20   | Entered Level 20 of a ziggurat
577832 | Zig:20   | Identified the ring "Laohetz" {Drain Will+ Str+4 Int+6
                  | SInv}
577834 | Zig:20   | Identified the +8 dagger of Instant Death {pain, Str+5}
578046 | Zig:20   | Identified the +7 great sword of Koroarif {speed, +Blink
                  | rN+ Will-}
578049 | Zig:20   | Identified the +8 chain mail of Levity {Slay+4}
578052 | Zig:20   | Identified the +5 battleaxe of Divine Valiance {vorpal,
                  | SInv}
578118 | Zig:20   | Identified the ring of Pragmatism {rC++ Will+ AC+4 Str+4}
578130 | Zig:20   | Identified the ring of Qogeph Dong {rF- MP+9 Int+4 Dex+2}
578142 | Zig:21   | Entered Level 21 of a ziggurat
578199 | Zig:21   | Identified the ring of Vuaggusch {rN+ Will+ EV+4 Int-5}
578200 | Zig:21   | Identified the +5 arbalest of Theory {venom, *Corrode Will+
                  | Stlth+}
578264 | Zig:21   | Identified the ring "Geungakk" {rF+ rN+ SInv}
578266 | Zig:21   | Identified the +2 pair of gloves "Yklywk" {Str+3 Int+6
                  | Slay-6}
578280 | Zig:21   | Identified the amulet of Greed {Spirit Str+2 Slay+2}
578302 | Zig:21   | Identified the +3 mace "Ebricaog" {holy, rElec rCorr Int+8
                  | Dex-5}
578322 | Zig:21   | Identified the +7 mace of Gallantry {vorpal, rPois rF+
                  | Dex+2 Stlth+}
578351 | Zig:21   | Identified the ring "Dauw" {Fly rC+ rN+ SInv Stlth+}
578355 | Zig:21   | Identified the +2 morningstar "Eseitwuh" {spect, rC- Will+
                  | Str+2 Int+4}
578770 | Zig:22   | Entered Level 22 of a ziggurat
578778 | Zig:22   | Noticed an orb of fire
578779 | Zig:22   | Noticed an orb of fire
578779 | Zig:22   | Noticed an orb of fire
578782 | Zig:22   | Noticed an orb of fire
578783 | Zig:22   | Killed an orb of fire
578783 | Zig:22   | Noticed an orb of fire
578786 | Zig:22   | Killed an orb of fire
578787 | Zig:22   | Killed an orb of fire
578787 | Zig:22   | Killed an orb of fire
578787 | Zig:22   | Noticed an orb of fire
578788 | Zig:22   | Noticed an orb of fire
578788 | Zig:22   | Noticed an orb of fire
578788 | Zig:22   | Noticed an orb of fire
578789 | Zig:22   | Killed an orb of fire
578789 | Zig:22   | Noticed an orb of fire
578790 | Zig:22   | Noticed an orb of fire
578790 | Zig:22   | Noticed an orb of fire
578792 | Zig:22   | Noticed an orb of fire
578792 | Zig:22   | Noticed an orb of fire
578793 | Zig:22   | Killed an orb of fire
578793 | Zig:22   | Killed an orb of fire
578794 | Zig:22   | Killed an orb of fire
578794 | Zig:22   | Killed an orb of fire
578794 | Zig:22   | Noticed an orb of fire
578795 | Zig:22   | Killed an orb of fire
578795 | Zig:22   | Killed an orb of fire
578795 | Zig:22   | Killed an orb of fire
578795 | Zig:22   | Killed an orb of fire
578795 | Zig:22   | Noticed an orb of fire
578796 | Zig:22   | Noticed an orb of fire
578796 | Zig:22   | Noticed an orb of fire
578797 | Zig:22   | Killed an orb of fire
578798 | Zig:22   | Killed an orb of fire
578798 | Zig:22   | Noticed an orb of fire
578798 | Zig:22   | Noticed an orb of fire
578798 | Zig:22   | Noticed an orb of fire
578799 | Zig:22   | Killed an orb of fire
578799 | Zig:22   | Noticed an orb of fire
578799 | Zig:22   | Noticed an orb of fire
578800 | Zig:22   | Killed an orb of fire
578800 | Zig:22   | Noticed an orb of fire
578801 | Zig:22   | Killed an orb of fire
578801 | Zig:22   | Noticed an orb of fire
578801 | Zig:22   | Noticed an orb of fire
578802 | Zig:22   | Killed an orb of fire
578802 | Zig:22   | Killed an orb of fire
578802 | Zig:22   | Noticed an orb of fire
578802 | Zig:22   | Noticed an orb of fire
578803 | Zig:22   | Killed an orb of fire
578803 | Zig:22   | Killed an orb of fire
578803 | Zig:22   | Killed an orb of fire
578803 | Zig:22   | Killed an orb of fire
578803 | Zig:22   | Noticed an orb of fire
578803 | Zig:22   | Noticed an orb of fire
578803 | Zig:22   | Noticed an orb of fire
578804 | Zig:22   | Killed an orb of fire
578805 | Zig:22   | Killed an orb of fire
578805 | Zig:22   | Killed an orb of fire
578805 | Zig:22   | Killed an orb of fire
578805 | Zig:22   | Noticed an orb of fire
578806 | Zig:22   | Killed an orb of fire
578806 | Zig:22   | Noticed an orb of fire
578806 | Zig:22   | Noticed an orb of fire
578807 | Zig:22   | Noticed an orb of fire
578807 | Zig:22   | Noticed an orb of fire
578809 | Zig:22   | Killed an orb of fire
578809 | Zig:22   | Killed an orb of fire
578809 | Zig:22   | Noticed an orb of fire
578810 | Zig:22   | Killed an orb of fire
578810 | Zig:22   | Killed an orb of fire
578810 | Zig:22   | Noticed an orb of fire
578810 | Zig:22   | Noticed an orb of fire
578810 | Zig:22   | Noticed an orb of fire
578810 | Zig:22   | Noticed an orb of fire
578811 | Zig:22   | Killed an orb of fire
578811 | Zig:22   | Killed an orb of fire
578811 | Zig:22   | Noticed an orb of fire
578812 | Zig:22   | Killed an orb of fire
578812 | Zig:22   | Killed an orb of fire
578812 | Zig:22   | Noticed an orb of fire
578813 | Zig:22   | Killed an orb of fire
578813 | Zig:22   | Noticed an orb of fire
578813 | Zig:22   | Noticed an orb of fire
578813 | Zig:22   | Noticed an orb of fire
578813 | Zig:22   | Noticed an orb of fire
578814 | Zig:22   | Killed an orb of fire
578814 | Zig:22   | Killed an orb of fire
578814 | Zig:22   | Killed an orb of fire
578814 | Zig:22   | Noticed an orb of fire
578815 | Zig:22   | Killed an orb of fire
578815 | Zig:22   | Killed an orb of fire
578816 | Zig:22   | Noticed an orb of fire
578817 | Zig:22   | Killed an orb of fire
578817 | Zig:22   | Killed an orb of fire
578817 | Zig:22   | Killed an orb of fire
578817 | Zig:22   | Noticed an orb of fire
578818 | Zig:22   | Killed an orb of fire
578818 | Zig:22   | Noticed an orb of fire
578818 | Zig:22   | Noticed an orb of fire
578819 | Zig:22   | Killed an orb of fire
578819 | Zig:22   | Noticed an orb of fire
578820 | Zig:22   | Noticed an orb of fire
578821 | Zig:22   | Killed an orb of fire
578821 | Zig:22   | Noticed an orb of fire
578822 | Zig:22   | Noticed an orb of fire
578823 | Zig:22   | Killed an orb of fire
578823 | Zig:22   | Killed an orb of fire
578823 | Zig:22   | Noticed an orb of fire
578824 | Zig:22   | Killed an orb of fire
578824 | Zig:22   | Killed an orb of fire
578824 | Zig:22   | Killed an orb of fire
578824 | Zig:22   | Killed an orb of fire
578824 | Zig:22   | Noticed an orb of fire
578824 | Zig:22   | Noticed an orb of fire
578824 | Zig:22   | Noticed an orb of fire
578825 | Zig:22   | Killed an orb of fire
578825 | Zig:22   | Noticed an orb of fire
578825 | Zig:22   | Noticed an orb of fire
578826 | Zig:22   | Killed an orb of fire
578827 | Zig:22   | Killed an orb of fire
578827 | Zig:22   | Noticed an orb of fire
578827 | Zig:22   | Noticed an orb of fire
578828 | Zig:22   | Killed an orb of fire
578828 | Zig:22   | Killed an orb of fire
578828 | Zig:22   | Killed an orb of fire
578829 | Zig:22   | Killed an orb of fire
578830 | Zig:22   | Noticed an orb of fire
578830 | Zig:22   | Killed an orb of fire
578832 | Zig:22   | Killed an orb of fire
578832 | Zig:22   | Killed an orb of fire
578833 | Zig:22   | Noticed an orb of fire
578835 | Zig:22   | Killed an orb of fire
578836 | Zig:22   | Noticed an orb of fire
578841 | Zig:22   | Killed an orb of fire
578939 | Zig:22   | Identified the +4 scale mail "Qihoek" {-Tele rF+++ rCorr
                  | Int-5}
579250 | Zig:22   | Identified the +5 falchion "Kifat" {vorpal, Str+3 Stlth+}
579253 | Zig:22   | Identified the +3 flail of Internal Strife {spect, rC+}
579255 | Zig:22   | Identified the +5 spear "Kugifro" {pain, rF- Str+4 Dex+5}
579265 | Zig:23   | Entered Level 23 of a ziggurat
579568 | Zig:23   | Identified the +0 plate armour of Honesty {rC+}
579581 | Zig:23   | Identified the +0 ring mail of Evaedwots {Contam +Inv Int+8
                  | SInv}
580146 | Zig:23   | Identified the +9 executioner's axe of Incongruity {freeze,
                  | Will+}
580186 | Zig:23   | Identified the +4 ring mail of Indemnity {rElec rC+}
580243 | Zig:23   | Identified the +3 flail of Disintegration {flame, *Noise
                  | +Blink rPois SInv}
580252 | Zig:24   | Entered Level 24 of a ziggurat
580287 | Zig:24   | Identified the +6 war axe "Ahuc" {drain, rPois rN+ Dex+4}
580746 | Zig:24   | Identified the +4 great sword of Checkmate {venom, rElec
                  | Will- Str+4 Stlth+}
580813 | Zig:24   | Identified the ring "Luilit" {rC+ SInv}
580853 | Zig:24   | Identified the +2 robe "Jaal" {rF+ rN+ rCorr}
580857 | Zig:24   | Identified the +6 shortbow "Elipamm" {freeze, rElec rPois
                  | rF-}
581045 | Zig:25   | Entered Level 25 of a ziggurat
581076 | Zig:25   | Noticed an ancient lich
581083 | Zig:25   | Killed an ancient lich
581095 | Zig:25   | Killed a starcursed mass
581171 | Zig:25   | Identified the +1 chain mail of the Elven Halls {-Tele Harm
                  | Str+4}
581179 | Zig:25   | Identified the +1 pair of boots of the Feral God {rCorr
                  | MP-9 Int+2}
581189 | Zig:25   | Identified the amulet "Garatoux" {RegenMP rC+ Str+4 Slay+3}
581193 | Zig:25   | Identified the +5 hand axe of Dutar {flame, *Slow rF+++
                  | Dex+7}
581823 | Zig:25   | Identified the amulet "Etocwa Usmue" {Acrobat Fragile rN+++
                  | MP+9 Str-4}
581830 | Zig:26   | Entered Level 26 of a ziggurat
582799 | Zig:26   | Identified the +0 war axe of the Wilderness {vorpal, Will+
                  | Dex+3}
582803 | Zig:26   | Identified the ring "Onump" {Ice Will+ Dex+4}
582805 | Zig:26   | Identified the +1 hunting sling "Siosur" {venom, Fly rElec}
582806 | Zig:26   | Identified the +7 war axe of Voluecvu {flame, Str+5 Dex+3}
582838 | Zig:27   | Entered Level 27 of a ziggurat
582937 | Zig:27   | Identified the +2 robe of Focus {*Slow rElec rPois Dex-5}
583041 | Zig:27   | Identified the +9 trident of Equilibrium {drain, rCorr
                  | Dex+3}
583448 | Zig:27   | Identified the +9 rapier of the Healing Gods {vorpal,
                  | Dex+3}
583449 | Zig:27   | Identified the +1 long sword of Jeisead {holy, rN+ Str+8
                  | Dex-2}
583457 | Zig:27   | Identified the ring of the Sheltering Enemy {rF+ Will+
                  | MP+9}
583554 | Zig:27   | Identified the amulet of Coronation {Faith rF- rCorr Dex+6
                  | Slay+3}
583560 | Zig:27   | Identified the ring "Jauck" {MP+9 Str+3}
583607 | Hell     | Acquired 843 gold pieces
583608 | Hell     | Acquired 1235 gold pieces
583609 | Hell     | Acquired 871 gold pieces
583610 | Hell     | Acquired 745 gold pieces
583611 | Hell     | Acquired 1083 gold pieces
583612 | Hell     | Acquired 1063 gold pieces
583613 | Hell     | Acquired 633 gold pieces
583614 | Hell     | Acquired 1236 gold pieces
583660 | Hell     | Bought a smoking steel ring for 155 gold pieces
583660 | Hell     | Identified the ring of Xom's Recklessness {Fly rElec rPois
                  | MP-9 Int+5} (You bought it in a shop in the Vestibule of
                  | Hell)
583694 | Zig:1    | Entered Level 1 of a ziggurat
583749 | Zig:2    | Entered Level 2 of a ziggurat
583749 | Zig:2    | Noticed a juggernaut
583753 | Zig:2    | Killed a juggernaut
583856 | Zig:3    | Entered Level 3 of a ziggurat
583857 | Zig:3    | Noticed a juggernaut
583858 | Zig:3    | Killed a juggernaut
583858 | Zig:3    | Noticed a juggernaut
583864 | Zig:3    | Killed a juggernaut
583996 | Zig:4    | Entered Level 4 of a ziggurat
584008 | Zig:4    | Identified the ring "Zowel" {*Corrode Dex+6 Slay+5}
584012 | Zig:4    | Identified the +1 buckler of the Komodo Dragon {Harm rElec
                  | Int-2 Dex+3}
584144 | Zig:5    | Entered Level 5 of a ziggurat
584289 | Zig:6    | Entered Level 6 of a ziggurat
584433 | Zig:6    | Identified the ring of Coelaona {*Slow rPois Int+5 Slay+4}
584468 | Zig:6    | Identified the +0 helmet of the Black Moon {Stlth+}
584477 | Zig:7    | Entered Level 7 of a ziggurat
584518 | Zig:7    | Identified the +1 pair of gloves "Zout" {rElec rPois rN+
                  | Slay-4}
584540 | Zig:7    | Identified the ring of Makhleb's Approval {rElec Will+
                  | rCorr Str+4 Stlth+}
584763 | Zig:8    | Entered Level 8 of a ziggurat
585000 | Zig:9    | Entered Level 9 of a ziggurat
585147 | Zig:9    | Identified the +7 morningstar of Dim Light {flame, Int+3}
585256 | Zig:10   | Entered Level 10 of a ziggurat
585480 | Zig:10   | Identified the +1 triple crossbow of Ashenzari, Scorching
                  | {flame, rElec}
585556 | Zig:10   | Identified the +1 chain mail "Eclaf" {rElec rC+++ Will-
                  | Stlth-}
585568 | Zig:10   | Identified the +3 scale mail of Nydy {Regen+ Dex+4}
585579 | Zig:11   | Entered Level 11 of a ziggurat
585579 | Zig:11   | Noticed an ancient lich
585579 | Zig:11   | Noticed a dread lich
585582 | Zig:11   | Killed a dread lich
585582 | Zig:11   | Killed an ancient lich
585583 | Zig:11   | Noticed an ancient lich
585585 | Zig:11   | Noticed an ancient lich
585585 | Zig:11   | Noticed an ancient lich
585585 | Zig:11   | Noticed an ancient lich
585586 | Zig:11   | Noticed an ancient lich
585586 | Zig:11   | Noticed an ancient lich
585586 | Zig:11   | Noticed an ancient lich
585588 | Zig:11   | Noticed an ancient lich
585589 | Zig:11   | Noticed an ancient lich
585590 | Zig:11   | Killed an ancient lich
585590 | Zig:11   | Killed an ancient lich
585590 | Zig:11   | Noticed an ancient lich
585591 | Zig:11   | Killed an ancient lich
585591 | Zig:11   | Killed an ancient lich
585591 | Zig:11   | Killed an ancient lich
585591 | Zig:11   | Killed an ancient lich
585591 | Zig:11   | Killed an ancient lich
585591 | Zig:11   | Killed an ancient lich
585591 | Zig:11   | Killed an ancient lich
585596 | Zig:11   | Killed an ancient lich
585845 | Zig:11   | Identified the ring "Cysch" {rCorr Dex+2 Slay+3 Stlth+}
585848 | Zig:11   | Identified the ring of the Hart {rF- rC++ rCorr EV+4 Str+8}
585859 | Zig:12   | Entered Level 12 of a ziggurat
586148 | Zig:12   | Identified the amulet "Caucuovu" {Spirit Rampage}
586205 | Zig:12   | Identified the +0 ring mail of the Game of Life {rC+ rCorr
                  | Dex+2}
586223 | Zig:13   | Entered Level 13 of a ziggurat
586223 | Zig:13   | Noticed a juggernaut
586223 | Zig:13   | Noticed a juggernaut
586223 | Zig:13   | Noticed a juggernaut
586223 | Zig:13   | Noticed a juggernaut
586223 | Zig:13   | Noticed a juggernaut
586223 | Zig:13   | Noticed a juggernaut
586225 | Zig:13   | Killed a juggernaut
586225 | Zig:13   | Killed a juggernaut
586225 | Zig:13   | Killed a juggernaut
586225 | Zig:13   | Killed a juggernaut
586225 | Zig:13   | Killed a juggernaut
586225 | Zig:13   | Killed a juggernaut
586226 | Zig:13   | Noticed a juggernaut
586227 | Zig:13   | Noticed a juggernaut
586228 | Zig:13   | Noticed a juggernaut
586228 | Zig:13   | Noticed a juggernaut
586229 | Zig:13   | Noticed a juggernaut
586229 | Zig:13   | Noticed a juggernaut
586230 | Zig:13   | Noticed a juggernaut
586231 | Zig:13   | Found the ring of the Octopus King
586233 | Zig:13   | Noticed a juggernaut
586235 | Zig:13   | Killed a juggernaut
586235 | Zig:13   | Killed a juggernaut
586235 | Zig:13   | Killed a juggernaut
586235 | Zig:13   | Killed a juggernaut
586235 | Zig:13   | Killed a juggernaut
586239 | Zig:13   | Killed a juggernaut
586239 | Zig:13   | Killed a juggernaut
586240 | Zig:13   | Killed a juggernaut
586321 | Zig:13   | Identified the +6 flail "Gotim" {freeze, rF- rC+ Str+8
                  | Int+2}
586323 | Zig:13   | Identified the ring "Ezuamak" {Fire rPois MP-9 Int+3}
586329 | Zig:13   | Identified the +9 dagger "Rotreics" {elec, rPois rN+ Will-
                  | SInv}
586341 | Zig:13   | Identified the +7 flail "Nyg Eshro" {vorpal, *Slow rPois
                  | Dex+6}
586343 | Zig:13   | Identified the +6 chain mail "Gulogoh" {+Inv}
586353 | Zig:13   | Identified the +12 broad axe of Innocence {flame, rPois rF-
                  | rN++}
586659 | Zig:13   | Identified a ring of the Octopus King {rN+ AC+1 EV+1 Str+1
                  | Int+1 Dex+1}
586677 | Zig:14   | Entered Level 14 of a ziggurat
586968 | Zig:15   | Entered Level 15 of a ziggurat
586968 | Zig:15   | Noticed an ancient lich
586968 | Zig:15   | Noticed a dread lich
586968 | Zig:15   | Noticed a dread lich
586968 | Zig:15   | Noticed a dread lich
586968 | Zig:15   | Noticed an ancient lich
586971 | Zig:15   | Noticed an ancient lich
586973 | Zig:15   | Killed an ancient lich
586973 | Zig:15   | Killed an ancient lich
586973 | Zig:15   | Killed a dread lich
586973 | Zig:15   | Killed a dread lich
586973 | Zig:15   | Noticed an ancient lich
586975 | Zig:15   | Killed a dread lich
586976 | Zig:15   | Noticed a dread lich
586976 | Zig:15   | Noticed an ancient lich
586976 | Zig:15   | Noticed an ancient lich
586977 | Zig:15   | Noticed an ancient lich
586977 | Zig:15   | Noticed an ancient lich
586977 | Zig:15   | Noticed an ancient lich
586977 | Zig:15   | Killed an ancient lich
586978 | Zig:15   | Noticed a dread lich
586978 | Zig:15   | Noticed an ancient lich
586978 | Zig:15   | Noticed a dread lich
586979 | Zig:15   | Noticed a dread lich
586980 | Zig:15   | Noticed an ancient lich
586980 | Zig:15   | Found the ring of the Octopus King
586980 | Zig:15   | Killed an ancient lich
586981 | Zig:15   | Noticed an ancient lich
586982 | Zig:15   | Killed an ancient lich
586982 | Zig:15   | Killed a dread lich
586982 | Zig:15   | Killed a dread lich
586982 | Zig:15   | Killed an ancient lich
586982 | Zig:15   | Killed an ancient lich
586982 | Zig:15   | Killed an ancient lich
586982 | Zig:15   | Killed a dread lich
586982 | Zig:15   | Killed an ancient lich
586984 | Zig:15   | Killed an ancient lich
586985 | Zig:15   | Noticed a dread lich
586985 | Zig:15   | Killed an ancient lich
586986 | Zig:15   | Killed a dread lich
586989 | Zig:15   | Killed a dread lich
586989 | Zig:15   | Killed an ancient lich
586998 | Zig:15   | Identified the +6 whip "Haysam" {speed, rElec rF+ SInv}
587019 | Zig:15   | Identified a ring of the Octopus King {MP+9 AC+1 EV+1 Str+1
                  | Int+1 Dex+1}
587065 | Zig:15   | Identified the amulet "Wymics" {rPois rF++ Regen+}
587069 | Zig:15   | Identified the +6 hunting sling of Balance {freeze, Fragile
                  | rCorr Str+4 Int+2}
587079 | Zig:15   | Identified the +1 buckler "Kagonuv" {Regen+ Int+3}
587083 | Zig:15   | Identified the +9 scimitar of Putrescence {venom, rElec
                  | Stlth+}
587085 | Zig:15   | Identified the +5 war axe of Charity {pain, Fragile rElec
                  | rN++ Int+4}
587102 | Zig:15   | Identified the +9 great mace of the New World {pain, rPois
                  | rF- Dex+5}
587121 | Zig:15   | Identified the ring "Peggat" {rF+ rC+}
587374 | Zig:15   | Identified the amulet "Guujorof" {Acrobat rPois rC+ Int-2}
587401 | Zig:16   | Entered Level 16 of a ziggurat
587671 | Zig:16   | Identified the +8 long sword of Ucekyorch {flame, rCorr
                  | Dex+3}
587703 | Zig:16   | Identified the +3 scale mail "Ipriqool" {rElec rN+++ rCorr
                  | Dex-2}
587707 | Zig:16   | Identified the amulet of Plog {RegenMP rF++ Str+2 Int-2
                  | Dex-2}
587793 | Zig:16   | Identified the +5 rapier "Ocrann" {venom, Int+4}
587861 | Zig:16   | Identified the +7 scimitar "Eviscerator" {drain, *Slow
                  | Int+10 Stlth+}
587868 | Zig:17   | Entered Level 17 of a ziggurat
587876 | Zig:17   | Noticed a dread lich
587880 | Zig:17   | Killed a dread lich
587935 | Zig:17   | Identified the +6 spear of Integrity {venom, rPois Will-
                  | Dex+3 Stlth+}
587942 | Zig:17   | Identified the +2 falchion of the Madman {vorpal, *Slow
                  | rF+++ rCorr SInv}
588269 | Zig:17   | Identified the ring of Pebren {Fly rF+}
588276 | Zig:18   | Entered Level 18 of a ziggurat
588485 | Zig:18   | Identified the ring "Zufyjus" {Contam rC+ Int+5 Slay+3}
588556 | Zig:18   | Identified the ring "Yzagg" {rC++ MP+9}
588567 | Zig:19   | Entered Level 19 of a ziggurat
588567 | Zig:19   | Noticed an ancient lich
588567 | Zig:19   | Noticed an ancient lich
588568 | Zig:19   | Killed an ancient lich
588569 | Zig:19   | Killed an ancient lich
588574 | Zig:19   | Noticed an ancient lich
588575 | Zig:19   | Killed an ancient lich
588591 | Zig:19   | Noticed a dread lich
588593 | Zig:19   | Killed a dread lich
588957 | Zig:19   | Identified the +6 lajatang of Exquisite Torment {vorpal,
                  | *Noise Str+4}
588985 | Zig:19   | Identified the +6 whip of the Doomed Warrior {elec, *Slow
                  | Will+ Int+4}
588995 | Zig:19   | Identified the ring "Lifoso" {rElec rC+ Str+6 SInv}
588996 | Zig:19   | Identified the ring of Hes Lyuf {+Blink Dex+2 Slay+4}
589022 | Zig:19   | Identified the +11 demon whip "Rirusk" {elec, Stlth+}
589024 | Zig:19   | Identified the amulet "Bipsoud" {Spirit Int+3}
589039 | Zig:20   | Entered Level 20 of a ziggurat
589087 | Zig:20   | Identified the ring of Viabradu {rN+ Will+ rCorr Slay-2}
589090 | Zig:20   | Identified the amulet "Xoir" {Acrobat rElec rC++ MP+9
                  | Str-4}
589560 | Zig:20   | Identified the +1 bardiche of the Sky {speed, rPois Dex+4}
589586 | Zig:20   | Identified the +1 buckler of the Sun {rF+ Dex+3}
589590 | Zig:20   | Identified the amulet "Tokuodoph" {Faith Fragile rF++ Int+4
                  | Slay+2}
589635 | Zig:20   | Identified the +0 helmet of the Game of Kings {Rampage Fly
                  | Regen+ Int-5}
589643 | Zig:20   | Identified the +3 short sword of Hacyuthre {speed, rC+ MP+9
                  | Dex+2}
589689 | Zig:21   | Entered Level 21 of a ziggurat
589690 | Zig:21   | Noticed Yroemm the pandemonium lord
589690 | Zig:21   | Noticed Ocsek the pandemonium lord
589690 | Zig:21   | Noticed Suvesmos the pandemonium lord
589690 | Zig:21   | Noticed Cioch the pandemonium lord
589690 | Zig:21   | Noticed Gicabba the pandemonium lord
589690 | Zig:21   | Noticed Gegasch the pandemonium lord
589690 | Zig:21   | Noticed Meomile the pandemonium lord
589691 | Zig:21   | Noticed Diyd the pandemonium lord
589691 | Zig:21   | Noticed Feckeaniaw the pandemonium lord
589691 | Zig:21   | Noticed Cafudgh the pandemonium lord
589691 | Zig:21   | Noticed Xoelymm the pandemonium lord
589691 | Zig:21   | Noticed Xoump the pandemonium lord
589692 | Zig:21   | Noticed Ryfion the pandemonium lord
589692 | Zig:21   | Noticed Olout the pandemonium lord
589693 | Zig:21   | Killed Cafudgh the pandemonium lord
589693 | Zig:21   | Killed Ocsek the pandemonium lord
589694 | Zig:21   | Killed Olout the pandemonium lord
589694 | Zig:21   | Killed Diyd the pandemonium lord
589694 | Zig:21   | Killed Gegasch the pandemonium lord
589694 | Zig:21   | Noticed Ifanotat the pandemonium lord
589694 | Zig:21   | Noticed Bitu the pandemonium lord
589694 | Zig:21   | Noticed Kinlakh the pandemonium lord
589695 | Zig:21   | Killed Bitu the pandemonium lord
589695 | Zig:21   | Killed Xoump the pandemonium lord
589697 | Zig:21   | Noticed Naakkate the pandemonium lord
589697 | Zig:21   | Noticed Zasa the pandemonium lord
589697 | Zig:21   | Noticed Gimoakk the pandemonium lord
589697 | Zig:21   | Noticed Rewisoo the pandemonium lord
589698 | Zig:21   | Noticed Vaegh the pandemonium lord
589698 | Zig:21   | Noticed Idutyz the pandemonium lord
589698 | Zig:21   | Noticed Mariemeo the pandemonium lord
589698 | Zig:21   | Killed Awnalat the pandemonium lord
589698 | Zig:21   | Killed Mariemeo the pandemonium lord
589698 | Zig:21   | Noticed Vuned the pandemonium lord
589698 | Zig:21   | Noticed Empikkih the pandemonium lord
589698 | Zig:21   | Noticed Kaufrom the pandemonium lord
589699 | Zig:21   | Noticed Navuon the pandemonium lord
589699 | Zig:21   | Noticed Josunuut the pandemonium lord
589699 | Zig:21   | Killed Idutyz the pandemonium lord
589699 | Zig:21   | Killed Ucisest the pandemonium lord
589699 | Zig:21   | Noticed Icwomumm the pandemonium lord
589699 | Zig:21   | Killed Ryfion the pandemonium lord
589699 | Zig:21   | Noticed Faymp the pandemonium lord
589700 | Zig:21   | Noticed Xelucwa the pandemonium lord
589700 | Zig:21   | Noticed Goepputt the pandemonium lord
589700 | Zig:21   | Noticed Qoikum the pandemonium lord
589700 | Zig:21   | Noticed Qintocecog the pandemonium lord
589700 | Zig:21   | Noticed Haepuadu the pandemonium lord
589700 | Zig:21   | Killed Meomile the pandemonium lord
589700 | Zig:21   | Noticed Joanafacs the pandemonium lord
589700 | Zig:21   | Noticed Hoishiq the pandemonium lord
589701 | Zig:21   | Killed Vaegh the pandemonium lord
589701 | Zig:21   | Killed Suvesmos the pandemonium lord
589701 | Zig:21   | Killed Haepuadu the pandemonium lord
589701 | Zig:21   | Killed Ifanotat the pandemonium lord
589701 | Zig:21   | Killed Xoelymm the pandemonium lord
589701 | Zig:21   | Killed Zasa the pandemonium lord
589701 | Zig:21   | Noticed Vergh the pandemonium lord
589702 | Zig:21   | Killed Yroemm the pandemonium lord
589702 | Zig:21   | Killed Gimoakk the pandemonium lord
589702 | Zig:21   | Killed Faymp the pandemonium lord
589702 | Zig:21   | Killed Navuon the pandemonium lord
589702 | Zig:21   | Killed Naakkate the pandemonium lord
589702 | Zig:21   | Killed Cioch the pandemonium lord
589702 | Zig:21   | Noticed Acebisk the pandemonium lord
589703 | Zig:21   | Killed Vuned the pandemonium lord
589703 | Zig:21   | Killed Gicabba the pandemonium lord
589703 | Zig:21   | Noticed Geutz the pandemonium lord
589704 | Zig:21   | Noticed Enukk the pandemonium lord
589704 | Zig:21   | Killed Enukk the pandemonium lord
589704 | Zig:21   | Killed Hoishiq the pandemonium lord
589704 | Zig:21   | Killed Icwomumm the pandemonium lord
589704 | Zig:21   | Killed Acebisk the pandemonium lord
589704 | Zig:21   | Killed Rewisoo the pandemonium lord
589704 | Zig:21   | Killed Usuigh the pandemonium lord
589704 | Zig:21   | Noticed Puah the pandemonium lord
589705 | Zig:21   | Killed Feckeaniaw the pandemonium lord
589705 | Zig:21   | Killed Kaufrom the pandemonium lord
589705 | Zig:21   | Noticed Gyny the pandemonium lord
589706 | Zig:21   | Noticed Cycvoe Varch the pandemonium lord
589706 | Zig:21   | Noticed Cuggakho the pandemonium lord
589706 | Zig:21   | Noticed Bainkod the pandemonium lord
589706 | Zig:21   | Noticed Vohikk Coez the pandemonium lord
589707 | Zig:21   | Noticed Wokecysut the pandemonium lord
589707 | Zig:21   | Noticed Faisomn the pandemonium lord
589707 | Zig:21   | Noticed Ybodeuba the pandemonium lord
589707 | Zig:21   | Noticed Xyaffeshre the pandemonium lord
589707 | Zig:21   | Noticed Zeurphiu the pandemonium lord
589708 | Zig:21   | Noticed Oden the pandemonium lord
589708 | Zig:21   | Noticed Zeehes the pandemonium lord
589711 | Zig:21   | Killed Goepputt the pandemonium lord
589711 | Zig:21   | Killed Kinlakh the pandemonium lord
589711 | Zig:21   | Killed Joanafacs the pandemonium lord
589712 | Zig:21   | Noticed Firicw the pandemonium lord
589713 | Zig:21   | Killed Qintocecog the pandemonium lord
589713 | Zig:21   | Killed Vohikk Coez the pandemonium lord
589713 | Zig:21   | Killed Geutz the pandemonium lord
589713 | Zig:21   | Killed Empikkih the pandemonium lord
589713 | Zig:21   | Killed Faisomn the pandemonium lord
589714 | Zig:21   | Noticed Wysunus the pandemonium lord
589714 | Zig:21   | Noticed Jaamn the pandemonium lord
589715 | Zig:21   | Noticed Gaiwn the pandemonium lord
589716 | Zig:21   | Noticed Cyemibb the pandemonium lord
589716 | Zig:21   | Noticed Siyjot the pandemonium lord
589716 | Zig:21   | Noticed Xounguipn the pandemonium lord
589719 | Zig:21   | Killed Qoikum the pandemonium lord
589719 | Zig:21   | Killed Wokecysut the pandemonium lord
589720 | Zig:21   | Noticed Haheics the pandemonium lord
589720 | Zig:21   | Killed Zeurphiu the pandemonium lord
589720 | Zig:21   | Killed Jaamn the pandemonium lord
589720 | Zig:21   | Killed Xelucwa the pandemonium lord
589720 | Zig:21   | Noticed Acvaekla the pandemonium lord
589721 | Zig:21   | Noticed Xijaruit the pandemonium lord
589721 | Zig:21   | Noticed Ivvezeyh the pandemonium lord
589721 | Zig:21   | Killed Siyjot the pandemonium lord
589721 | Zig:21   | Killed Cycvoe Varch the pandemonium lord
589721 | Zig:21   | Killed Gyny the pandemonium lord
589721 | Zig:21   | Killed Cuggakho the pandemonium lord
589721 | Zig:21   | Killed Gaiwn the pandemonium lord
589721 | Zig:21   | Killed Bainkod the pandemonium lord
589722 | Zig:21   | Killed Josunuut the pandemonium lord
589722 | Zig:21   | Killed Xounguipn the pandemonium lord
589722 | Zig:21   | Killed Oden the pandemonium lord
589722 | Zig:21   | Killed Wysunus the pandemonium lord
589722 | Zig:21   | Noticed Juugrulu the pandemonium lord
589722 | Zig:21   | Noticed Zeacynweo the pandemonium lord
589722 | Zig:21   | Noticed Xiwoel the pandemonium lord
589723 | Zig:21   | Killed Ivvezeyh the pandemonium lord
589723 | Zig:21   | Noticed Gopno the pandemonium lord
589727 | Zig:21   | Killed Xijaruit the pandemonium lord
589727 | Zig:21   | Killed Puah the pandemonium lord
589727 | Zig:21   | Killed Cyemibb the pandemonium lord
589729 | Zig:21   | Killed Haheics the pandemonium lord
589729 | Zig:21   | Killed Xyaffeshre the pandemonium lord
589729 | Zig:21   | Killed Vergh the pandemonium lord
589729 | Zig:21   | Noticed Paubev the pandemonium lord
589729 | Zig:21   | Noticed Jitok the pandemonium lord
589730 | Zig:21   | Noticed Yttiann the pandemonium lord
589731 | Zig:21   | Killed Zeacynweo the pandemonium lord
589731 | Zig:21   | Killed Paubev the pandemonium lord
589731 | Zig:21   | Killed Juugrulu the pandemonium lord
589731 | Zig:21   | Killed Jitok the pandemonium lord
589731 | Zig:21   | Noticed Koirhebi the pandemonium lord
589731 | Zig:21   | Noticed Gogh the pandemonium lord
589732 | Zig:21   | Killed Yttiann the pandemonium lord
589732 | Zig:21   | Killed Gopno the pandemonium lord
589732 | Zig:21   | Killed Firicw the pandemonium lord
589732 | Zig:21   | Noticed Vogodo the pandemonium lord
589732 | Zig:21   | Noticed Vuhann the pandemonium lord
589732 | Zig:21   | Noticed Vega the pandemonium lord
589733 | Zig:21   | Killed Ybodeuba the pandemonium lord
589733 | Zig:21   | Killed Vuhann the pandemonium lord
589733 | Zig:21   | Noticed Ahihusk the pandemonium lord
589734 | Zig:21   | Killed Xiwoel the pandemonium lord
589734 | Zig:21   | Killed Koirhebi the pandemonium lord
589734 | Zig:21   | Noticed Pankefyl the pandemonium lord
589735 | Zig:21   | Killed Vogodo the pandemonium lord
589735 | Zig:21   | Killed Ahihusk the pandemonium lord
589735 | Zig:21   | Noticed Sunanan the pandemonium lord
589735 | Zig:21   | Noticed Uriage the pandemonium lord
589735 | Zig:21   | Noticed Lafryguv the pandemonium lord
589737 | Zig:21   | Killed Vega the pandemonium lord
589737 | Zig:21   | Killed Uriage the pandemonium lord
589737 | Zig:21   | Noticed Epaun the pandemonium lord
589738 | Zig:21   | Killed Acvaekla the pandemonium lord
589738 | Zig:21   | Noticed Veuqol the pandemonium lord
589739 | Zig:21   | Noticed Vaogum the pandemonium lord
589739 | Zig:21   | Noticed Cabb the pandemonium lord
589740 | Zig:21   | Noticed Rethrodi the pandemonium lord
589741 | Zig:21   | Killed Zeehes the pandemonium lord
589741 | Zig:21   | Killed Lafryguv the pandemonium lord
589741 | Zig:21   | Killed Sunanan the pandemonium lord
589741 | Zig:21   | Killed Pankefyl the pandemonium lord
589741 | Zig:21   | Killed Cabb the pandemonium lord
589741 | Zig:21   | Noticed Losarew the pandemonium lord
589741 | Zig:21   | Noticed Istrorot the pandemonium lord
589741 | Zig:21   | Noticed Heskiff the pandemonium lord
589742 | Zig:21   | Killed Gogh the pandemonium lord
589742 | Zig:21   | Killed Vaogum the pandemonium lord
589743 | Zig:21   | Noticed Peepnoylia the pandemonium lord
589745 | Zig:21   | Killed Heskiff the pandemonium lord
589745 | Zig:21   | Killed Epaun the pandemonium lord
589745 | Zig:21   | Killed Losarew the pandemonium lord
589746 | Zig:21   | Killed Veuqol the pandemonium lord
589746 | Zig:21   | Killed Istrorot the pandemonium lord
589746 | Zig:21   | Killed Peepnoylia the pandemonium lord
589747 | Zig:21   | Killed Rethrodi the pandemonium lord
589748 | Zig:21   | Noticed Wixyfoag the pandemonium lord
589748 | Zig:21   | Noticed Xurho the pandemonium lord
589748 | Zig:21   | Noticed Paskoac the pandemonium lord
589752 | Zig:21   | Killed Wixyfoag the pandemonium lord
589760 | Zig:21   | Killed Xurho the pandemonium lord
589760 | Zig:21   | Killed Paskoac the pandemonium lord
589774 | Zig:21   | Noticed Ynyvo the pandemonium lord
589777 | Zig:21   | Killed Ynyvo the pandemonium lord
589777 | Zig:21   | Noticed Bitzam the pandemonium lord
589792 | Zig:21   | Noticed Iphoaxam the pandemonium lord
589794 | Zig:21   | Killed Bitzam the pandemonium lord
589795 | Zig:21   | Noticed Zylot the pandemonium lord
589795 | Zig:21   | Noticed Tinist the pandemonium lord
589796 | Zig:21   | Noticed Ygazau the pandemonium lord
589796 | Zig:21   | Noticed Radeshrago the pandemonium lord
589797 | Zig:21   | Killed Tinist the pandemonium lord
589798 | Zig:21   | Killed Radeshrago the pandemonium lord
589801 | Zig:21   | Killed Iphoaxam the pandemonium lord
589804 | Zig:21   | Killed Zylot the pandemonium lord
589806 | Zig:21   | Killed Ygazau the pandemonium lord
589806 | Zig:21   | Noticed Waur the pandemonium lord
589816 | Zig:21   | Killed Waur the pandemonium lord
589848 | Zig:21   | Identified the +7 hunting sling "Emos" {venom, Str+4}
590149 | Zig:22   | Entered Level 22 of a ziggurat
590261 | Zig:22   | Identified the +4 battleaxe of Indomitability {vorpal, rF++
                  | Int-4}
590880 | Zig:22   | Identified the +9 long sword of Destiny {vamp, rF+}
590882 | Zig:22   | Identified the +7 quarterstaff "Neil" {venom, rF+ Int-3
                  | Dex+3}
590895 | Zig:22   | Identified the ring "Yxzogyfa" {rC- rN+++ MP+9}
590905 | Zig:23   | Entered Level 23 of a ziggurat
590905 | Zig:23   | Noticed an ancient lich
590909 | Zig:23   | Killed an ancient lich
590920 | Zig:23   | Paralysed by accursed screaming for 2 turns
591011 | Zig:23   | Identified the ring "Degymid" {Wiz rElec rC+ rN+}
591058 | Zig:23   | Identified the ring of Piduth {rF+ Will+ rCorr Int-5 Dex+3
                  | Stlth+}
591085 | Zig:23   | Identified the ring "Navirch" {+Blink rF+ Will- rCorr EV+4}
591124 | Zig:23   | Identified the +8 whip of Wumen {freeze, rElec rF+ Int+5}
591136 | Zig:23   | Identified the +7 rapier "Worm's Wrath" {pain, rF++ Int+2}
591606 | Zig:23   | Identified the +0 scale mail of Negation {rPois rN+++ rCorr
                  | Str-5}
591642 | Zig:24   | Entered Level 24 of a ziggurat
592221 | Zig:24   | Identified the +8 lajatang "Onuuheh" {speed, +Blink rC+
                  | Str+2}
592243 | Zig:24   | Identified the +7 chain mail of Guerphifa {rF+ rN++ Str-2}
592265 | Zig:24   | Identified the +6 short sword of Vuonwaix {holy, *Corrode
                  | Str+4}
592266 | Zig:24   | Identified the +11 trident of the Shoals {freeze, rF++ rN+}
592275 | Zig:25   | Entered Level 25 of a ziggurat
592275 | Zig:25   | Noticed a royal mummy
592275 | Zig:25   | Noticed a royal mummy
592275 | Zig:25   | Noticed a royal mummy
592275 | Zig:25   | Noticed a royal mummy
592275 | Zig:25   | Noticed a royal mummy
592275 | Zig:25   | Noticed a royal mummy
592275 | Zig:25   | Noticed a royal mummy
592275 | Zig:25   | Noticed a royal mummy
592275 | Zig:25   | Noticed a royal mummy
592275 | Zig:25   | Noticed a royal mummy
592275 | Zig:25   | Noticed a royal mummy
592275 | Zig:25   | Noticed a royal mummy
592275 | Zig:25   | Noticed a royal mummy
592275 | Zig:25   | Noticed a royal mummy
592275 | Zig:25   | Noticed a royal mummy
592275 | Zig:25   | Noticed a royal mummy
592277 | Zig:25   | Noticed a royal mummy
592277 | Zig:25   | Noticed a royal mummy
592277 | Zig:25   | Noticed a royal mummy
592278 | Zig:25   | Killed a royal mummy
592278 | Zig:25   | Killed a royal mummy
592278 | Zig:25   | Killed a royal mummy
592278 | Zig:25   | Killed a royal mummy
592278 | Zig:25   | Killed a royal mummy
592278 | Zig:25   | Killed a royal mummy
592278 | Zig:25   | Killed a royal mummy
592278 | Zig:25   | Killed a royal mummy
592278 | Zig:25   | Killed a royal mummy
592278 | Zig:25   | Killed a royal mummy
592278 | Zig:25   | Killed a royal mummy
592278 | Zig:25   | Killed a royal mummy
592278 | Zig:25   | Killed a royal mummy
592278 | Zig:25   | Killed a royal mummy
592278 | Zig:25   | Killed a royal mummy
592279 | Zig:25   | Noticed a royal mummy
592279 | Zig:25   | Noticed a royal mummy
592279 | Zig:25   | Killed a royal mummy
592280 | Zig:25   | Noticed a royal mummy
592281 | Zig:25   | Noticed a royal mummy
592281 | Zig:25   | Noticed a royal mummy
592282 | Zig:25   | Killed a royal mummy
592284 | Zig:25   | Noticed a royal mummy
592284 | Zig:25   | Noticed a royal mummy
592284 | Zig:25   | Noticed a royal mummy
592285 | Zig:25   | Noticed a royal mummy
592285 | Zig:25   | Noticed a royal mummy
592285 | Zig:25   | Noticed a royal mummy
592285 | Zig:25   | Noticed a royal mummy
592286 | Zig:25   | Noticed a royal mummy
592286 | Zig:25   | Noticed a royal mummy
592286 | Zig:25   | Noticed a royal mummy
592286 | Zig:25   | Noticed a royal mummy
592287 | Zig:25   | Killed a royal mummy
592287 | Zig:25   | Killed a royal mummy
592287 | Zig:25   | Noticed a royal mummy
592287 | Zig:25   | Noticed a royal mummy
592288 | Zig:25   | Killed a royal mummy
592289 | Zig:25   | Noticed a royal mummy
592289 | Zig:25   | Killed a royal mummy
592289 | Zig:25   | Killed a royal mummy
592289 | Zig:25   | Killed a royal mummy
592289 | Zig:25   | Killed a royal mummy
592289 | Zig:25   | Killed a royal mummy
592289 | Zig:25   | Killed a royal mummy
592289 | Zig:25   | Killed a royal mummy
592289 | Zig:25   | Killed a royal mummy
592289 | Zig:25   | Killed a royal mummy
592289 | Zig:25   | Killed a royal mummy
592289 | Zig:25   | Killed a royal mummy
592289 | Zig:25   | Killed a royal mummy
592289 | Zig:25   | Killed a royal mummy
592289 | Zig:25   | Killed a royal mummy
592289 | Zig:25   | Killed a royal mummy
592289 | Zig:25   | Killed a royal mummy
592290 | Zig:25   | Noticed a royal mummy
592290 | Zig:25   | Noticed a royal mummy
592290 | Zig:25   | Noticed a royal mummy
592290 | Zig:25   | Noticed a royal mummy
592290 | Zig:25   | Noticed a royal mummy
592290 | Zig:25   | Noticed a royal mummy
592290 | Zig:25   | Noticed a royal mummy
592293 | Zig:25   | Noticed a royal mummy
592293 | Zig:25   | Noticed a royal mummy
592293 | Zig:25   | Killed a royal mummy
592293 | Zig:25   | Killed a royal mummy
592294 | Zig:25   | Noticed a royal mummy
592294 | Zig:25   | Noticed a royal mummy
592294 | Zig:25   | Noticed a royal mummy
592294 | Zig:25   | Noticed a royal mummy
592295 | Zig:25   | Noticed a royal mummy
592296 | Zig:25   | Killed a royal mummy
592296 | Zig:25   | Killed a royal mummy
592296 | Zig:25   | Killed a royal mummy
592297 | Zig:25   | Killed a royal mummy
592297 | Zig:25   | Killed a royal mummy
592297 | Zig:25   | Killed a royal mummy
592297 | Zig:25   | Killed a royal mummy
592297 | Zig:25   | Killed a royal mummy
592297 | Zig:25   | Killed a royal mummy
592297 | Zig:25   | Noticed a royal mummy
592297 | Zig:25   | Noticed a royal mummy
592298 | Zig:25   | Killed a royal mummy
592298 | Zig:25   | Killed a royal mummy
592298 | Zig:25   | Killed a royal mummy
592299 | Zig:25   | Noticed a royal mummy
592300 | Zig:25   | Noticed a royal mummy
592301 | Zig:25   | Noticed a royal mummy
592302 | Zig:25   | Noticed a royal mummy
592302 | Zig:25   | Noticed a royal mummy
592302 | Zig:25   | Noticed a royal mummy
592302 | Zig:25   | Killed a royal mummy
592303 | Zig:25   | Killed a royal mummy
592303 | Zig:25   | Killed a royal mummy
592303 | Zig:25   | Killed a royal mummy
592304 | Zig:25   | Noticed a royal mummy
592305 | Zig:25   | Noticed a royal mummy
592307 | Zig:25   | Noticed a royal mummy
592308 | Zig:25   | Killed a royal mummy
592310 | Zig:25   | Killed a royal mummy
592310 | Zig:25   | Killed a royal mummy
592310 | Zig:25   | Killed a royal mummy
592311 | Zig:25   | Killed a royal mummy
592311 | Zig:25   | Killed a royal mummy
592314 | Zig:25   | Killed a royal mummy
592314 | Zig:25   | Killed a royal mummy
592316 | Zig:25   | Killed a royal mummy
592367 | Zig:25   | Identified the ring of Qiggubo {Fly rElec rC+ rCorr}
592369 | Zig:25   | Identified the +4 long sword of the Mushroom {drain, rF+
                  | Int+4}
592375 | Zig:25   | Identified the +1 chain mail of the Skies Above {rC+ Will+}
592383 | Zig:25   | Identified the +10 broad axe of Eckuploe {freeze, rN+
                  | Will+}
592397 | Zig:25   | Identified the +9 morningstar "Adesieg" {flame, rElec rN+
                  | Str+6 Int-2 SInv}
592936 | Zig:26   | Entered Level 26 of a ziggurat
592936 | Zig:26   | Noticed Fass the pandemonium lord
592936 | Zig:26   | Noticed Deyn Zoxt the pandemonium lord
592936 | Zig:26   | Noticed Hialia the pandemonium lord
592936 | Zig:26   | Noticed Ticeyll the pandemonium lord
592936 | Zig:26   | Noticed Ogaurial the pandemonium lord
592936 | Zig:26   | Noticed Soibole the pandemonium lord
592938 | Zig:26   | Noticed Olalih the pandemonium lord
592938 | Zig:26   | Noticed Izaasm the pandemonium lord
592940 | Zig:26   | Noticed Quets the pandemonium lord
592940 | Zig:26   | Killed Soibole the pandemonium lord
592940 | Zig:26   | Killed Deyn Zoxt the pandemonium lord
592940 | Zig:26   | Noticed Jolarph the pandemonium lord
592940 | Zig:26   | Noticed Otas the pandemonium lord
592944 | Zig:26   | Killed Ogaurial the pandemonium lord
592945 | Zig:26   | Noticed Wizet the pandemonium lord
592946 | Zig:26   | Killed Ticeyll the pandemonium lord
592946 | Zig:26   | Noticed Moliorhi the pandemonium lord
592947 | Zig:26   | Killed Jolarph the pandemonium lord
592947 | Zig:26   | Noticed Yhoheim the pandemonium lord
592948 | Zig:26   | Killed Izaasm the pandemonium lord
592948 | Zig:26   | Killed Wizet the pandemonium lord
592948 | Zig:26   | Killed Moliorhi the pandemonium lord
592949 | Zig:26   | Killed Quets the pandemonium lord
592950 | Zig:26   | Noticed Naor the pandemonium lord
592950 | Zig:26   | Killed Hialia the pandemonium lord
592950 | Zig:26   | Noticed Bumimael the pandemonium lord
592950 | Zig:26   | Noticed Uciph the pandemonium lord
592951 | Zig:26   | Noticed Duvusi the pandemonium lord
592952 | Zig:26   | Killed Otas the pandemonium lord
592954 | Zig:26   | Killed Naor the pandemonium lord
592954 | Zig:26   | Killed Yhoheim the pandemonium lord
592955 | Zig:26   | Noticed Kanere the pandemonium lord
592955 | Zig:26   | Killed Olalih the pandemonium lord
592955 | Zig:26   | Killed Uciph the pandemonium lord
592956 | Zig:26   | Noticed Jejaduim the pandemonium lord
592956 | Zig:26   | Noticed Pycicano the pandemonium lord
592957 | Zig:26   | Noticed Quxih the pandemonium lord
592957 | Zig:26   | Noticed Cyekut the pandemonium lord
592957 | Zig:26   | Killed Jejaduim the pandemonium lord
592957 | Zig:26   | Killed Fass the pandemonium lord
592957 | Zig:26   | Noticed Mulledd the pandemonium lord
592957 | Zig:26   | Noticed Coqikoin the pandemonium lord
592957 | Zig:26   | Noticed Xusimovu the pandemonium lord
592958 | Zig:26   | Noticed Senoic the pandemonium lord
592958 | Zig:26   | Noticed Wimakere the pandemonium lord
592958 | Zig:26   | Noticed Faezxulo the pandemonium lord
592958 | Zig:26   | Noticed Vaetiz the pandemonium lord
592958 | Zig:26   | Noticed Urhyeps the pandemonium lord
592959 | Zig:26   | Noticed Zoemp the pandemonium lord
592959 | Zig:26   | Noticed Weimaxti the pandemonium lord
592959 | Zig:26   | Noticed Danotwem the pandemonium lord
592959 | Zig:26   | Noticed Waapeluf the pandemonium lord
592959 | Zig:26   | Noticed Mykuf the pandemonium lord
592960 | Zig:26   | Noticed Wuxe the pandemonium lord
592960 | Zig:26   | Noticed Xotoeng the pandemonium lord
592960 | Zig:26   | Killed Bumimael the pandemonium lord
592961 | Zig:26   | Killed Coqikoin the pandemonium lord
592961 | Zig:26   | Killed Mulledd the pandemonium lord
592961 | Zig:26   | Killed Zoemp the pandemonium lord
592961 | Zig:26   | Killed Danotwem the pandemonium lord
592962 | Zig:26   | Killed Pycicano the pandemonium lord
592962 | Zig:26   | Killed Cyekut the pandemonium lord
592962 | Zig:26   | Killed Kanere the pandemonium lord
592962 | Zig:26   | Killed Wuxe the pandemonium lord
592962 | Zig:26   | Killed Urhyeps the pandemonium lord
592963 | Zig:26   | Killed Senoic the pandemonium lord
592963 | Zig:26   | Killed Faezxulo the pandemonium lord
592963 | Zig:26   | Noticed Moudop the pandemonium lord
592964 | Zig:26   | Killed Quxih the pandemonium lord
592964 | Zig:26   | Killed Waapeluf the pandemonium lord
592964 | Zig:26   | Killed Wimakere the pandemonium lord
592964 | Zig:26   | Killed Mykuf the pandemonium lord
592964 | Zig:26   | Killed Duvusi the pandemonium lord
592964 | Zig:26   | Killed Vaetiz the pandemonium lord
592964 | Zig:26   | Killed Weimaxti the pandemonium lord
592964 | Zig:26   | Noticed Lygibb the pandemonium lord
592965 | Zig:26   | Killed Xusimovu the pandemonium lord
592965 | Zig:26   | Noticed Waawk the pandemonium lord
592965 | Zig:26   | Noticed Lewirch the pandemonium lord
592966 | Zig:26   | Noticed Ykheps the pandemonium lord
592966 | Zig:26   | Killed Moudop the pandemonium lord
592967 | Zig:26   | Noticed Aliolot the pandemonium lord
592967 | Zig:26   | Killed Xotoeng the pandemonium lord
592968 | Zig:26   | Noticed Gameedd the pandemonium lord
592969 | Zig:26   | Noticed Ixeuno the pandemonium lord
592969 | Zig:26   | Noticed Noda the pandemonium lord
592969 | Zig:26   | Noticed Ifakor the pandemonium lord
592970 | Zig:26   | Noticed Nelett the pandemonium lord
592970 | Zig:26   | Killed Ykheps the pandemonium lord
592971 | Zig:26   | Noticed Attigu the pandemonium lord
592971 | Zig:26   | Killed Waawk the pandemonium lord
592971 | Zig:26   | Killed Noda the pandemonium lord
592971 | Zig:26   | Killed Lygibb the pandemonium lord
592971 | Zig:26   | Killed Aliolot the pandemonium lord
592971 | Zig:26   | Killed Lewirch the pandemonium lord
592971 | Zig:26   | Noticed Segoxtythe the pandemonium lord
592971 | Zig:26   | Noticed Ukhek the pandemonium lord
592972 | Zig:26   | Killed Attigu the pandemonium lord
592972 | Zig:26   | Killed Ifakor the pandemonium lord
592972 | Zig:26   | Killed Nelett the pandemonium lord
592972 | Zig:26   | Noticed Hulene the pandemonium lord
592972 | Zig:26   | Noticed Riomyil the pandemonium lord
592973 | Zig:26   | Killed Ixeuno the pandemonium lord
592973 | Zig:26   | Noticed Urim the pandemonium lord
592973 | Zig:26   | Noticed Napnosk the pandemonium lord
592974 | Zig:26   | Killed Riomyil the pandemonium lord
592974 | Zig:26   | Noticed Oluqunoi the pandemonium lord
592975 | Zig:26   | Killed Gameedd the pandemonium lord
592975 | Zig:26   | Killed Segoxtythe the pandemonium lord
592975 | Zig:26   | Noticed Otoi the pandemonium lord
592975 | Zig:26   | Noticed Emuffiumm the pandemonium lord
592975 | Zig:26   | Noticed Lucwihee the pandemonium lord
592975 | Zig:26   | Noticed Icekk the pandemonium lord
592975 | Zig:26   | Noticed Qeprog the pandemonium lord
592976 | Zig:26   | Killed Ukhek the pandemonium lord
592976 | Zig:26   | Killed Napnosk the pandemonium lord
592976 | Zig:26   | Killed Oluqunoi the pandemonium lord
592977 | Zig:26   | Killed Hulene the pandemonium lord
592977 | Zig:26   | Noticed Emafugha the pandemonium lord
592977 | Zig:26   | Noticed Huxed the pandemonium lord
592978 | Zig:26   | Noticed Ubarph the pandemonium lord
592978 | Zig:26   | Noticed Baram Erunu the pandemonium lord
592979 | Zig:26   | Killed Otoi the pandemonium lord
592979 | Zig:26   | Noticed Abluiska the pandemonium lord
592980 | Zig:26   | Killed Lucwihee the pandemonium lord
592980 | Zig:26   | Killed Qeprog the pandemonium lord
592980 | Zig:26   | Killed Baram Erunu the pandemonium lord
592980 | Zig:26   | Killed Ubarph the pandemonium lord
592980 | Zig:26   | Killed Urim the pandemonium lord
592980 | Zig:26   | Killed Emuffiumm the pandemonium lord
592980 | Zig:26   | Noticed Qivvoe the pandemonium lord
592980 | Zig:26   | Noticed Otoik Wal the pandemonium lord
592981 | Zig:26   | Killed Emafugha the pandemonium lord
592981 | Zig:26   | Killed Abluiska the pandemonium lord
592982 | Zig:26   | Killed Qivvoe the pandemonium lord
592982 | Zig:26   | Killed Otoik Wal the pandemonium lord
592982 | Zig:26   | Noticed Beduol the pandemonium lord
592983 | Zig:26   | Killed Huxed the pandemonium lord
592983 | Zig:26   | Killed Beduol the pandemonium lord
592983 | Zig:26   | Noticed Lonuedit the pandemonium lord
592983 | Zig:26   | Noticed Zauvvoif the pandemonium lord
592983 | Zig:26   | Noticed Daijeh the pandemonium lord
592984 | Zig:26   | Killed Icekk the pandemonium lord
592985 | Zig:26   | Killed Zauvvoif the pandemonium lord
592985 | Zig:26   | Killed Lonuedit the pandemonium lord
592985 | Zig:26   | Noticed Feosua the pandemonium lord
592986 | Zig:26   | Noticed Samer the pandemonium lord
592987 | Zig:26   | Killed Daijeh the pandemonium lord
592988 | Zig:26   | Noticed Jahewen the pandemonium lord
592989 | Zig:26   | Noticed Plog the pandemonium lord
592989 | Zig:26   | Noticed Fumapoev the pandemonium lord
592990 | Zig:26   | Killed Feosua the pandemonium lord
592990 | Zig:26   | Killed Samer the pandemonium lord
592990 | Zig:26   | Noticed Otamasha the pandemonium lord
592990 | Zig:26   | Noticed Nullilla the pandemonium lord
592991 | Zig:26   | Noticed Luwuihea the pandemonium lord
592992 | Zig:26   | Noticed Hureacs the pandemonium lord
592992 | Zig:26   | Noticed Lynestif the pandemonium lord
592993 | Zig:26   | Killed Fumapoev the pandemonium lord
592994 | Zig:26   | Killed Luwuihea the pandemonium lord
592994 | Zig:26   | Killed Lynestif the pandemonium lord
592994 | Zig:26   | Killed Otamasha the pandemonium lord
592994 | Zig:26   | Noticed Waejaaph the pandemonium lord
592994 | Zig:26   | Noticed Xidul the pandemonium lord
592995 | Zig:26   | Killed Jahewen the pandemonium lord
592995 | Zig:26   | Killed Plog the pandemonium lord
592996 | Zig:26   | Killed Nullilla the pandemonium lord
592996 | Zig:26   | Killed Waejaaph the pandemonium lord
592996 | Zig:26   | Noticed Lodwiu the pandemonium lord
592997 | Zig:26   | Killed Xidul the pandemonium lord
592997 | Zig:26   | Noticed Ymuut the pandemonium lord
592999 | Zig:26   | Noticed Astoun the pandemonium lord
592999 | Zig:26   | Killed Hureacs the pandemonium lord
593000 | Zig:26   | Noticed Lemehup the pandemonium lord
593000 | Zig:26   | Noticed Ivuemm the pandemonium lord
593002 | Zig:26   | Killed Lodwiu the pandemonium lord
593002 | Zig:26   | Killed Ivuemm the pandemonium lord
593002 | Zig:26   | Killed Astoun the pandemonium lord
593003 | Zig:26   | Killed Lemehup the pandemonium lord
593004 | Zig:26   | Killed Ymuut the pandemonium lord
593004 | Zig:26   | Noticed Settiext the pandemonium lord
593008 | Zig:26   | Noticed Lijyh Mesho the pandemonium lord
593008 | Zig:26   | Noticed Akkoc the pandemonium lord
593008 | Zig:26   | Noticed Ruobaogg the pandemonium lord
593009 | Zig:26   | Noticed Qydawal the pandemonium lord
593010 | Zig:26   | Killed Ruobaogg the pandemonium lord
593010 | Zig:26   | Killed Akkoc the pandemonium lord
593011 | Zig:26   | Killed Lijyh Mesho the pandemonium lord
593011 | Zig:26   | Noticed Kilumnir the pandemonium lord
593013 | Zig:26   | Killed Qydawal the pandemonium lord
593013 | Zig:26   | Killed Settiext the pandemonium lord
593013 | Zig:26   | Noticed Onesole the pandemonium lord
593014 | Zig:26   | Killed Onesole the pandemonium lord
593014 | Zig:26   | Noticed Kecyb the pandemonium lord
593014 | Zig:26   | Noticed Tioghil the pandemonium lord
593016 | Zig:26   | Noticed Innie the pandemonium lord
593017 | Zig:26   | Noticed Duraariy the pandemonium lord
593017 | Zig:26   | Killed Kecyb the pandemonium lord
593017 | Zig:26   | Noticed Nemeg the pandemonium lord
593017 | Zig:26   | Noticed Gyfet the pandemonium lord
593018 | Zig:26   | Killed Kilumnir the pandemonium lord
593018 | Zig:26   | Noticed Oday the pandemonium lord
593019 | Zig:26   | Noticed Ypuestrea the pandemonium lord
593019 | Zig:26   | Noticed Suatunoant the pandemonium lord
593020 | Zig:26   | Killed Duraariy the pandemonium lord
593020 | Zig:26   | Noticed Jizemon the pandemonium lord
593020 | Zig:26   | Noticed Tuerhian the pandemonium lord
593021 | Zig:26   | Killed Gyfet the pandemonium lord
593021 | Zig:26   | Noticed Isuown the pandemonium lord
593022 | Zig:26   | Killed Innie the pandemonium lord
593022 | Zig:26   | Killed Ypuestrea the pandemonium lord
593022 | Zig:26   | Killed Oday the pandemonium lord
593022 | Zig:26   | Killed Jizemon the pandemonium lord
593023 | Zig:26   | Killed Nemeg the pandemonium lord
593023 | Zig:26   | Killed Suatunoant the pandemonium lord
593025 | Zig:26   | Killed Tioghil the pandemonium lord
593025 | Zig:26   | Noticed Wefuox the pandemonium lord
593025 | Zig:26   | Noticed Norchy the pandemonium lord
593025 | Zig:26   | Noticed Tihihuynt the pandemonium lord
593026 | Zig:26   | Killed Isuown the pandemonium lord
593026 | Zig:26   | Killed Tuerhian the pandemonium lord
593027 | Zig:26   | Noticed Dapteoh the pandemonium lord
593028 | Zig:26   | Killed Wefuox the pandemonium lord
593029 | Zig:26   | Killed Norchy the pandemonium lord
593030 | Zig:26   | Killed Tihihuynt the pandemonium lord
593030 | Zig:26   | Killed Dapteoh the pandemonium lord
593030 | Zig:26   | Noticed Jijucae the pandemonium lord
593030 | Zig:26   | Noticed Yfyap the pandemonium lord
593030 | Zig:26   | Noticed Leysuruv the pandemonium lord
593030 | Zig:26   | Noticed Cesh the pandemonium lord
593032 | Zig:26   | Killed Cesh the pandemonium lord
593033 | Zig:26   | Killed Leysuruv the pandemonium lord
593033 | Zig:26   | Killed Yfyap the pandemonium lord
593033 | Zig:26   | Noticed Camyuh the pandemonium lord
593034 | Zig:26   | Killed Jijucae the pandemonium lord
593034 | Zig:26   | Noticed Iraihac the pandemonium lord
593034 | Zig:26   | Noticed Ybrubrif the pandemonium lord
593035 | Zig:26   | Killed Camyuh the pandemonium lord
593035 | Zig:26   | Noticed Yplotz the pandemonium lord
593037 | Zig:26   | Noticed Ynea the pandemonium lord
593038 | Zig:26   | Killed Yplotz the pandemonium lord
593038 | Zig:26   | Killed Ynea the pandemonium lord
593039 | Zig:26   | Killed Ybrubrif the pandemonium lord
593040 | Zig:26   | Killed Iraihac the pandemonium lord
593042 | Zig:26   | Noticed Mereh the pandemonium lord
593043 | Zig:26   | Noticed Uwninum the pandemonium lord
593046 | Zig:26   | Killed Mereh the pandemonium lord
593046 | Zig:26   | Killed Uwninum the pandemonium lord
593047 | Zig:26   | Noticed Umuhuny the pandemonium lord
593047 | Zig:26   | Noticed Mat Yloph the pandemonium lord
593049 | Zig:26   | Killed Mat Yloph the pandemonium lord
593049 | Zig:26   | Noticed Byex the pandemonium lord
593050 | Zig:26   | Killed Umuhuny the pandemonium lord
593050 | Zig:26   | Killed Byex the pandemonium lord
593409 | Zig:26   | Identified the +0 scale mail "Iziyn" {-Cast rElec rPois
                  | Stlth+}
593415 | Zig:26   | Identified the +6 hunting sling "Bem Ygrick" {flame, rF+++}
593434 | Zig:27   | Entered Level 27 of a ziggurat
593519 | Zig:27   | Identified the +7 short sword of Ukhubb {antimagic, rF+
                  | rN+}
593878 | Hell     | Learned a level 8 spell: Disjunction
593891 | Hell     | Learned a level 9 spell: Fire Storm
593935 | Zig:1    | Entered Level 1 of a ziggurat
593935 | Zig:1    | Noticed a juggernaut
593935 | Zig:1    | Noticed a juggernaut
593943 | Zig:1    | Killed a juggernaut
593950 | Zig:1    | Killed a juggernaut
594008 | Zig:1    | Learned a level 8 spell: Discord
594010 | Zig:2    | Entered Level 2 of a ziggurat
594091 | Zig:3    | Entered Level 3 of a ziggurat
594194 | Zig:3    | Identified the ring of Ryppi {rF+ EV+4}
594196 | Zig:4    | Entered Level 4 of a ziggurat
594328 | Zig:5    | Entered Level 5 of a ziggurat
594328 | Zig:5    | Noticed an ancient lich
594330 | Zig:5    | Killed an ancient lich
594333 | Zig:5    | Noticed an ancient lich
594335 | Zig:5    | Killed an ancient lich
594391 | Zig:5    | Identified the +0 falchion of Hacking and Slashing {flame,
                  | Fragile rCorr Dex+6 SInv}
594481 | Zig:5    | Identified the +6 hunting sling "Cureprin" {venom, Fragile
                  | rF+ rN+++ MP+9}
594497 | Zig:6    | Entered Level 6 of a ziggurat
594677 | Zig:6    | Identified the +2 scale mail of Fedhas's Hope {Dex+4}
594690 | Zig:6    | Identified the +3 hunting sling of Qoafait {vorpal, rElec
                  | rN++}
594705 | Zig:7    | Entered Level 7 of a ziggurat
594841 | Zig:8    | Entered Level 8 of a ziggurat
594991 | Zig:8    | Identified the +7 rapier of Unpleasantness {venom, rC+
                  | Dex+6}
594995 | Zig:8    | Identified the +1 quarterstaff of Sulphur {flame, rElec
                  | Dex+3 SInv}
595076 | Zig:9    | Entered Level 9 of a ziggurat
595129 | Zig:9    | Identified the ring "Beygekhoes" {rF+ AC+4}
595208 | Zig:9    | Identified the +10 war axe "Kuabo" {flame, rElec SInv}
595222 | Zig:9    | Identified the ring of Incredulity {rElec rN++ rCorr Int-5
                  | SInv}
595319 | Zig:10   | Entered Level 10 of a ziggurat
595491 | Zig:11   | Entered Level 11 of a ziggurat
595491 | Zig:11   | Noticed Suib the pandemonium lord
595491 | Zig:11   | Noticed Becim the pandemonium lord
595491 | Zig:11   | Noticed Othrecre the pandemonium lord
595491 | Zig:11   | Noticed Zadur the pandemonium lord
595491 | Zig:11   | Noticed Xusalu the pandemonium lord
595491 | Zig:11   | Noticed Faics the pandemonium lord
595491 | Zig:11   | Noticed Dohagre the pandemonium lord
595491 | Zig:11   | Noticed Edinux the pandemonium lord
595491 | Zig:11   | Noticed Qiso the pandemonium lord
595491 | Zig:11   | Noticed Duimmall the pandemonium lord
595491 | Zig:11   | Noticed Etziex the pandemonium lord
595491 | Zig:11   | Noticed Caafod the pandemonium lord
595491 | Zig:11   | Noticed Gegonuk the pandemonium lord
595491 | Zig:11   | Noticed Biaqesee the pandemonium lord
595491 | Zig:11   | Noticed Lifuz the pandemonium lord
595491 | Zig:11   | Noticed Jaeqo the pandemonium lord
595492 | Zig:11   | Killed Xusalu the pandemonium lord
595492 | Zig:11   | Killed Suib the pandemonium lord
595492 | Zig:11   | Killed Zadur the pandemonium lord
595492 | Zig:11   | Killed Edinux the pandemonium lord
595492 | Zig:11   | Killed Qiso the pandemonium lord
595492 | Zig:11   | Killed Etziex the pandemonium lord
595492 | Zig:11   | Killed Gegonuk the pandemonium lord
595492 | Zig:11   | Noticed Geuwyocs the pandemonium lord
595493 | Zig:11   | Killed Jaeqo the pandemonium lord
595493 | Zig:11   | Killed Caafod the pandemonium lord
595493 | Zig:11   | Noticed Arphun the pandemonium lord
595494 | Zig:11   | Noticed Tilayg the pandemonium lord
595494 | Zig:11   | Noticed Kecaos the pandemonium lord
595494 | Zig:11   | Killed Biaqesee the pandemonium lord
595494 | Zig:11   | Killed Becim the pandemonium lord
595495 | Zig:11   | Killed Lifuz the pandemonium lord
595495 | Zig:11   | Killed Dohagre the pandemonium lord
595496 | Zig:11   | Killed Duimmall the pandemonium lord
595496 | Zig:11   | Killed Tilayg the pandemonium lord
595496 | Zig:11   | Killed Faics the pandemonium lord
595497 | Zig:11   | Noticed Simp the pandemonium lord
595498 | Zig:11   | Killed Kecaos the pandemonium lord
595498 | Zig:11   | Noticed Xuhacys the pandemonium lord
595499 | Zig:11   | Killed Arphun the pandemonium lord
595499 | Zig:11   | Killed Geuwyocs the pandemonium lord
595499 | Zig:11   | Noticed Iramn the pandemonium lord
595499 | Zig:11   | Noticed Wesois the pandemonium lord
595500 | Zig:11   | Killed Xuhacys the pandemonium lord
595500 | Zig:11   | Noticed Caom the pandemonium lord
595501 | Zig:11   | Killed Simp the pandemonium lord
595501 | Zig:11   | Killed Iramn the pandemonium lord
595502 | Zig:11   | Killed Wesois the pandemonium lord
595502 | Zig:11   | Noticed Ixkir the pandemonium lord
595503 | Zig:11   | Noticed Jaso the pandemonium lord
595503 | Zig:11   | Noticed Nuxtuaq the pandemonium lord
595504 | Zig:11   | Killed Othrecre the pandemonium lord
595504 | Zig:11   | Killed Caom the pandemonium lord
595505 | Zig:11   | Killed Ixkir the pandemonium lord
595506 | Zig:11   | Noticed Woohoidaf the pandemonium lord
595507 | Zig:11   | Noticed Dawn the pandemonium lord
595507 | Zig:11   | Killed Nuxtuaq the pandemonium lord
595508 | Zig:11   | Noticed Bisodopn the pandemonium lord
595508 | Zig:11   | Killed Jaso the pandemonium lord
595510 | Zig:11   | Killed Dawn the pandemonium lord
595512 | Zig:11   | Killed Bisodopn the pandemonium lord
595513 | Zig:11   | Killed Woohoidaf the pandemonium lord
595514 | Zig:11   | Noticed Oziniuwn the pandemonium lord
595514 | Zig:11   | Noticed Ratod the pandemonium lord
595514 | Zig:11   | Noticed Jyivad the pandemonium lord
595515 | Zig:11   | Killed Oziniuwn the pandemonium lord
595516 | Zig:11   | Noticed Cianeada the pandemonium lord
595516 | Zig:11   | Noticed Cezilof the pandemonium lord
595517 | Zig:11   | Noticed Oczoolo the pandemonium lord
595517 | Zig:11   | Killed Jyivad the pandemonium lord
595518 | Zig:11   | Noticed Egungul the pandemonium lord
595519 | Zig:11   | Killed Oczoolo the pandemonium lord
595519 | Zig:11   | Killed Egungul the pandemonium lord
595522 | Zig:11   | Killed Cezilof the pandemonium lord
595522 | Zig:11   | Killed Cianeada the pandemonium lord
595522 | Zig:11   | Noticed Fuaphiur the pandemonium lord
595523 | Zig:11   | Noticed Onyulif the pandemonium lord
595526 | Zig:11   | Killed Fuaphiur the pandemonium lord
595530 | Zig:11   | Noticed Fuits the pandemonium lord
595534 | Zig:11   | Killed Onyulif the pandemonium lord
595540 | Zig:11   | Killed Ratod the pandemonium lord
595549 | Zig:11   | Killed Fuits the pandemonium lord
595552 | Zig:11   | Noticed Itzonkoy the pandemonium lord
595560 | Zig:11   | Killed Itzonkoy the pandemonium lord
595776 | Zig:11   | Identified the +1 cloak of Tartarus {Harm Fly rC+ rN+}
595778 | Zig:11   | Identified the +4 chain mail of Gestures {rF+ Dex+2 Stlth+}
595781 | Zig:11   | Identified the +8 broad axe "Caqoher" {elec, rC+ Will+}
595787 | Zig:11   | Identified the +7 long sword "Jubb" {freeze, MP+9 Str+6
                  | SInv}
595795 | Zig:12   | Entered Level 12 of a ziggurat
595838 | Zig:12   | Identified the +5 long sword of Aniqaum {vorpal, rF+ rN++
                  | Int+2 Dex-2}
595986 | Zig:12   | Identified the +9 rapier of the Eternal Warrior {protect,
                  | rN+}
595991 | Zig:12   | Identified the +6 scale mail of the Sea {Int+5}
595992 | Zig:12   | Identified the +9 scythe of the Peculiar Curses {flame,
                  | rElec rF+ Str+4}
595995 | Zig:12   | Identified the ring "Iclai" {rF+ Str+4}
595997 | Zig:12   | Identified the ring of Uvonk {rPois rF- Int+4 SInv}
596004 | Zig:13   | Entered Level 13 of a ziggurat
596098 | Zig:13   | Identified the +2 morningstar of Gloom {freeze, rElec Int+3
                  | Stlth-}
596118 | Zig:13   | Identified the ring of Foixez {MP+9 Str+5 Dex+6}
596412 | Zig:13   | Identified the +3 hunting sling of the Chickpea {flame, rC-
                  | Int+4}
596422 | Zig:14   | Entered Level 14 of a ziggurat
596455 | Zig:14   | Identified the +2 plate armour of the Rose {+Blink rPois
                  | Str+2}
596458 | Zig:14   | Identified the +3 spear of Tartarus {speed, rElec MP+9
                  | Int-5 SInv}
596461 | Zig:14   | Identified the +7 scimitar "Reimn" {drain, Dex+4}
596807 | Zig:14   | Identified the ring "Lehajah" {rPois MP+9 Dex+4}
596819 | Zig:14   | Identified the +6 long sword "Nisou" {vorpal, rC+ rN+ Will-
                  | Int+7}
596920 | Zig:15   | Entered Level 15 of a ziggurat
597080 | Zig:15   | Identified the +8 short sword "Qigo" {flame, rF+}
597086 | Zig:15   | Identified the +8 dagger of Honour {drain, +Blink rElec
                  | rCorr Dex-5}
597103 | Zig:15   | Identified the +0 robe of the Marlin {Rampage Int+4
                  | Archmagi}
597420 | Zig:16   | Entered Level 16 of a ziggurat
597425 | Zig:16   | Paralysed by an air elemental for 1 turns
597483 | Zig:16   | Identified the +6 scimitar of Makhleb's Pride {vorpal,
                  | Str+7 Int+6}
597828 | Zig:16   | Identified the +8 triple crossbow of Red Wine {elec,
                  | *Corrode rElec rPois}
597900 | Zig:17   | Entered Level 17 of a ziggurat
597900 | Zig:17   | Noticed an ancient lich
597900 | Zig:17   | Noticed an ancient lich
597900 | Zig:17   | Noticed an ancient lich
597900 | Zig:17   | Noticed an ancient lich
597900 | Zig:17   | Noticed an ancient lich
597900 | Zig:17   | Noticed a dread lich
597900 | Zig:17   | Noticed an ancient lich
597901 | Zig:17   | Killed an ancient lich
597901 | Zig:17   | Killed an ancient lich
597901 | Zig:17   | Killed an ancient lich
597902 | Zig:17   | Killed an ancient lich
597902 | Zig:17   | Killed an ancient lich
597902 | Zig:17   | Killed a dread lich
597902 | Zig:17   | Killed an ancient lich
597903 | Zig:17   | Noticed an ancient lich
597903 | Zig:17   | Noticed an ancient lich
597904 | Zig:17   | Noticed an ancient lich
597904 | Zig:17   | Noticed a dread lich
597905 | Zig:17   | Noticed an ancient lich
597905 | Zig:17   | Noticed an ancient lich
597905 | Zig:17   | Noticed a dread lich
597905 | Zig:17   | Noticed a dread lich
597906 | Zig:17   | Noticed a dread lich
597906 | Zig:17   | Noticed an ancient lich
597906 | Zig:17   | Noticed a dread lich
597907 | Zig:17   | Noticed an ancient lich
597907 | Zig:17   | Noticed a dread lich
597907 | Zig:17   | Noticed an ancient lich
597908 | Zig:17   | Noticed a dread lich
597908 | Zig:17   | Noticed a dread lich
597908 | Zig:17   | Noticed a dread lich
597909 | Zig:17   | Noticed an ancient lich
597910 | Zig:17   | Killed an ancient lich
597910 | Zig:17   | Killed an ancient lich
597910 | Zig:17   | Killed an ancient lich
597910 | Zig:17   | Killed a dread lich
597910 | Zig:17   | Killed an ancient lich
597910 | Zig:17   | Killed a dread lich
597910 | Zig:17   | Killed a dread lich
597911 | Zig:17   | Killed an ancient lich
597911 | Zig:17   | Killed a dread lich
597911 | Zig:17   | Killed a dread lich
597911 | Zig:17   | Killed an ancient lich
597911 | Zig:17   | Killed an ancient lich
597911 | Zig:17   | Killed a dread lich
597911 | Zig:17   | Killed a dread lich
597911 | Zig:17   | Noticed an ancient lich
597911 | Zig:17   | Killed an ancient lich
597911 | Zig:17   | Killed a dread lich
597912 | Zig:17   | Killed an ancient lich
597913 | Zig:17   | Noticed a dread lich
597913 | Zig:17   | Noticed a dread lich
597913 | Zig:17   | Killed a dread lich
597913 | Zig:17   | Killed an ancient lich
597914 | Zig:17   | Noticed an ancient lich
597914 | Zig:17   | Noticed an ancient lich
597914 | Zig:17   | Noticed a dread lich
597915 | Zig:17   | Noticed a dread lich
597915 | Zig:17   | Noticed a dread lich
597915 | Zig:17   | Noticed an ancient lich
597916 | Zig:17   | Noticed an ancient lich
597916 | Zig:17   | Noticed a dread lich
597918 | Zig:17   | Noticed a dread lich
597918 | Zig:17   | Noticed a dread lich
597920 | Zig:17   | Killed a dread lich
597920 | Zig:17   | Killed a dread lich
597920 | Zig:17   | Killed a dread lich
597920 | Zig:17   | Killed a dread lich
597920 | Zig:17   | Killed an ancient lich
597921 | Zig:17   | Killed a dread lich
597921 | Zig:17   | Killed a dread lich
597921 | Zig:17   | Killed an ancient lich
597921 | Zig:17   | Killed an ancient lich
597921 | Zig:17   | Killed an ancient lich
597922 | Zig:17   | Killed a dread lich
597922 | Zig:17   | Killed a dread lich
598036 | Zig:17   | Identified the +8 plate armour "Lulu" {Slay+2 SInv}
598074 | Zig:17   | Identified the ring "Uhetaf" {rElec rPois Int+2 Dex+6}
598083 | Zig:17   | Identified the +6 halberd of Soatyrip {speed, Fly rN+
                  | Str+4}
598099 | Zig:17   | Identified the +9 rapier of the Warrior-Mage {vorpal, Str-5
                  | Int+5}
598101 | Zig:17   | Identified the +10 flail of Circularity {vamp, *Rage Str+3
                  | Int+4 Dex+10}
598434 | Zig:17   | Identified the +7 flail of Gycip {drain, Fragile rElec
                  | Will+}
598442 | Zig:18   | Entered Level 18 of a ziggurat
598460 | Zig:18   | Found the ring of the Octopus King
598938 | Zig:18   | Identified the amulet "Sefu" {Regen+ SInv}
598940 | Zig:18   | Identified the ring "Mampol" {Drain rCorr Int+10 Dex+6}
598980 | Zig:18   | Identified a ring of the Octopus King {rC+ AC+1 EV+1 Str+1
                  | Int+1 Dex+1}
598992 | Zig:18   | Identified the +4 scimitar of Zuopei Qaiv {venom, rCorr
                  | Dex+6}
599001 | Zig:18   | Identified the +4 broad axe of Quitogyda {vorpal, Drain
                  | rElec MP+9}
599003 | Zig:18   | Identified the +1 pair of gloves of the Sneaky Portals
                  | {rElec Int+5}
599069 | Zig:19   | Entered Level 19 of a ziggurat
599222 | Zig:19   | Identified the +7 lajatang of Aviwah {vamp, Will++}
599230 | Zig:19   | Identified the amulet of the Sunfish {Fly Regen+ Dex+4}
599280 | Zig:19   | Identified the +8 war axe "Wuatzot" {holy, Drain Will+
                  | Dex+3}
599290 | Zig:19   | Identified the +2 leather armour of the Parsimonious God
                  | {Will+}
599327 | Zig:19   | Identified the +5 pair of boots "Gyibupt" {Fly rPois Regen+
                  | Str-5}
599695 | Zig:19   | Identified the +13 pearl dragon scales of Cocytus {Harm
                  | Rampage *Slow Fly rN+}
599713 | Zig:20   | Entered Level 20 of a ziggurat
599713 | Zig:20   | Noticed a juggernaut
599713 | Zig:20   | Noticed a juggernaut
599713 | Zig:20   | Noticed a juggernaut
599713 | Zig:20   | Noticed a juggernaut
599713 | Zig:20   | Noticed a juggernaut
599713 | Zig:20   | Noticed a juggernaut
599714 | Zig:20   | Noticed a juggernaut
599714 | Zig:20   | Noticed a juggernaut
599717 | Zig:20   | Killed a juggernaut
599717 | Zig:20   | Killed a juggernaut
599717 | Zig:20   | Killed a juggernaut
599717 | Zig:20   | Killed a juggernaut
599717 | Zig:20   | Killed a juggernaut
599717 | Zig:20   | Killed a juggernaut
599717 | Zig:20   | Noticed a juggernaut
599718 | Zig:20   | Noticed a juggernaut
599718 | Zig:20   | Noticed a juggernaut
599718 | Zig:20   | Noticed a juggernaut
599718 | Zig:20   | Killed a juggernaut
599719 | Zig:20   | Noticed a juggernaut
599719 | Zig:20   | Noticed a juggernaut
599719 | Zig:20   | Noticed a juggernaut
599719 | Zig:20   | Noticed a juggernaut
599719 | Zig:20   | Noticed a juggernaut
599719 | Zig:20   | Noticed a juggernaut
599719 | Zig:20   | Noticed a juggernaut
599719 | Zig:20   | Noticed a juggernaut
599719 | Zig:20   | Noticed a juggernaut
599720 | Zig:20   | Noticed a juggernaut
599720 | Zig:20   | Noticed a juggernaut
599721 | Zig:20   | Noticed a juggernaut
599722 | Zig:20   | Noticed a juggernaut
599723 | Zig:20   | Noticed a juggernaut
599723 | Zig:20   | Noticed a juggernaut
599724 | Zig:20   | Noticed a juggernaut
599724 | Zig:20   | Noticed a juggernaut
599725 | Zig:20   | Killed a juggernaut
599725 | Zig:20   | Killed a juggernaut
599725 | Zig:20   | Killed a juggernaut
599725 | Zig:20   | Killed a juggernaut
599725 | Zig:20   | Killed a juggernaut
599725 | Zig:20   | Killed a juggernaut
599725 | Zig:20   | Killed a juggernaut
599725 | Zig:20   | Killed a juggernaut
599725 | Zig:20   | Killed a juggernaut
599725 | Zig:20   | Killed a juggernaut
599725 | Zig:20   | Killed a juggernaut
599725 | Zig:20   | Killed a juggernaut
599725 | Zig:20   | Killed a juggernaut
599725 | Zig:20   | Killed a juggernaut
599725 | Zig:20   | Killed a juggernaut
599726 | Zig:20   | Killed a juggernaut
599726 | Zig:20   | Killed a juggernaut
599726 | Zig:20   | Killed a juggernaut
599726 | Zig:20   | Killed a juggernaut
599726 | Zig:20   | Killed a juggernaut
599727 | Zig:20   | Killed a juggernaut
599727 | Zig:20   | Noticed a juggernaut
599728 | Zig:20   | Noticed a juggernaut
599728 | Zig:20   | Noticed a juggernaut
599729 | Zig:20   | Noticed a juggernaut
599730 | Zig:20   | Noticed a juggernaut
599730 | Zig:20   | Noticed a juggernaut
599730 | Zig:20   | Noticed a juggernaut
599730 | Zig:20   | Noticed a juggernaut
599730 | Zig:20   | Killed a juggernaut
599735 | Zig:20   | Killed a juggernaut
599735 | Zig:20   | Killed a juggernaut
599735 | Zig:20   | Killed a juggernaut
599735 | Zig:20   | Killed a juggernaut
599735 | Zig:20   | Killed a juggernaut
599735 | Zig:20   | Killed a juggernaut
599735 | Zig:20   | Killed a juggernaut
599736 | Zig:20   | Killed a juggernaut
599744 | Zig:20   | Noticed a juggernaut
599745 | Zig:20   | Noticed a juggernaut
599746 | Zig:20   | Killed a juggernaut
599748 | Zig:20   | Killed a juggernaut
599769 | Zig:20   | Identified the +2 scale mail of the Forest {rF- Will+
                  | Str+4}
600139 | Zig:20   | Identified the ring of the Omega Point {+Blink rElec Will+
                  | Int-2 Slay+5}
600239 | Zig:20   | Identified the +6 flail of Agony {pain, rN++}
600265 | Zig:20   | Identified the +2 robe of Reason {rF+++ rC- Int+2}
600273 | Zig:20   | Identified the +0 robe "Zejatumm" {Will++}
600281 | Zig:20   | Identified the +10 mace "Ysail" {pain, rPois rN+}
600301 | Zig:20   | Identified the +12 short sword of Cilluf {flame, rF+ Str+4}
600313 | Zig:20   | Identified the +5 lajatang of Cietois {protect, rPois
                  | Will++ Str+3 Stlth-}
600315 | Zig:20   | Identified the ring "Caxosu" {Ice rPois rN++ Int-2 SInv}
600365 | Zig:20   | Identified the +7 fustibalus of the Scorned {speed, rN+
                  | Str+4 Dex+3}
600383 | Zig:21   | Entered Level 21 of a ziggurat
600407 | Zig:21   | Identified the +9 rapier of Quwkohia {protect, rElec Str+8
                  | Int-4}
600572 | Zig:21   | Identified the ring of Plog {rC+ rN+ Dex+5}
600576 | Zig:21   | Identified the +0 chain mail "Enic" {Fly rC+ Str+2}
600579 | Zig:21   | Identified the +10 hand axe of Fate {vorpal, +Blink rF++
                  | rN+ Dex-3}
600593 | Zig:21   | Identified the +1 leather armour of Nuehirph {Drain Will+++
                  | rCorr Str+3}
600596 | Zig:21   | Identified the +9 hand axe "Qahie" {protect, rN+ Will+
                  | Str+4 Int+3}
600622 | Zig:21   | Identified the ring of a Billion Heavens {rN+ Str+6 Int+2
                  | Dex+4 Stlth+}
600632 | Zig:21   | Identified the +3 scimitar of Zumeavof {vorpal, Contam
                  | +Blink Str+8 Dex-3}
600669 | Zig:21   | Identified the +5 battleaxe of Fortitude {vorpal, rN+ Will+
                  | rCorr Dex+2}
600677 | Zig:21   | Identified the +1 long sword of Xoumopas {elec, Dex+2}
600679 | Zig:21   | Identified the +0 morningstar of Eshymie {vorpal, Fly
                  | rPois}
600681 | Zig:21   | Identified the amulet of the Good {Reflect +Inv Fly Str-5
                  | Dex+4 SH+5}
600689 | Zig:21   | Identified the +12 war axe of the Flying Gods {venom, rPois
                  | rCorr}
600693 | Zig:21   | Identified the amulet of Kuleipueki {Spirit rC+ Will+}
600719 | Zig:21   | Identified the amulet "Atinuute" {Acrobat rC+ rN+ Str+4}
601159 | Zig:22   | Entered Level 22 of a ziggurat
601159 | Zig:22   | Noticed Gappin the pandemonium lord
601159 | Zig:22   | Noticed Simoleos the pandemonium lord
601159 | Zig:22   | Noticed Idioxaec the pandemonium lord
601159 | Zig:22   | Noticed Min Apes the pandemonium lord
601159 | Zig:22   | Noticed Pamusih the pandemonium lord
601159 | Zig:22   | Noticed Ziogask the pandemonium lord
601159 | Zig:22   | Noticed Cuekkeri the pandemonium lord
601159 | Zig:22   | Noticed Uderph the pandemonium lord
601159 | Zig:22   | Noticed Zudig the pandemonium lord
601159 | Zig:22   | Noticed Tynakh the pandemonium lord
601159 | Zig:22   | Noticed Saex the pandemonium lord
601159 | Zig:22   | Noticed Jiwk the pandemonium lord
601159 | Zig:22   | Noticed Tyahoxoo the pandemonium lord
601159 | Zig:22   | Noticed Totir the pandemonium lord
601159 | Zig:22   | Noticed Folefoko the pandemonium lord
601161 | Zig:22   | Noticed Zuun the pandemonium lord
601162 | Zig:22   | Noticed Resh the pandemonium lord
601162 | Zig:22   | Killed Min Apes the pandemonium lord
601162 | Zig:22   | Killed Saex the pandemonium lord
601162 | Zig:22   | Killed Gappin the pandemonium lord
601162 | Zig:22   | Killed Zuun the pandemonium lord
601162 | Zig:22   | Killed Ziogask the pandemonium lord
601162 | Zig:22   | Killed Jiwk the pandemonium lord
601162 | Zig:22   | Noticed Dualac the pandemonium lord
601163 | Zig:22   | Killed Tynakh the pandemonium lord
601163 | Zig:22   | Killed Resh the pandemonium lord
601163 | Zig:22   | Killed Uderph the pandemonium lord
601163 | Zig:22   | Killed Totir the pandemonium lord
601163 | Zig:22   | Killed Folefoko the pandemonium lord
601163 | Zig:22   | Killed Cuekkeri the pandemonium lord
601163 | Zig:22   | Killed Zudig the pandemonium lord
601163 | Zig:22   | Killed Idioxaec the pandemonium lord
601163 | Zig:22   | Noticed Ocimyt the pandemonium lord
601164 | Zig:22   | Noticed Soamuzoch the pandemonium lord
601164 | Zig:22   | Noticed Ukiusopn the pandemonium lord
601164 | Zig:22   | Noticed Ufa Yhan the pandemonium lord
601164 | Zig:22   | Noticed Bewnos the pandemonium lord
601164 | Zig:22   | Killed Tyahoxoo the pandemonium lord
601164 | Zig:22   | Noticed Milix the pandemonium lord
601165 | Zig:22   | Noticed Kerghasa the pandemonium lord
601165 | Zig:22   | Killed Ukiusopn the pandemonium lord
601165 | Zig:22   | Killed Bewnos the pandemonium lord
601165 | Zig:22   | Killed Ufa Yhan the pandemonium lord
601165 | Zig:22   | Killed Dualac the pandemonium lord
601165 | Zig:22   | Noticed Loaj the pandemonium lord
601165 | Zig:22   | Noticed Ipsemoot the pandemonium lord
601165 | Zig:22   | Noticed Sennoejo the pandemonium lord
601165 | Zig:22   | Noticed Asisi the pandemonium lord
601165 | Zig:22   | Noticed Vatz the pandemonium lord
601166 | Zig:22   | Noticed Byqeeg the pandemonium lord
601166 | Zig:22   | Killed Milix the pandemonium lord
601166 | Zig:22   | Noticed Targh the pandemonium lord
601166 | Zig:22   | Noticed Wederac the pandemonium lord
601166 | Zig:22   | Noticed Godu the pandemonium lord
601167 | Zig:22   | Killed Pamusih the pandemonium lord
601167 | Zig:22   | Killed Vatz the pandemonium lord
601167 | Zig:22   | Killed Loaj the pandemonium lord
601167 | Zig:22   | Noticed Binux the pandemonium lord
601167 | Zig:22   | Noticed Yteuhih the pandemonium lord
601168 | Zig:22   | Noticed Goejuhuv the pandemonium lord
601168 | Zig:22   | Killed Asisi the pandemonium lord
601168 | Zig:22   | Killed Soamuzoch the pandemonium lord
601168 | Zig:22   | Killed Sennoejo the pandemonium lord
601168 | Zig:22   | Killed Ipsemoot the pandemonium lord
601169 | Zig:22   | Killed Ocimyt the pandemonium lord
601169 | Zig:22   | Killed Godu the pandemonium lord
601169 | Zig:22   | Killed Binux the pandemonium lord
601169 | Zig:22   | Killed Goejuhuv the pandemonium lord
601169 | Zig:22   | Killed Wederac the pandemonium lord
601169 | Zig:22   | Killed Byqeeg the pandemonium lord
601169 | Zig:22   | Noticed Neovoloss the pandemonium lord
601170 | Zig:22   | Killed Targh the pandemonium lord
601170 | Zig:22   | Noticed Axuskoim the pandemonium lord
601170 | Zig:22   | Noticed Dorch the pandemonium lord
601170 | Zig:22   | Noticed Qimietat the pandemonium lord
601170 | Zig:22   | Noticed Wabotiss the pandemonium lord
601170 | Zig:22   | Noticed Xoaxit the pandemonium lord
601170 | Zig:22   | Noticed Yrchaeqoa the pandemonium lord
601171 | Zig:22   | Killed Neovoloss the pandemonium lord
601171 | Zig:22   | Killed Simoleos the pandemonium lord
601171 | Zig:22   | Noticed Caest the pandemonium lord
601172 | Zig:22   | Noticed Mar Diyg the pandemonium lord
601173 | Zig:22   | Killed Yteuhih the pandemonium lord
601173 | Zig:22   | Noticed Syuhewast the pandemonium lord
601173 | Zig:22   | Noticed Muah the pandemonium lord
601173 | Zig:22   | Noticed Vuapluq the pandemonium lord
601173 | Zig:22   | Noticed Tyulewnez the pandemonium lord
601174 | Zig:22   | Killed Yrchaeqoa the pandemonium lord
601174 | Zig:22   | Killed Caest the pandemonium lord
601174 | Zig:22   | Killed Dorch the pandemonium lord
601174 | Zig:22   | Killed Qimietat the pandemonium lord
601174 | Zig:22   | Killed Axuskoim the pandemonium lord
601174 | Zig:22   | Noticed Quekaarch the pandemonium lord
601174 | Zig:22   | Noticed Koamiqeh the pandemonium lord
601175 | Zig:22   | Killed Xoaxit the pandemonium lord
601175 | Zig:22   | Killed Vuapluq the pandemonium lord
601175 | Zig:22   | Noticed Boamerha the pandemonium lord
601175 | Zig:22   | Noticed Wefim the pandemonium lord
601175 | Zig:22   | Killed Tyulewnez the pandemonium lord
601176 | Zig:22   | Killed Koamiqeh the pandemonium lord
601176 | Zig:22   | Killed Boamerha the pandemonium lord
601176 | Zig:22   | Killed Kerghasa the pandemonium lord
601176 | Zig:22   | Noticed Inikhlewk the pandemonium lord
601177 | Zig:22   | Noticed Vuir the pandemonium lord
601177 | Zig:22   | Killed Syuhewast the pandemonium lord
601177 | Zig:22   | Killed Muah the pandemonium lord
601177 | Zig:22   | Noticed Reporenn the pandemonium lord
601177 | Zig:22   | Noticed Eroadag the pandemonium lord
601178 | Zig:22   | Killed Wabotiss the pandemonium lord
601178 | Zig:22   | Killed Quekaarch the pandemonium lord
601178 | Zig:22   | Killed Wefim the pandemonium lord
601178 | Zig:22   | Noticed Foplus the pandemonium lord
601179 | Zig:22   | Killed Mar Diyg the pandemonium lord
601179 | Zig:22   | Killed Inikhlewk the pandemonium lord
601180 | Zig:22   | Noticed Ryeh the pandemonium lord
601181 | Zig:22   | Noticed Olemaboly the pandemonium lord
601181 | Zig:22   | Killed Reporenn the pandemonium lord
601182 | Zig:22   | Killed Foplus the pandemonium lord
601182 | Zig:22   | Killed Eroadag the pandemonium lord
601182 | Zig:22   | Killed Ryeh the pandemonium lord
601182 | Zig:22   | Killed Vuir the pandemonium lord
601182 | Zig:22   | Noticed Bosyos the pandemonium lord
601182 | Zig:22   | Noticed Zuwnus the pandemonium lord
601182 | Zig:22   | Noticed Ewiu the pandemonium lord
601183 | Zig:22   | Noticed Vant the pandemonium lord
601183 | Zig:22   | Noticed Zoucan the pandemonium lord
601185 | Zig:22   | Noticed Ejal the pandemonium lord
601185 | Zig:22   | Killed Zuwnus the pandemonium lord
601185 | Zig:22   | Noticed Udwieqe the pandemonium lord
601186 | Zig:22   | Killed Bosyos the pandemonium lord
601186 | Zig:22   | Noticed Ymougil the pandemonium lord
601187 | Zig:22   | Killed Ejal the pandemonium lord
601187 | Zig:22   | Noticed Xeyf the pandemonium lord
601187 | Zig:22   | Noticed Fyulywac the pandemonium lord
601187 | Zig:22   | Noticed Dohah the pandemonium lord
601188 | Zig:22   | Killed Olemaboly the pandemonium lord
601188 | Zig:22   | Killed Vant the pandemonium lord
601188 | Zig:22   | Killed Udwieqe the pandemonium lord
601188 | Zig:22   | Killed Zoucan the pandemonium lord
601189 | Zig:22   | Noticed Suciuloe the pandemonium lord
601189 | Zig:22   | Noticed Guycerghe the pandemonium lord
601191 | Zig:22   | Killed Ewiu the pandemonium lord
601191 | Zig:22   | Noticed Caanagyu the pandemonium lord
601192 | Zig:22   | Killed Xeyf the pandemonium lord
601192 | Zig:22   | Killed Dohah the pandemonium lord
601192 | Zig:22   | Killed Ymougil the pandemonium lord
601192 | Zig:22   | Noticed Fuusis the pandemonium lord
601192 | Zig:22   | Noticed Yteju the pandemonium lord
601193 | Zig:22   | Killed Suciuloe the pandemonium lord
601193 | Zig:22   | Killed Guycerghe the pandemonium lord
601193 | Zig:22   | Noticed Tiyc the pandemonium lord
601194 | Zig:22   | Killed Fyulywac the pandemonium lord
601194 | Zig:22   | Noticed Cines the pandemonium lord
601194 | Zig:22   | Noticed Atoutumi the pandemonium lord
601195 | Zig:22   | Killed Yteju the pandemonium lord
601195 | Zig:22   | Killed Caanagyu the pandemonium lord
601195 | Zig:22   | Noticed Evicviump the pandemonium lord
601196 | Zig:22   | Killed Atoutumi the pandemonium lord
601196 | Zig:22   | Killed Tiyc the pandemonium lord
601197 | Zig:22   | Killed Fuusis the pandemonium lord
601197 | Zig:22   | Noticed Loek the pandemonium lord
601198 | Zig:22   | Noticed Tank the pandemonium lord
601198 | Zig:22   | Killed Cines the pandemonium lord
601198 | Zig:22   | Noticed Guqoon the pandemonium lord
601198 | Zig:22   | Noticed Noeterot the pandemonium lord
601198 | Zig:22   | Noticed Poffis the pandemonium lord
601199 | Zig:22   | Noticed Poen the pandemonium lord
601199 | Zig:22   | Noticed Vizahyn the pandemonium lord
601200 | Zig:22   | Killed Guqoon the pandemonium lord
601201 | Zig:22   | Noticed Icseann the pandemonium lord
601201 | Zig:22   | Noticed Ereuggy the pandemonium lord
601201 | Zig:22   | Killed Evicviump the pandemonium lord
601201 | Zig:22   | Killed Noeterot the pandemonium lord
601201 | Zig:22   | Noticed Fuegyquv the pandemonium lord
601202 | Zig:22   | Noticed Upad the pandemonium lord
601202 | Zig:22   | Killed Tank the pandemonium lord
601202 | Zig:22   | Killed Icseann the pandemonium lord
601202 | Zig:22   | Killed Poen the pandemonium lord
601202 | Zig:22   | Killed Loek the pandemonium lord
601202 | Zig:22   | Killed Ereuggy the pandemonium lord
601203 | Zig:22   | Killed Upad the pandemonium lord
601203 | Zig:22   | Killed Fuegyquv the pandemonium lord
601203 | Zig:22   | Noticed Lyowued the pandemonium lord
601203 | Zig:22   | Noticed Zaomibb the pandemonium lord
601204 | Zig:22   | Killed Vizahyn the pandemonium lord
601206 | Zig:22   | Killed Poffis the pandemonium lord
601206 | Zig:22   | Noticed Rupp the pandemonium lord
601206 | Zig:22   | Noticed Tuilic the pandemonium lord
601206 | Zig:22   | Noticed Ziteof the pandemonium lord
601207 | Zig:22   | Noticed Xoukiner the pandemonium lord
601207 | Zig:22   | Killed Zaomibb the pandemonium lord
601207 | Zig:22   | Killed Lyowued the pandemonium lord
601208 | Zig:22   | Noticed Haifi the pandemonium lord
601208 | Zig:22   | Noticed Deyselit the pandemonium lord
601209 | Zig:22   | Killed Tuilic the pandemonium lord
601209 | Zig:22   | Noticed Nuok the pandemonium lord
601210 | Zig:22   | Killed Ziteof the pandemonium lord
601210 | Zig:22   | Noticed Loraumel the pandemonium lord
601210 | Zig:22   | Noticed Arphog the pandemonium lord
601210 | Zig:22   | Noticed Agituh the pandemonium lord
601211 | Zig:22   | Killed Deyselit the pandemonium lord
601211 | Zig:22   | Killed Rupp the pandemonium lord
601211 | Zig:22   | Killed Haifi the pandemonium lord
601211 | Zig:22   | Noticed Parph the pandemonium lord
601212 | Zig:22   | Killed Xoukiner the pandemonium lord
601212 | Zig:22   | Killed Nuok the pandemonium lord
601213 | Zig:22   | Killed Agituh the pandemonium lord
601213 | Zig:22   | Killed Arphog the pandemonium lord
601214 | Zig:22   | Killed Loraumel the pandemonium lord
601214 | Zig:22   | Noticed Biocroy the pandemonium lord
601214 | Zig:22   | Noticed Ewal the pandemonium lord
601214 | Zig:22   | Noticed Amigufofi the pandemonium lord
601215 | Zig:22   | Noticed Esojedodi the pandemonium lord
601215 | Zig:22   | Noticed Umieniq the pandemonium lord
601217 | Zig:22   | Killed Parph the pandemonium lord
601217 | Zig:22   | Killed Ewal the pandemonium lord
601217 | Zig:22   | Killed Biocroy the pandemonium lord
601217 | Zig:22   | Noticed Luor the pandemonium lord
601218 | Zig:22   | Killed Amigufofi the pandemonium lord
601219 | Zig:22   | Killed Esojedodi the pandemonium lord
601219 | Zig:22   | Killed Umieniq the pandemonium lord
601221 | Zig:22   | Killed Luor the pandemonium lord
601221 | Zig:22   | Noticed Sipsez the pandemonium lord
601223 | Zig:22   | Killed Sipsez the pandemonium lord
601224 | Zig:22   | Noticed Ogilopp the pandemonium lord
601224 | Zig:22   | Noticed Deurroun the pandemonium lord
601226 | Zig:22   | Killed Deurroun the pandemonium lord
601226 | Zig:22   | Noticed Holuab the pandemonium lord
601227 | Zig:22   | Killed Holuab the pandemonium lord
601227 | Zig:22   | Noticed Wocisous the pandemonium lord
601228 | Zig:22   | Noticed Ruedise the pandemonium lord
601229 | Zig:22   | Killed Wocisous the pandemonium lord
601230 | Zig:22   | Killed Ruedise the pandemonium lord
601230 | Zig:22   | Killed Ogilopp the pandemonium lord
601231 | Zig:22   | Noticed Ediufije the pandemonium lord
601232 | Zig:22   | Noticed Oquip the pandemonium lord
601234 | Zig:22   | Killed Ediufije the pandemonium lord
601235 | Zig:22   | Killed Oquip the pandemonium lord
601235 | Zig:22   | Noticed Juny the pandemonium lord
601236 | Zig:22   | Noticed Ananauro the pandemonium lord
601237 | Zig:22   | Killed Juny the pandemonium lord
601237 | Zig:22   | Noticed Eril the pandemonium lord
601238 | Zig:22   | Noticed Leingoma the pandemonium lord
601239 | Zig:22   | Killed Leingoma the pandemonium lord
601240 | Zig:22   | Killed Eril the pandemonium lord
601241 | Zig:22   | Killed Ananauro the pandemonium lord
601241 | Zig:22   | Noticed Kolleoh the pandemonium lord
601243 | Zig:22   | Killed Kolleoh the pandemonium lord
601268 | Zig:22   | Identified the +0 buckler of Temperance {Rampage MP+9}
601529 | Zig:23   | Entered Level 23 of a ziggurat
601555 | Zig:23   | Noticed Duki Fit the pandemonium lord
601565 | Zig:23   | Killed Duki Fit the pandemonium lord
601644 | Zig:23   | Identified the ring of Reygomm {rElec Str-2 SInv Stlth+}
601770 | Zig:23   | Identified the amulet of Waji {Acrobat rCorr Int+4}
601833 | Zig:23   | Identified the +11 battleaxe of Qazlal's Approval {elec,
                  | rCorr MP+9}
602175 | Zig:23   | Identified the +5 quick blade "Earthworm" {holy, *Rage
                  | rPois MP-9 Str+8}
602189 | Zig:24   | Entered Level 24 of a ziggurat
602215 | Zig:24   | Identified the +7 long sword "Hydrabane" {vorpal, rC+}
602227 | Zig:24   | Identified the ring "Gilaetz" {Fly rF++}
602233 | Zig:24   | Identified the ring "Lession" {rN+ SInv}
602234 | Zig:24   | Identified the +5 quick blade "Ihowit" {drain, Int+2 SInv}
602243 | Zig:24   | Identified the ring of Cixkogant {Ice Drain rElec rN++
                  | Str+2}
602257 | Zig:24   | Identified the +5 broad axe of Nanis {vamp, rF+ rC+}
602714 | Zig:24   | Identified the +4 flail "Qokasib" {freeze, Str+4}
602742 | Zig:24   | Identified the amulet "Kiulog" {rPois rF+ rN+ Regen+}
602747 | Zig:24   | Identified the +4 cloak of the Untouchables {rF+ rC+ Int-4}
602810 | Zig:24   | Identified the +4 dagger "Cafer" {speed, *Slow rElec Int+3}
602826 | Zig:25   | Entered Level 25 of a ziggurat
602826 | Zig:25   | Identified the +0 tower shield of Uskayaw's Pride {Int+2}
602826 | Zig:25   | Identified the +1 tower shield of Juedil {Int+6 SInv}
602829 | Zig:25   | Identified the +1 tower shield of the Dragon {rElec Will-
                  | Dex+2 Stlth+}
602831 | Zig:25   | Identified the +2 buckler of Snakes and Ladders {rC+++
                  | Will- Str+3}
602834 | Zig:25   | Identified the -1 buckler "Qetolan" {MP+9}
602835 | Zig:25   | Identified the +0 tower shield "Batyo" {Regen+ MP+9}
602836 | Zig:25   | Identified the +1 tower shield "Ilom" {Contam Dex+4 SInv}
602839 | Zig:25   | Identified the +6 tower shield of Hepliaklqana's Fury {rC+
                  | rCorr Stlth+}
602843 | Zig:25   | Identified the +1 tower shield of the Other World {rF+ rC+
                  | Dex+3 Stlth+}
602846 | Zig:25   | Identified the +0 buckler "Kiamoerch" {Dex+2}
603096 | Zig:25   | Identified the ring of Temptation {EV+4 Dex+5 Stlth-}
603102 | Zig:25   | Identified the +0 falchion of the Dull God {freeze, Will+
                  | Int+2}
603112 | Zig:25   | Identified the +7 short sword of Governance {vorpal, Contam
                  | Str+5}
603655 | Zig:26   | Entered Level 26 of a ziggurat
603720 | Zig:26   | Identified the ring of Kyd Gei {rN+ Slay+2}
603721 | Zig:26   | Identified the +10 glaive "Plog" {vorpal, Dex+2}
603876 | Zig:26   | Identified the ring "Zoonawuh" {Wiz Slay+3 SInv}
603892 | Zig:26   | Identified the +1 shortbow of Ointment {vorpal, Int+9}
603902 | Zig:26   | Identified the +4 hand crossbow of Temperance {venom, rElec
                  | rC+ rN+ Str-2}
603934 | Zig:26   | Identified the +3 spear of Otumiph {pain, rF+ rN+ Str+2}
603944 | Zig:26   | Identified the +4 ring mail of Huzyfy {+Blink rN+ rCorr
                  | Str-3}
604333 | Zig:26   | Identified the +0 ring mail of Pleasant Breezes {Will+
                  | Regen+}
604347 | Zig:26   | Identified the +2 rapier of Quick Death {pain, Int+2}
604368 | Zig:26   | Identified the +7 hand axe "Daink" {vorpal, +Blink Fly}
604376 | Zig:26   | Identified the +10 hand crossbow "Joathyw" {speed, +Blink
                  | rElec Dex+2 Stlth-}
604402 | Zig:26   | Identified the +0 buckler of Lidugesch {rF+ rN+}
604480 | Zig:27   | Entered Level 27 of a ziggurat
604483 | Zig:27   | Noticed a dread lich
604483 | Zig:27   | Killed a dread lich
605074 | Zig:27   | Identified the ring "Mocsukou" {MP+9 AC+4 Int-2 Slay+5
                  | Stlth+}
605087 | Zig:27   | Identified the +5 arbalest of Shimmering Destruction
                  | {penet, rCorr}
605090 | Zig:27   | Identified the +6 arbalest of the Viny God {penet, rElec
                  | rF+ rCorr Str-5}
605202 | Hell     | Acquired 1068 gold pieces
605203 | Hell     | Acquired 806 gold pieces
605204 | Hell     | Acquired 578 gold pieces
605205 | Hell     | Acquired 891 gold pieces
605206 | Hell     | Acquired 680 gold pieces
605207 | Hell     | Acquired 659 gold pieces
605208 | Hell     | Acquired 896 gold pieces
605209 | Hell     | Acquired 1143 gold pieces
605210 | Hell     | Acquired 620 gold pieces
605259 | Zig:1    | Entered Level 1 of a ziggurat
605259 | Zig:1    | Noticed a juggernaut
605260 | Zig:1    | Killed a juggernaut
605329 | Zig:2    | Entered Level 2 of a ziggurat
605329 | Zig:2    | Noticed a dread lich
605329 | Zig:2    | Noticed a dread lich
605329 | Zig:2    | Noticed an ancient lich
605329 | Zig:2    | Noticed an ancient lich
605329 | Zig:2    | Noticed an ancient lich
605329 | Zig:2    | Noticed an ancient lich
605329 | Zig:2    | Noticed a dread lich
605330 | Zig:2    | Noticed an ancient lich
605330 | Zig:2    | Noticed an ancient lich
605333 | Zig:2    | Killed an ancient lich
605334 | Zig:2    | Killed an ancient lich
605334 | Zig:2    | Killed a dread lich
605335 | Zig:2    | Killed an ancient lich
605335 | Zig:2    | Killed an ancient lich
605335 | Zig:2    | Killed a dread lich
605336 | Zig:2    | Killed a dread lich
605336 | Zig:2    | Killed an ancient lich
605337 | Zig:2    | Killed an ancient lich
605407 | Zig:3    | Entered Level 3 of a ziggurat
605503 | Zig:3    | Identified the +7 morningstar of Resourcefulness {vorpal,
                  | rPois Int+3}
605508 | Zig:4    | Entered Level 4 of a ziggurat
605652 | Zig:5    | Entered Level 5 of a ziggurat
605652 | Zig:5    | Noticed an ancient lich
605652 | Zig:5    | Noticed an ancient lich
605653 | Zig:5    | Noticed an ancient lich
605653 | Zig:5    | Noticed an ancient lich
605653 | Zig:5    | Noticed a dread lich
605655 | Zig:5    | Noticed a dread lich
605655 | Zig:5    | Noticed an ancient lich
605656 | Zig:5    | Noticed an ancient lich
605656 | Zig:5    | Noticed a dread lich
605657 | Zig:5    | Noticed an ancient lich
605657 | Zig:5    | Killed an ancient lich
605657 | Zig:5    | Killed an ancient lich
605657 | Zig:5    | Killed a dread lich
605657 | Zig:5    | Killed a dread lich
605657 | Zig:5    | Killed an ancient lich
605658 | Zig:5    | Killed an ancient lich
605658 | Zig:5    | Killed an ancient lich
605658 | Zig:5    | Killed an ancient lich
605658 | Zig:5    | Killed an ancient lich
605658 | Zig:5    | Killed a dread lich
605658 | Zig:5    | Killed an ancient lich
605658 | Zig:5    | Noticed an ancient lich
605659 | Zig:5    | Killed an ancient lich
605659 | Zig:5    | Noticed an ancient lich
605661 | Zig:5    | Killed an ancient lich
605785 | Zig:5    | Identified the +9 war axe "Hellblazer" {protect, rElec
                  | rPois rF++ Int-5}
605790 | Zig:6    | Entered Level 6 of a ziggurat
605790 | Zig:6    | Noticed a royal mummy
605790 | Zig:6    | Noticed a royal mummy
605790 | Zig:6    | Noticed a royal mummy
605790 | Zig:6    | Noticed a royal mummy
605790 | Zig:6    | Noticed a royal mummy
605790 | Zig:6    | Noticed a royal mummy
605790 | Zig:6    | Noticed a royal mummy
605790 | Zig:6    | Noticed a royal mummy
605791 | Zig:6    | Killed a royal mummy
605791 | Zig:6    | Killed a royal mummy
605791 | Zig:6    | Killed a royal mummy
605791 | Zig:6    | Killed a royal mummy
605791 | Zig:6    | Killed a royal mummy
605791 | Zig:6    | Killed a royal mummy
605791 | Zig:6    | Killed a royal mummy
605792 | Zig:6    | Noticed a royal mummy
605794 | Zig:6    | Noticed a royal mummy
605796 | Zig:6    | Killed a royal mummy
605796 | Zig:6    | Killed a royal mummy
605796 | Zig:6    | Killed a royal mummy
606006 | Zig:6    | Identified the +4 quarterstaff "Ethrew" {flame, rElec
                  | Will+}
606013 | Zig:7    | Entered Level 7 of a ziggurat
606013 | Zig:7    | Noticed Yddop Emamn the pandemonium lord
606013 | Zig:7    | Noticed Wutuapto the pandemonium lord
606013 | Zig:7    | Noticed Iwuir the pandemonium lord
606013 | Zig:7    | Noticed Xyac Ikh the pandemonium lord
606013 | Zig:7    | Noticed Jatar the pandemonium lord
606013 | Zig:7    | Noticed Diripu the pandemonium lord
606013 | Zig:7    | Noticed Fehunew the pandemonium lord
606013 | Zig:7    | Noticed Onoifa the pandemonium lord
606013 | Zig:7    | Noticed Kinas the pandemonium lord
606013 | Zig:7    | Noticed Tutwoo Qank the pandemonium lord
606015 | Zig:7    | Noticed Irolikel the pandemonium lord
606015 | Zig:7    | Killed Tutwoo Qank the pandemonium lord
606015 | Zig:7    | Killed Wutuapto the pandemonium lord
606015 | Zig:7    | Noticed Nuhad the pandemonium lord
606015 | Zig:7    | Noticed Tosearip the pandemonium lord
606015 | Zig:7    | Noticed Evebam the pandemonium lord
606016 | Zig:7    | Killed Onoifa the pandemonium lord
606016 | Zig:7    | Killed Diripu the pandemonium lord
606016 | Zig:7    | Killed Kinas the pandemonium lord
606016 | Zig:7    | Killed Xyac Ikh the pandemonium lord
606017 | Zig:7    | Killed Fehunew the pandemonium lord
606017 | Zig:7    | Killed Jatar the pandemonium lord
606017 | Zig:7    | Killed Yddop Emamn the pandemonium lord
606017 | Zig:7    | Noticed Bawiytaw the pandemonium lord
606017 | Zig:7    | Noticed Gewuusch the pandemonium lord
606018 | Zig:7    | Killed Iwuir the pandemonium lord
606018 | Zig:7    | Killed Evebam the pandemonium lord
606018 | Zig:7    | Killed Nuhad the pandemonium lord
606018 | Zig:7    | Noticed Seziam the pandemonium lord
606019 | Zig:7    | Killed Irolikel the pandemonium lord
606019 | Zig:7    | Killed Bawiytaw the pandemonium lord
606019 | Zig:7    | Noticed Muyvvo the pandemonium lord
606021 | Zig:7    | Noticed Xelioto the pandemonium lord
606021 | Zig:7    | Noticed Kawavog the pandemonium lord
606022 | Zig:7    | Killed Gewuusch the pandemonium lord
606022 | Zig:7    | Killed Seziam the pandemonium lord
606022 | Zig:7    | Killed Tosearip the pandemonium lord
606022 | Zig:7    | Noticed Ferag the pandemonium lord
606023 | Zig:7    | Noticed Riawoeckif the pandemonium lord
606024 | Zig:7    | Killed Muyvvo the pandemonium lord
606024 | Zig:7    | Killed Kawavog the pandemonium lord
606025 | Zig:7    | Killed Ferag the pandemonium lord
606026 | Zig:7    | Killed Xelioto the pandemonium lord
606028 | Zig:7    | Killed Riawoeckif the pandemonium lord
606032 | Zig:7    | Noticed Aci Pauduo the pandemonium lord
606032 | Zig:7    | Noticed Jiwul the pandemonium lord
606032 | Zig:7    | Noticed Lotwej the pandemonium lord
606034 | Zig:7    | Killed Aci Pauduo the pandemonium lord
606034 | Zig:7    | Killed Lotwej the pandemonium lord
606035 | Zig:7    | Killed Jiwul the pandemonium lord
606250 | Zig:8    | Entered Level 8 of a ziggurat
606556 | Zig:8    | Identified the +8 hunting sling of Foul Odours {flame, rN+
                  | rCorr Str-4 Dex+3}
606572 | Zig:8    | Identified the +6 hand axe of Watchfulness {vorpal, rPois
                  | rC+ Str+2}
606584 | Zig:8    | Identified the +6 glaive "Miot Heh" {drain, Fragile rF+ rN+
                  | Str+2}
606590 | Zig:8    | Identified the +10 trident of Douvots {freeze, Will+ Int+5}
606608 | Zig:8    | Identified the ring of Xasaw {rF+ MP+9}
606682 | Zig:9    | Entered Level 9 of a ziggurat
606682 | Zig:9    | Noticed an ancient lich
606682 | Zig:9    | Noticed an ancient lich
606682 | Zig:9    | Noticed an ancient lich
606682 | Zig:9    | Noticed a dread lich
606682 | Zig:9    | Noticed an ancient lich
606684 | Zig:9    | Noticed a dread lich
606685 | Zig:9    | Noticed a dread lich
606686 | Zig:9    | Noticed a dread lich
606687 | Zig:9    | Killed an ancient lich
606687 | Zig:9    | Killed a dread lich
606687 | Zig:9    | Killed an ancient lich
606688 | Zig:9    | Noticed an ancient lich
606688 | Zig:9    | Noticed an ancient lich
606688 | Zig:9    | Noticed a dread lich
606689 | Zig:9    | Killed an ancient lich
606691 | Zig:9    | Noticed a dread lich
606692 | Zig:9    | Killed a dread lich
606693 | Zig:9    | Killed a dread lich
606694 | Zig:9    | Killed a dread lich
606694 | Zig:9    | Killed an ancient lich
606695 | Zig:9    | Killed a dread lich
606695 | Zig:9    | Killed an ancient lich
606695 | Zig:9    | Killed an ancient lich
606695 | Zig:9    | Killed a dread lich
606768 | Zig:9    | Identified the +9 hand axe of the Evil Eye {drain, *Noise
                  | Str+6 Dex-2 Stlth+}
606770 | Zig:9    | Identified the amulet of Wiretsul {RegenMP Fragile +Blink
                  | rPois}
606774 | Zig:9    | Identified the +8 quarterstaff of Demonkind {vorpal, rF+
                  | Str+4}
606995 | Zig:10   | Entered Level 10 of a ziggurat
607326 | Zig:10   | Identified the +12 plate armour of Qiuhei {+Inv rElec Int-3
                  | Dex+8}
607400 | Zig:11   | Entered Level 11 of a ziggurat
607768 | Zig:12   | Entered Level 12 of a ziggurat
607768 | Zig:12   | Noticed a dread lich
607769 | Zig:12   | Killed a dread lich
607776 | Zig:12   | Killed a starcursed mass
607777 | Zig:12   | Noticed an ancient lich
607784 | Zig:12   | Killed an ancient lich
607806 | Zig:12   | Identified the +4 halberd of the Brain {speed, Int+2 SInv
                  | Stlth+}
607811 | Zig:12   | Identified the +6 longbow "Cookie Cutter" {venom, rF++
                  | Str+3 Stlth+}
608133 | Zig:12   | Identified the +4 whip "Jiovvea" {vorpal, Dex+4}
608151 | Zig:12   | Identified the +9 glaive "Jaxam" {drain, Int+2 Dex+3}
608156 | Zig:12   | Identified the +9 scale mail "Holot" {rC+ Str+3 Dex-4}
608234 | Zig:12   | Identified the ring of Midsummer {*Slow rC+ Str+2 Dex+6
                  | SInv}
608241 | Zig:12   | Identified the +7 trident of Cowardice {vorpal, Int+3}
608255 | Zig:13   | Entered Level 13 of a ziggurat
608277 | Zig:13   | Identified the +4 falchion of Zimedeif {freeze, MP+9 Int+6
                  | Stlth-}
608368 | Zig:13   | Identified the +1 pair of gloves of Death Resistance {+Inv
                  | rF+ Dex+3}
608401 | Zig:13   | Identified the +9 morningstar of Spite {flame, rF- Dex+4}
608645 | Zig:14   | Entered Level 14 of a ziggurat
608672 | Zig:14   | Identified the ring of Keotheov {Fly rPois rF+ rN++}
608675 | Zig:14   | Identified the +1 leather armour of the Blue Moon {Will++
                  | Dex+4}
608678 | Zig:14   | Identified the ring "Geeg" {rC+ rN++ Will- MP+9}
608893 | Zig:14   | Identified the +10 long sword of Abomination {antimagic,
                  | rC++}
608963 | Zig:14   | Identified the +7 spear of the Swamp {vorpal, Int+5}
608976 | Zig:15   | Entered Level 15 of a ziggurat
609068 | Zig:15   | Identified the ring of Couleix {rElec rPois rCorr Str+3
                  | Dex-2}
609087 | Zig:15   | Identified the ring "Kuloeh" {rC+ Int+8}
609120 | Zig:15   | Identified the ring "Zacisonty" {rF+ Str+4 Dex-4}
609644 | Zig:16   | Entered Level 16 of a ziggurat
609652 | Zig:16   | Noticed a dread lich
609653 | Zig:16   | Killed a dread lich
609689 | Zig:16   | Identified the +1 shortbow of Skirmishing {venom, rElec
                  | Str-4 Int+7}
609967 | Zig:16   | Identified the +9 scythe of Ommo {flame, MP+9 SInv}
609971 | Zig:16   | Identified the +1 dagger of Anxiety {vorpal, Stlth+}
609975 | Zig:16   | Identified the amulet of Egucweq {RegenMP rF++ rC- Str+2
                  | Dex-3}
609979 | Zig:16   | Identified the ring "Lamul" {rElec EV+4}
610070 | Zig:16   | Identified the +1 barding of Untruth {rElec rC+++ Will++
                  | Str-3}
610072 | Zig:16   | Identified the amulet "Intitri" {RegenMP Rampage Fragile
                  | Will+++ Int+3}
610079 | Zig:16   | Identified the +6 hand axe "Cithroumi" {vorpal, *Slow Will+
                  | Int+3}
610125 | Zig:16   | Identified the +0 pair of gloves of Gyrirr {Contam Rampage
                  | MP+9 Str+2}
610132 | Zig:17   | Entered Level 17 of a ziggurat
610185 | Zig:17   | Identified the ring of Virtue {rPois rC++ MP+9 Str+6 Dex-5}
610230 | Zig:17   | Identified the ring "Amutuz" {Ice *Slow Str-3 Int+6}
610246 | Zig:17   | Identified the +7 trident of the Goat {vorpal, *Noise
                  | +Blink Str+7}
610254 | Zig:17   | Identified the +1 scale mail of the Howling Gods {rCorr
                  | Dex+3}
610638 | Zig:18   | Entered Level 18 of a ziggurat
610641 | Zig:18   | Noticed an orb of fire
610641 | Zig:18   | Noticed an orb of fire
610642 | Zig:18   | Noticed an orb of fire
610642 | Zig:18   | Noticed an orb of fire
610643 | Zig:18   | Noticed an orb of fire
610644 | Zig:18   | Noticed an orb of fire
610644 | Zig:18   | Noticed an orb of fire
610644 | Zig:18   | Noticed an orb of fire
610645 | Zig:18   | Noticed an orb of fire
610645 | Zig:18   | Killed an orb of fire
610646 | Zig:18   | Killed an orb of fire
610646 | Zig:18   | Killed an orb of fire
610646 | Zig:18   | Noticed an orb of fire
610646 | Zig:18   | Noticed an orb of fire
610647 | Zig:18   | Killed an orb of fire
610647 | Zig:18   | Killed an orb of fire
610647 | Zig:18   | Noticed an orb of fire
610648 | Zig:18   | Killed an orb of fire
610648 | Zig:18   | Killed an orb of fire
610648 | Zig:18   | Noticed an orb of fire
610648 | Zig:18   | Noticed an orb of fire
610648 | Zig:18   | Noticed an orb of fire
610649 | Zig:18   | Killed an orb of fire
610649 | Zig:18   | Killed an orb of fire
610649 | Zig:18   | Noticed an orb of fire
610650 | Zig:18   | Killed an orb of fire
610650 | Zig:18   | Killed an orb of fire
610650 | Zig:18   | Killed an orb of fire
610650 | Zig:18   | Noticed an orb of fire
610650 | Zig:18   | Noticed an orb of fire
610650 | Zig:18   | Noticed an orb of fire
610651 | Zig:18   | Noticed an orb of fire
610651 | Zig:18   | Noticed an orb of fire
610652 | Zig:18   | Killed an orb of fire
610652 | Zig:18   | Noticed an orb of fire
610652 | Zig:18   | Noticed an orb of fire
610653 | Zig:18   | Killed an orb of fire
610653 | Zig:18   | Killed an orb of fire
610653 | Zig:18   | Killed an orb of fire
610653 | Zig:18   | Killed an orb of fire
610653 | Zig:18   | Noticed an orb of fire
610653 | Zig:18   | Noticed an orb of fire
610654 | Zig:18   | Killed an orb of fire
610654 | Zig:18   | Noticed an orb of fire
610655 | Zig:18   | Noticed an orb of fire
610655 | Zig:18   | Killed an orb of fire
610655 | Zig:18   | Killed an orb of fire
610655 | Zig:18   | Noticed an orb of fire
610655 | Zig:18   | Noticed an orb of fire
610656 | Zig:18   | Killed an orb of fire
610656 | Zig:18   | Killed an orb of fire
610656 | Zig:18   | Noticed an orb of fire
610657 | Zig:18   | Killed an orb of fire
610657 | Zig:18   | Killed an orb of fire
610657 | Zig:18   | Noticed an orb of fire
610658 | Zig:18   | Killed an orb of fire
610658 | Zig:18   | Killed an orb of fire
610658 | Zig:18   | Noticed an orb of fire
610659 | Zig:18   | Killed an orb of fire
610659 | Zig:18   | Killed an orb of fire
610659 | Zig:18   | Noticed an orb of fire
610659 | Zig:18   | Noticed an orb of fire
610660 | Zig:18   | Noticed an orb of fire
610660 | Zig:18   | Killed an orb of fire
610660 | Zig:18   | Killed an orb of fire
610661 | Zig:18   | Killed an orb of fire
610661 | Zig:18   | Killed an orb of fire
610661 | Zig:18   | Noticed an orb of fire
610661 | Zig:18   | Noticed an orb of fire
610662 | Zig:18   | Killed an orb of fire
610662 | Zig:18   | Noticed an orb of fire
610663 | Zig:18   | Noticed an orb of fire
610663 | Zig:18   | Noticed an orb of fire
610664 | Zig:18   | Killed an orb of fire
610664 | Zig:18   | Killed an orb of fire
610664 | Zig:18   | Noticed an orb of fire
610665 | Zig:18   | Killed an orb of fire
610665 | Zig:18   | Killed an orb of fire
610666 | Zig:18   | Killed an orb of fire
610666 | Zig:18   | Killed an orb of fire
610666 | Zig:18   | Noticed an orb of fire
610666 | Zig:18   | Noticed an orb of fire
610666 | Zig:18   | Noticed an orb of fire
610667 | Zig:18   | Killed an orb of fire
610667 | Zig:18   | Noticed an orb of fire
610667 | Zig:18   | Noticed an orb of fire
610667 | Zig:18   | Noticed an orb of fire
610668 | Zig:18   | Killed an orb of fire
610668 | Zig:18   | Noticed an orb of fire
610669 | Zig:18   | Killed an orb of fire
610669 | Zig:18   | Killed an orb of fire
610669 | Zig:18   | Killed an orb of fire
610669 | Zig:18   | Killed an orb of fire
610669 | Zig:18   | Noticed an orb of fire
610669 | Zig:18   | Noticed an orb of fire
610669 | Zig:18   | Noticed an orb of fire
610671 | Zig:18   | Killed an orb of fire
610671 | Zig:18   | Killed an orb of fire
610671 | Zig:18   | Killed an orb of fire
610672 | Zig:18   | Killed an orb of fire
610672 | Zig:18   | Killed an orb of fire
610672 | Zig:18   | Killed an orb of fire
610672 | Zig:18   | Noticed an orb of fire
610672 | Zig:18   | Noticed an orb of fire
610673 | Zig:18   | Noticed an orb of fire
610674 | Zig:18   | Noticed an orb of fire
610675 | Zig:18   | Killed an orb of fire
610675 | Zig:18   | Noticed an orb of fire
610676 | Zig:18   | Killed an orb of fire
610676 | Zig:18   | Killed an orb of fire
610676 | Zig:18   | Noticed an orb of fire
610677 | Zig:18   | Noticed an orb of fire
610677 | Zig:18   | Noticed an orb of fire
610677 | Zig:18   | Noticed an orb of fire
610678 | Zig:18   | Killed an orb of fire
610679 | Zig:18   | Noticed an orb of fire
610680 | Zig:18   | Killed an orb of fire
610680 | Zig:18   | Noticed an orb of fire
610680 | Zig:18   | Noticed an orb of fire
610681 | Zig:18   | Killed an orb of fire
610681 | Zig:18   | Killed an orb of fire
610681 | Zig:18   | Killed an orb of fire
610681 | Zig:18   | Killed an orb of fire
610681 | Zig:18   | Killed an orb of fire
610683 | Zig:18   | Killed an orb of fire
610684 | Zig:18   | Killed an orb of fire
610684 | Zig:18   | Noticed an orb of fire
610687 | Zig:18   | Killed an orb of fire
610689 | Zig:18   | Noticed an orb of fire
610691 | Zig:18   | Killed an orb of fire
610700 | Zig:18   | Noticed an orb of fire
610705 | Zig:18   | Killed an orb of fire
610830 | Zig:18   | Identified the ring "Duonusul" {Fly rCorr MP+9}
610831 | Zig:18   | Identified the amulet "Mehi" {Reflect -Cast rF+ Str+5 SH+5}
610856 | Zig:18   | Identified the ring of Venoc {*Corrode Drain rN+++ Str+6
                  | SInv}
610861 | Zig:18   | Identified the ring of Surprise {rN++ MP+9 Str+4}
610875 | Zig:19   | Entered Level 19 of a ziggurat
611077 | Zig:19   | Identified the +4 flail of Woxerokk {drain, *Rage rPois rF+
                  | Str+7}
611089 | Zig:19   | Identified the ring "Cavu" {Str+3 Int+2 Dex+6}
611091 | Zig:19   | Identified the ring of Qafuostu {rCorr Str+6 Stlth+}
611105 | Zig:19   | Identified the +0 plate armour of Focus {Str+3 Dex+2}
611127 | Zig:19   | Identified the +1 gold dragon scales "Sugg" {Rampage rPois
                  | rF+ rC+ Dex+2}
611139 | Zig:19   | Identified the +8 scale mail "Ynobuija" {Dex+3 Slay-3
                  | Stlth+}
611765 | Zig:19   | Identified the ring of Pyromania {Will+ Str+4}
611769 | Zig:19   | Identified the ring "Duma" {rPois Dex+7}
611787 | Zig:20   | Entered Level 20 of a ziggurat
611787 | Zig:20   | Noticed a royal mummy
611787 | Zig:20   | Noticed a royal mummy
611787 | Zig:20   | Noticed a royal mummy
611787 | Zig:20   | Noticed a royal mummy
611787 | Zig:20   | Noticed a royal mummy
611787 | Zig:20   | Noticed a royal mummy
611787 | Zig:20   | Noticed a royal mummy
611787 | Zig:20   | Noticed a royal mummy
611787 | Zig:20   | Noticed a royal mummy
611787 | Zig:20   | Noticed a royal mummy
611787 | Zig:20   | Noticed a royal mummy
611787 | Zig:20   | Noticed a royal mummy
611787 | Zig:20   | Noticed a royal mummy
611789 | Zig:20   | Noticed a royal mummy
611789 | Zig:20   | Noticed a royal mummy
611789 | Zig:20   | Noticed a royal mummy
611789 | Zig:20   | Noticed a royal mummy
611789 | Zig:20   | Noticed a royal mummy
611790 | Zig:20   | Noticed a royal mummy
611791 | Zig:20   | Killed a royal mummy
611791 | Zig:20   | Killed a royal mummy
611791 | Zig:20   | Killed a royal mummy
611791 | Zig:20   | Killed a royal mummy
611791 | Zig:20   | Killed a royal mummy
611791 | Zig:20   | Killed a royal mummy
611791 | Zig:20   | Killed a royal mummy
611791 | Zig:20   | Noticed a royal mummy
611791 | Zig:20   | Noticed a royal mummy
611792 | Zig:20   | Noticed a royal mummy
611792 | Zig:20   | Noticed a royal mummy
611793 | Zig:20   | Noticed a royal mummy
611793 | Zig:20   | Noticed a royal mummy
611793 | Zig:20   | Noticed a royal mummy
611794 | Zig:20   | Noticed a royal mummy
611795 | Zig:20   | Noticed a royal mummy
611796 | Zig:20   | Noticed a royal mummy
611796 | Zig:20   | Noticed a royal mummy
611797 | Zig:20   | Killed a royal mummy
611797 | Zig:20   | Killed a royal mummy
611797 | Zig:20   | Killed a royal mummy
611797 | Zig:20   | Killed a royal mummy
611797 | Zig:20   | Killed a royal mummy
611797 | Zig:20   | Killed a royal mummy
611797 | Zig:20   | Killed a royal mummy
611797 | Zig:20   | Killed a royal mummy
611797 | Zig:20   | Killed a royal mummy
611797 | Zig:20   | Killed a royal mummy
611797 | Zig:20   | Killed a royal mummy
611797 | Zig:20   | Killed a royal mummy
611797 | Zig:20   | Killed a royal mummy
611797 | Zig:20   | Killed a royal mummy
611797 | Zig:20   | Noticed a royal mummy
611798 | Zig:20   | Killed a royal mummy
611798 | Zig:20   | Killed a royal mummy
611798 | Zig:20   | Noticed a royal mummy
611799 | Zig:20   | Noticed a royal mummy
611799 | Zig:20   | Noticed a royal mummy
611799 | Zig:20   | Noticed a royal mummy
611800 | Zig:20   | Killed a royal mummy
611800 | Zig:20   | Killed a royal mummy
611800 | Zig:20   | Killed a royal mummy
611800 | Zig:20   | Killed a royal mummy
611800 | Zig:20   | Killed a royal mummy
611800 | Zig:20   | Killed a royal mummy
611800 | Zig:20   | Killed a royal mummy
611800 | Zig:20   | Killed a royal mummy
611800 | Zig:20   | Killed a royal mummy
611800 | Zig:20   | Killed a royal mummy
611801 | Zig:20   | Noticed a royal mummy
611801 | Zig:20   | Noticed a royal mummy
611803 | Zig:20   | Noticed a royal mummy
611804 | Zig:20   | Noticed a royal mummy
611804 | Zig:20   | Noticed a royal mummy
611805 | Zig:20   | Killed a royal mummy
611805 | Zig:20   | Noticed a royal mummy
611806 | Zig:20   | Killed a royal mummy
611806 | Zig:20   | Noticed a royal mummy
611806 | Zig:20   | Noticed a royal mummy
611807 | Zig:20   | Killed a royal mummy
611807 | Zig:20   | Killed a royal mummy
611807 | Zig:20   | Killed a royal mummy
611807 | Zig:20   | Killed a royal mummy
611807 | Zig:20   | Noticed a royal mummy
611808 | Zig:20   | Noticed a royal mummy
611808 | Zig:20   | Noticed a royal mummy
611808 | Zig:20   | Noticed a royal mummy
611809 | Zig:20   | Noticed a royal mummy
611809 | Zig:20   | Noticed a royal mummy
611810 | Zig:20   | Noticed a royal mummy
611811 | Zig:20   | Noticed a royal mummy
611812 | Zig:20   | Killed a royal mummy
611812 | Zig:20   | Killed a royal mummy
611812 | Zig:20   | Killed a royal mummy
611812 | Zig:20   | Killed a royal mummy
611812 | Zig:20   | Killed a royal mummy
611813 | Zig:20   | Killed a royal mummy
611813 | Zig:20   | Killed a royal mummy
611814 | Zig:20   | Killed a royal mummy
611814 | Zig:20   | Killed a royal mummy
611814 | Zig:20   | Killed a royal mummy
611814 | Zig:20   | Noticed a royal mummy
611815 | Zig:20   | Killed a royal mummy
611815 | Zig:20   | Killed a royal mummy
611815 | Zig:20   | Killed a royal mummy
611815 | Zig:20   | Noticed a royal mummy
611816 | Zig:20   | Noticed a royal mummy
611817 | Zig:20   | Noticed a royal mummy
611819 | Zig:20   | Noticed a royal mummy
611821 | Zig:20   | Noticed a royal mummy
611821 | Zig:20   | Killed a royal mummy
611822 | Zig:20   | Noticed a royal mummy
611823 | Zig:20   | Noticed a royal mummy
611823 | Zig:20   | Noticed a royal mummy
611823 | Zig:20   | Noticed a royal mummy
611824 | Zig:20   | Noticed a royal mummy
611825 | Zig:20   | Killed a royal mummy
611825 | Zig:20   | Killed a royal mummy
611826 | Zig:20   | Killed a royal mummy
611826 | Zig:20   | Killed a royal mummy
611826 | Zig:20   | Killed a royal mummy
611826 | Zig:20   | Killed a royal mummy
611826 | Zig:20   | Killed a royal mummy
611827 | Zig:20   | Killed a royal mummy
611827 | Zig:20   | Killed a royal mummy
611827 | Zig:20   | Noticed a royal mummy
611827 | Zig:20   | Noticed a royal mummy
611831 | Zig:20   | Killed a royal mummy
611836 | Zig:20   | Killed a royal mummy
612549 | Zig:20   | Identified the +6 halberd "Qaym" {vorpal, +Blink}
612622 | Zig:20   | Identified the amulet "Fetwecoi" {Spirit rF+ rC+ rCorr
                  | Str-2}
612631 | Zig:21   | Entered Level 21 of a ziggurat
612637 | Zig:21   | Noticed an ancient lich
612637 | Zig:21   | Noticed a dread lich
612637 | Zig:21   | Noticed a dread lich
612638 | Zig:21   | Noticed an ancient lich
612639 | Zig:21   | Noticed a dread lich
612639 | Zig:21   | Noticed an ancient lich
612639 | Zig:21   | Noticed an ancient lich
612640 | Zig:21   | Noticed a dread lich
612640 | Zig:21   | Noticed an ancient lich
612640 | Zig:21   | Noticed a dread lich
612641 | Zig:21   | Noticed an ancient lich
612641 | Zig:21   | Noticed a dread lich
612641 | Zig:21   | Noticed a dread lich
612642 | Zig:21   | Killed an ancient lich
612642 | Zig:21   | Killed an ancient lich
612642 | Zig:21   | Killed a dread lich
612642 | Zig:21   | Killed an ancient lich
612642 | Zig:21   | Killed a dread lich
612642 | Zig:21   | Killed a dread lich
612643 | Zig:21   | Killed a dread lich
612643 | Zig:21   | Killed a dread lich
612643 | Zig:21   | Killed a dread lich
612643 | Zig:21   | Killed a dread lich
612643 | Zig:21   | Killed an ancient lich
612643 | Zig:21   | Killed an ancient lich
612645 | Zig:21   | Noticed an ancient lich
612645 | Zig:21   | Noticed an ancient lich
612646 | Zig:21   | Killed an ancient lich
612646 | Zig:21   | Noticed an ancient lich
612648 | Zig:21   | Noticed a dread lich
612648 | Zig:21   | Noticed an ancient lich
612648 | Zig:21   | Noticed a dread lich
612648 | Zig:21   | Noticed an ancient lich
612648 | Zig:21   | Noticed an ancient lich
612649 | Zig:21   | Noticed an ancient lich
612649 | Zig:21   | Noticed an ancient lich
612649 | Zig:21   | Noticed an ancient lich
612649 | Zig:21   | Noticed a dread lich
612652 | Zig:21   | Noticed a dread lich
612652 | Zig:21   | Noticed a dread lich
612653 | Zig:21   | Noticed a dread lich
612653 | Zig:21   | Noticed an ancient lich
612653 | Zig:21   | Killed an ancient lich
612654 | Zig:21   | Noticed an ancient lich
612654 | Zig:21   | Noticed an ancient lich
612655 | Zig:21   | Killed an ancient lich
612655 | Zig:21   | Killed an ancient lich
612655 | Zig:21   | Killed an ancient lich
612655 | Zig:21   | Killed an ancient lich
612655 | Zig:21   | Noticed an ancient lich
612656 | Zig:21   | Killed an ancient lich
612656 | Zig:21   | Killed a dread lich
612656 | Zig:21   | Killed an ancient lich
612656 | Zig:21   | Killed a dread lich
612656 | Zig:21   | Killed a dread lich
612656 | Zig:21   | Killed a dread lich
612656 | Zig:21   | Killed a dread lich
612656 | Zig:21   | Killed an ancient lich
612656 | Zig:21   | Killed an ancient lich
612656 | Zig:21   | Killed a dread lich
612657 | Zig:21   | Noticed a dread lich
612657 | Zig:21   | Noticed a dread lich
612658 | Zig:21   | Killed an ancient lich
612658 | Zig:21   | Killed an ancient lich
612658 | Zig:21   | Killed an ancient lich
612659 | Zig:21   | Killed a dread lich
612659 | Zig:21   | Killed a dread lich
612661 | Zig:21   | Noticed an ancient lich
612661 | Zig:21   | Noticed a dread lich
612663 | Zig:21   | Noticed an ancient lich
612663 | Zig:21   | Noticed a dread lich
612664 | Zig:21   | Noticed an ancient lich
612664 | Zig:21   | Noticed a dread lich
612665 | Zig:21   | Killed an ancient lich
612666 | Zig:21   | Noticed a dread lich
612667 | Zig:21   | Killed an ancient lich
612668 | Zig:21   | Killed a dread lich
612670 | Zig:21   | Killed an ancient lich
612670 | Zig:21   | Killed a dread lich
612671 | Zig:21   | Killed a dread lich
612671 | Zig:21   | Killed an ancient lich
612671 | Zig:21   | Killed a dread lich
612676 | Zig:21   | Identified the +8 quarterstaff "Elytyur" {elec, rCorr}
612728 | Zig:21   | Identified the +7 glaive of Poimiup {spect, Contam rC+
                  | Str+6}
612734 | Zig:21   | Identified the +10 glaive "Yfeh" {holy, Fly Str-2 Dex+4}
612755 | Zig:21   | Identified the +8 hand axe "Hinoow" {freeze, rF- rC+ Str+4}
613159 | Zig:21   | Identified the ring "Gaug Dowk" {AC+4 Str+3 Int-4 SInv}
613172 | Zig:22   | Entered Level 22 of a ziggurat
613181 | Zig:22   | Noticed an ancient lich
613181 | Zig:22   | Noticed an ancient lich
613181 | Zig:22   | Noticed an ancient lich
613181 | Zig:22   | Noticed a dread lich
613182 | Zig:22   | Noticed an ancient lich
613183 | Zig:22   | Noticed an ancient lich
613183 | Zig:22   | Noticed an ancient lich
613183 | Zig:22   | Noticed an ancient lich
613183 | Zig:22   | Noticed a dread lich
613183 | Zig:22   | Noticed a dread lich
613183 | Zig:22   | Noticed a dread lich
613184 | Zig:22   | Killed an ancient lich
613184 | Zig:22   | Killed an ancient lich
613184 | Zig:22   | Killed a dread lich
613184 | Zig:22   | Noticed an ancient lich
613184 | Zig:22   | Noticed an ancient lich
613185 | Zig:22   | Noticed an ancient lich
613185 | Zig:22   | Killed an ancient lich
613185 | Zig:22   | Killed an ancient lich
613185 | Zig:22   | Killed a dread lich
613185 | Zig:22   | Killed an ancient lich
613185 | Zig:22   | Killed a dread lich
613185 | Zig:22   | Killed an ancient lich
613186 | Zig:22   | Noticed a dread lich
613186 | Zig:22   | Noticed a dread lich
613187 | Zig:22   | Killed an ancient lich
613187 | Zig:22   | Killed a dread lich
613187 | Zig:22   | Noticed a dread lich
613189 | Zig:22   | Killed a dread lich
613189 | Zig:22   | Killed an ancient lich
613189 | Zig:22   | Killed a dread lich
613189 | Zig:22   | Killed a dread lich
613189 | Zig:22   | Killed an ancient lich
613189 | Zig:22   | Killed an ancient lich
613189 | Zig:22   | Noticed an ancient lich
613189 | Zig:22   | Noticed a dread lich
613189 | Zig:22   | Noticed an ancient lich
613190 | Zig:22   | Noticed a dread lich
613190 | Zig:22   | Noticed an ancient lich
613192 | Zig:22   | Noticed a dread lich
613192 | Zig:22   | Noticed an ancient lich
613193 | Zig:22   | Noticed an ancient lich
613193 | Zig:22   | Noticed a dread lich
613193 | Zig:22   | Noticed a dread lich
613193 | Zig:22   | Noticed an ancient lich
613193 | Zig:22   | Noticed a dread lich
613193 | Zig:22   | Noticed an ancient lich
613195 | Zig:22   | Noticed an ancient lich
613196 | Zig:22   | Noticed a dread lich
613196 | Zig:22   | Noticed a dread lich
613196 | Zig:22   | Killed an ancient lich
613197 | Zig:22   | Noticed a dread lich
613197 | Zig:22   | Noticed an ancient lich
613197 | Zig:22   | Killed a dread lich
613197 | Zig:22   | Killed an ancient lich
613199 | Zig:22   | Killed an ancient lich
613199 | Zig:22   | Killed an ancient lich
613199 | Zig:22   | Killed a dread lich
613199 | Zig:22   | Killed a dread lich
613199 | Zig:22   | Killed an ancient lich
613199 | Zig:22   | Killed a dread lich
613199 | Zig:22   | Killed an ancient lich
613200 | Zig:22   | Killed an ancient lich
613200 | Zig:22   | Killed a dread lich
613200 | Zig:22   | Killed a dread lich
613200 | Zig:22   | Killed a dread lich
613200 | Zig:22   | Killed an ancient lich
613200 | Zig:22   | Killed a dread lich
613200 | Zig:22   | Noticed an ancient lich
613200 | Zig:22   | Noticed an ancient lich
613201 | Zig:22   | Killed an ancient lich
613201 | Zig:22   | Killed a dread lich
613201 | Zig:22   | Killed an ancient lich
613201 | Zig:22   | Killed an ancient lich
613201 | Zig:22   | Noticed a dread lich
613201 | Zig:22   | Noticed an ancient lich
613201 | Zig:22   | Noticed an ancient lich
613202 | Zig:22   | Noticed an ancient lich
613202 | Zig:22   | Killed a dread lich
613202 | Zig:22   | Killed an ancient lich
613203 | Zig:22   | Killed an ancient lich
613203 | Zig:22   | Killed an ancient lich
613203 | Zig:22   | Noticed a dread lich
613205 | Zig:22   | Killed a dread lich
613206 | Zig:22   | Noticed an ancient lich
613206 | Zig:22   | Noticed an ancient lich
613206 | Zig:22   | Noticed an ancient lich
613206 | Zig:22   | Noticed a dread lich
613206 | Zig:22   | Noticed an ancient lich
613207 | Zig:22   | Killed an ancient lich
613207 | Zig:22   | Killed a dread lich
613207 | Zig:22   | Killed an ancient lich
613207 | Zig:22   | Killed an ancient lich
613207 | Zig:22   | Noticed a dread lich
613207 | Zig:22   | Noticed a dread lich
613208 | Zig:22   | Killed an ancient lich
613208 | Zig:22   | Killed a dread lich
613209 | Zig:22   | Killed a dread lich
613210 | Zig:22   | Noticed an ancient lich
613210 | Zig:22   | Killed an ancient lich
613698 | Zig:23   | Entered Level 23 of a ziggurat
613698 | Zig:23   | Noticed a royal mummy
613698 | Zig:23   | Noticed a royal mummy
613698 | Zig:23   | Noticed a royal mummy
613698 | Zig:23   | Noticed a royal mummy
613698 | Zig:23   | Noticed a royal mummy
613698 | Zig:23   | Noticed a royal mummy
613698 | Zig:23   | Noticed a royal mummy
613698 | Zig:23   | Noticed a royal mummy
613698 | Zig:23   | Noticed a royal mummy
613698 | Zig:23   | Noticed a royal mummy
613698 | Zig:23   | Noticed a royal mummy
613698 | Zig:23   | Noticed a royal mummy
613698 | Zig:23   | Noticed a royal mummy
613699 | Zig:23   | Killed a royal mummy
613699 | Zig:23   | Killed a royal mummy
613699 | Zig:23   | Killed a royal mummy
613699 | Zig:23   | Killed a royal mummy
613699 | Zig:23   | Killed a royal mummy
613699 | Zig:23   | Killed a royal mummy
613699 | Zig:23   | Killed a royal mummy
613699 | Zig:23   | Killed a royal mummy
613699 | Zig:23   | Killed a royal mummy
613699 | Zig:23   | Killed a royal mummy
613699 | Zig:23   | Killed a royal mummy
613700 | Zig:23   | Noticed a royal mummy
613700 | Zig:23   | Noticed a royal mummy
613700 | Zig:23   | Noticed a royal mummy
613702 | Zig:23   | Noticed a royal mummy
613702 | Zig:23   | Noticed a royal mummy
613703 | Zig:23   | Noticed a royal mummy
613703 | Zig:23   | Noticed a royal mummy
613704 | Zig:23   | Killed a royal mummy
613704 | Zig:23   | Killed a royal mummy
613704 | Zig:23   | Killed a royal mummy
613704 | Zig:23   | Noticed a royal mummy
613704 | Zig:23   | Noticed a royal mummy
613704 | Zig:23   | Noticed a royal mummy
613704 | Zig:23   | Noticed a royal mummy
613704 | Zig:23   | Noticed a royal mummy
613705 | Zig:23   | Noticed a royal mummy
613705 | Zig:23   | Noticed a royal mummy
613706 | Zig:23   | Killed a royal mummy
613707 | Zig:23   | Noticed a royal mummy
613707 | Zig:23   | Noticed a royal mummy
613709 | Zig:23   | Killed a royal mummy
613709 | Zig:23   | Killed a royal mummy
613709 | Zig:23   | Killed a royal mummy
613709 | Zig:23   | Killed a royal mummy
613709 | Zig:23   | Killed a royal mummy
613709 | Zig:23   | Killed a royal mummy
613709 | Zig:23   | Killed a royal mummy
613709 | Zig:23   | Killed a royal mummy
613709 | Zig:23   | Killed a royal mummy
613709 | Zig:23   | Killed a royal mummy
613709 | Zig:23   | Killed a royal mummy
613710 | Zig:23   | Noticed a royal mummy
613710 | Zig:23   | Noticed a royal mummy
613711 | Zig:23   | Noticed a royal mummy
613711 | Zig:23   | Noticed a royal mummy
613711 | Zig:23   | Noticed a royal mummy
613711 | Zig:23   | Noticed a royal mummy
613712 | Zig:23   | Noticed a royal mummy
613712 | Zig:23   | Noticed a royal mummy
613712 | Zig:23   | Killed a royal mummy
613712 | Zig:23   | Noticed a royal mummy
613712 | Zig:23   | Noticed a royal mummy
613714 | Zig:23   | Noticed a royal mummy
613714 | Zig:23   | Killed a royal mummy
613714 | Zig:23   | Killed a royal mummy
613714 | Zig:23   | Noticed a royal mummy
613715 | Zig:23   | Killed a royal mummy
613715 | Zig:23   | Killed a royal mummy
613715 | Zig:23   | Killed a royal mummy
613715 | Zig:23   | Killed a royal mummy
613715 | Zig:23   | Killed a royal mummy
613715 | Zig:23   | Killed a royal mummy
613715 | Zig:23   | Killed a royal mummy
613715 | Zig:23   | Killed a royal mummy
613715 | Zig:23   | Killed a royal mummy
613715 | Zig:23   | Noticed a royal mummy
613715 | Zig:23   | Noticed a royal mummy
613716 | Zig:23   | Noticed a royal mummy
613716 | Zig:23   | Noticed a royal mummy
613716 | Zig:23   | Noticed a royal mummy
613716 | Zig:23   | Killed a royal mummy
613716 | Zig:23   | Noticed a royal mummy
613716 | Zig:23   | Noticed a royal mummy
613716 | Zig:23   | Noticed a royal mummy
613717 | Zig:23   | Killed a royal mummy
613717 | Zig:23   | Killed a royal mummy
613717 | Zig:23   | Noticed a royal mummy
613718 | Zig:23   | Killed a royal mummy
613718 | Zig:23   | Killed a royal mummy
613719 | Zig:23   | Killed a royal mummy
613719 | Zig:23   | Killed a royal mummy
613719 | Zig:23   | Killed a royal mummy
613719 | Zig:23   | Killed a royal mummy
613719 | Zig:23   | Killed a royal mummy
613720 | Zig:23   | Killed a royal mummy
613720 | Zig:23   | Noticed a royal mummy
613721 | Zig:23   | Noticed a royal mummy
613721 | Zig:23   | Noticed a royal mummy
613721 | Zig:23   | Noticed a royal mummy
613721 | Zig:23   | Noticed a royal mummy
613721 | Zig:23   | Noticed a royal mummy
613722 | Zig:23   | Killed a royal mummy
613722 | Zig:23   | Killed a royal mummy
613722 | Zig:23   | Noticed a royal mummy
613722 | Zig:23   | Noticed a royal mummy
613723 | Zig:23   | Noticed a royal mummy
613724 | Zig:23   | Noticed a royal mummy
613725 | Zig:23   | Killed a royal mummy
613725 | Zig:23   | Killed a royal mummy
613725 | Zig:23   | Killed a royal mummy
613725 | Zig:23   | Killed a royal mummy
613725 | Zig:23   | Noticed a royal mummy
613725 | Zig:23   | Noticed a royal mummy
613726 | Zig:23   | Killed a royal mummy
613726 | Zig:23   | Killed a royal mummy
613726 | Zig:23   | Killed a royal mummy
613727 | Zig:23   | Killed a royal mummy
613727 | Zig:23   | Killed a royal mummy
613727 | Zig:23   | Noticed a royal mummy
613728 | Zig:23   | Noticed a royal mummy
613729 | Zig:23   | Noticed a royal mummy
613730 | Zig:23   | Killed a royal mummy
613731 | Zig:23   | Noticed a royal mummy
613731 | Zig:23   | Noticed a royal mummy
613733 | Zig:23   | Noticed a royal mummy
613733 | Zig:23   | Noticed a royal mummy
613733 | Zig:23   | Killed a royal mummy
613733 | Zig:23   | Noticed a royal mummy
613734 | Zig:23   | Killed a royal mummy
613734 | Zig:23   | Killed a royal mummy
613734 | Zig:23   | Killed a royal mummy
613734 | Zig:23   | Noticed a royal mummy
613735 | Zig:23   | Killed a royal mummy
613735 | Zig:23   | Killed a royal mummy
613735 | Zig:23   | Killed a royal mummy
613735 | Zig:23   | Noticed a royal mummy
613736 | Zig:23   | Killed a royal mummy
613736 | Zig:23   | Killed a royal mummy
613736 | Zig:23   | Killed a royal mummy
613736 | Zig:23   | Noticed a royal mummy
613737 | Zig:23   | Noticed a royal mummy
613738 | Zig:23   | Killed a royal mummy
613738 | Zig:23   | Killed a royal mummy
613738 | Zig:23   | Noticed a royal mummy
613741 | Zig:23   | Noticed a royal mummy
613741 | Zig:23   | Noticed a royal mummy
613741 | Zig:23   | Noticed a royal mummy
613743 | Zig:23   | Noticed a royal mummy
613744 | Zig:23   | Killed a royal mummy
613746 | Zig:23   | Killed a royal mummy
613746 | Zig:23   | Killed a royal mummy
613746 | Zig:23   | Killed a royal mummy
613747 | Zig:23   | Killed a royal mummy
613748 | Zig:23   | Killed a royal mummy
613753 | Zig:23   | Identified the amulet "Nasafor" {Acrobat rPois}
613765 | Zig:23   | Identified the ring "Ogutue" {Contam rCorr Str+3 Int+6
                  | Stlth+}
613817 | Zig:23   | Identified the +1 leather armour of Akefryol {rPois}
613844 | Zig:23   | Identified the +7 longbow of the Key {vorpal, rF+ Will+
                  | rCorr}
614533 | Zig:23   | Identified the +8 dire flail "Mueqots" {flame, Fragile MP+9
                  | Str+6 Dex+4}
614543 | Zig:23   | Identified the +1 cloak "Wivot" {-Tele rElec rF+ Int+6}
614554 | Zig:23   | Identified the +7 trident of Vyubib {drain, rPois rF+ rN++
                  | Str-5}
614555 | Zig:23   | Identified the +10 morningstar of Kuixiass {vorpal, Contam
                  | Str+3 Dex+2}
614563 | Zig:24   | Entered Level 24 of a ziggurat
614594 | Zig:24   | Found the ring of Shadows {Umbra +Inv Stlth+}
614667 | Zig:24   | Identified the ring of Vexec {rPois rCorr MP+9}
615139 | Zig:24   | Identified the ring "Jusuj" {Fire rPois rN+ Will++ Int-4}
615217 | Zig:24   | Identified the +5 long sword "Yrousiosk" {vamp, rElec
                  | Will+}
615241 | Zig:24   | Identified the ring "Rourgh" {Will+ Dex+6}
615277 | Zig:24   | Identified the +1 ring mail of the Bursted God {Str+2
                  | Int+3}
615335 | Zig:24   | Identified the +8 scythe of Uhento {vorpal, Will+ Int+3
                  | Dex-2}
615347 | Zig:25   | Entered Level 25 of a ziggurat
615524 | Zig:25   | Identified the +1 arbalest of Chagrin {penet, Stlth+}
615530 | Zig:25   | Identified the +4 battleaxe of a wizard's laboratory
                  | {freeze, Dex+2}
615542 | Zig:25   | Identified the +4 dagger of Fragile Peace {elec, +Blink rF-
                  | rN+}
615586 | Zig:25   | Identified the +0 pair of boots of Inference {*Corrode
                  | Int+3 Dex+4}
615588 | Zig:25   | Identified the +1 ring mail "Tinial" {rF+ Regen+}
615610 | Zig:25   | Identified the amulet of Impatience {Acrobat Str+6}
616254 | Zig:26   | Entered Level 26 of a ziggurat
617034 | Zig:26   | Identified the +1 dagger of Wrongful Imprisonment {vorpal,
                  | *Noise +Blink rElec rCorr}
617046 | Zig:26   | Identified the +5 robe "Moogrun" {Str+6}
617077 | Zig:26   | Identified the +0 ring mail of Vehumet's Wrath {Regen+}
617083 | Zig:26   | Identified the +5 dagger of Integrity {spect, *Noise rElec
                  | rPois rC+++}
617093 | Zig:26   | Identified the +5 arbalest of Menuthrot {flame, rPois}
617239 | Zig:27   | Entered Level 27 of a ziggurat
618056 | Zig:27   | Identified the +10 eveningstar of Compulsion {venom, rCorr
                  | Str+4 Stlth+}
618058 | Zig:27   | Identified the +0 scimitar "Killer Klown's Peril" {vorpal,
                  | rElec rPois Dex-5 Stlth+}
618060 | Zig:27   | Identified the +3 lajatang of Premature Burial {flame,
                  | Fragile Int-4 Dex+9 Stlth+}
618160 | Zig:27   | Identified the ring of Yggot {Fire rElec Slay+2}
618311 | Zig:1    | Entered Level 1 of a ziggurat
618347 | Zig:2    | Entered Level 2 of a ziggurat
618349 | Zig:2    | Noticed Ymauhei the pandemonium lord
618354 | Zig:2    | Killed Ymauhei the pandemonium lord
618432 | Zig:3    | Entered Level 3 of a ziggurat
618432 | Zig:3    | Noticed a royal mummy
618432 | Zig:3    | Noticed a royal mummy
618432 | Zig:3    | Noticed a royal mummy
618432 | Zig:3    | Noticed a royal mummy
618436 | Zig:3    | Killed a royal mummy
618436 | Zig:3    | Killed a royal mummy
618440 | Zig:3    | Killed a royal mummy
618440 | Zig:3    | Killed a royal mummy
618582 | Zig:4    | Entered Level 4 of a ziggurat
618691 | Zig:4    | Identified the +9 arbalest of Hijal {speed, rElec}
618716 | Zig:5    | Entered Level 5 of a ziggurat
618716 | Zig:5    | Noticed a juggernaut
618716 | Zig:5    | Noticed a juggernaut
618717 | Zig:5    | Killed a juggernaut
618717 | Zig:5    | Killed a juggernaut
618761 | Zig:5    | Identified the +5 mace of Agony {flame, rPois rC++}
618895 | Zig:6    | Entered Level 6 of a ziggurat
619098 | Zig:6    | Identified the ring "Pofag" {rC+ Dex+2}
619102 | Zig:7    | Entered Level 7 of a ziggurat
619219 | Zig:7    | Identified the +13 swamp dragon scales of the Ward {rPois
                  | rF+ Str+4 Dex+2}
619233 | Zig:7    | Identified the amulet "Rodai" {Acrobat +Blink Fly Dex+3
                  | Slay+2}
619342 | Zig:7    | Identified the ring of Ovehooq {rPois rF+++ EV+4 Str+7
                  | Stlth-}
619355 | Zig:8    | Entered Level 8 of a ziggurat
619550 | Zig:8    | Identified the ring "Vihim" {Contam rPois rF- rC+++ Will+}
619583 | Zig:9    | Entered Level 9 of a ziggurat
619583 | Zig:9    | Noticed a royal mummy
619583 | Zig:9    | Noticed a royal mummy
619583 | Zig:9    | Noticed a royal mummy
619583 | Zig:9    | Noticed a royal mummy
619584 | Zig:9    | Noticed a royal mummy
619585 | Zig:9    | Killed a royal mummy
619585 | Zig:9    | Killed a royal mummy
619585 | Zig:9    | Killed a royal mummy
619585 | Zig:9    | Noticed a royal mummy
619587 | Zig:9    | Noticed a royal mummy
619589 | Zig:9    | Noticed a royal mummy
619590 | Zig:9    | Noticed a royal mummy
619591 | Zig:9    | Killed a royal mummy
619592 | Zig:9    | Noticed a royal mummy
619592 | Zig:9    | Noticed a royal mummy
619592 | Zig:9    | Noticed a royal mummy
619595 | Zig:9    | Killed a royal mummy
619595 | Zig:9    | Killed a royal mummy
619595 | Zig:9    | Killed a royal mummy
619595 | Zig:9    | Killed a royal mummy
619595 | Zig:9    | Killed a royal mummy
619595 | Zig:9    | Killed a royal mummy
619595 | Zig:9    | Killed a royal mummy
619595 | Zig:9    | Noticed a royal mummy
619600 | Zig:9    | Killed a royal mummy
619600 | Zig:9    | Killed a royal mummy
619640 | Zig:9    | Identified the ring "Ukymuth" {rF+ rCorr Int+4}
619859 | Zig:9    | Identified the +1 dagger of Compassion {vorpal, Will+
                  | Dex+4}
619868 | Zig:10   | Entered Level 10 of a ziggurat
620121 | Zig:11   | Entered Level 11 of a ziggurat
620404 | Zig:12   | Entered Level 12 of a ziggurat
620656 | Zig:12   | Identified the +10 hunting sling of the Orb {flame, Will+
                  | Int+3 Dex+2}
620675 | Zig:12   | Identified the ring "Damnable Contraption" {Wiz Dex+2
                  | Stlth+}
620695 | Zig:12   | Identified the ring of Zubeu {Fly Will+}
620704 | Zig:13   | Entered Level 13 of a ziggurat
620704 | Zig:13   | Noticed a dread lich
620705 | Zig:13   | Killed a dread lich
620706 | Zig:13   | Noticed a dread lich
620707 | Zig:13   | Killed a dread lich
620748 | Zig:13   | Identified the ring "Genuorr" {Fly rPois rF- Will+ Dex+2}
620776 | Zig:13   | Identified the +7 short sword "Demonbane" {chaos, Stlth+}
620781 | Zig:13   | Identified the ring of the Endless Expanse {Fire Str-4
                  | Int+3 Dex+2}
621014 | Zig:13   | Identified the ring "Dirghati" {rN+ Int+2}
621020 | Zig:14   | Entered Level 14 of a ziggurat
621060 | Zig:14   | Identified the ring "Dirphidov" {*Corrode rF+ rN+ Dex+5}
621064 | Zig:14   | Identified the ring of Sif Muna's Displeasure {rN+ Int-5
                  | Dex+7 SInv}
621402 | Zig:14   | Identified the ring of Vodat {Drain Will+ Dex+3 Stlth+}
621423 | Zig:15   | Entered Level 15 of a ziggurat
621423 | Zig:15   | Noticed a royal mummy
621423 | Zig:15   | Noticed a royal mummy
621423 | Zig:15   | Noticed a royal mummy
621423 | Zig:15   | Noticed a royal mummy
621423 | Zig:15   | Noticed a royal mummy
621426 | Zig:15   | Killed a royal mummy
621426 | Zig:15   | Killed a royal mummy
621426 | Zig:15   | Killed a royal mummy
621426 | Zig:15   | Noticed a royal mummy
621426 | Zig:15   | Noticed a royal mummy
621426 | Zig:15   | Noticed a royal mummy
621426 | Zig:15   | Noticed a royal mummy
621427 | Zig:15   | Noticed a royal mummy
621429 | Zig:15   | Killed a royal mummy
621429 | Zig:15   | Killed a royal mummy
621429 | Zig:15   | Killed a royal mummy
621429 | Zig:15   | Killed a royal mummy
621429 | Zig:15   | Noticed a royal mummy
621431 | Zig:15   | Noticed a royal mummy
621434 | Zig:15   | Noticed a royal mummy
621436 | Zig:15   | Killed a royal mummy
621436 | Zig:15   | Killed a royal mummy
621436 | Zig:15   | Killed a royal mummy
621437 | Zig:15   | Killed a royal mummy
621437 | Zig:15   | Killed a royal mummy
621438 | Zig:15   | Killed a royal mummy
621439 | Zig:15   | Noticed a royal mummy
621441 | Zig:15   | Noticed a royal mummy
621441 | Zig:15   | Noticed a royal mummy
621442 | Zig:15   | Noticed a royal mummy
621443 | Zig:15   | Noticed a royal mummy
621444 | Zig:15   | Killed a royal mummy
621445 | Zig:15   | Killed a royal mummy
621445 | Zig:15   | Killed a royal mummy
621445 | Zig:15   | Killed a royal mummy
621447 | Zig:15   | Killed a royal mummy
621450 | Zig:15   | Noticed a royal mummy
621452 | Zig:15   | Noticed a royal mummy
621455 | Zig:15   | Killed a royal mummy
621462 | Zig:15   | Killed a royal mummy
621467 | Zig:15   | Identified the ring "Arenak" {rPois Will+ Str+6}
621468 | Zig:15   | Identified the ring "Alaimnul" {*Corrode +Blink Str+6 Dex+6
                  | SInv}
621750 | Zig:16   | Entered Level 16 of a ziggurat
621780 | Zig:16   | Identified the amulet of the Flying Gods {Spirit Slay+3}
621785 | Zig:16   | Identified the +0 plate armour "Faar" {rElec rF+}
622053 | Zig:16   | Identified the +5 scale mail of Daffodils {rPois rC- Dex-3
                  | Slay+6}
622057 | Zig:16   | Identified the +6 spear "Ceelabuo" {vorpal, rC+}
622059 | Zig:16   | Identified the +10 great sword of the Pyrrhic Victory
                  | {pain, Str+2 Stlth+}
622094 | Zig:17   | Entered Level 17 of a ziggurat
622166 | Zig:17   | Identified the amulet of Katuneuk {RegenMP rC+ Will++
                  | Regen+ Stlth-}
622333 | Zig:17   | Identified the ring "Hidohex" {rPois rN+ Will+ Str+4 Int+2}
622351 | Zig:18   | Entered Level 18 of a ziggurat
622378 | Zig:18   | Identified the +1 robe "Hoguu" {rElec}
622379 | Zig:18   | Identified the amulet "Foubot" {+Inv Regen+ Str+5}
622388 | Zig:18   | Identified the +6 rapier "Utittiogypp" {vorpal, Str+4}
622655 | Zig:18   | Identified the +2 leather armour of Darkness {Regen+}
622685 | Zig:18   | Identified the +2 falchion of the Vaults {spect, rC+ Will+
                  | Stlth+}
622714 | Zig:18   | Identified the +9 rapier of the Riding Stoat {venom, rN+}
622716 | Zig:18   | Identified the amulet "Irocu" {RegenMP rN+ Will+ Dex-2
                  | SInv}
622760 | Zig:18   | Identified the +1 pair of boots of Qohez {rPois Dex+5}
622761 | Zig:18   | Identified the +5 long sword of Fragile Peace {speed,
                  | +Blink rCorr Int+7 Dex+4}
622801 | Zig:19   | Entered Level 19 of a ziggurat
622840 | Zig:19   | Identified the +8 shortbow "Reetilan" {freeze, +Blink rF-
                  | Dex+3}
622846 | Zig:19   | Identified the ring "Sema" {rElec rPois rN+ rCorr Str-3}
622936 | Zig:19   | Identified the +4 scale mail of a Gauntlet {*Corrode rElec
                  | Will+}
623213 | Zig:19   | Identified the +2 dagger of Olodet {flame, Drain rC- Str+10
                  | Dex+4}
623218 | Zig:19   | Identified the ring "Voacuze" {rPois rN+ Dex+4}
623248 | Zig:19   | Identified the +8 glaive "Beetlebane" {vorpal, rPois rF+
                  | Str-5 Int+7}
623250 | Zig:19   | Identified the +5 morningstar of the King {vorpal, Stlth+}
623251 | Zig:19   | Identified the ring of Ynoucem {rElec rN+ Will+}
623255 | Zig:19   | Identified the ring "Dugruy" {+Blink rElec AC+4 Dex+3}
623282 | Zig:20   | Entered Level 20 of a ziggurat
623806 | Zig:20   | Identified the ring "Sumoef" {MP+9 Str+3}
623820 | Zig:21   | Entered Level 21 of a ziggurat
623820 | Zig:21   | Noticed an ancient lich
623820 | Zig:21   | Noticed a dread lich
623820 | Zig:21   | Noticed an ancient lich
623820 | Zig:21   | Noticed an ancient lich
623820 | Zig:21   | Noticed a dread lich
623821 | Zig:21   | Killed a dread lich
623821 | Zig:21   | Killed an ancient lich
623821 | Zig:21   | Killed an ancient lich
623823 | Zig:21   | Noticed an ancient lich
623823 | Zig:21   | Noticed an ancient lich
623826 | Zig:21   | Noticed an ancient lich
623827 | Zig:21   | Killed a dread lich
623827 | Zig:21   | Killed an ancient lich
623827 | Zig:21   | Killed an ancient lich
623829 | Zig:21   | Noticed an ancient lich
623829 | Zig:21   | Noticed an ancient lich
623829 | Zig:21   | Noticed a dread lich
623829 | Zig:21   | Noticed a dread lich
623830 | Zig:21   | Killed an ancient lich
623830 | Zig:21   | Killed a dread lich
623830 | Zig:21   | Noticed a dread lich
623830 | Zig:21   | Noticed a dread lich
623831 | Zig:21   | Killed an ancient lich
623831 | Zig:21   | Killed an ancient lich
623831 | Zig:21   | Killed a dread lich
623831 | Zig:21   | Killed a dread lich
623831 | Zig:21   | Killed a dread lich
623831 | Zig:21   | Killed an ancient lich
623834 | Zig:21   | Noticed an ancient lich
623835 | Zig:21   | Killed an ancient lich
623838 | Zig:21   | Noticed a dread lich
623840 | Zig:21   | Killed a dread lich
623841 | Zig:21   | Noticed an ancient lich
623842 | Zig:21   | Noticed a dread lich
623842 | Zig:21   | Noticed a dread lich
623844 | Zig:21   | Killed a dread lich
623845 | Zig:21   | Killed an ancient lich
623845 | Zig:21   | Killed a dread lich
623884 | Zig:21   | Identified the +7 mace of Foboent {vamp, Fly rN+ Dex+3}
623890 | Zig:21   | Identified the +4 dagger of Avant Garde Guile {pain, rC+
                  | rCorr}
623895 | Zig:21   | Identified the +1 chain mail "Ujeng" {rPois rC- SInv}
623942 | Zig:21   | Identified the +1 ice dragon scales "Godoipn" {Fly rPois
                  | rF- rC++ Int-2 Dex+6}
624000 | Zig:21   | Identified the ring "Uzoshruty" {rC- Will+ MP-9 Dex+7}
624358 | Zig:21   | Identified the +11 dagger "Umam" {vamp, Str+4 Int+2 Stlth+}
624370 | Zig:21   | Identified the ring of Giong {Ice Contam rCorr Str-2 Dex+9}
624383 | Zig:21   | Identified the ring of Zatzefor {Fire Stlth+}
624400 | Zig:22   | Entered Level 22 of a ziggurat
624956 | Zig:22   | Identified the ring "Jiderofe" {Int+6 Dex+2}
624998 | Zig:22   | Identified the +2 falchion of Iriugasega {spect, rF+ Int+5}
625005 | Zig:22   | Identified the +5 falchion of Arant {vorpal, Fly rF+ rC+
                  | Will++ Stlth+}
625067 | Zig:22   | Identified the +0 leather armour of Midwinter {Will+}
625080 | Zig:23   | Entered Level 23 of a ziggurat
625080 | Zig:23   | Noticed a dread lich
625080 | Zig:23   | Noticed a dread lich
625080 | Zig:23   | Noticed an ancient lich
625080 | Zig:23   | Noticed an ancient lich
625080 | Zig:23   | Noticed a dread lich
625080 | Zig:23   | Noticed an ancient lich
625080 | Zig:23   | Noticed a dread lich
625080 | Zig:23   | Noticed an ancient lich
625080 | Zig:23   | Noticed an ancient lich
625080 | Zig:23   | Noticed a dread lich
625080 | Zig:23   | Noticed a dread lich
625080 | Zig:23   | Noticed an ancient lich
625082 | Zig:23   | Killed an ancient lich
625082 | Zig:23   | Killed an ancient lich
625082 | Zig:23   | Killed a dread lich
625082 | Zig:23   | Killed an ancient lich
625083 | Zig:23   | Killed a dread lich
625083 | Zig:23   | Killed an ancient lich
625083 | Zig:23   | Killed an ancient lich
625083 | Zig:23   | Killed a dread lich
625083 | Zig:23   | Killed an ancient lich
625083 | Zig:23   | Killed a dread lich
625083 | Zig:23   | Killed a dread lich
625083 | Zig:23   | Killed a dread lich
625086 | Zig:23   | Noticed a dread lich
625087 | Zig:23   | Noticed a dread lich
625088 | Zig:23   | Noticed a dread lich
625088 | Zig:23   | Noticed a dread lich
625089 | Zig:23   | Noticed a dread lich
625090 | Zig:23   | Killed a dread lich
625090 | Zig:23   | Killed a dread lich
625090 | Zig:23   | Noticed a dread lich
625092 | Zig:23   | Noticed a dread lich
625093 | Zig:23   | Noticed an ancient lich
625094 | Zig:23   | Noticed an ancient lich
625095 | Zig:23   | Killed a dread lich
625095 | Zig:23   | Killed a dread lich
625095 | Zig:23   | Killed a dread lich
625095 | Zig:23   | Killed an ancient lich
625096 | Zig:23   | Noticed a dread lich
625097 | Zig:23   | Killed an ancient lich
625097 | Zig:23   | Killed a dread lich
625099 | Zig:23   | Noticed an ancient lich
625100 | Zig:23   | Noticed a dread lich
625104 | Zig:23   | Killed an ancient lich
625104 | Zig:23   | Killed a dread lich
625107 | Zig:23   | Killed a dread lich
625107 | Zig:23   | Killed a dread lich
625116 | Zig:23   | Identified the +4 rapier "Fuxos" {freeze, rElec rF+++ Str-5
                  | SInv}
625132 | Zig:23   | Identified the +9 falchion "Cineipos" {vorpal, rElec Int+3
                  | Dex-2 SInv}
625140 | Zig:23   | Identified the ring "Japnim" {Fire Slay+3}
625162 | Zig:23   | Identified the +10 war axe "Arbiter" {protect, SInv}
625166 | Zig:23   | Identified the +6 morningstar "Demon's Death Toll" {flame,
                  | rPois Str+7 Int-2}
625622 | Zig:23   | Identified the +1 leather armour of the Valley of Death
                  | {Str+2}
625639 | Zig:23   | Identified the +5 arbalest of Quaddag {elec, Fragile Fly
                  | rPois Will-}
625652 | Zig:23   | Identified the ring of the Prince of Darkness {Ice +Blink
                  | Fly Int+2 Stlth-}
625695 | Zig:24   | Entered Level 24 of a ziggurat
625726 | Zig:24   | Noticed Wits the pandemonium lord
625728 | Zig:24   | Killed Wits the pandemonium lord
626212 | Zig:24   | Identified the +0 kite shield of Negligence {Str+4 Int-3}
626219 | Zig:24   | Identified the +8 long sword of Masabyfu {vorpal, Will+}
626252 | Zig:24   | Identified the ring of Sismoryfi {Fly rPois MP+9}
626257 | Zig:24   | Identified the +0 buckler of the Wild Haggis {Harm +Inv
                  | Int-2}
626263 | Zig:24   | Identified the +7 short sword of Plog {vamp, rC+}
626321 | Zig:24   | Identified the +3 scale mail of the Buccaneer {Str+7}
626336 | Zig:25   | Entered Level 25 of a ziggurat
626453 | Zig:25   | Identified the +9 flail of Duty {pain, rElec rPois rF+
                  | Dex+3}
627045 | Zig:25   | Identified the ring of Hikegew {rElec SInv}
627078 | Zig:26   | Entered Level 26 of a ziggurat
627078 | Zig:26   | Noticed a dread lich
627078 | Zig:26   | Noticed a dread lich
627078 | Zig:26   | Noticed a dread lich
627078 | Zig:26   | Noticed a dread lich
627081 | Zig:26   | Killed a dread lich
627081 | Zig:26   | Killed a dread lich
627081 | Zig:26   | Killed a dread lich
627081 | Zig:26   | Killed a dread lich
627081 | Zig:26   | Noticed a dread lich
627083 | Zig:26   | Noticed a dread lich
627083 | Zig:26   | Noticed a dread lich
627086 | Zig:26   | Noticed a dread lich
627086 | Zig:26   | Noticed an ancient lich
627086 | Zig:26   | Noticed an ancient lich
627087 | Zig:26   | Noticed a dread lich
627087 | Zig:26   | Noticed an ancient lich
627088 | Zig:26   | Noticed an ancient lich
627088 | Zig:26   | Noticed a dread lich
627090 | Zig:26   | Noticed an ancient lich
627090 | Zig:26   | Noticed a dread lich
627091 | Zig:26   | Killed a dread lich
627091 | Zig:26   | Killed an ancient lich
627091 | Zig:26   | Killed an ancient lich
627092 | Zig:26   | Noticed a dread lich
627092 | Zig:26   | Noticed a dread lich
627092 | Zig:26   | Noticed a dread lich
627093 | Zig:26   | Noticed a dread lich
627093 | Zig:26   | Killed a dread lich
627093 | Zig:26   | Killed a dread lich
627093 | Zig:26   | Killed an ancient lich
627093 | Zig:26   | Killed an ancient lich
627093 | Zig:26   | Killed a dread lich
627093 | Zig:26   | Killed a dread lich
627093 | Zig:26   | Killed a dread lich
627093 | Zig:26   | Killed a dread lich
627093 | Zig:26   | Killed a dread lich
627094 | Zig:26   | Killed a dread lich
627094 | Zig:26   | Killed a dread lich
627096 | Zig:26   | Noticed a dread lich
627099 | Zig:26   | Noticed an ancient lich
627100 | Zig:26   | Noticed a dread lich
627100 | Zig:26   | Noticed an ancient lich
627101 | Zig:26   | Noticed a dread lich
627102 | Zig:26   | Noticed an ancient lich
627104 | Zig:26   | Killed a dread lich
627104 | Zig:26   | Killed an ancient lich
627104 | Zig:26   | Killed an ancient lich
627105 | Zig:26   | Killed a dread lich
627105 | Zig:26   | Killed a dread lich
627105 | Zig:26   | Killed an ancient lich
627105 | Zig:26   | Killed an ancient lich
627108 | Zig:26   | Killed a dread lich
627112 | Zig:26   | Noticed an ancient lich
627118 | Zig:26   | Killed an ancient lich
627638 | Zig:26   | Identified the ring "Ixamputz" {rF+ rC- rN+ Dex+7 SInv}
627641 | Zig:26   | Identified the ring of Sin {rN+ Int+5}
627654 | Zig:26   | Identified the ring of Ygouhan {rN+ Int+6}
627666 | Zig:26   | Identified the +5 spear of Acahy {vorpal, rC+ rN+ Int+4}
627680 | Zig:27   | Entered Level 27 of a ziggurat
627680 | Zig:27   | Noticed an ancient lich
627680 | Zig:27   | Noticed an ancient lich
627680 | Zig:27   | Noticed a dread lich
627680 | Zig:27   | Noticed a dread lich
627680 | Zig:27   | Noticed an ancient lich
627680 | Zig:27   | Noticed a dread lich
627680 | Zig:27   | Noticed an ancient lich
627680 | Zig:27   | Noticed a dread lich
627680 | Zig:27   | Noticed a dread lich
627680 | Zig:27   | Noticed a dread lich
627681 | Zig:27   | Killed a dread lich
627681 | Zig:27   | Killed an ancient lich
627681 | Zig:27   | Killed a dread lich
627681 | Zig:27   | Killed an ancient lich
627681 | Zig:27   | Killed an ancient lich
627682 | Zig:27   | Noticed a dread lich
627683 | Zig:27   | Noticed a dread lich
627684 | Zig:27   | Killed a dread lich
627684 | Zig:27   | Killed a dread lich
627684 | Zig:27   | Killed an ancient lich
627684 | Zig:27   | Killed a dread lich
627686 | Zig:27   | Killed a dread lich
627686 | Zig:27   | Killed a dread lich
627686 | Zig:27   | Killed a dread lich
627686 | Zig:27   | Noticed an ancient lich
627687 | Zig:27   | Noticed a dread lich
627690 | Zig:27   | Noticed an ancient lich
627690 | Zig:27   | Noticed an ancient lich
627691 | Zig:27   | Killed a dread lich
627691 | Zig:27   | Killed an ancient lich
627691 | Zig:27   | Noticed an ancient lich
627691 | Zig:27   | Noticed an ancient lich
627692 | Zig:27   | Noticed a dread lich
627692 | Zig:27   | Noticed a dread lich
627693 | Zig:27   | Noticed an ancient lich
627694 | Zig:27   | Noticed a dread lich
627694 | Zig:27   | Noticed an ancient lich
627695 | Zig:27   | Killed an ancient lich
627695 | Zig:27   | Killed an ancient lich
627695 | Zig:27   | Killed an ancient lich
627695 | Zig:27   | Killed a dread lich
627695 | Zig:27   | Killed a dread lich
627695 | Zig:27   | Killed an ancient lich
627698 | Zig:27   | Killed an ancient lich
627698 | Zig:27   | Killed a dread lich
627698 | Zig:27   | Killed an ancient lich
627699 | Zig:27   | Noticed an ancient lich
627699 | Zig:27   | Noticed an ancient lich
627700 | Zig:27   | Noticed a dread lich
627702 | Zig:27   | Noticed an ancient lich
627702 | Zig:27   | Noticed an ancient lich
627702 | Zig:27   | Noticed a dread lich
627704 | Zig:27   | Killed an ancient lich
627704 | Zig:27   | Killed an ancient lich
627704 | Zig:27   | Noticed a dread lich
627705 | Zig:27   | Noticed an ancient lich
627706 | Zig:27   | Killed an ancient lich
627706 | Zig:27   | Killed a dread lich
627706 | Zig:27   | Killed a dread lich
627706 | Zig:27   | Killed an ancient lich
627706 | Zig:27   | Killed an ancient lich
627707 | Zig:27   | Noticed an ancient lich
627708 | Zig:27   | Killed a dread lich
627711 | Zig:27   | Killed an ancient lich
627724 | Zig:27   | Identified the +2 great mace of Kyllonot {freeze, SInv}
627726 | Zig:27   | Identified the ring "Timapp" {Str+8 Int+6 Dex-4 SInv}
627736 | Zig:27   | Identified the +0 ring mail of Mutualism {rElec}
627750 | Zig:27   | Identified the +3 hand axe "Zivomug" {freeze, rN+ rCorr
                  | Str-2 Int+5}
627762 | Zig:27   | Identified the +2 flail of Income {vorpal, rN+ Int+3}
627792 | Zig:27   | Identified the +4 shortbow "Buabu" {venom, rF+ Will+}
627796 | Zig:27   | Identified the +10 lajatang "Ischenin" {vorpal, Will++
                  | Int+6 Dex-3}
627808 | Zig:27   | Identified the ring "Bemuon" {Will++ Dex+6 Stlth+}
627822 | Zig:27   | Identified the +6 short sword of Wondrous Power {holy, rC+
                  | Will+ Int-2}
627828 | Zig:27   | Identified the +0 robe "Wughimi" {Contam Will+ Int+4 Dex+3}
627846 | Zig:27   | Identified the +7 war axe of Valiance {flame, Int+4}
627850 | Zig:27   | Identified the +6 great sword "Teipao" {drain, rElec rN++}
627856 | Zig:27   | Identified the ring "Lepeor" {Str+3 Int+4 Dex+6}
628344 | Zig:27   | Identified the ring "Hocodwam" {AC+4 Int+2}
628406 | Hell     | Upgraded the game from 0.29-a0-495-g17b79114eb to
                  | 0.29-a0-506-ga2e7fffb44
628436 | Zig:1    | Entered Level 1 of a ziggurat
628490 | Zig:2    | Entered Level 2 of a ziggurat
628490 | Zig:2    | Noticed a dread lich
628490 | Zig:2    | Noticed an ancient lich
628490 | Zig:2    | Noticed an ancient lich
628490 | Zig:2    | Noticed an ancient lich
628491 | Zig:2    | Noticed a dread lich
628492 | Zig:2    | Noticed an ancient lich
628492 | Zig:2    | Noticed an ancient lich
628492 | Zig:2    | Noticed an ancient lich
628493 | Zig:2    | Noticed a dread lich
628493 | Zig:2    | Noticed a dread lich
628494 | Zig:2    | Killed an ancient lich
628494 | Zig:2    | Killed a dread lich
628495 | Zig:2    | Killed a dread lich
628495 | Zig:2    | Killed an ancient lich
628495 | Zig:2    | Killed a dread lich
628495 | Zig:2    | Killed an ancient lich
628496 | Zig:2    | Killed an ancient lich
628496 | Zig:2    | Killed a dread lich
628496 | Zig:2    | Killed an ancient lich
628505 | Zig:2    | Killed an ancient lich
628572 | Zig:3    | Entered Level 3 of a ziggurat
628683 | Zig:4    | Entered Level 4 of a ziggurat
628683 | Zig:4    | Identified the -1 buckler "Awkuik" {Harm}
628795 | Zig:4    | Identified the +2 chain mail of the Beginning {*Corrode
                  | Regen+ Str+8 Int-5}
628805 | Zig:4    | Identified the amulet of Midnight {Reflect rElec SH+5}
628807 | Zig:4    | Identified the +6 dagger "Hellblazer" {venom, Dex+3}
628836 | Zig:5    | Entered Level 5 of a ziggurat
628847 | Zig:5    | Killed a starcursed mass
629006 | Zig:6    | Entered Level 6 of a ziggurat
629051 | Zig:6    | Identified the +6 fustibalus of Zuuwar {flame, Fly rC+
                  | Dex+7}
629194 | Zig:6    | Identified the +2 demon blade of Cikky {drain, SInv}
629243 | Zig:7    | Entered Level 7 of a ziggurat
629256 | Zig:7    | Killed a starcursed mass
629482 | Zig:8    | Entered Level 8 of a ziggurat
629689 | Zig:8    | Identified the +4 scythe of Outrage {holy, Fly}
629697 | Zig:8    | Identified the +6 chain mail of Raom Cil {*Slow Int+5}
629723 | Zig:9    | Entered Level 9 of a ziggurat
629723 | Zig:9    | Noticed a royal mummy
629723 | Zig:9    | Noticed a royal mummy
629723 | Zig:9    | Noticed a royal mummy
629724 | Zig:9    | Noticed a royal mummy
629726 | Zig:9    | Noticed a royal mummy
629726 | Zig:9    | Noticed a royal mummy
629727 | Zig:9    | Noticed a royal mummy
629727 | Zig:9    | Killed a royal mummy
629727 | Zig:9    | Killed a royal mummy
629728 | Zig:9    | Noticed a royal mummy
629728 | Zig:9    | Killed a royal mummy
629729 | Zig:9    | Noticed a royal mummy
629730 | Zig:9    | Noticed a royal mummy
629730 | Zig:9    | Noticed a royal mummy
629731 | Zig:9    | Killed a royal mummy
629731 | Zig:9    | Killed a royal mummy
629731 | Zig:9    | Killed a royal mummy
629731 | Zig:9    | Killed a royal mummy
629731 | Zig:9    | Killed a royal mummy
629731 | Zig:9    | Killed a royal mummy
629737 | Zig:9    | Killed a royal mummy
629737 | Zig:9    | Killed a royal mummy
629995 | Zig:9    | Identified the +9 short sword of the Uplifting Gods {drain,
                  | rPois rN+ SInv}
629997 | Zig:9    | Identified the +10 rapier of Accord {vamp, Dex+4}
630004 | Zig:10   | Entered Level 10 of a ziggurat
630004 | Zig:10   | Noticed a juggernaut
630004 | Zig:10   | Noticed a juggernaut
630004 | Zig:10   | Noticed a juggernaut
630004 | Zig:10   | Noticed a juggernaut
630004 | Zig:10   | Noticed a juggernaut
630004 | Zig:10   | Noticed a juggernaut
630004 | Zig:10   | Noticed a juggernaut
630004 | Zig:10   | Noticed a juggernaut
630005 | Zig:10   | Killed a juggernaut
630005 | Zig:10   | Killed a juggernaut
630005 | Zig:10   | Killed a juggernaut
630005 | Zig:10   | Killed a juggernaut
630005 | Zig:10   | Killed a juggernaut
630005 | Zig:10   | Killed a juggernaut
630006 | Zig:10   | Noticed a juggernaut
630007 | Zig:10   | Noticed a juggernaut
630007 | Zig:10   | Killed a juggernaut
630008 | Zig:10   | Noticed a juggernaut
630008 | Zig:10   | Noticed a juggernaut
630008 | Zig:10   | Noticed a juggernaut
630010 | Zig:10   | Noticed a juggernaut
630011 | Zig:10   | Killed a juggernaut
630014 | Zig:10   | Killed a juggernaut
630014 | Zig:10   | Killed a juggernaut
630015 | Zig:10   | Killed a juggernaut
630015 | Zig:10   | Killed a juggernaut
630016 | Zig:10   | Killed a juggernaut
630016 | Zig:10   | Killed a juggernaut
630240 | Zig:10   | Identified the +1 plate armour "Foycao" {Fly}
630246 | Zig:10   | Identified the amulet "Vutz" {Faith rElec Will+ Slay+2}
630338 | Zig:11   | Entered Level 11 of a ziggurat
630459 | Zig:11   | Identified the +4 glaive "Zaukih" {pain, *Slow rF+++ rC+
                  | Dex+6}
630696 | Zig:12   | Entered Level 12 of a ziggurat
631056 | Zig:12   | Identified the +12 glaive of Darkness {vamp, rN+ Will+
                  | Str+4}
631115 | Zig:13   | Entered Level 13 of a ziggurat
631171 | Zig:13   | Identified the ring of Aravekac {rElec rN++ EV+4 Str+3
                  | Dex-5}
631257 | Zig:13   | Identified the +2 dagger of the Howling One {drain, rPois
                  | Int+3}
631263 | Zig:13   | Identified the ring of Conflict {rC++ rN+ Will+ Dex+4
                  | Stlth-}
631281 | Zig:13   | Identified the +4 shortbow "Jaxt" {freeze, rElec rF+ rC+
                  | SInv}
631592 | Zig:14   | Entered Level 14 of a ziggurat
631592 | Zig:14   | Noticed a royal mummy
631592 | Zig:14   | Noticed a royal mummy
631592 | Zig:14   | Noticed a royal mummy
631592 | Zig:14   | Noticed a royal mummy
631592 | Zig:14   | Noticed a royal mummy
631592 | Zig:14   | Noticed a royal mummy
631592 | Zig:14   | Noticed a royal mummy
631592 | Zig:14   | Noticed a royal mummy
631593 | Zig:14   | Noticed a royal mummy
631594 | Zig:14   | Killed a royal mummy
631595 | Zig:14   | Killed a royal mummy
631595 | Zig:14   | Killed a royal mummy
631595 | Zig:14   | Noticed a royal mummy
631597 | Zig:14   | Noticed a royal mummy
631598 | Zig:14   | Noticed a royal mummy
631598 | Zig:14   | Noticed a royal mummy
631598 | Zig:14   | Noticed an ancient lich
631599 | Zig:14   | Killed a royal mummy
631599 | Zig:14   | Killed a royal mummy
631599 | Zig:14   | Killed a royal mummy
631599 | Zig:14   | Killed a royal mummy
631599 | Zig:14   | Killed a royal mummy
631599 | Zig:14   | Killed a royal mummy
631599 | Zig:14   | Killed a royal mummy
631599 | Zig:14   | Killed a royal mummy
631599 | Zig:14   | Killed a royal mummy
631599 | Zig:14   | Noticed a royal mummy
631599 | Zig:14   | Noticed a royal mummy
631599 | Zig:14   | Noticed a royal mummy
631600 | Zig:14   | Noticed a royal mummy
631603 | Zig:14   | Noticed a royal mummy
631605 | Zig:14   | Killed a royal mummy
631605 | Zig:14   | Killed a royal mummy
631605 | Zig:14   | Killed an ancient lich
631606 | Zig:14   | Noticed a royal mummy
631606 | Zig:14   | Killed a royal mummy
631606 | Zig:14   | Killed a royal mummy
631611 | Zig:14   | Killed a royal mummy
631611 | Zig:14   | Killed a royal mummy
631611 | Zig:14   | Killed a royal mummy
631857 | Zig:14   | Identified the ring "Foqasoz" {Fire Dex+3}
631861 | Zig:14   | Identified the ring of Xom's Entertainment {Fly Str+6
                  | Int+4}
631874 | Zig:14   | Identified the amulet of Lies {Reflect -Cast Fragile Dex+6
                  | SH+5 Stlth+}
631879 | Zig:14   | Identified the +4 rapier "Firghauwn" {antimagic, rC- rN+++
                  | Will+++ Dex-5}
631928 | Zig:14   | Identified the amulet "Aroskeub" {Acrobat Str+6}
631933 | Zig:14   | Identified the +9 trident "Uxzoheva" {flame, Dex+2}
631935 | Zig:14   | Identified the ring of Ruamaex {Fly rPois rF+ rC- rN++}
631936 | Zig:14   | Identified the +1 falchion "Intuv" {flame, Drain rElec
                  | rPois Int+3}
631937 | Zig:14   | Identified the +1 buckler "Jugg" {rC+ Will+ Str+7}
631938 | Zig:14   | Identified the ring of Jotest {rF+ Dex+4}
631944 | Zig:15   | Entered Level 15 of a ziggurat
632030 | Zig:15   | Identified the ring of Xiappiru {+Blink Will+ Int+3 Dex+2}
632041 | Zig:15   | Identified the +6 flail "Soliroak" {vorpal, rC+ Dex+2 SInv}
632061 | Zig:15   | Identified the +9 shortbow "Qasud" {freeze, Int+2}
632313 | Zig:15   | Identified the amulet of Nuqobeiwk {Acrobat rN+}
632320 | Zig:16   | Entered Level 16 of a ziggurat
632337 | Zig:16   | Noticed Saherhiol the pandemonium lord
632344 | Zig:16   | Killed Saherhiol the pandemonium lord
632647 | Zig:16   | Identified the +0 plate armour of Parts Unknown {Harm rCorr
                  | Int-5}
632675 | Zig:16   | Identified the ring "Uchok" {Wiz MP+9 Dex+3}
632678 | Zig:16   | Identified the ring "Apuani" {rElec rPois rF- rCorr Int+4}
632681 | Zig:16   | Identified the +0 plate armour of the Spider Nest {Dex+4}
632704 | Zig:16   | Identified the amulet of Mecaum {rElec rF+ rN+ Regen+ MP-9}
632708 | Zig:16   | Identified the +9 rapier of Overwhelming Force {flame,
                  | +Blink rF+++ rN+ Will-}
632718 | Zig:17   | Entered Level 17 of a ziggurat
633026 | Zig:17   | Identified the +6 hunting sling of Outrage {freeze, rC+
                  | Will+ Dex-5}
633034 | Zig:18   | Entered Level 18 of a ziggurat
633043 | Zig:18   | Paralysed by a floating eye for 4 turns
633332 | Zig:18   | Identified the +6 dagger of Kismet {venom, rElec rF- Int+8
                  | Dex-5}
633445 | Zig:18   | Identified the +7 flail "Oteowe" {freeze, rF- rC+++ Int-3
                  | SInv}
633483 | Zig:19   | Entered Level 19 of a ziggurat
633588 | Zig:19   | Identified the +6 falchion of Coagguesh {elec, rN++ Int-3
                  | Dex+4}
633594 | Zig:19   | Identified the +5 ring mail of the Shining Light {rPois
                  | rF++}
633606 | Zig:19   | Identified the +1 leather armour "Ressab Kaki" {rC+ Dex+4}
633618 | Zig:19   | Identified the +1 rapier of the Winnowing Gods {vorpal,
                  | MP+9 Int+2 Dex+4}
633630 | Zig:19   | Identified the +11 chain mail of Ruzajil {Dex+5}
633658 | Zig:19   | Identified the amulet of Jealousy {Faith *Corrode +Blink
                  | rPois}
633799 | Zig:19   | Identified the +0 falchion "Killer Bee's Peril" {flame,
                  | rPois Will+ Int+2 Dex+4}
634010 | Zig:19   | Identified the +1 leather armour of the Shore {rF+++ Will-
                  | Dex+2 Stlth+}
634011 | Zig:19   | Identified the +10 war axe of the Establishment {protect,
                  | +Blink rN+ MP+9}
634016 | Zig:20   | Entered Level 20 of a ziggurat
634566 | Zig:20   | Identified the +8 glaive of Loodol {vorpal, rCorr}
634580 | Zig:20   | Identified the ring "Qiptow" {Fly rC+}
634586 | Zig:20   | Identified the +1 robe of an ice cave {rPois rF+ rC+ Dex+3}
634599 | Zig:20   | Identified the +6 long sword of Osestre {antimagic, rF+ rN+
                  | Int+2}
634611 | Zig:20   | Identified the +6 chain mail "Plog" {Rampage Int+3 Dex+6}
634623 | Zig:20   | Identified the +5 mace "Ditzioc" {vorpal, Will- Str+4 Dex+5
                  | Stlth+}
634671 | Zig:21   | Entered Level 21 of a ziggurat
634853 | Zig:21   | Identified the +10 hunting sling of the Blushing Fool
                  | {vorpal, Int+3}
634869 | Zig:21   | Identified the +0 helmet of Agoraphobia {rElec rN+ Str+4}
634875 | Zig:21   | Identified the +5 hand crossbow of Brawling {freeze, rC+
                  | rCorr Dex-3 SInv}
635378 | Zig:21   | Identified the +1 ring mail of Imalaynezu {Str+2}
635379 | Zig:21   | Identified the ring "Ogguf" {Slay+5 SInv}
635382 | Zig:22   | Entered Level 22 of a ziggurat
635382 | Zig:22   | Noticed a dread lich
635382 | Zig:22   | Noticed an ancient lich
635382 | Zig:22   | Noticed a dread lich
635382 | Zig:22   | Noticed a dread lich
635382 | Zig:22   | Noticed a dread lich
635382 | Zig:22   | Noticed a dread lich
635382 | Zig:22   | Noticed a dread lich
635382 | Zig:22   | Noticed an ancient lich
635382 | Zig:22   | Noticed an ancient lich
635383 | Zig:22   | Killed a dread lich
635383 | Zig:22   | Killed a dread lich
635383 | Zig:22   | Killed a dread lich
635383 | Zig:22   | Killed a dread lich
635384 | Zig:22   | Noticed a dread lich
635384 | Zig:22   | Noticed an ancient lich
635384 | Zig:22   | Killed a dread lich
635384 | Zig:22   | Killed an ancient lich
635385 | Zig:22   | Noticed an ancient lich
635385 | Zig:22   | Noticed a dread lich
635385 | Zig:22   | Noticed a dread lich
635385 | Zig:22   | Noticed an ancient lich
635386 | Zig:22   | Noticed a dread lich
635386 | Zig:22   | Noticed a dread lich
635386 | Zig:22   | Noticed an ancient lich
635386 | Zig:22   | Noticed an ancient lich
635386 | Zig:22   | Killed an ancient lich
635386 | Zig:22   | Noticed an ancient lich
635387 | Zig:22   | Noticed a dread lich
635387 | Zig:22   | Noticed an ancient lich
635387 | Zig:22   | Noticed an ancient lich
635387 | Zig:22   | Killed an ancient lich
635388 | Zig:22   | Noticed an ancient lich
635388 | Zig:22   | Noticed an ancient lich
635388 | Zig:22   | Noticed an ancient lich
635388 | Zig:22   | Noticed a dread lich
635388 | Zig:22   | Noticed an ancient lich
635389 | Zig:22   | Noticed a dread lich
635389 | Zig:22   | Killed a dread lich
635389 | Zig:22   | Killed an ancient lich
635389 | Zig:22   | Killed a dread lich
635390 | Zig:22   | Noticed an ancient lich
635390 | Zig:22   | Noticed an ancient lich
635390 | Zig:22   | Noticed a dread lich
635390 | Zig:22   | Noticed an ancient lich
635390 | Zig:22   | Noticed a dread lich
635390 | Zig:22   | Noticed an ancient lich
635390 | Zig:22   | Noticed a dread lich
635390 | Zig:22   | Killed an ancient lich
635390 | Zig:22   | Killed an ancient lich
635390 | Zig:22   | Killed a dread lich
635391 | Zig:22   | Noticed a dread lich
635391 | Zig:22   | Noticed an ancient lich
635391 | Zig:22   | Noticed an ancient lich
635391 | Zig:22   | Noticed an ancient lich
635391 | Zig:22   | Killed an ancient lich
635391 | Zig:22   | Killed an ancient lich
635392 | Zig:22   | Noticed an ancient lich
635392 | Zig:22   | Killed a dread lich
635392 | Zig:22   | Killed an ancient lich
635392 | Zig:22   | Killed a dread lich
635392 | Zig:22   | Killed an ancient lich
635392 | Zig:22   | Killed a dread lich
635392 | Zig:22   | Killed an ancient lich
635392 | Zig:22   | Killed an ancient lich
635392 | Zig:22   | Killed an ancient lich
635392 | Zig:22   | Killed an ancient lich
635392 | Zig:22   | Killed an ancient lich
635392 | Zig:22   | Killed an ancient lich
635392 | Zig:22   | Killed an ancient lich
635392 | Zig:22   | Killed a dread lich
635394 | Zig:22   | Noticed an ancient lich
635394 | Zig:22   | Noticed an ancient lich
635394 | Zig:22   | Noticed a dread lich
635394 | Zig:22   | Noticed a dread lich
635394 | Zig:22   | Killed a dread lich
635395 | Zig:22   | Noticed an ancient lich
635395 | Zig:22   | Noticed a dread lich
635395 | Zig:22   | Noticed a dread lich
635396 | Zig:22   | Killed a dread lich
635396 | Zig:22   | Killed a dread lich
635396 | Zig:22   | Killed an ancient lich
635396 | Zig:22   | Killed an ancient lich
635396 | Zig:22   | Killed an ancient lich
635396 | Zig:22   | Killed an ancient lich
635396 | Zig:22   | Killed an ancient lich
635396 | Zig:22   | Killed an ancient lich
635396 | Zig:22   | Killed a dread lich
635396 | Zig:22   | Killed an ancient lich
635396 | Zig:22   | Killed a dread lich
635396 | Zig:22   | Killed an ancient lich
635396 | Zig:22   | Killed a dread lich
635397 | Zig:22   | Noticed a dread lich
635397 | Zig:22   | Killed an ancient lich
635398 | Zig:22   | Noticed a dread lich
635398 | Zig:22   | Killed a dread lich
635399 | Zig:22   | Noticed a dread lich
635399 | Zig:22   | Noticed an ancient lich
635400 | Zig:22   | Noticed a dread lich
635400 | Zig:22   | Noticed a dread lich
635401 | Zig:22   | Killed a dread lich
635403 | Zig:22   | Killed a dread lich
635403 | Zig:22   | Killed a dread lich
635403 | Zig:22   | Killed a dread lich
635404 | Zig:22   | Killed a dread lich
635404 | Zig:22   | Killed a dread lich
635404 | Zig:22   | Killed a dread lich
635404 | Zig:22   | Killed an ancient lich
635405 | Zig:22   | Killed a dread lich
635846 | Zig:22   | Identified the ring of Qazlal, Supporting {rN+ Int+6}
635856 | Zig:22   | Identified the ring of Finality {+Blink rN+ Str-2 Stlth+}
635862 | Zig:22   | Identified the +6 rapier "Goblin's Doom" {vorpal, rC+}
635880 | Zig:22   | Identified the ring "Rygelum" {rElec Will- AC+4 Str+3}
635898 | Zig:22   | Identified the +6 trident "Beastslayer" {holy, Contam rPois
                  | rN+}
635900 | Zig:22   | Identified the +1 spear of Viloal {vorpal, Will+ Str+4}
635905 | Zig:22   | Identified the ring "Neloomet" {Ice *Slow Will+ MP+9
                  | Slay+2}
636029 | Zig:23   | Entered Level 23 of a ziggurat
636029 | Zig:23   | Noticed a juggernaut
636029 | Zig:23   | Noticed a juggernaut
636029 | Zig:23   | Noticed a juggernaut
636029 | Zig:23   | Noticed a juggernaut
636029 | Zig:23   | Noticed a juggernaut
636029 | Zig:23   | Noticed a juggernaut
636029 | Zig:23   | Noticed a juggernaut
636029 | Zig:23   | Noticed a juggernaut
636029 | Zig:23   | Noticed a juggernaut
636029 | Zig:23   | Noticed a juggernaut
636030 | Zig:23   | Killed a juggernaut
636030 | Zig:23   | Killed a juggernaut
636030 | Zig:23   | Killed a juggernaut
636030 | Zig:23   | Killed a juggernaut
636030 | Zig:23   | Killed a juggernaut
636030 | Zig:23   | Killed a juggernaut
636031 | Zig:23   | Noticed a juggernaut
636031 | Zig:23   | Noticed a juggernaut
636032 | Zig:23   | Noticed a juggernaut
636032 | Zig:23   | Noticed a juggernaut
636032 | Zig:23   | Noticed a juggernaut
636033 | Zig:23   | Noticed a juggernaut
636033 | Zig:23   | Noticed a juggernaut
636033 | Zig:23   | Noticed a juggernaut
636034 | Zig:23   | Noticed a juggernaut
636034 | Zig:23   | Noticed a juggernaut
636035 | Zig:23   | Noticed a juggernaut
636035 | Zig:23   | Noticed a juggernaut
636036 | Zig:23   | Noticed a juggernaut
636036 | Zig:23   | Noticed a juggernaut
636036 | Zig:23   | Noticed a juggernaut
636037 | Zig:23   | Noticed a juggernaut
636037 | Zig:23   | Noticed a juggernaut
636037 | Zig:23   | Noticed a juggernaut
636038 | Zig:23   | Killed a juggernaut
636038 | Zig:23   | Killed a juggernaut
636038 | Zig:23   | Killed a juggernaut
636038 | Zig:23   | Killed a juggernaut
636038 | Zig:23   | Killed a juggernaut
636038 | Zig:23   | Killed a juggernaut
636038 | Zig:23   | Killed a juggernaut
636038 | Zig:23   | Killed a juggernaut
636038 | Zig:23   | Killed a juggernaut
636038 | Zig:23   | Killed a juggernaut
636038 | Zig:23   | Killed a juggernaut
636038 | Zig:23   | Killed a juggernaut
636038 | Zig:23   | Killed a juggernaut
636038 | Zig:23   | Killed a juggernaut
636038 | Zig:23   | Killed a juggernaut
636039 | Zig:23   | Killed a juggernaut
636039 | Zig:23   | Killed a juggernaut
636039 | Zig:23   | Killed a juggernaut
636039 | Zig:23   | Killed a juggernaut
636039 | Zig:23   | Noticed a juggernaut
636040 | Zig:23   | Killed a juggernaut
636040 | Zig:23   | Killed a juggernaut
636040 | Zig:23   | Killed a juggernaut
636041 | Zig:23   | Killed a juggernaut
636042 | Zig:23   | Noticed a juggernaut
636042 | Zig:23   | Noticed a juggernaut
636043 | Zig:23   | Noticed a juggernaut
636043 | Zig:23   | Noticed a juggernaut
636043 | Zig:23   | Noticed a juggernaut
636043 | Zig:23   | Noticed a juggernaut
636044 | Zig:23   | Noticed a juggernaut
636044 | Zig:23   | Noticed a juggernaut
636045 | Zig:23   | Noticed a juggernaut
636046 | Zig:23   | Noticed a juggernaut
636046 | Zig:23   | Noticed a juggernaut
636046 | Zig:23   | Killed a juggernaut
636046 | Zig:23   | Killed a juggernaut
636047 | Zig:23   | Killed a juggernaut
636048 | Zig:23   | Killed a juggernaut
636048 | Zig:23   | Killed a juggernaut
636048 | Zig:23   | Killed a juggernaut
636049 | Zig:23   | Killed a juggernaut
636049 | Zig:23   | Killed a juggernaut
636049 | Zig:23   | Killed a juggernaut
636049 | Zig:23   | Killed a juggernaut
636049 | Zig:23   | Killed a juggernaut
636050 | Zig:23   | Killed a juggernaut
636220 | Zig:23   | Identified the ring "Utoykuyr" {rPois rF++ MP+9}
636313 | Zig:23   | Identified the amulet of Kinny {Acrobat Rampage rElec rC-
                  | Int+9}
636336 | Zig:23   | Identified the +5 shortbow "Penithac" {vorpal, rN+ Str+4
                  | Dex-5 SInv}
636344 | Zig:23   | Identified the +6 dagger of the Peculiar Seas {holy, rF+
                  | Dex+4}
636670 | Zig:23   | Identified the ring "Hipnuufoaxt" {Ice rCorr}
636689 | Zig:24   | Entered Level 24 of a ziggurat
637202 | Zig:24   | Identified the +4 steam dragon scales of the Inquisitive
                  | Nights {rPois Str+3}
637327 | Zig:24   | Identified the ring "Owaacif" {rPois rC+ Slay-5 SInv}
637334 | Zig:24   | Identified the +0 morningstar of Change {vamp, rPois}
637340 | Zig:25   | Entered Level 25 of a ziggurat
637340 | Zig:25   | Noticed a dread lich
637340 | Zig:25   | Noticed an ancient lich
637340 | Zig:25   | Noticed an ancient lich
637340 | Zig:25   | Noticed a dread lich
637340 | Zig:25   | Noticed a dread lich
637340 | Zig:25   | Noticed a dread lich
637340 | Zig:25   | Noticed an ancient lich
637340 | Zig:25   | Noticed a dread lich
637340 | Zig:25   | Noticed a dread lich
637340 | Zig:25   | Noticed a dread lich
637340 | Zig:25   | Noticed a dread lich
637340 | Zig:25   | Noticed a dread lich
637340 | Zig:25   | Noticed a dread lich
637340 | Zig:25   | Noticed an ancient lich
637340 | Zig:25   | Noticed an ancient lich
637340 | Zig:25   | Noticed an ancient lich
637340 | Zig:25   | Noticed an ancient lich
637340 | Zig:25   | Noticed a dread lich
637340 | Zig:25   | Noticed an ancient lich
637340 | Zig:25   | Noticed a dread lich
637340 | Zig:25   | Noticed an ancient lich
637341 | Zig:25   | Killed a dread lich
637341 | Zig:25   | Killed a dread lich
637341 | Zig:25   | Killed a dread lich
637341 | Zig:25   | Killed a dread lich
637341 | Zig:25   | Killed an ancient lich
637341 | Zig:25   | Killed an ancient lich
637341 | Zig:25   | Killed a dread lich
637341 | Zig:25   | Killed a dread lich
637341 | Zig:25   | Killed an ancient lich
637341 | Zig:25   | Killed an ancient lich
637341 | Zig:25   | Killed a dread lich
637341 | Zig:25   | Killed an ancient lich
637341 | Zig:25   | Killed an ancient lich
637343 | Zig:25   | Noticed an ancient lich
637343 | Zig:25   | Noticed an ancient lich
637344 | Zig:25   | Noticed an ancient lich
637344 | Zig:25   | Noticed an ancient lich
637344 | Zig:25   | Noticed an ancient lich
637344 | Zig:25   | Noticed a dread lich
637344 | Zig:25   | Noticed a dread lich
637344 | Zig:25   | Noticed a dread lich
637344 | Zig:25   | Killed a dread lich
637344 | Zig:25   | Killed an ancient lich
637345 | Zig:25   | Noticed a dread lich
637345 | Zig:25   | Noticed an ancient lich
637345 | Zig:25   | Noticed an ancient lich
637345 | Zig:25   | Noticed an ancient lich
637345 | Zig:25   | Noticed an ancient lich
637346 | Zig:25   | Noticed a dread lich
637346 | Zig:25   | Noticed an ancient lich
637346 | Zig:25   | Noticed an ancient lich
637347 | Zig:25   | Noticed an ancient lich
637347 | Zig:25   | Killed a dread lich
637347 | Zig:25   | Killed a dread lich
637347 | Zig:25   | Killed an ancient lich
637347 | Zig:25   | Killed a dread lich
637347 | Zig:25   | Killed an ancient lich
637347 | Zig:25   | Killed an ancient lich
637347 | Zig:25   | Killed an ancient lich
637347 | Zig:25   | Killed a dread lich
637347 | Zig:25   | Killed an ancient lich
637347 | Zig:25   | Killed a dread lich
637347 | Zig:25   | Killed an ancient lich
637347 | Zig:25   | Killed an ancient lich
637347 | Zig:25   | Killed a dread lich
637347 | Zig:25   | Killed an ancient lich
637347 | Zig:25   | Killed an ancient lich
637347 | Zig:25   | Killed a dread lich
637348 | Zig:25   | Noticed a dread lich
637348 | Zig:25   | Noticed a dread lich
637348 | Zig:25   | Noticed an ancient lich
637348 | Zig:25   | Noticed a dread lich
637348 | Zig:25   | Killed an ancient lich
637348 | Zig:25   | Killed an ancient lich
637348 | Zig:25   | Noticed a dread lich
637349 | Zig:25   | Noticed an ancient lich
637349 | Zig:25   | Noticed an ancient lich
637349 | Zig:25   | Noticed a dread lich
637349 | Zig:25   | Noticed a dread lich
637349 | Zig:25   | Noticed a dread lich
637349 | Zig:25   | Noticed an ancient lich
637350 | Zig:25   | Noticed an ancient lich
637350 | Zig:25   | Noticed a dread lich
637350 | Zig:25   | Noticed an ancient lich
637350 | Zig:25   | Noticed a dread lich
637350 | Zig:25   | Noticed an ancient lich
637350 | Zig:25   | Noticed a dread lich
637350 | Zig:25   | Killed an ancient lich
637351 | Zig:25   | Killed a dread lich
637351 | Zig:25   | Killed an ancient lich
637351 | Zig:25   | Killed an ancient lich
637351 | Zig:25   | Killed an ancient lich
637351 | Zig:25   | Killed an ancient lich
637351 | Zig:25   | Killed a dread lich
637351 | Zig:25   | Killed an ancient lich
637351 | Zig:25   | Killed a dread lich
637351 | Zig:25   | Killed a dread lich
637351 | Zig:25   | Killed an ancient lich
637351 | Zig:25   | Killed a dread lich
637351 | Zig:25   | Killed a dread lich
637351 | Zig:25   | Killed a dread lich
637351 | Zig:25   | Killed an ancient lich
637351 | Zig:25   | Noticed a dread lich
637352 | Zig:25   | Noticed an ancient lich
637352 | Zig:25   | Noticed an ancient lich
637352 | Zig:25   | Noticed an ancient lich
637352 | Zig:25   | Noticed an ancient lich
637353 | Zig:25   | Noticed a dread lich
637353 | Zig:25   | Noticed an ancient lich
637353 | Zig:25   | Noticed an ancient lich
637353 | Zig:25   | Noticed an ancient lich
637353 | Zig:25   | Noticed a dread lich
637353 | Zig:25   | Noticed an ancient lich
637353 | Zig:25   | Noticed a dread lich
637353 | Zig:25   | Killed an ancient lich
637354 | Zig:25   | Killed a dread lich
637354 | Zig:25   | Killed a dread lich
637354 | Zig:25   | Killed a dread lich
637354 | Zig:25   | Killed an ancient lich
637354 | Zig:25   | Killed an ancient lich
637354 | Zig:25   | Killed a dread lich
637355 | Zig:25   | Noticed an ancient lich
637355 | Zig:25   | Noticed an ancient lich
637355 | Zig:25   | Noticed an ancient lich
637355 | Zig:25   | Noticed an ancient lich
637356 | Zig:25   | Noticed an ancient lich
637356 | Zig:25   | Noticed a dread lich
637356 | Zig:25   | Noticed a dread lich
637356 | Zig:25   | Killed an ancient lich
637356 | Zig:25   | Noticed a dread lich
637356 | Zig:25   | Killed a dread lich
637357 | Zig:25   | Noticed an ancient lich
637357 | Zig:25   | Noticed a dread lich
637357 | Zig:25   | Noticed an ancient lich
637358 | Zig:25   | Noticed a dread lich
637358 | Zig:25   | Noticed an ancient lich
637358 | Zig:25   | Noticed an ancient lich
637358 | Zig:25   | Killed an ancient lich
637358 | Zig:25   | Noticed a dread lich
637359 | Zig:25   | Noticed an ancient lich
637359 | Zig:25   | Killed a dread lich
637359 | Zig:25   | Killed a dread lich
637359 | Zig:25   | Killed an ancient lich
637359 | Zig:25   | Killed a dread lich
637359 | Zig:25   | Killed a dread lich
637359 | Zig:25   | Killed an ancient lich
637359 | Zig:25   | Killed an ancient lich
637359 | Zig:25   | Killed an ancient lich
637359 | Zig:25   | Killed a dread lich
637359 | Zig:25   | Killed an ancient lich
637359 | Zig:25   | Killed an ancient lich
637359 | Zig:25   | Killed a dread lich
637359 | Zig:25   | Killed an ancient lich
637359 | Zig:25   | Killed an ancient lich
637359 | Zig:25   | Killed an ancient lich
637361 | Zig:25   | Noticed an ancient lich
637361 | Zig:25   | Noticed an ancient lich
637361 | Zig:25   | Killed an ancient lich
637361 | Zig:25   | Killed an ancient lich
637361 | Zig:25   | Killed an ancient lich
637361 | Zig:25   | Killed an ancient lich
637361 | Zig:25   | Killed an ancient lich
637363 | Zig:25   | Killed a dread lich
637364 | Zig:25   | Killed an ancient lich
637365 | Zig:25   | Killed a dread lich
637365 | Zig:25   | Killed a dread lich
637366 | Zig:25   | Killed a dread lich
637366 | Zig:25   | Killed an ancient lich
637366 | Zig:25   | Killed an ancient lich
637552 | Zig:25   | Identified the +1 leather armour of Bedazzled Happiness
                  | {Harm Str+2}
638080 | Zig:25   | Identified the +10 falchion of Wealth {pain, *Noise rF+
                  | rN+}
638087 | Zig:26   | Entered Level 26 of a ziggurat
638122 | Zig:26   | Identified the +1 leather armour of Woyn {rElec Regen+
                  | Str-3 Stlth+}
638126 | Zig:26   | Identified the +7 halberd "Zekas" {elec, rF+}
638222 | Zig:26   | Identified the ring "Moulaoq" {rPois rN+ EV+4 Int+6 Stlth-}
638738 | Zig:26   | Identified the amulet "Modgh" {RegenMP +Blink rN+ Dex+4}
638749 | Zig:26   | Identified the +1 scale mail of the Kettle-Drum {Fly Will++
                  | Regen+ MP+9}
638791 | Zig:26   | Identified the amulet "Qoelifro" {Spirit rF+}
638815 | Zig:26   | Identified the ring "Tub Goliyff" {rElec EV+4 Int-4 Dex-3
                  | SInv}
638820 | Zig:26   | Identified the ring of Ru's Condemnation {rElec Int+6}
638828 | Zig:26   | Identified the +9 demon trident of Temperance {flame, rElec
                  | rC+ Stlth+}
638840 | Zig:26   | Identified the ring "Jugout" {Str+4 Slay+3 SInv}
638850 | Zig:26   | Identified the ring "Zekupihe" {Ice Fly Str+5 Int-3}
638852 | Zig:26   | Identified the +2 short sword of Eputtyod {speed, +Blink
                  | rF- Str+10 Dex+2}
638853 | Zig:26   | Identified the -2 cloak of Reason {SInv}
638856 | Zig:26   | Identified the +0 leather armour "Ylol Umu" {Fly rF+++
                  | Regen+ Str-3}
638871 | Zig:27   | Entered Level 27 of a ziggurat
639539 | Zig:27   | Identified the amulet of Kostud {Spirit Rampage MP+9}
639543 | Zig:27   | Identified the ring "Eleoff" {Fire MP+9 Dex+3}
639615 | Zig:1    | Entered Level 1 of a ziggurat
639704 | Zig:2    | Entered Level 2 of a ziggurat
639825 | Zig:2    | Identified the +9 trident of Brutal Revenge {venom, rC+
                  | Will+ Dex-3}
639838 | Zig:3    | Entered Level 3 of a ziggurat
639838 | Zig:3    | Noticed a royal mummy
639838 | Zig:3    | Noticed a royal mummy
639838 | Zig:3    | Noticed a royal mummy
639838 | Zig:3    | Noticed a royal mummy
639838 | Zig:3    | Noticed a royal mummy
639838 | Zig:3    | Noticed a royal mummy
639839 | Zig:3    | Killed a royal mummy
639839 | Zig:3    | Killed a royal mummy
639839 | Zig:3    | Killed a royal mummy
639839 | Zig:3    | Noticed a royal mummy
639845 | Zig:3    | Killed a royal mummy
639846 | Zig:3    | Killed a royal mummy
639847 | Zig:3    | Killed a royal mummy
639847 | Zig:3    | Killed a royal mummy
639891 | Zig:3    | Identified the +6 broad axe of the Riding Priest {vorpal,
                  | *Slow rElec Dex+2}
639999 | Zig:3    | Identified the amulet of the Hungering Gods {RegenMP Harm
                  | Drain Slay+2 Stlth+}
640004 | Zig:4    | Entered Level 4 of a ziggurat
640157 | Zig:4    | Identified the +2 robe of the Falcon {Stlth+}
640165 | Zig:4    | Identified the amulet of Juyskuaz {Faith rF+ MP+9}
640191 | Zig:4    | Identified the ring "Vyof" {rF+ Will+ Slay+3 SInv}
640225 | Zig:5    | Entered Level 5 of a ziggurat
640457 | Zig:6    | Entered Level 6 of a ziggurat
640724 | Zig:6    | Identified the +0 ring mail of Hurat {MP+9 Int+4 Dex-2
                  | Slay+2}
640729 | Zig:7    | Entered Level 7 of a ziggurat
640745 | Zig:7    | Noticed Veryrek the pandemonium lord
640750 | Zig:7    | Killed Veryrek the pandemonium lord
640986 | Zig:7    | Identified the ring "Won Gypt" {rF+ Will+ Dex+4}
640995 | Zig:8    | Entered Level 8 of a ziggurat
640998 | Zig:8    | Paralysed by accursed screaming for 1 turns
641334 | Zig:8    | Identified the +2 ring mail of Filth {rC+ MP+9 Slay-5}
641387 | Zig:9    | Entered Level 9 of a ziggurat
641658 | Zig:10   | Entered Level 10 of a ziggurat
642010 | Zig:10   | Identified the ring of Ugaony {rPois rN+ rCorr}
642032 | Zig:10   | Identified the +0 cloak "Pawkod" {+Blink rElec rN+ MP+9}
642034 | Zig:10   | Identified the amulet "Ynoenn" {Faith Dex+2 Stlth+}
642046 | Zig:10   | Identified the +0 chain mail of the Fiddle {rC++ rCorr MP+9
                  | Dex-4}
642072 | Zig:10   | Identified the +1 pair of boots "Epuklapp" {Str+8 Int-4}
642078 | Zig:10   | Identified the +0 tower shield of the Moon {Str+2}
642084 | Zig:10   | Identified the +9 longbow "Itanom" {vorpal, Str+5}
642096 | Zig:10   | Identified the +1 pair of boots "Lekhyit" {rPois rC++ rCorr
                  | Dex-3}
642136 | Zig:11   | Entered Level 11 of a ziggurat
642189 | Zig:11   | Identified the +6 giant club of Stickiness {flame, Fragile
                  | rElec rC++ Str-4}
642207 | Zig:11   | Identified the +0 leather armour "Xigiy" {Dex+3}
642280 | Zig:11   | Identified the +8 flail of Adghikkoi {vorpal, rC- rN+ Will+
                  | Int+4}
642294 | Zig:11   | Identified the +5 trident of Causality {drain, rN+ Str+2
                  | Dex+3}
642298 | Zig:11   | Identified the ring of Zuc Vokhlo {rElec rN+++ Int+6 Dex+6
                  | Slay-2}
642618 | Zig:11   | Identified the amulet of the Commoners {Reflect rElec Int+4
                  | SH+5}
642631 | Zig:12   | Entered Level 12 of a ziggurat
642631 | Zig:12   | Noticed a juggernaut
642631 | Zig:12   | Noticed a juggernaut
642632 | Zig:12   | Killed a juggernaut
642632 | Zig:12   | Killed a juggernaut
642633 | Zig:12   | Noticed a juggernaut
642635 | Zig:12   | Noticed a juggernaut
642635 | Zig:12   | Noticed a juggernaut
642635 | Zig:12   | Noticed a juggernaut
642636 | Zig:12   | Noticed a juggernaut
642637 | Zig:12   | Noticed a juggernaut
642637 | Zig:12   | Noticed a juggernaut
642638 | Zig:12   | Noticed a juggernaut
642638 | Zig:12   | Noticed a juggernaut
642640 | Zig:12   | Killed a juggernaut
642640 | Zig:12   | Killed a juggernaut
642640 | Zig:12   | Killed a juggernaut
642640 | Zig:12   | Killed a juggernaut
642640 | Zig:12   | Killed a juggernaut
642640 | Zig:12   | Killed a juggernaut
642640 | Zig:12   | Killed a juggernaut
642640 | Zig:12   | Killed a juggernaut
642641 | Zig:12   | Killed a juggernaut
642643 | Zig:12   | Noticed a juggernaut
642648 | Zig:12   | Killed a juggernaut
643062 | Zig:12   | Identified the ring "Aqatuhiw" {rN+ Int+2 Stlth+}
643100 | Zig:12   | Identified the +5 hunting sling of Charity {venom, MP+9}
643102 | Zig:12   | Identified the +7 swamp dragon scales "Camm" {+Inv rPois
                  | Regen+ Dex+4}
643157 | Zig:13   | Entered Level 13 of a ziggurat
643313 | Zig:13   | Identified the +5 hand crossbow "Orax" {penet, rC+}
643335 | Zig:13   | Identified the +9 short sword "Foiph" {protect, Fly rElec
                  | SInv}
643489 | Zig:13   | Identified the +0 buckler of Yriygufo {Fly}
643493 | Zig:13   | Identified the +5 chain mail of Lesser Demons {Stlth+}
643497 | Zig:13   | Identified the ring "Carorewn" {Fire rPois rCorr Str-4
                  | Int-4}
643506 | Zig:14   | Entered Level 14 of a ziggurat
643509 | Zig:14   | Noticed a dread lich
643513 | Zig:14   | Killed a dread lich
644068 | Zig:14   | Identified the +16 plate armour "Peojitun" {Dex+2}
644142 | Zig:14   | Identified the ring "Hyrusemo" {Ice *Slow rElec rN+++
                  | Int+2}
644153 | Zig:15   | Entered Level 15 of a ziggurat
644155 | Zig:15   | Noticed Ycuhohed's ghost (veteran TeBe)
644155 | Zig:15   | Noticed Hewasun's ghost (legendary MiBe)
644155 | Zig:15   | Noticed runemage's ghost (legendary GnFi)
644155 | Zig:15   | Noticed Sext's ghost (legendary MiFi)
644155 | Zig:15   | Noticed astronautguy's ghost (master DEFE)
644155 | Zig:15   | Noticed TuffENuff's ghost (legendary FoFi)
644155 | Zig:15   | Noticed Ycuhohed's ghost (veteran TeBe)
644155 | Zig:15   | Noticed Viocziel's ghost (adept TrMo)
644155 | Zig:15   | Noticed Huju's ghost (legendary HOFi)
644156 | Zig:15   | Noticed tigertrap's ghost (legendary DgWz)
644156 | Zig:15   | Noticed Heartburn's ghost (veteran MiFi)
644156 | Zig:15   | Noticed tigertrap's ghost (legendary DgWz)
644156 | Zig:15   | Noticed Xocw's ghost (legendary GrMo)
644156 | Zig:15   | Noticed yaoilover's ghost (veteran MiBe)
644156 | Zig:15   | Noticed Ecsetopt's ghost (legendary BaWn)
644156 | Zig:15   | Noticed Manman's ghost (legendary HOGl)
644156 | Zig:15   | Noticed Xocw's ghost (legendary GrMo)
644156 | Zig:15   | Noticed Oreexun's ghost (legendary DECj)
644157 | Zig:15   | Noticed Jeklifit's ghost (legendary FoFi)
644157 | Zig:15   | Noticed Sext's ghost (legendary MiFi)
644157 | Zig:15   | Noticed Xaowkis's ghost (legendary GnWr)
644158 | Zig:15   | Noticed Nenig's ghost (legendary GnFi)
644158 | Zig:15   | Noticed Denobboc's ghost (legendary OpMo)
644158 | Zig:15   | Noticed MrChinwatt's ghost (legendary DsWn)
644158 | Zig:15   | Noticed lmSkywalker's ghost (adept DrTm)
644158 | Zig:15   | Noticed Pikuto's ghost (adept MiBe)
644158 | Zig:15   | Noticed swap's ghost (legendary DEFE)
644158 | Zig:15   | Noticed Rocah's ghost (veteran GrFi)
644159 | Zig:15   | Noticed Veodywke's ghost (legendary MiBe)
644159 | Zig:15   | Noticed Rirumasy's ghost (legendary OpWn)
644160 | Zig:15   | Noticed Veodywke's ghost (legendary MiBe)
644160 | Zig:15   | Killed Ycuhohed's ghost
644160 | Zig:15   | Killed Heartburn's ghost
644160 | Zig:15   | Killed astronautguy's ghost
644160 | Zig:15   | Killed yaoilover's ghost
644160 | Zig:15   | Noticed Dittersdorf's ghost (legendary MiBe)
644160 | Zig:15   | Noticed Gemnonof's ghost (adept DgCj)
644160 | Zig:15   | Noticed Loffalid's ghost (legendary OpEE)
644161 | Zig:15   | Killed Viocziel's ghost
644161 | Zig:15   | Killed runemage's ghost
644161 | Zig:15   | Killed tigertrap's ghost
644161 | Zig:15   | Killed TuffENuff's ghost
644161 | Zig:15   | Killed Oreexun's ghost
644161 | Zig:15   | Noticed SevenDeadlySins's ghost (legendary DrCj)
644161 | Zig:15   | Noticed Janeylunn's ghost (veteran GnWn)
644162 | Zig:15   | Noticed Kalug's ghost (legendary DrFi)
644162 | Zig:15   | Noticed Viocziel's ghost (adept TrMo)
644163 | Zig:15   | Noticed Zachydoop's ghost (veteran MiMo)
644163 | Zig:15   | Noticed BerryKnight's ghost (legendary DgFi)
644164 | Zig:15   | Noticed Pikuto's ghost (adept MiBe)
644164 | Zig:15   | Killed Sext's ghost
644164 | Zig:15   | Killed Pikuto's ghost
644164 | Zig:15   | Killed Xaowkis's ghost
644165 | Zig:15   | Killed Rirumasy's ghost
644165 | Zig:15   | Killed Ycuhohed's ghost
644165 | Zig:15   | Killed lmSkywalker's ghost
644165 | Zig:15   | Killed Sext's ghost
644165 | Zig:15   | Killed Rocah's ghost
644165 | Zig:15   | Killed Hewasun's ghost
644165 | Zig:15   | Killed Gemnonof's ghost
644165 | Zig:15   | Noticed GlasyaLabolas's ghost (legendary MiFi)
644166 | Zig:15   | Noticed Reun's ghost (legendary GrEE)
644166 | Zig:15   | Killed Dittersdorf's ghost
644166 | Zig:15   | Killed Viocziel's ghost
644166 | Zig:15   | Noticed scarywalker64's ghost (veteran BaSu)
644166 | Zig:15   | Noticed agentgt's ghost (legendary MiCK)
644166 | Zig:15   | Noticed Qatinlae's ghost (veteran DEFE)
644167 | Zig:15   | Noticed Xocw's ghost (legendary GrMo)
644167 | Zig:15   | Killed Manman's ghost
644167 | Zig:15   | Killed Xocw's ghost
644167 | Zig:15   | Killed Nenig's ghost
644167 | Zig:15   | Killed tigertrap's ghost
644167 | Zig:15   | Killed Xocw's ghost
644167 | Zig:15   | Killed Ecsetopt's ghost
644167 | Zig:15   | Killed Huju's ghost
644167 | Zig:15   | Killed Veodywke's ghost
644168 | Zig:15   | Killed Xocw's ghost
644168 | Zig:15   | Killed Denobboc's ghost
644168 | Zig:15   | Killed swap's ghost
644168 | Zig:15   | Noticed tigertrap's ghost (legendary DgWz)
644168 | Zig:15   | Noticed heteroy's ghost (legendary DsHu)
644168 | Zig:15   | Noticed Motirgh's ghost (legendary DgWz)
644169 | Zig:15   | Noticed Marixus's ghost (legendary DDFi)
644169 | Zig:15   | Killed Jeklifit's ghost
644169 | Zig:15   | Killed MrChinwatt's ghost
644169 | Zig:15   | Killed Janeylunn's ghost
644169 | Zig:15   | Noticed Evehuixoju's ghost (legendary VSFi)
644170 | Zig:15   | Killed SevenDeadlySins's ghost
644170 | Zig:15   | Killed Zachydoop's ghost
644170 | Zig:15   | Killed Reun's ghost
644170 | Zig:15   | Killed GlasyaLabolas's ghost
644171 | Zig:15   | Killed Loffalid's ghost
644171 | Zig:15   | Noticed Rueful's ghost (legendary TrWr)
644171 | Zig:15   | Noticed Heartburn's ghost (veteran MiFi)
644171 | Zig:15   | Noticed Qatinlae's ghost (veteran DEFE)
644172 | Zig:15   | Noticed Ecsetopt's ghost (legendary BaWn)
644172 | Zig:15   | Killed Marixus's ghost
644172 | Zig:15   | Killed BerryKnight's ghost
644172 | Zig:15   | Noticed Hillam's ghost (legendary DsTm)
644173 | Zig:15   | Noticed frimble's ghost (adept DsGl)
644173 | Zig:15   | Noticed Dameikh's ghost (veteran FoFi)
644173 | Zig:15   | Killed Veodywke's ghost
644173 | Zig:15   | Killed scarywalker64's ghost
644173 | Zig:15   | Killed Qatinlae's ghost
644173 | Zig:15   | Killed Kalug's ghost
644174 | Zig:15   | Noticed Kucykkydd's ghost (legendary MiFi)
644175 | Zig:15   | Noticed frimble's ghost (legendary DsFi)
644175 | Zig:15   | Killed Motirgh's ghost
644175 | Zig:15   | Killed Ecsetopt's ghost
644175 | Zig:15   | Killed Heartburn's ghost
644175 | Zig:15   | Killed frimble's ghost
644175 | Zig:15   | Killed heteroy's ghost
644175 | Zig:15   | Noticed MrChinwatt's ghost (legendary DsWn)
644175 | Zig:15   | Noticed Xaowkis's ghost (legendary GnWr)
644175 | Zig:15   | Noticed heteroy's ghost (legendary DsHu)
644175 | Zig:15   | Noticed Dalot's ghost (legendary OpCj)
644175 | Zig:15   | Noticed Hewasun's ghost (legendary MiBe)
644176 | Zig:15   | Killed tigertrap's ghost
644176 | Zig:15   | Killed Rueful's ghost
644177 | Zig:15   | Killed agentgt's ghost
644178 | Zig:15   | Killed Dameikh's ghost
644178 | Zig:15   | Killed Xaowkis's ghost
644178 | Zig:15   | Killed heteroy's ghost
644178 | Zig:15   | Killed Dalot's ghost
644179 | Zig:15   | Noticed Pikuto's ghost (adept MiBe)
644179 | Zig:15   | Noticed Veodywke's ghost (legendary MiBe)
644180 | Zig:15   | Noticed Fugi's ghost (legendary FoFi)
644180 | Zig:15   | Killed Hillam's ghost
644180 | Zig:15   | Killed Evehuixoju's ghost
644180 | Zig:15   | Killed Kucykkydd's ghost
644180 | Zig:15   | Noticed Dalot's ghost (legendary OpCj)
644181 | Zig:15   | Killed frimble's ghost
644182 | Zig:15   | Killed MrChinwatt's ghost
644182 | Zig:15   | Killed Pikuto's ghost
644182 | Zig:15   | Noticed yaoilover's ghost (veteran MiBe)
644182 | Zig:15   | Noticed Fenir's ghost (legendary GnAE)
644182 | Zig:15   | Noticed WeeknightWizard's ghost (veteran DEFE)
644183 | Zig:15   | Killed Fugi's ghost
644183 | Zig:15   | Noticed Hacvoq's ghost (legendary HOFi)
644183 | Zig:15   | Noticed Xutext's ghost (adept DsAK)
644183 | Zig:15   | Noticed Oreexun's ghost (legendary DECj)
644183 | Zig:15   | Noticed Oreexun's ghost (legendary DECj)
644183 | Zig:15   | Noticed heteroy's ghost (legendary DsHu)
644184 | Zig:15   | Killed Pikuto's ghost
644185 | Zig:15   | Killed Xutext's ghost
644185 | Zig:15   | Killed Dalot's ghost
644185 | Zig:15   | Noticed Lasuan's ghost (master MiWr)
644185 | Zig:15   | Noticed Xocw's ghost (legendary GrMo)
644186 | Zig:15   | Killed Qatinlae's ghost
644186 | Zig:15   | Killed Veodywke's ghost
644186 | Zig:15   | Noticed Viocziel's ghost (adept TrMo)
644187 | Zig:15   | Killed yaoilover's ghost
644188 | Zig:15   | Killed WeeknightWizard's ghost
644188 | Zig:15   | Killed Fenir's ghost
644188 | Zig:15   | Killed Oreexun's ghost
644188 | Zig:15   | Noticed corvin's ghost (legendary OgWn)
644189 | Zig:15   | Killed Oreexun's ghost
644189 | Zig:15   | Noticed Rirumasy's ghost (legendary OpWn)
644190 | Zig:15   | Killed Hacvoq's ghost
644190 | Zig:15   | Killed Xocw's ghost
644190 | Zig:15   | Killed heteroy's ghost
644190 | Zig:15   | Noticed Talannal's ghost (legendary GnWz)
644191 | Zig:15   | Killed Hewasun's ghost
644191 | Zig:15   | Killed Lasuan's ghost
644191 | Zig:15   | Noticed Manman's ghost (legendary HOGl)
644191 | Zig:15   | Noticed sleeves's ghost (legendary HuEE)
644191 | Zig:15   | Noticed Boduf's ghost (legendary FoHu)
644192 | Zig:15   | Noticed frimble's ghost (legendary DsFi)
644192 | Zig:15   | Noticed Haitsiopt's ghost (legendary DsGl)
644193 | Zig:15   | Killed Viocziel's ghost
644193 | Zig:15   | Killed corvin's ghost
644194 | Zig:15   | Killed Rirumasy's ghost
644194 | Zig:15   | Noticed tigertrap's ghost (legendary DgWz)
644194 | Zig:15   | Noticed Heartburn's ghost (veteran MiFi)
644196 | Zig:15   | Killed Talannal's ghost
644197 | Zig:15   | Killed Boduf's ghost
644197 | Zig:15   | Noticed Uhosoup's ghost (veteran GrFi)
644198 | Zig:15   | Killed sleeves's ghost
644199 | Zig:15   | Killed frimble's ghost
644200 | Zig:15   | Killed Manman's ghost
644200 | Zig:15   | Killed tigertrap's ghost
644200 | Zig:15   | Killed Heartburn's ghost
644200 | Zig:15   | Noticed thechecker02's ghost (master DDFi)
644200 | Zig:15   | Noticed Hewasun's ghost (legendary MiBe)
644201 | Zig:15   | Noticed GlasyaLabolas's ghost (legendary MiFi)
644201 | Zig:15   | Noticed Viocziel's ghost (adept TrMo)
644202 | Zig:15   | Killed Uhosoup's ghost
644204 | Zig:15   | Killed Haitsiopt's ghost
644204 | Zig:15   | Noticed thechecker02's ghost (legendary DDFi)
644205 | Zig:15   | Killed GlasyaLabolas's ghost
644206 | Zig:15   | Killed thechecker02's ghost
644206 | Zig:15   | Killed thechecker02's ghost
644207 | Zig:15   | Noticed Xatwola's ghost (legendary DDFi)
644207 | Zig:15   | Noticed Totuz's ghost (legendary HOFi)
644209 | Zig:15   | Killed Hewasun's ghost
644209 | Zig:15   | Killed Viocziel's ghost
644210 | Zig:15   | Noticed heteroy's ghost (legendary DsHu)
644210 | Zig:15   | Noticed Zenecom's ghost (legendary MiFi)
644212 | Zig:15   | Killed heteroy's ghost
644213 | Zig:15   | Killed Xatwola's ghost
644213 | Zig:15   | Noticed MrChinwatt's ghost (legendary DsWn)
644214 | Zig:15   | Killed Totuz's ghost
644217 | Zig:15   | Killed Zenecom's ghost
644217 | Zig:15   | Killed MrChinwatt's ghost
644219 | Zig:15   | Noticed Fexazias's ghost (legendary DEAE)
644219 | Zig:15   | Noticed Zoplarin's ghost (legendary BaSk)
644222 | Zig:15   | Killed Fexazias's ghost
644222 | Zig:15   | Killed Zoplarin's ghost
644222 | Zig:15   | Noticed Ebassic's ghost (veteran GrFi)
644224 | Zig:15   | Noticed TuffENuff's ghost (legendary FoFi)
644226 | Zig:15   | Killed Ebassic's ghost
644226 | Zig:15   | Killed TuffENuff's ghost
644270 | Zig:15   | Identified the amulet "Bioczid" {Faith rElec MP+9 Str+4}
644336 | Zig:15   | Identified the +10 short sword of Trauma {freeze, rElec
                  | Str+4}
644554 | Zig:16   | Entered Level 16 of a ziggurat
644644 | Zig:16   | Identified the amulet of the Saviour {Reflect -Tele Harm
                  | Will- Str+6 SH+5}
644656 | Zig:16   | Identified the +10 long sword of Ledosteth {pain, Int+2
                  | Dex+4}
645071 | Zig:16   | Identified the +5 dagger "Death Rattle" {vorpal, Dex+7}
645080 | Zig:17   | Entered Level 17 of a ziggurat
645080 | Zig:17   | Noticed a dread lich
645080 | Zig:17   | Noticed a dread lich
645084 | Zig:17   | Killed a dread lich
645085 | Zig:17   | Killed a dread lich
645092 | Zig:17   | Noticed an ancient lich
645094 | Zig:17   | Noticed an ancient lich
645095 | Zig:17   | Killed an ancient lich
645096 | Zig:17   | Killed an ancient lich
645643 | Zig:17   | Identified the ring "Pengiu" {rF+ rCorr Str+6}
645646 | Zig:17   | Identified the ring "Oppuf" {Wiz rF+ rN++ Will-}
645649 | Zig:17   | Identified the +6 war axe "Seyfeco" {drain, rN+ Int+4}
645655 | Zig:18   | Entered Level 18 of a ziggurat
645680 | Zig:18   | Found the ring of the Octopus King
645979 | Zig:18   | Identified the ring "Kiclit" {*Corrode Fly rPois Will+}
645981 | Zig:18   | Identified the +4 ring mail of the Bespelling Gods {Harm
                  | rN++ rCorr Int-3}
646021 | Zig:18   | Identified the +6 falchion of the Ageless Friars {venom,
                  | Int+4}
646078 | Zig:18   | Identified a ring of the Octopus King {AC+1 EV+1 Str+1
                  | Int+1 Dex+1 SInv}
646090 | Zig:18   | Identified the +4 scimitar "Zaiczuush" {venom, Drain rElec
                  | rC+}
646095 | Zig:18   | Identified the +11 scimitar of the Twisting Gods {flame,
                  | rPois rF- Str-5 Stlth+}
646207 | Zig:18   | Identified the ring "Veqor" {EV+4 Str+4 Int+4 Dex-3}
646214 | Zig:19   | Entered Level 19 of a ziggurat
646229 | Zig:19   | Noticed a dread lich
646234 | Zig:19   | Killed a dread lich
646940 | Zig:19   | Identified the +7 hand crossbow of the Lurker {flame,
                  | rCorr}
646960 | Zig:19   | Identified the +8 rapier of Xoreh {elec, rN+ Int-3 SInv
                  | Stlth+}
646967 | Zig:19   | Identified the ring of Tolesch {rF+ rC+++ rCorr Str+6
                  | Stlth-}
646977 | Zig:20   | Entered Level 20 of a ziggurat
647679 | Zig:20   | Identified the +7 shortbow "Mut Vece" {vorpal, Int+2 Dex+2}
647733 | Zig:20   | Identified the ring "Japtaomn" {rCorr MP+9 Dex+3 Slay+2}
647735 | Zig:20   | Identified the +1 dagger of Ukkum {venom, rC+ Str+4}
647743 | Zig:20   | Identified the +11 morningstar of Xovuduirch {venom, rPois
                  | Str-3 Dex+4}
647761 | Zig:20   | Identified the ring "Memme" {+Blink rElec rPois Int+4}
647763 | Zig:20   | Identified the ring of the Cockatrice {Will+ MP+9}
647775 | Zig:20   | Identified the +6 rapier of Eternal War {drain, rPois rC+}
647781 | Zig:20   | Identified the amulet "Vorphad" {RegenMP Contam rN+ Will+
                  | Dex+4}
647825 | Zig:20   | Identified the +5 ring mail of the Morning {rElec Will+
                  | Dex-3}
647910 | Zig:20   | Identified the ring of the Peculiar Knives {rElec rCorr
                  | MP+9 Dex+2}
647930 | Zig:21   | Entered Level 21 of a ziggurat
647977 | Zig:21   | Paralysed by a floating eye for 4 turns
648130 | Zig:21   | Identified the +9 great mace of Tameu {vorpal, Str+3 Int+4
                  | SInv}
648140 | Zig:21   | Identified the +9 shortbow of Psychosis {freeze, rElec rN+
                  | Int+4 Stlth+}
648151 | Zig:21   | Identified the +10 morningstar "Xenoh" {spect, rElec Dex+4}
648207 | Zig:21   | Identified the ring "Bossuot" {rF- rN+ MP+9 Str+5}
648751 | Zig:21   | Identified the ring of Dishonesty {rC- Will+ Str+3 SInv}
648764 | Zig:22   | Entered Level 22 of a ziggurat
649537 | Zig:22   | Identified the +3 quarterstaff "Noucuiborph" {vorpal, rElec
                  | Dex+4}
649616 | Zig:23   | Entered Level 23 of a ziggurat
649862 | Zig:23   | Identified the +2 helmet of the Jackalope {Contam rElec
                  | rPois rN+}
650230 | Zig:23   | Identified the +2 lajatang of Callaodo {vorpal, rPois
                  | Int+3}
650237 | Zig:23   | Identified the +10 hand crossbow "Anick" {elec, Int+2}
650241 | Zig:23   | Identified the ring of the Ten Continents {Wiz rF++}
650245 | Zig:23   | Identified the +5 plate armour of the Tick {rElec rF++
                  | Will- Dex+2}
650254 | Zig:23   | Identified the ring of Omihyise {*Slow rElec Will- Str+6
                  | SInv}
650261 | Zig:23   | Identified the +5 hand axe "Leviticus" {pain, Contam rF+
                  | Will+ Int+4}
650270 | Zig:24   | Entered Level 24 of a ziggurat
651127 | Zig:24   | Identified the ring "Tenteath" {rN+ EV+4 Str+4}
651148 | Zig:24   | Identified the +1 robe of the Sacrificial Victim {*Slow
                  | +Inv Fly rElec rC-}
651162 | Zig:24   | Identified the amulet of Rul Xunt {rN+ Regen+ rCorr}
651164 | Zig:24   | Identified the +3 hand crossbow of the Butterfly {speed,
                  | rF+ rC+++ Will- Dex+2}
651193 | Zig:24   | Identified the +4 trident "Cutop" {vorpal, rC+ Dex+4}
651305 | Zig:25   | Entered Level 25 of a ziggurat
651305 | Zig:25   | Noticed a royal mummy
651305 | Zig:25   | Noticed a royal mummy
651305 | Zig:25   | Noticed a royal mummy
651305 | Zig:25   | Noticed a royal mummy
651305 | Zig:25   | Noticed a royal mummy
651305 | Zig:25   | Noticed a royal mummy
651305 | Zig:25   | Noticed a royal mummy
651305 | Zig:25   | Noticed a royal mummy
651305 | Zig:25   | Noticed a royal mummy
651305 | Zig:25   | Noticed a royal mummy
651305 | Zig:25   | Noticed a royal mummy
651305 | Zig:25   | Noticed a royal mummy
651306 | Zig:25   | Noticed a royal mummy
651306 | Zig:25   | Noticed a royal mummy
651306 | Zig:25   | Noticed a royal mummy
651307 | Zig:25   | Killed a royal mummy
651307 | Zig:25   | Killed a royal mummy
651307 | Zig:25   | Killed a royal mummy
651307 | Zig:25   | Killed a royal mummy
651307 | Zig:25   | Killed a royal mummy
651307 | Zig:25   | Killed a royal mummy
651307 | Zig:25   | Killed a royal mummy
651307 | Zig:25   | Killed a royal mummy
651307 | Zig:25   | Killed a royal mummy
651307 | Zig:25   | Killed a royal mummy
651307 | Zig:25   | Noticed a royal mummy
651308 | Zig:25   | Noticed a royal mummy
651308 | Zig:25   | Noticed a royal mummy
651308 | Zig:25   | Noticed a royal mummy
651309 | Zig:25   | Noticed a royal mummy
651309 | Zig:25   | Noticed a royal mummy
651309 | Zig:25   | Noticed a royal mummy
651310 | Zig:25   | Noticed a royal mummy
651310 | Zig:25   | Noticed a royal mummy
651310 | Zig:25   | Killed a royal mummy
651311 | Zig:25   | Noticed a royal mummy
651311 | Zig:25   | Killed a royal mummy
651311 | Zig:25   | Killed a royal mummy
651311 | Zig:25   | Killed a royal mummy
651311 | Zig:25   | Killed a royal mummy
651311 | Zig:25   | Noticed a royal mummy
651312 | Zig:25   | Killed a royal mummy
651312 | Zig:25   | Killed a royal mummy
651312 | Zig:25   | Noticed a royal mummy
651313 | Zig:25   | Noticed a royal mummy
651315 | Zig:25   | Killed a royal mummy
651315 | Zig:25   | Killed a royal mummy
651315 | Zig:25   | Killed a royal mummy
651315 | Zig:25   | Killed a royal mummy
651315 | Zig:25   | Killed a royal mummy
651315 | Zig:25   | Killed a royal mummy
651315 | Zig:25   | Killed a royal mummy
651315 | Zig:25   | Killed a royal mummy
651315 | Zig:25   | Killed a royal mummy
651315 | Zig:25   | Noticed a royal mummy
651315 | Zig:25   | Noticed a royal mummy
651316 | Zig:25   | Noticed a royal mummy
651316 | Zig:25   | Noticed a royal mummy
651316 | Zig:25   | Noticed a royal mummy
651316 | Zig:25   | Noticed a royal mummy
651317 | Zig:25   | Noticed a royal mummy
651318 | Zig:25   | Noticed a royal mummy
651318 | Zig:25   | Killed a royal mummy
651318 | Zig:25   | Killed a royal mummy
651318 | Zig:25   | Noticed a royal mummy
651318 | Zig:25   | Noticed a royal mummy
651319 | Zig:25   | Noticed a royal mummy
651319 | Zig:25   | Killed a royal mummy
651319 | Zig:25   | Killed a royal mummy
651319 | Zig:25   | Noticed a royal mummy
651319 | Zig:25   | Noticed a royal mummy
651320 | Zig:25   | Killed a royal mummy
651320 | Zig:25   | Killed a royal mummy
651320 | Zig:25   | Noticed a royal mummy
651320 | Zig:25   | Noticed a royal mummy
651321 | Zig:25   | Noticed a royal mummy
651321 | Zig:25   | Killed a royal mummy
651321 | Zig:25   | Noticed a royal mummy
651323 | Zig:25   | Killed a royal mummy
651323 | Zig:25   | Killed a royal mummy
651323 | Zig:25   | Killed a royal mummy
651323 | Zig:25   | Killed a royal mummy
651323 | Zig:25   | Killed a royal mummy
651323 | Zig:25   | Killed a royal mummy
651323 | Zig:25   | Killed a royal mummy
651323 | Zig:25   | Killed a royal mummy
651323 | Zig:25   | Killed a royal mummy
651323 | Zig:25   | Noticed a royal mummy
651323 | Zig:25   | Noticed a royal mummy
651324 | Zig:25   | Noticed a royal mummy
651324 | Zig:25   | Noticed a royal mummy
651325 | Zig:25   | Killed a royal mummy
651325 | Zig:25   | Noticed a royal mummy
651325 | Zig:25   | Noticed a royal mummy
651325 | Zig:25   | Noticed a royal mummy
651325 | Zig:25   | Noticed a royal mummy
651326 | Zig:25   | Noticed a royal mummy
651328 | Zig:25   | Killed a royal mummy
651328 | Zig:25   | Noticed a royal mummy
651328 | Zig:25   | Noticed a royal mummy
651329 | Zig:25   | Noticed a royal mummy
651329 | Zig:25   | Killed a royal mummy
651329 | Zig:25   | Killed a royal mummy
651329 | Zig:25   | Killed a royal mummy
651329 | Zig:25   | Killed a royal mummy
651329 | Zig:25   | Killed a royal mummy
651329 | Zig:25   | Noticed a royal mummy
651329 | Zig:25   | Noticed a royal mummy
651329 | Zig:25   | Noticed a royal mummy
651329 | Zig:25   | Noticed a royal mummy
651330 | Zig:25   | Noticed a royal mummy
651331 | Zig:25   | Noticed a royal mummy
651332 | Zig:25   | Killed a royal mummy
651332 | Zig:25   | Killed a royal mummy
651332 | Zig:25   | Killed a royal mummy
651332 | Zig:25   | Killed a royal mummy
651332 | Zig:25   | Killed a royal mummy
651332 | Zig:25   | Killed a royal mummy
651332 | Zig:25   | Killed a royal mummy
651332 | Zig:25   | Killed a royal mummy
651332 | Zig:25   | Killed a royal mummy
651332 | Zig:25   | Noticed a royal mummy
651332 | Zig:25   | Noticed a royal mummy
651334 | Zig:25   | Noticed a royal mummy
651334 | Zig:25   | Noticed a royal mummy
651336 | Zig:25   | Noticed a royal mummy
651336 | Zig:25   | Killed a royal mummy
651336 | Zig:25   | Killed a royal mummy
651336 | Zig:25   | Killed a royal mummy
651336 | Zig:25   | Killed a royal mummy
651336 | Zig:25   | Noticed a royal mummy
651336 | Zig:25   | Noticed a royal mummy
651336 | Zig:25   | Noticed a royal mummy
651336 | Zig:25   | Noticed a royal mummy
651337 | Zig:25   | Noticed a royal mummy
651337 | Zig:25   | Noticed a royal mummy
651337 | Zig:25   | Noticed a royal mummy
651338 | Zig:25   | Noticed a royal mummy
651338 | Zig:25   | Noticed a royal mummy
651338 | Zig:25   | Noticed a royal mummy
651338 | Zig:25   | Noticed a royal mummy
651341 | Zig:25   | Killed a royal mummy
651341 | Zig:25   | Killed a royal mummy
651341 | Zig:25   | Killed a royal mummy
651341 | Zig:25   | Killed a royal mummy
651341 | Zig:25   | Killed a royal mummy
651341 | Zig:25   | Killed a royal mummy
651341 | Zig:25   | Killed a royal mummy
651341 | Zig:25   | Killed a royal mummy
651341 | Zig:25   | Killed a royal mummy
651341 | Zig:25   | Killed a royal mummy
651341 | Zig:25   | Killed a royal mummy
651341 | Zig:25   | Killed a royal mummy
651341 | Zig:25   | Killed a royal mummy
651341 | Zig:25   | Killed a royal mummy
651341 | Zig:25   | Killed a royal mummy
651341 | Zig:25   | Killed a royal mummy
651341 | Zig:25   | Noticed a royal mummy
651341 | Zig:25   | Noticed a royal mummy
651342 | Zig:25   | Noticed a royal mummy
651343 | Zig:25   | Noticed a royal mummy
651343 | Zig:25   | Noticed a royal mummy
651343 | Zig:25   | Noticed a royal mummy
651343 | Zig:25   | Noticed a royal mummy
651343 | Zig:25   | Noticed a royal mummy
651343 | Zig:25   | Noticed a royal mummy
651343 | Zig:25   | Noticed a royal mummy
651344 | Zig:25   | Killed a royal mummy
651345 | Zig:25   | Noticed a royal mummy
651345 | Zig:25   | Killed a royal mummy
651345 | Zig:25   | Noticed a royal mummy
651345 | Zig:25   | Noticed a royal mummy
651345 | Zig:25   | Noticed a royal mummy
651345 | Zig:25   | Noticed a royal mummy
651345 | Zig:25   | Noticed a royal mummy
651346 | Zig:25   | Killed a royal mummy
651346 | Zig:25   | Killed a royal mummy
651346 | Zig:25   | Killed a royal mummy
651346 | Zig:25   | Noticed a royal mummy
651347 | Zig:25   | Killed a royal mummy
651347 | Zig:25   | Killed a royal mummy
651347 | Zig:25   | Killed a royal mummy
651347 | Zig:25   | Killed a royal mummy
651347 | Zig:25   | Killed a royal mummy
651347 | Zig:25   | Killed a royal mummy
651347 | Zig:25   | Killed a royal mummy
651347 | Zig:25   | Killed a royal mummy
651348 | Zig:25   | Killed a royal mummy
651348 | Zig:25   | Killed a royal mummy
651348 | Zig:25   | Killed a royal mummy
651348 | Zig:25   | Killed a royal mummy
651348 | Zig:25   | Noticed a royal mummy
651348 | Zig:25   | Noticed a royal mummy
651349 | Zig:25   | Killed a royal mummy
651349 | Zig:25   | Noticed a royal mummy
651349 | Zig:25   | Noticed a royal mummy
651350 | Zig:25   | Noticed a royal mummy
651350 | Zig:25   | Killed a royal mummy
651352 | Zig:25   | Killed a royal mummy
651352 | Zig:25   | Killed a royal mummy
651352 | Zig:25   | Killed a royal mummy
651352 | Zig:25   | Noticed a royal mummy
651352 | Zig:25   | Noticed a royal mummy
651353 | Zig:25   | Killed a royal mummy
651353 | Zig:25   | Noticed a royal mummy
651354 | Zig:25   | Killed a royal mummy
651354 | Zig:25   | Killed a royal mummy
651355 | Zig:25   | Killed a royal mummy
651355 | Zig:25   | Killed a royal mummy
651373 | Zig:25   | Identified the ring of Inkorale {*Slow rPois rN+++ Will+
                  | Str+3}
651376 | Zig:25   | Identified the ring "Wagras" {rN++ rCorr Str-3 Int+4}
651379 | Zig:25   | Identified the +6 quarterstaff of Xel Bau {drain, *Corrode
                  | rC+ Will++ SInv}
651381 | Zig:25   | Identified the ring "Odaohamn" {Will+ Str+6 Dex+4}
652249 | Zig:26   | Entered Level 26 of a ziggurat
652277 | Zig:26   | Noticed an ancient lich
652279 | Zig:26   | Killed an ancient lich
652295 | Zig:26   | Noticed an ancient lich
652295 | Zig:26   | Noticed an ancient lich
652315 | Zig:26   | Killed an ancient lich
652318 | Zig:26   | Noticed an ancient lich
652323 | Zig:26   | Killed an ancient lich
652338 | Zig:26   | Killed an ancient lich
653030 | Zig:26   | Identified the +1 robe of the Frog {rElec rN+}
653034 | Zig:26   | Identified the ring of Salvation {Ice Str-2 Dex+4 Slay+3}
653035 | Zig:26   | Identified the +5 spear "Typp" {vamp, rN+ rCorr Stlth-}
653046 | Zig:27   | Entered Level 27 of a ziggurat
653215 | Zig:27   | Identified the ring "Ykaem Hua" {rPois rN+++ Int-5 Slay+5}
653222 | Zig:27   | Identified the amulet "Losuc" {RegenMP Will- Str+7 Dex+4}
653240 | Zig:27   | Identified the +3 great mace "Zasi" {drain, rElec Stlth+}
653242 | Zig:27   | Identified the +9 mace "Weruamef" {freeze, Fragile rC++
                  | Will+++ Int-5}
653296 | Zig:27   | Identified the ring "Pixawn" {rPois Will+ AC+4}
653312 | Zig:27   | Identified the +7 battleaxe of Rubbish {vamp, *Corrode
                  | rElec Str+6 Int+4}
653334 | Zig:27   | Identified the +11 short sword "Nisympuc" {venom, rN+}
653340 | Zig:27   | Identified the amulet of Xomuavos {RegenMP Int+5}
653348 | Zig:27   | Identified the +9 dagger "Spiderbane" {speed, rPois}
653363 | Zig:27   | Identified the +10 hand axe of Disharmony {protect, Contam
                  | Fly rN+}
653407 | Zig:27   | Identified the +11 falchion of Turmoil {freeze, *Slow rCorr
                  | Int+3 Dex+4}
654213 | Zig:27   | Identified the ring "Riguwy" {rPois Will- MP+9 Str+6 Dex+3}
654326 | Zig:1    | Entered Level 1 of a ziggurat
654326 | Zig:1    | Noticed Yveoxtam the pandemonium lord
654326 | Zig:1    | Noticed Efi Ydu the pandemonium lord
654326 | Zig:1    | Noticed Xuh Nuun the pandemonium lord
654326 | Zig:1    | Noticed Soubbali the pandemonium lord
654326 | Zig:1    | Noticed Archau Fuowi the pandemonium lord
654330 | Zig:1    | Killed Archau Fuowi the pandemonium lord
654332 | Zig:1    | Killed Efi Ydu the pandemonium lord
654332 | Zig:1    | Killed Xuh Nuun the pandemonium lord
654332 | Zig:1    | Killed Yveoxtam the pandemonium lord
654333 | Zig:1    | Killed Soubbali the pandemonium lord
654460 | Zig:2    | Entered Level 2 of a ziggurat
654460 | Zig:2    | Noticed an ancient lich
654460 | Zig:2    | Noticed a dread lich
654460 | Zig:2    | Noticed a dread lich
654461 | Zig:2    | Noticed a dread lich
654463 | Zig:2    | Killed a dread lich
654463 | Zig:2    | Noticed an ancient lich
654464 | Zig:2    | Killed an ancient lich
654464 | Zig:2    | Killed a dread lich
654464 | Zig:2    | Noticed a dread lich
654465 | Zig:2    | Killed a dread lich
654465 | Zig:2    | Killed an ancient lich
654467 | Zig:2    | Killed a dread lich
654585 | Zig:3    | Entered Level 3 of a ziggurat
654747 | Zig:3    | Identified the +0 robe "Waaseby" {Drain rElec Str+4 Stlth+}
654756 | Zig:4    | Entered Level 4 of a ziggurat
654756 | Zig:4    | Noticed an orb of fire
654756 | Zig:4    | Noticed an orb of fire
654756 | Zig:4    | Noticed an orb of fire
654756 | Zig:4    | Noticed an orb of fire
654756 | Zig:4    | Noticed an orb of fire
654756 | Zig:4    | Noticed an orb of fire
654756 | Zig:4    | Noticed an orb of fire
654756 | Zig:4    | Noticed an orb of fire
654756 | Zig:4    | Noticed an orb of fire
654756 | Zig:4    | Noticed an orb of fire
654756 | Zig:4    | Noticed an orb of fire
654756 | Zig:4    | Noticed an orb of fire
654756 | Zig:4    | Noticed an orb of fire
654756 | Zig:4    | Noticed an orb of fire
654756 | Zig:4    | Noticed an orb of fire
654756 | Zig:4    | Noticed an orb of fire
654756 | Zig:4    | Noticed an orb of fire
654759 | Zig:4    | Killed an orb of fire
654759 | Zig:4    | Killed an orb of fire
654759 | Zig:4    | Killed an orb of fire
654759 | Zig:4    | Killed an orb of fire
654759 | Zig:4    | Killed an orb of fire
654759 | Zig:4    | Killed an orb of fire
654760 | Zig:4    | Killed an orb of fire
654760 | Zig:4    | Killed an orb of fire
654760 | Zig:4    | Killed an orb of fire
654760 | Zig:4    | Killed an orb of fire
654760 | Zig:4    | Killed an orb of fire
654760 | Zig:4    | Killed an orb of fire
654760 | Zig:4    | Killed an orb of fire
654760 | Zig:4    | Noticed an orb of fire
654760 | Zig:4    | Noticed an orb of fire
654760 | Zig:4    | Noticed an orb of fire
654761 | Zig:4    | Killed an orb of fire
654761 | Zig:4    | Killed an orb of fire
654761 | Zig:4    | Killed an orb of fire
654762 | Zig:4    | Killed an orb of fire
654762 | Zig:4    | Noticed an orb of fire
654762 | Zig:4    | Noticed an orb of fire
654764 | Zig:4    | Killed an orb of fire
654764 | Zig:4    | Killed an orb of fire
654764 | Zig:4    | Killed an orb of fire
654765 | Zig:4    | Killed an orb of fire
654766 | Zig:4    | Killed an orb of fire
654888 | Zig:4    | Identified the +8 chain mail of Udiang {*Corrode Will++
                  | Str+4}
654889 | Zig:4    | Identified the ring "Ovegruli" {Fire Will+ rCorr}
654896 | Zig:5    | Entered Level 5 of a ziggurat
654966 | Zig:5    | Identified the amulet "Datuneal" {Faith rElec rC+ rCorr}
655076 | Zig:6    | Entered Level 6 of a ziggurat
655076 | Zig:6    | Noticed an ancient lich
655077 | Zig:6    | Killed an ancient lich
655262 | Zig:6    | Identified the +3 shortbow of Qati {vorpal, rC- rCorr Dex+9
                  | SInv}
655296 | Zig:6    | Identified the amulet of Untruth {Reflect Fragile rF++ rN+
                  | SH+5 SInv}
655309 | Zig:7    | Entered Level 7 of a ziggurat
655358 | Zig:7    | Identified the +5 arbalest "Egg" {freeze, rF++ Dex+2}
655384 | Zig:7    | Identified the +7 spear "Zookhlet" {speed, rElec}
655544 | Zig:8    | Entered Level 8 of a ziggurat
655582 | Zig:8    | Identified the +1 chain mail of Ublodwu {Will- Str+6 Int+8}
655774 | Zig:8    | Identified the +5 plate armour of Too Many Cooks {rElec
                  | Will- Regen+}
655811 | Zig:9    | Entered Level 9 of a ziggurat
655811 | Zig:9    | Noticed a dread lich
655811 | Zig:9    | Noticed an ancient lich
655811 | Zig:9    | Noticed a dread lich
655811 | Zig:9    | Noticed a dread lich
655811 | Zig:9    | Noticed an ancient lich
655811 | Zig:9    | Noticed a dread lich
655811 | Zig:9    | Noticed a dread lich
655811 | Zig:9    | Noticed an ancient lich
655811 | Zig:9    | Noticed an ancient lich
655811 | Zig:9    | Noticed a dread lich
655812 | Zig:9    | Killed a dread lich
655812 | Zig:9    | Killed a dread lich
655812 | Zig:9    | Killed an ancient lich
655812 | Zig:9    | Killed an ancient lich
655814 | Zig:9    | Noticed an ancient lich
655814 | Zig:9    | Killed an ancient lich
655814 | Zig:9    | Killed an ancient lich
655814 | Zig:9    | Killed a dread lich
655814 | Zig:9    | Killed a dread lich
655814 | Zig:9    | Killed a dread lich
655814 | Zig:9    | Killed a dread lich
655814 | Zig:9    | Noticed an ancient lich
655816 | Zig:9    | Noticed a dread lich
655816 | Zig:9    | Noticed an ancient lich
655816 | Zig:9    | Noticed a dread lich
655817 | Zig:9    | Noticed an ancient lich
655817 | Zig:9    | Noticed a dread lich
655819 | Zig:9    | Killed a dread lich
655819 | Zig:9    | Killed an ancient lich
655819 | Zig:9    | Noticed a dread lich
655819 | Zig:9    | Noticed an ancient lich
655821 | Zig:9    | Killed an ancient lich
655821 | Zig:9    | Killed an ancient lich
655821 | Zig:9    | Killed a dread lich
655821 | Zig:9    | Killed a dread lich
655821 | Zig:9    | Killed an ancient lich
655821 | Zig:9    | Killed a dread lich
655821 | Zig:9    | Killed an ancient lich
655821 | Zig:9    | Noticed a dread lich
655823 | Zig:9    | Noticed a dread lich
655826 | Zig:9    | Killed a dread lich
655826 | Zig:9    | Killed a dread lich
656092 | Zig:9    | Identified the +9 great sword "Rerooseo" {freeze, Fragile
                  | Will+ Str+2}
656095 | Zig:10   | Entered Level 10 of a ziggurat
656339 | Zig:10   | Identified the +5 swamp dragon scales of Inaction {rPois
                  | Stlth+}
656406 | Zig:11   | Entered Level 11 of a ziggurat
656406 | Zig:11   | Identified the +0 tower shield of Liberalism {Rampage}
656453 | Zig:11   | Identified the +5 hunting sling "Hulk" {venom, Dex+2
                  | Stlth+}
656457 | Zig:11   | Identified the ring "Uwyott" {MP+9 Dex+5 SInv Stlth+}
656459 | Zig:11   | Identified the +3 war axe "Harghuowar" {flame, Fly Will+}
656469 | Zig:11   | Identified the +6 plate armour of Miracles {Dex+3}
656493 | Zig:11   | Identified the ring "Xodehoji" {AC+4 Int+5}
656499 | Zig:11   | Identified the +6 battleaxe "Cityhun" {speed, *Slow rC++
                  | Str+8}
656516 | Zig:11   | Identified the +1 pair of boots "Enapeiq" {rC+ Will+
                  | Regen+}
656773 | Zig:11   | Identified the amulet "Fulozu" {RegenMP rCorr Str+2}
656790 | Zig:12   | Entered Level 12 of a ziggurat
656839 | Zig:12   | Identified the ring of Guibbu {rPois rN+}
656996 | Zig:12   | Identified the ring of Dishonour {MP+9 Int+6}
657078 | Zig:12   | Identified the +6 great mace of the Breathing Big Fish
                  | {venom, rN+ Str+2 Dex-5}
657090 | Zig:12   | Identified the +0 leather armour of Ynemmegef {rElec rC+
                  | Int+10 Dex-3}
657128 | Zig:12   | Identified the ring "Lutane" {*Corrode rF+ Dex+2 SInv}
657130 | Zig:12   | Identified the ring of the Rose {rF++ Str+6}
657141 | Zig:13   | Entered Level 13 of a ziggurat
657141 | Zig:13   | Noticed a royal mummy
657141 | Zig:13   | Noticed a royal mummy
657141 | Zig:13   | Noticed a royal mummy
657142 | Zig:13   | Killed a royal mummy
657142 | Zig:13   | Killed a royal mummy
657142 | Zig:13   | Killed a royal mummy
657143 | Zig:13   | Noticed a royal mummy
657143 | Zig:13   | Noticed a royal mummy
657144 | Zig:13   | Noticed a royal mummy
657144 | Zig:13   | Noticed a royal mummy
657144 | Zig:13   | Noticed a royal mummy
657144 | Zig:13   | Noticed a royal mummy
657144 | Zig:13   | Noticed a royal mummy
657145 | Zig:13   | Noticed a royal mummy
657145 | Zig:13   | Noticed a royal mummy
657145 | Zig:13   | Noticed a royal mummy
657147 | Zig:13   | Noticed a royal mummy
657149 | Zig:13   | Killed a royal mummy
657149 | Zig:13   | Killed a royal mummy
657149 | Zig:13   | Killed a royal mummy
657149 | Zig:13   | Killed a royal mummy
657149 | Zig:13   | Killed a royal mummy
657149 | Zig:13   | Killed a royal mummy
657149 | Zig:13   | Killed a royal mummy
657149 | Zig:13   | Killed a royal mummy
657149 | Zig:13   | Killed a royal mummy
657149 | Zig:13   | Killed a royal mummy
657149 | Zig:13   | Noticed a royal mummy
657151 | Zig:13   | Noticed a royal mummy
657152 | Zig:13   | Noticed a royal mummy
657153 | Zig:13   | Noticed a royal mummy
657153 | Zig:13   | Noticed a royal mummy
657153 | Zig:13   | Noticed a royal mummy
657153 | Zig:13   | Noticed a royal mummy
657155 | Zig:13   | Killed a royal mummy
657156 | Zig:13   | Killed a royal mummy
657156 | Zig:13   | Killed a royal mummy
657156 | Zig:13   | Killed a royal mummy
657156 | Zig:13   | Killed a royal mummy
657157 | Zig:13   | Killed a royal mummy
657157 | Zig:13   | Killed a royal mummy
657157 | Zig:13   | Killed a royal mummy
657224 | Zig:13   | Identified the +2 robe of the Heavens {Harm Will+ Str-4}
657424 | Zig:13   | Identified the +6 fustibalus of the Sky {freeze, *Corrode
                  | rF++ rC+}
657447 | Zig:13   | Identified the ring of the Trout {Will+ rCorr Int-2 Dex+3
                  | Stlth+}
657462 | Zig:14   | Entered Level 14 of a ziggurat
657462 | Zig:14   | Identified the +1 buckler "Nymminka" {MP+9}
657480 | Zig:14   | Noticed Ikkuur the pandemonium lord
657489 | Zig:14   | Killed Ikkuur the pandemonium lord
657780 | Zig:14   | Identified the +3 shortbow of Defilement {speed, Dex+4}
657819 | Zig:14   | Identified the +8 bardiche of the Dead {freeze, Str-5
                  | Int+6}
657824 | Zig:14   | Identified the +7 hand crossbow of Mourning {vorpal, rCorr}
657838 | Zig:14   | Identified the +9 falchion "Nuozoo" {elec, rC- Will+ Str-2
                  | Int+7}
657878 | Zig:15   | Entered Level 15 of a ziggurat
657878 | Zig:15   | Noticed a royal mummy
657878 | Zig:15   | Noticed a royal mummy
657878 | Zig:15   | Noticed a royal mummy
657878 | Zig:15   | Noticed a royal mummy
657878 | Zig:15   | Noticed a royal mummy
657878 | Zig:15   | Noticed a royal mummy
657878 | Zig:15   | Noticed a royal mummy
657879 | Zig:15   | Killed a royal mummy
657879 | Zig:15   | Killed a royal mummy
657879 | Zig:15   | Killed a royal mummy
657879 | Zig:15   | Killed a royal mummy
657879 | Zig:15   | Killed a royal mummy
657880 | Zig:15   | Noticed a royal mummy
657881 | Zig:15   | Noticed a royal mummy
657881 | Zig:15   | Noticed a royal mummy
657883 | Zig:15   | Noticed a royal mummy
657887 | Zig:15   | Noticed a royal mummy
657887 | Zig:15   | Noticed a royal mummy
657887 | Zig:15   | Killed a royal mummy
657888 | Zig:15   | Killed a royal mummy
657888 | Zig:15   | Killed a royal mummy
657888 | Zig:15   | Killed a royal mummy
657888 | Zig:15   | Killed a royal mummy
657888 | Zig:15   | Noticed a royal mummy
657889 | Zig:15   | Noticed a royal mummy
657889 | Zig:15   | Noticed a royal mummy
657889 | Zig:15   | Noticed a royal mummy
657889 | Zig:15   | Killed a royal mummy
657890 | Zig:15   | Noticed a royal mummy
657890 | Zig:15   | Noticed a royal mummy
657891 | Zig:15   | Noticed a royal mummy
657892 | Zig:15   | Noticed a royal mummy
657892 | Zig:15   | Noticed a royal mummy
657893 | Zig:15   | Killed a royal mummy
657893 | Zig:15   | Killed a royal mummy
657893 | Zig:15   | Killed a royal mummy
657893 | Zig:15   | Killed a royal mummy
657893 | Zig:15   | Killed a royal mummy
657893 | Zig:15   | Killed a royal mummy
657893 | Zig:15   | Noticed a royal mummy
657894 | Zig:15   | Killed a royal mummy
657894 | Zig:15   | Killed a royal mummy
657894 | Zig:15   | Killed a royal mummy
657894 | Zig:15   | Killed a royal mummy
657895 | Zig:15   | Noticed a royal mummy
657899 | Zig:15   | Killed a royal mummy
657899 | Zig:15   | Killed a royal mummy
657900 | Zig:15   | Killed a royal mummy
657950 | Zig:15   | Identified the +3 hand crossbow of the Lair of Beasts
                  | {penet, MP-9 Str+8 Int-4 Dex+7 Stlth+}
658001 | Zig:15   | Identified the ring of Recklessness {Contam rPois Will+
                  | MP+9}
658014 | Zig:15   | Identified the +1 long sword of the Scorned {vamp, rPois
                  | Str+4 Dex+4 SInv}
658016 | Zig:15   | Identified the ring "Ysucw" {rN++ Str-4 SInv}
658270 | Zig:15   | Identified the +8 rapier "Oboer" {flame, Int+2}
658294 | Zig:16   | Entered Level 16 of a ziggurat
658667 | Zig:17   | Entered Level 17 of a ziggurat
658789 | Zig:17   | Identified the +5 ring mail of Isiocux {MP-9 Str+8 Dex+4
                  | Slay+5}
658791 | Zig:17   | Identified the +6 shortbow of the Fifty Ziggurats {vorpal,
                  | rElec}
658795 | Zig:17   | Identified the +0 plate armour of Relativism {Dex+3}
659256 | Zig:18   | Entered Level 18 of a ziggurat
659256 | Zig:18   | Noticed a juggernaut
659256 | Zig:18   | Noticed a juggernaut
659256 | Zig:18   | Noticed a juggernaut
659256 | Zig:18   | Noticed a juggernaut
659256 | Zig:18   | Noticed a juggernaut
659256 | Zig:18   | Noticed a juggernaut
659256 | Zig:18   | Noticed a juggernaut
659256 | Zig:18   | Noticed a juggernaut
659256 | Zig:18   | Noticed a juggernaut
659256 | Zig:18   | Noticed a juggernaut
659257 | Zig:18   | Killed a juggernaut
659257 | Zig:18   | Killed a juggernaut
659257 | Zig:18   | Killed a juggernaut
659257 | Zig:18   | Killed a juggernaut
659257 | Zig:18   | Killed a juggernaut
659257 | Zig:18   | Killed a juggernaut
659257 | Zig:18   | Killed a juggernaut
659258 | Zig:18   | Noticed a juggernaut
659258 | Zig:18   | Noticed a juggernaut
659259 | Zig:18   | Noticed a juggernaut
659259 | Zig:18   | Noticed a juggernaut
659259 | Zig:18   | Noticed a juggernaut
659259 | Zig:18   | Killed a juggernaut
659259 | Zig:18   | Killed a juggernaut
659260 | Zig:18   | Noticed a juggernaut
659260 | Zig:18   | Noticed a juggernaut
659260 | Zig:18   | Noticed a juggernaut
659260 | Zig:18   | Noticed a juggernaut
659261 | Zig:18   | Noticed a juggernaut
659261 | Zig:18   | Noticed a juggernaut
659262 | Zig:18   | Noticed a juggernaut
659262 | Zig:18   | Noticed a juggernaut
659262 | Zig:18   | Noticed a juggernaut
659263 | Zig:18   | Noticed a juggernaut
659264 | Zig:18   | Noticed a juggernaut
659264 | Zig:18   | Noticed a juggernaut
659264 | Zig:18   | Noticed a juggernaut
659265 | Zig:18   | Killed a juggernaut
659265 | Zig:18   | Killed a juggernaut
659265 | Zig:18   | Killed a juggernaut
659265 | Zig:18   | Killed a juggernaut
659265 | Zig:18   | Killed a juggernaut
659265 | Zig:18   | Killed a juggernaut
659265 | Zig:18   | Killed a juggernaut
659265 | Zig:18   | Killed a juggernaut
659265 | Zig:18   | Killed a juggernaut
659265 | Zig:18   | Killed a juggernaut
659267 | Zig:18   | Killed a juggernaut
659267 | Zig:18   | Killed a juggernaut
659267 | Zig:18   | Killed a juggernaut
659267 | Zig:18   | Killed a juggernaut
659268 | Zig:18   | Noticed a juggernaut
659268 | Zig:18   | Noticed a juggernaut
659268 | Zig:18   | Killed a juggernaut
659269 | Zig:18   | Noticed a juggernaut
659270 | Zig:18   | Noticed a juggernaut
659272 | Zig:18   | Killed a juggernaut
659275 | Zig:18   | Killed a juggernaut
659275 | Zig:18   | Killed a juggernaut
659275 | Zig:18   | Killed a juggernaut
659275 | Zig:18   | Killed a juggernaut
659276 | Zig:18   | Killed a juggernaut
659276 | Zig:18   | Killed a juggernaut
659279 | Zig:18   | Killed a juggernaut
659297 | Zig:18   | Identified the +9 falchion of Yeast {vorpal, Fragile rN++
                  | Stlth+}
659340 | Zig:18   | Identified the +3 falchion "Feafu" {protect, Str+6}
659653 | Zig:18   | Identified the amulet of Dithmenos's Generosity {Spirit
                  | Will+}
659733 | Zig:18   | Identified the +4 chain mail "Kutuerph" {Contam Fly rF-
                  | SInv}
659777 | Zig:18   | Identified the +4 ring mail "Hykiwim" {Str-3 Dex+4}
659782 | Zig:18   | Identified the +1 scale mail of Loss {Drain rElec Str-5
                  | SInv}
659784 | Zig:18   | Identified the +1 scale mail "Jaemar" {rCorr MP-9 Str-3
                  | Stlth+}
659796 | Zig:18   | Identified the +9 flail of the Empty Page {holy, rF+ Int+4}
659840 | Zig:18   | Identified the +4 halberd "Beastbane" {flame, Int+3 Dex+4}
659860 | Zig:19   | Entered Level 19 of a ziggurat
659860 | Zig:19   | Noticed a dread lich
659871 | Zig:19   | Killed a dread lich
659966 | Zig:19   | Identified the +5 long sword of Dim Light {vorpal, rC+
                  | Str+6}
659978 | Zig:19   | Identified the +1 scale mail of Sorcery {Int+3 SInv Stlth+}
659990 | Zig:19   | Identified the +6 flail "Ficw" {vorpal, rF+ Str+3}
659999 | Zig:19   | Identified the amulet "Jokhloga" {Faith rF+ SInv}
660029 | Zig:19   | Identified the +8 glaive of Xotosaha {vorpal, Str+3}
660043 | Zig:19   | Identified the +3 ring mail of Hangman {Rampage rPois
                  | Regen+ Slay+3 Stlth-}
660340 | Zig:20   | Entered Level 20 of a ziggurat
660397 | Zig:20   | Identified the +4 mace "Ydot Pot" {spect, rElec rN+ Stlth+}
660795 | Zig:20   | Identified the amulet of Dokhlupno {Reflect rC+ rCorr SH+5
                  | Stlth+}
660841 | Zig:20   | Identified the +1 scimitar "Killer Bee's Curse" {flame, rF+
                  | Int-3 Dex+5 Stlth+}
660847 | Zig:20   | Identified the +1 rapier of the Tired Queens {vorpal, rPois
                  | rF+ Int+3 SInv}
660997 | Zig:21   | Entered Level 21 of a ziggurat
661137 | Zig:21   | Identified the +1 rapier "Orb Guardian's Curse" {vorpal,
                  | rPois rF+++ Str-3 Dex+5}
661145 | Zig:21   | Identified the +9 dagger of Intimidation {antimagic, rF-
                  | rN+++ Dex+3 SInv}
661165 | Zig:21   | Identified the +4 hand axe of Regicide {vorpal, *Noise
                  | Will+ Str+6 SInv}
661183 | Zig:21   | Identified the ring "Aggeon" {Int+6 Slay+3}
661187 | Zig:21   | Identified the +6 great sword "Wiaveas" {vorpal, Drain rF+
                  | Str+6 SInv}
661199 | Zig:21   | Identified the +1 leather armour of Faanovac {rC++ rN+
                  | Will+ Stlth+}
661221 | Zig:21   | Identified the +9 hand crossbow of Nuocoitau {vorpal, rN++
                  | Int-3 Dex+4}
661238 | Zig:21   | Identified the +1 robe "Zuqofo Jasuu" {Fly rCorr Int+4
                  | SInv}
661712 | Zig:22   | Entered Level 22 of a ziggurat
661733 | Zig:22   | Identified the +0 plate armour "Reuger" {Regen+}
661737 | Zig:22   | Identified the +11 long sword of Painful Death {antimagic,
                  | rElec rC+ Dex-4}
661768 | Zig:22   | Identified the +0 longbow of Elujor {freeze, Contam +Blink
                  | rPois}
662186 | Zig:22   | Identified the ring "Sasiv" {rElec rC+ Str+2}
662230 | Zig:22   | Identified the +8 hand axe of the Depths {vorpal, Str+3}
662252 | Zig:22   | Identified the +10 rapier of Qeerid {vamp, Fly rElec rN++
                  | Str-3}
662261 | Zig:22   | Identified the +1 ring mail of Gravity {+Blink Will- Str+3}
662295 | Zig:22   | Identified the ring "Xusih" {*Slow rC+ Str-2 Int+6 Dex+8}
662322 | Zig:22   | Identified the +1 pair of gloves "Doafrati" {Int+3}
662382 | Zig:22   | Identified the +1 spear of Parts Unknown {venom, Fly rPois
                  | rF- Int+4}
662401 | Zig:23   | Entered Level 23 of a ziggurat
662434 | Zig:23   | Noticed Omioxtemp the pandemonium lord
662449 | Zig:23   | Killed Omioxtemp the pandemonium lord
662528 | Zig:23   | Identified the ring "Pauli" {Wiz Int+3}
662537 | Zig:23   | Identified the +11 spear "Yjorghi" {vorpal, +Blink rElec
                  | Str+3}
662580 | Zig:23   | Identified the ring of Life {rPois rC+ Int+3}
663038 | Zig:23   | Identified the amulet of Oenomania {Faith Rampage Str-5
                  | Dex+2 Slay+3}
663052 | Zig:24   | Entered Level 24 of a ziggurat
663052 | Zig:24   | Noticed a dread lich
663052 | Zig:24   | Noticed an ancient lich
663052 | Zig:24   | Noticed an ancient lich
663052 | Zig:24   | Noticed an ancient lich
663052 | Zig:24   | Noticed an ancient lich
663052 | Zig:24   | Noticed an ancient lich
663052 | Zig:24   | Noticed an ancient lich
663052 | Zig:24   | Noticed an ancient lich
663053 | Zig:24   | Killed an ancient lich
663053 | Zig:24   | Killed an ancient lich
663054 | Zig:24   | Noticed a dread lich
663054 | Zig:24   | Noticed an ancient lich
663055 | Zig:24   | Noticed a dread lich
663055 | Zig:24   | Noticed an ancient lich
663056 | Zig:24   | Noticed an ancient lich
663056 | Zig:24   | Noticed a dread lich
663056 | Zig:24   | Noticed a dread lich
663058 | Zig:24   | Noticed an ancient lich
663058 | Zig:24   | Noticed a dread lich
663058 | Zig:24   | Killed an ancient lich
663058 | Zig:24   | Killed an ancient lich
663058 | Zig:24   | Killed an ancient lich
663058 | Zig:24   | Killed an ancient lich
663058 | Zig:24   | Killed a dread lich
663058 | Zig:24   | Killed an ancient lich
663058 | Zig:24   | Killed a dread lich
663058 | Zig:24   | Killed a dread lich
663058 | Zig:24   | Killed an ancient lich
663058 | Zig:24   | Killed an ancient lich
663058 | Zig:24   | Killed a dread lich
663058 | Zig:24   | Noticed an ancient lich
663059 | Zig:24   | Noticed a dread lich
663059 | Zig:24   | Noticed a dread lich
663059 | Zig:24   | Noticed an ancient lich
663059 | Zig:24   | Noticed an ancient lich
663060 | Zig:24   | Noticed a dread lich
663061 | Zig:24   | Noticed an ancient lich
663061 | Zig:24   | Noticed a dread lich
663061 | Zig:24   | Killed a dread lich
663061 | Zig:24   | Killed an ancient lich
663061 | Zig:24   | Killed an ancient lich
663061 | Zig:24   | Killed a dread lich
663061 | Zig:24   | Killed an ancient lich
663061 | Zig:24   | Killed a dread lich
663061 | Zig:24   | Killed a dread lich
663061 | Zig:24   | Killed a dread lich
663062 | Zig:24   | Noticed a dread lich
663062 | Zig:24   | Noticed an ancient lich
663063 | Zig:24   | Noticed an ancient lich
663064 | Zig:24   | Noticed a dread lich
663064 | Zig:24   | Noticed a dread lich
663065 | Zig:24   | Noticed an ancient lich
663065 | Zig:24   | Killed an ancient lich
663065 | Zig:24   | Killed an ancient lich
663065 | Zig:24   | Killed an ancient lich
663065 | Zig:24   | Killed a dread lich
663065 | Zig:24   | Killed a dread lich
663065 | Zig:24   | Killed an ancient lich
663065 | Zig:24   | Noticed a dread lich
663065 | Zig:24   | Noticed a dread lich
663065 | Zig:24   | Noticed an ancient lich
663067 | Zig:24   | Killed an ancient lich
663067 | Zig:24   | Killed a dread lich
663067 | Zig:24   | Killed a dread lich
663067 | Zig:24   | Killed an ancient lich
663067 | Zig:24   | Killed a dread lich
663067 | Zig:24   | Noticed a dread lich
663067 | Zig:24   | Noticed an ancient lich
663068 | Zig:24   | Killed a dread lich
663068 | Zig:24   | Killed an ancient lich
663069 | Zig:24   | Killed an ancient lich
663069 | Zig:24   | Killed a dread lich
663069 | Zig:24   | Noticed an ancient lich
663069 | Zig:24   | Noticed an ancient lich
663069 | Zig:24   | Noticed a dread lich
663069 | Zig:24   | Noticed an ancient lich
663069 | Zig:24   | Noticed an ancient lich
663070 | Zig:24   | Noticed a dread lich
663070 | Zig:24   | Noticed an ancient lich
663071 | Zig:24   | Noticed a dread lich
663071 | Zig:24   | Noticed a dread lich
663071 | Zig:24   | Noticed a dread lich
663071 | Zig:24   | Noticed an ancient lich
663072 | Zig:24   | Noticed a dread lich
663073 | Zig:24   | Noticed a dread lich
663074 | Zig:24   | Killed a dread lich
663074 | Zig:24   | Killed an ancient lich
663074 | Zig:24   | Killed a dread lich
663074 | Zig:24   | Killed a dread lich
663074 | Zig:24   | Killed a dread lich
663075 | Zig:24   | Killed a dread lich
663075 | Zig:24   | Killed an ancient lich
663075 | Zig:24   | Killed an ancient lich
663075 | Zig:24   | Killed an ancient lich
663075 | Zig:24   | Killed an ancient lich
663075 | Zig:24   | Killed an ancient lich
663075 | Zig:24   | Killed a dread lich
663075 | Zig:24   | Killed a dread lich
663075 | Zig:24   | Noticed a dread lich
663076 | Zig:24   | Noticed a dread lich
663079 | Zig:24   | Noticed an ancient lich
663082 | Zig:24   | Killed a dread lich
663082 | Zig:24   | Killed a dread lich
663082 | Zig:24   | Killed an ancient lich
663568 | Zig:24   | Identified the +8 short sword of Mil Qaev {speed, Dex+5}
663604 | Zig:24   | Identified the amulet of Neuroar {Reflect Str+4 Dex-2 SH+5}
663647 | Zig:24   | Identified the +3 quarterstaff of Uqup {elec, rC+}
663657 | Zig:25   | Entered Level 25 of a ziggurat
663750 | Zig:25   | Identified the ring "Mahim" {AC+4 Str+2 Stlth+}
663764 | Zig:25   | Identified the +6 fustibalus of Aggiwe {speed, rC+++ Int-5}
663782 | Zig:25   | Identified the ring of Weiffyna {rC+ rN+ Dex+3}
663797 | Zig:25   | Identified the amulet of Gexkenog {Regen+ MP+9 Str+8 Int-2}
663815 | Zig:25   | Identified the ring "Adityhi" {rPois rF++ rC- Int+6}
663831 | Zig:25   | Identified the +0 cloak "Himukh" {+Blink rElec rPois rC-}
663841 | Zig:25   | Identified the ring "Jeum Iss" {Str+6 Slay+2}
663847 | Zig:25   | Identified the +2 dagger "Yledul" {flame, rElec}
663879 | Zig:25   | Identified the +2 chain mail "Eliv" {Rampage Str+2}
664464 | Zig:26   | Entered Level 26 of a ziggurat
664491 | Zig:26   | Identified the +8 flail of Nemelex Xobeh's Hope {vamp,
                  | *Noise rElec rF- Str+10}
664623 | Zig:26   | Identified the +1 ring mail of Duck's Teeth {Drain +Inv rF-
                  | Str+7}
665168 | Zig:26   | Identified the +1 robe "Zaamoqiu" {rC+}
665198 | Zig:26   | Identified the +1 dagger of the Burning Gods {drain, Will++
                  | Int+3}
665224 | Zig:26   | Identified the amulet "Niof" {Spirit Will+}
665226 | Zig:26   | Identified the ring of Ykhlilai {rN+ Str+2 Int+6}
665244 | Zig:26   | Identified the +3 hunting sling "Killer Bee's Foe" {venom,
                  | Int+7 Stlth-}
665262 | Zig:26   | Identified the amulet of Isseygg {Regen+ Str+3}
665297 | Zig:26   | Identified the +10 plate armour of Death Resistance {+Blink
                  | Fly rPois Int-5}
665323 | Zig:26   | Identified the +8 eveningstar of Wir Zent {vorpal, rPois
                  | rC+ Stlth+}
665338 | Zig:26   | Identified the +3 barding of Curiosity {rC+ Str+4 Int+3}
665384 | Zig:27   | Entered Level 27 of a ziggurat
665473 | Zig:27   | Identified the +0 leather armour of Immorality {-Cast rElec
                  | rCorr}
665500 | Zig:27   | Identified the ring "Qeigam" {Will+ Stlth+}
665531 | Zig:27   | Identified the +1 robe "Plog" {rN+}
665611 | Zig:27   | Identified the +8 hand crossbow of Karma {venom, Str+4}
665615 | Zig:27   | Identified the +9 demon blade "Tormentor" {antimagic,
                  | +Blink rPois Will+}
665619 | Zig:27   | Identified the +6 war axe of Bankruptcy {drain, Dex+4 SInv}
665677 | Zig:27   | Identified the +3 ring mail of the Endless Cities {rF+ rC+}
665723 | Zig:27   | Identified the +4 hand crossbow "Meuliy" {penet, *Corrode
                  | MP+9 SInv}
665817 | Zig:27   | Identified the ring "Qaanor" {rC+ Will+ MP-9 Str+2 SInv}
665823 | Zig:27   | Identified the +11 hand crossbow "Tiguschue" {elec, Will++
                  | Dex+4}
666283 | Zig:1    | Entered Level 1 of a ziggurat
666410 | Zig:2    | Entered Level 2 of a ziggurat
666559 | Zig:3    | Entered Level 3 of a ziggurat
666563 | Zig:3    | Noticed Nuafrog the pandemonium lord
666568 | Zig:3    | Killed Nuafrog the pandemonium lord
666633 | Zig:3    | Identified the +2 long sword of World Downfall {vorpal, rF+
                  | rN+ rCorr Dex+2}
666728 | Zig:4    | Entered Level 4 of a ziggurat
666732 | Zig:4    | Noticed Tuhaset the pandemonium lord
666737 | Zig:4    | Killed Tuhaset the pandemonium lord
666888 | Zig:5    | Entered Level 5 of a ziggurat
666897 | Zig:5    | Noticed Tory the pandemonium lord
666899 | Zig:5    | Killed Tory the pandemonium lord
667062 | Zig:5    | Identified the +2 rapier of the Magic Mushroom {flame, rF-
                  | rCorr Int+7 Dex-5}
667078 | Zig:6    | Entered Level 6 of a ziggurat
667078 | Zig:6    | Noticed an ancient lich
667078 | Zig:6    | Noticed a dread lich
667078 | Zig:6    | Noticed a dread lich
667078 | Zig:6    | Noticed an ancient lich
667078 | Zig:6    | Noticed a dread lich
667078 | Zig:6    | Noticed an ancient lich
667078 | Zig:6    | Noticed an ancient lich
667078 | Zig:6    | Noticed an ancient lich
667078 | Zig:6    | Noticed a dread lich
667078 | Zig:6    | Noticed an ancient lich
667078 | Zig:6    | Noticed an ancient lich
667078 | Zig:6    | Noticed an ancient lich
667078 | Zig:6    | Noticed an ancient lich
667079 | Zig:6    | Killed an ancient lich
667079 | Zig:6    | Killed an ancient lich
667079 | Zig:6    | Killed a dread lich
667079 | Zig:6    | Killed an ancient lich
667079 | Zig:6    | Killed a dread lich
667079 | Zig:6    | Killed a dread lich
667079 | Zig:6    | Killed an ancient lich
667080 | Zig:6    | Killed an ancient lich
667080 | Zig:6    | Killed an ancient lich
667080 | Zig:6    | Killed an ancient lich
667080 | Zig:6    | Killed an ancient lich
667080 | Zig:6    | Killed a dread lich
667080 | Zig:6    | Noticed a dread lich
667081 | Zig:6    | Noticed a dread lich
667081 | Zig:6    | Killed an ancient lich
667081 | Zig:6    | Killed a dread lich
667081 | Zig:6    | Killed a dread lich
667086 | Zig:6    | Noticed an ancient lich
667087 | Zig:6    | Noticed an ancient lich
667087 | Zig:6    | Noticed an ancient lich
667090 | Zig:6    | Killed an ancient lich
667090 | Zig:6    | Killed an ancient lich
667097 | Zig:6    | Killed an ancient lich
667256 | Zig:6    | Identified the +2 pair of boots "Byevo" {rC+ rN++ rCorr
                  | Dex-3}
667287 | Zig:7    | Entered Level 7 of a ziggurat
667539 | Zig:8    | Entered Level 8 of a ziggurat
667539 | Zig:8    | Noticed a royal mummy
667539 | Zig:8    | Noticed a royal mummy
667539 | Zig:8    | Noticed a royal mummy
667540 | Zig:8    | Killed a royal mummy
667540 | Zig:8    | Killed a royal mummy
667542 | Zig:8    | Noticed a royal mummy
667543 | Zig:8    | Killed a royal mummy
667545 | Zig:8    | Noticed a royal mummy
667545 | Zig:8    | Noticed a royal mummy
667546 | Zig:8    | Noticed a royal mummy
667547 | Zig:8    | Noticed a royal mummy
667550 | Zig:8    | Killed a royal mummy
667550 | Zig:8    | Killed a royal mummy
667550 | Zig:8    | Killed a royal mummy
667551 | Zig:8    | Killed a royal mummy
667552 | Zig:8    | Killed a royal mummy
667724 | Zig:8    | Identified the +0 pair of gloves of Thoughtfulness {+Inv
                  | Int+2 Dex+3}
667735 | Zig:8    | Identified the +1 ring mail of Reason {Int+6 Dex-4}
667762 | Zig:8    | Identified the +1 chain mail of Magic {Will+ Int+3 Stlth+}
667763 | Zig:8    | Identified the +5 hand crossbow "Keinel" {penet, Stlth+}
667767 | Zig:8    | Identified the +3 mace of Moptuori {elec, Dex+3}
667768 | Zig:8    | Identified the ring of Irphont {rF+ rCorr Dex+3}
667773 | Zig:9    | Entered Level 9 of a ziggurat
667937 | Zig:9    | Identified the ring "Yqupte" {rPois Int+2}
668112 | Zig:10   | Entered Level 10 of a ziggurat
668112 | Zig:10   | Noticed a dread lich
668113 | Zig:10   | Killed a dread lich
668342 | Zig:10   | Identified the +1 shortbow of Blind Justice {freeze, rN+}
668346 | Zig:10   | Identified the +1 plate armour of the Beggar {Harm rElec
                  | rPois Will-}
668425 | Zig:10   | Identified the +9 spear of Traps {protect, *Slow rCorr
                  | Str+4}
668430 | Zig:11   | Entered Level 11 of a ziggurat
668546 | Zig:11   | Identified the +2 ring mail of Twilight {Will+}
668556 | Zig:11   | Identified the +0 scale mail of Rerucs {Rampage rElec}
668568 | Zig:11   | Identified the ring of Mieraata {rPois Int+5}
668788 | Zig:11   | Identified the +5 war axe "Octopus's Bane" {chaos, rF+ rC+
                  | Dex+4}
668789 | Zig:11   | Identified the +8 flail of Aluocic {freeze, rPois rC+
                  | rCorr}
668793 | Zig:12   | Entered Level 12 of a ziggurat
668793 | Zig:12   | Noticed a royal mummy
668793 | Zig:12   | Noticed a royal mummy
668793 | Zig:12   | Noticed a royal mummy
668793 | Zig:12   | Noticed a royal mummy
668793 | Zig:12   | Noticed a royal mummy
668793 | Zig:12   | Noticed a royal mummy
668793 | Zig:12   | Noticed a royal mummy
668793 | Zig:12   | Noticed a royal mummy
668795 | Zig:12   | Killed a royal mummy
668795 | Zig:12   | Killed a royal mummy
668795 | Zig:12   | Killed a royal mummy
668795 | Zig:12   | Killed a royal mummy
668795 | Zig:12   | Killed a royal mummy
668795 | Zig:12   | Killed a royal mummy
668795 | Zig:12   | Killed a royal mummy
668795 | Zig:12   | Killed a royal mummy
668796 | Zig:12   | Noticed a royal mummy
668796 | Zig:12   | Noticed a royal mummy
668796 | Zig:12   | Noticed a royal mummy
668796 | Zig:12   | Noticed a royal mummy
668796 | Zig:12   | Noticed a royal mummy
668797 | Zig:12   | Noticed a royal mummy
668797 | Zig:12   | Noticed a royal mummy
668798 | Zig:12   | Noticed a royal mummy
668799 | Zig:12   | Noticed a royal mummy
668799 | Zig:12   | Noticed a royal mummy
668800 | Zig:12   | Killed a royal mummy
668800 | Zig:12   | Killed a royal mummy
668800 | Zig:12   | Killed a royal mummy
668800 | Zig:12   | Killed a royal mummy
668800 | Zig:12   | Killed a royal mummy
668800 | Zig:12   | Killed a royal mummy
668800 | Zig:12   | Killed a royal mummy
668800 | Zig:12   | Killed a royal mummy
668800 | Zig:12   | Noticed a royal mummy
668800 | Zig:12   | Noticed a royal mummy
668800 | Zig:12   | Noticed a royal mummy
668800 | Zig:12   | Noticed a royal mummy
668801 | Zig:12   | Killed a royal mummy
668801 | Zig:12   | Killed a royal mummy
668801 | Zig:12   | Killed a royal mummy
668801 | Zig:12   | Killed a royal mummy
668801 | Zig:12   | Noticed a royal mummy
668801 | Zig:12   | Noticed a royal mummy
668802 | Zig:12   | Noticed a royal mummy
668802 | Zig:12   | Noticed a royal mummy
668804 | Zig:12   | Killed a royal mummy
668804 | Zig:12   | Noticed a royal mummy
668805 | Zig:12   | Killed a royal mummy
668805 | Zig:12   | Killed a royal mummy
668805 | Zig:12   | Killed a royal mummy
668805 | Zig:12   | Killed a royal mummy
668806 | Zig:12   | Killed a royal mummy
668808 | Zig:12   | Killed a royal mummy
669083 | Zig:12   | Identified the ring "Vycer" {rF+ MP+9}
669094 | Zig:12   | Identified the +8 spear of Conscience {pain, rCorr}
669105 | Zig:12   | Identified the +7 mace "Kenlogo" {vorpal, rF+ rCorr}
669107 | Zig:12   | Identified the ring "Ofulocya" {AC+4 Str+6 Int+2}
669116 | Zig:12   | Identified the ring of Tiocaod {rElec AC+4 Str-5 Dex+2}
669121 | Zig:12   | Identified the +8 spear "Xibrarer" {holy, +Blink}
669142 | Zig:13   | Entered Level 13 of a ziggurat
669142 | Zig:13   | Noticed an ancient lich
669142 | Zig:13   | Noticed an ancient lich
669142 | Zig:13   | Noticed a dread lich
669142 | Zig:13   | Noticed an ancient lich
669142 | Zig:13   | Noticed an ancient lich
669142 | Zig:13   | Noticed a dread lich
669142 | Zig:13   | Noticed a dread lich
669142 | Zig:13   | Noticed a dread lich
669142 | Zig:13   | Noticed a dread lich
669142 | Zig:13   | Noticed a dread lich
669142 | Zig:13   | Noticed a dread lich
669142 | Zig:13   | Noticed an ancient lich
669144 | Zig:13   | Killed an ancient lich
669144 | Zig:13   | Killed a dread lich
669144 | Zig:13   | Killed a dread lich
669144 | Zig:13   | Killed a dread lich
669144 | Zig:13   | Killed a dread lich
669144 | Zig:13   | Noticed a dread lich
669145 | Zig:13   | Noticed an ancient lich
669145 | Zig:13   | Noticed a dread lich
669146 | Zig:13   | Noticed a dread lich
669146 | Zig:13   | Noticed an ancient lich
669146 | Zig:13   | Noticed an ancient lich
669146 | Zig:13   | Killed a dread lich
669146 | Zig:13   | Killed a dread lich
669147 | Zig:13   | Noticed a dread lich
669147 | Zig:13   | Noticed a dread lich
669147 | Zig:13   | Noticed an ancient lich
669147 | Zig:13   | Noticed an ancient lich
669147 | Zig:13   | Noticed an ancient lich
669147 | Zig:13   | Noticed a dread lich
669147 | Zig:13   | Killed a dread lich
669147 | Zig:13   | Killed an ancient lich
669148 | Zig:13   | Noticed an ancient lich
669148 | Zig:13   | Noticed an ancient lich
669149 | Zig:13   | Noticed an ancient lich
669149 | Zig:13   | Noticed a dread lich
669149 | Zig:13   | Noticed an ancient lich
669149 | Zig:13   | Noticed a dread lich
669149 | Zig:13   | Noticed an ancient lich
669149 | Zig:13   | Killed an ancient lich
669150 | Zig:13   | Noticed an ancient lich
669150 | Zig:13   | Noticed a dread lich
669151 | Zig:13   | Noticed an ancient lich
669151 | Zig:13   | Noticed an ancient lich
669151 | Zig:13   | Killed an ancient lich
669151 | Zig:13   | Killed an ancient lich
669151 | Zig:13   | Killed an ancient lich
669151 | Zig:13   | Killed an ancient lich
669151 | Zig:13   | Killed an ancient lich
669151 | Zig:13   | Killed an ancient lich
669151 | Zig:13   | Killed a dread lich
669151 | Zig:13   | Killed a dread lich
669151 | Zig:13   | Killed an ancient lich
669151 | Zig:13   | Killed a dread lich
669151 | Zig:13   | Killed a dread lich
669151 | Zig:13   | Killed an ancient lich
669151 | Zig:13   | Killed a dread lich
669151 | Zig:13   | Killed an ancient lich
669151 | Zig:13   | Killed an ancient lich
669151 | Zig:13   | Killed a dread lich
669151 | Zig:13   | Killed an ancient lich
669151 | Zig:13   | Killed a dread lich
669151 | Zig:13   | Killed an ancient lich
669152 | Zig:13   | Noticed a dread lich
669152 | Zig:13   | Noticed a dread lich
669152 | Zig:13   | Killed an ancient lich
669153 | Zig:13   | Noticed a dread lich
669153 | Zig:13   | Killed a dread lich
669153 | Zig:13   | Killed an ancient lich
669153 | Zig:13   | Killed an ancient lich
669154 | Zig:13   | Killed a dread lich
669156 | Zig:13   | Killed an ancient lich
669157 | Zig:13   | Identified the ring of Immorality {Fly Str+7 Int+6 Dex+3}
669158 | Zig:13   | Killed a dread lich
669158 | Zig:13   | Killed a dread lich
669159 | Zig:13   | Killed a dread lich
669203 | Zig:13   | Identified the +1 leather armour "Qoso" {rCorr SInv}
669209 | Zig:13   | Identified the +10 rapier of Ravage {vorpal, +Blink}
669231 | Zig:13   | Identified the +1 great mace "Wiujoffe" {drain, rN+ Will+
                  | Str+3}
669364 | Zig:13   | Identified the +1 chain mail of the Nexus {Int-2 Dex+4
                  | Stlth+}
669366 | Zig:13   | Identified the +12 battleaxe "Zive" {vorpal, rN+ Str+5}
669578 | Zig:14   | Entered Level 14 of a ziggurat
669929 | Zig:14   | Identified the ring "Zunagg" {*Slow rN+ Int+5 Dex+2}
669957 | Zig:14   | Identified the +1 halberd "Udyno" {drain, rElec rF+ Str+3}
669973 | Zig:14   | Identified the +7 whip of the Globe {vorpal, rC- Will++
                  | Str+3}
670004 | Zig:15   | Entered Level 15 of a ziggurat
670197 | Zig:15   | Identified the +0 cloak of a Labyrinth {rF+}
670200 | Zig:15   | Identified the ring of Fuitaz {rN+ rCorr MP+9 Str+3}
670220 | Zig:15   | Identified the ring of Ynaorumo {*Slow rElec Str+4 Int+6}
670224 | Zig:15   | Identified the ring of Nycilova {Ice Will- Str+2 Dex+5}
670232 | Zig:15   | Identified the +10 hand axe "Arbiter" {vorpal, Will+}
670240 | Zig:16   | Entered Level 16 of a ziggurat
670260 | Zig:16   | Noticed Coys Sia the pandemonium lord
670269 | Zig:16   | Killed Coys Sia the pandemonium lord
670575 | Zig:16   | Identified the +0 ring mail of the Planets {*Slow rPois
                  | Int+5}
670658 | Zig:16   | Identified the ring "Vujycoeti" {Ice rElec rN++ Str+8
                  | Dex-5}
670662 | Zig:16   | Identified the ring "Tikkyigo" {*Slow rC++ rN++ Dex+6 SInv}
670663 | Zig:16   | Identified the +6 great mace of Death {speed, rElec MP+9
                  | Str+4}
670667 | Zig:17   | Entered Level 17 of a ziggurat
671035 | Zig:17   | Identified the +6 hand axe of Lust {holy, rC+}
671038 | Zig:17   | Identified the ring of Ignis's Wrath {*Slow Str+6 Int+5
                  | SInv}
671039 | Zig:17   | Identified the ring "Bephikit" {rPois Will- Str+4 Int+3
                  | Slay+4}
671047 | Zig:17   | Identified the +1 longbow of Welfare {vorpal, rF+ Str+2
                  | Int-4 Dex+2}
671055 | Zig:18   | Entered Level 18 of a ziggurat
671085 | Zig:18   | Identified the +3 scale mail "Erghuw Olare" {rF- Will+
                  | Dex+9 SInv}
671126 | Zig:18   | Identified the amulet of Fetrussi {RegenMP Str+4}
671491 | Zig:18   | Identified the +6 trident "Urraer" {elec, rPois rF+ Dex-3
                  | SInv}
671537 | Zig:18   | Identified the ring "Uhyig" {rPois Dex+6}
671547 | Zig:18   | Identified the ring of Miosangalos {Ice rPois Dex+2}
671578 | Zig:18   | Identified the +1 pair of gloves of the Wheelwright {Dex+3}
671586 | Zig:19   | Entered Level 19 of a ziggurat
671586 | Zig:19   | Noticed a royal mummy
671586 | Zig:19   | Noticed a royal mummy
671586 | Zig:19   | Noticed a royal mummy
671586 | Zig:19   | Noticed a royal mummy
671586 | Zig:19   | Noticed a royal mummy
671586 | Zig:19   | Noticed a royal mummy
671586 | Zig:19   | Noticed a royal mummy
671586 | Zig:19   | Noticed a royal mummy
671586 | Zig:19   | Noticed a royal mummy
671587 | Zig:19   | Killed a royal mummy
671587 | Zig:19   | Killed a royal mummy
671587 | Zig:19   | Killed a royal mummy
671587 | Zig:19   | Killed a royal mummy
671587 | Zig:19   | Killed a royal mummy
671587 | Zig:19   | Killed a royal mummy
671587 | Zig:19   | Killed a royal mummy
671587 | Zig:19   | Killed a royal mummy
671588 | Zig:19   | Noticed a royal mummy
671589 | Zig:19   | Noticed a royal mummy
671590 | Zig:19   | Noticed a royal mummy
671591 | Zig:19   | Noticed a royal mummy
671593 | Zig:19   | Noticed a royal mummy
671593 | Zig:19   | Noticed a royal mummy
671593 | Zig:19   | Noticed a royal mummy
671593 | Zig:19   | Noticed a royal mummy
671593 | Zig:19   | Noticed a royal mummy
671594 | Zig:19   | Noticed a royal mummy
671594 | Zig:19   | Noticed a royal mummy
671595 | Zig:19   | Killed a royal mummy
671595 | Zig:19   | Killed a royal mummy
671595 | Zig:19   | Killed a royal mummy
671595 | Zig:19   | Killed a royal mummy
671595 | Zig:19   | Killed a royal mummy
671595 | Zig:19   | Killed a royal mummy
671595 | Zig:19   | Killed a royal mummy
671595 | Zig:19   | Killed a royal mummy
671595 | Zig:19   | Killed a royal mummy
671595 | Zig:19   | Noticed a royal mummy
671595 | Zig:19   | Noticed a royal mummy
671595 | Zig:19   | Noticed a royal mummy
671596 | Zig:19   | Noticed a royal mummy
671596 | Zig:19   | Noticed a royal mummy
671596 | Zig:19   | Noticed a royal mummy
671596 | Zig:19   | Noticed a royal mummy
671596 | Zig:19   | Noticed a royal mummy
671598 | Zig:19   | Noticed a royal mummy
671598 | Zig:19   | Noticed a royal mummy
671599 | Zig:19   | Noticed a royal mummy
671600 | Zig:19   | Killed a royal mummy
671600 | Zig:19   | Killed a royal mummy
671600 | Zig:19   | Killed a royal mummy
671600 | Zig:19   | Killed a royal mummy
671600 | Zig:19   | Killed a royal mummy
671600 | Zig:19   | Killed a royal mummy
671600 | Zig:19   | Killed a royal mummy
671600 | Zig:19   | Killed a royal mummy
671600 | Zig:19   | Killed a royal mummy
671600 | Zig:19   | Killed a royal mummy
671602 | Zig:19   | Noticed a royal mummy
671602 | Zig:19   | Noticed a royal mummy
671602 | Zig:19   | Noticed a royal mummy
671602 | Zig:19   | Noticed a royal mummy
671605 | Zig:19   | Killed a royal mummy
671605 | Zig:19   | Killed a royal mummy
671605 | Zig:19   | Killed a royal mummy
671605 | Zig:19   | Killed a royal mummy
671605 | Zig:19   | Killed a royal mummy
671605 | Zig:19   | Killed a royal mummy
671606 | Zig:19   | Killed a royal mummy
671606 | Zig:19   | Killed a royal mummy
671667 | Zig:19   | Identified the ring of Vageatt {Contam rF+++ rCorr Str-5
                  | Int+7}
672058 | Zig:19   | Identified the ring of the Median {Fire +Blink Stlth+}
672068 | Zig:19   | Identified the +1 mace of Fuekug {protect, *Noise Fly rPois
                  | rN+ Int+3}
672069 | Zig:19   | Identified the +8 shortbow of the Unkillable {vorpal, rPois
                  | Int+2}
672070 | Zig:19   | Identified the +6 quarterstaff of Duito {freeze, *Slow rF+
                  | Will+++ Dex-4}
672071 | Zig:19   | Identified the +6 demon whip of Fedhas's Felicitations
                  | {pain, Dex+2}
672078 | Zig:20   | Entered Level 20 of a ziggurat
672130 | Zig:20   | Identified the +2 war axe of Execution {flame, rElec Dex+7}
672135 | Zig:20   | Identified the amulet of the City {+Blink +Inv Regen+
                  | Str-4}
672137 | Zig:20   | Identified the ring "Ucuifedo" {Will+ MP+9 Str+6 Dex-5
                  | Stlth+}
672148 | Zig:20   | Identified the ring "Woparesch" {Fly rPois Str+7 Int+2
                  | SInv}
672508 | Zig:20   | Identified the +7 short sword "Exist" {venom, Int+7}
672532 | Zig:20   | Identified the +2 chain mail of Dramatic Exits {Harm rN++
                  | Str-4 Int+4}
672586 | Zig:20   | Identified the +4 rapier of the Wraith {vorpal, +Blink}
672591 | Zig:20   | Identified the ring "Zuzurez" {rN+ EV+4}
672597 | Zig:20   | Identified the +9 hunting sling of Bearod {flame, rF- rC+
                  | rN+++ Str+2}
672598 | Zig:20   | Identified the +3 dagger of Departure {speed, Fragile
                  | Will++ rCorr Str+4}
672607 | Zig:21   | Entered Level 21 of a ziggurat
672607 | Zig:21   | Identified the +1 tower shield "Plog" {*Corrode Int+4
                  | Slay+6}
672613 | Zig:21   | Identified the +9 tower shield of Zeripn Qehu {Fly rCorr
                  | Str-3}
672614 | Zig:21   | Identified the +4 tower shield of Bright the Leaf {-Tele
                  | rPois Stlth+}
672614 | Zig:21   | Identified the +0 tower shield of Runics {Str+2 Dex+4}
672617 | Zig:21   | Identified the +0 tower shield of the Jabberwock {rPois
                  | Int-3 Dex+3 Slay+6}
672619 | Zig:21   | Identified the +7 tower shield of the Lizard {+Blink rPois
                  | Str-5 Int+6}
672620 | Zig:21   | Identified the +5 tower shield of the Mantidfly {rN+}
672625 | Zig:21   | Identified the +0 tower shield of Moivisha {Will+ MP+9
                  | Int+2}
672779 | Zig:21   | Identified the +7 hunting sling of Kutic {vorpal, rPois
                  | Str+4}
672789 | Zig:21   | Identified the +0 shortbow of Pain and Death {venom,
                  | Will++}
672796 | Zig:21   | Identified the ring "Cuufur" {Fly rPois rF+ rC+ Dex+2}
672812 | Zig:21   | Identified the +11 mace "Xihymp" {vamp, Str+5 Stlth+}
672814 | Zig:21   | Identified the ring of Dithmenos's Generosity {+Blink rC+
                  | Int+4 Slay+3}
672833 | Zig:21   | Identified the +5 hunting sling "Oczunoybb" {flame, rCorr}
672835 | Zig:21   | Identified the +7 rapier "Ryri" {holy, *Rage rC+++ Will-
                  | Dex+9}
672847 | Zig:21   | Identified the +0 robe of the Valley {Harm rF+ rN+}
672901 | Zig:21   | Identified the +2 chain mail of Least Resistance {Dex+5}
672905 | Zig:21   | Identified the ring of Belelus {Fly rF+ rC+ Int+6}
673336 | Zig:21   | Identified the ring "Yqiyg" {Fly rPois rCorr}
673346 | Zig:22   | Entered Level 22 of a ziggurat
673953 | Zig:22   | Identified the +8 long sword "Cilorir" {drain, rPois rF-
                  | rC++ Will-}
673954 | Zig:22   | Identified the ring of Ingemm {Contam rF+++ rC++ Int+6}
673957 | Zig:22   | Identified the ring "Gefinel" {rPois rCorr Stlth+}
673966 | Zig:22   | Identified the ring "Esilar" {*Slow AC+4 Int+3 Dex+2
                  | Stlth+}
673967 | Zig:22   | Identified the +0 leather armour of Awe {Str+3}
673970 | Zig:22   | Identified the ring "Doapyps" {rPois rC+ MP-9 Dex+6}
673973 | Zig:22   | Identified the +5 mace "Yckizohy" {spect, rElec Int+3}
673985 | Zig:23   | Entered Level 23 of a ziggurat
674181 | Zig:23   | Identified the ring "Doqoxer" {rCorr Int+4}
674189 | Zig:23   | Identified the +9 war axe "Xesuezemy" {holy, *Noise Will+++
                  | Dex+4 Stlth+}
674200 | Zig:23   | Identified the amulet "Turam" {Reflect *Corrode rPois Int+3
                  | SH+5}
674211 | Zig:23   | Identified the +2 flail of Egomania {vorpal, rPois Str+4
                  | Int-2 Stlth+}
674213 | Zig:23   | Identified the +3 quarterstaff "Hiaxor" {vamp, rElec rPois
                  | Int-2 Dex+3}
674223 | Zig:23   | Identified the +1 leather armour of Patience {rCorr}
674247 | Zig:23   | Identified the ring "Veajipra" {rPois rF- Will+ Int+4}
674253 | Zig:23   | Identified the +2 pair of gloves of Yredelemnul {rC+ Str+5}
674617 | Zig:23   | Identified the +1 war axe "Ficaror" {vorpal, rPois rC++
                  | Will- Int+2}
674631 | Zig:23   | Identified the +1 leather armour "Piutel" {+Inv Will+
                  | Regen+ Dex+2}
674670 | Zig:24   | Entered Level 24 of a ziggurat
674670 | Zig:24   | Noticed Tuamep the pandemonium lord
674670 | Zig:24   | Noticed Oppeb the pandemonium lord
674670 | Zig:24   | Noticed Dahutt the pandemonium lord
674670 | Zig:24   | Noticed Ciry the pandemonium lord
674670 | Zig:24   | Noticed Adwounky the pandemonium lord
674670 | Zig:24   | Noticed Yczahyu the pandemonium lord
674670 | Zig:24   | Noticed Genev the pandemonium lord
674670 | Zig:24   | Noticed Otobuth the pandemonium lord
674670 | Zig:24   | Noticed Sil Aleh the pandemonium lord
674670 | Zig:24   | Noticed Abizofax the pandemonium lord
674670 | Zig:24   | Noticed Ripaumo the pandemonium lord
674670 | Zig:24   | Noticed Haybap the pandemonium lord
674670 | Zig:24   | Noticed Tetef the pandemonium lord
674670 | Zig:24   | Noticed Tueshr Cera the pandemonium lord
674670 | Zig:24   | Noticed Qutimole the pandemonium lord
674670 | Zig:24   | Noticed Fefame the pandemonium lord
674670 | Zig:24   | Noticed Afabir the pandemonium lord
674670 | Zig:24   | Noticed Buanal the pandemonium lord
674670 | Zig:24   | Noticed Ubreups the pandemonium lord
674670 | Zig:24   | Noticed Dekaqen the pandemonium lord
674670 | Zig:24   | Noticed Ibyis the pandemonium lord
674670 | Zig:24   | Noticed Sietic the pandemonium lord
674670 | Zig:24   | Noticed Jyofaq the pandemonium lord
674670 | Zig:24   | Noticed Otza the pandemonium lord
674670 | Zig:24   | Noticed Jiplifoi the pandemonium lord
674670 | Zig:24   | Noticed Eciegier the pandemonium lord
674670 | Zig:24   | Noticed Fuunuf the pandemonium lord
674670 | Zig:24   | Noticed Syfoe the pandemonium lord
674670 | Zig:24   | Noticed Kufuz the pandemonium lord
674670 | Zig:24   | Noticed Withreix the pandemonium lord
674670 | Zig:24   | Noticed Houluin the pandemonium lord
674670 | Zig:24   | Noticed Wenen the pandemonium lord
674670 | Zig:24   | Noticed Vyshatz the pandemonium lord
674670 | Zig:24   | Noticed Higgaf the pandemonium lord
674670 | Zig:24   | Noticed Jonotimo the pandemonium lord
674670 | Zig:24   | Noticed Liasurr the pandemonium lord
674670 | Zig:24   | Noticed Ylimue the pandemonium lord
674670 | Zig:24   | Noticed Plog the pandemonium lord
674671 | Zig:24   | Killed Dahutt the pandemonium lord
674671 | Zig:24   | Killed Yczahyu the pandemonium lord
674671 | Zig:24   | Killed Otobuth the pandemonium lord
674671 | Zig:24   | Killed Afabir the pandemonium lord
674671 | Zig:24   | Killed Genev the pandemonium lord
674671 | Zig:24   | Killed Ibyis the pandemonium lord
674671 | Zig:24   | Killed Tueshr Cera the pandemonium lord
674671 | Zig:24   | Killed Fefame the pandemonium lord
674671 | Zig:24   | Killed Sil Aleh the pandemonium lord
674671 | Zig:24   | Killed Sietic the pandemonium lord
674671 | Zig:24   | Killed Wenen the pandemonium lord
674671 | Zig:24   | Killed Higgaf the pandemonium lord
674671 | Zig:24   | Killed Ylimue the pandemonium lord
674671 | Zig:24   | Noticed Wijinuno the pandemonium lord
674672 | Zig:24   | Noticed Eperoq the pandemonium lord
674672 | Zig:24   | Killed Buanal the pandemonium lord
674672 | Zig:24   | Killed Eciegier the pandemonium lord
674672 | Zig:24   | Noticed Mapnoga the pandemonium lord
674672 | Zig:24   | Noticed Cizemewk the pandemonium lord
674672 | Zig:24   | Noticed Wiusixt the pandemonium lord
674672 | Zig:24   | Killed Withreix the pandemonium lord
674672 | Zig:24   | Killed Otza the pandemonium lord
674673 | Zig:24   | Noticed Evevacu the pandemonium lord
674673 | Zig:24   | Noticed Uckiptor the pandemonium lord
674673 | Zig:24   | Noticed Ynunnuec the pandemonium lord
674673 | Zig:24   | Noticed Irghikk the pandemonium lord
674673 | Zig:24   | Noticed Zumah Zac the pandemonium lord
674673 | Zig:24   | Noticed Mady the pandemonium lord
674674 | Zig:24   | Noticed Goghi the pandemonium lord
674674 | Zig:24   | Noticed Coizesch the pandemonium lord
674674 | Zig:24   | Killed Plog the pandemonium lord
674674 | Zig:24   | Killed Liasurr the pandemonium lord
674674 | Zig:24   | Killed Houluin the pandemonium lord
674674 | Zig:24   | Killed Vyshatz the pandemonium lord
674674 | Zig:24   | Killed Fuunuf the pandemonium lord
674674 | Zig:24   | Killed Kufuz the pandemonium lord
674674 | Zig:24   | Killed Dekaqen the pandemonium lord
674674 | Zig:24   | Noticed Peuvug the pandemonium lord
674675 | Zig:24   | Killed Jonotimo the pandemonium lord
674675 | Zig:24   | Killed Jyofaq the pandemonium lord
674675 | Zig:24   | Killed Jiplifoi the pandemonium lord
674675 | Zig:24   | Killed Wiusixt the pandemonium lord
674675 | Zig:24   | Killed Ciry the pandemonium lord
674675 | Zig:24   | Noticed Rim Qeps the pandemonium lord
674675 | Zig:24   | Noticed Hogam the pandemonium lord
674676 | Zig:24   | Noticed Nithrah the pandemonium lord
674676 | Zig:24   | Killed Qutimole the pandemonium lord
674676 | Zig:24   | Killed Evevacu the pandemonium lord
674676 | Zig:24   | Killed Coizesch the pandemonium lord
674676 | Zig:24   | Killed Ubreups the pandemonium lord
674676 | Zig:24   | Killed Syfoe the pandemonium lord
674676 | Zig:24   | Killed Mady the pandemonium lord
674676 | Zig:24   | Killed Abizofax the pandemonium lord
674676 | Zig:24   | Killed Adwounky the pandemonium lord
674676 | Zig:24   | Killed Cizemewk the pandemonium lord
674676 | Zig:24   | Noticed Radaluff the pandemonium lord
674676 | Zig:24   | Noticed Uskel the pandemonium lord
674676 | Zig:24   | Noticed Jemoam the pandemonium lord
674676 | Zig:24   | Noticed Rimil the pandemonium lord
674676 | Zig:24   | Noticed Rosofimm the pandemonium lord
674677 | Zig:24   | Killed Irghikk the pandemonium lord
674677 | Zig:24   | Killed Wijinuno the pandemonium lord
674677 | Zig:24   | Killed Oppeb the pandemonium lord
674677 | Zig:24   | Killed Hogam the pandemonium lord
674677 | Zig:24   | Killed Goghi the pandemonium lord
674677 | Zig:24   | Killed Ripaumo the pandemonium lord
674677 | Zig:24   | Killed Tetef the pandemonium lord
674677 | Zig:24   | Noticed Patzaak the pandemonium lord
674678 | Zig:24   | Killed Rimil the pandemonium lord
674678 | Zig:24   | Killed Haybap the pandemonium lord
674678 | Zig:24   | Noticed Naajiuca the pandemonium lord
674679 | Zig:24   | Killed Eperoq the pandemonium lord
674679 | Zig:24   | Killed Mapnoga the pandemonium lord
674679 | Zig:24   | Killed Nithrah the pandemonium lord
674679 | Zig:24   | Killed Ynunnuec the pandemonium lord
674679 | Zig:24   | Killed Tuamep the pandemonium lord
674679 | Zig:24   | Killed Jemoam the pandemonium lord
674679 | Zig:24   | Killed Radaluff the pandemonium lord
674679 | Zig:24   | Noticed Pyiddeaq the pandemonium lord
674679 | Zig:24   | Noticed Quycayd the pandemonium lord
674679 | Zig:24   | Noticed Eniutas the pandemonium lord
674679 | Zig:24   | Noticed Ruttublyp the pandemonium lord
674680 | Zig:24   | Killed Peuvug the pandemonium lord
674680 | Zig:24   | Killed Zumah Zac the pandemonium lord
674680 | Zig:24   | Killed Uckiptor the pandemonium lord
674680 | Zig:24   | Killed Rosofimm the pandemonium lord
674680 | Zig:24   | Noticed Omou the pandemonium lord
674680 | Zig:24   | Noticed Usolaf the pandemonium lord
674681 | Zig:24   | Noticed Waergh the pandemonium lord
674681 | Zig:24   | Noticed Ogoriroa the pandemonium lord
674681 | Zig:24   | Killed Rim Qeps the pandemonium lord
674681 | Zig:24   | Killed Naajiuca the pandemonium lord
674681 | Zig:24   | Noticed Feg Yll the pandemonium lord
674681 | Zig:24   | Noticed Vamot the pandemonium lord
674681 | Zig:24   | Noticed Zebietar the pandemonium lord
674682 | Zig:24   | Noticed Nuvaig the pandemonium lord
674682 | Zig:24   | Noticed Xeel the pandemonium lord
674682 | Zig:24   | Killed Ogoriroa the pandemonium lord
674682 | Zig:24   | Killed Quycayd the pandemonium lord
674682 | Zig:24   | Killed Pyiddeaq the pandemonium lord
674682 | Zig:24   | Killed Patzaak the pandemonium lord
674682 | Zig:24   | Killed Uskel the pandemonium lord
674682 | Zig:24   | Killed Omou the pandemonium lord
674682 | Zig:24   | Noticed Gida the pandemonium lord
674682 | Zig:24   | Noticed Meifucs the pandemonium lord
674682 | Zig:24   | Killed Ruttublyp the pandemonium lord
674682 | Zig:24   | Noticed Gytoti Iwna the pandemonium lord
674683 | Zig:24   | Killed Usolaf the pandemonium lord
674683 | Zig:24   | Killed Waergh the pandemonium lord
674683 | Zig:24   | Noticed Qanics the pandemonium lord
674683 | Zig:24   | Killed Vamot the pandemonium lord
674683 | Zig:24   | Noticed Ungenej the pandemonium lord
674684 | Zig:24   | Noticed Hayrru the pandemonium lord
674685 | Zig:24   | Noticed Rithrihu the pandemonium lord
674685 | Zig:24   | Noticed Umuczuito the pandemonium lord
674685 | Zig:24   | Killed Feg Yll the pandemonium lord
674685 | Zig:24   | Killed Xeel the pandemonium lord
674685 | Zig:24   | Killed Zebietar the pandemonium lord
674685 | Zig:24   | Killed Gida the pandemonium lord
674685 | Zig:24   | Noticed Neiding the pandemonium lord
674685 | Zig:24   | Noticed Eploec the pandemonium lord
674685 | Zig:24   | Noticed Acairr the pandemonium lord
674686 | Zig:24   | Noticed Kuatuc the pandemonium lord
674687 | Zig:24   | Noticed Otockub the pandemonium lord
674687 | Zig:24   | Noticed Rofororphi the pandemonium lord
674687 | Zig:24   | Noticed Epeso the pandemonium lord
674687 | Zig:24   | Noticed Vilaos the pandemonium lord
674691 | Zig:24   | Noticed Iczaen the pandemonium lord
674691 | Zig:24   | Noticed Tamm the pandemonium lord
674692 | Zig:24   | Noticed Jepud the pandemonium lord
674692 | Zig:24   | Killed Rofororphi the pandemonium lord
674692 | Zig:24   | Noticed Noxac the pandemonium lord
674693 | Zig:24   | Noticed Dics the pandemonium lord
674694 | Zig:24   | Noticed Ecysch the pandemonium lord
674694 | Zig:24   | Killed Acairr the pandemonium lord
674695 | Zig:24   | Noticed Iro Yreu the pandemonium lord
674696 | Zig:24   | Noticed Sodih the pandemonium lord
674696 | Zig:24   | Noticed Paudgh the pandemonium lord
674698 | Zig:24   | Noticed Giotsum the pandemonium lord
674698 | Zig:24   | Noticed Hutat the pandemonium lord
674698 | Zig:24   | Killed Vilaos the pandemonium lord
674699 | Zig:24   | Noticed Ele Coutad the pandemonium lord
674699 | Zig:24   | Noticed Pounater the pandemonium lord
674699 | Zig:24   | Noticed Toirola the pandemonium lord
674699 | Zig:24   | Noticed Xuana the pandemonium lord
674700 | Zig:24   | Noticed Kokodipu the pandemonium lord
674700 | Zig:24   | Noticed Ciamo Tike the pandemonium lord
674702 | Zig:24   | Noticed Ceffoc Kuti the pandemonium lord
674702 | Zig:24   | Noticed Dedopn the pandemonium lord
674704 | Zig:24   | Killed Otockub the pandemonium lord
674705 | Zig:24   | Noticed Naonk the pandemonium lord
674705 | Zig:24   | Killed Ungenej the pandemonium lord
674706 | Zig:24   | Noticed Deaner the pandemonium lord
674706 | Zig:24   | Killed Rithrihu the pandemonium lord
674707 | Zig:24   | Noticed Gomy the pandemonium lord
674708 | Zig:24   | Noticed Vimeod the pandemonium lord
674708 | Zig:24   | Killed Epeso the pandemonium lord
674709 | Zig:24   | Noticed Zoruxzig the pandemonium lord
674711 | Zig:24   | Noticed Fara the pandemonium lord
674711 | Zig:24   | Killed Meifucs the pandemonium lord
674711 | Zig:24   | Killed Toirola the pandemonium lord
674711 | Zig:24   | Killed Qanics the pandemonium lord
674711 | Zig:24   | Killed Ceffoc Kuti the pandemonium lord
674711 | Zig:24   | Killed Umuczuito the pandemonium lord
674711 | Zig:24   | Killed Nuvaig the pandemonium lord
674711 | Zig:24   | Killed Gytoti Iwna the pandemonium lord
674711 | Zig:24   | Killed Zoruxzig the pandemonium lord
674711 | Zig:24   | Killed Noxac the pandemonium lord
674711 | Zig:24   | Killed Neiding the pandemonium lord
674711 | Zig:24   | Noticed Tiwir the pandemonium lord
674711 | Zig:24   | Noticed Saimn the pandemonium lord
674712 | Zig:24   | Noticed Holips the pandemonium lord
674712 | Zig:24   | Killed Paudgh the pandemonium lord
674712 | Zig:24   | Killed Hutat the pandemonium lord
674712 | Zig:24   | Killed Luex the pandemonium lord
674712 | Zig:24   | Killed Acrir the pandemonium lord
674712 | Zig:24   | Killed Deaner the pandemonium lord
674712 | Zig:24   | Killed Iczaen the pandemonium lord
674712 | Zig:24   | Killed Sodih the pandemonium lord
674712 | Zig:24   | Killed Dics the pandemonium lord
674714 | Zig:24   | Noticed Ydagaaxt the pandemonium lord
674714 | Zig:24   | Killed Ele Coutad the pandemonium lord
674714 | Zig:24   | Killed Ciamo Tike the pandemonium lord
674714 | Zig:24   | Killed Eploec the pandemonium lord
674714 | Zig:24   | Killed Iro Yreu the pandemonium lord
674714 | Zig:24   | Killed Fara the pandemonium lord
674714 | Zig:24   | Killed Gomy the pandemonium lord
674714 | Zig:24   | Noticed Jiyviz the pandemonium lord
674715 | Zig:24   | Killed Jepud the pandemonium lord
674715 | Zig:24   | Killed Dedopn the pandemonium lord
674715 | Zig:24   | Killed Kokodipu the pandemonium lord
674715 | Zig:24   | Noticed Duasu the pandemonium lord
674715 | Zig:24   | Noticed Ysoq the pandemonium lord
674716 | Zig:24   | Noticed Medaecum the pandemonium lord
674719 | Zig:24   | Killed Ecysch the pandemonium lord
674719 | Zig:24   | Killed Kuatuc the pandemonium lord
674719 | Zig:24   | Killed Hayrru the pandemonium lord
674719 | Zig:24   | Killed Naonk the pandemonium lord
674719 | Zig:24   | Killed Giotsum the pandemonium lord
674719 | Zig:24   | Killed Xuana the pandemonium lord
674719 | Zig:24   | Killed Pounater the pandemonium lord
674719 | Zig:24   | Killed Holips the pandemonium lord
674719 | Zig:24   | Killed Tamm the pandemonium lord
674719 | Zig:24   | Killed Vimeod the pandemonium lord
674719 | Zig:24   | Killed Saimn the pandemonium lord
674719 | Zig:24   | Noticed Kuorghua the pandemonium lord
674720 | Zig:24   | Killed Jiyviz the pandemonium lord
674722 | Zig:24   | Noticed Avarpheme the pandemonium lord
674722 | Zig:24   | Noticed Nuaroum the pandemonium lord
674722 | Zig:24   | Killed Ysoq the pandemonium lord
674723 | Zig:24   | Killed Duasu the pandemonium lord
674723 | Zig:24   | Killed Nuaroum the pandemonium lord
674723 | Zig:24   | Killed Medaecum the pandemonium lord
674723 | Zig:24   | Noticed Esirph the pandemonium lord
674724 | Zig:24   | Noticed Geull the pandemonium lord
674724 | Zig:24   | Noticed Dixkiz the pandemonium lord
674726 | Zig:24   | Noticed Noefurhyc the pandemonium lord
674726 | Zig:24   | Noticed Onanemm the pandemonium lord
674726 | Zig:24   | Killed Kuorghua the pandemonium lord
674727 | Zig:24   | Noticed Deddyvel the pandemonium lord
674727 | Zig:24   | Killed Tiwir the pandemonium lord
674729 | Zig:24   | Noticed Myddahe the pandemonium lord
674729 | Zig:24   | Killed Ydagaaxt the pandemonium lord
674729 | Zig:24   | Killed Deddyvel the pandemonium lord
674729 | Zig:24   | Noticed Tyelasm the pandemonium lord
674730 | Zig:24   | Noticed Icyeti the pandemonium lord
674731 | Zig:24   | Noticed Qoehafua the pandemonium lord
674732 | Zig:24   | Noticed Wifuas the pandemonium lord
674733 | Zig:24   | Noticed Dilot the pandemonium lord
674733 | Zig:24   | Noticed Niowk the pandemonium lord
674734 | Zig:24   | Noticed Defoiduo the pandemonium lord
674734 | Zig:24   | Killed Onanemm the pandemonium lord
674734 | Zig:24   | Killed Defoiduo the pandemonium lord
674734 | Zig:24   | Killed Esirph the pandemonium lord
674734 | Zig:24   | Killed Dixkiz the pandemonium lord
674734 | Zig:24   | Noticed Senleleph the pandemonium lord
674735 | Zig:24   | Noticed His Yhup the pandemonium lord
674735 | Zig:24   | Killed Myddahe the pandemonium lord
674735 | Zig:24   | Killed Avarpheme the pandemonium lord
674735 | Zig:24   | Killed Icyeti the pandemonium lord
674735 | Zig:24   | Killed Qoehafua the pandemonium lord
674735 | Zig:24   | Noticed Kodiecw the pandemonium lord
674735 | Zig:24   | Noticed Hudoy the pandemonium lord
674735 | Zig:24   | Noticed Harhin the pandemonium lord
674736 | Zig:24   | Killed Wifuas the pandemonium lord
674736 | Zig:24   | Killed Noefurhyc the pandemonium lord
674736 | Zig:24   | Killed Niowk the pandemonium lord
674736 | Zig:24   | Killed Senleleph the pandemonium lord
674736 | Zig:24   | Killed His Yhup the pandemonium lord
674736 | Zig:24   | Killed Geull the pandemonium lord
674736 | Zig:24   | Noticed Heotey the pandemonium lord
674737 | Zig:24   | Killed Dilot the pandemonium lord
674737 | Zig:24   | Killed Hudoy the pandemonium lord
674737 | Zig:24   | Killed Eniutas the pandemonium lord
674737 | Zig:24   | Killed Harhin the pandemonium lord
674737 | Zig:24   | Noticed Nairyi the pandemonium lord
674738 | Zig:24   | Noticed Pissan the pandemonium lord
674738 | Zig:24   | Killed Pissan the pandemonium lord
674738 | Zig:24   | Killed Kodiecw the pandemonium lord
674738 | Zig:24   | Killed Tyelasm the pandemonium lord
674738 | Zig:24   | Killed Heotey the pandemonium lord
674738 | Zig:24   | Noticed Semyjukh the pandemonium lord
674739 | Zig:24   | Noticed Quxzu the pandemonium lord
674739 | Zig:24   | Noticed Sadd the pandemonium lord
674739 | Zig:24   | Noticed Nyosys the pandemonium lord
674739 | Zig:24   | Noticed Byepn the pandemonium lord
674739 | Zig:24   | Noticed Giecorat the pandemonium lord
674740 | Zig:24   | Killed Nairyi the pandemonium lord
674740 | Zig:24   | Noticed Saigy the pandemonium lord
674741 | Zig:24   | Noticed Yfibrenn the pandemonium lord
674741 | Zig:24   | Killed Byepn the pandemonium lord
674741 | Zig:24   | Noticed Deockyutt the pandemonium lord
674742 | Zig:24   | Killed Quxzu the pandemonium lord
674742 | Zig:24   | Killed Saigy the pandemonium lord
674742 | Zig:24   | Killed Semyjukh the pandemonium lord
674742 | Zig:24   | Killed Sadd the pandemonium lord
674742 | Zig:24   | Killed Giecorat the pandemonium lord
674742 | Zig:24   | Noticed Cestou the pandemonium lord
674742 | Zig:24   | Noticed Vanod the pandemonium lord
674743 | Zig:24   | Noticed Abloffeh the pandemonium lord
674743 | Zig:24   | Killed Yfibrenn the pandemonium lord
674743 | Zig:24   | Killed Nyosys the pandemonium lord
674743 | Zig:24   | Killed Abloffeh the pandemonium lord
674743 | Zig:24   | Noticed Zoxemmus the pandemonium lord
674743 | Zig:24   | Noticed Mousoysumm the pandemonium lord
674743 | Zig:24   | Noticed Pytwed the pandemonium lord
674744 | Zig:24   | Killed Deockyutt the pandemonium lord
674744 | Zig:24   | Noticed Ycwu the pandemonium lord
674745 | Zig:24   | Killed Cestou the pandemonium lord
674745 | Zig:24   | Killed Mousoysumm the pandemonium lord
674745 | Zig:24   | Noticed Qebontykk the pandemonium lord
674745 | Zig:24   | Noticed Pudoul Jubeh the pandemonium lord
674746 | Zig:24   | Noticed Ixuetz the pandemonium lord
674747 | Zig:24   | Killed Pytwed the pandemonium lord
674747 | Zig:24   | Killed Vanod the pandemonium lord
674747 | Zig:24   | Noticed Weegel the pandemonium lord
674749 | Zig:24   | Killed Zoxemmus the pandemonium lord
674749 | Zig:24   | Killed Pudoul Jubeh the pandemonium lord
674749 | Zig:24   | Noticed Makiz the pandemonium lord
674750 | Zig:24   | Killed Ixuetz the pandemonium lord
674750 | Zig:24   | Killed Qebontykk the pandemonium lord
674750 | Zig:24   | Killed Ycwu the pandemonium lord
674750 | Zig:24   | Killed Weegel the pandemonium lord
674750 | Zig:24   | Noticed Dirhe the pandemonium lord
674753 | Zig:24   | Killed Makiz the pandemonium lord
674754 | Zig:24   | Noticed Seladd the pandemonium lord
674754 | Zig:24   | Noticed Jarivugo the pandemonium lord
674755 | Zig:24   | Noticed Vare the pandemonium lord
674755 | Zig:24   | Noticed Oxal the pandemonium lord
674756 | Zig:24   | Killed Dirhe the pandemonium lord
674756 | Zig:24   | Killed Oxal the pandemonium lord
674757 | Zig:24   | Killed Jarivugo the pandemonium lord
674757 | Zig:24   | Killed Seladd the pandemonium lord
674757 | Zig:24   | Noticed Todohi the pandemonium lord
674757 | Zig:24   | Noticed Zitechan the pandemonium lord
674757 | Zig:24   | Noticed Unihus the pandemonium lord
674759 | Zig:24   | Killed Vare the pandemonium lord
674759 | Zig:24   | Killed Unihus the pandemonium lord
674759 | Zig:24   | Killed Zitechan the pandemonium lord
674760 | Zig:24   | Noticed Quwapn the pandemonium lord
674760 | Zig:24   | Killed Todohi the pandemonium lord
674761 | Zig:24   | Killed Quwapn the pandemonium lord
674761 | Zig:24   | Noticed Foivas the pandemonium lord
674763 | Zig:24   | Noticed Dylaps the pandemonium lord
674764 | Zig:24   | Noticed Onilup the pandemonium lord
674765 | Zig:24   | Noticed Bisyuqos the pandemonium lord
674766 | Zig:24   | Killed Bisyuqos the pandemonium lord
674766 | Zig:24   | Killed Onilup the pandemonium lord
674766 | Zig:24   | Noticed Rorapn the pandemonium lord
674767 | Zig:24   | Killed Dylaps the pandemonium lord
674768 | Zig:24   | Killed Foivas the pandemonium lord
674769 | Zig:24   | Noticed Ridwil the pandemonium lord
674770 | Zig:24   | Noticed Coyvvoq the pandemonium lord
674772 | Zig:24   | Killed Ridwil the pandemonium lord
674772 | Zig:24   | Killed Rorapn the pandemonium lord
674773 | Zig:24   | Killed Coyvvoq the pandemonium lord
674779 | Zig:24   | Noticed Unuwengon the pandemonium lord
674783 | Zig:24   | Killed Unuwengon the pandemonium lord
674783 | Zig:24   | Noticed Zylol the pandemonium lord
674784 | Zig:24   | Noticed Laikkuju the pandemonium lord
674785 | Zig:24   | Noticed Iguesch the pandemonium lord
674786 | Zig:24   | Killed Zylol the pandemonium lord
674789 | Zig:24   | Killed Laikkuju the pandemonium lord
674792 | Zig:24   | Killed Iguesch the pandemonium lord
674873 | Zig:24   | Identified the +10 short sword of Zowoatymm {vorpal, Dex+5}
675121 | Zig:24   | Identified the ring of the Good {Str+6 Int-3 Dex+6}
675122 | Zig:24   | Identified the ring of Weid {rPois rC+ rN+ MP+9 Str+2}
675123 | Zig:24   | Identified the ring of Hetugubb {Wiz rElec rF+ Int+4
                  | Stlth+}
675126 | Zig:24   | Identified the +2 scimitar "Racwibbo" {venom, rPois Will+
                  | Str-3 Stlth+}
675139 | Zig:25   | Entered Level 25 of a ziggurat
675141 | Zig:25   | Noticed an ancient lich
675144 | Zig:25   | Killed an ancient lich
675156 | Zig:25   | Noticed a dread lich
675162 | Zig:25   | Killed a dread lich
675284 | Zig:25   | Identified the +9 war axe "Looplisu" {vorpal, rPois Int+6}
675295 | Zig:25   | Identified the +4 shortbow "Qikih" {flame, rC++ rN+ Int+3
                  | Stlth+}
675914 | Zig:25   | Identified the +11 broad axe of the Hall of Blades {drain,
                  | Fly rC+ Int+3}
675916 | Zig:25   | Identified the +11 scimitar of Inference {freeze, rPois
                  | rCorr Int+4 Dex+3}
675924 | Zig:26   | Entered Level 26 of a ziggurat
676579 | Zig:26   | Identified the +4 scale mail "Ycoh" {+Inv rElec Int+3}
676598 | Zig:26   | Identified the amulet of Okawaru's Supremacy {Faith rF+ rC-
                  | Str+3 Int+5}
676679 | Zig:26   | Identified the ring "Xycig" {rC++ Will+ Str-4 Dex+4 Stlth+}
676687 | Zig:26   | Identified the +7 whip "Kiun Ubergh" {protect, rElec rN+
                  | Will+ Str+4}
676695 | Zig:27   | Entered Level 27 of a ziggurat
676715 | Zig:27   | Found the ring of the Octopus King
676720 | Zig:27   | Identified the +7 long sword of the Hidden Vale {elec,
                  | Str+3 Dex+3}
676759 | Zig:27   | Identified the amulet of Mewun {RegenMP -Tele Rampage rF++
                  | rN+}
676890 | Zig:27   | Identified the +6 hunting sling of the Shore {freeze, *Slow
                  | Dex+3 SInv}
676904 | Zig:27   | Identified the amulet "Jonawk" {Spirit Harm rF+}
676962 | Zig:27   | Identified the ring "Ohyxzize" {+Blink rPois Will+ Str+3}
676990 | Zig:27   | Identified a ring of the Octopus King {rF+ AC+1 EV+1 Str+1
                  | Int+1 Dex+1}
677077 | Zig:27   | Identified the +6 quarterstaff "Pexzoik" {antimagic, Int+5}
677698 | Hell     | Upgraded the game from 0.29-a0-506-ga2e7fffb44 to
                  | 0.30-a0-304-gdc4b735fe1
677716 | Hell     | Quit the game

Illustrated notes

Levels and vault maps discovered:
D:1:      lightli_arrival_farm, layout_loops_ring
D:2:      layout_loops_ring, hangedman_decor_slide_cut,
          chequers_decorated_corner, minmay_box_of_dots,
          uniq_crazy_yiuf_cottage, uniq_sigmund, uniq_natasha
D:3:      layout_rooms
D:4:      layout_rooms, gammafunk_temple_overflow_claw, uniq_grinder,
          uniq_eustachio, uniq_blork_the_orc
D:5:      layout_loops_ring, serial_shops, shop_fountains, uniq_pikel
D:6:      layout_cave_pools, minmay_temple_entry_mini_moons
D:7:      layout_loops_corners, minmay_fire_ice_demons
D:8:      layout_gridville, feat_on_display
D:9:      layout_stronghold, lemuel_tele_altar, erik_lair_island, minivault_19
D:10:     layout_basic, dk_noncrumbling_4
D:11:     layout_grid_maze, hiddenorc2_lemuel,
          portal_ice_cave_entry_ice_simulacra, amcnicky_mini_corridor_feature
D:12:     minmay_the_grid_plus [minmay_the_grid_stretched_grid,
          minmay_the_grid_dragon_a, minmay_the_grid_eight,
          minmay_the_grid_slots, minmay_the_grid_prize_inner_circle],
          layout_layer_cave, uniq_nergalle, uniq_jorgrun, uniq_psyche
D:13:     layout_basic, serial_shops, bzr_entry_dummy, chequers_mini_garden
D:14:     layout_loops_ring, david_vaults_5, fedhas_altar_1
D:15:     gammafunk_enter_depths_forms, layout_layer_cave, patterned_corridor,
          led_sif_pool
Temple:   dpeg_five_rooms_temple
Lair:1:   layout_cave_pods, uniq_gastronok
Lair:2:   layout_cellular_growth, swamp_mist, grunt_megastairs_5,
          serial_bayou_shore_a
Lair:3:   gammafunk_boulding_lane, layout_gridlike,
          minmay_snake_entry_six_corridors, infiniplex_staircase_pool
Lair:4:   layout_big_grid, gauntlet_entry_generic, serial_bayou_pond_e,
          hibernation_bobbens, uniq_josephine
Lair:5:   layout_cave_pods, lemuel_fruit_tree, grunt_megastairs_3
Lair:6:   guppyfry_lair_end_dragon, layout_big_grid, wormcave,
          dpeg_slime_entry_enclosed_altar, nicolae_lair_lil_pond, minivault_11,
          grunt_megastairs_1
Swamp:1:  layout_falls_marsh, serial_swamp_ruin, evilmike_swamp_ruin_house_4,
          evilmike_swamp_ruin_house_1, swamp_pool3
Swamp:2:  nicolae_swamp_husk_halls, layout_basic_swamp,
          nicolae_swamp_well_well_well, swamp_pool2,
          nicolae_swamp_nymph_family_reunion
Swamp:3:  layout_basic_swamp, evilmike_swamp_ruin_rubble_1, swamp_pool4,
          nicolae_swamp_big_swirl, uniq_mlioglotl, uniq_louise
Swamp:4:  swamp_basic_johnstein, layout_basic_swamp
Snake:1:  nicolae_snake_attic_fulla_snakes, layout_layer_cave
Snake:2:  layout_misc_corridors, basic_altar, evilmike_ambush
          [evilmike_ambush_outer_basic, evilmike_ambush_inner_basic], uniq_kirke
Snake:3:  layout_grid_maze
Snake:4:  minmay_snake_end_coiled, layout_misc_corridors, uniq_aizul,
          uniq_vashnia, uniq_donald
Slime:1:  layout_caves, cheibrodos_slime_lost_civilization_4
Slime:2:  layout_caves
Slime:3:  layout_caves, special_room [special_room_jelly]
Slime:4:  layout_caves
Slime:5
Orc:1:    layout_caves, serial_shops, shop
Orc:2:    grunt_orc_cross, layout_caves
Elf:1:    eino_elf_arrival_shootout, layout_geoelf_octagon, serial_shops, shop,
          hangedman_elf_disciples, minmay_shop_grove
Elf:2:    elven_hall_of_blades_hangedman_original [nooodl_blade_entry_preview],
          layout_rooms, serial_shops, shop, nicolae_stop_n_shop_1,
          palyth_stone_intersect, grunt_ministairs_1
Elf:3:    elf_hall_gauntlet_wide, layout_geoelf_castle
Vaults:1: nicolae_vaults_halls_meeting, hangedman_vaults_locks, v_alt_pattern_2,
          v_misc_16, hangedman_vaults_stagger, v_misc_26, grunt_vaults_focal,
          ontoclasm_vaults_ring_small, nicolae_vaults_big_ls, v_rooms_5,
          ontoclasm_vaults_tryst, layout_vaults_omnibox, uniq_saint_roka
Vaults:2: v_alt_pattern_1, nicolae_vaults_network_barrier,
          ontoclasm_vaults_loading_screen, nicolae_vaults_little_squares_2,
          v_misc_9, nicolae_vaults_angled_halls, vaults_dpeg_encased_lava,
          layout_vaults_omnigrid
Vaults:3: nicolae_vaults_network_star, dpeg_vaults_monster_box,
          vaults_room_grid, v_misc_2, nicolae_vaults_diagonal_hallway_7,
          ontoclasm_vaults_eye, minmay_crypt_entry_simple_box,
          layout_vaults_big_room, serial_shops, nicolae_shop_behind_doors
Vaults:4: mu_enter_wizlab_4, nicolae_vaults_alarming, grunt_vaults_twisty,
          v_misc_16, vaults_room_ringed_pool,
          vaults_standard_mumra_enter_the_diamond,
          nicolae_vaults_windows_and_doors_thing, ontoclasm_vaults_ring_large,
          hangedman_vaults_variations, v_misc_3, nicolae_vaults_rhombus_7,
          ontoclasm_vaults_pinch, nicolae_vaults_specimen_jars,
          layout_vaults_big_cross, serial_shops, nicolae_shop_statue_plus
Vaults:5
Crypt:1:  layout_chaotic_city, basic_altar, grunt_crypt_arrival_split
Crypt:2:  layout_chaotic_city, lemuel_nasty_fountain
Crypt:3:  church_of_pain_bobbens, layout_chaotic_city, tomb_entry_shell_bobbens
Tomb:1
Tomb:2:   uniq_mennas
Tomb:3
Depths:1: layout_long_grid, enter_ziggurat_e, roderic_lattice_a,
          nicolae_hell_entry_hellmouth_sunbeams, fake_guardian_serpent_vault,
          infiniplex_staircase_pool_lava
Depths:2: minmay_crescents, layout_gridlike, nicolae_ru_sacrificial_ziggurat,
          pf_hell_entry_tar_river, grunt_pan_entry_in_and_out,
          infiniplex_staircase_pool_2
Depths:3: minmay_complete_graph, layout_cave_shapes, hell_entry, abyss_entry,
          grunt_pan_entry_zigzag, grunt_decor_mini_mirrors
Depths:4: evilmike_zot_entry_round, layout_cave_shapes, columned_hall_lemuel,
          rand_demon_pan_entry_5, pf_coc_iceberg, amcnicky_mini_pool_small,
          uniq_josephina, uniq_enchantress
Hell
Dis:1:    layout_subdivisions
Dis:2:    layout_subdivisions
Dis:3:    layout_regular_city, nicolae_dis_metal_dragon_surprise
Dis:4:    layout_jigsaw
Dis:5:    nicolae_hells_demon_pit, layout_gridville
Dis:6:    kennysheep_iron_temple, layout_gridville
Dis:7:    dis_grunt_layers
Geh:1:    layout_gehenna_pools_box
Geh:2:    layout_gehenna_pools_triple
Geh:3:    layout_gehenna_pools_basic
Geh:4:    layout_gehenna_lava_caves
Geh:5:    layout_gehenna_lava_caves
Geh:6:    layout_gehenna_pools_box
Geh:7:    geh_grunt_pentagon
Coc:1:    layout_ice_bergs
Coc:2:    layout_cocytus_delve, nicolae_coc_melting_block
Coc:3:    layout_cocytus_water_paths
Coc:4:    layout_cocytus_water_paths
Coc:5:    layout_cocytus_delve
Coc:6:    layout_cocytus_delve
Coc:7:    coc_grunt_cove [coc_grunt_cove_antaeus, coc_grunt_cove_fiend,
          coc_grunt_cove_fiend, coc_grunt_cove_fiend, coc_grunt_cove_fiend]
Tar:1:    layout_honeycomb
Tar:2:    layout_catacombs
Tar:3:    layout_cathedral_of_symmetry
Tar:4:    layout_grid_maze
Tar:5:    layout_honeycomb
Tar:6:    layout_grid_maze
Tar:7:    tar_mu [tar_mu_maze]
Zot:1:    layout_misc_corridors, gammafunk_ghost_ooze, grunt_megastairs_2
Zot:2:    layout_cathedral_of_symmetry, grunt_ministairs_15, bh_zot_ikea_curve,
          st_stairs_2, amethyst_zot_foddershock
Zot:3:    layout_cellular_growth, grunt_ministairs_14
Zot:4:    layout_gridlike
Zot:5:    layout_concentric_octagons, hangedman_zot_decor_checkerboard,
          nicolae_lava_and_water

Skill      XL: |  1  2  3  4  5  6  7  8  9 10 11 12 13 14 15 16 17 18 19 20 21 22 23 24 25 26 27 |
---------------+----------------------------------------------------------------------------------+-----
Fighting       | 2 3 4 6 7 8 9 10 11 12 13 14 15 16 18 20 27 | 27.0
Unarmed Combat | 4 5 6 7 9 11 12 13 15 16 17 18 19 20 27 | 27.0
Poison Magic   | 1 2 27 | 27.0
Dodging        | 3 4 5 6 7 8 9 11 12 13 15 16 17 19 21 23 24 25 26 27 | 27.0
Transmutations | 3 4 5 6 7 8 9 10 12 14 15 16 17 19 20 27 | 27.0
Ice Magic      | 1 2 27 | 27.0
Spellcasting   | 3 4 6 7 8 10 27 | 27.0
Stealth        | 2 5 7 9 27 | 27.0
Conjurations   | 2 3 27 | 27.0
Translocations | 3 6 8 10 12 13 15 16 27 | 27.0
Evocations     | 3 5 27 | 27.0
Air Magic      | 4 5 27 | 27.0
Fire Magic     | 27 | 27.0
Necromancy     | 27 | 27.0
Shields        | 27 | 27.0
Earth Magic    | 27 | 27.0
Summonings     | 27 | 27.0
Hexes          | 27 | 27.0
Long Blades    | 27 | 27.0
Maces & Flails | 27 | 27.0
Polearms       | 27 | 27.0
Staves         | 27 | 27.0
Slings         | 27 |  0.0
Short Blades   | 27 | 27.0
Axes           | 27 | 27.0
Crossbows      | 27 |  0.0
Invocations    | 27 | 27.0
Throwing       | 27 | 27.0
Ranged Weapons | 27 | 27.0

Action                   |  1- 3 |  4- 6 |  7- 9 | 10-12 | 13-15 | 16-18 | 19-21 | 22-24 | 25-27 || total
-------------------------+-------+-------+-------+-------+-------+-------+-------+-------+-------++-------
Melee: Unarmed           |    52 |   119 |   315 |   487 |  1312 |  1194 |   847 |  1015 | 19716 || 25057
       Kick              |    18 |     8 |       |       |       |       |       |       |  2463 ||  2489
       Constrict         |    16 |    15 |     5 |     4 |    25 |    25 |     8 |     5 |   998 ||  1101
       Tentacles         |     6 |    15 |     9 |     2 |    46 |    46 |    12 |    21 |  1620 ||  1777
       Punch             |     6 |     2 |     3 |     2 |    18 |    40 |    50 |    75 |  2254 ||  2450
       Tailslap          |       |       |       |       |       |    29 |    56 |    93 |  1043 ||  1221
       Bite              |       |       |       |       |       |    18 |    37 |    55 |  1072 ||  1182
       Staff             |       |       |       |       |       |       |       |       |   465 ||   465
       Katana            |       |       |       |       |       |       |       |       |   327 ||   327
       Peck              |       |       |       |       |       |       |       |       |   142 ||   142
       Double sword      |       |       |       |       |       |       |       |       |    47 ||    47
       Fustibalus        |       |       |       |       |       |       |       |       |    15 ||    15
 Fire: Fustibalus        |       |       |       |       |       |       |       |       |    48 ||    48
 Cast: Beastly Appendage |    20 |    10 |       |       |       |       |       |       |       ||    30
       Spider Form       |       |    15 |    52 |    16 |    71 |    10 |       |       |     7 ||   171
       Ice Form          |       |       |     6 |    44 |    69 |    63 |     1 |       |       ||   183
       Wereblood         |       |       |     1 |    15 |    22 |       |     2 |     5 |   101 ||   146
       Blade Hands       |       |       |       |       |    20 |    40 |       |       |     1 ||    61
       Manifold Assault  |       |       |       |       |     7 |   471 |   260 |   249 |  5797 ||  6784
       Dragon Form       |       |       |       |       |       |    38 |    80 |    64 |  1108 ||  1290
       Apportation       |       |       |       |       |       |       |       |       |   316 ||   316
       Storm Form        |       |       |       |       |       |       |       |       |    21 ||    21
       Necromutation     |       |       |       |       |       |       |       |       |  9437 ||  9437
       Shatter           |       |       |       |       |       |       |       |       |  2723 ||  2723
       Ignition          |       |       |       |       |       |       |       |       |  1626 ||  1626
       Chain Lightning   |       |       |       |       |       |       |       |       |  1460 ||  1460
       Polar Vortex      |       |       |       |       |       |       |       |       |   582 ||   582
       Death Channel     |       |       |       |       |       |       |       |       |   215 ||   215
       Infestation       |       |       |       |       |       |       |       |       |     8 ||     8
       Summon Mana Viper |       |       |       |       |       |       |       |       |     4 ||     4
       Borgnjor's Vile C |       |       |       |       |       |       |       |       |     4 ||     4
       Disjunction       |       |       |       |       |       |       |       |       |     3 ||     3
       Statue Form       |       |       |       |       |       |       |       |       |     3 ||     3
       Discord           |       |       |       |       |       |       |       |       |     2 ||     2
Invok: Call Merchant     |       |       |       |       |     3 |     3 |       |       |    51 ||    57
       Potion Petition   |       |       |       |       |       |     1 |       |       |   624 ||   625
       Renounce Religion |       |       |       |       |       |       |       |       |     1 ||     1
 Abil: End Transformatio |       |       |       |       |     2 |     2 |     1 |       |   141 ||   146
       Evoke Blink       |       |       |       |       |       |       |       |       |     6 ||     6
       Breathe Fire      |       |       |       |       |       |       |       |       |     5 ||     5
       Blinkbolt         |       |       |       |       |       |       |       |       |     2 ||     2
Evoke: Wand              |       |       |       |       |     1 |     2 |       |       |    75 ||    78
       Box of beasts     |       |       |       |       |       |       |       |       |    32 ||    32
       Piece from Xom's  |       |       |       |       |       |       |       |       |    54 ||    54
       Condenser vane    |       |       |       |       |       |       |       |       |    39 ||    39
       Phantom mirror    |       |       |       |       |       |       |       |       |    29 ||    29
       Figurine of a zig |       |       |       |       |       |       |       |       |    17 ||    17
       Horn of Geryon    |       |       |       |       |       |       |       |       |    16 ||    16
       Lightning rod     |       |       |       |       |       |       |       |       |    15 ||    15
       Tin of tremorston |       |       |       |       |       |       |       |       |     3 ||     3
       Phial of floods   |       |       |       |       |       |       |       |       |     1 ||     1
  Use: Scroll            |       |     5 |     4 |    10 |    19 |     5 |       |     3 |    92 ||   138
       Potion            |       |     7 |     2 |     5 |       |    11 |       |     3 |   157 ||   185
 Stab: Sleeping          |     2 |     6 |     3 |     3 |    15 |    10 |     8 |    13 |    73 ||   133
       Distracted        |       |       |       |     6 |     9 |     4 |    19 |    12 |   568 ||   618
       Invisible         |       |       |       |     2 |       |     6 |       |       |   116 ||   124
       Confused          |       |       |       |       |       |       |       |       |    50 ||    50
       Petrifying        |       |       |       |       |       |       |       |       |     6 ||     6
       Paralysed         |       |       |       |       |       |       |       |       |     6 ||     6
       Petrified         |       |       |       |       |       |       |       |       |     2 ||     2
       Betrayed ally     |       |       |       |       |       |       |       |       |     1 ||     1
Armor: Skin              |     1 |    11 |     8 |    66 |    90 |    44 |    30 |    51 |  1121 ||  1422
Dodge: Dodged            |    26 |    88 |   253 |   372 |  1139 |   634 |   387 |   651 | 25542 || 29092
Block: Kite shield       |       |       |       |       |       |       |       |       | 18395 || 18395
       Tower shield      |       |       |       |       |       |       |       |       |  4649 ||  4649
       Other             |       |       |       |       |       |       |       |       |   315 ||   315

Table legend: (Time is in decaauts)
 A = Elapsed time spent in this place.
 B = Non-inter-level travel time spent in this place.
 C = Inter-level travel time spent in this place.
 D = Time resting spent in this place.
 E = Time spent auto-exploring this place.
 F = Levels seen in this place.
 G = Mean time per level.
                   A        B        C        D        E       F      G
               +--------+--------+--------+--------+--------+-----+--------+
         Total | 667276 | 653607 |  13669 | 252838 | 220272 | 646 | 1032.9 |
       Dungeon |  30336 |  24741 |   5595 |   9347 |  10760 |  15 | 2022.4 |
        Temple |    514 |    240 |    274 |      0 |    199 |   1 |  514.0 |
          Lair |  16499 |  15166 |   1333 |   8147 |   3954 |   6 | 2749.8 |
         Swamp |   6122 |   5780 |    342 |   2016 |   2789 |   4 | 1530.5 |
     Snake Pit |  21569 |  20710 |    859 |  13923 |   3647 |   4 | 5392.2 |
    Slime Pits |   6550 |   6364 |    186 |   3253 |   2113 |   5 | 1310.0 |
  Orcish Mines |   6930 |   6474 |    456 |   3539 |   1180 |   2 | 3465.0 |
   Elven Halls |   6517 |   5968 |    549 |    902 |   3644 |   3 | 2172.3 |
        Vaults |  12200 |  11557 |    643 |   2266 |   7094 |   5 | 2440.0 |
         Crypt |   4631 |   4330 |    301 |    420 |   2936 |   3 | 1543.7 |
          Tomb |   7361 |   7002 |    359 |   4121 |   1509 |   3 | 2453.7 |
        Depths |   9294 |   7840 |   1454 |   2082 |   4182 |   4 | 2323.5 |
          Hell |   6006 |   5828 |    178 |   2661 |    386 |   1 | 6006.0 |
           Dis |   2370 |   2260 |    110 |    701 |    137 |   7 |  338.6 |
       Gehenna |   2351 |   2258 |     93 |    704 |    458 |   7 |  335.9 |
       Cocytus |   2611 |   2447 |    164 |   1175 |      0 |   7 |  373.0 |
      Tartarus |   3741 |   3209 |    532 |   1237 |    696 |   7 |  534.4 |
           Zot |   6974 |   6741 |    233 |    604 |   4684 |   5 | 1394.8 |
         Abyss |   1386 |   1386 |      0 |    334 |    268 |   8 |  173.2 |
   Pandemonium | 341156 | 341156 |      0 | 186756 |  84744 |  59 | 5782.3 |
      Ziggurat | 169139 | 169139 |      0 |   7602 |  84014 | 486 |  348.0 |
        Bazaar |    178 |    178 |      0 |      0 |    120 |   1 |  178.0 |
      Ice Cave |   1649 |   1649 |      0 |    863 |    328 |   1 | 1649.0 |
        Wizlab |   1034 |   1034 |      0 |    182 |    307 |   1 | 1034.0 |
      Gauntlet |    147 |    147 |      0 |      0 |    122 |   1 |  147.0 |
               +--------+--------+--------+--------+--------+-----+--------+

Top non-repeatable levels by time:
  Zig:27: 11662 daAuts
  Zig:26: 11273 daAuts
  Zig:25: 11036 daAuts
  Zig:24: 10253 daAuts
 Snake:3: 9965 daAuts
  Zig:23: 9678 daAuts
  Zig:20: 9300 daAuts
  Zig:22: 9185 daAuts
  Zig:21: 8778 daAuts
  Zig:19: 8170 daAuts
  Zig:18: 8126 daAuts
  Zig:17: 7946 daAuts
  Zig:16: 7256 daAuts
  Zig:15: 6528 daAuts
  Zig:14: 6228 daAuts
